 Dungeon Crawl Stone Soup version 0.31-a0-460-g9e667d4245 (webtiles) character file.

Game seed: 15032085602794817697

1879999 protoss039 the Archmage (level 27, -37/298 HPs)
             Began as a Demonspawn Earth Elementalist on July 10, 2023.
             Was an Initiate of Gozag.
             Killed from afar by a Brimstone Fiend (54 damage)
             ... with damnation
             ... on level 19 of a ziggurat on Aug 4, 2023.
             The game lasted 1 day 03:43:24 (391905 turns).

protoss039 the Archmage (DsEE)                Turns: 391905, Time: 1 , 03:43:26

Health: -37/298    AC: 49    Str: 23    XL:     27
Magic:  59/63      EV: 26    Int: 43    God:    Gozag
Gold:   718849     SH: 35    Dex: 22    Spells: 7/80 levels left

rFire   + + +        q - +3 Elemental Staff {rElec rF+ rC+ AC+3}
rCold   + + +        h - +8 tower shield {reflect}
rNeg    + + +        m - +8 orange crystal plate armour {Archmagi, Int+3 Clar}
rPois   ∞            (helmet unavailable)
rElec   +            c - scarf "Daelihoc" {repulsion, Fly rC+ Will+ Stlth-}
rCorr   +            i - +3 pair of gloves "Yhunaxox" {Regen+ Str+8 Int-2 Dex+5}
SInv    +            P - +0 pair of boots of Kitwot {Drain rElec Int+4 Dex+2}
Will    +++++        Z - amulet of Epsajoest {Harm rElec rF++ Regen+ Str+3}
Stlth   +++++        I - ring "Gauroum" {rCorr MP+9 Str+4 Int+6}
HPRegen 12.29/turn   b - ring of the Mage {Wiz Archmagi}
MPRegen 0.38/turn

%: harm (+30% outgoing, +20% incoming), repel missiles, reflection, clarity,
wizardry (x1), archmagi
@: mighty, brilliant, death-form, resistant, gold aura, enlightened, flying,
hasted, studying Maces & Flails, invisible, very quick
A: vile attack, torment immunity, no potions, antennae 3, demonic guardian 3,
hurl damnation, powered by death 3, torment resistance 1, sturdy frame 3,
demonic willpower, clever 1, robust 2
}: 15/15 runes: barnacled, slimy, silver, golden, iron, obsidian, icy, bone,
abyssal, demonic, glowing, magical, fiery, dark, gossamer
a: Hurl Damnation, Siphon Essence, Begin Untransformation, Renounce Religion,
Potion Petition, Call Merchant, Bribe Branch


You were on level 19 of a ziggurat.
You worshipped Gozag.
Gozag was exalted by your worship.
You were an undying horror.
You visited 18 branches of the dungeon, and saw 88 of its levels.
You visited Pandemonium 1 time, and saw 24 of its levels.
You visited the Abyss 2 times.
You visited 21 ziggurats (completing 20), and saw 559 of their levels.
You also visited: Sewer, Ice Cave, Volcano and Wizlab.

You collected 1309059 gold pieces.
You spent 4184 gold pieces at shops.
You paid 586026 gold pieces to Gozag.

Inventory:

Hand Weapons
 e - the +3 hand axe "Ben Wenu" {distort, rC+}
   (You found it on level 22 of a ziggurat)

   rC:        It protects you from cold.
 q - the +3 Elemental Staff (weapon) {rElec rF+ rC+ AC+3}
   (You found it on level 4 of the Lair of Beasts)

   It enhances your fire, ice, earth and air magic.
   AC:        It affects your AC (+3).
   rF:        It protects you from fire.
   rC:        It protects you from cold.
   rElec:     It insulates you from electricity.
 w - the +8 mithril axe "Arga" {speed, Will+}
   (You found it on level 22 of a ziggurat)

   Will:      It increases your willpower.
Missiles
 W - 2165 silver javelins (quivered)
Armour
 c - the scarf "Daelihoc" (worn) {repulsion, Fly rC+ Will+ Stlth-}
   (You found it on level 24 of a ziggurat)

   rC:        It protects you from cold.
   Fly:       It grants you flight.
   Will:      It increases your willpower.
   Stlth:     It makes you less stealthy.
 d - the +2 cloak of the Thief {*Fog Slay-2 SInv Stlth+}
   (You found it on level 16 of a ziggurat)

   *Fog:      It may release a thick cloud of smoke when the wearer is hurt.
   Slay:      It affects your accuracy & damage with ranged weapons and melee
   (-2).
   SInv:      It lets you see invisible.
   Stlth:     It makes you more stealthy.
 h - a +8 tower shield of reflection (worn)
 i - the +3 pair of gloves "Yhunaxox" (worn) {Regen+ Str+8 Int-2 Dex+5}
   (You acquired it on level 4 of a ziggurat)

   Str:       It affects your strength (+8).
   Int:       It affects your intelligence (-2).
   Dex:       It affects your dexterity (+5).
   Regen:     It increases your rate of health regeneration.
 m - the +8 orange crystal plate armour (worn) {Archmagi, Int+3 Clar}
   (You found it on level 18 of a ziggurat)

   Int:       It affects your intelligence (+3).
   Clar:      It protects you from confusion, rage, mesmerisation and fear.
 p - the +5 robe of Misfortune {Harm *Corrode *Slow EV+5}
   (You found it on level 16 of a ziggurat)

   EV:        It affects your evasion (+5).
   *Corrode:  It may corrode you when you take damage.
   *Slow:     It may slow you when you take damage.
   Harm:      It increases damage dealt and taken.
 s - the crystal ball of Wucad Mu {*channel}
   (You found it on level 7 of a ziggurat)

   *Channel:  It often returns the magic spent to cast spells, but lowers their
   success rate.
   It always returns the magic spent on miscasts.
 F - the +0 pair of boots "Fiefuo" {*Slow rF+ Int+5}
   (You found it on level 16 of a ziggurat)

   Int:       It affects your intelligence (+5).
   rF:        It protects you from fire.
   *Slow:     It may slow you when you take damage.
 P - the +0 pair of boots of Kitwot (worn) {Drain rElec Int+4 Dex+2}
   (You found it on level 4 of the Spider Nest)

   Int:       It affects your intelligence (+4).
   Dex:       It affects your dexterity (+2).
   rElec:     It insulates you from electricity.
   Drain:     It drains your maximum health when unequipped.
Jewellery
 a - the ring of Shadows {Umbra +Inv Stlth+}
   (You found it on level 24 of a ziggurat)

   [ring of stealth]

   Umbra:     It surrounds you with an aura of shadow, increasing your stealth
   and reducing the accuracy of all others within it.
   +Inv:      It lets you turn invisible.
   Stlth:     It makes you more stealthy.
 b - the ring of the Mage (right hand) {Wiz Archmagi}
   (You found it on level 27 of a ziggurat)

   [ring of wizardry]

   It improves your spell success rate.
   Archmagi:  It increases the power of your magical spells.
 f - the amulet of Harmony {Reflect -Tele rF+ Str+5 SH+5 SInv}
   (You found it on level 9 of a ziggurat)

   [amulet of reflection]

   It reflects blocked missile attacks.
   Str:       It affects your strength (+5).
   rF:        It protects you from fire.
   SInv:      It lets you see invisible.
   -Tele:     It prevents most forms of teleportation.
   SH:        It affects your SH (+5).
 k - the amulet "Telomoo" {Reflect rF+ SH+5 SInv Stlth+}
   (You found it on level 16 of a ziggurat)

   [amulet of reflection]

   It reflects blocked missile attacks.
   rF:        It protects you from fire.
   SInv:      It lets you see invisible.
   SH:        It affects your SH (+5).
   Stlth:     It makes you more stealthy.
 o - the ring of Enaj {rCorr Int+5 Dex+2 SInv}
   (You found it on level 12 of a ziggurat)

   [ring of resist corrosion]

   Int:       It affects your intelligence (+5).
   Dex:       It affects your dexterity (+2).
   SInv:      It lets you see invisible.
   rCorr:     It protects you from acid and corrosion.
 I - the ring "Gauroum" (left hand) {rCorr MP+9 Str+4 Int+6}
   (You found it on level 17 of a ziggurat)

   [ring of intelligence]

   Str:       It affects your strength (+4).
   Int:       It affects your intelligence (+6).
   MP:        It affects your magic capacity (+9).
   rCorr:     It protects you from acid and corrosion.
 N - the macabre finger necklace {Finger+ rN+}
   (You found it on level 3 of the Depths)

   [amulet of nothing]

   Finger+:   It enables you to equip an extra ring.
   rN:        It protects you from negative energy.
 Z - the amulet of Epsajoest (around neck) {Harm rElec rF++ Regen+ Str+3}
   (You found it on level 20 of a ziggurat)

   [amulet of regeneration]

   Str:       It affects your strength (+3).
   rF:        It greatly protects you from fire.
   rElec:     It insulates you from electricity.
   Regen:     It increases your rate of health regeneration.
   Harm:      It increases damage dealt and taken.
Talismans
 E - a talisman of death (active)
Wands
 S - a wand of acid (1265)
Scrolls
 l - 450 scrolls of fog
 r - 240 scrolls of blinking
 u - 226 scrolls of amnesia
 v - 16 scrolls of summoning
 y - 47 scrolls of torment
Potions
 g - 134 potions of heal wounds
 x - 36 potions of might
 z - 579 potions of mutation
 A - 42 potions of brilliance
 B - 24 potions of ambrosia
 C - 17 potions of invisibility
 G - 24 potions of resistance
 H - 91 potions of magic
 J - 123 potions of haste
 X - 118 potions of cancellation
 Y - 105 potions of curing
Miscellaneous
 t - a tin of tremorstones (2/2)


   Skills:
 O Level 27 Fighting
 O Level 27 Short Blades
 O Level 27 Long Blades
 O Level 27 Axes
 O Level 27 Maces & Flails
 O Level 27 Polearms
 O Level 27 Staves
 O Level 27 Ranged Weapons
 O Level 27 Throwing
 O Level 27 Armour
 O Level 27 Dodging
 O Level 27 Stealth
 O Level 27 Shields
 O Level 27 Unarmed Combat
 O Level 27 Spellcasting
 O Level 27 Conjurations
 O Level 27 Hexes
 O Level 27 Summonings
 O Level 27 Necromancy
 O Level 27 Translocations
 O Level 27 Transmutations
 O Level 27 Fire Magic
 O Level 27 Ice Magic
 O Level 27 Air Magic
 O Level 27 Earth Magic
 O Level 27 Poison Magic
 O Level 27 Invocations
 O Level 27 Evocations
 O Level 27 Shapeshifting


You had 7 spell levels left.
You knew the following spells:

 Your Spells              Type           Power      Damage    Failure   Level
a - Ozocubu's Refrigerat  Ice            100%       4d29      0%          7
b - Death's Door          Necr           100%       N/A       1%          9
c - Sublimation of Blood  Necr           100%       N/A       0%          2
d - Swiftness             Air            100%       N/A       0%          3
e - Fire Storm            Conj/Fire      100%       8d25      1%          9
f - Ignition              Fire           100%       3d25      1%          8
g - Shatter               Erth           100%       3d71*     1%          9
h - Polar Vortex          Ice            100%       12d13*    1%          9
i - Chain Lightning       Conj/Air       100%       3d133     1%          9
j - Discord               Hex            100%       N/A       1%          8

Your spell library contained the following spells:

 Spells                   Type           Power      Damage    Failure   Level
 Apportation              Tloc           100%       N/A       0%          1
 Foxfire                  Conj/Fire      100%       2x1d9     0%          1
 Freeze                   Ice            100%       1d10      0%          1
 Kiss of Death            Conj/Necr      100%       2d13      0%          1
 Magic Dart               Conj           100%       1d8       0%          1
 Necrotise                Necr           100%       1d9       0%          1
 Sandblast                Erth           100%       2d20      0%          1
 Shock                    Conj/Air       100%       1d9       0%          1
 Slow                     Hex            100%       N/A       0%          1
 Sting                    Tmut/Pois      100%       1d8       0%          1
 Summon Small Mammal      Summ           100%       N/A       0%          1
 Blink                    Tloc           100%       N/A       0%          2
 Call Imp                 Summ           100%       N/A       0%          2
 Cigotuvi's Dreadful Rot  Necr/Pois/Air  100%       N/A       0%          2
 Ensorcelled Hibernation  Hex/Ice        100%       N/A       0%          2
 Lesser Beckoning         Tloc           100%       N/A       0%          2
 Momentum Strike          Conj/Tloc      100%       3d10      0%          2
 Passwall                 Tmut/Erth      100%       N/A       0%          2
 Poisonous Vapours        Pois/Air       100%       N/A       0%          2
 Scorch                   Fire           100%       2d9       0%          2
 Searing Ray              Conj           100%       2d8       0%          2
 Static Discharge         Conj/Air       100%       2-7/arc   0%          2
 Wereblood                Tmut           100%       N/A       0%          2
 Call Canine Familiar     Summ           100%       N/A       0%          3
 Confusing Touch          Hex            100%       N/A       0%          3
 Dazzling Flash           Conj/Hex       100%       N/A       0%          3
 Frozen Ramparts          Ice            100%       1d16      0%          3
 Gell's Gravitas          Tloc           100%       N/A       0%          3
 Hailstorm                Conj/Ice       100%       3d20      0%          3
 Ignite Poison            Fire/Tmut/Pois 100%       N/A       0%          3
 Inner Flame              Hex/Fire       100%       N/A       0%          3
 Mephitic Cloud           Conj/Pois/Air  100%       N/A       0%          3
 Ozocubu's Armour         Ice            100%       N/A       0%          3
 Portal Projectile        Hex/Tloc       100%       N/A       0%          3
 Stone Arrow              Conj/Erth      100%       3d13      0%          3
 Summon Guardian Golem    Hex/Summ       100%       N/A       0%          3
 Teleport Other           Tloc           100%       N/A       0%          3
 Tukima's Dance           Hex            100%       N/A       0%          3
 Vampiric Draining        Necr           100%       2d13      0%          3
 Vhi's Electric Charge    Tloc/Air       100%       N/A       0%          3
 Volatile Blastmotes      Fire/Tloc      100%       2d18      0%          3
 Airstrike                Air            100%       2d(15-31) 0%          4
 Anguish                  Hex/Necr       100%       N/A       0%          4
 Animate Armour           Summ/Erth      100%       N/A       0%          4
 Cause Fear               Hex            100%       N/A       0%          4
 Dispel Undead            Necr           100%       3d31      0%          4
 Flame Wave               Conj/Fire      100%       2d21      0%          4
 Fulminant Prism          Conj/Hex       100%       3d40      0%          4
 Iskenderun's Mystic Bla  Conj/Tloc      100%       2d19      0%          4
 Leda's Liquefaction      Hex/Erth       100%       N/A       0%          4
 Manifold Assault         Tloc           100%       N/A       0%          4
 Olgreb's Toxic Radiance  Pois           100%       N/A       0%          4
 Passage of Golubria      Tloc           100%       N/A       0%          4
 Petrify                  Tmut/Erth      100%       N/A       0%          4
 Sticky Flame             Conj/Fire      100%       2d11      0%          4
 Summon Ice Beast         Ice/Summ       100%       N/A       0%          4
 Summon Lightning Spire   Summ/Air       100%       N/A       0%          4
 Agony                    Necr           100%       N/A       0%          5
 Alistair's Intoxication  Tmut/Pois      100%       N/A       0%          5
 Arcjolt                  Conj/Air       100%       1d110     0%          5
 Borgnjor's Vile Clutch   Necr/Erth      100%       N/A       0%          5
 Fireball                 Conj/Fire      100%       3d36      0%          5
 Freezing Cloud           Conj/Ice/Air   100%       6-21      0%          5
 Irradiate                Conj/Tmut      100%       3d45      0%          5
 Iskenderun's Battlesphe  Conj           100%       2d15      0%          5
 Lee's Rapid Deconstruct  Erth           100%       3d44*     0%          5
 Metabolic Englaciation   Hex/Ice        100%       N/A       0%          5
 Silence                  Hex/Air        100%       N/A       0%          5
 Summon Forest            Summ/Tloc      100%       N/A       0%          5
 Summon Mana Viper        Hex/Summ       100%       N/A       0%          5
 Yara's Violent Unravell  Hex/Tmut       100%       3d36      0%          5
 Conjure Ball Lightning   Conj/Air       100%       3x3d38    0%          6
 Death Channel            Necr           100%       N/A       0%          6
 Dispersal                Tloc           100%       N/A       0%          6
 Eringya's Noxious Bog    Tmut/Pois      100%       4d6       0%          6
 Leda's Unmaking          Conj/Erth      100%       9d16      0%          6
 Plasma Beam              Fire/Air       100%       2x1d120   0%          6
 Starburst                Conj/Fire      100%       6d25      0%          6
 Summon Cactus Giant      Summ           100%       N/A       0%          6
 Enfeeble                 Hex            100%       N/A       0%          7
 Haunt                    Necr/Summ      100%       N/A       0%          7
 Malign Gateway           Summ/Tloc      100%       N/A       0%          7
 Monstrous Menagerie      Summ           100%       N/A       0%          7
 Orb of Destruction       Conj           100%       9d21      0%          7
 Spellforged Servitor     Conj/Summ      100%       N/A       0%          7
 Summon Hydra             Summ           100%       N/A       0%          7
 Borgnjor's Revivificati  Necr           100%       N/A       1%          8
 Disjunction              Tloc           100%       N/A       1%          8
 Infestation              Necr           100%       N/A       1%          8
 Lehudib's Crystal Spear  Conj/Erth      100%       10d22     1%          8
 Maxwell's Capacitive Co  Air            100%       ∞         1%          8
 Summon Horrible Things   Summ           100%       N/A       1%          8
 Dragon's Call            Summ           100%       N/A       1%          9
 Animate Dead             Necr           Unusable   N/A       N/A         4
 Simulacrum               Ice/Necr       Unusable   N/A       N/A         6

Dungeon Overview and Level Annotations

Branches:
Dungeon (15/15)            Temple (1/1) D:7            Lair (5/5) D:8
 Shoals (4/4) Lair:2       Spider (4/4) Lair:3        Slime (5/5) Lair:4
    Orc (2/2) D:9             Elf (3/3) Orc:2        Vaults (5/5) D:13
  Crypt (3/3) Vaults:3       Tomb (3/3) Crypt:3      Depths (4/4) D:15
   Hell (visited)             Dis (7/7) Hell            Geh (7/7) Hell
    Coc (7/7) Hell            Tar (7/7) Hell            Zot (5/5) Depths:4
  Sewer (visited)           IceCv (visited)         Volcano (visited)
 WizLab (visited)

Altars:
Ashenzari
Cheibriados
Dithmenos
Fedhas
Gozag
Hepliaklqana
Kikubaaqudgha
Makhleb
Nemelex Xobeh
Okawaru
Qazlal
Ru
Sif Muna
Trog
Uskayaw
Vehumet
Wu Jian
Xom
Yredelemnul
Jiyva
Lugonu

Shops:
D:13 *   Orc:1 :   Orc:2 (*:[   Elf:1 (   Elf:2 *[[[(   Elf:3 :   Vaults:2 ?
Vaults:3 *   Vaults:5 *

Portals:
Hell: Depths:1 Depths:2 Depths:3 Depths:4
Abyss: Shoals:3 Crypt:2 Depths:3 Depths:4
Pandemonium: Depths:2
Ziggurat: Depths:3

Annotations:
Depths:3 m:egow


Innate Abilities, Weirdness & Mutations

You are an undying horror.
Your melee and unarmed attacks drain, slow and weaken victims.
You are immune to unholy pain and torment.
You cannot drink.
You are immune to poison.
You have a pair of large antennae on your head. (SInv)
A powerful demonic guardian rushes to your aid.
You can hurl damnation.
You regenerate a lot of health from kills.
You are resistant to unholy torment.
Your movements are significantly less encumbered by armour. (ER -6)
You punish those that try to bend your will. (Will+)
Your mind is acute. (Int +4, Str/Dex -1)
You are very robust. (+20% HP)


Message History

A fire giant comes into view.
It is wielding a +2 great sword of flaming.
A searing wretch comes into view.
The balrug gestures at you. Something smites you!
* * * LOW HITPOINT WARNING * * *
The Brimstone Fiend gestures at you.
The sphere of damnation explodes!
The damnation engulfs you!!
* * * LOW HITPOINT WARNING * * *
A Brimstone Fiend comes into view.
A hell knight comes into view. It is wielding a +0 great sword.
A fire giant comes into view.
It is wielding a +1 great sword of flaming.
A hell knight comes into view. It is wielding a +1 great mace.
A searing wretch comes into view.
A Brimstone Fiend comes into view.
A hellephant comes into view.
A balrug comes into view.
It is wielding a +1 demon whip of venom.
The balrug is distracted by your dazzling golden aura.
A balrug comes into view.
It is wielding a +1 demon whip of freezing.
The balrug shouts!
A hell hog comes into view.
Unknown command.
Unknown command. [a] - 400 gold - heal wounds, curing and magic [b] - 400 gold - heal wounds, curing, brilliance and magic [c] - 325 gold - heal wounds, curing and berserk rage Purchase which effect?
You feel much better.
You feel better. Magic courses through your body.
The winds around you calm down.
You hear a shout!
You hear an angry squeal.
A balrug comes into view.
It is wielding a +0 demon whip of draining.
A balrug comes into view.
It is wielding a +2 demon whip of electrocution.
A balrug comes into view.
It is wielding a +0 demon whip of electrocution.
The balrug is distracted by your dazzling golden aura.
A balrug comes into view.
It is wielding a +0 demon whip of freezing.
The Brimstone Fiend gestures at you.
The sphere of damnation explodes!
The damnation engulfs you!!
* * * LOW HITPOINT WARNING * * *
The Brimstone Fiend gestures at you.
The sphere of damnation explodes!
The damnation engulfs you!!!
You die...
Your body crumbles into a pile of gold.

▓▓$$$.$$n
▓▓$$$$p1$$
▓.$$$$$1$$
▓▓$$$$.$$$2
▓.$$$$$$$$$
▓$$$$$$$$$Y
▓.$$$$$$.h2
▓▓$$z$$.$1$$
▓.$∩$$$.$$n2
▓▓.$$$$$.$$$
▓.$$.$$$$C$
▓$$$$$$.$22
▓.$2$$$$2$$
▓▓$$$211$2C
▓$$$$2$$2$
▓▓$..$..$


You could see a hellephant (wandering, unable to see you), 2 searing wretches, 5
Brimstone Fiends, 2 fire giants, 11 balrugs, a hell knight (unable to see you)
and a hell hog (wandering, unable to see you).

Vanquished Creatures
  Cerebov (Pan)
  Asmodeus (Geh:7)
  the Royal Jelly (Slime:5)
  Ignacio (Pan)
  Gloorx Vloq (Pan)
  The ghost of Piash the Metallomancer, a master OgEE of Gozag (Zig:26)
  The ghost of Piash the Metallomancer, a master OgEE of Gozag (Zig:26)
  The ghost of Piash the Metallomancer, a master OgEE of Gozag (Zig:15)
  The ghost of Piash the Metallomancer, a master OgEE of Gozag (Zig:26)
  The ghost of Piash the Metallomancer, a master OgEE of Gozag (Zig:8)
  The ghost of Piash the Metallomancer, a master OgEE of Gozag (Zig:12)
  The ghost of Piash the Metallomancer, a master OgEE of Gozag (Zig:12)
  The ghost of Piash the Metallomancer, a master OgEE of Gozag (Zig:12)
  The ghost of Piash the Metallomancer, a master OgEE of Gozag (Zig:26)
  Ereshkigal (Tar:7)
  The ghost of Poalor the Merry Gnoll, a legendary GnWn of Qazlal (Zig:26)
  The ghost of Poalor the Merry Gnoll, a legendary GnWn of Qazlal (Zig:8)
  The ghost of Poalor the Merry Gnoll, a legendary GnWn of Qazlal (Zig:15)
  The ghost of Poalor the Merry Gnoll, a legendary GnWn of Qazlal (Zig:8)
  The ghost of Poalor the Merry Gnoll, a legendary GnWn of Qazlal (Zig:8)
  The ghost of Poalor the Merry Gnoll, a legendary GnWn of Qazlal (Zig:12)
  The ghost of Poalor the Merry Gnoll, a legendary GnWn of Qazlal (Zig:12)
  The ghost of Poalor the Merry Gnoll, a legendary GnWn of Qazlal (Zig:8)
  The ghost of Poalor the Merry Gnoll, a legendary GnWn of Qazlal (Zig:8)
  The ghost of Poalor the Merry Gnoll, a legendary GnWn of Qazlal (Zig:26)
  The ghost of Poalor the Merry Gnoll, a legendary GnWn of Qazlal (Zig:12)
  The ghost of Poalor the Merry Gnoll, a legendary GnWn of Qazlal (Zig:8)
  The ghost of Poalor the Merry Gnoll, a legendary GnWn of Qazlal (Zig:12)
  The ghost of Poalor the Merry Gnoll, a legendary GnWn of Qazlal (Zig:26)
  The ghost of Poalor the Merry Gnoll, a legendary GnWn of Qazlal (Zig:12)
  The ghost of Poalor the Merry Gnoll, a legendary GnWn of Qazlal (Zig:12)
  Mnoleg (Pan)
  The ghost of Neapotai the Annihilator, a veteran DsMo of Ru (Zig:12)
  The ghost of Neapotai the Annihilator, a veteran DsMo of Ru (Zig:12)
  The ghost of Neapotai the Annihilator, a veteran DsMo of Ru (Zig:12)
  The ghost of Neapotai the Annihilator, a veteran DsMo of Ru (Zig:26)
  The ghost of Neapotai the Annihilator, a veteran DsMo of Ru (Zig:26)
  The ghost of Neapotai the Annihilator, a veteran DsMo of Ru (Zig:8)
  The ghost of Neapotai the Annihilator, a veteran DsMo of Ru (Zig:8)
  The ghost of Neapotai the Annihilator, a veteran DsMo of Ru (Zig:15)
  The ghost of Neapotai the Annihilator, a veteran DsMo of Ru (Zig:8)
  The ghost of Neapotai the Annihilator, a veteran DsMo of Ru (Zig:26)
  The ghost of Neapotai the Annihilator, a veteran DsMo of Ru (Zig:8)
  The ghost of Neapotai the Annihilator, a veteran DsMo of Ru (Zig:26)
  The ghost of Neapotai the Annihilator, a veteran DsMo of Ru (Zig:26)
  The ghost of Neapotai the Annihilator, a veteran DsMo of Ru (Zig:26)
  The ghost of Neapotai the Annihilator, a veteran DsMo of Ru (Zig:15)
  Lom Lobon (Pan)
  the Serpent of Hell (Geh:7)
  The ghost of Jiheses the Archmage, a legendary DEAE of Vehumet (Zig:8)
  The ghost of Jiheses the Archmage, a legendary DEAE of Vehumet (Zig:8)
  The ghost of Jiheses the Archmage, a legendary DEAE of Vehumet (Zig:26)
  The ghost of Jiheses the Archmage, a legendary DEAE of Vehumet (Zig:26)
  The ghost of Jiheses the Archmage, a legendary DEAE of Vehumet (Zig:12)
  The ghost of Jiheses the Archmage, a legendary DEAE of Vehumet (Zig:8)
  The ghost of Jiheses the Archmage, a legendary DEAE of Vehumet (Zig:12)
  The ghost of Jiheses the Archmage, a legendary DEAE of Vehumet (Zig:12)
  The ghost of Jiheses the Archmage, a legendary DEAE of Vehumet (Zig:8)
  The ghost of Jiheses the Archmage, a legendary DEAE of Vehumet (Zig:26)
  The ghost of Jiheses the Archmage, a legendary DEAE of Vehumet (Zig:12)
  The ghost of Jiheses the Archmage, a legendary DEAE of Vehumet (Zig:12)
  The ghost of Jiheses the Archmage, a legendary DEAE of Vehumet (Zig:8)
  The ghost of Jiheses the Archmage, a legendary DEAE of Vehumet (Zig:8)
  The ghost of Jiheses the Archmage, a legendary DEAE of Vehumet (Zig:12)
  The ghost of Jiheses the Archmage, a legendary DEAE of Vehumet (Zig:8)
  The ghost of Jiheses the Archmage, a legendary DEAE of Vehumet (Zig:8)
  The ghost of Jiheses the Archmage, a legendary DEAE of Vehumet (Zig:26)
  The ghost of Has Pue the Sorcerer, a legendary FoFi of Vehumet (Zig:26)
  The ghost of Has Pue the Sorcerer, a legendary FoFi of Vehumet (Zig:12)
  The ghost of Has Pue the Sorcerer, a legendary FoFi of Vehumet (Zig:26)
  The ghost of Has Pue the Sorcerer, a legendary FoFi of Vehumet (Zig:12)
  The ghost of Has Pue the Sorcerer, a legendary FoFi of Vehumet (Zig:8)
  The ghost of Has Pue the Sorcerer, a legendary FoFi of Vehumet (Zig:8)
  The ghost of Has Pue the Sorcerer, a legendary FoFi of Vehumet (Zig:26)
  The ghost of Has Pue the Sorcerer, a legendary FoFi of Vehumet (Zig:8)
  The ghost of Has Pue the Sorcerer, a legendary FoFi of Vehumet (Zig:26)
  The ghost of Has Pue the Sorcerer, a legendary FoFi of Vehumet (Zig:26)
  The ghost of Has Pue the Sorcerer, a legendary FoFi of Vehumet (Zig:26)
  The ghost of Has Pue the Sorcerer, a legendary FoFi of Vehumet (Zig:8)
  The ghost of Has Pue the Sorcerer, a legendary FoFi of Vehumet (Zig:26)
  The ghost of Tenar the Heavyweight Champion, a legendary TrFi of Gozag (Zig:12)
  The ghost of Betuluewk the Archmage, a legendary DESu of Vehumet (Zig:8)
  The ghost of Betuluewk the Archmage, a legendary DESu of Vehumet (Zig:8)
  The ghost of Betuluewk the Archmage, a legendary DESu of Vehumet (Zig:8)
  The ghost of Betuluewk the Archmage, a legendary DESu of Vehumet (Zig:8)
  The ghost of Betuluewk the Archmage, a legendary DESu of Vehumet (Zig:26)
  The ghost of Betuluewk the Archmage, a legendary DESu of Vehumet (Zig:8)
  The ghost of Betuluewk the Archmage, a legendary DESu of Vehumet (Zig:26)
  The ghost of Betuluewk the Archmage, a legendary DESu of Vehumet (Zig:8)
  The ghost of Betuluewk the Archmage, a legendary DESu of Vehumet (Zig:8)
  The ghost of Betuluewk the Archmage, a legendary DESu of Vehumet (Zig:8)
  The ghost of Betuluewk the Archmage, a legendary DESu of Vehumet (Zig:26)
  The ghost of Betuluewk the Archmage, a legendary DESu of Vehumet (Zig:8)
  The ghost of Betuluewk the Archmage, a legendary DESu of Vehumet (Zig:26)
  The ghost of Betuluewk the Archmage, a legendary DESu of Vehumet (Zig:15)
  The ghost of Betuluewk the Archmage, a legendary DESu of Vehumet (Zig:15)
  The ghost of Betuluewk the Archmage, a legendary DESu of Vehumet (Zig:12)
  The ghost of Betuluewk the Archmage, a legendary DESu of Vehumet (Zig:12)
  The ghost of Betuluewk the Archmage, a legendary DESu of Vehumet (Zig:12)
  The ghost of Betuluewk the Archmage, a legendary DESu of Vehumet (Zig:12)
  The ghost of Betuluewk the Archmage, a legendary DESu of Vehumet (Zig:12)
  The ghost of Betuluewk the Archmage, a legendary DESu of Vehumet (Zig:12)
  The ghost of Betuluewk the Archmage, a legendary DESu of Vehumet (Zig:26)
  The ghost of Betuluewk the Archmage, a legendary DESu of Vehumet (Zig:12)
  The ghost of Betuluewk the Archmage, a legendary DESu of Vehumet (Zig:26)
  The ghost of Zycouta the Cloud Mage, a legendary DrSh of Cheibriados (Zig:3)
  The ghost of Zycouta the Cloud Mage, a legendary DrSh of Cheibriados (Zig:26)
  The ghost of Zycouta the Cloud Mage, a legendary DrSh of Cheibriados (Zig:26)
  The ghost of Zycouta the Cloud Mage, a legendary DrSh of Cheibriados (Zig:26)
  The ghost of Zycouta the Cloud Mage, a legendary DrSh of Cheibriados (Zig:26)
  The ghost of Zycouta the Cloud Mage, a legendary DrSh of Cheibriados (Zig:12)
  The ghost of Zycouta the Cloud Mage, a legendary DrSh of Cheibriados (Zig:8)
  The ghost of Zycouta the Cloud Mage, a legendary DrSh of Cheibriados (Zig:12)
  The ghost of Zycouta the Cloud Mage, a legendary DrSh of Cheibriados (Zig:8)
  The ghost of Zycouta the Cloud Mage, a legendary DrSh of Cheibriados (Zig:26)
  The ghost of Zycouta the Cloud Mage, a legendary DrSh of Cheibriados (Zig:26)
  The ghost of Zycouta the Cloud Mage, a legendary DrSh of Cheibriados (Zig:26)
  628 dread liches
  Dispater (Dis:7)
  The ghost of Yllipt the Phalangite, a legendary GnWr of Cheibriados (Zig:8)
  The ghost of Yllipt the Phalangite, a legendary GnWr of Cheibriados (Zig:12)
  The ghost of Yllipt the Phalangite, a legendary GnWr of Cheibriados (Zig:26)
  The ghost of Yllipt the Phalangite, a legendary GnWr of Cheibriados (Zig:26)
  The ghost of Lonang the Archmage, a legendary DESu of Vehumet (Zig:8)
  The ghost of Lonang the Archmage, a legendary DESu of Vehumet (Zig:12)
  The ghost of Kyik Kue the Ex Machina, a legendary DEFE of Vehumet (Zig:12)
  The ghost of Kyik Kue the Ex Machina, a legendary DEFE of Vehumet (Zig:8)
  The ghost of Lonang the Archmage, a legendary DESu of Vehumet (Zig:8)
  The ghost of Lonang the Archmage, a legendary DESu of Vehumet (Zig:26)
  The ghost of Lonang the Archmage, a legendary DESu of Vehumet (Zig:8)
  The ghost of Lonang the Archmage, a legendary DESu of Vehumet (Zig:12)
  The ghost of Kyik Kue the Ex Machina, a legendary DEFE of Vehumet (Zig:8)
  The ghost of Kyik Kue the Ex Machina, a legendary DEFE of Vehumet (Zig:15)
  The ghost of Lonang the Archmage, a legendary DESu of Vehumet (Zig:8)
  The ghost of Lonang the Archmage, a legendary DESu of Vehumet (Zig:12)
  The ghost of Kyik Kue the Ex Machina, a legendary DEFE of Vehumet (Zig:8)
  The ghost of Kyik Kue the Ex Machina, a legendary DEFE of Vehumet (Zig:15)
  The ghost of Kyik Kue the Ex Machina, a legendary DEFE of Vehumet (Zig:12)
  The ghost of Lonang the Archmage, a legendary DESu of Vehumet (Zig:8)
  The ghost of Lonang the Archmage, a legendary DESu of Vehumet (Zig:8)
  The ghost of Kyik Kue the Ex Machina, a legendary DEFE of Vehumet (Zig:12)
  The ghost of Lonang the Archmage, a legendary DESu of Vehumet (Zig:8)
  The ghost of Kyik Kue the Ex Machina, a legendary DEFE of Vehumet (Zig:12)
  The ghost of Lonang the Archmage, a legendary DESu of Vehumet (Zig:26)
  The ghost of Lonang the Archmage, a legendary DESu of Vehumet (Zig:12)
  The ghost of Lonang the Archmage, a legendary DESu of Vehumet (Zig:12)
  The ghost of Lonang the Archmage, a legendary DESu of Vehumet (Zig:8)
  The ghost of Kyik Kue the Ex Machina, a legendary DEFE of Vehumet (Zig:12)
  The ghost of Kyik Kue the Ex Machina, a legendary DEFE of Vehumet (Zig:8)
  The ghost of Lonang the Archmage, a legendary DESu of Vehumet (Zig:12)
  The ghost of Kyik Kue the Ex Machina, a legendary DEFE of Vehumet (Zig:8)
  The ghost of Lonang the Archmage, a legendary DESu of Vehumet (Zig:26)
  The ghost of Kyik Kue the Ex Machina, a legendary DEFE of Vehumet (Zig:12)
  The ghost of Lonang the Archmage, a legendary DESu of Vehumet (Zig:8)
  The ghost of Kyik Kue the Ex Machina, a legendary DEFE of Vehumet (Zig:8)
  The ghost of Lonang the Archmage, a legendary DESu of Vehumet (Zig:26)
  The ghost of Lonang the Archmage, a legendary DESu of Vehumet (Zig:26)
  The ghost of Lonang the Archmage, a legendary DESu of Vehumet (Zig:3)
  The ghost of Kyik Kue the Ex Machina, a legendary DEFE of Vehumet (Zig:8)
  The ghost of Lonang the Archmage, a legendary DESu of Vehumet (Zig:12)
  Khufu (Crypt:1)
  760 ancient liches
  194 orbs of fire
  The ghost of Tefur the Slayer, a legendary GnFi of Cheibriados (Zig:12)
  The ghost of Tefur the Slayer, a legendary GnFi of Cheibriados (Zig:12)
  The ghost of Tefur the Slayer, a legendary GnFi of Cheibriados (Zig:26)
  The ghost of Tefur the Slayer, a legendary GnFi of Cheibriados (Zig:12)
  The ghost of Tefur the Slayer, a legendary GnFi of Cheibriados (Zig:26)
  The ghost of Tefur the Slayer, a legendary GnFi of Cheibriados (Zig:26)
  The ghost of Tefur the Slayer, a legendary GnFi of Cheibriados (Zig:26)
  The ghost of Tefur the Slayer, a legendary GnFi of Cheibriados (Zig:8)
  The ghost of Tefur the Slayer, a legendary GnFi of Cheibriados (Zig:26)
  The ghost of Tefur the Slayer, a legendary GnFi of Cheibriados (Zig:12)
  The ghost of Tefur the Slayer, a legendary GnFi of Cheibriados (Zig:8)
  The ghost of Tefur the Slayer, a legendary GnFi of Cheibriados (Zig:15)
  The ghost of Tefur the Slayer, a legendary GnFi of Cheibriados (Zig:8)
  The ghost of Jataj the Acolyte, a legendary GrFi of the Shining One (Zig:8)
  The ghost of Jataj the Acolyte, a legendary GrFi of the Shining One (Zig:8)
  The ghost of Jataj the Acolyte, a legendary GrFi of the Shining One (Zig:8)
  The ghost of Jataj the Acolyte, a legendary GrFi of the Shining One (Zig:8)
  The ghost of Jataj the Acolyte, a legendary GrFi of the Shining One (Zig:8)
  The ghost of Jataj the Acolyte, a legendary GrFi of the Shining One (Zig:26)
  The ghost of Jataj the Acolyte, a legendary GrFi of the Shining One (Zig:26)
  The ghost of Jataj the Acolyte, a legendary GrFi of the Shining One (Zig:12)
  The ghost of Jataj the Acolyte, a legendary GrFi of the Shining One (Zig:3)
  The ghost of Jataj the Acolyte, a legendary GrFi of the Shining One (Zig:26)
  The ghost of Jataj the Acolyte, a legendary GrFi of the Shining One (Zig:8)
  The ghost of Jataj the Acolyte, a legendary GrFi of the Shining One (Zig:12)
  The ghost of Jataj the Acolyte, a legendary GrFi of the Shining One (Zig:15)
  The ghost of Jataj the Acolyte, a legendary GrFi of the Shining One (Zig:15)
  The ghost of Jataj the Acolyte, a legendary GrFi of the Shining One (Zig:8)
  The ghost of Jataj the Acolyte, a legendary GrFi of the Shining One (Zig:8)
  The ghost of initializr the Slayer, a legendary OgAE of Ashenzari (Zig:12)
  The ghost of Jecaful the Peltast, a legendary NaMo of Cheibriados (Zig:26)
  The ghost of Jecaful the Peltast, a legendary NaMo of Cheibriados (Zig:26)
  The ghost of Jecaful the Peltast, a legendary NaMo of Cheibriados (Zig:8)
  The ghost of Jecaful the Peltast, a legendary NaMo of Cheibriados (Zig:12)
  The ghost of Jecaful the Peltast, a legendary NaMo of Cheibriados (Zig:12)
  The ghost of Jecaful the Peltast, a legendary NaMo of Cheibriados (Zig:12)
  The ghost of initializr the Peltast, a legendary NaMo of Cheibriados (Zig:15)
  The ghost of Jecaful the Peltast, a legendary NaMo of Cheibriados (Zig:15)
  The ghost of Jecaful the Peltast, a legendary NaMo of Cheibriados (Zig:15)
  The ghost of Jecaful the Peltast, a legendary NaMo of Cheibriados (Zig:8)
  The ghost of Jecaful the Peltast, a legendary NaMo of Cheibriados (Zig:15)
  The ghost of Jecaful the Peltast, a legendary NaMo of Cheibriados (Zig:12)
  The ghost of Jecaful the Peltast, a legendary NaMo of Cheibriados (Zig:15)
  The ghost of Jecaful the Peltast, a legendary NaMo of Cheibriados (Zig:8)
  The ghost of Minism the Axe Maniac, a legendary MiFi of the Shining One (Zig:8)
  The ghost of Minism the Axe Maniac, a legendary MiFi of the Shining One (Zig:15)
  The ghost of Minism the Axe Maniac, a legendary MiFi of the Shining One (Zig:8)
  The ghost of Minism the Axe Maniac, a legendary MiFi of the Shining One (Zig:26)
  The ghost of Minism the Axe Maniac, a legendary MiFi of the Shining One (Zig:12)
  The ghost of Minism the Axe Maniac, a legendary MiFi of the Shining One (Zig:8)
  The ghost of Minism the Axe Maniac, a legendary MiFi of the Shining One (Zig:26)
  The ghost of Minism the Axe Maniac, a legendary MiFi of the Shining One (Zig:8)
  The ghost of Minism the Axe Maniac, a legendary MiFi of the Shining One (Zig:12)
  The ghost of Minism the Axe Maniac, a legendary MiFi of the Shining One (Zig:26)
  The ghost of Minism the Axe Maniac, a legendary MiFi of the Shining One (Zig:8)
  The ghost of Qatt the Cursed, a legendary GnWn of Ashenzari (Zig:8)
  The ghost of Qatt the Cursed, a legendary GnWn of Ashenzari (Zig:26)
  The ghost of Qatt the Cursed, a legendary GnWn of Ashenzari (Zig:12)
  The ghost of Qatt the Cursed, a legendary GnWn of Ashenzari (Zig:12)
  The ghost of Qatt the Cursed, a legendary GnWn of Ashenzari (Zig:8)
  The ghost of Qatt the Cursed, a legendary GnWn of Ashenzari (Zig:12)
  The ghost of Zaib the Slayer, a legendary CeHu of the Shining One (Zig:12)
  The ghost of Zaib the Slayer, a legendary CeHu of the Shining One (Zig:15)
  The ghost of Zaib the Slayer, a legendary CeHu of the Shining One (Zig:15)
  The ghost of Zaib the Slayer, a legendary CeHu of the Shining One (Zig:12)
  The ghost of Zaib the Slayer, a legendary CeHu of the Shining One (Zig:12)
  The ghost of Zaib the Slayer, a legendary CeHu of the Shining One (Zig:3)
  The ghost of Zaib the Slayer, a legendary CeHu of the Shining One (Zig:12)
  The ghost of Zaib the Slayer, a legendary CeHu of the Shining One (Zig:15)
  The ghost of Zaib the Slayer, a legendary CeHu of the Shining One (Zig:12)
  The ghost of Zaib the Slayer, a legendary CeHu of the Shining One (Zig:12)
  The ghost of Zaib the Slayer, a legendary CeHu of the Shining One (Zig:8)
  The ghost of Zaib the Slayer, a legendary CeHu of the Shining One (Zig:8)
  The ghost of Zaib the Slayer, a legendary CeHu of the Shining One (Zig:26)
  The ghost of Zaib the Slayer, a legendary CeHu of the Shining One (Zig:8)
  The ghost of Zaib the Slayer, a legendary CeHu of the Shining One (Zig:26)
  The ghost of Zaib the Slayer, a legendary CeHu of the Shining One (Zig:26)
  The ghost of Zaib the Slayer, a legendary CeHu of the Shining One (Zig:8)
  The ghost of Zaib the Slayer, a legendary CeHu of the Shining One (Zig:8)
  The ghost of KimchiStew the Ruinous, a legendary HuCj of Vehumet (Zig:15)
  The ghost of Beofaps the Ruinous, a legendary HuCj of Vehumet (Zig:26)
  The ghost of Beofaps the Ruinous, a legendary HuCj of Vehumet (Zig:26)
  The ghost of Beofaps the Ruinous, a legendary HuCj of Vehumet (Zig:12)
  The ghost of Beofaps the Ruinous, a legendary HuCj of Vehumet (Zig:12)
  The ghost of Beofaps the Ruinous, a legendary HuCj of Vehumet (Zig:12)
  The ghost of Beofaps the Ruinous, a legendary HuCj of Vehumet (Zig:26)
  The ghost of Beofaps the Ruinous, a legendary HuCj of Vehumet (Zig:15)
  The ghost of Beofaps the Ruinous, a legendary HuCj of Vehumet (Zig:26)
  The ghost of Beofaps the Ruinous, a legendary HuCj of Vehumet (Zig:26)
  The ghost of Beofaps the Ruinous, a legendary HuCj of Vehumet (Zig:26)
  The ghost of Beofaps the Ruinous, a legendary HuCj of Vehumet (Zig:26)
  The ghost of Beofaps the Ruinous, a legendary HuCj of Vehumet (Zig:12)
  The ghost of Beofaps the Ruinous, a legendary HuCj of Vehumet (Zig:8)
  The ghost of Beofaps the Ruinous, a legendary HuCj of Vehumet (Zig:26)
  The ghost of Beofaps the Ruinous, a legendary HuCj of Vehumet (Zig:26)
  The ghost of Beofaps the Ruinous, a legendary HuCj of Vehumet (Zig:26)
  Mara (Shoals:3)
  The ghost of Anon1729 the Ninja, a legendary OpMo of Hepliaklqana (Zig:15)
  The ghost of Vorhees the Sorcerer, a master DjCj of the Shining One (Zig:15)
  1331 juggernauts
  The ghost of Hahenefa the Sensei, a legendary DsWn of Uskayaw (Zig:8)
  The ghost of Hahenefa the Sensei, a legendary DsWn of Uskayaw (Zig:8)
  The ghost of Hahenefa the Sensei, a legendary DsWn of Uskayaw (Zig:26)
  The ghost of Hahenefa the Sensei, a legendary DsWn of Uskayaw (Zig:8)
  The ghost of Hahenefa the Sensei, a legendary DsWn of Uskayaw (Zig:12)
  The ghost of Hahenefa the Sensei, a legendary DsWn of Uskayaw (Zig:12)
  The ghost of Hahenefa the Sensei, a legendary DsWn of Uskayaw (Zig:12)
  The ghost of Hahenefa the Sensei, a legendary DsWn of Uskayaw (Zig:8)
  The ghost of Hahenefa the Sensei, a legendary DsWn of Uskayaw (Zig:3)
  The ghost of Hahenefa the Sensei, a legendary DsWn of Uskayaw (Zig:26)
  The ghost of Hahenefa the Sensei, a legendary DsWn of Uskayaw (Zig:12)
  The ghost of Hahenefa the Sensei, a legendary DsWn of Uskayaw (Zig:26)
  The ghost of Hahenefa the Sensei, a legendary DsWn of Uskayaw (Zig:12)
  The ghost of Diylu the Necromancer, a veteran DsCj of Gozag (Zig:8)
  The ghost of Diylu the Necromancer, a veteran DsCj of Gozag (Zig:8)
  The ghost of Diylu the Necromancer, a veteran DsCj of Gozag (Zig:26)
  The ghost of Diylu the Necromancer, a veteran DsCj of Gozag (Zig:26)
  The ghost of Diylu the Necromancer, a veteran DsCj of Gozag (Zig:12)
  The ghost of Diylu the Necromancer, a veteran DsCj of Gozag (Zig:8)
  The ghost of Diylu the Necromancer, a veteran DsCj of Gozag (Zig:8)
  The ghost of Diylu the Necromancer, a veteran DsCj of Gozag (Zig:12)
  The ghost of Diylu the Necromancer, a veteran DsCj of Gozag (Zig:8)
  The ghost of Diylu the Necromancer, a veteran DsCj of Gozag (Zig:26)
  The ghost of Diylu the Necromancer, a veteran DsCj of Gozag (Zig:8)
  854 royal mummies
  Boris (twice) (Crypt:2 Crypt:3)
  849 shard shrikes
  Saint Roka (Vaults:2)
  The ghost of Alunk the Bludgeoner, a legendary GnFi of Cheibriados (Zot:2)
  422 Killer Klowns
  The ghost of mandick the Ninja, a legendary SpEn of Gozag (Zig:12)
  1162 caustic shrikes
  1180 pandemonium lords
  The ghost of Hiz Mun the Phalangite, a veteran MfGl of Yredelemnul (Zig:26)
  The ghost of Hiz Mun the Phalangite, a veteran MfGl of Yredelemnul (Zig:26)
  The ghost of Hiz Mun the Phalangite, a veteran MfGl of Yredelemnul (Zig:8)
  The ghost of Hiz Mun the Phalangite, a veteran MfGl of Yredelemnul (Zig:8)
  The ghost of Hiz Mun the Phalangite, a veteran MfGl of Yredelemnul (Zig:8)
  The ghost of Hiz Mun the Phalangite, a veteran MfGl of Yredelemnul (Zig:12)
  The ghost of Hiz Mun the Phalangite, a veteran MfGl of Yredelemnul (Zig:12)
  The ghost of Hiz Mun the Phalangite, a veteran MfGl of Yredelemnul (Zig:26)
  The ghost of Hiz Mun the Phalangite, a veteran MfGl of Yredelemnul (Zig:26)
  The ghost of Hiz Mun the Phalangite, a veteran MfGl of Yredelemnul (Zig:12)
  The ghost of Hiz Mun the Phalangite, a veteran MfGl of Yredelemnul (Zig:26)
  The ghost of Hiz Mun the Phalangite, a veteran MfGl of Yredelemnul (Zig:26)
  The ghost of Hiz Mun the Phalangite, a veteran MfGl of Yredelemnul (Zig:15)
  The ghost of Hiz Mun the Phalangite, a veteran MfGl of Yredelemnul (Zig:8)
  The ghost of Hiz Mun the Phalangite, a veteran MfGl of Yredelemnul (Zig:15)
  44 curse toes
  Geryon (Hell)
  2 caustic shrikes (shapeshifter)
  6 golden dragons (shapeshifter)
  1779 golden dragons
  Jory (Crypt:3)
  552 Brimstone Fiends
  722 bone dragons
  318 Tzitzimimeh
  809 iron giants
  A shard shrike zombie (Tomb:2)
  4 iron giants (shapeshifter)
  249 pearl dragons
  337 profane servitors
  145 doom hounds
  205 electric golems
  Jorgrun (D:13)
  998 hellephants
  1065 Hell Sentinels
  1959 tentacled monstrosities
  Zenata (Vaults:1)
  145 tainted leviathans
  2 spectral shard shrikes (Tar:3)
  5 walking crystal tomes
  440 liches
  1468 Ice Fiends
  The ghost of Xajier the Tortoise, an adept GrFi of Makhleb (Crypt:2)
  5 walking earthen tomes
  1456 titans
  329 quicksilver dragons
  329 deep elf blademasters
  25 Orb Guardians (Zot:5)
  A shard shrike skeleton (Crypt:3)
  5 eldritch tentacles
  445 searing wretches
  4 walking frostbound tomes
  27 quicksilver dragons (shapeshifter)
  721 deep elf master archers
  2444 acid blobs
  320 Executioners
  3 acid blobs (shapeshifter)
  663 ancient champions
  9 walking divine tomes
  The ghost of Plog the Luminary of Lethal Lore, an adept GnAE of Vehumet (Shoals:1)
  Kirke (D:13)
  312 sphinxes
  12 death cobs
  Agnes (Spider:2)
  22 sphinxes (shapeshifter)
  A kraken (Shoals:4)
  261 tentacled starspawn
  555 revenants
  41 thorn hunters
  21 shadow dragons (shapeshifter)
  Donald (Spider:3)
  Roxanne (D:15)
  184 tengu reavers
  188 shadow dragons
  26 azure jellies (shapeshifter)
  461 azure jellies
  1513 nagarajas
  4 storm dragons (shapeshifter)
  753 draconian monks
  30 fenstrider witches
  500 fire giants
  22 fire giants (shapeshifter)
  342 storm dragons
  278 demonspawn warmongers
  711 narguns
  Ilsuiw (Shoals:2)
  213 daevas
  3 emperor scorpions (shapeshifter)
  The ghost of Shym the Carver, an adept DjFE of Makhleb (Shoals:2)
  18 fenstrider witches (shapeshifter)
  5 iron dragons (shapeshifter)
  645 frost giants
  6 spectral caustic shrikes
  1522 ghost moths
  668 rockslimes
  140 vault wardens
  374 quicksilver elementals
  5 ghost moths (shapeshifter)
  25 frost giants (shapeshifter)
  132 deep elf sorcerers
  1157 draconian knights
  22 caustic shrike zombies
  847 emperor scorpions
  749 draconian scorchers
  4 spectral juggernauts
  1186 balrugs
  778 draconian shifters
  25 juggernaut zombies
  144 angels
  529 iron dragons
  Louise (Shoals:2)
  499 curse skulls
  80 ghouls
  8 shard shrike simulacra
  1869 orc warlords
  847 draconian annihilators
  316 reapers
  297 cacodemons
  24 deep elf elementalists
  341 demonspawn blood saints
  393 quicksilver oozes
  2 broodmothers (shapeshifter)
  671 demonspawn corrupters
  A quicksilver ooze (shapeshifter) (Zig:13)
  21 formless jellyfish (shapeshifter)
  2 spriggan defenders
  26 stone giants (shapeshifter)
  9 ironbound thunderhulks
  106 ironbound preservers
  36 caustic shrike skeletons
  106 formless jellyfish
  1280 stone giants
  96 broodmothers
  100 apis
  728 war gargoyles
  38 juggernaut skeletons
  303 green draconians
  A spectral Killer Klown (Zot:2)
  A starflower (Abyss:4)
  730 draconian stormcallers
  379 demonspawn black suns
  275 very ugly things
  12 spectral titans
  201 lorocyprocas
  102 ophanim
  32 eleionomae (shapeshifter)
  250 deep elf demonologists
  24 elemental wellsprings
  247 spark wasps
  27 dire elephants (shapeshifter)
  338 black draconians
  286 vampire knights
  3 bunyips (shapeshifter)
  141 eleionomae
  173 putrid mouths
  314 dire elephants
  371 bennus
  A minotaur (Zig:19)
  319 red draconians
  2 minotaurs (shapeshifter)
  8 spark wasps (shapeshifter)
  291 yellow draconians
  258 deep elf annihilators
  299 purple draconians
  722 wendigos
  156 bunyips
  292 white draconians
  226 ettins
  342 eidola
  651 mummy priests
  9 ettins (shapeshifter)
  517 iron golems
  4 fire dragons (shapeshifter)
  60 jiangshi
  213 deep elf death magi
  1045 blizzard demons
  214 crystal guardians
  2 spectral quicksilver dragons (Zig:14)
  226 fire dragons
  6 great orbs of eyes (shapeshifter)
  1534 shambling mangroves
  1151 green deaths
  6 entropy weavers (shapeshifter)
  11 quicksilver dragon zombies
  221 merfolk impalers
  10 spectral golden dragons
  Josephine (Lair:4)
  460 yaktaur captains
  363 deep elf high priests
  352 ice dragons
  37 spriggan zombies
  6 spectral shadow dragons
  5 ice dragons (shapeshifter)
  2 spectral iron giants
  1102 entropy weavers
  1050 merfolk javelineers
  19 rakshasas
  5 hydras (shapeshifter)
  1179 hydras
  10 spectral spriggans
  52 caustic shrike simulacra
  134 ghost crabs
  14 quicksilver dragon skeletons
  A fenstrider witch zombie (Crypt:2)
  192 hell beasts
  2 spectral tengu (Zig:18)
  32 spriggan skeletons
  67 vault guards
  6 spectral sphinxes
  12 peacekeepers
  957 salamander tyrants
  9 catoblepae (shapeshifter)
  165 alligator snapping turtles
  184 great orbs of eyes
  27 anacondas (shapeshifter)
  19 alligator snapping turtles (shapeshifter)
  17 two-headed ogres (shapeshifter)
  44 stokers
  Erica (D:10)
  9 ironbound frosthearts
  78 jorogumos
  48 ogre magi
  3 radroaches (shapeshifter)
  9 jorogumos (shapeshifter)
  1233 merfolk aquamancers
  167 anacondas
  518 catoblepae
  308 spriggan air magi
  A fenstrider witch skeleton (Crypt:2)
  64 merfolk avatars
  127 radroaches
  298 centaur warriors
  87 two-headed ogres
  A spectral draconian (Zot:2)
  6 boulder beetles (shapeshifter)
  139 boulder beetles
  7 deep troll shamans
  141 alligators
  339 satyrs
  3 spectral fire giants
  34 juggernaut simulacra
  2 satyrs (shapeshifter)
  19 deep troll earth magi
  279 thrashing horrors
  3 death yaks (shapeshifter)
  2 death knights
  209 naga warriors
  A spectral stone giant (Tar:1)
  524 dancing weapons
  379 death scarabs
  119 hell hogs
  7 alligators (shapeshifter)
  A spectral frost giant (Zig:10)
  1789 orc high priests
  2 tengu warriors
  28 titan zombies
  23 death yaks
  A Killer Klown simulacrum (Zot:2)
  716 naga sharpshooters
  4 spectral storm dragons
  251 demonic crawlers
  3 spectral dire elephants
  7 spriggan berserkers
  463 shock serpents
  329 vampire magi
  129 hell knights
  203 sun demons
  6 holy swine (Pan)
  19 shock serpents (shapeshifter)
  235 crystal echidnas
  310 deep elf knights
  41 skysharks
  216 soul eaters
  145 shadow wraiths
  171 sixfirhies
  706 wretched stars
  33 titan skeletons
  392 iron trolls
  Sonja (D:10)
  4 fire crabs (shapeshifter)
  58 salamander mystics
  16 goliath frogs (shapeshifter)
  3 spectral anacondas
  8 spark wasp zombies
  21 storm dragon zombies
  130 cherubim
  28 skeletal warriors
  239 pharaoh ants
  15 iron trolls (shapeshifter)
  49 sun moths
  22 skysharks (shapeshifter)
  838 death drakes
  53 fire crabs
  A bunyip zombie (Tomb:2)
  36 storm dragon skeletons
  45 deep trolls
  33 golden dragon zombies
  118 goliath frogs
  177 sea snakes
  81 spatial maelstroms
  27 swamp dragons (shapeshifter)
  835 swamp dragons
  326 deep elf archers
  81 glowing orange brains
  A spectral bunyip (Tar:2)
  650 spriggan druids
  25 orb spiders (shapeshifter)
  3 spectral spark wasps
  24 glowing orange brains (shapeshifter)
  130 naga ritualists
  859 orb spiders
  196 flayed ghosts
  14 quicksilver dragon simulacra
  7 spectral iron dragons
  186 shadow demons
  20 death drakes (shapeshifter)
  13 sea snakes (shapeshifter)
  59 bog bodies
  16 deep trolls (shapeshifter)
  45 wizards
  34 golden dragon skeletons
  34 spriggan simulacra
  30 tengu zombies
  24 steelbarb worms (shapeshifter)
  131 ironbound convokers
  49 obsidian statues
  23 lindwurms (shapeshifter)
  221 steelbarb worms
  215 phantasmal warriors
  56 orange crystal statues
  576 large abominations
  17 sphinx zombies
  13 lindwurms
  15 harpies (shapeshifter)
  2 spectral hydras
  479 deep elf zephyrmancers
  132 mana vipers
  9 fire giant zombies
  312 wolf spiders
  48 necromancers
  24 shadow dragon zombies
  465 deep elf pyromancers
  2 glowing shapeshifters
  179 ugly things
  4 spectral ettins
  343 harpies
  321 orc knights
  22 iron dragon zombies
  102 oklob plants
  20 wolf spiders (shapeshifter)
  22 shadow dragon skeletons
  21 shining eyes (shapeshifter)
  1163 moths of wrath
  29 sphinx skeletons
  28 fauns (shapeshifter)
  27 mana vipers (shapeshifter)
  615 orc sorcerers
  A spectral ice dragon (Tar:1)
  378 fauns
  42 elephants
  270 cyclopes
  30 worldbinders
  150 will-o-the-wisps
  34 iron dragon skeletons
  60 salamanders
  A spectral alligator snapping turtle (Tar:3)
  19 fire giant skeletons
  3 dire elephant zombies
  4 salamanders (shapeshifter)
  29 cyclopes (shapeshifter)
  214 manticores
  29 tengu skeletons
  6 frost giant zombies
  29 elephants (shapeshifter)
  250 shining eyes
  3 stone giant zombies
  6 frost giant skeletons
  26 moths of wrath (shapeshifter)
  A toenail golem (Zig:16)
  389 guardian serpents
  A black mamba (shapeshifter) (Zig:6)
  4 stone giant skeletons
  A centaur zombie (Tomb:2)
  30 manticores (shapeshifter)
  45 rust devils
  69 ice statues
  852 black mambas
  An alligator snapping turtle zombie (Tomb:3)
  109 vault sentinels
  1184 torpor snails
  1146 water nymphs
  20 water nymphs (shapeshifter)
  12 guardian serpents (shapeshifter)
  126 merfolk sirens
  Maurice (Orc:1)
  7 spectral swamp worms (Tar:7)
  89 gargoyles
  20 titan simulacra
  25 torpor snails (shapeshifter)
  Joseph (D:7)
  24 storm dragon simulacra
  356 naga magi
  184 cane toads
  7 cane toads (shapeshifter)
  20 eyes of devastation (shapeshifter)
  134 eyes of devastation
  241 apocalypse crabs
  354 smoke demons
  5 unseen horrors
  A purple draconian zombie (Crypt:1)
  11 unseen horrors (shapeshifter)
  3 dire elephant skeletons
  An elf skeleton (Vaults:3)
  A centaur skeleton (Tomb:1)
  Psyche (D:12)
  128 komodo dragons
  12 molten gargoyles
  2 naga skeletons
  696 tormentors
  19 yaktaurs (shapeshifter)
  127 orange demons
  88 freezing wraiths
  15 komodo dragons (shapeshifter)
  619 hellions
  175 rime drakes
  An iron troll zombie (Crypt:2)
  5 rime drakes (shapeshifter)
  71 efreet
  2 bunyip simulacra
  2 kobold demonologists (Abyss:3)
  111 yaktaurs
  A yellow draconian zombie (Crypt:1)
  4 spectral nagas
  253 ancient zymes
  2 yaktaur skeletons
  A mana viper zombie (Crypt:1)
  A pale draconian skeleton (Crypt:2)
  22 golden dragon simulacra
  129 ice devils
  2 spark wasp simulacra
  A minotaur skeleton (Crypt:2)
  3 spectral glowing shapeshifters
  58 red devils
  An alligator snapping turtle skeleton (Pan)
  4 spectral harpies
  8 anaconda simulacra
  87 tyrant leeches
  1196 guardian mummies
  23 merfolk (shapeshifter)
  5 harpy zombies (Crypt:3)
  A black draconian skeleton (Crypt:2)
  38 silent spectres
  5 trolls (shapeshifter)
  3 meliai (shapeshifter)
  45 meliai
  6 queen bees (shapeshifter)
  23 tengu simulacra
  An unseen horror skeleton (Crypt:1)
  8 polar bears (shapeshifter)
  2 iron giant simulacra
  7 tyrant leeches (shapeshifter)
  797 merfolk
  19 sphinx simulacra
  350 trolls
  16 wind drakes (shapeshifter)
  169 hellwings
  59 polar bears
  5 hornets (shapeshifter)
  2315 hornets
  53 bloated husks
  205 tarantellas
  74 blink frogs
  7 blink frogs (shapeshifter)
  Grinder (D:4)
  179 raiju
  Prince Ribbit (D:6)
  9 harpy skeletons
  2 frost giant simulacra (Zig:7)
  32 shadow dragon simulacra
  12 tarantellas (shapeshifter)
  4 ettin zombies
  23 snapping turtles (shapeshifter)
  121 wind drakes
  27 dream sheep (shapeshifter)
  7 raiju (shapeshifter)
  28 iron dragon simulacra
  23 dream sheep
  6 fire giant simulacra
  227 jumping spiders
  6 stone giant simulacra
  154 snapping turtles
  16 jumping spiders (shapeshifter)
  175 culicivoras
  173 air elementals
  8 shadows
  993 slime creatures
  18 slime creatures (shapeshifter)
  11 dire elephant simulacra
  497 flying skulls
  12 culicivoras (shapeshifter)
  100 spriggans
  5 spriggans (shapeshifter)
  9 fire dragon skeletons (Crypt:3)
  3 centaur simulacra
  55 wyverns
  4 naga simulacra
  3 hogs (D:13)
  140 yaks
  4 yaks (shapeshifter)
  14 vampires
  340 water elementals
  186 fire elementals
  26 wraiths
  484 ushabtiu
  Grum (D:11)
  192 ynoxinuls
  An ettin skeleton (Crypt:3)
  5 basilisks (shapeshifter)
  41 basilisks
  3 humans (shapeshifter)
  6 fire bats (Zig:22)
  2 hogs (shapeshifter)
  An alligator snapping turtle simulacrum (Coc:3)
  2 golden eyes (shapeshifter) (Zig:26)
  119 golden eyes
  2 humans
  A steam dragon (shapeshifter) (Zig:23)
  13 redbacks (shapeshifter)
  29 vampire mosquitoes
  54 steam dragons
  149 chaos spawn
  3 death yak simulacra
  328 redbacks
  13 spatial vortices
  267 neqoxecs
  36 glowing shapeshifter zombies
  A naga (shapeshifter) (Zig:11)
  369 wargs
  18 harpy simulacra
  3 human zombies
  A warg (shapeshifter) (Zig:14)
  2 merfolk zombies (Shoals:3)
  203 nagas
  25 swamp worms (shapeshifter)
  36 acid dragons
  84 hell hounds
  4 hydra simulacra
  3 acid dragons (shapeshifter)
  189 floating eyes
  A deep troll skeleton (Crypt:3)
  A fire bat skeleton (Crypt:1)
  A water moccasin (shapeshifter) (Zig:19)
  183 water moccasins
  46 glowing shapeshifter skeletons
  A two-headed ogre skeleton (Crypt:3)
  34 floating eyes (shapeshifter)
  61 swamp drakes
  An ice beast (shapeshifter) (Zig:20)
  A sky beast (shapeshifter) (Zig:24)
  4 black bears (shapeshifter)
  79 ice beasts
  1737 orc warriors
  A sky beast (D:8)
  A black bear (D:6)
  A meliai simulacrum (D:14)
  6 ettin simulacra
  749 ogres
  3 boggarts
  A centaur (shapeshifter) (Zig:26)
  An ogre (shapeshifter) (Zig:21)
  A swamp dragon skeleton (Pan)
  A wolf (shapeshifter) (Zig:21)
  94 centaurs
  48 wolves
  792 starcursed masses
  Blork the orc (Orc:2)
  8 kobold brigands
  9 gnoll sergeants
  202 earth elementals
  A demonspawn simulacrum (Coc:1)
  A necrophage (Crypt:2)
  18 bullfrogs
  17 glowing shapeshifter simulacra
  4 human simulacra
  3 human skeletons
  3 scorpions
  13 wights
  A troll zombie (Crypt:2)
  3 killer bees
  A swamp dragon simulacrum (Coc:1)
  An elephant simulacrum (IceCv)
  2 electric eels
  6 howler monkeys
  A lava snake (Zig:22)
  9 crimson imps
  3 hounds
  7 small abominations
  2 quasits
  243 orc priests
  A jelly (D:6)
  Crazy Yiuf (D:3)
  19 gnoll boudas
  2 sleepcaps
  Jessica (D:3)
  6 iguanas
  Ijyb (D:4)
  26 lightning spires
  223 orc wizards
  24 hell rats
  2 polar bear simulacra
  A wolf simulacrum (IceCv)
  1887 mummies
  Robin (D:5)
  32 gnolls
  12 adders
  3 white imps
  4 ufetubi
  A worm (shapeshifter) (Zig:26)
  A worm (D:3)
  A dart slug (D:3)
  An orc (shapeshifter) (Zig:26)
  61 orcs
  4 ball pythons
  A bat skeleton (Crypt:1)
  7 endoplasms
  8 giant cockroaches
  13 goblins
  7 hobgoblins
  6 jackals
  4 quokkas
  A river rat zombie (Crypt:2)
  2 bats
  3 frilled lizards
  A frilled lizard skeleton (Crypt:1)
  29 kobolds
  2 rats
  A river rat skeleton (Crypt:2)
  20 ball lightnings
  10 creeping infernos
  283 fire vortices
  5 foxfires
  34 starspawn tentacles
  3 tentacles (Shoals:4)
119935 creatures vanquished.

Vanquished Creatures (collateral kills)
  Antaeus (Coc:7)
  2 orbs of fire (Zig:19)
  6 juggernauts
  The ghost of Flapstick the Slayer, a legendary HaBe of Trog (Zot:3)
  2 royal mummies
  A shard shrike (Zig:15)
  4 Killer Klowns
  A curse toe (Zot:4)
  A golden dragon (shapeshifter) (Zig:27)
  A caustic shrike (Zig:20)
  3 golden dragons
  A pearl dragon (Zig:23)
  A profane servitor (Tar:7)
  The ghost of sastreii the Victor of a Thousand Battles, an adept NaAr of Okawaru (Elf:3)
  2 Tzitzimimeh
  A doom hound (Zig:20)
  An electric golem (Zot:2)
  4 Brimstone Fiends
  A hellephant (Zig:9)
  2 tentacled monstrosities (Zot:2)
  2 Ice Fiends
  A tainted leviathan (Tar:7)
  4 Hell Sentinels
  A quicksilver dragon (Zig:18)
  3 titans
  9 pandemonium lords
  3 searing wretches
  An acid blob (Slime:5)
  An Executioner (Zig:5)
  A shadow dragon (Zot:3)
  2 storm dragons
  A revenant (Zig:26)
  A tengu reaver (Vaults:5)
  6 draconian monks
  A nagaraja (Zig:20)
  A daeva (Zig:21)
  A demonspawn warmonger (Zig:16)
  2 rockslimes (Zig:13)
  6 draconian knights
  2 frost giants
  A ghost moth (Spider:4)
  5 draconian shifters
  A vault warden (Vaults:2)
  8 draconian scorchers
  6 balrugs
  2 cacodemons
  A deep elf elementalist (Zig:22)
  An angel (Zig:16)
  A stone giant (Zig:27)
  13 draconian stormcallers
  3 demonspawn blood saints
  9 draconian annihilators
  4 orc warlords (Zig:27)
  2 demonspawn corrupters
  A very ugly thing (Zig:7)
  A broodmother (Spider:2)
  A reaper (Zig:16)
  A war gargoyle (WizLab)
  An ironbound preserver (Vaults:3)
  3 green draconians
  An elemental wellspring (Coc:7)
  3 apis
  A lorocyproca (Pan)
  A bunyip (Zig:3)
  5 black draconians
  5 dire elephants
  2 purple draconians
  A yellow draconian (Zig:23)
  4 red draconians
  4 white draconians
  A deep elf demonologist (Zig:22)
  A bennu (Tomb:3)
  2 eidola
  An iron golem (Dis:7)
  2 blizzard demons
  A mummy priest (Zig:20)
  A jiangshi (Crypt:1)
  A deep elf high priest (Zig:22)
  4 green deaths
  2 yaktaur captains
  A great orb of eyes (Zig:13)
  A spectral quicksilver dragon (Tar:3)
  A shambling mangrove (Zig:18)
  6 fire dragons
  8 hydras
  A catoblepas (Zig:21)
  A peacekeeper (WizLab)
  2 hell beasts
  A salamander tyrant (Geh:7)
  A rakshasa (Depths:1)
  4 ironbound frosthearts
  A jorogumo (Spider:2)
  A radroach (Spider:1)
  2 dancing weapons (Zig:22)
  A death knight (Crypt:1)
  3 large abominations
  A naga warrior (Zig:20)
  3 orc high priests
  A thrashing horror (Abyss:4)
  2 deep elf knights (Elf:2)
  A naga sharpshooter (Zig:20)
  3 sun demons
  4 wretched stars
  A shock serpent (Zig:20)
  2 soul eaters (Pan)
  3 iron trolls (Zig:27)
  A shadow wraith (Pan)
  3 sixfirhies
  A sea snake (Shoals:3)
  A cherub (Zig:23)
  3 death drakes (Zig:18)
  An iron giant zombie (Crypt:1)
  4 swamp dragons (Zig:18)
  2 deep trolls (Vaults:4)
  2 flayed ghosts
  2 shadow demons (Pan)
  A spatial maelstrom (Abyss:4)
  3 spriggan druids (Zig:21)
  2 glowing orange brains
  4 deep elf archers
  A lindwurm (Vaults:3)
  A shining eye (Zig:14)
  A deep elf zephyrmancer (Zig:22)
  A harpy (Shoals:2)
  A deep elf pyromancer (Zig:22)
  3 orc sorcerers (Zig:27)
  2 will-o-the-wisps (Zig:18)
  A worldbinder (Abyss:4)
  7 moths of wrath
  2 apocalypse crabs
  A moth of wrath (shapeshifter) (Depths:3)
  2 slime creatures
  2 torpor snails (Zig:21)
  A molten gargoyle (Geh:7)
  5 smoke demons
  4 black mambas
  An elephant (Zig:21)
  2 hellions
  A cane toad (Zig:21)
  A rime drake (Zig:21)
  2 orange demons (Zig:16)
  A spectral swamp worm (Tar:7)
  An efreet (Zig:18)
  2 komodo dragons (Zig:21)
  2 tormentors
  4 guardian mummies
  2 red devils
  An ancient zyme (Abyss:4)
  A bloated husk (Zig:18)
  A merfolk (Shoals:3)
  A troll (Zig:27)
  A hellwing (Zig:12)
  A queen bee (shapeshifter) (Zig:26)
  A tarantella (Spider:3)
  A raiju (Zig:23)
  A blink frog (Zig:21)
  A snapping turtle (Shoals:4)
  A merfolk zombie (Crypt:3)
  2 flying skulls
  A culicivora (Spider:3)
  2 air elementals
  A ynoxinul (Pan)
  An ushabti (Zig:20)
  A fire dragon skeleton (Crypt:3)
  A water elemental (Zig:22)
  A wyvern (Zig:21)
  A wraith (Crypt:1)
  A fire elemental (Zig:25)
  2 redbacks
  2 chaos spawn
  A warg (Zig:27)
  2 spatial vortices (Abyss:4)
  5 water moccasins (Zig:21)
  An ogre (Zig:25)
  A small abomination (Abyss:4)
  An earth elemental (WizLab)
  6 starcursed masses
  A basilisk skeleton (Crypt:1)
  5 mummies
  A starspawn tentacle (Zig:23)
385 creatures vanquished.

Vanquished Creatures (others)
  The ghost of Piash the Metallomancer, a master OgEE of Gozag (Zig:26)
  The ghost of Piash the Metallomancer, a master OgEE of Gozag (Zig:8)
  The ghost of Poalor the Merry Gnoll, a legendary GnWn of Qazlal (Zig:26)
  The ghost of Neapotai the Annihilator, a veteran DsMo of Ru (Zig:26)
  The ghost of Neapotai the Annihilator, a veteran DsMo of Ru (Zig:26)
  The ghost of Neapotai the Annihilator, a veteran DsMo of Ru (Zig:12)
  The ghost of Neapotai the Annihilator, a veteran DsMo of Ru (Zig:12)
  The ghost of Jiheses the Archmage, a legendary DEAE of Vehumet (Zig:12)
  The ghost of Jiheses the Archmage, a legendary DEAE of Vehumet (Zig:26)
  The ghost of Has Pue the Sorcerer, a legendary FoFi of Vehumet (Zig:12)
  The ghost of Betuluewk the Archmage, a legendary DESu of Vehumet (Zig:26)
  The ghost of Zycouta the Cloud Mage, a legendary DrSh of Cheibriados (Zig:26)
  The ghost of Yllipt the Phalangite, a legendary GnWr of Cheibriados (Zig:12)
  The ghost of Yllipt the Phalangite, a legendary GnWr of Cheibriados (Zig:26)
  The ghost of Lonang the Archmage, a legendary DESu of Vehumet (Zig:8)
  The ghost of Lonang the Archmage, a legendary DESu of Vehumet (Zig:8)
  The ghost of Lonang the Archmage, a legendary DESu of Vehumet (Zig:26)
  An ancient lich (Zig:10)
  The ghost of Jecaful the Peltast, a legendary NaMo of Cheibriados (Zig:8)
  The ghost of Jecaful the Peltast, a legendary NaMo of Cheibriados (Zig:26)
  2 juggernauts
  The ghost of Qatt the Cursed, a legendary GnWn of Ashenzari (Zig:26)
  The ghost of Qatt the Cursed, a legendary GnWn of Ashenzari (Zig:8)
  The ghost of Zaib the Slayer, a legendary CeHu of the Shining One (Zig:26)
  The ghost of Zaib the Slayer, a legendary CeHu of the Shining One (Zig:26)
  The ghost of Hahenefa the Sensei, a legendary DsWn of Uskayaw (Zig:26)
  The ghost of Hahenefa the Sensei, a legendary DsWn of Uskayaw (Zig:26)
  The ghost of Hahenefa the Sensei, a legendary DsWn of Uskayaw (Zig:26)
  The ghost of Diylu the Necromancer, a veteran DsCj of Gozag (Zig:26)
  The ghost of Diylu the Necromancer, a veteran DsCj of Gozag (Zig:15)
  2 shard shrikes
  20 Killer Klowns
  The ghost of Hiz Mun the Phalangite, a veteran MfGl of Yredelemnul (Zig:8)
  The ghost of Hiz Mun the Phalangite, a veteran MfGl of Yredelemnul (Zig:12)
  A caustic shrike (Zig:26)
  4 curse toes
  12 golden dragons
  3 Tzitzimimeh
  A Brimstone Fiend (Zig:26)
  An iron giant (Zig:22)
  18 tentacled monstrosities
  A deep elf blademaster (Zig:24)
  A titan (Zig:6)
  2 Executioners
  4 deep elf master archers
  2 quicksilver dragons
  5 eldritch tentacles
  3 shadow dragons (shapeshifter)
  3 nagarajas
  47 pandemonium lords
  12 revenants
  4 shadow dragons
  3 fenstrider witches (shapeshifter)
  A nargun (Zig:15)
  5 draconian monks
  A frost giant (Zig:22)
  An azure jelly (Zig:24)
  A fire giant (shapeshifter) (Zig:21)
  2 ghost moths
  A fire giant (Zig:24)
  5 draconian knights
  2 demonspawn warmongers
  3 balrugs
  2 draconian shifters
  4 draconian stormcallers
  7 draconian scorchers
  6 draconian annihilators
  5 curse skulls
  3 orc warlords (Zig:27)
  2 demonspawn corrupters
  A war gargoyle (Zig:18)
  2 formless jellyfish (shapeshifter)
  3 demonspawn blood saints
  13 very ugly things
  A black draconian (Zig:23)
  A stone giant (Zig:13)
  An eleionoma (shapeshifter) (Zig:22)
  A lorocyproca (Zig:21)
  An eleionoma (Zig:18)
  A bunyip (Zig:12)
  A deep elf demonologist (Zig:24)
  2 yellow draconians
  A deep elf annihilator (Zig:24)
  3 red draconians
  A dire elephant (Zig:21)
  4 demonspawn black suns
  A white draconian (Zig:23)
  2 dire elephants (shapeshifter)
  4 blizzard demons
  10 green deaths
  A mummy priest (Zig:14)
  15 eidola
  5 deep elf death magi
  7 shambling mangroves
  A fire dragon (Zig:18)
  2 yaktaur captains
  A great orb of eyes (shapeshifter) (Zig:21)
  2 deep elf high priests (Zig:22)
  An entropy weaver (shapeshifter) (Zig:22)
  5 salamander tyrants
  5 caustic shrike simulacra
  A vault guard (Vaults:5)
  A juggernaut simulacrum (Zig:22)
  A hydra (Zig:14)
  2 hell beasts (Zig:16)
  17 ghost crabs
  2 alligator snapping turtles
  An anaconda (shapeshifter) (Zig:26)
  3 merfolk aquamancers
  2 catoblepae (Zig:21)
  2 dancing weapons (Zig:24)
  A two-headed ogre (shapeshifter) (Zig:16)
  An alligator (Zig:12)
  2 alligator snapping turtles (shapeshifter)
  A satyr (Zig:27)
  2 death scarabs (Zig:20)
  6 orc high priests
  A demonic crawler (Zig:16)
  A death yak (Zig:21)
  An iron troll (Zig:27)
  3 soul eaters (Zig:12)
  A sun moth (Spider:3)
  3 sixfirhies (Zig:16)
  5 death drakes
  A goliath frog (shapeshifter) (Zig:22)
  2 orb spiders (shapeshifter)
  2 spriggan druids
  A quicksilver dragon simulacrum (Zig:25)
  A goliath frog (Zig:14)
  A glowing orange brain (shapeshifter) (Zig:23)
  3 bog bodies
  5 spriggan simulacra
  4 shadow demons
  2 deep elf pyromancers
  4 swamp dragons
  An orange crystal statue (Zig:4)
  A wizard (Vaults:3)
  2 obsidian statues
  A harpy (Zig:21)
  2 mana vipers (shapeshifter)
  9 phantasmal warriors
  A harpy (shapeshifter) (Zig:23)
  3 deep elf zephyrmancers
  A manticore (shapeshifter) (Zig:21)
  3 moths of wrath (Zig:27)
  13 ugly things
  A worldbinder (Zig:20)
  A cyclops (Zig:27)
  A faun (shapeshifter) (Zig:21)
  A glowing shapeshifter (Zig:16)
  2 will-o-the-wisps
  A black mamba (shapeshifter) (Zig:26)
  An elephant (shapeshifter) (Zig:6)
  29 apocalypse crabs
  A torpor snail (Zig:21)
  A guardian serpent (shapeshifter) (Zig:27)
  A water nymph (shapeshifter) (Zig:11)
  A molten gargoyle (Hell)
  An orange demon (Zig:12)
  2 titan simulacra
  3 eyes of devastation (shapeshifter)
  3 hellions (Zig:16)
  3 storm dragon simulacra
  A gargoyle (Zig:14)
  A cane toad (shapeshifter) (Zig:26)
  2 cane toads (Zig:21)
  A komodo dragon (Lair:5)
  4 tormentors
  3 rime drakes (Zig:21)
  An anaconda simulacrum (Coc:7)
  2 golden dragon simulacra
  6 guardian mummies (Zig:20)
  2 hellwings (Zig:16)
  4 shadow dragon simulacra
  2 merfolk
  22 hornets
  A tarantella (shapeshifter) (Zig:26)
  3 tengu simulacra
  3 sphinx simulacra
  An iron dragon simulacrum (Zig:18)
  A blink frog (shapeshifter) (Zig:23)
  A snapping turtle (Zig:25)
  4 dream sheep (shapeshifter)
  A jumping spider (shapeshifter) (Zig:27)
  4 water elementals
  3 flying skulls (Zig:20)
  A spriggan (shapeshifter) (Zig:26)
  A yak (shapeshifter) (Zig:26)
  A spriggan (Zig:12)
  4 air elementals
  2 ynoxinuls (Zig:16)
  2 fire bats (Zig:20)
  A yak (Zig:21)
  A basilisk (Zig:21)
  2 basilisks (shapeshifter)
  2 large abominations
  A redback (shapeshifter) (Zig:21)
  16 chaos spawn
  A neqoxec (Zig:16)
  A water moccasin (Zig:21)
  2 black bears (shapeshifter)
  6 floating eyes (shapeshifter)
  An orc warrior (Vaults:5)
  A centaur (Zig:16)
  An ogre (shapeshifter) (Zig:21)
  2 ogres
  An earth elemental (Zig:24)
  4 glowing shapeshifter simulacra
  An orc wizard (Zig:25)
  10 mummies (Zig:20)
  39 ball lightnings
  A creeping inferno (Geh:4)
  886 fire vortices
  75 foxfires
  A spectral weapon (Lair:2)
  31 starspawn tentacles
  A tentacle (Shoals:4)
1680 creatures vanquished.

Grand Total: 122000 creatures vanquished

Notes
Turn   | Place    | Note
-------+----------+-------------------------------------------
     0 | D:1      | protoss039 the Demonspawn Earth Elementalist began the
                  | quest for the Orb.
     0 | D:1      | Reached XP level 1. HP: 13/13 MP: 3/3
    86 | D:1      | Reached skill level 1 in Fighting
    86 | D:1      | Gained mutation: You regenerate a little health from kills.
                  | [demonic ancestry]
    86 | D:1      | Reached XP level 2. HP: 21/21 MP: 3/5
   420 | D:1      | Gained mutation: You regenerate health from kills. [demonic
                  | ancestry]
   420 | D:1      | Reached XP level 3. HP: 26/26 MP: 4/6
   825 | D:1      | Learned a level 2 spell: Passwall
   829 | D:1      | Learned a level 3 spell: Stone Arrow
  1703 | D:3      | Found a hide-covered altar of Uskayaw.
  1805 | D:3      | Noticed Jessica
  1810 | D:3      | Killed Jessica
  1811 | D:3      | Reached skill level 1 in Conjurations
  1811 | D:3      | Gained mutation: Your movements are slightly less
                  | encumbered by armour. (ER -2) [demonic ancestry]
  1811 | D:3      | Reached XP level 4. HP: 33/33 MP: 5/8
  1862 | D:3      | Found an ancient bone altar of Kikubaaqudgha.
  1912 | D:3      | Found a runed translucent door.
  2034 | D:3      | Found a glowing drain.
  2127 | Sewer    | Entered a sewer
  2179 | Sewer    | Noticed a kobold brigand
  2179 | Sewer    | Noticed a kobold brigand
  2184 | Sewer    | Reached XP level 5. HP: 31/38 MP: 7/9
  2188 | Sewer    | Gained mutation: Your movements are less encumbered by
                  | armour. (ER -4) [demonic ancestry]
  2188 | Sewer    | Reached XP level 6. HP: 40/46 MP: 3/11
  2743 | D:3      | Found a blossoming altar of Fedhas.
  2744 | D:3      | Found a stormy altar of Qazlal.
  3407 | D:4      | Noticed Grinder
  3798 | D:4      | Gained mutation: You have a pair of small antennae on your
                  | head. [demonic ancestry]
  3798 | D:4      | Reached XP level 7. HP: 52/52 MP: 8/12
  3901 | D:3      | Noticed Crazy Yiuf
  3909 | D:3      | Killed Crazy Yiuf
  4653 | D:4      | Killed Grinder
  4778 | D:5      | Entered Level 5 of the Dungeon
  4778 | D:5      | Noticed Robin
  4779 | D:5      | Noticed Ijyb
  4832 | D:5      | Killed Robin
  5000 | D:4      | HP: 2/54 [constriction (3)]
  5005 | D:4      | Killed Ijyb
  5329 | D:5      | Reached skill level 5 in Earth Magic
  5431 | D:5      | Gained mutation: You regenerate a lot of health from kills.
                  | [demonic ancestry]
  5431 | D:5      | Reached XP level 8. HP: 46/61 MP: 13/15
  5830 | D:6      | Noticed Prince Ribbit
  5838 | D:6      | Killed Prince Ribbit
  5839 | D:6      | Reached skill level 5 in Fighting
  5839 | D:6      | Reached skill level 5 in Spellcasting
  6185 | D:6      | Reached skill level 5 in Conjurations
  6393 | D:6      | Found a basalt altar of Yredelemnul.
  6394 | D:6      | Found a hazy altar of Hepliaklqana.
  6410 | D:6      | Found a bloodstained altar of Trog.
  6716 | D:6      | Reached XP level 9. HP: 69/69 MP: 1/17
  6987 | D:6      | Found an ornate altar of the Wu Jian Council.
  6988 | D:6      | Found a shimmering blue altar of Sif Muna.
  6989 | D:6      | Found a sparkling altar of Nemelex Xobeh.
  6990 | D:6      | Found an iron altar of Okawaru.
  7396 | D:6      | HP: 2/69 [killer bee (5)]
  7719 | D:7      | Noticed Joseph
  7729 | D:7      | Killed Joseph
  7998 | D:7      | Found a staircase to the Ecumenical Temple.
  8179 | Temple   | Entered the Ecumenical Temple
  8232 | Temple   | Became a worshipper of Vehumet
  8275 | D:7      | Found an opulent altar of Gozag.
  8694 | D:8      | Found a staircase to the Lair.
  8695 | D:8      | Noticed a komodo dragon
  8710 | D:8      | Killed a komodo dragon
  8815 | D:8      | Reached XP level 10. HP: 79/79 MP: 16/20
  9401 | D:8      | Reached skill level 1 in Shields
  9862 | D:9      | Noticed a two-headed ogre
  9868 | D:9      | Killed a two-headed ogre
  9906 | D:9      | Reached * piety under Vehumet
  9906 | D:9      | Offered knowledge of Kiss of Death by Vehumet.
 10295 | D:9      | Found a staircase to the Orcish Mines.
 10996 | D:10     | Entered Level 10 of the Dungeon
 11108 | D:10     | Noticed Erica
 11125 | D:10     | Killed Erica
 11126 | D:10     | Reached XP level 11. HP: 16/87 MP: 12/23
 11775 | D:10     | Noticed Sonja
 11779 | D:10     | Killed Sonja
 12228 | D:10     | Identified the ring of Wycyis {Str+5 Int+6 Dex-2}
 12318 | D:10     | Reached ** piety under Vehumet
 12318 | D:10     | Offered knowledge of Poisonous Vapours by Vehumet.
 12564 | D:10     | Learned a level 2 spell: Poisonous Vapours
 12577 | D:11     | Found a radiant altar of Vehumet.
 12587 | D:11     | Reached skill level 5 in Shields
 12587 | D:11     | Reached skill level 1 in Transmutations
 12865 | D:11     | Reached skill level 1 in Armour
 13017 | D:11     | Reached skill level 1 in Air Magic
 13017 | D:11     | Reached skill level 1 in Poison Magic
 13207 | D:11     | Noticed Grum
 13227 | D:11     | Killed Grum
 13466 | D:11     | Noticed a two-headed ogre
 13468 | D:11     | Noticed a two-headed ogre
 13576 | D:11     | Killed a two-headed ogre
 13627 | D:11     | Killed a two-headed ogre
 13970 | D:12     | Noticed Psyche
 13973 | D:12     | Killed Psyche
 14147 | D:12     | Noticed a cyan ugly thing
 14151 | D:12     | Killed a cyan ugly thing
 14152 | D:12     | Reached XP level 12. HP: 97/97 MP: 12/25
 14284 | D:12     | Noticed a boulder beetle
 14298 | D:12     | Killed a boulder beetle
 14431 | D:12     | Noticed an ogre mage
 14448 | D:12     | Killed an ogre mage
 14449 | D:12     | Reached skill level 10 in Fighting
 14595 | D:12     | Offered knowledge of Inner Flame by Vehumet.
 15011 | D:12     | Noticed a boulder beetle
 15023 | D:12     | Killed a boulder beetle
 15024 | D:12     | Reached skill level 10 in Earth Magic
 15067 | D:12     | Noticed a two-headed ogre
 15076 | D:12     | Killed a two-headed ogre
 15216 | D:12     | Reached skill level 10 in Spellcasting
 15464 | D:12     | Reached *** piety under Vehumet
 16321 | D:13     | Offered knowledge of Airstrike by Vehumet.
 16329 | D:13     | Learned a level 4 spell: Airstrike
 16414 | D:13     | Noticed a centaur warrior
 16467 | D:13     | Killed a centaur warrior
 16468 | D:13     | Reached XP level 13. HP: 98/106 MP: 17/27
 16527 | D:13     | Found Seut's Fire Supplies.
 16551 | D:13     | Bought the ring of Xom's Amusement {+Blink rF+ rC+ Slay+2
                  | Stlth+} for 629 gold pieces
 16640 | D:13     | Found a gate to the Vaults.
 16749 | Lair:1   | Entered Level 1 of the Lair of Beasts
 16800 | Lair:1   | Found a dark tunnel.
 16822 | Volcano  | Entered a volcano
 18256 | Lair:2   | Found a frozen archway.
 18321 | IceCv    | Entered an ice cave
 18371 | IceCv    | Reached **** piety under Vehumet
 18958 | IceCv    | Identified the +1 mace of Punishment {venom, rF+ rN+ Str+4
                  | Stlth-}
 19330 | Lair:2   | Offered knowledge of Freezing Cloud by Vehumet.
 19967 | Lair:2   | Found a staircase to the Shoals.
 20285 | Lair:2   | Learned a level 5 spell: Freezing Cloud
 20729 | Lair:3   | Reached skill level 1 in Ice Magic
 21651 | Lair:3   | Found a hole to the Spider Nest.
 22195 | Lair:4   | Noticed Josephine
 22201 | Lair:4   | Reached ***** piety under Vehumet
 22202 | Lair:4   | Reached XP level 14. HP: 97/114 MP: 14/29
 22203 | Lair:4   | Killed Josephine
 22207 | Lair:4   | Offered knowledge of Lee's Rapid Deconstruction by Vehumet.
 22227 | Lair:4   | Found a staircase to the Slime Pits.
 22227 | Lair:4   | Found a viscous altar of Jiyva.
 22309 | Lair:4   | Found the +3 Elemental Staff {rElec rF+ rC+ AC+3}
 22802 | Lair:4   | Learned a level 5 spell: Lee's Rapid Deconstruction
 22825 | Lair:5   | Entered Level 5 of the Lair of Beasts
 23806 | Lair:5   | Reached skill level 1 in Staves
 25928 | Lair:5   | Learned a level 7 spell: Statue Form
 25935 | Lair:5   | Learned a level 5 spell: Borgnjor's Vile Clutch
 26111 | Orc:1    | Entered Level 1 of the Orcish Mines
 26163 | Orc:1    | Offered knowledge of Starburst by Vehumet.
 26439 | Orc:1    | Found a radiant altar of Vehumet.
 26538 | Orc:1    | Noticed Maurice
 26542 | Orc:1    | Killed Maurice
 26928 | Orc:2    | Entered Level 2 of the Orcish Mines
 26963 | Orc:2    | Reached skill level 1 in Necromancy
 27513 | Orc:2    | Found a staircase to the Elven Halls.
 27649 | Orc:2    | Noticed an orc warlord
 27679 | Orc:2    | Gained mutation: A weak demonic guardian rushes to your
                  | aid. [demonic ancestry]
 27679 | Orc:2    | Reached XP level 15. HP: 124/124 MP: 18/31
 28113 | Orc:2    | Gained mutation: You have a pair of antennae on your head.
                  | [demonic ancestry]
 28113 | Orc:2    | Reached XP level 16. HP: 131/131 MP: 4/33
 28311 | Orc:2    | Noticed Blork the orc
 28315 | Orc:2    | Killed Blork the orc
 28333 | Orc:2    | Found Vareliurch's Antique Weapon Emporium.
 28492 | Orc:2    | Found Aruacw's Antique Armour Emporium.
 28571 | Orc:2    | Found Ahuskic's Book Emporium.
 29037 | Orc:2    | Found Gugiur's General Store.
 29185 | Orc:1    | Learned a level 6 spell: Starburst
 29247 | Orc:1    | Found Akytoczo's Book Emporium.
 29254 | Orc:1    | Bought a book of Alchemy for 392 gold pieces
 29366 | Orc:2    | Bought a book of Annihilations for 840 gold pieces
 29664 | D:13     | Offered knowledge of Conjure Ball Lightning by Vehumet.
 30321 | D:13     | Noticed Jorgrun
 30324 | D:13     | Noticed Kirke
 30325 | D:13     | Killed Jorgrun
 30328 | D:13     | Killed Kirke
 30329 | D:13     | Reached skill level 5 in Staves
 31898 | D:14     | Reached skill level 5 in Necromancy
 32387 | D:15     | Entered Level 15 of the Dungeon
 32423 | D:15     | Found a shimmering blue altar of Sif Muna.
 32434 | D:15     | Noticed Roxanne
 32440 | D:15     | Killed Roxanne
 32779 | D:15     | Found a staircase to the Depths.
 32854 | D:15     | Offered knowledge of Ozocubu's Refrigeration by Vehumet.
 33036 | D:14     | Learned a level 7 spell: Ozocubu's Refrigeration
 33044 | D:14     | Learned a level 6 spell: Leda's Unmaking
 34125 | Spider:1 | Entered Level 1 of the Spider Nest
 34854 | Spider:1 | Gained mutation: Your movements are significantly less
                  | encumbered by armour. (ER -6) [demonic ancestry]
 34854 | Spider:1 | Reached XP level 17. HP: 140/140 MP: 9/35
 35488 | Spider:2 | Offered knowledge of Yara's Violent Unravelling by Vehumet.
 35492 | Spider:2 | Noticed Agnes
 35496 | Spider:2 | Killed Agnes
 36019 | Spider:2 | Paralysed by a jorogumo for 1 turns
 36099 | Spider:2 | Reached skill level 5 in Transmutations
 36175 | Spider:2 | Reached skill level 15 in Fighting
 36968 | Spider:2 | Identified a scroll of acquirement
 36969 | Spider:2 | Acquired 747 gold pieces
 37007 | Spider:3 | Offered knowledge of Plasma Beam by Vehumet.
 37128 | Spider:3 | Found a runed translucent door.
 37160 | Spider:3 | Noticed Donald
 37165 | Spider:3 | Killed Donald
 37166 | Spider:3 | Reached skill level 15 in Spellcasting
 37538 | Spider:3 | Identified the +5 glaive of Irritation {flame, rC++ Will-
                  | Dex+2 Stlth+}
 38106 | Spider:3 | Identified the +8 chain mail of Understanding {-Tele rPois
                  | Str+3 Dex+2}
 38195 | Spider:3 | Reached skill level 1 in Fire Magic
 38586 | Spider:4 | Entered Level 4 of the Spider Nest
 38660 | Spider:4 | Identified the +2 scimitar of Res Nullius {freeze, rN+
                  | Int+2 Dex+2}
 39292 | Spider:4 | Gained mutation: You have a pair of large antennae on your
                  | head. (SInv) [demonic ancestry]
 39292 | Spider:4 | Reached XP level 18. HP: 149/149 MP: 35/37
 39886 | Spider:4 | Offered knowledge of Ignition by Vehumet.
 39896 | Spider:4 | Learned a level 8 spell: Ignition
 41352 | Spider:4 | Identified the +0 pair of boots of Kitwot {Drain rElec
                  | Int+4 Dex+2}
 41355 | Spider:4 | Got a gossamer rune of Zot
 41550 | Shoals:1 | Entered Level 1 of the Shoals
 41760 | Shoals:1 | Found a runed translucent door.
 41761 | Shoals:1 | Noticed Plog's ghost (adept GnAE)
 42145 | Shoals:1 | Reached ****** piety under Vehumet
 42363 | Shoals:1 | Killed Plog's ghost
 42612 | Shoals:2 | Noticed Ilsuiw
 42618 | Shoals:2 | Killed Ilsuiw
 43426 | Shoals:2 | Found a runed translucent door.
 43426 | Shoals:2 | Noticed Shym's ghost (adept DjFE)
 43469 | Shoals:2 | Reached skill level 15 in Earth Magic
 44276 | Shoals:2 | Noticed Louise
 44287 | Shoals:2 | Killed Louise
 46324 | Shoals:3 | Found a runed translucent door.
 46498 | Shoals:3 | Reached skill level 10 in Staves
 46646 | Shoals:3 | Noticed Mara
 46660 | Shoals:3 | Noticed protoss039's illusion
 46867 | Shoals:3 | Noticed protoss039's illusion
 46931 | Shoals:3 | Offered knowledge of Maxwell's Capacitive Coupling by
                  | Vehumet.
 47472 | Shoals:3 | Noticed protoss039's illusion
 47477 | Shoals:3 | Killed Mara
 47495 | Shoals:3 | Gained mutation: A demonic guardian rushes to your aid.
                  | [demonic ancestry]
 47495 | Shoals:3 | Reached XP level 19. HP: 44/151 MP: 2/39
 48209 | Shoals:3 | Reached skill level 1 in Evocations
 48355 | Shoals:3 | Found a corrupted altar of Lugonu.
 48355 | Shoals:3 | Found a one-way gate to the infinite horrors of the Abyss.
 48409 | Shoals:2 | Killed Shym's ghost
 48620 | Shoals:4 | Entered Level 4 of the Shoals
 49776 | Shoals:4 | Got a barnacled rune of Zot
 51794 | Elf:1    | Entered Level 1 of the Elven Halls
 53370 | Elf:1    | Found Foruss's Weapon Boutique.
 53482 | Elf:2    | Found Ylugiyd's Antique Armour Shoppe.
 53557 | Elf:2    | Bought an ichor-stained robe for 165 gold pieces
 53557 | Elf:2    | Identified the +0 robe of Panentheism {Drain rF+ Dex+6
                  | SInv} (You bought it in a shop on level 2 of the Elven
                  | Halls)
 53557 | Elf:2    | Bought a creamy pearl robe for 165 gold pieces
 53557 | Elf:2    | Identified the +2 robe of the Equinox {Harm *Slow rPois
                  | Int+5} (You bought it in a shop on level 2 of the Elven
                  | Halls)
 53560 | Elf:2    | Found Lischo's Armour Emporium.
 54498 | Elf:2    | Found Jorchuhar's Weapon Shop.
 54599 | Elf:2    | Found a runed translucent gate.
 54599 | Elf:2    | Found a runed translucent gate.
 54599 | Elf:2    | Found a runed translucent gate.
 54841 | Elf:2    | Found Lamyof's Armour Boutique.
 54853 | Elf:2    | Found Xefomala's General Store.
 54905 | Elf:2    | Bought a scroll of amnesia for 68 gold pieces
 55560 | Elf:2    | Gained mutation: You punish those that try to bend your
                  | will. (Will+) [demonic ancestry]
 55560 | Elf:2    | Reached XP level 20. HP: 168/168 MP: 17/41
 56324 | Elf:3    | Entered Level 3 of the Elven Halls
 56829 | Elf:3    | Found a transporter.
 56844 | Elf:3    | Found Zidarghuy's Book Shop.
 56922 | Elf:3    | Found a transporter.
 56982 | Elf:3    | Found a bloodstained altar of Trog.
 56991 | Elf:3    | Noticed sastreii's ghost (adept NaAr)
 57133 | Elf:3    | Identified the +3 hand axe of Turmoil {freeze, Drain MP+9
                  | Int+2}
 57164 | Elf:3    | Identified the amulet of Orhoxu {RegenMP rF- rCorr Str+3
                  | Dex+4}
 57197 | Elf:3    | Identified the +5 great sword "Cickutzu" {heavy, rPois
                  | Int+4}
 58204 | Elf:3    | Got the Secrets of the Gritty Legion
 58218 | Elf:3    | Identified the +5 plate armour "Aczuicvo" {rN++}
 58714 | Vaults:1 | Entered Level 1 of the Vaults
 59450 | Vaults:1 | Noticed Zenata
 59457 | Vaults:1 | Killed Zenata
 60785 | Vaults:2 | You fall into a shaft and drop 1 floor!
 60929 | Vaults:3 | Gained mutation: A powerful demonic guardian rushes to your
                  | aid. [demonic ancestry]
 60929 | Vaults:3 | Reached XP level 21. HP: 128/177 MP: 7/43
 61604 | Vaults:2 | Found Wiorufyc's Magic Scroll Boutique.
 61607 | Vaults:2 | Bought a scroll of enchant armour for 105 gold pieces
 61607 | Vaults:2 | Bought a scroll of fog for 56 gold pieces
 61607 | Vaults:2 | Bought a scroll of amnesia for 56 gold pieces
 61607 | Vaults:2 | Bought a scroll of revelation for 105 gold pieces
 63146 | Vaults:2 | Noticed Saint Roka
 63165 | Vaults:2 | Killed Saint Roka
 63630 | Vaults:2 | Learned a level 9 spell: Shatter
 64138 | Vaults:3 | Found Iworoh's General Store.
 64146 | Vaults:3 | Bought a wand of roots (7) for 235 gold pieces
 64146 | Vaults:3 | Bought a potion of brilliance for 56 gold pieces
 64603 | Vaults:3 | Found a huge runed gate.
 64603 | Vaults:3 | Found a huge runed gate.
 64603 | Vaults:3 | Found a huge runed gate.
 64614 | Vaults:3 | Found a huge runed gate.
 64615 | Vaults:3 | Found a huge runed gate.
 64615 | Vaults:3 | Found a huge runed gate.
 64616 | Vaults:3 | Found a huge runed gate.
 64616 | Vaults:3 | Found a huge runed gate.
 64620 | Vaults:3 | Found a huge runed gate.
 64620 | Vaults:3 | Found a huge runed gate.
 64620 | Vaults:3 | Found a huge runed gate.
 64628 | Vaults:3 | Found a staircase to the Crypt.
 64628 | Vaults:3 | Found an ancient bone altar of Kikubaaqudgha.
 64629 | Vaults:3 | Found a basalt altar of Yredelemnul.
 64881 | Vaults:3 | Found a huge runed gate.
 64882 | Vaults:3 | Found a huge runed gate.
 64884 | Vaults:3 | Found a huge runed gate.
 64885 | Vaults:3 | Found a huge runed gate.
 64895 | Vaults:3 | Found a huge runed gate.
 64895 | Vaults:3 | Found a huge runed gate.
 64895 | Vaults:3 | Found a huge runed gate.
 64895 | Vaults:3 | Found a huge runed gate.
 64895 | Vaults:3 | Found a huge runed gate.
 64896 | Vaults:3 | Found a huge runed gate.
 64897 | Vaults:3 | Found a huge runed gate.
 64898 | Vaults:3 | Found a huge runed gate.
 64899 | Vaults:3 | Found a huge runed gate.
 64930 | Vaults:3 | Found a huge runed gate.
 64930 | Vaults:3 | Found a huge runed gate.
 64930 | Vaults:3 | Found a huge runed gate.
 64930 | Vaults:3 | Found a huge runed gate.
 64930 | Vaults:3 | Found a huge runed gate.
 65010 | Vaults:3 | Found a huge runed gate.
 65010 | Vaults:3 | Found a huge runed gate.
 65011 | Vaults:3 | Found a huge runed gate.
 65012 | Vaults:3 | Found a huge runed gate.
 65020 | Vaults:3 | Found a huge runed gate.
 65020 | Vaults:3 | Found a huge runed gate.
 65020 | Vaults:3 | Found a huge runed gate.
 65272 | Vaults:3 | Acquired 580 gold pieces
 66200 | Vaults:4 | Reached XP level 22. HP: 120/186 MP: 30/45
 67051 | Vaults:4 | Acquired the +2 cloak "Foyheri" {Fly Will- Int+3}
 67154 | Crypt:1  | Entered Level 1 of the Crypt
 70149 | Crypt:2  | Noticed a royal mummy
 70158 | Crypt:2  | Noticed Khufu
 70218 | Crypt:2  | Noticed Boris
 70603 | Depths:1 | Entered Level 1 of the Depths
 70679 | Depths:1 | Found a magical portal.
 70704 | WizLab   | Entered Maxwell's Workshop
 70717 | WizLab   | Learned a level 8 spell: Lehudib's Crystal Spear
 70875 | WizLab   | Identified the ring "Xuko" {Ice Dex+3 SInv}
 70877 | WizLab   | Identified the ring "Pyom" {Fire Dex+3 SInv}
 71136 | WizLab   | Reached skill level 5 in Fire Magic
 71379 | WizLab   | Reached skill level 5 in Armour
 71402 | WizLab   | Identified the ring of Pantheism {Ice rN+ Dex+3}
 71463 | WizLab   | Identified the +0 leather armour of the Snail {Contam rPois
                  | Str+7}
 71559 | WizLab   | Identified the ring "Joedwec" {Ice Dex+6}
 71561 | WizLab   | Identified the ring of the Real Monster {Ice rN+ rCorr
                  | Str+6 Dex-4}
 71563 | WizLab   | Identified the +5 kite shield "Aludizye" {*Slow rElec
                  | Regen+ rCorr}
 72015 | Depths:1 | Found a gateway to Hell.
 72164 | Depths:1 | Gained mutation: You sometimes lose your temper in combat.
                  | [a shining eye]
 72165 | Depths:1 | Gained mutation: Your spells are a little easier to cast,
                  | but a little less powerful. [a shining eye]
 72168 | Depths:1 | Gained mutation: You are frail. (-10% HP) [a shining eye]
 72175 | Depths:1 | Gained mutation: You are clumsy. (Dex -2) [a shining eye]
 72273 | Depths:1 | Lost mutation: You sometimes lose your temper in combat.
                  | [potion of mutation]
 72273 | Depths:1 | Lost mutation: You are frail. (-10% HP) [potion of
                  | mutation]
 72273 | Depths:1 | Lost mutation: You are clumsy. (Dex -2) [potion of
                  | mutation]
 72273 | Depths:1 | Gained mutation: You are weak. (Str -2) [potion of
                  | mutation]
 72273 | Depths:1 | Gained mutation: You possess an exceptional clarity of
                  | mind. [potion of mutation]
 72274 | Depths:1 | Lost mutation: Your spells are a little easier to cast, but
                  | a little less powerful. [potion of mutation]
 72274 | Depths:1 | Lost mutation: You are weak. (Str -2) [potion of mutation]
 72274 | Depths:1 | Gained mutation: You are agile. (Dex +4, Str/Int -1)
                  | [potion of mutation]
 72274 | Depths:1 | Gained mutation: You expend magic power (3 MP) to
                  | strengthen your wands. [potion of mutation]
 72274 | Depths:1 | Gained mutation: Your magical capacity is low. (-10% MP)
                  | [potion of mutation]
 72274 | Depths:1 | Gained mutation: Your mind is acute. (Int +4, Str/Dex -1)
                  | [potion of mutation]
 72548 | Depths:1 | You fall into a shaft and drop 1 floor!
 72799 | Depths:2 | Found a shadowy altar of Dithmenos.
 73407 | Depths:2 | Found a one-way gate leading to the halls of Pandemonium.
 73574 | Depths:2 | Got the Verses on the Singularity and Glamour
 73740 | Depths:3 | Reached XP level 23. HP: 194/194 MP: 24/42
 73846 | Depths:3 | Found a sparkling altar of Nemelex Xobeh.
 74474 | Depths:3 | Noticed a juggernaut
 74492 | Depths:2 | Killed a juggernaut
 74998 | Depths:3 | Reached skill level 10 in Shields
 75346 | Depths:3 | Identified the +11 gold dragon scales of Lugonu, Riding
                  | {rPois rF+ rC+ Will++ Int-3 Dex+3}
 75484 | Depths:3 | Identified the ring of Aniucs {+Blink Fly rC+ Int+2}
 75648 | Depths:3 | Found a one-way gateway to a ziggurat.
 75654 | Depths:3 | Paralysed by a floating eye for 4 turns
 75777 | Depths:3 | Found the macabre finger necklace {Finger+ rN+}
 76094 | Depths:4 | Entered Level 4 of the Depths
 78470 | Depths:4 | Reached skill level 10 in Armour
 79118 | Hell     | Entered the Vestibule of Hell
 79118 | Hell     | Noticed Geryon
 79896 | Depths:4 | Found a gate to the Realm of Zot.
 80861 | Spider:3 | Gained mutation: You are resistant to unholy torment.
                  | [demonic ancestry]
 80861 | Spider:3 | Reached XP level 24. HP: 201/201 MP: 29/42
 81786 | Vaults:3 | Identified the +3 hand axe "Jiesoal" {elec, rC+ rN+}
 81793 | Vaults:3 | Identified the +0 chain mail of Xuriw {+Blink rElec Str+2}
 81958 | Crypt:2  | Killed a royal mummy
 82128 | Crypt:1  | Killed Khufu
 82414 | Crypt:2  | Killed Boris
 83027 | Crypt:2  | Found a transporter.
 83028 | Crypt:2  | Found a transporter.
 83470 | Crypt:2  | Noticed Xajier's ghost (adept GrFi)
 83675 | Crypt:2  | Found the +8 storm bow {elec, penet}
 83931 | Crypt:3  | Entered Level 3 of the Crypt
 84322 | Crypt:3  | Noticed Boris
 84330 | Crypt:3  | Killed Boris
 84893 | Crypt:3  | Identified the ring of Descent {Fire rPois Dex+4 Stlth-}
 85771 | Crypt:3  | Noticed Jory
 85793 | Crypt:3  | Killed Jory
 86380 | Crypt:3  | Found a staircase to the Tomb.
 86498 | Crypt:3  | Noticed an ancient lich
 86508 | Crypt:3  | Killed an ancient lich
 87065 | Vaults:5 | Entered Level 5 of the Vaults
 87069 | Vaults:5 | Reached skill level 10 in Fire Magic
 87162 | Vaults:5 | Gained mutation: You can hurl damnation. [demonic ancestry]
 87162 | Vaults:5 | Reached XP level 25. HP: 210/210 MP: 42/42
 87229 | Vaults:5 | Identified the amulet "Zice" {Faith Drain rPois Dex+4
                  | Stlth-}
 87743 | Vaults:5 | Got a silver rune of Zot
 87751 | Vaults:5 | Identified the +3 scale mail of the Gloaming {Str+3 Int-2
                  | Slay+2}
 87978 | Vaults:5 | Found the +2 hat of the Bear Spirit {Spirit, Bear, *Rage
                  | Will++}
 88067 | Vaults:5 | Found Poqyibie's Assorted Antiques.
 88075 | Vaults:5 | Bought a wand of mindburst (7) for 372 gold pieces
 88075 | Vaults:5 | Bought a potion of haste for 380 gold pieces
 88258 | Vaults:5 | Identified the +3 great sword "Pashryse" {venom, *Slow
                  | rElec rF+ rC+}
 88901 | Hell     | Killed Geryon
 89269 | Hell     | Found a gateway to the ashen valley of Gehenna.
 89406 | Hell     | Found a gateway to the freezing wastes of Cocytus.
 89512 | Hell     | Found a gateway to the Iron City of Dis.
 89656 | Hell     | Found a gateway to the decaying netherworld of Tartarus.
 89825 | Zot:1    | Entered Level 1 of the Realm of Zot
 90038 | Zot:1    | Reached skill level 15 in Shields
 90281 | Zot:1    | Identified the +3 longbow of Ragnarok {flame, Dex+2}
 91229 | Zot:2    | Gained mutation: Your spells are a little easier to cast,
                  | but a little less powerful. [mutagenic glow]
 91247 | Zot:1    | Gained mutation: Potions are less effective at restoring
                  | your health. [mutagenic glow]
 91288 | Zot:1    | Gained mutation: You are frail. (-10% HP) [mutagenic glow]
 91355 | Zot:1    | Lost mutation: You are agile. (Dex +4, Str/Int -1) [potion
                  | of mutation]
 91355 | Zot:1    | Lost mutation: Your mind is acute. (Int +4, Str/Dex -1)
                  | [potion of mutation]
 91355 | Zot:1    | Lost mutation: You expend magic power (3 MP) to strengthen
                  | your wands. [potion of mutation]
 91355 | Zot:1    | Gained mutation: You have a somewhat thin skeletal
                  | structure. (Dex +2, Stealth+) [potion of mutation]
 91355 | Zot:1    | Gained mutation: Your system is resistant to poisons.
                  | (rPois) [potion of mutation]
 91355 | Zot:1    | Gained mutation: You expend magic power (3 MP) to
                  | strengthen your wands. [potion of mutation]
 91356 | Zot:1    | Lost mutation: Your spells are a little easier to cast, but
                  | a little less powerful. [potion of mutation]
 91356 | Zot:1    | Lost mutation: Your magical capacity is low. (-10% MP)
                  | [potion of mutation]
 91356 | Zot:1    | Lost mutation: You expend magic power (3 MP) to strengthen
                  | your wands. [potion of mutation]
 91356 | Zot:1    | Gained mutation: You are clumsy. (Dex -2) [potion of
                  | mutation]
 91585 | Zot:2    | Reached XP level 26. HP: 197/197 MP: 38/48
 91995 | Zot:2    | Identified the +2 chain mail of Doch {Fly}
 92005 | Zot:2    | Noticed a dread lich
 92013 | Zot:2    | Noticed Alunk's ghost (legendary GnFi)
 92172 | Zot:2    | Found a transporter.
 92180 | Zot:2    | Found a transporter.
 92197 | Zot:2    | Noticed an ancient lich
 92906 | Zot:2    | Identified the +2 robe of Action {Harm rC+ Int-5 Dex+2}
 92913 | Zot:2    | Identified the -1 pair of boots of Biar {Dex+3}
 93621 | Zot:3    | Reached skill level 15 in Armour
 94359 | Zot:3    | Found a runed translucent gate.
 94360 | Zot:3    | Found a runed translucent gate.
 94361 | Zot:3    | Found a runed translucent gate.
 94361 | Zot:3    | Noticed Flapstick's ghost (legendary HaBe)
 96168 | Zot:5    | Entered Level 5 of the Realm of Zot
 97168 | Zot:5    | Noticed a dread lich
 97184 | Zot:5    | Killed a dread lich
 97309 | Zot:5    | Noticed an orb of fire
 97348 | Zot:5    | Gained mutation: Your magical capacity is low. (-10% MP)
                  | [an orb of fire]
 97352 | Zot:5    | Killed an orb of fire
 97763 | Zot:5    | Noticed a dread lich
 97768 | Zot:5    | Noticed a dread lich
 97780 | Zot:5    | Killed a dread lich
 97784 | Zot:5    | Reached skill level 10 in Necromancy
 97785 | Zot:5    | Killed a dread lich
 97936 | Zot:5    | Identified the +2 pair of gloves of Insurance {Str+7 Int-2}
 98071 | Zot:5    | Noticed an orb of fire
 98088 | Zot:5    | Killed an orb of fire
 98561 | Zot:5    | Noticed an orb of fire
 98815 | Zot:5    | Reached skill level 10 in Transmutations
 98879 | Zot:5    | Reached XP level 27. HP: 203/203 MP: 15/43
 98886 | Zot:5    | Noticed an ancient lich
 98900 | Zot:5    | Killed an ancient lich
 99114 | Zot:5    | Gained mutation: You are partially covered in large bone
                  | plates. (SH +4) [an orb of fire]
 99222 | Zot:5    | Killed an orb of fire
100272 | Zot:5    | Learned a level 7 spell: Necromutation
100272 | Zot:5    | Lost mutation: Your magical capacity is low. (-10% MP)
                  | [potion of mutation]
100272 | Zot:5    | Lost mutation: You are partially covered in large bone
                  | plates. (SH +4) [potion of mutation]
100272 | Zot:5    | Gained mutation: You are somewhat resistant to further
                  | mutation. [potion of mutation]
100273 | Zot:5    | Lost mutation: Potions are less effective at restoring your
                  | health. [potion of mutation]
100273 | Zot:5    | Lost mutation: You are frail. (-10% HP) [potion of
                  | mutation]
100273 | Zot:5    | Lost mutation: You have a somewhat thin skeletal structure.
                  | (Dex +2, Stealth+) [potion of mutation]
100273 | Zot:5    | Gained mutation: Your flesh is cold resistant. (rC+)
                  | [potion of mutation]
100850 | Elf:3    | Killed sastreii's ghost
101474 | Crypt:2  | Learned a level 3 spell: Swiftness
101529 | Crypt:2  | Killed Xajier's ghost
101639 | Crypt:2  | Identified the amulet of Tuluno {Acrobat rF+ Dex+3}
102129 | Zot:2    | Killed a dread lich
102130 | Zot:2    | Killed an ancient lich
102142 | Zot:2    | Killed Alunk's ghost
102478 | Zot:3    | Killed Flapstick's ghost
103065 | Lair:4   | Upgraded the game from 0.31-a0-236-g9a0961fb85 to
                  | 0.31-a0-237-g2d982f9f85
103092 | Slime:1  | Entered Level 1 of the Pits of Slime
103211 | Slime:2  | Learned a level 9 spell: Fire Storm
103372 | Slime:5  | Entered Level 5 of the Pits of Slime
103597 | Slime:5  | Noticed the Royal Jelly
103602 | Slime:5  | Killed the Royal Jelly
103881 | Slime:5  | Identified the +0 pair of gloves of Valour {Rampage Str+2
                  | Int+3}
103886 | Slime:5  | Identified the +1 leather armour of Decompression {Rampage}
103891 | Slime:5  | Identified the +3 spear "Raix" {protect, Fly rElec}
103907 | Slime:5  | Identified the +2 plate armour of Snakes and Ladders
                  | {Contam Harm Rampage Regen+}
103977 | Slime:5  | Identified the staff "Muaxt" {rElec rCorr Str+5 Conj}
103979 | Slime:5  | Got a slimy rune of Zot
104109 | Slime:5  | Identified the +5 halberd "Kumofel" {holy, rC+}
104778 | Coc:1    | Entered Level 1 of Cocytus
104815 | Coc:1    | Paralysed by a wendigo for 1 turns
105019 | Coc:3    | Reached skill level 10 in Conjurations
105881 | Zig:1    | Entered Level 1 of a ziggurat
105964 | Zig:2    | Entered Level 2 of a ziggurat
105964 | Zig:2    | Noticed Yliwugoo the pandemonium lord
105967 | Zig:2    | Killed Yliwugoo the pandemonium lord
106005 | Zig:3    | Entered Level 3 of a ziggurat
106048 | Zig:4    | Entered Level 4 of a ziggurat
106153 | Zig:5    | Entered Level 5 of a ziggurat
106199 | Zig:6    | Entered Level 6 of a ziggurat
106311 | Zig:7    | Entered Level 7 of a ziggurat
106314 | Zig:7    | Noticed an ancient lich
106319 | Zig:7    | Killed an ancient lich
106423 | Zig:8    | Entered Level 8 of a ziggurat
106492 | Zig:8    | Identified the staff of Psychosis {Fragile rElec rC+ rCorr
                  | Ice}
106493 | Zig:8    | Identified the +7 spear of Hameseg {elec, Dex+3 SInv}
106551 | Zig:9    | Entered Level 9 of a ziggurat
106773 | Zig:10   | Entered Level 10 of a ziggurat
106787 | Zig:10   | Reached skill level 15 in Necromancy
106808 | Zig:10   | Identified the ring of Xoen Qurru {rElec AC+4}
106868 | Zig:11   | Entered Level 11 of a ziggurat
106955 | Zig:11   | Found the +3 pair of seven-league boots {Rampage+∞}
107026 | Zig:12   | Entered Level 12 of a ziggurat
107038 | Zig:12   | Noticed a dread lich
107039 | Zig:12   | Killed a dread lich
107039 | Zig:12   | Noticed a dread lich
107041 | Zig:12   | Killed a dread lich
107042 | Zig:12   | Reached skill level 15 in Fire Magic
107168 | Zig:12   | Identified the +2 leather armour of Gozag's Respect {rC+
                  | Dex+4}
107185 | Zig:12   | Identified the +5 war axe of Zoyd {protect, Int+3}
107255 | Zig:13   | Entered Level 13 of a ziggurat
107261 | Zig:13   | Noticed a royal mummy
107265 | Zig:13   | Noticed a royal mummy
107266 | Zig:13   | Killed a royal mummy
107269 | Zig:13   | Killed a royal mummy
107295 | Zig:13   | Identified the ring "Ifudam" {Ice rElec Will+ SInv}
107306 | Zig:13   | Identified the +5 longbow of the Ecumenical Temple
                  | {antimagic, rC- rN+ rCorr SInv}
107309 | Zig:13   | Identified the +0 robe of Apathy {rElec rF++ Regen+ Str-4}
107312 | Zig:13   | Identified the +6 shortbow "Yluseru" {antimagic, Int+3}
107374 | Zig:14   | Entered Level 14 of a ziggurat
107390 | Zig:14   | Reached skill level 5 in Air Magic
107393 | Zig:14   | Reached skill level 15 in Transmutations
107506 | Zig:14   | Identified the amulet "Joref" {Spirit Stlth+}
107602 | Zig:15   | Entered Level 15 of a ziggurat
107611 | Zig:15   | Noticed an ancient lich
107613 | Zig:15   | Noticed a dread lich
107615 | Zig:15   | Noticed an ancient lich
107617 | Zig:15   | Killed an ancient lich
107617 | Zig:15   | Killed an ancient lich
107618 | Zig:15   | Killed a dread lich
107666 | Zig:15   | Got Practical Witchcraft
107676 | Zig:15   | Identified the +8 quarterstaff of a Million Spirits
                  | {protect, Int+2}
107737 | Zig:16   | Entered Level 16 of a ziggurat
107752 | Zig:16   | Noticed a royal mummy
107754 | Zig:16   | Noticed a royal mummy
107754 | Zig:16   | Noticed a royal mummy
107756 | Zig:16   | Reached skill level 10 in Air Magic
107756 | Zig:16   | Noticed a royal mummy
107756 | Zig:16   | Noticed a royal mummy
107756 | Zig:16   | Noticed a royal mummy
107757 | Zig:16   | Killed a royal mummy
107758 | Zig:16   | Killed a royal mummy
107758 | Zig:16   | Killed a royal mummy
107758 | Zig:16   | Killed a royal mummy
107759 | Zig:16   | Killed a royal mummy
107759 | Zig:16   | Killed a royal mummy
107798 | Zig:16   | Identified the +10 dagger "Arbiter" {vamp, rElec rC+ Will++
                  | Int+4}
107799 | Zig:16   | Identified the staff "Liskakos" {rElec Will- Int+4 Earth}
107892 | Zig:17   | Entered Level 17 of a ziggurat
107908 | Zig:17   | Noticed a juggernaut
107908 | Zig:17   | Noticed a juggernaut
107913 | Zig:17   | Killed a juggernaut
107913 | Zig:17   | Noticed a juggernaut
107914 | Zig:17   | Killed a juggernaut
107917 | Zig:17   | Killed a juggernaut
107940 | Zig:17   | Identified the +6 mace of Tenacity {speed, +Blink}
107941 | Zig:17   | Identified the +1 eveningstar of Unreason {flame, Str+3}
107957 | Zig:17   | Identified the +8 plate armour of Howling Wind {SInv}
108024 | Zig:17   | Reached skill level 15 in Conjurations
108024 | Zig:17   | Reached skill level 15 in Air Magic
108035 | Zig:17   | Learned a level 9 spell: Chain Lightning
108058 | Zig:18   | Entered Level 18 of a ziggurat
108076 | Zig:18   | Paralysed by an air elemental for 1 turns
108087 | Zig:18   | Found the ring of the Hare {EV+10}
108144 | Zig:18   | Identified the staff of the Saviour {rF- rC+ rN+ Will+++
                  | Conj}
108155 | Zig:18   | Identified the +0 robe "Tyizol" {rPois Int+3}
108264 | Zig:19   | Entered Level 19 of a ziggurat
108280 | Zig:19   | Noticed a dread lich
108283 | Zig:19   | Noticed a dread lich
108286 | Zig:19   | Killed a dread lich
108286 | Zig:19   | Killed a dread lich
108296 | Zig:19   | Found the +7 great mace "Firestarter" {flame, immolate,
                  | rFlCloud rF++}
108368 | Zig:19   | Identified the +0 ring mail of Rotation {rPois rN+ Str-2
                  | Int+2}
108371 | Zig:19   | Identified the staff "Qadeon" {Fragile rPois rC+ Dex+3
                  | Earth}
108478 | Zig:20   | Entered Level 20 of a ziggurat
108591 | Zig:20   | Identified the ring "Ysseos" {rC- rN+ rCorr MP+9 Dex+3}
108598 | Zig:20   | Identified the staff of the Many Olives {rElec rC+ rCorr
                  | Int-5 Ice}
108603 | Zig:20   | Identified the amulet of Epsajoest {Harm rElec rF++ Regen+
                  | Str+3}
108611 | Zig:20   | Identified the staff "Ykkechem" {rPois Int+2 Poison}
108616 | Zig:20   | Identified the +4 scale mail "Vezy" {rCorr}
108728 | Zig:21   | Entered Level 21 of a ziggurat
109014 | Zig:21   | Identified the +4 chain mail "Ilugestre" {Rampage Int-3
                  | SInv}
109015 | Zig:21   | Identified the +3 leather armour of Egalitarianism {+Blink}
109019 | Zig:21   | Identified the +7 broad axe of Sib Tew {freeze, rElec
                  | Will+}
109029 | Zig:21   | Identified the staff of the Twisting Gods {*Corrode rF-
                  | Int+3 Dex+9 Earth}
109033 | Zig:21   | Identified the +8 hand axe "Vishemoc" {protect, *Slow rN+
                  | Int+2}
109166 | Zig:22   | Entered Level 22 of a ziggurat
109191 | Zig:22   | Reached skill level 1 in Throwing
109205 | Zig:22   | Reached skill level 5 in Throwing
109208 | Zig:22   | Identified the staff of the Sky {Str+3 Earth}
109209 | Zig:22   | Identified the +6 crystal plate armour "Yxkaob" {rPois rF+}
109269 | Zig:22   | Identified the +0 plate armour of the Nexus {Will+ Str+6
                  | Int+2}
109270 | Zig:22   | Identified the +1 longbow of the Pits of Slime {speed,
                  | rElec Str+2 Stlth+}
109458 | Zig:23   | Entered Level 23 of a ziggurat
109483 | Zig:23   | Noticed a dread lich
109486 | Zig:23   | Noticed an ancient lich
109488 | Zig:23   | Killed a dread lich
109488 | Zig:23   | Killed an ancient lich
109488 | Zig:23   | Noticed a dread lich
109489 | Zig:23   | Noticed a dread lich
109492 | Zig:23   | Killed a dread lich
109494 | Zig:23   | Killed a dread lich
109495 | Zig:23   | Found the +12 pair of quick blades "Gyre" and "Gimble"
                  | {protect}
109556 | Zig:23   | Identified the +7 sling of Rerivum {speed, rF+ Str+3}
109561 | Zig:23   | Identified the +0 leather armour of Tenacity {rElec rCorr
                  | Str-2 SInv}
109566 | Zig:23   | Identified the +8 halberd of Disintegration {freeze, Contam
                  | Dex+7}
109568 | Zig:23   | Identified the +10 orcbow of Uzei {speed, Will+}
109592 | Zig:23   | Identified the +3 battleaxe of the Sky {antimagic, rElec
                  | rF+ Will+ Str+4}
109696 | Zig:24   | Entered Level 24 of a ziggurat
109735 | Zig:24   | Found the ring of the Octopus King
109852 | Zig:24   | Identified the ring of Gatz {rPois Will+++ Int+5 Stlth-}
109863 | Zig:24   | Identified a ring of the Octopus King {Wiz HP+2 AC+2 EV+2
                  | SH+2}
110011 | Zig:25   | Entered Level 25 of a ziggurat
110168 | Zig:25   | Identified the +0 lajatang "Jangigiu" {spect, Str+3 Int+5
                  | Stlth+}
110183 | Zig:25   | Identified the staff "Wakheq" {rCorr SInv Earth}
110189 | Zig:25   | Identified the amulet of Fiagympu {Rampage Will+ Regen+
                  | MP-9 Dex+5}
110240 | Zig:26   | Entered Level 26 of a ziggurat
110313 | Zig:26   | Identified the +0 buckler "Xeiproep" {Rampage Str+2}
110316 | Zig:26   | Identified the +4 short sword of Coack {venom, rElec rPois
                  | rN+}
110464 | Zig:27   | Entered Level 27 of a ziggurat
110516 | Zig:27   | Found the +9 sword of Power {lifebolt}
110534 | Zig:27   | Identified the +11 dagger "Hooreh" {freeze, *Noise rN++}
110535 | Zig:27   | Identified the amulet of Ycemoh {Faith Contam rPois Int+6}
110537 | Zig:27   | Identified the +8 plate armour "Ytoescheu" {rF+ rC- Dex+2}
110539 | Zig:27   | Identified the +4 spear of the Snake Pit {spect, rC- Str+4
                  | Dex+3}
110549 | Zig:27   | Identified the +0 scale mail "Meqoqoqi" {Int+3}
110571 | Zig:27   | Identified the ring of Wastydwe {Drain rF+ EV+5 Str+9
                  | Dex-5}
110725 | Zig:27   | Acquired 1255 gold pieces
110726 | Zig:27   | Acquired 583 gold pieces
110985 | Coc:7    | Entered Level 7 of Cocytus
111147 | Coc:7    | Paralysed by a wendigo for 1 turns
111193 | Coc:7    | Noticed Antaeus
111223 | Coc:7    | Killed Antaeus
111509 | Coc:7    | Found the +5 scythe "Finisher" {speed, execute}
111528 | Coc:7    | Got an icy rune of Zot
111804 | Coc:7    | Paralysed by a wendigo for 1 turns
112224 | Tar:1    | Entered Level 1 of Tartarus
112600 | Tar:3    | Reached skill level 10 in Throwing
112890 | Tar:4    | Reached skill level 5 in Evocations
113500 | Tar:7    | Entered Level 7 of Tartarus
114310 | Tar:7    | Identified the staff of the Hammering Gods {+Blink rF++ rN+
                  | Ice Earth}
114429 | Tar:7    | Noticed Ereshkigal
114433 | Tar:7    | Killed Ereshkigal
114462 | Tar:7    | Identified the +0 plate armour of the Thistle {Contam rN++
                  | rCorr Slay+2}
114464 | Tar:7    | Got a bone rune of Zot
114466 | Tar:7    | Identified the amulet "Lunadgh" {Spirit Harm *Corrode rElec
                  | rF+}
114471 | Tar:7    | Identified the +0 plate armour "Xiel" {Will+}
114472 | Tar:7    | Identified the +0 cloak of Mutualism {-Tele Rampage Str+3
                  | Stlth+}
114473 | Tar:7    | Identified the +7 arbalest of Caasifis {elec, rPois Int+3
                  | Dex-4}
116877 | Crypt:2  | Learned a level 2 spell: Sublimation of Blood
116879 | Crypt:2  | Learned a level 1 spell: Apportation
116905 | Crypt:2  | Voluntarily entered the Abyss.
116925 | Abyss:1  | Found a corrupted altar of Lugonu.
116989 | Abyss:2  | Found a corrupted altar of Lugonu.
116990 | Abyss:2  | Found a corrupted altar of Lugonu.
117005 | Abyss:2  | Found a corrupted altar of Lugonu.
117038 | Abyss:2  | Found a corrupted altar of Lugonu.
117152 | Abyss:3  | Found a shimmering blue altar of Sif Muna.
117159 | Abyss:3  | Found a corrupted altar of Lugonu.
117288 | Abyss:4  | Found a corrupted altar of Lugonu.
117344 | Abyss:4  | Found a corrupted altar of Lugonu.
117494 | Abyss:4  | Got an abyssal rune of Zot
117505 | Crypt:2  | Escaped the Abyss
117829 | Pan      | Entered Pandemonium
117854 | Pan      | Noticed Hukhomp the pandemonium lord
117858 | Pan      | Killed Hukhomp the pandemonium lord
117868 | Pan      | Got a demonic rune of Zot
120699 | Pan      | Noticed Jopulu the pandemonium lord
120703 | Pan      | Killed Jopulu the pandemonium lord
120841 | Pan      | Noticed Amomn the pandemonium lord
120843 | Pan      | Killed Amomn the pandemonium lord
121580 | Pan      | Found an exit through the horrors of the Abyss.
121881 | Pan      | Noticed Zelyzxif the pandemonium lord
121891 | Pan      | Killed Zelyzxif the pandemonium lord
122486 | Pan      | Found an exit through the horrors of the Abyss.
122529 | Pan      | Reached skill level 15 in Throwing
122540 | Pan      | Noticed Qolaw the pandemonium lord
122545 | Pan      | Killed Qolaw the pandemonium lord
122564 | Pan      | Entered the realm of Cerebov.
122904 | Pan      | Reached skill level 5 in Ice Magic
124555 | Pan      | Found the +6 sword of Cerebov {flame}
124555 | Pan      | Noticed Cerebov
124789 | Pan      | Killed Cerebov
124808 | Pan      | Got a fiery rune of Zot
124876 | Pan      | Identified the +4 crystal plate armour "Cirietri" {+Inv
                  | Str+4}
124913 | Pan      | Identified the +9 orcbow "Osoly" {flame, rCorr}
124945 | Pan      | Identified the ring of Minocoes {Fire rElec rPois MP+9}
125378 | Pan      | Noticed Baifolybb the pandemonium lord
125380 | Pan      | Killed Baifolybb the pandemonium lord
125738 | Pan      | Noticed Yfydy the pandemonium lord
125749 | Pan      | Killed Yfydy the pandemonium lord
125890 | Pan      | Entered the realm of Gloorx Vloq.
126021 | Pan      | Found an exit through the horrors of the Abyss.
127599 | Pan      | Noticed Gloorx Vloq
127600 | Pan      | Got a dark rune of Zot
127605 | Pan      | Killed Gloorx Vloq
128054 | Pan      | Entered the realm of Lom Lobon.
128141 | Pan      | Found an exit through the horrors of the Abyss.
129106 | Pan      | Noticed Lom Lobon
129115 | Pan      | Killed Lom Lobon
129288 | Pan      | Got a magical rune of Zot
129637 | Pan      | Noticed Qolatwa the pandemonium lord
129640 | Pan      | Killed Qolatwa the pandemonium lord
129645 | Pan      | Entered the realm of Mnoleg.
129692 | Pan      | Noticed Mnoleg
129697 | Pan      | Killed Mnoleg
129698 | Pan      | Noticed Ignacio
129704 | Pan      | Killed Ignacio
129745 | Pan      | Identified the +9 scimitar of Suwereic {freeze, rElec MP+9
                  | Int+2 Stlth+}
129845 | Pan      | Got a glowing rune of Zot
130132 | Pan      | Noticed Buibleyga the pandemonium lord
130143 | Pan      | Killed Buibleyga the pandemonium lord
130651 | Pan      | Noticed Belopip the pandemonium lord
130654 | Pan      | Killed Belopip the pandemonium lord
130688 | Pan      | Found an exit through the horrors of the Abyss.
130700 | Pan      | Took an exit into the Abyss.
130700 | Abyss:4  | Escaped into the Abyss
130843 | Abyss:4  | Paralysed by an air elemental for 1 turns
130870 | Depths:2 | Escaped the Abyss
131491 | Tomb:1   | Entered Level 1 of the Tomb of the Ancients
131705 | Tomb:1   | Noticed a royal mummy
131705 | Tomb:1   | Noticed a royal mummy
131708 | Tomb:1   | Noticed a royal mummy
131709 | Tomb:1   | Killed a royal mummy
131709 | Tomb:1   | Killed a royal mummy
131709 | Tomb:1   | Noticed a royal mummy
131710 | Tomb:1   | Noticed a royal mummy
131712 | Tomb:1   | Noticed a royal mummy
131713 | Tomb:1   | Noticed a royal mummy
131714 | Tomb:1   | Killed a royal mummy
131714 | Tomb:1   | Killed a royal mummy
131714 | Tomb:1   | Noticed a royal mummy
131714 | Tomb:1   | Noticed a royal mummy
131715 | Tomb:1   | Killed a royal mummy
131715 | Tomb:1   | Killed a royal mummy
131715 | Tomb:1   | Killed a royal mummy
131715 | Tomb:1   | Noticed a royal mummy
131715 | Tomb:1   | Noticed a royal mummy
131715 | Tomb:1   | Noticed a royal mummy
131716 | Tomb:1   | Killed a royal mummy
131716 | Tomb:1   | Noticed a royal mummy
131717 | Tomb:1   | Killed a royal mummy
131717 | Tomb:1   | Noticed a royal mummy
131717 | Tomb:1   | Noticed a royal mummy
131718 | Tomb:1   | Killed a royal mummy
131718 | Tomb:1   | Killed a royal mummy
131718 | Tomb:1   | Killed a royal mummy
131718 | Tomb:1   | Noticed a royal mummy
131718 | Tomb:1   | Noticed a royal mummy
131719 | Tomb:1   | Killed a royal mummy
131719 | Tomb:1   | Killed a royal mummy
131719 | Tomb:1   | Killed a royal mummy
131722 | Tomb:1   | Killed a royal mummy
131723 | Tomb:1   | Killed a royal mummy
131725 | Tomb:1   | Noticed a royal mummy
131730 | Tomb:1   | Killed a royal mummy
131731 | Tomb:1   | Noticed a royal mummy
131739 | Tomb:1   | Noticed a royal mummy
131742 | Tomb:1   | Killed a royal mummy
131742 | Tomb:1   | Killed a royal mummy
131742 | Tomb:1   | Noticed a royal mummy
131745 | Tomb:1   | Noticed a royal mummy
131745 | Tomb:1   | Noticed a royal mummy
131757 | Tomb:1   | Killed a royal mummy
131757 | Tomb:1   | Noticed a royal mummy
131758 | Tomb:1   | Noticed a royal mummy
131758 | Tomb:1   | Killed a royal mummy
131760 | Tomb:1   | Killed a royal mummy
131776 | Tomb:1   | Killed a royal mummy
131783 | Tomb:1   | Killed a royal mummy
132718 | Tomb:2   | Noticed a royal mummy
132726 | Tomb:2   | Killed a royal mummy
132726 | Tomb:2   | Noticed a royal mummy
132726 | Tomb:2   | Noticed a royal mummy
132726 | Tomb:2   | Noticed a royal mummy
132728 | Tomb:2   | Noticed a royal mummy
132729 | Tomb:2   | Killed a royal mummy
132729 | Tomb:2   | Killed a royal mummy
132732 | Tomb:2   | Killed a royal mummy
132738 | Tomb:2   | Killed a royal mummy
133081 | Tomb:3   | Entered Level 3 of the Tomb of the Ancients
133092 | Tomb:3   | Noticed a royal mummy
133092 | Tomb:3   | Noticed a royal mummy
133096 | Tomb:3   | Killed a royal mummy
133096 | Tomb:3   | Killed a royal mummy
133163 | Tomb:3   | Found the +8 lance "Wyrmbane" {slay drac, rPois rF+ rC+
                  | AC+3}
133177 | Tomb:3   | Identified the +5 flail of Yredelemnul's Approval {freeze,
                  | rN+ Will+ Stlth+}
133202 | Tomb:3   | Identified the +1 whip of Cedege {elec, Fly}
133202 | Tomb:3   | Noticed a royal mummy
133204 | Tomb:3   | Noticed a royal mummy
133206 | Tomb:3   | Killed a royal mummy
133207 | Tomb:3   | Killed a royal mummy
133282 | Tomb:3   | Identified the +2 ring mail of the Chupacabra {Harm Dex+4}
133290 | Tomb:3   | Identified the +3 whip of Zyargh {elec, rN+ Will+ Str+3
                  | Stlth-}
133292 | Tomb:3   | Identified the +11 scimitar of Egic {antimagic, *Slow
                  | Int+9}
133293 | Tomb:3   | Identified the +3 war axe of Fate {freeze, +Blink rPois}
133294 | Tomb:3   | Identified the +0 pair of boots of the Realm of Zot {rN+}
133302 | Tomb:3   | Identified the +4 quarterstaff of the Blowfly {drain,
                  | rPois}
133318 | Tomb:3   | Noticed a royal mummy
133322 | Tomb:3   | Killed a royal mummy
133323 | Tomb:3   | Noticed a royal mummy
133324 | Tomb:3   | Noticed a royal mummy
133329 | Tomb:3   | Killed a royal mummy
133330 | Tomb:3   | Killed a royal mummy
133374 | Tomb:3   | Noticed a royal mummy
133669 | Tomb:3   | Got a golden rune of Zot
133723 | Tomb:3   | Killed a royal mummy
133732 | Tomb:3   | Noticed a royal mummy
133736 | Tomb:3   | Killed a royal mummy
134645 | Depths:3 | Reduced skill Shapeshifting to level 15
134645 | Depths:3 | Upgraded the game from 0.31-a0-237-g2d982f9f85 to
                  | 0.31-a0-246-g8cbcc1cb85
134694 | Depths:3 | Learned a level 7 spell: Ozocubu's Refrigeration
134712 | Zig:1    | Entered Level 1 of a ziggurat
134734 | Zig:2    | Entered Level 2 of a ziggurat
134811 | Zig:3    | Entered Level 3 of a ziggurat
134850 | Zig:4    | Entered Level 4 of a ziggurat
134853 | Zig:4    | Noticed a juggernaut
134855 | Zig:4    | Killed a juggernaut
134877 | Zig:5    | Entered Level 5 of a ziggurat
134882 | Zig:5    | Noticed Taopoy the pandemonium lord
134886 | Zig:5    | Killed Taopoy the pandemonium lord
134983 | Zig:6    | Entered Level 6 of a ziggurat
134990 | Zig:6    | Found the +12 glaive of Prune {freeze, Prune}
135000 | Zig:6    | Identified the +0 leather armour of Lightning Storm {rN+}
135066 | Zig:7    | Entered Level 7 of a ziggurat
135073 | Zig:7    | Noticed Onaumu the pandemonium lord
135075 | Zig:7    | Killed Onaumu the pandemonium lord
135101 | Zig:7    | Identified the +7 short sword "Itzum" {venom, rN+++ Will+
                  | Str+3 Dex-3}
135102 | Zig:7    | Identified the +9 trident of the Other Side {drain, Dex+3
                  | Stlth+}
135114 | Zig:8    | Entered Level 8 of a ziggurat
135133 | Zig:8    | Identified the +0 quarterstaff of a Million Ears {spect,
                  | *Rage rElec Dex+2}
135143 | Zig:8    | Identified the staff of Fortifying Peril {rElec rF+ rC-
                  | rCorr Int+3 Fire}
135148 | Zig:9    | Entered Level 9 of a ziggurat
135170 | Zig:9    | Identified the +1 demon blade of Vodka {protect, Int+2
                  | Dex+4}
135171 | Zig:9    | Identified the amulet of Kycauth {Faith -Tele Rampage rF+
                  | rN++}
135200 | Zig:10   | Entered Level 10 of a ziggurat
135293 | Zig:10   | Identified the ring of Reimbursement {rElec Will- rCorr
                  | Str+6 Int+4}
135295 | Zig:10   | Identified the +0 cloak "Mevuz" {rF++ Str+3 Slay+3}
135319 | Zig:11   | Entered Level 11 of a ziggurat
135332 | Zig:11   | Reached skill level 27 in Spellcasting
135350 | Zig:11   | Identified the amulet of Zin's Brutal Revenge {Reflect +Inv
                  | Regen+ Str+3 SH+5}
135357 | Zig:11   | Identified the ring "Goruy" {Ice Str+5}
135381 | Zig:12   | Entered Level 12 of a ziggurat
135388 | Zig:12   | Noticed an ancient lich
135390 | Zig:12   | Noticed a dread lich
135391 | Zig:12   | Killed an ancient lich
135391 | Zig:12   | Noticed an ancient lich
135392 | Zig:12   | Killed a dread lich
135394 | Zig:12   | Killed an ancient lich
135432 | Zig:12   | Identified the +1 sling of Might {freeze, rC+}
135518 | Zig:13   | Entered Level 13 of a ziggurat
135530 | Zig:13   | Noticed Laanig the pandemonium lord
135531 | Zig:13   | Noticed Huym the pandemonium lord
135531 | Zig:13   | Noticed Boeximp the pandemonium lord
135533 | Zig:13   | Killed Laanig the pandemonium lord
135533 | Zig:13   | Noticed Gosmoc the pandemonium lord
135534 | Zig:13   | Noticed Xyidem the pandemonium lord
135535 | Zig:13   | Killed Boeximp the pandemonium lord
135535 | Zig:13   | Noticed Faogustru the pandemonium lord
135536 | Zig:13   | Killed Huym the pandemonium lord
135536 | Zig:13   | Noticed Wakhlyos the pandemonium lord
135537 | Zig:13   | Killed Gosmoc the pandemonium lord
135538 | Zig:13   | Killed Xyidem the pandemonium lord
135539 | Zig:13   | Killed Faogustru the pandemonium lord
135540 | Zig:13   | Killed Wakhlyos the pandemonium lord
135572 | Zig:13   | Identified the +6 rapier of Undoing {antimagic, rCorr Int+4
                  | Dex+5 Stlth-}
135613 | Zig:14   | Entered Level 14 of a ziggurat
135627 | Zig:14   | Noticed Giufeh the pandemonium lord
135627 | Zig:14   | Noticed Cuiw the pandemonium lord
135627 | Zig:14   | Noticed Tuxaizir the pandemonium lord
135628 | Zig:14   | Noticed Jathux the pandemonium lord
135628 | Zig:14   | Noticed Iqyorual the pandemonium lord
135628 | Zig:14   | Noticed Laorink the pandemonium lord
135629 | Zig:14   | Noticed Zudera the pandemonium lord
135629 | Zig:14   | Noticed Racaowk the pandemonium lord
135629 | Zig:14   | Noticed Galu the pandemonium lord
135630 | Zig:14   | Noticed Upsilun the pandemonium lord
135633 | Zig:14   | Noticed Iwucol the pandemonium lord
135641 | Zig:14   | Killed Iqyorual the pandemonium lord
135642 | Zig:14   | Killed Zudera the pandemonium lord
135642 | Zig:14   | Killed Tuxaizir the pandemonium lord
135642 | Zig:14   | Killed Jathux the pandemonium lord
135643 | Zig:14   | Killed Giufeh the pandemonium lord
135643 | Zig:14   | Killed Upsilun the pandemonium lord
135644 | Zig:14   | Killed Iwucol the pandemonium lord
135645 | Zig:14   | Killed Laorink the pandemonium lord
135646 | Zig:14   | Killed Racaowk the pandemonium lord
135646 | Zig:14   | Killed Cuiw the pandemonium lord
135647 | Zig:14   | Killed Galu the pandemonium lord
135739 | Zig:14   | Identified the ring of Untruth {rElec rF+ Will+ Int+3}
135818 | Zig:15   | Entered Level 15 of a ziggurat
135855 | Zig:15   | Identified the staff "Soamokk" {rC+ Will++ Ice}
135868 | Zig:15   | Identified the ring "Juboar" {rPois rF+ Str+3 Int+2}
135896 | Zig:15   | Identified the +2 helmet of Beloved Salvation {rC+}
135913 | Zig:16   | Entered Level 16 of a ziggurat
136022 | Zig:16   | Identified the ring "Jotwic" {rElec rPois rC- Will+ Dex+2}
136025 | Zig:16   | Identified the +1 trident "Siogiyna" {heavy, rElec Will+}
136027 | Zig:16   | Identified the +5 mace of the End of Times {vamp, Str+2
                  | Stlth+}
136090 | Zig:17   | Entered Level 17 of a ziggurat
136105 | Zig:17   | Noticed Icrivek the pandemonium lord
136110 | Zig:17   | Killed Icrivek the pandemonium lord
136206 | Zig:17   | Identified the +0 falchion of Ledem {chaos, rC- rN+ Str+3}
136208 | Zig:17   | Identified the +8 falchion of Esuffin {protect, rC++ Int+2}
136214 | Zig:17   | Identified the ring "Munodolu" {rC+ MP+9 Dex+6 Slay+2}
136217 | Zig:17   | Identified the ring "Gauroum" {rCorr MP+9 Str+4 Int+6}
136270 | Zig:18   | Entered Level 18 of a ziggurat
136280 | Zig:18   | Noticed an orb of fire
136286 | Zig:18   | Noticed an orb of fire
136286 | Zig:18   | Noticed an orb of fire
136288 | Zig:18   | Killed an orb of fire
136288 | Zig:18   | Noticed an orb of fire
136288 | Zig:18   | Noticed an orb of fire
136289 | Zig:18   | Noticed an orb of fire
136289 | Zig:18   | Noticed an orb of fire
136290 | Zig:18   | Killed an orb of fire
136291 | Zig:18   | Noticed an orb of fire
136291 | Zig:18   | Killed an orb of fire
136292 | Zig:18   | Noticed an orb of fire
136292 | Zig:18   | Killed an orb of fire
136292 | Zig:18   | Killed an orb of fire
136293 | Zig:18   | Killed an orb of fire
136294 | Zig:18   | Killed an orb of fire
136296 | Zig:18   | Killed an orb of fire
136296 | Zig:18   | Killed an orb of fire
136392 | Zig:18   | Identified the +4 dagger of Kasudex {drain, *Noise *Corrode
                  | MP+9 Dex+5}
136454 | Zig:19   | Entered Level 19 of a ziggurat
136482 | Zig:19   | Found the +3 giant club "Skullcrusher" {speed, Str+7}
136519 | Zig:19   | Identified the +6 glaive "Omiob" {heavy, rCorr}
136530 | Zig:19   | Identified the +2 great sword "Ololiobo" {venom, Int+2
                  | Dex+3}
136589 | Zig:20   | Entered Level 20 of a ziggurat
136775 | Zig:20   | Identified the staff of the Slashing Gods {rN+ Str+3 Necro}
136778 | Zig:20   | Identified the staff of Butchery {rElec Str-4 Stlth+ Conj}
136779 | Zig:20   | Identified the +5 rapier of the Penguin {venom, Dex+3}
136862 | Zig:21   | Entered Level 21 of a ziggurat
136885 | Zig:21   | Noticed an ancient lich
136885 | Zig:21   | Noticed a dread lich
136886 | Zig:21   | Noticed a dread lich
136887 | Zig:21   | Reached skill level 10 in Ice Magic
136888 | Zig:21   | Killed a dread lich
136888 | Zig:21   | Killed an ancient lich
136889 | Zig:21   | Killed a dread lich
136890 | Zig:21   | Reached skill level 10 in Evocations
136890 | Zig:21   | Noticed an ancient lich
136892 | Zig:21   | Killed an ancient lich
136892 | Zig:21   | Noticed a dread lich
136894 | Zig:21   | Noticed an ancient lich
136897 | Zig:21   | Killed a dread lich
136897 | Zig:21   | Killed an ancient lich
136933 | Zig:21   | Found the +4 consecrated labrys {holy, Valiant Fragile Fly
                  | SInv}
136942 | Zig:21   | Got the Essays on Hyperborean Accelerants
136949 | Zig:21   | Identified the +4 war axe "Isyschut" {vamp, rF+ Int+3}
136951 | Zig:21   | Identified the staff "Uluom" {rF+ Dex+7 SInv Fire}
136975 | Zig:21   | Identified the +4 shadow dragon scales of Inviolability
                  | {*Corrode rPois rF+ Int+3 Stlth++++}
137040 | Zig:22   | Entered Level 22 of a ziggurat
137058 | Zig:22   | Noticed an ancient lich
137061 | Zig:22   | Killed an ancient lich
137061 | Zig:22   | Noticed an ancient lich
137061 | Zig:22   | Noticed a dread lich
137061 | Zig:22   | Noticed an ancient lich
137063 | Zig:22   | Noticed a dread lich
137065 | Zig:22   | Killed a dread lich
137065 | Zig:22   | Killed an ancient lich
137065 | Zig:22   | Killed a dread lich
137066 | Zig:22   | Killed an ancient lich
137073 | Zig:22   | Found the +4 robe of Folly {Brill Will-∞ Int+8}
137154 | Zig:22   | Identified the ring "Juhet" {Wiz rC- Str+3 Int+3 SInv}
137157 | Zig:22   | Identified the +4 shortbow of Gluttony {flame, Dex+3}
137159 | Zig:22   | Identified the staff "Spiderbane" {rElec rC+ rCorr Int-4
                  | Ice}
137161 | Zig:22   | Identified the +2 morningstar "Jituf" {freeze, Stlth+}
137162 | Zig:22   | Identified the amulet of Cynicism {Faith rF+ rN+}
137164 | Zig:22   | Identified the ring "Vapikk" {rElec rC+ MP+9 Int+4}
137170 | Zig:22   | Identified the +3 hand axe "Ben Wenu" {distort, rC+}
137179 | Zig:22   | Identified the +2 scale mail of Truth {Drain rF+++ Str-4
                  | Int+3}
137247 | Zig:23   | Entered Level 23 of a ziggurat
137253 | Zig:23   | Paralysed by a floating eye for 2 turns
137257 | Zig:23   | Paralysed by a floating eye for 2 turns
137261 | Zig:23   | Paralysed by a floating eye for 3 turns
137266 | Zig:23   | Noticed a royal mummy
137267 | Zig:23   | Noticed a royal mummy
137268 | Zig:23   | Noticed a royal mummy
137269 | Zig:23   | Noticed a royal mummy
137269 | Zig:23   | Noticed a royal mummy
137270 | Zig:23   | Killed a royal mummy
137271 | Zig:23   | Killed a royal mummy
137271 | Zig:23   | Noticed a royal mummy
137272 | Zig:23   | Noticed a royal mummy
137273 | Zig:23   | Killed a royal mummy
137274 | Zig:23   | Killed a royal mummy
137274 | Zig:23   | Noticed a royal mummy
137276 | Zig:23   | Killed a royal mummy
137276 | Zig:23   | Killed a royal mummy
137276 | Zig:23   | Killed a royal mummy
137276 | Zig:23   | Noticed a royal mummy
137278 | Zig:23   | Noticed a royal mummy
137280 | Zig:23   | Killed a royal mummy
137280 | Zig:23   | Killed a royal mummy
137280 | Zig:23   | Noticed a royal mummy
137282 | Zig:23   | Killed a royal mummy
137283 | Zig:23   | Killed a royal mummy
137376 | Zig:23   | Identified the amulet "Owoo" {Spirit rF+ rC+}
137387 | Zig:23   | Identified the +8 orcbow "Kocam" {heavy, rCorr Str+3}
137447 | Zig:24   | Entered Level 24 of a ziggurat
137504 | Zig:24   | Identified the staff "Rupsufu" {Contam rC+ MP+9 Dex+7 Hexes
                  | Ice}
137505 | Zig:24   | Identified the +6 glaive of Blood-Lust {flame, +Blink rF+
                  | Dex+4 Stlth+}
137512 | Zig:24   | Identified the ring "Esia" {Dex+5 Slay+4}
137514 | Zig:24   | Identified the +6 mace "Nemu" {protect, *Noise rPois rN+
                  | Str+2}
137515 | Zig:24   | Identified the +5 ring mail of Yweton {-Tele Harm Int+4}
137517 | Zig:24   | Identified the staff "Azymy" {rPois Dex+3 Poison}
137518 | Zig:24   | Identified the ring "Ismizainn" {Dex+6 SInv Stlth+}
137523 | Zig:24   | Identified the ring of the Evening {rPois rF+ Int-2 Dex-3
                  | SInv}
137553 | Zig:24   | Identified the +1 quarterstaff of Vaiqia Sigu {vamp, rC-
                  | Int+3}
137610 | Zig:25   | Entered Level 25 of a ziggurat
137623 | Zig:25   | Paralysed by an air elemental for 1 turns
137625 | Zig:25   | Paralysed by an air elemental for 1 turns
137628 | Zig:25   | Paralysed by an air elemental for 1 turns
137725 | Zig:25   | Identified the amulet "Hutucwij" {Rampage rN+ Will+ Regen+}
137796 | Zig:26   | Entered Level 26 of a ziggurat
137940 | Zig:26   | Found the +8 Vampire's Tooth {megavamp}
137951 | Zig:26   | Identified the +3 plate armour of the Catfish {rPois Int+3
                  | Slay-6 SInv}
137964 | Zig:26   | Identified the amulet "Zeboisy" {Spirit -Tele Dex+7 Stlth+}
137965 | Zig:26   | Identified the +12 halberd of Destiny {flame, rN++ Will-
                  | Int+4}
137966 | Zig:26   | Identified the +1 dagger of Juizy {antimagic, rElec rCorr}
137967 | Zig:26   | Identified the +1 hand axe of Midnight {freeze, Str+5}
138097 | Zig:27   | Entered Level 27 of a ziggurat
138148 | Zig:27   | Identified the orb of Happiness {mayhem, Drain Dex+4}
138198 | Zig:27   | Identified the +5 plate armour of the Lost Path {rN+}
138199 | Zig:27   | Identified the +1 whip of the Final Chapter {drain, rElec
                  | Stlth+}
138201 | Zig:27   | Identified the ring "Cul Ykot" {Str+2 Dex+6}
138207 | Zig:27   | Identified the ring of Suspected Treachery {MP+9 Int-3
                  | Dex+3 Slay+2}
138209 | Zig:27   | Identified the amulet of Uluatire {RegenMP Str+3}
138221 | Zig:27   | Identified the +1 short sword "Melicarph" {flame, rN+ SInv}
138226 | Zig:27   | Identified the +5 demon whip of Insufficient Pleasure
                  | {freeze, Dex+2}
138228 | Zig:27   | Identified the ring "Osuh" {rC+ AC+4}
138230 | Zig:27   | Identified the staff of Wrath {MP-9 Str+5 Conj}
138235 | Zig:27   | Identified the +4 dagger "Conservator" {freeze, Drain
                  | Fragile rCorr Str+8}
138361 | Depths:3 | Learned a level 9 spell: Polar Vortex
138371 | Depths:3 | Learned a level 9 spell: Death's Door
138524 | Zig:1    | Entered Level 1 of a ziggurat
138570 | Zig:2    | Entered Level 2 of a ziggurat
138579 | Zig:2    | Identified the +8 sling "Verog" {antimagic, Int+3 Dex+6}
138585 | Zig:3    | Entered Level 3 of a ziggurat
138588 | Zig:3    | Noticed Pimnuake the pandemonium lord
138591 | Zig:3    | Killed Pimnuake the pandemonium lord
138687 | Zig:4    | Entered Level 4 of a ziggurat
138704 | Zig:4    | Identified the +0 hand axe of the Dwarven Hall {spect, rC+
                  | rN+ Int+3}
138707 | Zig:4    | Identified the ring "Semaxt" {rElec rC- EV+5 Dex+3 Slay+2}
138739 | Zig:5    | Entered Level 5 of a ziggurat
138763 | Zig:5    | Identified the staff "Cinada" {rElec rC+ Str+3 Int+2 Dex+2
                  | Ice}
138786 | Zig:6    | Entered Level 6 of a ziggurat
138807 | Zig:6    | Identified the ring "Befiuli" {Fire Str+5 Dex+2}
138809 | Zig:6    | Identified the +1 whip of Coda {flame, Fragile rPois rN+
                  | Will++}
138827 | Zig:7    | Entered Level 7 of a ziggurat
138905 | Zig:7    | Identified the +4 arbalest of the Vase {heavy, rC+}
138918 | Zig:8    | Entered Level 8 of a ziggurat
138923 | Zig:8    | Noticed a juggernaut
138924 | Zig:8    | Noticed a juggernaut
138930 | Zig:8    | Killed a juggernaut
138930 | Zig:8    | Killed a juggernaut
138944 | Zig:8    | Identified the amulet of Xiuvydud {Reflect Dex+4 SH+5}
138946 | Zig:8    | Identified the +9 scimitar of Amorality {flame, Str+7}
138948 | Zig:8    | Identified the ring "Gehuoh" {Fire rElec SInv}
138978 | Zig:9    | Entered Level 9 of a ziggurat
138990 | Zig:9    | Reached skill level 27 in Fighting
138999 | Zig:9    | Identified the ring of Naloapn {rF- Will++ rCorr MP+9
                  | Stlth+}
139047 | Zig:10   | Entered Level 10 of a ziggurat
139054 | Zig:10   | Noticed a dread lich
139056 | Zig:10   | Noticed a dread lich
139056 | Zig:10   | Found the +7 captain's cutlass {speed, disarm}
139059 | Zig:10   | Killed a dread lich
139134 | Zig:11   | Entered Level 11 of a ziggurat
139142 | Zig:11   | Noticed a royal mummy
139142 | Zig:11   | Noticed a royal mummy
139143 | Zig:11   | Noticed a royal mummy
139144 | Zig:11   | Noticed a royal mummy
139144 | Zig:11   | Noticed a royal mummy
139144 | Zig:11   | Noticed a royal mummy
139146 | Zig:11   | Killed a royal mummy
139147 | Zig:11   | Killed a royal mummy
139147 | Zig:11   | Killed a royal mummy
139148 | Zig:11   | Killed a royal mummy
139148 | Zig:11   | Killed a royal mummy
139148 | Zig:11   | Killed a royal mummy
139188 | Zig:11   | Identified the +3 long sword of Eternity {heavy, MP+9}
139199 | Zig:11   | Identified the ring "Orilul" {AC+4 Str+4}
139203 | Zig:11   | Identified the +4 rapier of Jaipn {vamp, Int+2}
139235 | Zig:11   | Reached skill level 15 in Evocations
139242 | Zig:12   | Entered Level 12 of a ziggurat
139261 | Zig:12   | Found the +3 pair of mountain boots {steadfast, rC+}
139270 | Zig:12   | Identified the staff of Analysis {rPois rF+ rCorr Int+3
                  | Dex-2 Poison}
139294 | Zig:12   | Identified the ring of Beotomn {rPois rC+ rN+ Stlth+}
139296 | Zig:12   | Identified the +1 shortbow "Neaby" {flame, rCorr}
139350 | Zig:12   | Acquired a manual of Ice Magic
139357 | Zig:13   | Entered Level 13 of a ziggurat
139367 | Zig:13   | Reached skill level 15 in Ice Magic
139369 | Zig:13   | Reached skill level 5 in Stealth
139433 | Zig:13   | Identified the +2 short sword of the Nexus {holy, Will+
                  | Int+7}
139434 | Zig:13   | Identified the +7 hand axe of Death's Door {flame, rC- rN+
                  | SInv}
139492 | Zig:14   | Entered Level 14 of a ziggurat
139602 | Zig:15   | Entered Level 15 of a ziggurat
139649 | Zig:15   | Identified the +8 plate armour of the Great Game {Contam
                  | rN++ Dex+2}
139650 | Zig:15   | Identified the ring "Wuolewou" {*Corrode rC++ Str+6 Int+4}
139706 | Zig:16   | Entered Level 16 of a ziggurat
139717 | Zig:16   | Noticed a juggernaut
139718 | Zig:16   | Noticed a juggernaut
139718 | Zig:16   | Noticed a juggernaut
139720 | Zig:16   | Noticed a juggernaut
139720 | Zig:16   | Noticed a juggernaut
139720 | Zig:16   | Noticed a juggernaut
139722 | Zig:16   | Killed a juggernaut
139723 | Zig:16   | Killed a juggernaut
139723 | Zig:16   | Killed a juggernaut
139724 | Zig:16   | Killed a juggernaut
139724 | Zig:16   | Killed a juggernaut
139724 | Zig:16   | Killed a juggernaut
139776 | Zig:16   | Identified the +9 orcbow of Analysis {antimagic, Int+4}
139831 | Zig:17   | Entered Level 17 of a ziggurat
139848 | Zig:17   | Noticed a dread lich
139848 | Zig:17   | Noticed a dread lich
139849 | Zig:17   | Noticed a dread lich
139849 | Zig:17   | Noticed an ancient lich
139849 | Zig:17   | Noticed an ancient lich
139852 | Zig:17   | Reached skill level 15 in Staves
139852 | Zig:17   | Killed a dread lich
139852 | Zig:17   | Killed an ancient lich
139852 | Zig:17   | Noticed a dread lich
139854 | Zig:17   | Killed a dread lich
139854 | Zig:17   | Killed an ancient lich
139855 | Zig:17   | Killed a dread lich
139857 | Zig:17   | Killed a dread lich
139871 | Zig:17   | Identified the +8 falchion of War {protect, rN+ Str+3}
139879 | Zig:17   | Identified the staff of Extremism {rF+ rCorr Dex+3 Conj}
139880 | Zig:17   | Identified the ring of Sybbiac {Ice Int+6}
139882 | Zig:17   | Identified the +2 scimitar "Idwen" {freeze, *Corrode rElec
                  | Will+ Int+3}
139952 | Zig:18   | Entered Level 18 of a ziggurat
139964 | Zig:18   | Noticed a juggernaut
139968 | Zig:18   | Killed a juggernaut
139975 | Zig:18   | Reached skill level 27 in Conjurations
139983 | Zig:18   | Identified the +1 fire dragon scales of Paranoia {Harm
                  | rElec rF++ rC- Dex-2}
139997 | Zig:18   | Identified the amulet of Epnuaqug {Faith rF+ MP+9 Str-4}
140001 | Zig:18   | Identified the staff "Zuevoch" {rElec rF+ rC+ Int+3 Stlth-
                  | Fire}
140017 | Zig:18   | Identified the ring of Zierhoq {Fire Contam Str+2 Dex+3}
140020 | Zig:18   | Identified the +7 long sword of Thoughtfulness {venom,
                  | Will+ rCorr Dex+3}
140021 | Zig:18   | Identified the +0 robe "Fasaad" {Str+5 Archmagi}
140087 | Zig:19   | Entered Level 19 of a ziggurat
140105 | Zig:19   | Noticed an ancient lich
140107 | Zig:19   | Noticed an ancient lich
140108 | Zig:19   | Killed an ancient lich
140111 | Zig:19   | Reached skill level 27 in Air Magic
140111 | Zig:19   | Killed an ancient lich
140165 | Zig:19   | Identified the staff of Terra Cotta {rC+ Str+5 Conj}
140170 | Zig:19   | Identified the ring "Kukhaxely" {Will+ Str+3 Int+2}
140172 | Zig:19   | Identified the ring of Wudghol {rElec Will+ AC+4}
140176 | Zig:19   | Identified the +0 longbow of Equilibrium {antimagic, Int+3}
140245 | Zig:20   | Entered Level 20 of a ziggurat
140263 | Zig:20   | Reached skill level 1 in Maces & Flails
140267 | Zig:20   | Reached skill level 10 in Stealth
140337 | Zig:20   | Identified the +4 scimitar "Xohesh" {heavy, rF- Dex+3
                  | Stlth+}
140355 | Zig:20   | Identified the staff of Deformation {rElec rF++ rC- Str+5
                  | Air}
140356 | Zig:20   | Identified the +8 orcbow "Beetle's Peril" {freeze, Will+
                  | Int+3}
140424 | Zig:21   | Entered Level 21 of a ziggurat
140443 | Zig:21   | Reached skill level 5 in Maces & Flails
140502 | Zig:21   | Identified the amulet of Noow {+Inv rElec rN+ Regen+ Int-5}
140511 | Zig:21   | Identified the staff of Big Damage {Will+ Dex+3 Earth}
140513 | Zig:21   | Identified the +0 short sword of the Crushed Beds {elec,
                  | rElec rCorr Str+7 Int-3}
140587 | Zig:22   | Entered Level 22 of a ziggurat
140724 | Zig:22   | Identified the +3 battleaxe of the Gazing Sybil {freeze,
                  | rElec rPois}
140728 | Zig:22   | Identified the ring of Ymanuupso {Ice Will+}
140732 | Zig:22   | Identified the +3 leather armour of Ackaulep {rF+}
140737 | Zig:22   | Identified the +7 spear "Mirop" {protect, +Blink Str+4
                  | Stlth-}
140742 | Zig:22   | Identified the +2 mace of Virtue {holy, Dex+4}
140840 | Zig:23   | Entered Level 23 of a ziggurat
140862 | Zig:23   | Reached skill level 5 in Dodging
140869 | Zig:23   | Noticed an ancient lich
140870 | Zig:23   | Killed an ancient lich
140916 | Zig:23   | Paralysed by you for 2 turns
141034 | Zig:23   | Identified the ring of Peuwk {AC+4 Int+2}
141037 | Zig:23   | Identified the ring "Ycoulaeh" {rF+ rN+ Int+3 SInv Stlth-}
141046 | Zig:23   | Identified the +1 robe "Caybriz" {-Tele rF+++ rC+}
141072 | Zig:23   | Identified the ring "Zynebro" {rC+++ rN++ rCorr EV+5 Int-3}
141144 | Zig:24   | Entered Level 24 of a ziggurat
141167 | Zig:24   | Noticed an ancient lich
141167 | Zig:24   | Noticed a dread lich
141167 | Zig:24   | Noticed a dread lich
141167 | Zig:24   | Noticed a dread lich
141167 | Zig:24   | Noticed an ancient lich
141168 | Zig:24   | Noticed an ancient lich
141168 | Zig:24   | Noticed a dread lich
141169 | Zig:24   | Noticed a dread lich
141169 | Zig:24   | Noticed an ancient lich
141170 | Zig:24   | Noticed an ancient lich
141172 | Zig:24   | Killed a dread lich
141172 | Zig:24   | Killed an ancient lich
141172 | Zig:24   | Killed a dread lich
141172 | Zig:24   | Killed an ancient lich
141172 | Zig:24   | Killed an ancient lich
141172 | Zig:24   | Killed a dread lich
141173 | Zig:24   | Reached skill level 10 in Dodging
141173 | Zig:24   | Killed a dread lich
141173 | Zig:24   | Killed an ancient lich
141173 | Zig:24   | Killed an ancient lich
141173 | Zig:24   | Killed a dread lich
141173 | Zig:24   | Noticed an ancient lich
141173 | Zig:24   | Noticed an ancient lich
141174 | Zig:24   | Noticed a dread lich
141176 | Zig:24   | Killed a dread lich
141177 | Zig:24   | Reached skill level 15 in Stealth
141177 | Zig:24   | Killed an ancient lich
141177 | Zig:24   | Killed an ancient lich
141222 | Zig:24   | Identified the +2 pair of boots of Tuli {rPois}
141224 | Zig:24   | Identified the +7 falchion of Fortitude {venom, Fly Dex+3}
141225 | Zig:24   | Identified the amulet "Jetzigomp" {Acrobat Fly rCorr SInv}
141238 | Zig:24   | Identified the +4 longbow of Premature Burial {heavy,
                  | Str+2}
141325 | Zig:25   | Entered Level 25 of a ziggurat
141354 | Zig:25   | Noticed a dread lich
141360 | Zig:25   | Killed a dread lich
141437 | Zig:25   | Found the brooch of Shielding {Spirit SH+8}
141443 | Zig:25   | Identified the +0 robe "Duqulel" {Will+ Archmagi}
141455 | Zig:25   | Identified the +3 robe of Duripas {Str+2}
141467 | Zig:25   | Identified the +7 spear of Severance {holy, rF+}
141572 | Zig:26   | Entered Level 26 of a ziggurat
141792 | Zig:26   | Identified the +4 quarterstaff of the Stoat {elec, rElec}
141798 | Zig:26   | Identified the +7 shortbow of Kindness {antimagic, rF+
                  | Str+4 Int+3}
141802 | Zig:26   | Identified the +4 leather armour "Basuuj" {Harm Str+3
                  | Stlth+}
141808 | Zig:26   | Identified the +1 ring mail of Kuor {rElec rF- Int+3}
141834 | Zig:26   | Identified the +4 quarterstaff of Ugiptorr {flame, Dex+3}
141926 | Zig:26   | Reached skill level 15 in Dodging
141927 | Zig:26   | Acquired the +0 pair of boots of the King of the Hill
                  | {rElec MP+9 Str+3}
141935 | Zig:27   | Entered Level 27 of a ziggurat
141952 | Zig:27   | Noticed a juggernaut
141955 | Zig:27   | Noticed a juggernaut
141957 | Zig:27   | Noticed a juggernaut
141957 | Zig:27   | Killed a juggernaut
141959 | Zig:27   | Noticed a juggernaut
141960 | Zig:27   | Killed a juggernaut
141960 | Zig:27   | Killed a juggernaut
141961 | Zig:27   | Noticed a juggernaut
141964 | Zig:27   | Killed a juggernaut
141965 | Zig:27   | Noticed a juggernaut
141966 | Zig:27   | Killed a juggernaut
141969 | Zig:27   | Killed a juggernaut
142004 | Zig:27   | Identified the +7 falchion of War {venom, Int+2}
142011 | Zig:27   | Identified the +0 plate armour of Vehumet {rF+ rN+ Stlth+}
142023 | Zig:27   | Identified the ring "Nismof" {rF+ Str+6 Int+2}
142192 | Zig:27   | Identified the +2 helmet of Fun and Games {rPois rF+ Will-
                  | Dex+2}
142375 | Dis:1    | Entered Level 1 of the Iron City of Dis
142400 | Dis:2    | Noticed an ancient lich
142605 | Dis:2    | Killed an ancient lich
143060 | Dis:7    | Entered Level 7 of the Iron City of Dis
143060 | Dis:7    | Noticed a juggernaut
143060 | Dis:7    | Noticed a juggernaut
143064 | Dis:7    | Killed a juggernaut
143065 | Dis:7    | Killed a juggernaut
143473 | Dis:7    | Identified the amulet "Qirhuirgh" {Spirit Int+2 Stlth+}
143491 | Dis:7    | Identified the ring of Eternal Harmony {rElec EV+5 SInv}
143502 | Dis:7    | Identified the ring "Uzeh" {rPois Str+6 Dex+6}
143683 | Dis:7    | Noticed Dispater
143731 | Dis:7    | Killed Dispater
143749 | Dis:7    | Got an iron rune of Zot
143848 | Dis:7    | Identified the staff "Zyumpowi" {rElec rN+ Dex+5 Air}
144062 | Geh:1    | Entered Level 1 of Gehenna
144167 | Geh:2    | Noticed a dread lich
144167 | Geh:2    | You fall into a shaft and drop 1 floor!
144496 | Geh:7    | Entered Level 7 of Gehenna
144522 | Geh:7    | Noticed the Serpent of Hell
144530 | Geh:7    | Killed the Serpent of Hell
144683 | Geh:7    | Reached skill level 27 in Staves
144893 | Geh:7    | Found the +13 sceptre of Asmodeus
144893 | Geh:7    | Identified the +0 troll leather armour of Vehumet's Delight
                  | {+Inv Regen+ Int+6}
144893 | Geh:7    | Noticed Asmodeus
144906 | Geh:7    | Killed Asmodeus
144958 | Geh:7    | Got an obsidian rune of Zot
145174 | Zig:1    | Entered Level 1 of a ziggurat
145174 | Zig:1    | Noticed an ancient lich
145176 | Zig:1    | Killed an ancient lich
145187 | Zig:2    | Entered Level 2 of a ziggurat
145205 | Zig:3    | Entered Level 3 of a ziggurat
145217 | Zig:3    | Identified the +4 scale mail "Weeck" {rElec rN+}
145218 | Zig:3    | Identified the +9 morningstar of Dishonour {holy, Will++
                  | Str+3}
145220 | Zig:3    | Identified the +10 dagger "Murmur" {heavy, rF+ rN+ MP+9
                  | Int-4}
145223 | Zig:4    | Entered Level 4 of a ziggurat
145234 | Zig:4    | Identified the ring "Ofelodd" {rElec rCorr Dex+6}
145247 | Zig:5    | Entered Level 5 of a ziggurat
145251 | Zig:5    | Noticed Seiraupu the pandemonium lord
145253 | Zig:5    | Killed Seiraupu the pandemonium lord
145287 | Zig:5    | Identified the +8 great sword of Bankruptcy {elec, rPois
                  | Will+ Dex-2}
145297 | Zig:6    | Entered Level 6 of a ziggurat
145326 | Zig:6    | Identified the ring of Ryraler {Will+ Str+3}
145333 | Zig:7    | Entered Level 7 of a ziggurat
145355 | Zig:7    | Identified the +0 quarterstaff of the Hills {freeze, Contam
                  | rElec rN+ Stlth+}
145368 | Zig:8    | Entered Level 8 of a ziggurat
145390 | Zig:8    | Identified the +1 plate armour of Zudia {rF+ rN+ Will+}
145396 | Zig:9    | Entered Level 9 of a ziggurat
145411 | Zig:9    | Found the +6 Majin-Bo {spellvamp, MP+6 Int+6}
145448 | Zig:9    | Identified the ring "Fecac" {rF+ rC- Int+6 Dex+5 Slay+3}
145460 | Zig:9    | Identified the +5 broad axe of Hacking and Slashing {heavy,
                  | Dex+3}
145486 | Zig:10   | Entered Level 10 of a ziggurat
145494 | Zig:10   | Noticed an ancient lich
145495 | Zig:10   | Noticed an ancient lich
145497 | Zig:10   | Reached skill level 27 in Ice Magic
145497 | Zig:10   | Killed an ancient lich
145497 | Zig:10   | Killed an ancient lich
145499 | Zig:10   | Found the +8 demon blade "Leech" {evervamp, Harm Drain rN+}
145523 | Zig:10   | Identified the +1 cloak "Ceemiuba" {rElec Int+3 Stlth-}
145531 | Zig:11   | Entered Level 11 of a ziggurat
145542 | Zig:11   | Noticed an ancient lich
145544 | Zig:11   | Killed an ancient lich
145549 | Zig:11   | Found the +8 longbow "Zephyr" {speed, Dex+3 SInv}
145575 | Zig:11   | Identified the staff "Hammusse" {rF- rC+ Int+7 Dex+3 Ice}
145578 | Zig:11   | Identified the +7 halberd of Eternal Vigilance {heavy,
                  | rPois rN+ Int-4 Stlth+}
145621 | Zig:12   | Entered Level 12 of a ziggurat
145668 | Zig:12   | Identified the amulet of Otolaeg {Faith Str+2 Dex+3 Stlth+}
145674 | Zig:12   | Identified the +1 robe of the Moon {Will+ Str+4}
145690 | Zig:12   | Identified the +2 dagger of Abibuit {holy, *Rage rElec rN+
                  | Stlth+}
145727 | Zig:13   | Entered Level 13 of a ziggurat
145857 | Zig:13   | Identified the +5 quarterstaff of the Beast {spect, rPois
                  | rF+ rC+++ Str-3}
145867 | Zig:13   | Identified the +6 flail "Piem" {holy, rElec Stlth+}
145920 | Zig:14   | Entered Level 14 of a ziggurat
145947 | Zig:14   | Identified the amulet "Ucem" {Faith Dex+4}
145953 | Zig:14   | Identified the +0 scimitar "Zunit" {flame, rC+ Str+6}
145961 | Zig:14   | Identified the +6 mace of Ypru {elec, rPois rF- Dex+2}
145963 | Zig:14   | Identified the +6 hand crossbow of Wrongful Imprisonment
                  | {flame, *Slow +Blink rPois Stlth+}
145964 | Zig:14   | Identified the +0 plate armour "Zathemae" {rF++ Int-4}
145966 | Zig:14   | Identified the ring of the Failed Coup {Int+6 Dex+4 SInv
                  | Stlth-}
146014 | Zig:15   | Entered Level 15 of a ziggurat
146044 | Zig:15   | Found the +7 sceptre of Torment {pain, torment}
146112 | Zig:15   | Identified the ring of Tufog {rPois AC+4}
146120 | Zig:15   | Identified the +1 long sword "Meyhi" {freeze, Str+4}
146128 | Zig:15   | Identified the +7 hand axe of the Crafting Gods {heavy,
                  | *Noise rPois Str+4 Stlth+}
146189 | Zig:15   | Acquired the +7 lajatang of Order {silver, rMut}
146189 | Zig:15   | Found the +7 lajatang of Order {silver, rMut}
146191 | Zig:15   | Acquired a manual of Hexes
146199 | Zig:16   | Entered Level 16 of a ziggurat
146223 | Zig:16   | Identified the +6 tower shield of the Cicada {rC+ Will-
                  | Int+4 Stlth+}
146315 | Zig:16   | Identified the ring of Gin and Tonic {Contam rElec rPois
                  | Will+ Str+6}
146319 | Zig:16   | Identified the +7 morningstar "Ziuss" {freeze, Will+ Str-3
                  | Dex+3}
146320 | Zig:16   | Identified the ring of Luekh {Fly rF+ Int+2 Slay+2}
146370 | Zig:17   | Entered Level 17 of a ziggurat
146473 | Zig:17   | Identified the +1 leather armour of Ilo Fato {Dex+4}
146487 | Zig:17   | Identified the ring of Onedwiw {Will+ Str+6}
146490 | Zig:17   | Identified the +2 great mace of the Slashing Blowfly
                  | {spect, rC+ Int+5 SInv}
146547 | Zig:18   | Entered Level 18 of a ziggurat
146629 | Zig:18   | Identified the +1 acid dragon scales of Generosity {rCorr
                  | Str+2 Dex+3}
146641 | Zig:18   | Identified the +2 morningstar of the Eternal Void {pain,
                  | MP+9 Str+3 Stlth-}
146645 | Zig:18   | Identified the +9 falchion of Equilibrium {heavy, rC+ Will+
                  | rCorr}
146647 | Zig:18   | Identified the +6 hand axe of Contention {heavy, rC+ rCorr
                  | Str+2}
146697 | Zig:19   | Entered Level 19 of a ziggurat
146715 | Zig:19   | Noticed a dread lich
146715 | Zig:19   | Noticed a dread lich
146715 | Zig:19   | Noticed an ancient lich
146716 | Zig:19   | Noticed a dread lich
146719 | Zig:19   | Killed a dread lich
146719 | Zig:19   | Killed a dread lich
146719 | Zig:19   | Killed a dread lich
146721 | Zig:19   | Noticed a dread lich
146721 | Zig:19   | Noticed a dread lich
146721 | Zig:19   | Killed an ancient lich
146721 | Zig:19   | Noticed a dread lich
146724 | Zig:19   | Killed a dread lich
146725 | Zig:19   | Killed a dread lich
146726 | Zig:19   | Killed a dread lich
146734 | Zig:19   | Identified the +11 long sword "Egolisex" {venom, Fly Will-
                  | Str+5}
146740 | Zig:19   | Identified the +8 plate armour "Qanu" {Slay+6}
146742 | Zig:19   | Identified the +4 rapier of Instant Death {freeze, Will+
                  | Str+3 Int+6 Dex-2}
146753 | Zig:19   | Identified the +4 scale mail "Esalywane" {rPois rF+++ Str-4
                  | Stlth+}
146755 | Zig:19   | Identified the +0 ring mail "Ymisoynigg" {rN++ Dex+3}
146837 | Zig:20   | Entered Level 20 of a ziggurat
146854 | Zig:20   | Paralysed by accursed screaming for 2 turns
146910 | Zig:20   | Identified the staff of Evisceration {rPois rF+ Dex+2
                  | Poison}
146921 | Zig:20   | Identified the +3 buckler "Ryimukiac" {rF+ Int+3}
146922 | Zig:20   | Identified the staff of Bodily Harmony {rElec rF+ rCorr
                  | Necro Air}
146931 | Zig:20   | Identified the staff of the Grinning Gods {rElec rPois
                  | Dex+2 Poison}
146933 | Zig:20   | Identified the +0 robe of Coexurej {rN+ Dex+9}
146993 | Zig:20   | Reached skill level 27 in Armour
146993 | Zig:20   | Reached skill level 27 in Shields
146999 | Zig:21   | Entered Level 21 of a ziggurat
147009 | Zig:21   | Noticed a dread lich
147013 | Zig:21   | Noticed a dread lich
147014 | Zig:21   | Noticed a dread lich
147015 | Zig:21   | Noticed an ancient lich
147015 | Zig:21   | Killed a dread lich
147017 | Zig:21   | Noticed an ancient lich
147018 | Zig:21   | Killed a dread lich
147020 | Zig:21   | Killed an ancient lich
147020 | Zig:21   | Killed a dread lich
147020 | Zig:21   | Killed an ancient lich
147021 | Zig:21   | Noticed a dread lich
147023 | Zig:21   | Noticed a dread lich
147024 | Zig:21   | Noticed a dread lich
147025 | Zig:21   | Noticed a dread lich
147027 | Zig:21   | Killed a dread lich
147028 | Zig:21   | Killed a dread lich
147029 | Zig:21   | Killed a dread lich
147030 | Zig:21   | Killed a dread lich
147031 | Zig:21   | Found the +8 whip "Snakebite" {venom, curare, rPois}
147092 | Zig:21   | Identified the ring "Pasueh" {rF++ rC- Str+6}
147095 | Zig:21   | Identified the ring of Kusk {MP+9 Slay+3}
147104 | Zig:21   | Identified the +4 great mace of the Blessed Realm {flame,
                  | Int+2}
147107 | Zig:21   | Identified the amulet of the Seven Geomancers {Faith -Tele
                  | Harm rN+ Dex+9}
147110 | Zig:21   | Identified the staff of False Accusations {Str+2 Conj}
147187 | Zig:22   | Entered Level 22 of a ziggurat
147201 | Zig:22   | Noticed an ancient lich
147204 | Zig:22   | Noticed an ancient lich
147205 | Zig:22   | Noticed a dread lich
147206 | Zig:22   | Killed an ancient lich
147206 | Zig:22   | Noticed a dread lich
147207 | Zig:22   | Killed a dread lich
147208 | Zig:22   | Killed an ancient lich
147208 | Zig:22   | Killed a dread lich
147210 | Zig:22   | Noticed a dread lich
147212 | Zig:22   | Killed a dread lich
147212 | Zig:22   | Noticed an ancient lich
147213 | Zig:22   | Killed an ancient lich
147213 | Zig:22   | Noticed an ancient lich
147215 | Zig:22   | Noticed a dread lich
147215 | Zig:22   | Noticed an ancient lich
147215 | Zig:22   | Noticed a dread lich
147215 | Zig:22   | Noticed an ancient lich
147216 | Zig:22   | Noticed an ancient lich
147216 | Zig:22   | Noticed an ancient lich
147218 | Zig:22   | Killed an ancient lich
147218 | Zig:22   | Killed an ancient lich
147218 | Zig:22   | Killed an ancient lich
147218 | Zig:22   | Killed an ancient lich
147218 | Zig:22   | Killed a dread lich
147219 | Zig:22   | Reached skill level 27 in Throwing
147219 | Zig:22   | Killed an ancient lich
147219 | Zig:22   | Killed a dread lich
147280 | Zig:22   | Identified the amulet of New Discoveries {Faith Dex+2}
147282 | Zig:22   | Identified the +0 battleaxe "Ovusir" {freeze, Dex+2 SInv}
147287 | Zig:22   | Identified the amulet of Ekhymot {Reflect Fly Dex+3 SH+5}
147297 | Zig:22   | Identified the ring of Ryghog {*Corrode Fly rPois Int+3}
147388 | Zig:22   | Reached skill level 27 in Evocations
147407 | Zig:23   | Entered Level 23 of a ziggurat
147482 | Zig:23   | Identified the +4 chain mail of Winter {rN++ Dex-3}
147491 | Zig:23   | Identified the +1 quarterstaff of Floods {drain, rF+ Will+}
147497 | Zig:23   | Identified the orb of Abresoc {mayhem, Harm rN+}
147578 | Zig:24   | Entered Level 24 of a ziggurat
147609 | Zig:24   | Found the ring of Shadows {Umbra +Inv Stlth+}
147664 | Zig:24   | Identified the ring of Quuch {rElec MP+9 Stlth+}
147684 | Zig:24   | Identified the +10 plate armour of Ijuwuex {+Blink Will+
                  | Str+2}
147812 | Zig:24   | Reached skill level 27 in Dodging
147818 | Zig:25   | Entered Level 25 of a ziggurat
147843 | Zig:25   | Reached skill level 27 in Stealth
147896 | Zig:25   | Noticed a dread lich
147897 | Zig:25   | Killed a dread lich
147994 | Zig:25   | Identified the +5 plate armour "Xuamof" {rPois rC- SInv}
147995 | Zig:25   | Identified the +1 scale mail "Osotofa" {rC+}
148000 | Zig:25   | Identified the amulet "Kyeh" {Reflect rCorr SH+5}
148065 | Zig:26   | Entered Level 26 of a ziggurat
148093 | Zig:26   | Reached skill level 27 in Earth Magic
148176 | Zig:26   | Identified the +1 falchion of Distant Worlds {heavy, rPois}
148185 | Zig:26   | Identified the staff "Caddouzi" {rPois rN+ rCorr Int+5
                  | Poison}
148304 | Zig:27   | Entered Level 27 of a ziggurat
148313 | Zig:27   | Noticed a royal mummy
148314 | Zig:27   | Noticed a royal mummy
148314 | Zig:27   | Noticed a royal mummy
148314 | Zig:27   | Noticed a royal mummy
148316 | Zig:27   | Noticed a royal mummy
148317 | Zig:27   | Noticed a royal mummy
148319 | Zig:27   | Killed a royal mummy
148319 | Zig:27   | Noticed a royal mummy
148319 | Zig:27   | Noticed a royal mummy
148320 | Zig:27   | Killed a royal mummy
148320 | Zig:27   | Killed a royal mummy
148320 | Zig:27   | Killed a royal mummy
148321 | Zig:27   | Killed a royal mummy
148321 | Zig:27   | Killed a royal mummy
148321 | Zig:27   | Killed a royal mummy
148321 | Zig:27   | Killed a royal mummy
148321 | Zig:27   | Noticed a royal mummy
148321 | Zig:27   | Noticed a royal mummy
148322 | Zig:27   | Noticed a royal mummy
148322 | Zig:27   | Noticed a royal mummy
148323 | Zig:27   | Noticed a royal mummy
148324 | Zig:27   | Killed a royal mummy
148324 | Zig:27   | Noticed a royal mummy
148325 | Zig:27   | Killed a royal mummy
148325 | Zig:27   | Noticed a royal mummy
148325 | Zig:27   | Noticed a royal mummy
148326 | Zig:27   | Noticed a royal mummy
148326 | Zig:27   | Killed a royal mummy
148326 | Zig:27   | Noticed a royal mummy
148326 | Zig:27   | Noticed a royal mummy
148327 | Zig:27   | Killed a royal mummy
148327 | Zig:27   | Killed a royal mummy
148327 | Zig:27   | Noticed a royal mummy
148328 | Zig:27   | Noticed a royal mummy
148328 | Zig:27   | Killed a royal mummy
148328 | Zig:27   | Killed a royal mummy
148328 | Zig:27   | Noticed a royal mummy
148328 | Zig:27   | Noticed a royal mummy
148329 | Zig:27   | Noticed a royal mummy
148329 | Zig:27   | Noticed a royal mummy
148329 | Zig:27   | Noticed a royal mummy
148330 | Zig:27   | Killed a royal mummy
148330 | Zig:27   | Killed a royal mummy
148330 | Zig:27   | Killed a royal mummy
148331 | Zig:27   | Killed a royal mummy
148331 | Zig:27   | Killed a royal mummy
148332 | Zig:27   | Killed a royal mummy
148332 | Zig:27   | Killed a royal mummy
148332 | Zig:27   | Killed a royal mummy
148332 | Zig:27   | Killed a royal mummy
148333 | Zig:27   | Killed a royal mummy
148333 | Zig:27   | Noticed a royal mummy
148333 | Zig:27   | Noticed a royal mummy
148333 | Zig:27   | Noticed a royal mummy
148334 | Zig:27   | Killed a royal mummy
148335 | Zig:27   | Noticed a royal mummy
148335 | Zig:27   | Noticed a royal mummy
148335 | Zig:27   | Noticed a royal mummy
148335 | Zig:27   | Noticed a royal mummy
148336 | Zig:27   | Noticed a royal mummy
148337 | Zig:27   | Reached skill level 27 in Shapeshifting
148337 | Zig:27   | Noticed a royal mummy
148337 | Zig:27   | Noticed a royal mummy
148338 | Zig:27   | Killed a royal mummy
148338 | Zig:27   | Killed a royal mummy
148338 | Zig:27   | Killed a royal mummy
148338 | Zig:27   | Killed a royal mummy
148338 | Zig:27   | Noticed a royal mummy
148338 | Zig:27   | Noticed a royal mummy
148339 | Zig:27   | Killed a royal mummy
148339 | Zig:27   | Killed a royal mummy
148339 | Zig:27   | Killed a royal mummy
148339 | Zig:27   | Killed a royal mummy
148340 | Zig:27   | Noticed a royal mummy
148340 | Zig:27   | Killed a royal mummy
148340 | Zig:27   | Killed a royal mummy
148340 | Zig:27   | Noticed a royal mummy
148342 | Zig:27   | Killed a royal mummy
148343 | Zig:27   | Killed a royal mummy
148343 | Zig:27   | Killed a royal mummy
148343 | Zig:27   | Killed a royal mummy
148372 | Zig:27   | Identified the amulet of Oluluot {Spirit +Blink Fly rN++
                  | Str-3}
148381 | Zig:27   | Identified the +5 flail "Luod Uru" {elec, rCorr Int+5
                  | Stlth+}
148382 | Zig:27   | Identified the amulet "Jojush" {Faith rN+ Str+3}
148391 | Zig:27   | Identified the +7 long sword "Leugh" {drain, rElec Will+}
148408 | Zig:27   | Identified the +10 war axe "Pupal" {holy, rCorr}
148410 | Zig:27   | Identified the amulet of Votsu {RegenMP rPois Stlth+}
148422 | Zig:27   | Identified the ring of Nacalocy {+Blink rN+ rCorr Str-2}
148567 | Depths:3 | Upgraded the game from 0.31-a0-246-g8cbcc1cb85 to
                  | 0.31-a0-271-gb88eb75e06
148578 | Depths:3 | Learned a level 8 spell: Discord
148613 | Zig:1    | Entered Level 1 of a ziggurat
148625 | Zig:2    | Entered Level 2 of a ziggurat
148625 | Zig:2    | Noticed an ancient lich
148627 | Zig:2    | Killed an ancient lich
148674 | Zig:3    | Entered Level 3 of a ziggurat
148674 | Zig:3    | Noticed Baajanui the pandemonium lord
148679 | Zig:3    | Killed Baajanui the pandemonium lord
148700 | Zig:4    | Entered Level 4 of a ziggurat
148703 | Zig:4    | Reached skill level 27 in Fire Magic
148746 | Zig:4    | Identified the +2 ring mail of the Secret Ghosts {Dex+3}
148747 | Zig:4    | Identified the +3 scimitar "Usmyat" {heavy, Dex+5}
148770 | Zig:5    | Entered Level 5 of a ziggurat
148770 | Zig:5    | Noticed a dread lich
148770 | Zig:5    | Noticed an ancient lich
148772 | Zig:5    | Noticed a dread lich
148775 | Zig:5    | Killed an ancient lich
148776 | Zig:5    | Killed a dread lich
148778 | Zig:5    | Killed a dread lich
148809 | Zig:6    | Entered Level 6 of a ziggurat
148809 | Zig:6    | Noticed a juggernaut
148814 | Zig:6    | Killed a juggernaut
148822 | Zig:6    | Identified the staff of Doom {rElec Str+4 Air}
148852 | Zig:7    | Entered Level 7 of a ziggurat
148889 | Zig:7    | Identified the ring of the Swan {*Corrode Fly rC+ rN+
                  | Str+4}
148920 | Zig:8    | Entered Level 8 of a ziggurat
148933 | Zig:8    | Reached skill level 27 in Necromancy
148969 | Zig:8    | Identified the +3 leather armour of Vifidwam {rPois rF+
                  | rC+}
148972 | Zig:8    | Identified the staff of Compulsion {Contam rPois Int+5
                  | Dex+7 Poison}
148997 | Zig:9    | Entered Level 9 of a ziggurat
149040 | Zig:9    | Identified the ring "Wouf" {Int+4 Slay+4 SInv}
149047 | Zig:9    | Identified the +1 ring mail of Nuluen {+Inv Int+3 Stlth-}
149089 | Zig:10   | Entered Level 10 of a ziggurat
149108 | Zig:10   | Identified the +9 hand axe of Lapumi {venom, rF+ Will+
                  | Str-3 Dex+5}
149122 | Zig:10   | Identified the ring "Ysein" {rN+ rCorr}
149124 | Zig:10   | Identified the amulet of Harmony {Reflect Will+ Int+4 SH+5}
149158 | Zig:11   | Entered Level 11 of a ziggurat
149370 | Zig:11   | Identified the ring "Pegass" {rC+ Int+2 Dex-5 Slay+4}
149382 | Zig:11   | Identified the +4 eveningstar "Rus Xit" {chaos, rC- rN++}
149429 | Zig:12   | Entered Level 12 of a ziggurat
149438 | Zig:12   | Noticed Vasaf the pandemonium lord
149441 | Zig:12   | HP: 11/251 [demonspawn black sun/dispel undead (45)]
149461 | Zig:12   | Killed Vasaf the pandemonium lord
149482 | Zig:12   | Found the +5 glaive of the Guard {elec, spectral, AC+5}
149486 | Zig:12   | Identified the +7 long sword "Qinwesot" {heavy, Dex+4}
149603 | Zig:12   | Identified the +2 shortbow of Light {freeze, Str+2 Dex+5}
149608 | Zig:12   | Identified the ring "Toyguum" {*Corrode Fly rPois Will+}
149614 | Zig:12   | Identified the ring of Nivususeeb {Wiz rN+}
149657 | Zig:13   | Entered Level 13 of a ziggurat
149660 | Zig:13   | Noticed a dread lich
149667 | Zig:13   | Noticed an ancient lich
149669 | Zig:13   | Reached skill level 27 in Transmutations
149670 | Zig:13   | Reached skill level 5 in Axes
149670 | Zig:13   | Noticed an ancient lich
149670 | Zig:13   | Killed an ancient lich
149673 | Zig:13   | Killed a dread lich
149674 | Zig:13   | Reached skill level 10 in Axes
149674 | Zig:13   | Killed an ancient lich
149728 | Zig:13   | Identified the amulet "Zexoz" {RegenMP rC- rN++ Regen+
                  | Stlth+}
149789 | Zig:14   | Entered Level 14 of a ziggurat
149812 | Zig:14   | Reached skill level 15 in Axes
149841 | Zig:14   | Identified the +6 battleaxe "Keofrit" {chaos, Int+2}
149851 | Zig:14   | Identified the ring of Mecuir {rPois Str+6 Dex+2}
149920 | Zig:15   | Entered Level 15 of a ziggurat
149928 | Zig:15   | Identified the +0 tower shield "Ywanuoh" {rF- rN+ Regen+}
149929 | Zig:15   | Identified the +4 tower shield "Jytwalij" {*Slow rElec rN+
                  | Stlth+}
149969 | Zig:15   | Identified the +2 pair of boots "Ixyintu" {rN+}
149977 | Zig:15   | Identified the staff "Qeixojet" {rElec rF+ rN+++ Str-4
                  | Int-5 Air}
149980 | Zig:15   | Identified the +8 battleaxe of the Walnut {drain, Int+4}
150052 | Zig:16   | Entered Level 16 of a ziggurat
150065 | Zig:16   | Found the +2 cloak of the Thief {*Fog Slay-2 SInv Stlth+}
150079 | Zig:16   | Identified the ring "Putty" {rElec rC+ Will+}
150107 | Zig:16   | Identified the +8 hand axe "Uhoedui" {flame, rN++}
150123 | Zig:16   | Identified the +1 falchion of Truncation {spect, rCorr}
150217 | Zig:17   | Entered Level 17 of a ziggurat
150243 | Zig:17   | Found the +8 demon trident "Rift" {distort, reach+}
150250 | Zig:17   | Identified the ring of the Threshing Gods {rPois rN+ Dex+3
                  | Slay+3}
150260 | Zig:17   | Identified the +4 arbalest "Bemanyi" {flame, Contam rElec
                  | Str-3 Dex+8}
150265 | Zig:17   | Identified the +8 whip "Quoc Kod" {elec, rPois rC- Str+9}
150281 | Zig:17   | Identified the staff "Acseaw" {Dex+3 Conj}
150285 | Zig:17   | Identified the +10 flail of Cabuydus {elec, rF++}
150361 | Zig:18   | Entered Level 18 of a ziggurat
150369 | Zig:18   | Noticed a juggernaut
150374 | Zig:18   | Noticed a juggernaut
150374 | Zig:18   | Killed a juggernaut
150376 | Zig:18   | Noticed a juggernaut
150376 | Zig:18   | Killed a juggernaut
150380 | Zig:18   | Killed a juggernaut
150419 | Zig:18   | Identified the +10 battleaxe "Cycuray" {flame, rC+ SInv}
150420 | Zig:18   | Identified the +5 scimitar of Cekuceagh {flame, rPois Int-4
                  | Dex+3}
150424 | Zig:18   | Identified the +0 orcbow of the Heavens {freeze, rElec rC+
                  | rN+ Dex-5}
150427 | Zig:18   | Identified the ring "Gykeick" {Wiz rPois}
150578 | Zig:19   | Entered Level 19 of a ziggurat
150590 | Zig:19   | Noticed a dread lich
150591 | Zig:19   | Noticed an ancient lich
150591 | Zig:19   | Noticed a dread lich
150593 | Zig:19   | Noticed a dread lich
150594 | Zig:19   | Noticed a dread lich
150594 | Zig:19   | Killed a dread lich
150594 | Zig:19   | Killed a dread lich
150594 | Zig:19   | Killed an ancient lich
150595 | Zig:19   | Reached skill level 27 in Axes
150595 | Zig:19   | Noticed a dread lich
150595 | Zig:19   | Noticed a dread lich
150595 | Zig:19   | Noticed an ancient lich
150596 | Zig:19   | Killed a dread lich
150596 | Zig:19   | Noticed a dread lich
150597 | Zig:19   | Reached skill level 10 in Hexes
150597 | Zig:19   | Killed an ancient lich
150597 | Zig:19   | Killed a dread lich
150597 | Zig:19   | Killed a dread lich
150597 | Zig:19   | Killed a dread lich
150599 | Zig:19   | Found the +3 Mad Mage's Maulers {Infuse+∞ VampMP -Cast}
150604 | Zig:19   | Killed a dread lich
150630 | Zig:19   | Found the +10 zealot's sword {holy, Zealotry, *Rage rN+
                  | EV+3}
150636 | Zig:19   | Identified the staff "Eploheet" {rN+ Dex+7 Necro}
150643 | Zig:19   | Identified the amulet "Jimmead" {Spirit +Inv rF++ Dex+2}
150685 | Zig:19   | Identified the +9 ring mail "Bados" {Rampage rC- Stlth+}
150772 | Zig:19   | Acquired 716 gold pieces
150784 | Zig:20   | Entered Level 20 of a ziggurat
150798 | Zig:20   | Reached skill level 15 in Hexes
150864 | Zig:20   | Identified the +1 sling of Tartarus {speed, MP+9}
150869 | Zig:20   | Identified the staff "Raniseir" {rC++ rN+ rCorr Dex+3
                  | Stlth+ Necro}
150870 | Zig:20   | Identified the +2 quarterstaff of Ycresch {drain, Fragile
                  | Dex+4}
150878 | Zig:20   | Identified the amulet "Tuomn" {Acrobat rElec rCorr Str-5}
150886 | Zig:20   | Identified the ring of Cukhlot {rPois Dex+6}
150965 | Zig:21   | Entered Level 21 of a ziggurat
151011 | Zig:21   | Identified the staff "Asma" {rPois rF+ rC+ Int+3 Dex-2
                  | Fire}
151022 | Zig:21   | Identified the +6 hand axe "Hoheomni" {holy, rElec rPois
                  | Str+3 Int-4}
151024 | Zig:21   | Identified the ring of the Final Decision {Ice rPois Slay+5
                  | Stlth+}
151122 | Zig:22   | Entered Level 22 of a ziggurat
151176 | Zig:22   | Found the amulet of the Air {Inacc Air Fly rElec RMsl}
151299 | Zig:22   | Identified the amulet of Lies {RegenMP Str-3 Int+6}
151306 | Zig:22   | Identified the ring of Kula {rC+ rCorr Str+6 Int-4}
151312 | Zig:22   | Identified the ring "Xidigasu" {Fly Int-4 Dex+4 Stlth+}
151439 | Zig:23   | Entered Level 23 of a ziggurat
151456 | Zig:23   | Noticed a juggernaut
151457 | Zig:23   | Noticed a juggernaut
151457 | Zig:23   | Noticed a juggernaut
151457 | Zig:23   | Noticed a juggernaut
151457 | Zig:23   | Noticed a juggernaut
151458 | Zig:23   | Noticed a juggernaut
151459 | Zig:23   | Noticed a juggernaut
151459 | Zig:23   | Noticed a juggernaut
151460 | Zig:23   | Noticed a juggernaut
151460 | Zig:23   | Noticed a juggernaut
151461 | Zig:23   | Noticed a juggernaut
151461 | Zig:23   | Killed a juggernaut
151461 | Zig:23   | Killed a juggernaut
151461 | Zig:23   | Killed a juggernaut
151461 | Zig:23   | Killed a juggernaut
151461 | Zig:23   | Killed a juggernaut
151461 | Zig:23   | Killed a juggernaut
151461 | Zig:23   | Killed a juggernaut
151461 | Zig:23   | Killed a juggernaut
151461 | Zig:23   | Noticed a juggernaut
151461 | Zig:23   | Noticed a juggernaut
151462 | Zig:23   | Killed a juggernaut
151462 | Zig:23   | Killed a juggernaut
151463 | Zig:23   | Reached skill level 27 in Hexes
151463 | Zig:23   | Reached skill level 5 in Translocations
151463 | Zig:23   | Noticed a juggernaut
151463 | Zig:23   | Killed a juggernaut
151463 | Zig:23   | Killed a juggernaut
151464 | Zig:23   | Noticed a juggernaut
151465 | Zig:23   | Killed a juggernaut
151466 | Zig:23   | Killed a juggernaut
151466 | Zig:23   | Killed a juggernaut
151553 | Zig:23   | Identified the +8 shortbow "Bucecw" {flame, Fly rC+ SInv
                  | Stlth-}
151555 | Zig:23   | Identified the ring "Yqias" {Fly rElec rF++ Dex-2}
151561 | Zig:23   | Identified the +2 dagger of Niho {pain, rF+ rN+ Will+}
151565 | Zig:23   | Identified the ring "Quhodiw" {rPois rCorr MP+9}
151574 | Zig:23   | Identified the +2 sling of Hozahi {speed, rPois rC+++ MP-9
                  | Int-5}
151579 | Zig:23   | Identified the +0 robe of Wamanoaq {rPois rC+ rN+ Dex-2}
151680 | Zig:24   | Entered Level 24 of a ziggurat
151698 | Zig:24   | Reached skill level 15 in Translocations
151722 | Zig:24   | Found the +7 mace of Variability {chaos, chaos arc}
151814 | Zig:24   | Identified the scarf of Proximity {rC+ rF+, Rampage Dex+3}
151820 | Zig:24   | Identified the ring "Zodey" {Fly rPois Str+4 Int-3}
151867 | Zig:24   | Identified the +0 scale mail "Ryicuare" {Will+ rCorr
                  | Slay+5}
151969 | Zig:24   | Acquired 952 gold pieces
151990 | Zig:25   | Entered Level 25 of a ziggurat
152171 | Zig:25   | Identified the +10 great sword of Evolution {protect, Fly
                  | rPois rC+ Dex+5}
152175 | Zig:25   | Identified the ring of Dulase {*Slow Will+ AC+4 Stlth+}
152180 | Zig:25   | Identified the +1 hand axe of Etty {freeze, rF+ Will+
                  | Dex+3}
152181 | Zig:25   | Identified the +2 spear of Fusmeerph {holy, rElec rN+}
152348 | Zig:26   | Entered Level 26 of a ziggurat
152425 | Zig:26   | Found the +10 dark maul {heavy}
152425 | Zig:26   | Found the +7 Spriggan's Knife {stab, EV+4 Stlth+}
152429 | Zig:26   | Identified the +0 dire flail "Voonapnu" {freeze, Dex+6}
152529 | Zig:26   | Identified the +8 executioner's axe "Tormentor" {flame, rN+
                  | Int+3}
152530 | Zig:26   | Identified the staff of Obsession {rC+ MP+9 Conj}
152533 | Zig:26   | Identified the +9 dagger "Giantbane" {speed, rN+ Dex-3
                  | Stlth+}
152537 | Zig:26   | Identified the +1 leather armour of the Land of Plenty
                  | {Harm Rampage Fly}
152542 | Zig:26   | Identified the staff "Ecealok" {rF+ SInv Conj}
152544 | Zig:26   | Identified the +0 ring mail of Lust {+Inv rPois}
152545 | Zig:26   | Identified the ring of Hodavio {Fire +Blink rElec Will+
                  | Int-2}
152549 | Zig:26   | Identified the +9 triple sword of the Muttering Gods
                  | {protect, Int+3}
152553 | Zig:26   | Identified the +6 scimitar "Keihil" {flame, Fragile rPois
                  | Int+6}
152567 | Zig:26   | Identified the amulet "Cyt Kuib" {rElec Regen+ MP+9}
152569 | Zig:26   | Identified the +3 ring mail of Icviz {Regen+ Str+4}
152686 | Zig:27   | Entered Level 27 of a ziggurat
152709 | Zig:27   | Reached skill level 27 in Translocations
152710 | Zig:27   | Reached skill level 1 in Polearms
152710 | Zig:27   | Reached skill level 1 in Ranged Weapons
152710 | Zig:27   | Reached skill level 1 in Unarmed Combat
152715 | Zig:27   | Reached skill level 5 in Short Blades
152715 | Zig:27   | Reached skill level 5 in Long Blades
152715 | Zig:27   | Reached skill level 10 in Maces & Flails
152715 | Zig:27   | Reached skill level 5 in Summonings
152716 | Zig:27   | Reached skill level 5 in Ranged Weapons
152716 | Zig:27   | Reached skill level 5 in Poison Magic
152720 | Zig:27   | Found the +10 Black Knight's barding {ponderous, rPois rN+}
152726 | Zig:27   | Found the ring of the Mage {Wiz Archmagi}
152731 | Zig:27   | Identified the ring of the Duchess {rC+ AC+4}
152759 | Zig:27   | Identified the +8 flail "Demonbane" {freeze, Drain rF+++
                  | rCorr Stlth-}
152764 | Zig:27   | Identified the +0 pair of boots "Unnid" {rCorr Int+3 Dex-2
                  | Slay+5}
152768 | Zig:27   | Identified the +0 plate armour "Remob" {Contam Rampage
                  | Will++ Str+3}
152771 | Zig:27   | Identified the staff "Bonutavank" {rF+ MP+9 Fire}
152773 | Zig:27   | Identified the +6 hand axe of a Gauntlet {heavy, rPois
                  | rN+++ Will-}
152774 | Zig:27   | Identified the +7 halberd "Nynou" {protect, +Blink}
152776 | Zig:27   | Identified the ring "Qeideotu" {Fly rN+ Str+6 Dex+9 Slay-2}
153244 | D:7      | Fell from the grace of Vehumet
153245 | D:7      | Became a worshipper of Gozag Ym Sagoz the Greedy
153557 | Depths:3 | Reached skill level 5 in Polearms
153557 | Depths:3 | Reached skill level 5 in Unarmed Combat
153820 | Vaults:3 | Bought a tin of tremorstones (2/2) for 560 gold pieces
154079 | Zig:1    | Entered Level 1 of a ziggurat
154079 | Zig:1    | Noticed Medghayde the pandemonium lord
154082 | Zig:1    | Killed Medghayde the pandemonium lord
154112 | Zig:2    | Entered Level 2 of a ziggurat
154112 | Zig:2    | Noticed Cocset the pandemonium lord
154115 | Zig:2    | Killed Cocset the pandemonium lord
154231 | Zig:3    | Entered Level 3 of a ziggurat
154288 | Zig:3    | Identified the +2 morningstar "Beitoos" {protect, rC++}
154342 | Zig:4    | Entered Level 4 of a ziggurat
154443 | Zig:4    | Identified the staff of a bazaar {rF- Dex+6 SInv Stlth+
                  | Conj}
154500 | Zig:5    | Entered Level 5 of a ziggurat
154509 | Zig:5    | Reached skill level 10 in Summonings
154647 | Zig:5    | Acquired the scarf "Ineutidi" {shadows, Fly Int+3 Dex+3}
154651 | Zig:6    | Entered Level 6 of a ziggurat
154659 | Zig:6    | Reached skill level 10 in Short Blades
154659 | Zig:6    | Reached skill level 10 in Long Blades
154660 | Zig:6    | Found the +6 arbalest "Damnation" {damnation}
154883 | Zig:6    | Identified the ring "Uphol" {rF+ Slay+2}
154893 | Zig:6    | Identified the +2 ring mail "Rounyemi" {rElec}
154917 | Zig:6    | Acquired 614 gold pieces
154928 | Zig:7    | Entered Level 7 of a ziggurat
154931 | Zig:7    | Noticed Ecosepp the pandemonium lord
154933 | Zig:7    | Reached skill level 10 in Ranged Weapons
154933 | Zig:7    | Killed Ecosepp the pandemonium lord
154934 | Zig:7    | Noticed Faerilui the pandemonium lord
154935 | Zig:7    | Noticed Tigif the pandemonium lord
154939 | Zig:7    | Killed Faerilui the pandemonium lord
154940 | Zig:7    | Killed Tigif the pandemonium lord
155059 | Zig:7    | Identified the +3 scimitar "Kiokyeb" {flame, *Corrode rC+
                  | Str+4 Int+3}
155061 | Zig:7    | Identified the +5 scimitar of Turmoil {freeze, Dex+2 SInv}
155122 | Zig:8    | Entered Level 8 of a ziggurat
155125 | Zig:8    | Noticed a royal mummy
155125 | Zig:8    | Noticed a royal mummy
155125 | Zig:8    | Noticed a royal mummy
155126 | Zig:8    | Noticed a royal mummy
155127 | Zig:8    | Noticed a royal mummy
155129 | Zig:8    | Killed a royal mummy
155129 | Zig:8    | Killed a royal mummy
155130 | Zig:8    | Killed a royal mummy
155130 | Zig:8    | Killed a royal mummy
155130 | Zig:8    | Killed a royal mummy
155132 | Zig:8    | Noticed a royal mummy
155132 | Zig:8    | Noticed a royal mummy
155133 | Zig:8    | Noticed a royal mummy
155133 | Zig:8    | Noticed a royal mummy
155135 | Zig:8    | Killed a royal mummy
155135 | Zig:8    | Killed a royal mummy
155136 | Zig:8    | Reached skill level 10 in Unarmed Combat
155136 | Zig:8    | Killed a royal mummy
155136 | Zig:8    | Killed a royal mummy
155318 | Zig:9    | Entered Level 9 of a ziggurat
155334 | Zig:9    | Reached skill level 15 in Maces & Flails
155368 | Zig:9    | Identified the +2 shortbow of Tenacity {heavy, rF+ MP+9
                  | Dex+3 Stlth+}
155387 | Zig:9    | Identified the ring of Fobot {rC++ Int+6}
155416 | Zig:9    | Identified the +5 spear of Kiezuv {freeze, rF+ Str+4 Int+3
                  | Dex-4}
155448 | Zig:9    | Identified the +2 helmet "Uwka" {Int+2 SInv}
155516 | Zig:9    | Upgraded the game from 0.31-a0-271-gb88eb75e06 to
                  | 0.31-a0-300-g4ac5daa9c1
155523 | Zig:10   | Entered Level 10 of a ziggurat
155535 | Zig:10   | Reached skill level 10 in Poison Magic
155540 | Zig:10   | Found the amulet of Elemental Vulnerability {rPois rF--
                  | rC-- AC+8}
155804 | Zig:10   | Identified the +1 arbalest of Fresh Action {elec, rF+}
155834 | Zig:11   | Entered Level 11 of a ziggurat
155848 | Zig:11   | Found the +9 staff of Olgreb {rPois∞}
155916 | Zig:11   | Identified the staff "Doifit" {rElec rF+ rC- Dex-4 SInv
                  | Fire}
155921 | Zig:11   | Identified the +2 ring mail of the Harvest {Slay+4}
155922 | Zig:11   | Identified the staff of Light {+Blink rF+++ rCorr Stlth-
                  | Conj}
156178 | Zig:12   | Entered Level 12 of a ziggurat
156191 | Zig:12   | Reached skill level 10 in Polearms
156191 | Zig:12   | Found the +16 obsidian axe {drain, demonic, Mesm Drain Fly
                  | SInv}
156193 | Zig:12   | Found the +27 heavy crossbow "Sniper" {heavy, Acc+∞ SInv}
156194 | Zig:12   | Found the +8 trishula "Condemnation" {holy, anguish, *Noise
                  | Fly rN+}
156374 | Zig:12   | Identified the staff of Disarray {Fragile rPois Dex+4
                  | Poison}
156393 | Zig:12   | Identified the staff "Xiagil Amp" {rElec rPois Str+3
                  | Poison}
156401 | Zig:12   | Identified the ring of the Tempest {rF+ Will- rCorr SInv}
156413 | Zig:12   | Identified the staff of Royalism {rN+ Str+3 Int+2 Dex+2
                  | Necro}
156414 | Zig:12   | Identified the +2 orcbow "Apniaw" {freeze, rPois rN++ MP-9
                  | Dex-2}
156456 | Zig:12   | Identified the ring of Ninweiwar {rN+ Will+ Int+4 SInv
                  | Stlth-}
156520 | Zig:13   | Entered Level 13 of a ziggurat
156538 | Zig:13   | Reached skill level 15 in Short Blades
156538 | Zig:13   | Reached skill level 15 in Long Blades
156658 | Zig:13   | Identified the ring of Esea {Fire Dex+4}
156681 | Zig:13   | Identified the +5 mace of Daloodat {venom, Str+2 SInv}
156863 | Zig:14   | Entered Level 14 of a ziggurat
156882 | Zig:14   | Reached skill level 15 in Ranged Weapons
157155 | Zig:14   | Identified the amulet "Zaveh" {Acrobat Harm Stlth+}
157174 | Zig:14   | Identified the +1 pair of boots "Hiwo" {Dex+4}
157238 | Zig:14   | Identified the staff "Hiudi" {Will+ Conj}
157277 | Zig:15   | Entered Level 15 of a ziggurat
157285 | Zig:15   | Noticed a dread lich
157285 | Zig:15   | Noticed a dread lich
157286 | Zig:15   | Noticed an ancient lich
157286 | Zig:15   | Noticed a dread lich
157291 | Zig:15   | Reached skill level 15 in Summonings
157291 | Zig:15   | Noticed an ancient lich
157291 | Zig:15   | Noticed an ancient lich
157291 | Zig:15   | Killed a dread lich
157291 | Zig:15   | Killed an ancient lich
157292 | Zig:15   | Killed a dread lich
157292 | Zig:15   | Killed a dread lich
157292 | Zig:15   | Noticed a dread lich
157293 | Zig:15   | Noticed an ancient lich
157293 | Zig:15   | Noticed a dread lich
157293 | Zig:15   | Noticed an ancient lich
157295 | Zig:15   | Noticed an ancient lich
157295 | Zig:15   | Killed an ancient lich
157296 | Zig:15   | Killed an ancient lich
157296 | Zig:15   | Killed an ancient lich
157296 | Zig:15   | Killed a dread lich
157296 | Zig:15   | Killed an ancient lich
157297 | Zig:15   | Killed an ancient lich
157297 | Zig:15   | Killed a dread lich
157298 | Zig:15   | Noticed an ancient lich
157301 | Zig:15   | Killed an ancient lich
157386 | Zig:15   | Identified the +3 chain mail of Tupeshog {rElec rN+ Will-
                  | Str+3}
157462 | Zig:15   | Identified the +1 pair of boots of Ignis's Vengeance
                  | {+Blink rF+}
157467 | Zig:15   | Identified the staff "Daugredexy" {rF+ Str-2 SInv Conj
                  | Earth}
157476 | Zig:15   | Identified the +9 broad axe of Intuition {vamp, rC+ Dex+3
                  | Stlth+}
157570 | Zig:15   | Identified the +1 hat "Mul Wibu" {-Cast rF++ rCorr Stlth+}
157629 | Zig:16   | Entered Level 16 of a ziggurat
157642 | Zig:16   | Reached skill level 15 in Unarmed Combat
157948 | Zig:16   | Identified the +0 ring mail of the Black Moon {rF+ Dex-2
                  | SInv}
157983 | Zig:16   | Identified the +1 ring mail "Teigalyp" {rPois Will+ Slay-5}
157987 | Zig:16   | Identified the +2 morningstar "Sarcophage" {freeze, rF+}
158059 | Zig:17   | Entered Level 17 of a ziggurat
158082 | Zig:17   | Noticed Deireel the pandemonium lord
158084 | Zig:17   | Killed Deireel the pandemonium lord
158106 | Zig:17   | Found the +3 greatsling "Punk" {acid, rCorr}
158448 | Zig:17   | Identified the ring of the Battered Teeth {rCorr MP+9}
158488 | Zig:18   | Entered Level 18 of a ziggurat
158491 | Zig:18   | Noticed a dread lich
158500 | Zig:18   | Killed a dread lich
158501 | Zig:18   | Noticed an ancient lich
158501 | Zig:18   | Noticed a dread lich
158502 | Zig:18   | Killed an ancient lich
158502 | Zig:18   | Noticed a dread lich
158506 | Zig:18   | Killed a dread lich
158506 | Zig:18   | Killed a dread lich
158528 | Zig:18   | Reached skill level 15 in Poison Magic
158935 | Zig:18   | Was forgiven by Vehumet
159068 | Zig:18   | Identified the ring of Gucveg {Fire rElec Int+2}
159076 | Zig:18   | Found the +11 Singing Sword {sonic wave}
159079 | Zig:18   | Identified the ring "Pimnym" {rPois rF+ rC+ rCorr}
159086 | Zig:18   | Identified the amulet "Ruefeodduo" {Acrobat rCorr Str-3
                  | Int-5 SInv}
159088 | Zig:18   | Identified the +6 quarterstaff of the Kissing Gods {spect,
                  | rElec rN+ Int+4}
159092 | Zig:18   | Identified the amulet of Youthful Indiscretion {Spirit
                  | rC+++ Str-5 Int+3}
159100 | Zig:18   | Identified the +0 ring mail of Guseuh {rN++ Int+5 Dex-3}
159114 | Zig:18   | Identified the +5 leather armour of Proximity {Fly rC+}
159170 | Zig:18   | Acquired 720 gold pieces
159175 | Zig:18   | Acquired 455 gold pieces
159188 | Zig:18   | Reached skill level 15 in Polearms
159201 | Zig:19   | Entered Level 19 of a ziggurat
159208 | Zig:19   | Noticed an orb of fire
159208 | Zig:19   | Noticed an orb of fire
159216 | Zig:19   | Noticed an orb of fire
159218 | Zig:19   | Noticed an orb of fire
159218 | Zig:19   | Noticed an orb of fire
159219 | Zig:19   | Noticed an orb of fire
159219 | Zig:19   | Noticed an orb of fire
159220 | Zig:19   | Killed an orb of fire
159220 | Zig:19   | Killed an orb of fire
159220 | Zig:19   | Killed an orb of fire
159222 | Zig:19   | Killed an orb of fire
159222 | Zig:19   | Noticed an orb of fire
159223 | Zig:19   | Killed an orb of fire
159223 | Zig:19   | Killed an orb of fire
159223 | Zig:19   | Noticed an orb of fire
159223 | Zig:19   | Noticed an orb of fire
159226 | Zig:19   | Killed an orb of fire
159228 | Zig:19   | Killed an orb of fire
159230 | Zig:19   | Killed an orb of fire
159231 | Zig:19   | Noticed an orb of fire
159231 | Zig:19   | Noticed an orb of fire
159233 | Zig:19   | Killed an orb of fire
159233 | Zig:19   | Noticed an orb of fire
159236 | Zig:19   | Killed an orb of fire
159236 | Zig:19   | Noticed an orb of fire
159239 | Zig:19   | Killed an orb of fire
159240 | Zig:19   | Noticed an orb of fire
159240 | Zig:19   | Noticed an orb of fire
159240 | Zig:19   | Noticed an orb of fire
159241 | Zig:19   | Killed an orb of fire
159242 | Zig:19   | Noticed an orb of fire
159244 | Zig:19   | Killed an orb of fire
159245 | Zig:19   | Noticed an orb of fire
159245 | Zig:19   | Noticed an orb of fire
159246 | Zig:19   | Noticed an orb of fire
159248 | Zig:19   | Killed an orb of fire
159248 | Zig:19   | Killed an orb of fire
159248 | Zig:19   | Killed an orb of fire
159249 | Zig:19   | Noticed an orb of fire
159250 | Zig:19   | Killed an orb of fire
159251 | Zig:19   | Killed an orb of fire
159255 | Zig:19   | Killed an orb of fire
159256 | Zig:19   | Killed an orb of fire
159262 | Zig:19   | Killed an orb of fire
159265 | Zig:19   | Found the +2 Maxwell's thermic engine {flame, freeze, rev}
159475 | Zig:19   | Identified the staff "Foted" {rPois Will- Str+2 SInv Earth}
159484 | Zig:19   | Identified the ring "Unarequmn" {rCorr Dex+2}
159715 | Zig:19   | Acquired 407 gold pieces
159717 | Zig:19   | Acquired 679 gold pieces
159718 | Zig:19   | Acquired 769 gold pieces
159730 | Zig:20   | Entered Level 20 of a ziggurat
160108 | Zig:20   | Identified the +1 mace "Meicsovi" {speed, Will++ rCorr
                  | Int+4}
160155 | Zig:20   | Identified the +4 trident of Quick Death {heavy, *Rage
                  | Int+9}
160161 | Zig:20   | Identified the +5 hand axe of Makhleb, Lusting {elec,
                  | Will++ Int+3 SInv}
160247 | Zig:21   | Entered Level 21 of a ziggurat
160274 | Zig:21   | Found the +6 lightning scales {swift, rElec}
160636 | Zig:21   | Identified the +6 trident of Irksome Indomitability {pain,
                  | rN+}
160675 | Zig:22   | Entered Level 22 of a ziggurat
160988 | Zig:22   | Identified the ring of the Solemn God {Fire rN+++ Str-4
                  | Int+3}
160994 | Zig:22   | Identified the ring "Uliod" {rC+ Dex+2 Slay+3 Stlth+}
161054 | Zig:22   | Identified the +6 long sword "Riucs" {drain, Stlth+}
161066 | Zig:22   | Identified the +6 trident "Ugiyneuc" {speed, *Noise rPois
                  | Str+6}
161090 | Zig:22   | Identified the ring "Eskeulla" {rC+ Int+6 Dex+5}
161108 | Zig:22   | Identified the +3 halberd "Sismeemo" {pain, rElec}
161112 | Zig:22   | Identified the +8 dagger of the Distant Future {elec, *Rage
                  | rC++ Str+2}
161118 | Zig:22   | Identified the +5 quarterstaff of Slow Death {elec, Int+2}
161123 | Zig:22   | Identified the ring "Qipisiov" {Dex+4 SInv}
161252 | Zig:23   | Entered Level 23 of a ziggurat
161286 | Zig:23   | Found the ring of the Tortoise {AC+8}
161287 | Zig:23   | Found the -2 hat of the Alchemist {rElec rPois rF+ rC+ rN+
                  | Will+ rMut rCorr}
161539 | Zig:23   | Identified the ring "Zubot" {rC+++ rCorr Str+3 Int-3 SInv}
161543 | Zig:23   | Identified the staff "Iduabrism" {rF+ Earth}
161546 | Zig:23   | Identified the +4 leather armour of Koake {rF+ Int+4}
161547 | Zig:23   | Identified the +8 hand axe of Responsibility {freeze, Str+2
                  | Dex+3}
161555 | Zig:23   | Identified the ring of Xom's Bemusement {Wiz Contam rPois
                  | rN+}
161889 | Zig:24   | Entered Level 24 of a ziggurat
161900 | Zig:24   | Noticed a juggernaut
161902 | Zig:24   | Noticed a juggernaut
161902 | Zig:24   | Noticed a juggernaut
161902 | Zig:24   | Noticed a juggernaut
161903 | Zig:24   | Noticed a juggernaut
161906 | Zig:24   | Noticed a juggernaut
161907 | Zig:24   | Noticed a juggernaut
161907 | Zig:24   | Noticed a juggernaut
161908 | Zig:24   | Killed a juggernaut
161908 | Zig:24   | Killed a juggernaut
161909 | Zig:24   | Noticed a juggernaut
161909 | Zig:24   | Killed a juggernaut
161909 | Zig:24   | Killed a juggernaut
161910 | Zig:24   | Noticed a juggernaut
161910 | Zig:24   | Noticed a juggernaut
161910 | Zig:24   | Killed a juggernaut
161910 | Zig:24   | Noticed a juggernaut
161910 | Zig:24   | Noticed a juggernaut
161911 | Zig:24   | Noticed a juggernaut
161911 | Zig:24   | Noticed a juggernaut
161911 | Zig:24   | Noticed a juggernaut
161911 | Zig:24   | Noticed a juggernaut
161911 | Zig:24   | Noticed a juggernaut
161911 | Zig:24   | Noticed a juggernaut
161912 | Zig:24   | Noticed a juggernaut
161912 | Zig:24   | Killed a juggernaut
161912 | Zig:24   | Killed a juggernaut
161913 | Zig:24   | Noticed a juggernaut
161913 | Zig:24   | Killed a juggernaut
161914 | Zig:24   | Noticed a juggernaut
161915 | Zig:24   | Noticed a juggernaut
161915 | Zig:24   | Killed a juggernaut
161915 | Zig:24   | Killed a juggernaut
161915 | Zig:24   | Killed a juggernaut
161915 | Zig:24   | Killed a juggernaut
161915 | Zig:24   | Killed a juggernaut
161915 | Zig:24   | Killed a juggernaut
161915 | Zig:24   | Killed a juggernaut
161915 | Zig:24   | Killed a juggernaut
161915 | Zig:24   | Killed a juggernaut
161915 | Zig:24   | Killed a juggernaut
161915 | Zig:24   | Killed a juggernaut
161915 | Zig:24   | Noticed a juggernaut
161916 | Zig:24   | Killed a juggernaut
161916 | Zig:24   | Killed a juggernaut
161916 | Zig:24   | Killed a juggernaut
161916 | Zig:24   | Killed a juggernaut
161916 | Zig:24   | Killed a juggernaut
162236 | Zig:24   | Identified the +1 long sword "Pippow" {protect, Int+4}
162275 | Zig:24   | Identified the staff "Lykhue" {Fly rF+ Str-4 Int+3 Fire}
162276 | Zig:24   | Identified the ring "Luror Naips" {SInv Stlth+}
162285 | Zig:24   | Identified the ring "Qeso" {rCorr SInv}
162374 | Zig:25   | Entered Level 25 of a ziggurat
162410 | Zig:25   | Found the dreamshard necklace {Acrobat *Dream}
162420 | Zig:25   | Identified the +4 cloak of Forking Paths {rC+ rCorr}
162562 | Zig:25   | Identified the staff of the Trees {rF+ Dex+2 Fire}
162594 | Zig:25   | Identified the +8 trident of Hiujo {flame, rElec Dex+3}
162674 | Zig:25   | Identified the ring "Wastrough" {Ice Drain rN+ Int+5}
163000 | Zig:26   | Entered Level 26 of a ziggurat
163018 | Zig:26   | Noticed a dread lich
163020 | Zig:26   | Killed a dread lich
163451 | Zig:26   | Identified the +8 trident "Tormentor" {venom, rElec MP+9}
163456 | Zig:26   | Identified the +2 rapier "Sois" {freeze, *Noise rCorr
                  | Stlth+}
163468 | Zig:26   | Identified the ring "Lemicud" {rN+ Will+ Str+6 Dex+2}
163470 | Zig:26   | Identified the +5 morningstar "Qufieg" {holy, rCorr Stlth+}
163474 | Zig:26   | Identified the +5 mace of Conflict {freeze, rC+ MP-9 SInv}
163607 | Zig:27   | Entered Level 27 of a ziggurat
163624 | Zig:27   | Noticed a dread lich
163624 | Zig:27   | Noticed a dread lich
163625 | Zig:27   | Noticed a dread lich
163627 | Zig:27   | Noticed an ancient lich
163630 | Zig:27   | Noticed a dread lich
163631 | Zig:27   | Noticed an ancient lich
163631 | Zig:27   | Noticed a dread lich
163631 | Zig:27   | Noticed a dread lich
163632 | Zig:27   | Noticed a dread lich
163633 | Zig:27   | Noticed a dread lich
163633 | Zig:27   | Noticed a dread lich
163633 | Zig:27   | Noticed an ancient lich
163633 | Zig:27   | Killed a dread lich
163634 | Zig:27   | Noticed a dread lich
163634 | Zig:27   | Noticed a dread lich
163634 | Zig:27   | Noticed an ancient lich
163634 | Zig:27   | Killed a dread lich
163634 | Zig:27   | Killed a dread lich
163635 | Zig:27   | Noticed an ancient lich
163635 | Zig:27   | Noticed a dread lich
163635 | Zig:27   | Noticed an ancient lich
163635 | Zig:27   | Noticed a dread lich
163635 | Zig:27   | Noticed a dread lich
163635 | Zig:27   | Noticed an ancient lich
163635 | Zig:27   | Killed a dread lich
163635 | Zig:27   | Noticed an ancient lich
163636 | Zig:27   | Noticed an ancient lich
163637 | Zig:27   | Killed an ancient lich
163637 | Zig:27   | Killed a dread lich
163637 | Zig:27   | Killed an ancient lich
163637 | Zig:27   | Killed a dread lich
163637 | Zig:27   | Killed a dread lich
163637 | Zig:27   | Killed a dread lich
163637 | Zig:27   | Killed a dread lich
163637 | Zig:27   | Killed a dread lich
163637 | Zig:27   | Killed an ancient lich
163637 | Zig:27   | Killed an ancient lich
163638 | Zig:27   | Killed a dread lich
163638 | Zig:27   | Killed an ancient lich
163638 | Zig:27   | Killed a dread lich
163638 | Zig:27   | Killed an ancient lich
163638 | Zig:27   | Killed an ancient lich
163638 | Zig:27   | Killed an ancient lich
163638 | Zig:27   | Killed a dread lich
163638 | Zig:27   | Killed a dread lich
163638 | Zig:27   | Killed an ancient lich
163638 | Zig:27   | Noticed a dread lich
163638 | Zig:27   | Noticed a dread lich
163638 | Zig:27   | Noticed an ancient lich
163639 | Zig:27   | Noticed an ancient lich
163640 | Zig:27   | Noticed an ancient lich
163640 | Zig:27   | Noticed an ancient lich
163641 | Zig:27   | Noticed an ancient lich
163641 | Zig:27   | Noticed an ancient lich
163643 | Zig:27   | Noticed a dread lich
163643 | Zig:27   | Found the +3 hat of Pondering {ponderous, Will+ MP+10
                  | Int+5}
163643 | Zig:27   | Noticed an ancient lich
163644 | Zig:27   | Found the amulet of the Four Winds {rN+ Will+++ Clar}
163644 | Zig:27   | Killed a dread lich
163644 | Zig:27   | Noticed a dread lich
163645 | Zig:27   | Found the +13 scythe of Curses {drain, curses, Drain}
163645 | Zig:27   | Killed an ancient lich
163646 | Zig:27   | Killed a dread lich
163647 | Zig:27   | Killed an ancient lich
163648 | Zig:27   | Killed an ancient lich
163648 | Zig:27   | Killed an ancient lich
163648 | Zig:27   | Killed an ancient lich
163648 | Zig:27   | Killed a dread lich
163648 | Zig:27   | Killed an ancient lich
163648 | Zig:27   | Killed an ancient lich
163649 | Zig:27   | Killed a dread lich
163791 | Zig:27   | Identified the +6 shortbow "Worm's Wrath" {flame, rC+ Str+2
                  | Int-3}
163792 | Zig:27   | Identified the +0 scale mail "Feig" {rC+}
163846 | Zig:27   | Identified the +2 orcbow "Trog's Wrath" {freeze, +Blink
                  | Stlth+}
163848 | Zig:27   | Identified the +2 flail "Nodio" {venom, rN+}
163850 | Zig:27   | Identified the +0 ring mail of Nanlymec {rC+}
163857 | Zig:27   | Identified the ring of Xaexki {rPois rF++}
164271 | Zig:1    | Entered Level 1 of a ziggurat
164272 | Zig:1    | Noticed an ancient lich
164276 | Zig:1    | Killed an ancient lich
164356 | Zig:2    | Entered Level 2 of a ziggurat
164465 | Zig:3    | Entered Level 3 of a ziggurat
164615 | Zig:4    | Entered Level 4 of a ziggurat
164806 | Zig:5    | Entered Level 5 of a ziggurat
164807 | Zig:5    | Noticed a dread lich
164808 | Zig:5    | Noticed a dread lich
164808 | Zig:5    | Noticed an ancient lich
164808 | Zig:5    | Noticed a dread lich
164808 | Zig:5    | Noticed a dread lich
164809 | Zig:5    | Noticed an ancient lich
164811 | Zig:5    | Noticed an ancient lich
164812 | Zig:5    | Noticed an ancient lich
164813 | Zig:5    | Killed a dread lich
164814 | Zig:5    | Killed a dread lich
164815 | Zig:5    | Killed an ancient lich
164815 | Zig:5    | Killed a dread lich
164815 | Zig:5    | Killed an ancient lich
164815 | Zig:5    | Killed a dread lich
164815 | Zig:5    | Killed an ancient lich
164816 | Zig:5    | Killed an ancient lich
164905 | Zig:5    | Identified the +4 plate armour of Activism {+Inv rF+ rN+
                  | Stlth-}
164920 | Zig:5    | Identified the +6 long sword "Saokhlen" {drain, rF- rC++
                  | Str+3}
164937 | Zig:6    | Entered Level 6 of a ziggurat
164940 | Zig:6    | Noticed a juggernaut
164941 | Zig:6    | Noticed a juggernaut
164941 | Zig:6    | Noticed a juggernaut
164941 | Zig:6    | Noticed a juggernaut
164941 | Zig:6    | Noticed a juggernaut
164942 | Zig:6    | Noticed a juggernaut
164943 | Zig:6    | Noticed a juggernaut
164946 | Zig:6    | Noticed a juggernaut
164947 | Zig:6    | Killed a juggernaut
164947 | Zig:6    | Killed a juggernaut
164947 | Zig:6    | Killed a juggernaut
164947 | Zig:6    | Killed a juggernaut
164947 | Zig:6    | Killed a juggernaut
164949 | Zig:6    | Killed a juggernaut
164949 | Zig:6    | Killed a juggernaut
164950 | Zig:6    | Killed a juggernaut
165107 | Zig:6    | Identified the ring of Kifo {rPois Str+5 Dex+2}
165109 | Zig:6    | Identified the staff of Magnificence {Drain rC+ Will++
                  | rCorr Dex+2 Ice}
165132 | Zig:7    | Entered Level 7 of a ziggurat
165291 | Zig:7    | Identified the +9 great mace of Bobomus {drain, rC- Str+2
                  | Dex+3 Stlth+}
165333 | Zig:8    | Entered Level 8 of a ziggurat
165334 | Zig:8    | Noticed Kutsubb Wyti the pandemonium lord
165335 | Zig:8    | Noticed Qappi the pandemonium lord
165338 | Zig:8    | Noticed Meidash the pandemonium lord
165339 | Zig:8    | Killed Kutsubb Wyti the pandemonium lord
165339 | Zig:8    | Noticed Cifuedwe the pandemonium lord
165339 | Zig:8    | Noticed Rotueck the pandemonium lord
165340 | Zig:8    | Noticed Huuzirorph the pandemonium lord
165340 | Zig:8    | Noticed Qoshairr the pandemonium lord
165342 | Zig:8    | Killed Qappi the pandemonium lord
165344 | Zig:8    | Killed Huuzirorph the pandemonium lord
165344 | Zig:8    | Killed Qoshairr the pandemonium lord
165348 | Zig:8    | Killed Cifuedwe the pandemonium lord
165348 | Zig:8    | Killed Meidash the pandemonium lord
165355 | Zig:8    | Killed Rotueck the pandemonium lord
165513 | Zig:8    | Identified the +0 robe of the Ward {Rampage rC+ Str+3
                  | Dex-3}
165557 | Zig:9    | Entered Level 9 of a ziggurat
165562 | Zig:9    | Noticed a dread lich
165564 | Zig:9    | Killed a dread lich
165567 | Zig:9    | Noticed a dread lich
165568 | Zig:9    | Noticed an ancient lich
165571 | Zig:9    | Killed a dread lich
165571 | Zig:9    | Killed an ancient lich
165572 | Zig:9    | Reached skill level 27 in Maces & Flails
165791 | Zig:9    | Identified the ring of Cefomu {Will+ AC+4 Dex+2}
165794 | Zig:9    | Identified the +10 plate armour "Qoavisu" {Harm rPois}
165828 | Zig:9    | Identified the ring of the Leaf {rN+ Will+}
165907 | Zig:10   | Entered Level 10 of a ziggurat
166099 | Zig:10   | Identified the amulet of Moememn {Harm Regen+}
166145 | Zig:10   | Identified the ring "Peraacvu" {rPois Str+6 Int+4 Dex+4}
166183 | Zig:11   | Entered Level 11 of a ziggurat
166186 | Zig:11   | Noticed Hoinnaor the pandemonium lord
166186 | Zig:11   | Noticed Ferghou the pandemonium lord
166187 | Zig:11   | Noticed Goxoar the pandemonium lord
166188 | Zig:11   | Killed Ferghou the pandemonium lord
166188 | Zig:11   | Noticed Codol the pandemonium lord
166188 | Zig:11   | Noticed Aleisiost the pandemonium lord
166188 | Zig:11   | Noticed Gagig the pandemonium lord
166190 | Zig:11   | Killed Hoinnaor the pandemonium lord
166191 | Zig:11   | Noticed Wukkud the pandemonium lord
166191 | Zig:11   | Noticed Byurphue the pandemonium lord
166191 | Zig:11   | Noticed Atriehan the pandemonium lord
166192 | Zig:11   | Killed Goxoar the pandemonium lord
166194 | Zig:11   | Killed Gagig the pandemonium lord
166194 | Zig:11   | Killed Codol the pandemonium lord
166194 | Zig:11   | Killed Atriehan the pandemonium lord
166194 | Zig:11   | Noticed Nacuqyd the pandemonium lord
166195 | Zig:11   | Reached skill level 27 in Ranged Weapons
166195 | Zig:11   | Noticed Ezellaru the pandemonium lord
166196 | Zig:11   | Noticed Elot the pandemonium lord
166199 | Zig:11   | Noticed Imugiyt the pandemonium lord
166200 | Zig:11   | Killed Elot the pandemonium lord
166201 | Zig:11   | Noticed Gofruneq the pandemonium lord
166201 | Zig:11   | Killed Wukkud the pandemonium lord
166201 | Zig:11   | Killed Byurphue the pandemonium lord
166201 | Zig:11   | Noticed Myditov the pandemonium lord
166202 | Zig:11   | Killed Nacuqyd the pandemonium lord
166202 | Zig:11   | Killed Aleisiost the pandemonium lord
166202 | Zig:11   | Killed Ezellaru the pandemonium lord
166202 | Zig:11   | Killed Imugiyt the pandemonium lord
166205 | Zig:11   | Killed Gofruneq the pandemonium lord
166205 | Zig:11   | Killed Myditov the pandemonium lord
166483 | Zig:11   | Identified the +1 pair of boots "Wempogoi" {rF+}
166504 | Zig:12   | Entered Level 12 of a ziggurat
166507 | Zig:12   | Noticed a dread lich
166508 | Zig:12   | Noticed a dread lich
166508 | Zig:12   | Noticed an ancient lich
166508 | Zig:12   | Noticed a dread lich
166510 | Zig:12   | Noticed an ancient lich
166510 | Zig:12   | Noticed an ancient lich
166510 | Zig:12   | Noticed an ancient lich
166511 | Zig:12   | Noticed a dread lich
166511 | Zig:12   | Noticed a dread lich
166511 | Zig:12   | Noticed an ancient lich
166513 | Zig:12   | Noticed a dread lich
166513 | Zig:12   | Found the +15 Maxwell's patent armour {-Cast -Tele rElec
                  | Will+ rCorr}
166513 | Zig:12   | Killed a dread lich
166514 | Zig:12   | Reached skill level 27 in Short Blades
166514 | Zig:12   | Reached skill level 27 in Poison Magic
166514 | Zig:12   | Killed a dread lich
166514 | Zig:12   | Killed an ancient lich
166514 | Zig:12   | Killed a dread lich
166514 | Zig:12   | Killed an ancient lich
166514 | Zig:12   | Killed a dread lich
166514 | Zig:12   | Killed a dread lich
166514 | Zig:12   | Killed an ancient lich
166514 | Zig:12   | Killed an ancient lich
166514 | Zig:12   | Killed an ancient lich
166514 | Zig:12   | Killed a dread lich
166516 | Zig:12   | Noticed a dread lich
166521 | Zig:12   | Killed a dread lich
166674 | Zig:12   | Identified the +10 morningstar of Durable Subterfuge
                  | {heavy, rC++}
166713 | Zig:12   | Identified the +7 whip "Deblas" {flame, *Rage Str+2 Stlth+}
166777 | Zig:13   | Entered Level 13 of a ziggurat
166782 | Zig:13   | Noticed an ancient lich
166788 | Zig:13   | Killed an ancient lich
166968 | Zig:13   | Identified the ring "Jynen" {Fly rPois}
166980 | Zig:13   | Identified the amulet of Zapof {Faith *Slow rN+++ Will++
                  | Str+3}
167008 | Zig:13   | Identified the +1 hand axe "Feajauz" {vamp, rElec rC+ rN+}
167132 | Zig:13   | Reached skill level 27 in Long Blades
167132 | Zig:13   | Reached skill level 27 in Summonings
167145 | Zig:14   | Entered Level 14 of a ziggurat
167150 | Zig:14   | Noticed Zyosk the pandemonium lord
167150 | Zig:14   | Noticed Behat the pandemonium lord
167150 | Zig:14   | Noticed Ummebome the pandemonium lord
167151 | Zig:14   | Noticed Judothut the pandemonium lord
167151 | Zig:14   | Noticed Wafrag the pandemonium lord
167151 | Zig:14   | Noticed Wass the pandemonium lord
167152 | Zig:14   | Noticed Buzepept the pandemonium lord
167153 | Zig:14   | Killed Ummebome the pandemonium lord
167153 | Zig:14   | Noticed Semerph the pandemonium lord
167153 | Zig:14   | Noticed Luvet the pandemonium lord
167154 | Zig:14   | Killed Zyosk the pandemonium lord
167154 | Zig:14   | Killed Judothut the pandemonium lord
167154 | Zig:14   | Killed Buzepept the pandemonium lord
167154 | Zig:14   | Killed Wass the pandemonium lord
167154 | Zig:14   | Noticed Petem the pandemonium lord
167155 | Zig:14   | Noticed Qeufue Dely the pandemonium lord
167155 | Zig:14   | Noticed Urheteenu the pandemonium lord
167155 | Zig:14   | Noticed Liwaxy the pandemonium lord
167155 | Zig:14   | Noticed Dangorhu the pandemonium lord
167156 | Zig:14   | Killed Wafrag the pandemonium lord
167156 | Zig:14   | Killed Semerph the pandemonium lord
167156 | Zig:14   | Killed Behat the pandemonium lord
167156 | Zig:14   | Killed Urheteenu the pandemonium lord
167156 | Zig:14   | Noticed Natzasti the pandemonium lord
167157 | Zig:14   | Killed Luvet the pandemonium lord
167157 | Zig:14   | Killed Petem the pandemonium lord
167158 | Zig:14   | Reached skill level 27 in Unarmed Combat
167158 | Zig:14   | Killed Liwaxy the pandemonium lord
167158 | Zig:14   | Noticed Opakuymi the pandemonium lord
167160 | Zig:14   | Killed Qeufue Dely the pandemonium lord
167161 | Zig:14   | Killed Dangorhu the pandemonium lord
167161 | Zig:14   | Killed Natzasti the pandemonium lord
167162 | Zig:14   | Noticed Rixeul the pandemonium lord
167162 | Zig:14   | Noticed Oddiuf the pandemonium lord
167163 | Zig:14   | Killed Oddiuf the pandemonium lord
167163 | Zig:14   | Killed Rixeul the pandemonium lord
167163 | Zig:14   | Noticed Cepual the pandemonium lord
167167 | Zig:14   | Killed Opakuymi the pandemonium lord
167167 | Zig:14   | Killed Cepual the pandemonium lord
167168 | Zig:14   | Noticed Uscharch the pandemonium lord
167169 | Zig:14   | Noticed Guhes the pandemonium lord
167171 | Zig:14   | Noticed Akeemoit the pandemonium lord
167174 | Zig:14   | Killed Uscharch the pandemonium lord
167175 | Zig:14   | Killed Akeemoit the pandemonium lord
167178 | Zig:14   | Killed Guhes the pandemonium lord
167397 | Zig:14   | Identified the ring "Verghig" {rElec rF+ MP+9 Str+3}
167410 | Zig:14   | Identified the +5 plate armour "Donoec" {Str+2 Dex+5}
167411 | Zig:14   | Identified the +5 bardiche of Stickiness {heavy, rElec}
167437 | Zig:14   | Identified the ring "Hojiumot" {rN+ Str+6 Int+3 Slay+2}
167459 | Zig:15   | Entered Level 15 of a ziggurat
167464 | Zig:15   | Noticed Hiz Mun's ghost (veteran MfGl)
167464 | Zig:15   | Noticed Minism's ghost (legendary MiFi)
167464 | Zig:15   | Noticed Betuluewk's ghost (legendary DESu)
167464 | Zig:15   | Noticed Jecaful's ghost (legendary NaMo)
167464 | Zig:15   | Noticed Zaib's ghost (legendary CeHu)
167465 | Zig:15   | Noticed Neapotai's ghost (veteran DsMo)
167465 | Zig:15   | Noticed Kyik Kue's ghost (legendary DEFE)
167465 | Zig:15   | Noticed Hiz Mun's ghost (veteran MfGl)
167465 | Zig:15   | Noticed Jecaful's ghost (legendary NaMo)
167465 | Zig:15   | Noticed Piash's ghost (master OgEE)
167467 | Zig:15   | Reached skill level 27 in Polearms
167467 | Zig:15   | Reached skill level 1 in Invocations
167467 | Zig:15   | Noticed Neapotai's ghost (veteran DsMo)
167467 | Zig:15   | Noticed Zaib's ghost (legendary CeHu)
167467 | Zig:15   | Noticed Kyik Kue's ghost (legendary DEFE)
167468 | Zig:15   | Killed Neapotai's ghost
167468 | Zig:15   | Killed Kyik Kue's ghost
167468 | Zig:15   | Killed Hiz Mun's ghost
167468 | Zig:15   | Killed Piash's ghost
167468 | Zig:15   | Killed Betuluewk's ghost
167470 | Zig:15   | Killed Jecaful's ghost
167471 | Zig:15   | Killed Minism's ghost
167471 | Zig:15   | Killed Kyik Kue's ghost
167471 | Zig:15   | Killed Zaib's ghost
167471 | Zig:15   | Killed Neapotai's ghost
167472 | Zig:15   | Noticed Jecaful's ghost (legendary NaMo)
167473 | Zig:15   | Killed Jecaful's ghost
167473 | Zig:15   | Noticed Beofaps's ghost (legendary HuCj)
167474 | Zig:15   | Noticed Tefur's ghost (legendary GnFi)
167476 | Zig:15   | Killed Hiz Mun's ghost
167476 | Zig:15   | Noticed Zaib's ghost (legendary CeHu)
167476 | Zig:15   | Noticed Jecaful's ghost (legendary NaMo)
167476 | Zig:15   | Noticed Jataj's ghost (legendary GrFi)
167477 | Zig:15   | Killed Zaib's ghost
167477 | Zig:15   | Noticed Jataj's ghost (legendary GrFi)
167479 | Zig:15   | Killed Beofaps's ghost
167479 | Zig:15   | Killed Tefur's ghost
167479 | Zig:15   | Killed Jataj's ghost
167479 | Zig:15   | Noticed Diylu's ghost (veteran DsCj)
167480 | Zig:15   | Reached skill level 15 in Invocations
167480 | Zig:15   | Killed Jecaful's ghost
167480 | Zig:15   | Killed Zaib's ghost
167480 | Zig:15   | Noticed Betuluewk's ghost (legendary DESu)
167480 | Zig:15   | Noticed initializr's ghost (legendary NaMo)
167482 | Zig:15   | Killed Jecaful's ghost
167482 | Zig:15   | Noticed Vorhees's ghost (master DjCj)
167483 | Zig:15   | Noticed KimchiStew's ghost (legendary HuCj)
167483 | Zig:15   | Killed Diylu's ghost
167486 | Zig:15   | Noticed Anon1729's ghost (legendary OpMo)
167486 | Zig:15   | Noticed Poalor's ghost (legendary GnWn)
167490 | Zig:15   | Killed Jataj's ghost
167492 | Zig:15   | Killed Anon1729's ghost
167496 | Zig:15   | Killed KimchiStew's ghost
167498 | Zig:15   | Killed Poalor's ghost
167498 | Zig:15   | Killed Vorhees's ghost
167502 | Zig:15   | Killed initializr's ghost
167502 | Zig:15   | Killed Betuluewk's ghost
167725 | Zig:15   | Identified the +1 shortbow "Lekk" {flame, *Corrode Fly
                  | rC+++ Str-4}
167822 | Zig:16   | Entered Level 16 of a ziggurat
167825 | Zig:16   | Noticed an orb of fire
167825 | Zig:16   | Noticed an orb of fire
167825 | Zig:16   | Noticed an orb of fire
167825 | Zig:16   | Noticed an orb of fire
167825 | Zig:16   | Noticed an orb of fire
167825 | Zig:16   | Noticed an orb of fire
167826 | Zig:16   | Noticed an orb of fire
167827 | Zig:16   | Killed an orb of fire
167828 | Zig:16   | Killed an orb of fire
167828 | Zig:16   | Killed an orb of fire
167828 | Zig:16   | Killed an orb of fire
167828 | Zig:16   | Noticed an orb of fire
167828 | Zig:16   | Noticed an orb of fire
167829 | Zig:16   | Noticed an orb of fire
167829 | Zig:16   | Killed an orb of fire
167829 | Zig:16   | Killed an orb of fire
167829 | Zig:16   | Noticed an orb of fire
167829 | Zig:16   | Noticed an orb of fire
167830 | Zig:16   | Killed an orb of fire
167830 | Zig:16   | Killed an orb of fire
167830 | Zig:16   | Noticed an orb of fire
167831 | Zig:16   | Killed an orb of fire
167831 | Zig:16   | Killed an orb of fire
167831 | Zig:16   | Killed an orb of fire
167831 | Zig:16   | Noticed an orb of fire
167831 | Zig:16   | Noticed an orb of fire
167832 | Zig:16   | Noticed an orb of fire
167832 | Zig:16   | Noticed an orb of fire
167833 | Zig:16   | Noticed an orb of fire
167834 | Zig:16   | Noticed an orb of fire
167835 | Zig:16   | Killed an orb of fire
167836 | Zig:16   | Killed an orb of fire
167836 | Zig:16   | Killed an orb of fire
167836 | Zig:16   | Killed an orb of fire
167841 | Zig:16   | Killed an orb of fire
167841 | Zig:16   | Killed an orb of fire
167841 | Zig:16   | Killed an orb of fire
167842 | Zig:16   | Noticed an orb of fire
167842 | Zig:16   | Noticed an orb of fire
167843 | Zig:16   | Noticed an orb of fire
167843 | Zig:16   | Noticed an orb of fire
167844 | Zig:16   | Noticed an orb of fire
167844 | Zig:16   | Killed an orb of fire
167845 | Zig:16   | Killed an orb of fire
167845 | Zig:16   | Killed an orb of fire
167845 | Zig:16   | Noticed an orb of fire
167849 | Zig:16   | Noticed an orb of fire
167849 | Zig:16   | Killed an orb of fire
167849 | Zig:16   | Killed an orb of fire
167852 | Zig:16   | Killed an orb of fire
167856 | Zig:16   | Noticed an orb of fire
167856 | Zig:16   | Killed an orb of fire
167857 | Zig:16   | Killed an orb of fire
167861 | Zig:16   | Killed an orb of fire
168165 | Zig:16   | Identified the +5 war axe of the Stopping Coward {venom,
                  | +Blink rC+ Int+2 Dex+2}
168167 | Zig:16   | Identified the ring of Cheibriados's Hope {*Slow rC+ rCorr
                  | Dex+2}
168169 | Zig:16   | Identified the +8 giant spiked club of Disintegration
                  | {spect, rF++}
168181 | Zig:16   | Acquired 740 gold pieces
168194 | Zig:17   | Entered Level 17 of a ziggurat
168198 | Zig:17   | Reached skill level 27 in Invocations
168219 | Zig:17   | Found the necklace of Bloodlust {Fury *Rage Will++ Int-3
                  | Slay+6}
168361 | Zig:17   | Identified the amulet of Xom's Recklessness {RegenMP MP+9
                  | Str+3 Stlth+}
168363 | Zig:17   | Identified the +5 scale mail of Past Mistakes {Drain rElec
                  | Regen+ SInv}
168371 | Zig:17   | Identified the +7 pearl dragon scales of the Ageless Moons
                  | {rC- rN+ Dex+5}
168387 | Zig:17   | Identified the amulet of the Castellan {RegenMP Harm rElec
                  | rF+ SInv}
168399 | Zig:17   | Identified the scarf "Gaedeun" {harm, rElec Slay+2 Stlth-}
168421 | Zig:17   | Identified the +0 chain mail of Action {*Slow rN+ Str+6
                  | SInv}
168631 | Zig:18   | Entered Level 18 of a ziggurat
168916 | Zig:18   | Identified the staff of the Sea {rF- rC++ rN+++ Dex+3
                  | Earth}
169004 | Zig:18   | Identified the +8 flail of Ituiquq {heavy, rF+ Str+2 Dex+3}
169011 | Zig:18   | Identified the ring "Lanwyhul" {rCorr SInv}
169019 | Zig:18   | Identified the +1 plate armour "Diynin" {Harm Int+5 Slay+2}
169020 | Zig:18   | Identified the +6 whip "Bytoipiu" {speed, rCorr Int+2}
169069 | Zig:18   | Acquired the amulet of Impatience {Rampage rC+ Will- Regen+
                  | Int+7}
169078 | Zig:19   | Entered Level 19 of a ziggurat
169078 | Zig:19   | Noticed a royal mummy
169078 | Zig:19   | Noticed a royal mummy
169078 | Zig:19   | Noticed a royal mummy
169078 | Zig:19   | Noticed a royal mummy
169078 | Zig:19   | Noticed a royal mummy
169078 | Zig:19   | Noticed a royal mummy
169079 | Zig:19   | Killed a royal mummy
169079 | Zig:19   | Killed a royal mummy
169079 | Zig:19   | Killed a royal mummy
169079 | Zig:19   | Killed a royal mummy
169079 | Zig:19   | Killed a royal mummy
169079 | Zig:19   | Killed a royal mummy
169080 | Zig:19   | Noticed a royal mummy
169080 | Zig:19   | Noticed a royal mummy
169080 | Zig:19   | Noticed a royal mummy
169080 | Zig:19   | Noticed a royal mummy
169080 | Zig:19   | Noticed a royal mummy
169080 | Zig:19   | Noticed a royal mummy
169080 | Zig:19   | Noticed a royal mummy
169082 | Zig:19   | Noticed a royal mummy
169082 | Zig:19   | Noticed a royal mummy
169082 | Zig:19   | Noticed a royal mummy
169083 | Zig:19   | Noticed a royal mummy
169084 | Zig:19   | Killed a royal mummy
169085 | Zig:19   | Noticed a royal mummy
169085 | Zig:19   | Noticed a royal mummy
169086 | Zig:19   | Killed a royal mummy
169086 | Zig:19   | Killed a royal mummy
169086 | Zig:19   | Killed a royal mummy
169086 | Zig:19   | Killed a royal mummy
169086 | Zig:19   | Killed a royal mummy
169086 | Zig:19   | Killed a royal mummy
169086 | Zig:19   | Killed a royal mummy
169086 | Zig:19   | Killed a royal mummy
169086 | Zig:19   | Killed a royal mummy
169086 | Zig:19   | Killed a royal mummy
169086 | Zig:19   | Killed a royal mummy
169086 | Zig:19   | Killed a royal mummy
169086 | Zig:19   | Noticed a royal mummy
169086 | Zig:19   | Noticed a royal mummy
169086 | Zig:19   | Noticed a royal mummy
169087 | Zig:19   | Noticed a royal mummy
169087 | Zig:19   | Noticed a royal mummy
169089 | Zig:19   | Killed a royal mummy
169089 | Zig:19   | Killed a royal mummy
169089 | Zig:19   | Killed a royal mummy
169089 | Zig:19   | Noticed a royal mummy
169090 | Zig:19   | Noticed a royal mummy
169090 | Zig:19   | Noticed a royal mummy
169090 | Zig:19   | Noticed a royal mummy
169092 | Zig:19   | Noticed a royal mummy
169093 | Zig:19   | Noticed a royal mummy
169094 | Zig:19   | Noticed a royal mummy
169094 | Zig:19   | Noticed a royal mummy
169094 | Zig:19   | Killed a royal mummy
169094 | Zig:19   | Killed a royal mummy
169095 | Zig:19   | Found the +4 skin of Zhor {*Englaciate rC+++ SInv}
169095 | Zig:19   | Noticed a royal mummy
169096 | Zig:19   | Found the +0 pair of fencer's gloves {Riposte Dex+3}
169096 | Zig:19   | Killed a royal mummy
169096 | Zig:19   | Killed a royal mummy
169097 | Zig:19   | Killed a royal mummy
169097 | Zig:19   | Killed a royal mummy
169097 | Zig:19   | Killed a royal mummy
169097 | Zig:19   | Killed a royal mummy
169099 | Zig:19   | Killed a royal mummy
169099 | Zig:19   | Killed a royal mummy
169106 | Zig:19   | Killed a royal mummy
169239 | Zig:19   | Identified the +10 rapier "Paekh" {speed, rF++ Int+3}
169240 | Zig:19   | Identified the ring "Fiseh" {rN+ Int+5}
169250 | Zig:19   | Identified the ring "Arengeve" {rPois Will+}
169255 | Zig:19   | Identified the +0 plate armour of Decilauwn {Int+5 Dex-5}
169281 | Zig:19   | Identified the ring of Afiuc {Fly rC+ Int+6}
169668 | Zig:20   | Entered Level 20 of a ziggurat
169668 | Zig:20   | Noticed a royal mummy
169668 | Zig:20   | Noticed a royal mummy
169668 | Zig:20   | Noticed a royal mummy
169669 | Zig:20   | Noticed a royal mummy
169670 | Zig:20   | Noticed a royal mummy
169670 | Zig:20   | Noticed a royal mummy
169671 | Zig:20   | Noticed a royal mummy
169671 | Zig:20   | Noticed a royal mummy
169671 | Zig:20   | Noticed a royal mummy
169672 | Zig:20   | Noticed a royal mummy
169673 | Zig:20   | Noticed a royal mummy
169673 | Zig:20   | Noticed a royal mummy
169673 | Zig:20   | Noticed a royal mummy
169673 | Zig:20   | Noticed a royal mummy
169674 | Zig:20   | Noticed a royal mummy
169674 | Zig:20   | Noticed a royal mummy
169680 | Zig:20   | Noticed a royal mummy
169680 | Zig:20   | Noticed a royal mummy
169680 | Zig:20   | Noticed a royal mummy
169680 | Zig:20   | Noticed a royal mummy
169681 | Zig:20   | Noticed a royal mummy
169681 | Zig:20   | Killed a royal mummy
169681 | Zig:20   | Killed a royal mummy
169681 | Zig:20   | Killed a royal mummy
169681 | Zig:20   | Killed a royal mummy
169681 | Zig:20   | Killed a royal mummy
169681 | Zig:20   | Killed a royal mummy
169681 | Zig:20   | Noticed a royal mummy
169681 | Zig:20   | Noticed a royal mummy
169681 | Zig:20   | Noticed a royal mummy
169682 | Zig:20   | Killed a royal mummy
169682 | Zig:20   | Killed a royal mummy
169682 | Zig:20   | Killed a royal mummy
169682 | Zig:20   | Killed a royal mummy
169682 | Zig:20   | Killed a royal mummy
169682 | Zig:20   | Killed a royal mummy
169682 | Zig:20   | Killed a royal mummy
169682 | Zig:20   | Killed a royal mummy
169682 | Zig:20   | Killed a royal mummy
169682 | Zig:20   | Killed a royal mummy
169682 | Zig:20   | Killed a royal mummy
169682 | Zig:20   | Killed a royal mummy
169682 | Zig:20   | Killed a royal mummy
169682 | Zig:20   | Killed a royal mummy
169682 | Zig:20   | Killed a royal mummy
169682 | Zig:20   | Killed a royal mummy
169682 | Zig:20   | Killed a royal mummy
169682 | Zig:20   | Noticed a royal mummy
169683 | Zig:20   | Noticed a royal mummy
169683 | Zig:20   | Noticed a royal mummy
169684 | Zig:20   | Noticed a royal mummy
169685 | Zig:20   | Noticed a royal mummy
169685 | Zig:20   | Noticed a royal mummy
169686 | Zig:20   | Killed a royal mummy
169686 | Zig:20   | Killed a royal mummy
169686 | Zig:20   | Killed a royal mummy
169686 | Zig:20   | Killed a royal mummy
169686 | Zig:20   | Killed a royal mummy
169686 | Zig:20   | Killed a royal mummy
169688 | Zig:20   | Killed a royal mummy
169689 | Zig:20   | Noticed a royal mummy
169689 | Zig:20   | Noticed a royal mummy
169689 | Zig:20   | Noticed a royal mummy
169689 | Zig:20   | Noticed a royal mummy
169690 | Zig:20   | Noticed a royal mummy
169690 | Zig:20   | Noticed a royal mummy
169691 | Zig:20   | Found the +18 Lear's hauberk
169693 | Zig:20   | Noticed a royal mummy
169696 | Zig:20   | Killed a royal mummy
169696 | Zig:20   | Killed a royal mummy
169696 | Zig:20   | Killed a royal mummy
169696 | Zig:20   | Killed a royal mummy
169696 | Zig:20   | Killed a royal mummy
169696 | Zig:20   | Killed a royal mummy
169697 | Zig:20   | Killed a royal mummy
170086 | Zig:20   | Identified the +5 halberd "Joostro" {antimagic, rN+ Str-2
                  | Int+3 SInv}
170101 | Zig:20   | Identified the +12 hand axe of Premature Burial {holy,
                  | rCorr Int+4}
170126 | Zig:20   | Identified the +1 halberd of Watchfulness {flame, Str+2
                  | Dex+4}
170128 | Zig:20   | Identified the +3 dire flail of Prescription {flame, rPois
                  | rC+ Will+}
170137 | Zig:20   | Identified the +9 mace of Deformation {heavy, Str+9}
170142 | Zig:20   | Identified the ring of Ignis's Castigation {Wiz rN+ Int+4
                  | Stlth+}
170147 | Zig:20   | Identified the +4 shortbow "Finourgh" {heavy, *Corrode
                  | rElec rPois Int+6}
170148 | Zig:20   | Identified the +12 chain mail of Itedumi {Fly}
170224 | Zig:21   | Entered Level 21 of a ziggurat
170337 | Zig:21   | Identified the amulet "Cyutyam" {Regen+ Str+4 Int+4 Dex+2}
170343 | Zig:21   | Identified the +3 falchion of the Blessed Realm {drain, rF+
                  | Str+3 Dex+2}
170357 | Zig:21   | Identified the +12 rapier of Gefuo {freeze, Int+3}
170419 | Zig:21   | Identified the +2 plate armour "Saemuroh" {Rampage rCorr
                  | Int+5}
170773 | Zig:22   | Entered Level 22 of a ziggurat
171242 | Zig:22   | Identified the amulet "Qauram" {Spirit Harm rCorr Int-4
                  | Stlth+}
171252 | Zig:22   | Identified the +2 rapier of the Incandescent {flame, rN++
                  | Will-}
171255 | Zig:22   | Identified the ring "Kotocsod" {rF- rC+ rCorr Int+6 Dex-3}
171266 | Zig:22   | Identified the +4 orcbow "protoss039's Foe" {speed, rPois
                  | Will+}
171339 | Zig:23   | Entered Level 23 of a ziggurat
171350 | Zig:23   | Identified the +0 tower shield "Myamm" {Int+5 Dex-5}
171351 | Zig:23   | Identified the +5 tower shield of Integrity {rN+ Str+3}
171353 | Zig:23   | Identified the +8 tower shield "Horuamna" {Will+ Stlth+}
171604 | Zig:23   | Identified the +9 shortbow of the Tortured God {heavy,
                  | Str+2 Int+5}
171609 | Zig:23   | Identified the +0 arbalest "Failuoq" {heavy, *Corrode rPois
                  | Stlth+}
171613 | Zig:23   | Identified the +1 quarterstaff of Crawling {speed, rC-
                  | rCorr Int+5 SInv}
171614 | Zig:23   | Identified the staff of Propriety {rElec rF++ rC+ Air}
171620 | Zig:23   | Identified the +6 lajatang of War {freeze, rF++ Stlth+}
171622 | Zig:23   | Identified the +7 trident "Wias" {antimagic, rF- Str+6}
171623 | Zig:23   | Identified the staff "Utereof" {rN+ Dex+3 Necro}
171624 | Zig:23   | Identified the +1 pair of gloves of Supple Strength {Fly
                  | SInv}
171630 | Zig:23   | Identified the +3 tower shield of Eternal Night {rCorr
                  | Int+2} (You took it off a daeva on level 23 of a ziggurat)
171630 | Zig:23   | Identified the ring "Cynacvie" {rF+ Slay+4}
171636 | Zig:23   | Identified the +1 robe of Oning {Drain rCorr Slay+5
                  | Archmagi}
171644 | Zig:23   | Identified the +0 scimitar of Yphim {holy, Str+3}
171660 | Zig:23   | Identified the +15 pearl dragon scales "Yqempyit" {rPois
                  | rN+ Str+2}
171807 | Zig:23   | Acquired 688 gold pieces
171808 | Zig:23   | Acquired 1183 gold pieces
171822 | Zig:24   | Entered Level 24 of a ziggurat
171828 | Zig:24   | Noticed an ancient lich
171829 | Zig:24   | Noticed an ancient lich
171830 | Zig:24   | Noticed an ancient lich
171831 | Zig:24   | Noticed an ancient lich
171831 | Zig:24   | Noticed a dread lich
171831 | Zig:24   | Noticed a dread lich
171832 | Zig:24   | Noticed a dread lich
171832 | Zig:24   | Noticed an ancient lich
171832 | Zig:24   | Noticed a dread lich
171832 | Zig:24   | Noticed a dread lich
171833 | Zig:24   | Noticed a dread lich
171833 | Zig:24   | Noticed a dread lich
171833 | Zig:24   | Noticed an ancient lich
171834 | Zig:24   | Noticed an ancient lich
171834 | Zig:24   | Killed a dread lich
171834 | Zig:24   | Killed a dread lich
171834 | Zig:24   | Killed an ancient lich
171834 | Zig:24   | Killed a dread lich
171834 | Zig:24   | Killed a dread lich
171834 | Zig:24   | Killed a dread lich
171834 | Zig:24   | Killed an ancient lich
171836 | Zig:24   | Noticed a dread lich
171836 | Zig:24   | Noticed an ancient lich
171836 | Zig:24   | Noticed an ancient lich
171836 | Zig:24   | Killed an ancient lich
171836 | Zig:24   | Killed an ancient lich
171836 | Zig:24   | Killed an ancient lich
171836 | Zig:24   | Noticed an ancient lich
171836 | Zig:24   | Noticed a dread lich
171837 | Zig:24   | Noticed a dread lich
171838 | Zig:24   | Found the +7 great mace "Undeadhunter" {deathbane, rN+}
171838 | Zig:24   | Killed a dread lich
171840 | Zig:24   | Killed an ancient lich
171840 | Zig:24   | Killed a dread lich
171841 | Zig:24   | Killed a dread lich
171842 | Zig:24   | Killed an ancient lich
171842 | Zig:24   | Killed a dread lich
171842 | Zig:24   | Killed an ancient lich
171842 | Zig:24   | Killed an ancient lich
171843 | Zig:24   | Killed an ancient lich
171843 | Zig:24   | Killed a dread lich
171970 | Zig:24   | Identified the ring of Boadgh {Fire rPois Will- Int-5
                  | Stlth+}
172197 | Zig:24   | Identified the ring "Ruijeg" {rPois rCorr Str+6 Dex+3}
172201 | Zig:24   | Identified the +8 falchion of Superiority {speed, rN+ Int-5
                  | Stlth+}
172215 | Zig:24   | Identified the ring of Xom's Attic {Fire Str+2 Int+3}
172233 | Zig:24   | Identified the +1 morningstar "Quomen" {heavy, rC++ Int+3}
172236 | Zig:24   | Identified the +3 dagger of Inconvenience {heavy, rPois
                  | rN+}
172245 | Zig:24   | Identified the staff "Tionu" {rF++ rC+ rCorr Dex-2 Ice
                  | Poison}
172341 | Zig:25   | Entered Level 25 of a ziggurat
172342 | Zig:25   | Noticed a juggernaut
172342 | Zig:25   | Noticed a juggernaut
172344 | Zig:25   | Noticed a juggernaut
172345 | Zig:25   | Noticed a juggernaut
172346 | Zig:25   | Killed a juggernaut
172346 | Zig:25   | Noticed a juggernaut
172348 | Zig:25   | Killed a juggernaut
172348 | Zig:25   | Noticed a juggernaut
172348 | Zig:25   | Noticed a juggernaut
172348 | Zig:25   | Noticed a juggernaut
172349 | Zig:25   | Killed a juggernaut
172350 | Zig:25   | Noticed a juggernaut
172350 | Zig:25   | Noticed a juggernaut
172351 | Zig:25   | Noticed a juggernaut
172351 | Zig:25   | Noticed a juggernaut
172352 | Zig:25   | Killed a juggernaut
172353 | Zig:25   | Noticed a juggernaut
172353 | Zig:25   | Noticed a juggernaut
172353 | Zig:25   | Killed a juggernaut
172354 | Zig:25   | Killed a juggernaut
172355 | Zig:25   | Noticed a juggernaut
172355 | Zig:25   | Noticed a juggernaut
172355 | Zig:25   | Killed a juggernaut
172356 | Zig:25   | Killed a juggernaut
172356 | Zig:25   | Killed a juggernaut
172356 | Zig:25   | Noticed a juggernaut
172356 | Zig:25   | Noticed a juggernaut
172357 | Zig:25   | Killed a juggernaut
172357 | Zig:25   | Killed a juggernaut
172357 | Zig:25   | Killed a juggernaut
172357 | Zig:25   | Killed a juggernaut
172358 | Zig:25   | Killed a juggernaut
172358 | Zig:25   | Killed a juggernaut
172359 | Zig:25   | Killed a juggernaut
172359 | Zig:25   | Killed a juggernaut
172359 | Zig:25   | Killed a juggernaut
172360 | Zig:25   | Noticed a juggernaut
172361 | Zig:25   | Noticed a juggernaut
172362 | Zig:25   | Noticed a juggernaut
172362 | Zig:25   | Noticed a juggernaut
172363 | Zig:25   | Noticed a juggernaut
172365 | Zig:25   | Noticed a juggernaut
172366 | Zig:25   | Killed a juggernaut
172366 | Zig:25   | Killed a juggernaut
172366 | Zig:25   | Killed a juggernaut
172366 | Zig:25   | Killed a juggernaut
172372 | Zig:25   | Killed a juggernaut
172379 | Zig:25   | Killed a juggernaut
172580 | Zig:25   | Identified the ring "Mosm" {rF++ AC+4 Int+3}
172593 | Zig:25   | Identified the +6 hand axe "Zuduoto" {heavy, *Noise +Blink
                  | rC+++ Int-3}
172596 | Zig:25   | Identified the +3 steam dragon scales "Facios" {Str+2
                  | Dex+2}
172617 | Zig:25   | Identified the +4 leather armour of Parts Unknown {Harm
                  | Dex+3 Slay+3}
172619 | Zig:25   | Identified the +0 robe "Fyza" {Harm}
172629 | Zig:25   | Identified the +3 morningstar of Objectivity {flame, +Blink
                  | rPois Str+2 Int-5}
172635 | Zig:25   | Identified the +0 hat of Urieli Nico {Harm +Inv rF- Int-2}
172784 | Zig:25   | Identified the staff "Cullilo" {rC+ rN+ Ice}
173055 | Zig:26   | Entered Level 26 of a ziggurat
173726 | Zig:26   | Identified the staff of the Pits of Slime {rElec rN+ Air}
173786 | Zig:26   | Identified the +1 hand axe "Xasch" {drain, rPois Int+4}
173798 | Zig:26   | Identified the +0 leather armour of the Merchant {rN++
                  | Dex-4}
173806 | Zig:26   | Identified the ring of Divine Intervention {Wiz rN+ rCorr
                  | Int+2 Stlth-}
173820 | Zig:26   | Identified the +0 shortbow of the Desert {freeze, Will+
                  | Str+3 Int+2}
173830 | Zig:26   | Identified the staff "Ucrualial" {Fragile Will++ Str-4
                  | Int+5 Conj}
173845 | Zig:26   | Identified the +8 morningstar of the Final Decision {spect,
                  | rElec rPois rCorr Str+3}
173939 | Zig:27   | Entered Level 27 of a ziggurat
174078 | Zig:27   | Identified the +2 scimitar "Koak" {flame, *Slow Will+++
                  | rCorr Dex+3}
174083 | Zig:27   | Identified the ring of Uddi {Fire rCorr Str-2 Slay+5 SInv}
174086 | Zig:27   | Identified the ring "Oxogych" {Drain rF++ Will+ Str+5}
174088 | Zig:27   | Identified the +5 trident of Parts Unknown {speed, Will+
                  | Int+4 Dex+8}
174089 | Zig:27   | Identified the ring "Maifacuf" {rPois rF- rC+ rCorr Dex+2}
174424 | Zig:27   | Identified the +2 sling of Punishment {flame, rF+ Str+3
                  | Dex+5}
174490 | Zig:1    | Entered Level 1 of a ziggurat
174600 | Zig:2    | Entered Level 2 of a ziggurat
174697 | Zig:3    | Entered Level 3 of a ziggurat
174698 | Zig:3    | Noticed Hahenefa's ghost (legendary DsWn)
174699 | Zig:3    | Noticed Lonang's ghost (legendary DESu)
174699 | Zig:3    | Noticed Zycouta's ghost (legendary DrSh)
174699 | Zig:3    | Noticed Jataj's ghost (legendary GrFi)
174702 | Zig:3    | Noticed Zaib's ghost (legendary CeHu)
174703 | Zig:3    | Killed Lonang's ghost
174704 | Zig:3    | Killed Hahenefa's ghost
174704 | Zig:3    | Killed Zycouta's ghost
174705 | Zig:3    | Killed Jataj's ghost
174707 | Zig:3    | Killed Zaib's ghost
174900 | Zig:3    | Identified the +3 leather armour of Epighor {Dex+2}
174926 | Zig:4    | Entered Level 4 of a ziggurat
175046 | Zig:4    | Identified the +1 rapier "Xicsot" {heavy, rElec rN+ Will+}
175083 | Zig:5    | Entered Level 5 of a ziggurat
175207 | Zig:5    | Identified the +4 leather armour of the Everdark {Harm rC-
                  | Int+2 SInv}
175212 | Zig:5    | Identified the +7 sling "Fagiet" {flame, Int+3}
175283 | Zig:6    | Entered Level 6 of a ziggurat
175490 | Zig:7    | Entered Level 7 of a ziggurat
175592 | Zig:7    | Identified the +4 ring mail "Poorolet" {Int+3}
175596 | Zig:7    | Identified the +2 plate armour of the Constellations
                  | {Int+3}
175692 | Zig:8    | Entered Level 8 of a ziggurat
175860 | Zig:8    | Identified the staff "Xasik" {rF+ Str+4 Fire}
175889 | Zig:8    | Identified the amulet of the Pure Seas {RegenMP Harm rPois
                  | Will- Int+3}
175904 | Zig:9    | Entered Level 9 of a ziggurat
175912 | Zig:9    | Paralysed by an air elemental for 1 turns
176104 | Zig:9    | Identified the +3 great sword of Puod {protect, Contam
                  | rCorr Int+3}
176108 | Zig:9    | Identified the +0 scale mail "Eleuf" {rPois}
176119 | Zig:9    | Identified the +0 robe "Jyhutt" {-Tele rF+++ MP+9 Int+3}
176229 | Zig:10   | Entered Level 10 of a ziggurat
176461 | Zig:10   | Identified the +1 glaive "Woidash" {freeze, rPois Str+4
                  | Int-3}
176466 | Zig:10   | Identified the +4 sling of Departure {antimagic, Fly rPois
                  | Str+4 Int-3}
176481 | Zig:10   | Identified the amulet of Holustra {Acrobat rElec Int+2}
176548 | Zig:11   | Entered Level 11 of a ziggurat
176807 | Zig:12   | Entered Level 12 of a ziggurat
176813 | Zig:12   | Noticed an ancient lich
176814 | Zig:12   | Noticed an ancient lich
176815 | Zig:12   | Noticed an ancient lich
176815 | Zig:12   | Noticed an ancient lich
176816 | Zig:12   | Killed an ancient lich
176816 | Zig:12   | Killed an ancient lich
176816 | Zig:12   | Killed an ancient lich
176818 | Zig:12   | Noticed an ancient lich
176819 | Zig:12   | Noticed an ancient lich
176820 | Zig:12   | Found the +8 arc blade {discharge, rElec}
176821 | Zig:12   | Found the ring of the Octopus King
176821 | Zig:12   | Killed an ancient lich
176822 | Zig:12   | Killed an ancient lich
176823 | Zig:12   | Killed an ancient lich
176969 | Zig:12   | Identified the amulet of Pefeh {Reflect rElec Dex+2 SH+5}
177034 | Zig:12   | Identified the staff "Feseo" {rPois Will+ MP+9 Int+3
                  | Poison}
177040 | Zig:12   | Identified the +2 morningstar of Fixation {flame, Str+4}
177054 | Zig:12   | Identified a ring of the Octopus King {Fly HP+2 AC+2 EV+2
                  | SH+2}
177083 | Zig:12   | Identified the ring "Xarisid" {rN+ Str+3 Dex+5 Slay+3}
177091 | Zig:12   | Identified the ring "Zyoklav" {rPois rCorr Slay+2}
177114 | Zig:13   | Entered Level 13 of a ziggurat
177129 | Zig:13   | Found the +5 demon whip "Spellbinder" {antimagic, disrupt,
                  | Will+}
177130 | Zig:13   | Found the +11 plutonium sword {Contam Stlth-}
177203 | Zig:13   | Identified the +4 flail of Buhios {speed, rElec rN++}
177212 | Zig:13   | Identified the +3 great mace of the Crafting Gods {heavy,
                  | Contam rF- rCorr SInv}
177213 | Zig:13   | Identified the +6 quarterstaff "Ogre's Undoing" {freeze,
                  | Int+5}
177235 | Zig:13   | Identified the ring "Otacol" {rF+ SInv Stlth+}
177481 | Zig:14   | Entered Level 14 of a ziggurat
177762 | Zig:14   | Identified the amulet "Caufyubodd" {Faith Int-2 Dex+9}
177773 | Zig:14   | Identified the amulet "Fefi" {Acrobat Will+ Int+3}
177778 | Zig:14   | Identified the staff "Debabe" {rElec rF- rN+ rCorr Earth}
177792 | Zig:14   | Identified the +2 longbow "Axkugg" {flame, SInv}
177800 | Zig:14   | Identified the +0 leather armour of the Freezing God
                  | {rPois}
177824 | Zig:15   | Entered Level 15 of a ziggurat
177838 | Zig:15   | Noticed a dread lich
177839 | Zig:15   | Killed a dread lich
177846 | Zig:15   | Found the +8 autumn katana {manifold assault}
177848 | Zig:15   | Found the +3 robe of Clouds {*Thunder rCloud rElec}
177966 | Zig:15   | Identified the +8 mace of Regicide {freeze, Str+4}
177986 | Zig:15   | Identified the +0 leather armour of the Volcano {rPois}
178003 | Zig:15   | Identified the +8 war axe "Oguuc" {freeze, rElec SInv}
178205 | Zig:16   | Entered Level 16 of a ziggurat
178219 | Zig:16   | Paralysed by a floating eye for 4 turns
178456 | Zig:16   | Identified the +3 leather armour of the Trombone {rN+ Str+2
                  | Int-4 Dex+5}
178498 | Zig:16   | Identified the +0 leather armour of Bedevilment {+Inv rPois
                  | rF+ Int+3}
178502 | Zig:16   | Identified the +0 spear "Dragonslayer" {venom, Will+ Dex+2
                  | Stlth+}
178506 | Zig:16   | Identified the ring of the Lily {rCorr Int+2 SInv}
178508 | Zig:16   | Identified the ring of the Bull {Fly rC+ Will+}
178521 | Zig:16   | Identified the +1 broad axe "Sucet" {flame, rN+ Int+2
                  | Dex+5}
178552 | Zig:17   | Entered Level 17 of a ziggurat
178556 | Zig:17   | Noticed a juggernaut
178557 | Zig:17   | Noticed a juggernaut
178558 | Zig:17   | Noticed a juggernaut
178558 | Zig:17   | Noticed a juggernaut
178558 | Zig:17   | Noticed a juggernaut
178561 | Zig:17   | Noticed a juggernaut
178562 | Zig:17   | Noticed a juggernaut
178563 | Zig:17   | Noticed a juggernaut
178564 | Zig:17   | Noticed a juggernaut
178564 | Zig:17   | Killed a juggernaut
178565 | Zig:17   | Noticed a juggernaut
178565 | Zig:17   | Noticed a juggernaut
178565 | Zig:17   | Killed a juggernaut
178565 | Zig:17   | Killed a juggernaut
178566 | Zig:17   | Noticed a juggernaut
178566 | Zig:17   | Noticed a juggernaut
178566 | Zig:17   | Killed a juggernaut
178568 | Zig:17   | Killed a juggernaut
178568 | Zig:17   | Killed a juggernaut
178568 | Zig:17   | Killed a juggernaut
178569 | Zig:17   | Killed a juggernaut
178569 | Zig:17   | Noticed a juggernaut
178570 | Zig:17   | Killed a juggernaut
178570 | Zig:17   | Killed a juggernaut
178570 | Zig:17   | Killed a juggernaut
178575 | Zig:17   | Noticed a juggernaut
178575 | Zig:17   | Found the +9 scales of the Dragon King {rPois rF+ rC+
                  | Will+}
178575 | Zig:17   | Killed a juggernaut
178576 | Zig:17   | Killed a juggernaut
178578 | Zig:17   | Killed a juggernaut
178580 | Zig:17   | Killed a juggernaut
178752 | Zig:17   | Identified the +8 scimitar "Azotedocip" {heavy, MP+9 Str+3
                  | Dex+3}
178754 | Zig:17   | Identified the +7 scimitar of the Lumpy Planets {holy,
                  | Dex+3}
178765 | Zig:17   | Identified the +2 lajatang "Q" {flame, Will+ Int+6}
178776 | Zig:17   | Identified the staff "Furewkoa" {rElec rC+ Str+4 Stlth+
                  | Conj}
179140 | Zig:18   | Entered Level 18 of a ziggurat
179484 | Zig:18   | Identified the +6 great sword of Callousness {flame, rC+
                  | Will+}
179498 | Zig:18   | Identified the +1 long sword of Disembowelment {heavy, rF+
                  | Int+2}
179559 | Zig:18   | Identified the ring of Suspected Treachery {rC+ Will+ rCorr
                  | Dex+2}
179563 | Zig:18   | Identified the staff of Resourcefulness {rElec rN++ Str+3
                  | Dex-2 Air}
179564 | Zig:18   | Identified the staff "Ropoplut" {rPois rCorr Dex+3 Summ
                  | Poison}
179585 | Zig:18   | Identified the staff of Iconoclasm {rC+ rN+ Will+ Earth}
179586 | Zig:18   | Identified the +1 chain mail of Synwiafod {Int+6}
179589 | Zig:18   | Identified the staff "Yxito" {Stlth+ Conj}
179690 | Zig:19   | Entered Level 19 of a ziggurat
179693 | Zig:19   | Noticed a royal mummy
179695 | Zig:19   | Noticed a royal mummy
179695 | Zig:19   | Noticed a royal mummy
179697 | Zig:19   | Noticed a royal mummy
179699 | Zig:19   | Noticed a royal mummy
179699 | Zig:19   | Noticed a royal mummy
179700 | Zig:19   | Noticed a royal mummy
179700 | Zig:19   | Noticed a royal mummy
179700 | Zig:19   | Noticed a royal mummy
179701 | Zig:19   | Noticed a royal mummy
179701 | Zig:19   | Noticed a royal mummy
179702 | Zig:19   | Noticed a royal mummy
179702 | Zig:19   | Noticed a royal mummy
179702 | Zig:19   | Killed a royal mummy
179702 | Zig:19   | Killed a royal mummy
179702 | Zig:19   | Killed a royal mummy
179702 | Zig:19   | Killed a royal mummy
179702 | Zig:19   | Killed a royal mummy
179702 | Zig:19   | Killed a royal mummy
179702 | Zig:19   | Killed a royal mummy
179702 | Zig:19   | Killed a royal mummy
179702 | Zig:19   | Killed a royal mummy
179702 | Zig:19   | Killed a royal mummy
179702 | Zig:19   | Killed a royal mummy
179702 | Zig:19   | Noticed a royal mummy
179702 | Zig:19   | Noticed a royal mummy
179702 | Zig:19   | Noticed a royal mummy
179703 | Zig:19   | Noticed a royal mummy
179703 | Zig:19   | Noticed an ancient lich
179704 | Zig:19   | Noticed a royal mummy
179704 | Zig:19   | Noticed a royal mummy
179704 | Zig:19   | Noticed a royal mummy
179704 | Zig:19   | Noticed a royal mummy
179705 | Zig:19   | Killed an ancient lich
179705 | Zig:19   | Killed a royal mummy
179705 | Zig:19   | Killed a royal mummy
179705 | Zig:19   | Killed a royal mummy
179705 | Zig:19   | Killed a royal mummy
179705 | Zig:19   | Killed a royal mummy
179705 | Zig:19   | Killed a royal mummy
179705 | Zig:19   | Noticed a royal mummy
179707 | Zig:19   | Killed a royal mummy
179707 | Zig:19   | Killed a royal mummy
179707 | Zig:19   | Killed a royal mummy
179707 | Zig:19   | Killed a royal mummy
179707 | Zig:19   | Killed a royal mummy
179709 | Zig:19   | Noticed a royal mummy
179710 | Zig:19   | Noticed a royal mummy
179710 | Zig:19   | Noticed a royal mummy
179711 | Zig:19   | Killed a royal mummy
179711 | Zig:19   | Killed a royal mummy
179711 | Zig:19   | Killed a royal mummy
179713 | Zig:19   | Noticed a royal mummy
179713 | Zig:19   | Noticed a royal mummy
179714 | Zig:19   | Noticed a royal mummy
179714 | Zig:19   | Noticed a royal mummy
179714 | Zig:19   | Noticed a royal mummy
179714 | Zig:19   | Noticed a royal mummy
179715 | Zig:19   | Noticed a royal mummy
179716 | Zig:19   | Noticed a royal mummy
179716 | Zig:19   | Noticed a royal mummy
179717 | Zig:19   | Noticed a royal mummy
179717 | Zig:19   | Noticed a royal mummy
179717 | Zig:19   | Killed a royal mummy
179717 | Zig:19   | Noticed a royal mummy
179718 | Zig:19   | Killed a royal mummy
179718 | Zig:19   | Killed a royal mummy
179718 | Zig:19   | Noticed a royal mummy
179720 | Zig:19   | Killed a royal mummy
179720 | Zig:19   | Killed a royal mummy
179720 | Zig:19   | Killed a royal mummy
179720 | Zig:19   | Killed a royal mummy
179720 | Zig:19   | Killed a royal mummy
179720 | Zig:19   | Killed a royal mummy
179721 | Zig:19   | Killed a royal mummy
179721 | Zig:19   | Killed a royal mummy
179724 | Zig:19   | Killed a royal mummy
179724 | Zig:19   | Killed a royal mummy
179800 | Zig:19   | Identified the +6 great sword "Gram" {flame, *Rage rF+
                  | Int+2}
179813 | Zig:19   | Identified the amulet of Xiach {Drain Regen+ Str+9 Dex+3}
179830 | Zig:19   | Identified the +1 quarterstaff "Xoptoare" {freeze, Str+4}
179835 | Zig:19   | Identified the +0 pair of boots "Nuaczes" {Dex+3}
179836 | Zig:19   | Identified the +9 chain mail "Ickem" {+Blink}
180291 | Zig:20   | Entered Level 20 of a ziggurat
180757 | Zig:20   | Identified the staff "Jet Ududijo" {rElec rF+ MP-9 Dex+2
                  | Air}
180766 | Zig:20   | Identified the staff of the Teaching Gods {rElec rC+ Str-2
                  | Int+4 Dex+8 Ice}
180777 | Zig:20   | Identified the +1 trident of Muolour {protect, rCorr}
180795 | Zig:20   | Identified the +5 hand axe of an ice cave {speed, rC+
                  | Stlth+}
180798 | Zig:20   | Identified the +1 cloak "Finwozei" {Fly rN+ Dex+4}
180801 | Zig:20   | Identified the +2 dagger "Iciven" {venom, rC+ Str-4 SInv
                  | Stlth+}
180865 | Zig:20   | Acquired 724 gold pieces
180877 | Zig:21   | Entered Level 21 of a ziggurat
180885 | Zig:21   | Noticed Potaf the pandemonium lord
180886 | Zig:21   | Noticed Verchy the pandemonium lord
180887 | Zig:21   | Noticed Sate the pandemonium lord
180887 | Zig:21   | Noticed Wautiv the pandemonium lord
180887 | Zig:21   | Noticed Qer Jaerchi the pandemonium lord
180887 | Zig:21   | Noticed Qimiwuv the pandemonium lord
180888 | Zig:21   | Noticed Fonkuw Gynu the pandemonium lord
180889 | Zig:21   | Killed Wautiv the pandemonium lord
180889 | Zig:21   | Killed Fonkuw Gynu the pandemonium lord
180890 | Zig:21   | Killed Potaf the pandemonium lord
180890 | Zig:21   | Killed Sate the pandemonium lord
180890 | Zig:21   | Noticed Qagyoloc the pandemonium lord
180892 | Zig:21   | Killed Verchy the pandemonium lord
180894 | Zig:21   | Killed Qimiwuv the pandemonium lord
180895 | Zig:21   | Noticed Hoetorot the pandemonium lord
180895 | Zig:21   | Noticed Dununif the pandemonium lord
180895 | Zig:21   | Noticed Komasch the pandemonium lord
180895 | Zig:21   | Noticed Ysid the pandemonium lord
180896 | Zig:21   | Noticed Misegub the pandemonium lord
180896 | Zig:21   | Killed Qagyoloc the pandemonium lord
180896 | Zig:21   | Killed Qer Jaerchi the pandemonium lord
180896 | Zig:21   | Killed Misegub the pandemonium lord
180896 | Zig:21   | Killed Ysid the pandemonium lord
180897 | Zig:21   | Killed Komasch the pandemonium lord
180897 | Zig:21   | Noticed Noygror the pandemonium lord
180898 | Zig:21   | Killed Dununif the pandemonium lord
180898 | Zig:21   | Killed Hoetorot the pandemonium lord
180899 | Zig:21   | Noticed Nowuasaonk the pandemonium lord
180901 | Zig:21   | Noticed Xoech the pandemonium lord
180901 | Zig:21   | Noticed Cachir the pandemonium lord
180901 | Zig:21   | Noticed Qidif the pandemonium lord
180901 | Zig:21   | Noticed Kiffef the pandemonium lord
180902 | Zig:21   | Killed Noygror the pandemonium lord
180902 | Zig:21   | Killed Nowuasaonk the pandemonium lord
180902 | Zig:21   | Killed Kiffef the pandemonium lord
180903 | Zig:21   | Noticed Cokecurr the pandemonium lord
180903 | Zig:21   | Noticed Tecaiss the pandemonium lord
180903 | Zig:21   | Noticed Wudesas the pandemonium lord
180905 | Zig:21   | Noticed Hiwiot the pandemonium lord
180905 | Zig:21   | Killed Cachir the pandemonium lord
180905 | Zig:21   | Killed Wudesas the pandemonium lord
180906 | Zig:21   | Killed Tecaiss the pandemonium lord
180906 | Zig:21   | Noticed Tuogiuw Fept the pandemonium lord
180906 | Zig:21   | Noticed Dourghig the pandemonium lord
180907 | Zig:21   | Killed Xoech the pandemonium lord
180907 | Zig:21   | Noticed Mulodwal the pandemonium lord
180907 | Zig:21   | Noticed Orap Hakk the pandemonium lord
180909 | Zig:21   | Killed Qidif the pandemonium lord
180909 | Zig:21   | Noticed Gohai the pandemonium lord
180911 | Zig:21   | Killed Mulodwal the pandemonium lord
180911 | Zig:21   | Noticed Ofaaru the pandemonium lord
180911 | Zig:21   | Noticed Qun Yce the pandemonium lord
180913 | Zig:21   | Noticed Xuasm the pandemonium lord
180914 | Zig:21   | Noticed Qobune the pandemonium lord
180914 | Zig:21   | Noticed Ugyppy the pandemonium lord
180915 | Zig:21   | Killed Hiwiot the pandemonium lord
180915 | Zig:21   | Killed Tuogiuw Fept the pandemonium lord
180915 | Zig:21   | Killed Dourghig the pandemonium lord
180915 | Zig:21   | Killed Qobune the pandemonium lord
180915 | Zig:21   | Noticed Lior Tuf the pandemonium lord
180916 | Zig:21   | Killed Orap Hakk the pandemonium lord
180916 | Zig:21   | Killed Cokecurr the pandemonium lord
180916 | Zig:21   | Killed Qun Yce the pandemonium lord
180917 | Zig:21   | Noticed Ukeekeaq the pandemonium lord
180917 | Zig:21   | Killed Gohai the pandemonium lord
180917 | Zig:21   | Killed Ofaaru the pandemonium lord
180917 | Zig:21   | Killed Lior Tuf the pandemonium lord
180917 | Zig:21   | Killed Ugyppy the pandemonium lord
180917 | Zig:21   | Noticed Mirgh the pandemonium lord
180917 | Zig:21   | Noticed Pian the pandemonium lord
180917 | Zig:21   | Noticed Guquumet the pandemonium lord
180920 | Zig:21   | Noticed Ysuaq the pandemonium lord
180920 | Zig:21   | Noticed Kotiroun the pandemonium lord
180925 | Zig:21   | Killed Ukeekeaq the pandemonium lord
180925 | Zig:21   | Killed Mirgh the pandemonium lord
180926 | Zig:21   | Killed Pian the pandemonium lord
180926 | Zig:21   | Killed Kotiroun the pandemonium lord
180926 | Zig:21   | Noticed Feydues the pandemonium lord
180927 | Zig:21   | Killed Xuasm the pandemonium lord
180927 | Zig:21   | Killed Guquumet the pandemonium lord
180927 | Zig:21   | Killed Feydues the pandemonium lord
180927 | Zig:21   | Noticed Jaom the pandemonium lord
180927 | Zig:21   | Noticed Kaqa the pandemonium lord
180928 | Zig:21   | Killed Ysuaq the pandemonium lord
180931 | Zig:21   | Noticed Yggebeoc the pandemonium lord
180931 | Zig:21   | Noticed Giymien the pandemonium lord
180934 | Zig:21   | Noticed Oshrak the pandemonium lord
180934 | Zig:21   | Noticed Teuxegg the pandemonium lord
180934 | Zig:21   | Killed Jaom the pandemonium lord
180937 | Zig:21   | Noticed Cuer the pandemonium lord
180939 | Zig:21   | Noticed Ceebonumn the pandemonium lord
180941 | Zig:21   | Killed Yggebeoc the pandemonium lord
180941 | Zig:21   | Noticed Jaarah the pandemonium lord
180942 | Zig:21   | Killed Kaqa the pandemonium lord
180942 | Zig:21   | Noticed Mem Oriom the pandemonium lord
180945 | Zig:21   | Noticed Efetoerph the pandemonium lord
180946 | Zig:21   | Noticed Astus the pandemonium lord
180947 | Zig:21   | Noticed Feqi the pandemonium lord
180954 | Zig:21   | Noticed Siqos the pandemonium lord
180956 | Zig:21   | Killed Jaarah the pandemonium lord
180956 | Zig:21   | Killed Efetoerph the pandemonium lord
180956 | Zig:21   | Killed Astus the pandemonium lord
180956 | Zig:21   | Noticed Neabbisu the pandemonium lord
180957 | Zig:21   | Killed Oshrak the pandemonium lord
180959 | Zig:21   | Killed Mem Oriom the pandemonium lord
180959 | Zig:21   | Killed Giymien the pandemonium lord
180959 | Zig:21   | Killed Teuxegg the pandemonium lord
180959 | Zig:21   | Killed Cuer the pandemonium lord
180959 | Zig:21   | Noticed Middif the pandemonium lord
180961 | Zig:21   | Noticed Enexkemi the pandemonium lord
180964 | Zig:21   | Noticed Lusicekk the pandemonium lord
180971 | Zig:21   | Killed Ceebonumn the pandemonium lord
180971 | Zig:21   | Killed Neabbisu the pandemonium lord
180971 | Zig:21   | Killed Lusicekk the pandemonium lord
180972 | Zig:21   | Noticed Atagah the pandemonium lord
180974 | Zig:21   | Noticed Waq Fah the pandemonium lord
180978 | Zig:21   | Killed Siqos the pandemonium lord
180980 | Zig:21   | Killed Enexkemi the pandemonium lord
180980 | Zig:21   | Noticed Teajon the pandemonium lord
180981 | Zig:21   | Killed Middif the pandemonium lord
180983 | Zig:21   | Killed Feqi the pandemonium lord
180983 | Zig:21   | Killed Atagah the pandemonium lord
180983 | Zig:21   | Killed Waq Fah the pandemonium lord
180985 | Zig:21   | Killed Teajon the pandemonium lord
181318 | Zig:21   | Identified the staff "Ynomn" {rF+ rC+ Fire}
181334 | Zig:21   | Identified the staff of Uncertain Death {rElec rN+ Str+3
                  | Dex-5 SInv Air}
181379 | Zig:22   | Entered Level 22 of a ziggurat
181410 | Zig:22   | Found the +8 mithril axe "Arga" {speed, Will+}
181829 | Zig:22   | Identified the +4 halberd of Gozag's Grace {spect, MP+9
                  | Int+2}
181845 | Zig:22   | Identified the staff "Ygeureq" {rF+ rC+ Int+3 Fire}
181882 | Zig:22   | Identified the ring "Puntaju" {Fly rPois rC+ rN+}
181892 | Zig:22   | Identified the +0 scale mail "Bigezac" {Contam rN+ SInv}
181900 | Zig:22   | Identified the staff "Niekhlal" {Dex+3 Conj}
181918 | Zig:22   | Identified the +8 spear "Hydra's Nightmare" {heavy, Int+2}
181922 | Zig:22   | Identified the staff "Niadai" {Drain rElec rPois rN+ SInv
                  | Poison}
181937 | Zig:22   | Identified the ring of the Distant Future {EV+5 Str+3
                  | Slay+3 Stlth+}
182033 | Zig:22   | Acquired 402 gold pieces
182044 | Zig:23   | Entered Level 23 of a ziggurat
182650 | Zig:23   | Identified the +5 short sword of Law {drain, rPois Will+
                  | Int-3 Dex+3}
182654 | Zig:23   | Identified the ring "Dikk" {Fire Str+3 Int+7}
182657 | Zig:23   | Identified the +8 morningstar "Ticoi" {venom, rN+}
182682 | Zig:24   | Entered Level 24 of a ziggurat
182727 | Zig:24   | Identified the ring "Zoqud" {Will+ Dex+5 Slay+4}
183178 | Zig:24   | Identified the +10 short sword of Impermanence {flame,
                  | rElec Int+5 Dex-3}
183200 | Zig:24   | Identified the +10 spear "Kytaiq" {venom, Will+}
183202 | Zig:24   | Identified the +10 arbalest of the Tundras {antimagic, rC+}
183204 | Zig:24   | Identified the ring "Paygeane" {Fly rPois rC++ Str+3 Int-4}
183228 | Zig:24   | Identified the +1 robe of the Moon {rF++ rN+}
183340 | Zig:25   | Entered Level 25 of a ziggurat
183371 | Zig:25   | Found the +9 sword of Zonguldrok {reap}
183378 | Zig:25   | Identified the staff of the Changing Big Fish {Ice Earth}
183396 | Zig:25   | Identified the staff of Valiance {rPois rF+ rCorr Poison}
183553 | Zig:25   | Identified the +2 halberd of Hepliaklqana's Anger {freeze,
                  | rF+ rN+ Dex-2}
183554 | Zig:25   | Identified the staff "Nouxt" {Str-5 Dex+8 Conj}
183571 | Zig:25   | Identified the +11 spear of Wrongful Imprisonment {freeze,
                  | rN+ Dex+4}
183627 | Zig:25   | Identified the +10 lajatang of Mona {venom, Int+4}
183633 | Zig:25   | Identified the +1 robe "Bevah" {*Corrode rPois rC- Dex+7}
184076 | Zig:25   | Acquired 807 gold pieces
184090 | Zig:26   | Entered Level 26 of a ziggurat
184115 | Zig:26   | Paralysed by an air elemental for 1 turns
184128 | Zig:26   | Identified the +9 glaive of Zeanefes {vamp, *Noise +Blink
                  | SInv}
184541 | Zig:26   | Identified the +8 short sword of Putrescence {flame,
                  | Fragile Dex+4}
184559 | Zig:26   | Identified the +5 trident of Suriocur {heavy, Drain rF++
                  | Str+3}
184602 | Zig:26   | Identified the +4 ring mail of Analysis {Rampage Str+3
                  | Dex-5}
184616 | Zig:26   | Identified the +4 shortbow of Baruotag {antimagic, rPois
                  | Int+5 Dex-5 Stlth+}
184631 | Zig:26   | Identified the +7 flail of Death's Door {flame, Contam rF+
                  | rN++}
184640 | Zig:26   | Identified the +3 quarterstaff of Cedyvodd {spect, rCorr}
184665 | Zig:26   | Identified the ring "Useqodd" {rPois Will+ rCorr Str+3
                  | Int-2}
184675 | Zig:26   | Identified the +6 falchion of the Jolly Dances {venom, rC+}
184684 | Zig:26   | Identified the ring of Xom's Bemusement {Fly rF- rN++ Str+3
                  | Dex+6}
184686 | Zig:26   | Identified the amulet of Xiosk {Acrobat +Blink rC+}
184795 | Zig:27   | Entered Level 27 of a ziggurat
185027 | Zig:27   | Identified the ring "Ximoit" {EV+5 Str+6}
185546 | Zig:1    | Entered Level 1 of a ziggurat
185546 | Zig:1    | Noticed an ancient lich
185550 | Zig:1    | Killed an ancient lich
185636 | Zig:2    | Entered Level 2 of a ziggurat
185709 | Zig:3    | Entered Level 3 of a ziggurat
185793 | Zig:3    | Identified the +0 rapier "Assaz" {freeze, Str+3}
185896 | Zig:4    | Entered Level 4 of a ziggurat
185896 | Zig:4    | Noticed a royal mummy
185896 | Zig:4    | Noticed a royal mummy
185896 | Zig:4    | Noticed a royal mummy
185896 | Zig:4    | Noticed a royal mummy
185898 | Zig:4    | Noticed a royal mummy
185900 | Zig:4    | Killed a royal mummy
185900 | Zig:4    | Killed a royal mummy
185900 | Zig:4    | Killed a royal mummy
185900 | Zig:4    | Killed a royal mummy
185900 | Zig:4    | Killed a royal mummy
185901 | Zig:4    | Noticed a royal mummy
185903 | Zig:4    | Killed a royal mummy
186113 | Zig:5    | Entered Level 5 of a ziggurat
186257 | Zig:6    | Entered Level 6 of a ziggurat
186425 | Zig:6    | Identified the staff "Fish" {rPois rF+ rN+ Will+ Dex+2
                  | Poison}
186442 | Zig:7    | Entered Level 7 of a ziggurat
186442 | Zig:7    | Noticed Eproada the pandemonium lord
186443 | Zig:7    | Noticed Resyxile the pandemonium lord
186443 | Zig:7    | Noticed Yruteof the pandemonium lord
186443 | Zig:7    | Noticed Quttobi the pandemonium lord
186444 | Zig:7    | Killed Quttobi the pandemonium lord
186444 | Zig:7    | Noticed Vevucsir the pandemonium lord
186445 | Zig:7    | Noticed Ytiptih the pandemonium lord
186445 | Zig:7    | Noticed Rodgh the pandemonium lord
186445 | Zig:7    | Noticed Onob the pandemonium lord
186445 | Zig:7    | Killed Yruteof the pandemonium lord
186445 | Zig:7    | Killed Ytiptih the pandemonium lord
186445 | Zig:7    | Killed Resyxile the pandemonium lord
186445 | Zig:7    | Killed Eproada the pandemonium lord
186445 | Zig:7    | Noticed Buczaw the pandemonium lord
186446 | Zig:7    | Killed Rodgh the pandemonium lord
186446 | Zig:7    | Killed Vevucsir the pandemonium lord
186447 | Zig:7    | Killed Buczaw the pandemonium lord
186448 | Zig:7    | Killed Onob the pandemonium lord
186448 | Zig:7    | Noticed Uzawot the pandemonium lord
186450 | Zig:7    | Killed Uzawot the pandemonium lord
186450 | Zig:7    | Noticed Mutid the pandemonium lord
186450 | Zig:7    | Noticed Cyar the pandemonium lord
186453 | Zig:7    | Killed Cyar the pandemonium lord
186453 | Zig:7    | Killed Mutid the pandemonium lord
186453 | Zig:7    | Noticed Huppuit the pandemonium lord
186454 | Zig:7    | Killed Huppuit the pandemonium lord
186698 | Zig:8    | Entered Level 8 of a ziggurat
186702 | Zig:8    | Noticed Jaudayn the pandemonium lord
186702 | Zig:8    | Noticed Obiase the pandemonium lord
186702 | Zig:8    | Noticed Beiguer the pandemonium lord
186702 | Zig:8    | Noticed Osomm the pandemonium lord
186702 | Zig:8    | Noticed Xunatel the pandemonium lord
186703 | Zig:8    | Killed Xunatel the pandemonium lord
186703 | Zig:8    | Noticed Icierin the pandemonium lord
186703 | Zig:8    | Noticed Ehoicou the pandemonium lord
186704 | Zig:8    | Killed Beiguer the pandemonium lord
186704 | Zig:8    | Noticed Xejiuwuh the pandemonium lord
186705 | Zig:8    | Killed Obiase the pandemonium lord
186705 | Zig:8    | Killed Ehoicou the pandemonium lord
186705 | Zig:8    | Killed Icierin the pandemonium lord
186705 | Zig:8    | Killed Osomm the pandemonium lord
186705 | Zig:8    | Noticed Biasuam the pandemonium lord
186705 | Zig:8    | Noticed Nohaosud the pandemonium lord
186706 | Zig:8    | Killed Jaudayn the pandemonium lord
186706 | Zig:8    | Killed Xejiuwuh the pandemonium lord
186710 | Zig:8    | Killed Biasuam the pandemonium lord
186714 | Zig:8    | Noticed Kopitaho the pandemonium lord
186715 | Zig:8    | Noticed Ketysiaj the pandemonium lord
186726 | Zig:8    | Killed Ketysiaj the pandemonium lord
186727 | Zig:8    | Killed Nohaosud the pandemonium lord
186732 | Zig:8    | Killed Kopitaho the pandemonium lord
186736 | Zig:8    | Noticed Toqaom the pandemonium lord
186737 | Zig:8    | Noticed Geiminkuv the pandemonium lord
186739 | Zig:8    | Noticed Waecox the pandemonium lord
186739 | Zig:8    | Noticed Gisevug the pandemonium lord
186741 | Zig:8    | Killed Geiminkuv the pandemonium lord
186742 | Zig:8    | Killed Toqaom the pandemonium lord
186742 | Zig:8    | Killed Gisevug the pandemonium lord
186765 | Zig:8    | Killed Waecox the pandemonium lord
186934 | Zig:8    | Found the +5 Lochaber axe {reach-cleave, Poleaxe Drain}
187018 | Zig:8    | Identified the ring of Law {Fly Dex+5}
187037 | Zig:8    | Identified the +1 ring mail of Masochism {rElec Str+2}
187091 | Zig:9    | Entered Level 9 of a ziggurat
187176 | Zig:9    | Identified the amulet of Harmony {Reflect -Tele rF+ Str+5
                  | SH+5 SInv}
187180 | Zig:9    | Identified the +7 great mace of Golden Guile {flame, Will+
                  | Dex+2 Stlth+}
187194 | Zig:9    | Identified the +0 scale mail of Waotroa {rN+ Int+5}
187207 | Zig:9    | Identified the staff of Responsibility {rF+ rC+ Int+2 Fire}
187401 | Zig:10   | Entered Level 10 of a ziggurat
187403 | Zig:10   | Noticed a juggernaut
187405 | Zig:10   | Noticed a juggernaut
187406 | Zig:10   | Noticed a juggernaut
187406 | Zig:10   | Noticed a juggernaut
187411 | Zig:10   | Noticed a juggernaut
187411 | Zig:10   | Found the +10 tower shield of Ignorance {rN+ Int-4}
187411 | Zig:10   | Killed a juggernaut
187412 | Zig:10   | Killed a juggernaut
187412 | Zig:10   | Killed a juggernaut
187413 | Zig:10   | Killed a juggernaut
187416 | Zig:10   | Killed a juggernaut
187724 | Zig:10   | Identified the amulet "Niext" {Spirit -Cast rElec rF++
                  | Will+}
187782 | Zig:10   | Identified the +2 pair of gloves of Sif Muna's Supremacy
                  | {rElec Will- Dex+4}
187786 | Zig:10   | Identified the amulet of the Scarab {rC+ Regen+}
187827 | Zig:11   | Entered Level 11 of a ziggurat
187999 | Zig:11   | Identified the +9 battleaxe of Terror {flame, Int+6 Stlth-}
188012 | Zig:11   | Identified the +6 demon blade "Goblinslayer" {venom, rPois
                  | Dex+4 Stlth+}
188164 | Zig:12   | Entered Level 12 of a ziggurat
188295 | Zig:12   | Identified the +3 ring mail "Rayluis" {Will+}
188415 | Zig:12   | Identified the +8 quarterstaff "Ycasits" {venom, rF++
                  | Str+3}
188423 | Zig:12   | Identified the ring "Tocievet" {Ice rPois}
188427 | Zig:12   | Identified the +6 morningstar of Painful Death {venom,
                  | rElec rF+ Str-3}
188437 | Zig:12   | Identified the ring of the Philosopher {rElec rC+ Int+2}
188442 | Zig:12   | Identified the +0 pair of gloves "Yteqirr" {rN+ Regen+}
188485 | Zig:13   | Entered Level 13 of a ziggurat
188594 | Zig:13   | Identified the +1 helmet of the Nexus {Str+3 SInv}
188599 | Zig:13   | Identified the +1 short sword "Zuem" {spect, Stlth+}
188832 | Zig:13   | Identified the +8 glaive of the Big Fish {vamp, rC+ SInv}
188943 | Zig:14   | Entered Level 14 of a ziggurat
188952 | Zig:14   | Noticed a dread lich
188953 | Zig:14   | Noticed a dread lich
188953 | Zig:14   | Noticed a dread lich
188954 | Zig:14   | Noticed a dread lich
188954 | Zig:14   | Noticed an ancient lich
188954 | Zig:14   | Noticed a dread lich
188955 | Zig:14   | Noticed an ancient lich
188955 | Zig:14   | Noticed a dread lich
188957 | Zig:14   | Noticed a dread lich
188957 | Zig:14   | Noticed an ancient lich
188957 | Zig:14   | Noticed an ancient lich
188957 | Zig:14   | Noticed an ancient lich
188958 | Zig:14   | Noticed a dread lich
188958 | Zig:14   | Noticed an ancient lich
188959 | Zig:14   | Killed a dread lich
188959 | Zig:14   | Killed an ancient lich
188959 | Zig:14   | Killed a dread lich
188959 | Zig:14   | Killed a dread lich
188959 | Zig:14   | Killed a dread lich
188959 | Zig:14   | Killed a dread lich
188959 | Zig:14   | Killed a dread lich
188959 | Zig:14   | Killed an ancient lich
188960 | Zig:14   | Noticed a dread lich
188960 | Zig:14   | Noticed an ancient lich
188960 | Zig:14   | Noticed an ancient lich
188960 | Zig:14   | Noticed an ancient lich
188960 | Zig:14   | Noticed a dread lich
188960 | Zig:14   | Noticed an ancient lich
188961 | Zig:14   | Noticed a dread lich
188961 | Zig:14   | Noticed a dread lich
188961 | Zig:14   | Noticed a dread lich
188961 | Zig:14   | Killed an ancient lich
188961 | Zig:14   | Killed an ancient lich
188961 | Zig:14   | Killed an ancient lich
188962 | Zig:14   | Killed a dread lich
188963 | Zig:14   | Found the ring of the Octopus King
188963 | Zig:14   | Killed an ancient lich
188964 | Zig:14   | Killed an ancient lich
188964 | Zig:14   | Killed an ancient lich
188966 | Zig:14   | Killed an ancient lich
188966 | Zig:14   | Killed a dread lich
188966 | Zig:14   | Killed a dread lich
188967 | Zig:14   | Killed a dread lich
188967 | Zig:14   | Killed a dread lich
188967 | Zig:14   | Killed a dread lich
188967 | Zig:14   | Killed a dread lich
188968 | Zig:14   | Killed an ancient lich
189231 | Zig:14   | Identified the ring "Otwob" {Drain rPois rF+ rN+ Str+2}
189233 | Zig:14   | Identified the +1 cloak of Trumpets {Int+2}
189291 | Zig:14   | Identified a ring of the Octopus King {rF+ HP+2 AC+2 EV+2
                  | SH+2}
189297 | Zig:14   | Identified the +8 dagger of Glory {drain, rC+ rN+++ Str+4
                  | Dex-3}
189365 | Zig:14   | Acquired 927 gold pieces
189366 | Zig:14   | Acquired the +3 pair of gauntlets of War {Slay+5}
189366 | Zig:14   | Found the +3 pair of gauntlets of War {Slay+5}
189377 | Zig:15   | Entered Level 15 of a ziggurat
189745 | Zig:15   | Identified the ring "Luex" {Will+ AC+4}
189759 | Zig:15   | Identified the +7 chain mail of Mentiuxoy {Drain rElec rN+}
189769 | Zig:15   | Identified the staff "Nip Enepn" {rPois rF- Will+++ Int+2
                  | Stlth+ Poison}
189928 | Zig:16   | Entered Level 16 of a ziggurat
189944 | Zig:16   | Identified the +3 buckler of the Hanged Man {rN+ Regen+
                  | Str-4}
189974 | Zig:16   | Found the +3 crown of Dyrovepreva {rElec Int+2 SInv}
190102 | Zig:16   | Identified the +0 scale mail of Teso {Rampage Str+2 Int-3
                  | Dex+2}
190105 | Zig:16   | Identified the +5 falchion of the Heavens {freeze, rF+}
190107 | Zig:16   | Identified the +5 dagger "Ithrial" {freeze, rN+}
190108 | Zig:16   | Identified the +2 war axe of Shame {freeze, rF- Will++}
190111 | Zig:16   | Identified the +7 falchion of the Sixty-Six Things {spect,
                  | +Blink Str-5 Int+4 Stlth+}
190364 | Zig:16   | Identified the +9 lajatang "Ratymase" {freeze, rC+}
190455 | Zig:17   | Entered Level 17 of a ziggurat
190634 | Zig:17   | Identified the ring of the Morning {Will+ Int+2 Dex+6}
190636 | Zig:17   | Identified the amulet "Lacrycy" {Reflect Regen+ SH+5}
190678 | Zig:17   | Identified the +1 scale mail of Marbles {*Corrode rN+++
                  | Will++ Int-5}
190696 | Zig:17   | Identified the +0 leather armour of Fiaghod {Will++ Int+3}
190716 | Zig:17   | Identified the staff "Grim" {Contam Fly rN+ Int+2 Necro}
190718 | Zig:17   | Identified the +3 war axe of the Loving Gods {flame,
                  | *Corrode +Blink rPois Dex-3}
190971 | Zig:18   | Entered Level 18 of a ziggurat
190982 | Zig:18   | Noticed Pautasto the pandemonium lord
190983 | Zig:18   | Noticed Ciwkerghuto the pandemonium lord
190984 | Zig:18   | Noticed Nuadoh the pandemonium lord
190984 | Zig:18   | Noticed Zael the pandemonium lord
190984 | Zig:18   | Noticed Iraomoev the pandemonium lord
190984 | Zig:18   | Noticed Rioteeza the pandemonium lord
190984 | Zig:18   | Noticed Buses the pandemonium lord
190984 | Zig:18   | Noticed Getoirgh the pandemonium lord
190985 | Zig:18   | Noticed Ximyrhao the pandemonium lord
190986 | Zig:18   | Killed Iraomoev the pandemonium lord
190986 | Zig:18   | Noticed Kefo the pandemonium lord
190987 | Zig:18   | Noticed Orruliaxt the pandemonium lord
190987 | Zig:18   | Killed Zael the pandemonium lord
190987 | Zig:18   | Noticed Romet the pandemonium lord
190988 | Zig:18   | Killed Rioteeza the pandemonium lord
190988 | Zig:18   | Noticed Manuoqid the pandemonium lord
190988 | Zig:18   | Noticed Fentu the pandemonium lord
190989 | Zig:18   | Killed Ximyrhao the pandemonium lord
190989 | Zig:18   | Killed Orruliaxt the pandemonium lord
190989 | Zig:18   | Noticed Oluxtazi the pandemonium lord
190989 | Zig:18   | Noticed Hiostif the pandemonium lord
190989 | Zig:18   | Noticed Fiocoep the pandemonium lord
190990 | Zig:18   | Killed Ciwkerghuto the pandemonium lord
190990 | Zig:18   | Killed Buses the pandemonium lord
190990 | Zig:18   | Killed Getoirgh the pandemonium lord
190990 | Zig:18   | Noticed Holerreg the pandemonium lord
190992 | Zig:18   | Killed Kefo the pandemonium lord
190992 | Zig:18   | Killed Fiocoep the pandemonium lord
190992 | Zig:18   | Killed Fentu the pandemonium lord
190992 | Zig:18   | Killed Oluxtazi the pandemonium lord
190992 | Zig:18   | Killed Hiostif the pandemonium lord
190992 | Zig:18   | Noticed Neerich the pandemonium lord
190992 | Zig:18   | Noticed Biraqaen the pandemonium lord
190993 | Zig:18   | Killed Nuadoh the pandemonium lord
190993 | Zig:18   | Killed Romet the pandemonium lord
190993 | Zig:18   | Killed Manuoqid the pandemonium lord
190993 | Zig:18   | Noticed Eraonn the pandemonium lord
190993 | Zig:18   | Noticed Hytol the pandemonium lord
190993 | Zig:18   | Noticed Vititz the pandemonium lord
190993 | Zig:18   | Noticed Ugabaz the pandemonium lord
190993 | Zig:18   | Noticed Ziv Piac the pandemonium lord
190994 | Zig:18   | Killed Holerreg the pandemonium lord
190994 | Zig:18   | Noticed Luagexi the pandemonium lord
190994 | Zig:18   | Noticed Yjupn the pandemonium lord
190994 | Zig:18   | Noticed Ochulyem the pandemonium lord
190995 | Zig:18   | Noticed Repsuuma the pandemonium lord
190996 | Zig:18   | Noticed Xuorgh the pandemonium lord
190996 | Zig:18   | Killed Yjupn the pandemonium lord
190996 | Zig:18   | Killed Luagexi the pandemonium lord
190996 | Zig:18   | Killed Ugabaz the pandemonium lord
190996 | Zig:18   | Killed Repsuuma the pandemonium lord
191003 | Zig:18   | Killed Hytol the pandemonium lord
191011 | Zig:18   | Killed Ochulyem the pandemonium lord
191012 | Zig:18   | Killed Eraonn the pandemonium lord
191012 | Zig:18   | Killed Biraqaen the pandemonium lord
191012 | Zig:18   | Killed Pautasto the pandemonium lord
191012 | Zig:18   | Killed Neerich the pandemonium lord
191013 | Zig:18   | Noticed Asoosuik the pandemonium lord
191015 | Zig:18   | Killed Ziv Piac the pandemonium lord
191016 | Zig:18   | Noticed Jumez the pandemonium lord
191018 | Zig:18   | Killed Jumez the pandemonium lord
191018 | Zig:18   | Killed Asoosuik the pandemonium lord
191025 | Zig:18   | Noticed Utuaplaka the pandemonium lord
191026 | Zig:18   | Noticed Mofalet the pandemonium lord
191027 | Zig:18   | Noticed Tusienueh the pandemonium lord
191028 | Zig:18   | Noticed Heoqerr the pandemonium lord
191029 | Zig:18   | Noticed Soer the pandemonium lord
191029 | Zig:18   | Noticed Hiyvemiy the pandemonium lord
191029 | Zig:18   | Killed Vititz the pandemonium lord
191029 | Zig:18   | Noticed Kyqifuru the pandemonium lord
191030 | Zig:18   | Killed Utuaplaka the pandemonium lord
191030 | Zig:18   | Noticed Xedayn Xugu the pandemonium lord
191031 | Zig:18   | Noticed Niakh the pandemonium lord
191031 | Zig:18   | Noticed Zanioj the pandemonium lord
191031 | Zig:18   | Noticed Ovvil the pandemonium lord
191031 | Zig:18   | Killed Xuorgh the pandemonium lord
191031 | Zig:18   | Killed Mofalet the pandemonium lord
191031 | Zig:18   | Noticed Akiss the pandemonium lord
191031 | Zig:18   | Noticed Vatte the pandemonium lord
191031 | Zig:18   | Noticed Ageuf the pandemonium lord
191032 | Zig:18   | Killed Xedayn Xugu the pandemonium lord
191032 | Zig:18   | Killed Kyqifuru the pandemonium lord
191032 | Zig:18   | Killed Akiss the pandemonium lord
191032 | Zig:18   | Killed Ovvil the pandemonium lord
191032 | Zig:18   | Killed Tusienueh the pandemonium lord
191033 | Zig:18   | Noticed Liploig the pandemonium lord
191033 | Zig:18   | Killed Vatte the pandemonium lord
191033 | Zig:18   | Noticed Nikibbaf the pandemonium lord
191044 | Zig:18   | Killed Zanioj the pandemonium lord
191049 | Zig:18   | Killed Heoqerr the pandemonium lord
191051 | Zig:18   | Killed Niakh the pandemonium lord
191051 | Zig:18   | Killed Hiyvemiy the pandemonium lord
191051 | Zig:18   | Noticed Saxe the pandemonium lord
191053 | Zig:18   | Noticed Kiwk the pandemonium lord
191054 | Zig:18   | Killed Soer the pandemonium lord
191054 | Zig:18   | Killed Ageuf the pandemonium lord
191056 | Zig:18   | Killed Nikibbaf the pandemonium lord
191058 | Zig:18   | Killed Liploig the pandemonium lord
191061 | Zig:18   | Noticed Nircheal the pandemonium lord
191062 | Zig:18   | Killed Kiwk the pandemonium lord
191062 | Zig:18   | Noticed Munupt the pandemonium lord
191063 | Zig:18   | Noticed Asyak the pandemonium lord
191064 | Zig:18   | Noticed Gaviojin the pandemonium lord
191065 | Zig:18   | Noticed Hinav the pandemonium lord
191066 | Zig:18   | Noticed Garphiets the pandemonium lord
191067 | Zig:18   | Killed Garphiets the pandemonium lord
191067 | Zig:18   | Killed Hinav the pandemonium lord
191067 | Zig:18   | Killed Gaviojin the pandemonium lord
191067 | Zig:18   | Killed Saxe the pandemonium lord
191067 | Zig:18   | Noticed Uriedgh the pandemonium lord
191068 | Zig:18   | Killed Asyak the pandemonium lord
191069 | Zig:18   | Killed Munupt the pandemonium lord
191073 | Zig:18   | Killed Nircheal the pandemonium lord
191077 | Zig:18   | Noticed Fiall the pandemonium lord
191077 | Zig:18   | Noticed Bafogoci the pandemonium lord
191082 | Zig:18   | Killed Uriedgh the pandemonium lord
191091 | Zig:18   | Noticed Togyl the pandemonium lord
191091 | Zig:18   | Noticed Mynlampo the pandemonium lord
191092 | Zig:18   | Killed Bafogoci the pandemonium lord
191114 | Zig:18   | Killed Fiall the pandemonium lord
191122 | Zig:18   | Killed Mynlampo the pandemonium lord
191125 | Zig:18   | Killed Togyl the pandemonium lord
191520 | Zig:18   | Found the +8 trident of the Octopus King {venom, rElec
                  | rPois}
191525 | Zig:18   | Identified the +1 buckler "Xail" {rF+}
191527 | Zig:18   | Identified the +1 cloak of the Old and Reckless {rC- Will+
                  | Dex+7}
191533 | Zig:18   | Identified the +8 short sword of Disgust {pain, Will+
                  | Dex+3}
191534 | Zig:18   | Identified the +0 ring mail of Syndicalism {rC- rN+ Slay+2}
191555 | Zig:18   | Identified the +5 pair of boots of the Past {Str+3 Slay-4
                  | SInv}
191642 | Zig:19   | Entered Level 19 of a ziggurat
191686 | Zig:19   | Noticed a dread lich
191692 | Zig:19   | Killed a dread lich
191853 | Zig:19   | Identified the +1 pair of gloves of Free Expression {rF+}
191854 | Zig:19   | Identified the +6 dagger of Floods {elec, rF+ Dex+2}
191855 | Zig:19   | Identified the +7 falchion of Parsimonious Courage {holy,
                  | rF+ SInv}
191864 | Zig:19   | Identified the +3 bardiche of Woziret {freeze, Stlth+}
191869 | Zig:19   | Identified the +1 dagger of the Dove {heavy, Fly Int+3
                  | Dex+2}
191875 | Zig:19   | Identified the staff of the Jolly Youths {*Slow rF++ rC+
                  | Dex+2 Earth}
192216 | Zig:20   | Entered Level 20 of a ziggurat
192630 | Zig:20   | Identified the +2 quarterstaff of Vanity {pain, rElec
                  | Will+}
192686 | Zig:20   | Identified the +8 mace of Defiance {spect, Fly rF- Str+7
                  | Stlth+}
192692 | Zig:20   | Identified the ring "Lybudgh" {rF+ MP+9 Dex+2}
192698 | Zig:20   | Identified the ring "Xouleffea" {Ice Will+ Str+4}
192700 | Zig:20   | Identified the amulet "Touckop" {Contam Harm Regen+ rCorr}
192706 | Zig:20   | Identified the +1 plate armour of Going Fast {Drain Str+3
                  | Stlth+}
192835 | Zig:21   | Entered Level 21 of a ziggurat
193074 | Zig:21   | Identified the +5 scimitar "Sedwawn" {venom, +Blink Str+3
                  | SInv}
193102 | Zig:21   | Identified the +4 quarterstaff "Undertaker" {flame, rN+
                  | rCorr}
193132 | Zig:21   | Identified the staff "Enuphif" {rElec rF+ rN+ Air}
193579 | Zig:22   | Entered Level 22 of a ziggurat
193616 | Zig:22   | Found the +8 Wrath of Trog {antimagic, *Rage Rampage}
194201 | Zig:22   | Identified the staff "Lote" {rF+ rN+ Int+4 Fire}
194321 | Zig:23   | Entered Level 23 of a ziggurat
194706 | Zig:23   | Identified the ring "Litrieta" {MP+9 SInv}
194710 | Zig:23   | Identified the +2 mace "Suasmaot" {freeze, rF- rCorr Dex+6}
194711 | Zig:23   | Identified the +2 robe of Wakku {SInv}
194719 | Zig:23   | Identified the +5 mace "Niqeint" {pain, rElec Stlth+}
195290 | Zig:24   | Entered Level 24 of a ziggurat
195718 | Zig:24   | Identified the +0 leather armour "Sifasai" {rPois rF+ rN+}
195728 | Zig:24   | Identified the +2 hand axe of Yhais {heavy, Will+++ MP-9
                  | Str+3 Dex-5}
195733 | Zig:24   | Identified the +1 lajatang "Uvifik" {freeze, rN++ Str+3}
195737 | Zig:24   | Identified the +5 trident of Holyiwier {flame, rC+}
195765 | Zig:24   | Identified the +2 robe of the Candlemaker {Dex+3}
195816 | Zig:24   | Identified the +4 great mace of Leurashru {vamp, +Blink
                  | rElec Str-5 SInv}
195818 | Zig:24   | Identified the +1 spear of Accord {protect, rC- Int+5}
195822 | Zig:24   | Identified the +7 chain mail of Morality {Dex+4}
195825 | Zig:24   | Identified the +5 rapier "Arcanum" {elec, Str+2}
195830 | Zig:24   | Identified the amulet "Vesus" {Reflect +Blink rF- Int+3
                  | SH+5}
195833 | Zig:24   | Identified the +2 leather armour of Yshrokk {rF+}
195834 | Zig:24   | Identified the +1 quarterstaff of Etaj Cau {heavy, rF+
                  | Int-2 SInv Stlth+}
195848 | Zig:24   | Identified the +5 hand axe of the Elven Halls {freeze,
                  | rElec rPois Str+2}
195852 | Zig:24   | Identified the staff of Floods {rF+ Earth}
195861 | Zig:24   | Identified the +11 shortbow "Dotip" {freeze, rF- rC++}
196010 | Zig:25   | Entered Level 25 of a ziggurat
196029 | Zig:25   | Paralysed by an air elemental for 1 turns
196039 | Zig:25   | Paralysed by an air elemental for 1 turns
196057 | Zig:25   | Found the +5 woodcutter's axe
196329 | Zig:25   | Identified the amulet of Uvvimil {Spirit *Corrode +Inv rN+
                  | Regen+ Str-4}
196340 | Zig:25   | Identified the ring "Xugolaif" {rPois rC+ Str-4 Dex+4}
196345 | Zig:25   | Identified the +11 great sword "Ciycs" {freeze, rC+ rN+
                  | Str+3 Stlth+}
196365 | Zig:25   | Identified the -1 cloak of Autumn {rN+ MP+9 Int+3}
196367 | Zig:25   | Identified the +0 great sword of Evip Laf {holy, +Blink
                  | rN++ Str+3 Int-2}
196373 | Zig:25   | Identified the +7 hand axe of the Inferno {pain, Fly rF-
                  | Int+2 SInv}
196376 | Zig:25   | Identified the ring of Giepum {Fire Will+ Dex+5}
196383 | Zig:25   | Identified the staff of Eternal War {MP+9 Str+6 Conj}
196402 | Zig:25   | Identified the amulet of Firig {Acrobat Int+4}
196409 | Zig:25   | Identified the +2 lajatang of Outrage {distort, rPois Str+3
                  | Dex-4}
196854 | Zig:26   | Entered Level 26 of a ziggurat
196895 | Zig:26   | Found the amulet of Vitality {RegenMP++ Regen++}
196899 | Zig:26   | Found the Hermit's Pendant {Faith Invo=14 Evo=0 MP+5}
196901 | Zig:26   | Found the +8 frozen axe "Frostbite" {freeze, freezing
                  | cloud, *Noise Fly rC+}
196906 | Zig:26   | Found the +5 Storm Queen's Shield {shock, Fly rElec}
197334 | Zig:26   | Identified the +5 plate armour "Othaad" {*Slow rC- Str+8}
197387 | Zig:26   | Identified the +7 hand axe of Mourning {elec, rC+}
197420 | Zig:26   | Identified the +0 cloak of Lifelessness {rC+ rCorr Int+2}
197429 | Zig:26   | Identified the amulet of Neito {RegenMP *Slow rElec rPois
                  | Stlth+}
197589 | Zig:26   | Acquired the +1 cloak of Starlight {*Dazzle EV+4 Stlth--}
197589 | Zig:26   | Found the +1 cloak of Starlight {*Dazzle EV+4 Stlth--}
197590 | Zig:26   | Acquired 817 gold pieces
197591 | Zig:26   | Acquired 759 gold pieces
197611 | Zig:27   | Entered Level 27 of a ziggurat
197625 | Zig:27   | Noticed Zyngegg the pandemonium lord
197625 | Zig:27   | Noticed Onedenk the pandemonium lord
197625 | Zig:27   | Noticed Qophyez the pandemonium lord
197627 | Zig:27   | Noticed Ipyel the pandemonium lord
197627 | Zig:27   | Noticed Foxtuphe the pandemonium lord
197630 | Zig:27   | Killed Zyngegg the pandemonium lord
197630 | Zig:27   | Noticed Virhy the pandemonium lord
197630 | Zig:27   | Noticed Keomokh the pandemonium lord
197631 | Zig:27   | Killed Foxtuphe the pandemonium lord
197631 | Zig:27   | Killed Onedenk the pandemonium lord
197631 | Zig:27   | Killed Virhy the pandemonium lord
197631 | Zig:27   | Noticed Acruseze the pandemonium lord
197631 | Zig:27   | Noticed Cidoleto the pandemonium lord
197632 | Zig:27   | Noticed Gysoaheesi the pandemonium lord
197632 | Zig:27   | Noticed Xufoyrro the pandemonium lord
197632 | Zig:27   | Noticed Usulegh the pandemonium lord
197632 | Zig:27   | Noticed Heebexko the pandemonium lord
197632 | Zig:27   | Noticed Zakhic the pandemonium lord
197633 | Zig:27   | Noticed Nehainaa the pandemonium lord
197633 | Zig:27   | Noticed Pikhy the pandemonium lord
197633 | Zig:27   | Noticed Fuskot the pandemonium lord
197633 | Zig:27   | Noticed Tunouwur the pandemonium lord
197634 | Zig:27   | Noticed Goluon the pandemonium lord
197634 | Zig:27   | Killed Ipyel the pandemonium lord
197634 | Zig:27   | Killed Qophyez the pandemonium lord
197634 | Zig:27   | Noticed Dumef the pandemonium lord
197634 | Zig:27   | Noticed Puasirr the pandemonium lord
197634 | Zig:27   | Noticed Illiwn the pandemonium lord
197634 | Zig:27   | Noticed Gungapnik the pandemonium lord
197635 | Zig:27   | Killed Usulegh the pandemonium lord
197635 | Zig:27   | Killed Cidoleto the pandemonium lord
197635 | Zig:27   | Killed Tunouwur the pandemonium lord
197636 | Zig:27   | Killed Illiwn the pandemonium lord
197636 | Zig:27   | Killed Heebexko the pandemonium lord
197636 | Zig:27   | Killed Puasirr the pandemonium lord
197636 | Zig:27   | Noticed Irghafym the pandemonium lord
197637 | Zig:27   | Killed Keomokh the pandemonium lord
197637 | Zig:27   | Killed Pikhy the pandemonium lord
197637 | Zig:27   | Killed Nehainaa the pandemonium lord
197637 | Zig:27   | Killed Gysoaheesi the pandemonium lord
197637 | Zig:27   | Killed Acruseze the pandemonium lord
197637 | Zig:27   | Killed Gungapnik the pandemonium lord
197637 | Zig:27   | Noticed Jaycedy the pandemonium lord
197637 | Zig:27   | Noticed Rasmyryo the pandemonium lord
197637 | Zig:27   | Killed Dumef the pandemonium lord
197637 | Zig:27   | Noticed Erokas the pandemonium lord
197638 | Zig:27   | Noticed Diten the pandemonium lord
197638 | Zig:27   | Killed Zakhic the pandemonium lord
197638 | Zig:27   | Killed Erokas the pandemonium lord
197638 | Zig:27   | Noticed Giesuopp the pandemonium lord
197639 | Zig:27   | Killed Xufoyrro the pandemonium lord
197639 | Zig:27   | Killed Irghafym the pandemonium lord
197639 | Zig:27   | Noticed Zeuxtu Yhauq the pandemonium lord
197640 | Zig:27   | Noticed Romoq the pandemonium lord
197640 | Zig:27   | Noticed Mohaase the pandemonium lord
197640 | Zig:27   | Noticed Hoomaor the pandemonium lord
197640 | Zig:27   | Noticed Xunkusma the pandemonium lord
197640 | Zig:27   | Noticed Wetoak the pandemonium lord
197640 | Zig:27   | Noticed Eratouck the pandemonium lord
197641 | Zig:27   | Noticed Beopek the pandemonium lord
197641 | Zig:27   | Noticed Senajus the pandemonium lord
197641 | Zig:27   | Noticed Muatwifofu the pandemonium lord
197641 | Zig:27   | Noticed Ruopec the pandemonium lord
197641 | Zig:27   | Noticed Xioty the pandemonium lord
197641 | Zig:27   | Killed Goluon the pandemonium lord
197641 | Zig:27   | Killed Jaycedy the pandemonium lord
197642 | Zig:27   | Killed Rasmyryo the pandemonium lord
197642 | Zig:27   | Killed Ruopec the pandemonium lord
197642 | Zig:27   | Killed Hoomaor the pandemonium lord
197642 | Zig:27   | Noticed Afionn the pandemonium lord
197642 | Zig:27   | Noticed Meniyh the pandemonium lord
197642 | Zig:27   | Noticed Neth the pandemonium lord
197643 | Zig:27   | Killed Diten the pandemonium lord
197643 | Zig:27   | Killed Giesuopp the pandemonium lord
197643 | Zig:27   | Killed Romoq the pandemonium lord
197643 | Zig:27   | Killed Wetoak the pandemonium lord
197643 | Zig:27   | Killed Afionn the pandemonium lord
197643 | Zig:27   | Noticed Axeidy the pandemonium lord
197644 | Zig:27   | Killed Senajus the pandemonium lord
197645 | Zig:27   | Killed Xunkusma the pandemonium lord
197645 | Zig:27   | Noticed Vakaugh the pandemonium lord
197646 | Zig:27   | Noticed Gamutin the pandemonium lord
197646 | Zig:27   | Noticed Osetaf the pandemonium lord
197648 | Zig:27   | Noticed Ysegrik the pandemonium lord
197648 | Zig:27   | Killed Eratouck the pandemonium lord
197648 | Zig:27   | Killed Zeuxtu Yhauq the pandemonium lord
197648 | Zig:27   | Killed Muatwifofu the pandemonium lord
197648 | Zig:27   | Noticed Caus the pandemonium lord
197649 | Zig:27   | Noticed Reameur the pandemonium lord
197649 | Zig:27   | Noticed Ynenumaf the pandemonium lord
197649 | Zig:27   | Killed Axeidy the pandemonium lord
197649 | Zig:27   | Killed Vakaugh the pandemonium lord
197649 | Zig:27   | Killed Beopek the pandemonium lord
197651 | Zig:27   | Noticed Qeqikug the pandemonium lord
197651 | Zig:27   | Noticed Piatzef the pandemonium lord
197652 | Zig:27   | Killed Osetaf the pandemonium lord
197652 | Zig:27   | Killed Xioty the pandemonium lord
197652 | Zig:27   | Killed Mohaase the pandemonium lord
197652 | Zig:27   | Noticed Ruycsuf the pandemonium lord
197652 | Zig:27   | Noticed Lium the pandemonium lord
197652 | Zig:27   | Noticed Ytre the pandemonium lord
197652 | Zig:27   | Noticed Uluyti the pandemonium lord
197653 | Zig:27   | Killed Ynenumaf the pandemonium lord
197653 | Zig:27   | Killed Fuskot the pandemonium lord
197653 | Zig:27   | Noticed Icrarou the pandemonium lord
197653 | Zig:27   | Killed Ysegrik the pandemonium lord
197653 | Zig:27   | Noticed Zajom the pandemonium lord
197653 | Zig:27   | Noticed Sano the pandemonium lord
197654 | Zig:27   | Killed Lium the pandemonium lord
197654 | Zig:27   | Killed Zajom the pandemonium lord
197654 | Zig:27   | Killed Ruycsuf the pandemonium lord
197654 | Zig:27   | Killed Ytre the pandemonium lord
197654 | Zig:27   | Noticed Geghyehi the pandemonium lord
197655 | Zig:27   | Noticed Jokak the pandemonium lord
197655 | Zig:27   | Noticed Liufouta the pandemonium lord
197655 | Zig:27   | Noticed Bigamolu the pandemonium lord
197655 | Zig:27   | Noticed Dyitev Nem the pandemonium lord
197655 | Zig:27   | Noticed Qouxta the pandemonium lord
197656 | Zig:27   | Noticed Vuyshr Cifio the pandemonium lord
197656 | Zig:27   | Noticed Piusaup the pandemonium lord
197656 | Zig:27   | Noticed Plog the pandemonium lord
197656 | Zig:27   | Noticed Neogg the pandemonium lord
197656 | Zig:27   | Noticed Poxevade the pandemonium lord
197656 | Zig:27   | Noticed Rikafun the pandemonium lord
197657 | Zig:27   | Noticed Wukk the pandemonium lord
197657 | Zig:27   | Killed Uluyti the pandemonium lord
197657 | Zig:27   | Killed Meniyh the pandemonium lord
197657 | Zig:27   | Killed Caus the pandemonium lord
197657 | Zig:27   | Killed Piatzef the pandemonium lord
197658 | Zig:27   | Noticed Wauhuonk the pandemonium lord
197659 | Zig:27   | Killed Neth the pandemonium lord
197659 | Zig:27   | Noticed Gyfyod the pandemonium lord
197660 | Zig:27   | Noticed Gujiguh the pandemonium lord
197660 | Zig:27   | Noticed Caokes the pandemonium lord
197661 | Zig:27   | Killed Bigamolu the pandemonium lord
197661 | Zig:27   | Killed Qouxta the pandemonium lord
197661 | Zig:27   | Killed Qeqikug the pandemonium lord
197661 | Zig:27   | Killed Sano the pandemonium lord
197661 | Zig:27   | Noticed Mebisch the pandemonium lord
197661 | Zig:27   | Killed Neogg the pandemonium lord
197662 | Zig:27   | Noticed Ajuerit the pandemonium lord
197662 | Zig:27   | Noticed Wusmugho the pandemonium lord
197662 | Zig:27   | Killed Icrarou the pandemonium lord
197662 | Zig:27   | Killed Gamutin the pandemonium lord
197662 | Zig:27   | Killed Reameur the pandemonium lord
197662 | Zig:27   | Killed Dyitev Nem the pandemonium lord
197662 | Zig:27   | Killed Geghyehi the pandemonium lord
197662 | Zig:27   | Killed Vuyshr Cifio the pandemonium lord
197662 | Zig:27   | Killed Rikafun the pandemonium lord
197662 | Zig:27   | Killed Gujiguh the pandemonium lord
197663 | Zig:27   | Killed Gyfyod the pandemonium lord
197663 | Zig:27   | Killed Piusaup the pandemonium lord
197663 | Zig:27   | Killed Mebisch the pandemonium lord
197663 | Zig:27   | Noticed Qeda the pandemonium lord
197663 | Zig:27   | Noticed Etsehoj the pandemonium lord
197664 | Zig:27   | Killed Wauhuonk the pandemonium lord
197664 | Zig:27   | Killed Plog the pandemonium lord
197664 | Zig:27   | Killed Jokak the pandemonium lord
197664 | Zig:27   | Killed Wusmugho the pandemonium lord
197664 | Zig:27   | Killed Poxevade the pandemonium lord
197664 | Zig:27   | Killed Caokes the pandemonium lord
197664 | Zig:27   | Killed Liufouta the pandemonium lord
197664 | Zig:27   | Killed Ejompyifudgh the pandemonium lord
197664 | Zig:27   | Killed Qeda the pandemonium lord
197664 | Zig:27   | Noticed Dalizi the pandemonium lord
197665 | Zig:27   | Noticed Minkack the pandemonium lord
197666 | Zig:27   | Killed Wukk the pandemonium lord
197667 | Zig:27   | Killed Minkack the pandemonium lord
197667 | Zig:27   | Killed Etsehoj the pandemonium lord
197668 | Zig:27   | Noticed Naff the pandemonium lord
197669 | Zig:27   | Noticed Lepyfaj the pandemonium lord
197669 | Zig:27   | Noticed Wimytoa the pandemonium lord
197670 | Zig:27   | Killed Ajuerit the pandemonium lord
197670 | Zig:27   | Noticed Naiskivi the pandemonium lord
197671 | Zig:27   | Noticed Owkuarus the pandemonium lord
197672 | Zig:27   | Killed Dalizi the pandemonium lord
197672 | Zig:27   | Killed Naff the pandemonium lord
197674 | Zig:27   | Noticed Vygoon the pandemonium lord
197676 | Zig:27   | Killed Lepyfaj the pandemonium lord
197676 | Zig:27   | Killed Wimytoa the pandemonium lord
197676 | Zig:27   | Killed Owkuarus the pandemonium lord
197678 | Zig:27   | Noticed Terif the pandemonium lord
197681 | Zig:27   | Noticed Homoumiudo the pandemonium lord
197681 | Zig:27   | Noticed Pecylosu the pandemonium lord
197681 | Zig:27   | Killed Naiskivi the pandemonium lord
197682 | Zig:27   | Killed Vygoon the pandemonium lord
197682 | Zig:27   | Noticed Hysmeafe the pandemonium lord
197685 | Zig:27   | Killed Terif the pandemonium lord
197687 | Zig:27   | Killed Homoumiudo the pandemonium lord
197693 | Zig:27   | Killed Pecylosu the pandemonium lord
197693 | Zig:27   | Killed Hysmeafe the pandemonium lord
198115 | Zig:27   | Identified the amulet "Muassis" {Acrobat Harm +Inv rElec
                  | rPois}
198117 | Zig:27   | Identified the +10 sling "Demonspawn's Regret" {drain,
                  | Fragile rPois rN+ SInv}
198135 | Zig:27   | Identified the +6 rapier "Beetlebane" {speed, rN+ Int-4
                  | Dex+5}
198148 | Zig:27   | Identified the amulet "Yvounush" {Regen+ Str+3 Stlth+}
198149 | Zig:27   | Identified the +0 chain mail "Larigh" {rPois Str+3}
198169 | Zig:27   | Identified the +2 acid dragon scales of Infinity {+Blink
                  | rCorr Slay-4 SInv Stlth+}
198174 | Zig:27   | Identified the staff "Caorua" {rPois SInv Conj}
198337 | Depths:3 | Acquired 640 gold pieces
198338 | Depths:3 | Acquired 1138 gold pieces
198339 | Depths:3 | Acquired 868 gold pieces
198361 | Zig:1    | Entered Level 1 of a ziggurat
198361 | Zig:1    | Noticed a royal mummy
198365 | Zig:1    | Killed a royal mummy
198524 | Zig:2    | Entered Level 2 of a ziggurat
198711 | Zig:3    | Entered Level 3 of a ziggurat
198711 | Zig:3    | Noticed an ancient lich
198711 | Zig:3    | Noticed a dread lich
198711 | Zig:3    | Noticed an ancient lich
198714 | Zig:3    | Noticed a dread lich
198714 | Zig:3    | Killed a dread lich
198715 | Zig:3    | Noticed a dread lich
198717 | Zig:3    | Killed an ancient lich
198717 | Zig:3    | Killed a dread lich
198720 | Zig:3    | Killed an ancient lich
198720 | Zig:3    | Killed a dread lich
198872 | Zig:4    | Entered Level 4 of a ziggurat
198998 | Zig:5    | Entered Level 5 of a ziggurat
199198 | Zig:6    | Entered Level 6 of a ziggurat
199430 | Zig:7    | Entered Level 7 of a ziggurat
199430 | Zig:7    | Noticed a dread lich
199432 | Zig:7    | Noticed a dread lich
199433 | Zig:7    | Noticed an ancient lich
199435 | Zig:7    | Killed a dread lich
199435 | Zig:7    | Killed a dread lich
199435 | Zig:7    | Noticed an ancient lich
199437 | Zig:7    | Killed an ancient lich
199437 | Zig:7    | Killed an ancient lich
199441 | Zig:7    | Found the +10 morningstar "Eos" {elec, Halo rElec}
199494 | Zig:7    | Identified the ring of Autumn {rF+ Stlth+}
199544 | Zig:7    | Identified the staff "Sitin" {Int+5 Dex-2 Conj}
199563 | Zig:7    | Identified the +9 shortbow "Naideogi" {freeze, rF+}
199640 | Zig:8    | Entered Level 8 of a ziggurat
199810 | Zig:8    | Identified the +4 chain mail of Masochism {rF- Dex+8 Slay+5
                  | Stlth-}
199811 | Zig:8    | Identified the staff of the Gloaming {rN+ Dex+4 Necro}
199815 | Zig:8    | Identified the +0 crystal plate armour "Eticu" {rC++ rN+}
199858 | Zig:9    | Entered Level 9 of a ziggurat
200087 | Zig:9    | Identified the +7 chain mail of the Lion {Dex+5}
200147 | Zig:10   | Entered Level 10 of a ziggurat
200408 | Zig:10   | Identified the +1 falchion of Fepet {venom, Int+2}
200418 | Zig:10   | Identified the +9 dagger of Uqiomuoq {spect, rF+}
200440 | Zig:10   | Identified the +6 great sword "Figiol" {drain, rPois Str+2}
200454 | Zig:10   | Identified the +5 whip of Oozing Pus {flame, rPois MP+9}
200455 | Zig:10   | Identified the +4 ring mail "Zux Les" {rN+ Dex+3}
200461 | Zig:10   | Identified the ring of the Aged Flying Seas {Ice rPois
                  | Str+4 Dex-3}
200464 | Zig:10   | Identified the +5 glaive "Plojy" {flame, Will++ MP+9 Str+2
                  | Dex+2}
200480 | Zig:11   | Entered Level 11 of a ziggurat
200564 | Zig:11   | Identified the amulet of Sovereignty {rElec Regen+}
200645 | Zig:11   | Identified the +1 leather armour of Pygoplam {rC+ Stlth+}
200802 | Zig:12   | Entered Level 12 of a ziggurat
201135 | Zig:12   | Identified the +11 flail "Ycasiq" {drain, Str+3}
201204 | Zig:12   | Identified the ring of Tuka {Contam rCorr Dex+5 SInv}
201207 | Zig:12   | Identified the +8 war axe "Neleg" {protect, rElec rPois rN+
                  | Str+6}
201209 | Zig:12   | Identified the +0 ring mail "Cadopn" {rElec rC+ Str+3}
201298 | Zig:13   | Entered Level 13 of a ziggurat
201410 | Zig:13   | Identified the +11 dagger of the New World {speed, rF++}
201417 | Zig:13   | Identified the +1 double sword "Izowkeum" {holy, rC++}
201427 | Zig:13   | Identified the staff "Hell" {rPois Stlth+ Poison}
201437 | Zig:13   | Identified the +0 robe of Subjectivity {Stlth+}
201445 | Zig:13   | Identified the ring "Esitoedgh" {Fire Contam +Blink rElec
                  | Str+6}
201456 | Zig:13   | Identified the +8 mace of Duty {spect, Str+5 Dex+3}
201685 | Zig:14   | Entered Level 14 of a ziggurat
201698 | Zig:14   | Found the ring of the Octopus King
202064 | Zig:14   | Identified the +6 glaive of Wyrd {flame, rElec rF+ Int+5
                  | Dex-3}
202109 | Zig:14   | Identified a ring of the Octopus King {rN+ HP+2 AC+2 EV+2
                  | SH+2}
202127 | Zig:14   | Identified the amulet of Lies {Regen+ Str+2 Stlth+}
202132 | Zig:14   | Identified the +11 arbalest "Exeuxoij" {speed, rElec rC+
                  | Will- Dex+6}
202133 | Zig:14   | Identified the +8 shortbow of Beogh {elec, rPois rF+ rCorr
                  | SInv}
202143 | Zig:15   | Entered Level 15 of a ziggurat
202162 | Zig:15   | Paralysed by accursed screaming for 2 turns
202166 | Zig:15   | Identified the amulet "Xuixtamm" {Acrobat rElec rPois MP-9
                  | Stlth+}
202181 | Zig:15   | Identified the amulet of Zuug {rF+ Regen+ rCorr}
202399 | Zig:15   | Identified the staff "Qyitwog" {rF+ Dex+5 Conj}
202400 | Zig:15   | Identified the staff of the Fortifying Gods {rCorr Str+5
                  | Earth}
202441 | Zig:15   | Identified the ring "Cercheigg" {Fly rF+ Int+2}
202451 | Zig:15   | Identified the +6 quarterstaff of Iconoclasm {distort,
                  | Str+3}
202454 | Zig:15   | Identified the ring "Bywi" {rC+ Will+++ Str+2 Int+6 Dex-2}
202457 | Zig:15   | Identified the +3 chain mail "Baocogiefa" {*Corrode Dex+6}
202665 | Zig:16   | Entered Level 16 of a ziggurat
202679 | Zig:16   | Found the +5 Force Lance {heavy, knockback}
203046 | Zig:16   | Identified the +3 falchion of Inquiry {antimagic, *Rage rF+
                  | rC+}
203048 | Zig:16   | Identified the +0 mace "Azeadedacs" {vamp, *Slow Str+5
                  | Dex+2}
203051 | Zig:16   | Identified the +7 orcbow "Rahayg" {heavy, Will+}
203067 | Zig:16   | Identified the +2 rapier of Dawn {vamp, rElec MP+9}
203072 | Zig:16   | Identified the staff of the Freezing Seer {rPois rC+
                  | Poison}
203134 | Zig:17   | Entered Level 17 of a ziggurat
203151 | Zig:17   | Found the ring of the Octopus King
203221 | Zig:17   | Identified the amulet of Fedhas, Loving {Acrobat Regen+}
203223 | Zig:17   | Identified the +2 short sword of Biymamy {pain, rN+ Str+4
                  | Dex+2}
203227 | Zig:17   | Identified the ring "Nineunt" {Fly rF- Str+3 Dex+3 SInv}
203235 | Zig:17   | Identified a ring of the Octopus King {rC+ HP+2 AC+2 EV+2
                  | SH+2}
203244 | Zig:17   | Identified the amulet "Namaem" {Regen+ Dex+3}
203283 | Zig:17   | Identified the ring "Xauskick" {Fly rPois Stlth+}
203285 | Zig:17   | Identified the +2 scale mail "Bemink" {Harm rElec Will+}
203579 | Zig:18   | Entered Level 18 of a ziggurat
204006 | Zig:18   | Identified the staff "Atodyeca" {rElec rN+ Str-3 Dex+2
                  | Necro}
204018 | Zig:18   | Identified the ring "Qypot" {Fire Will+ Int+8 SInv Stlth-}
204086 | Zig:19   | Entered Level 19 of a ziggurat
204169 | Zig:19   | Identified the +8 hand axe of the Trees {pain, *Rage rF+
                  | Will++ Int+3}
204212 | Zig:19   | Identified the +5 sling of Hiutahugu {heavy, rPois MP-9
                  | Dex-2 SInv}
204226 | Zig:19   | Identified the ring of Luhat {rElec rPois rC+ Int+3}
204259 | Zig:19   | Identified the +1 short sword of the Sage {protect, rC+}
204281 | Zig:19   | Identified the +5 mace of the Sea {flame, Str+2}
204302 | Zig:19   | Identified the staff of Courage {rPois rN+ Poison}
204644 | Zig:20   | Entered Level 20 of a ziggurat
205093 | Zig:20   | Identified the staff "Uhuic" {rC+ Str+3 Ice}
205098 | Zig:20   | Identified the +1 long sword of Dividends {protect, Will+
                  | Str+4 Int-3}
205104 | Zig:20   | Identified the +1 robe "Fistrir" {rF+ rC+ Str-5 Int+5}
205110 | Zig:20   | Identified the staff "Atsoxtol" {rPois rF+ Fire}
205142 | Zig:20   | Identified the +3 mace of Nemelex Xobeh's Fury {pain, Will+
                  | Str+3}
205200 | Zig:21   | Entered Level 21 of a ziggurat
205200 | Zig:21   | Noticed a royal mummy
205200 | Zig:21   | Noticed a royal mummy
205200 | Zig:21   | Noticed a royal mummy
205200 | Zig:21   | Noticed a royal mummy
205200 | Zig:21   | Noticed a royal mummy
205200 | Zig:21   | Noticed a royal mummy
205200 | Zig:21   | Noticed a royal mummy
205201 | Zig:21   | Killed a royal mummy
205201 | Zig:21   | Killed a royal mummy
205201 | Zig:21   | Killed a royal mummy
205201 | Zig:21   | Killed a royal mummy
205201 | Zig:21   | Killed a royal mummy
205201 | Zig:21   | Killed a royal mummy
205202 | Zig:21   | Noticed a royal mummy
205202 | Zig:21   | Noticed a royal mummy
205203 | Zig:21   | Noticed a royal mummy
205203 | Zig:21   | Noticed a royal mummy
205204 | Zig:21   | Noticed a royal mummy
205204 | Zig:21   | Noticed a royal mummy
205205 | Zig:21   | Killed a royal mummy
205205 | Zig:21   | Noticed a royal mummy
205206 | Zig:21   | Noticed a royal mummy
205206 | Zig:21   | Noticed a royal mummy
205206 | Zig:21   | Noticed a royal mummy
205206 | Zig:21   | Noticed a royal mummy
205207 | Zig:21   | Killed a royal mummy
205207 | Zig:21   | Killed a royal mummy
205207 | Zig:21   | Killed a royal mummy
205207 | Zig:21   | Killed a royal mummy
205207 | Zig:21   | Killed a royal mummy
205207 | Zig:21   | Noticed a royal mummy
205207 | Zig:21   | Noticed a royal mummy
205208 | Zig:21   | Noticed a royal mummy
205208 | Zig:21   | Noticed a royal mummy
205209 | Zig:21   | Killed a royal mummy
205209 | Zig:21   | Killed a royal mummy
205209 | Zig:21   | Killed a royal mummy
205209 | Zig:21   | Killed a royal mummy
205209 | Zig:21   | Killed a royal mummy
205209 | Zig:21   | Killed a royal mummy
205209 | Zig:21   | Killed a royal mummy
205209 | Zig:21   | Killed a royal mummy
205209 | Zig:21   | Killed a royal mummy
205210 | Zig:21   | Noticed a royal mummy
205210 | Zig:21   | Noticed a royal mummy
205210 | Zig:21   | Noticed a royal mummy
205211 | Zig:21   | Noticed a royal mummy
205212 | Zig:21   | Killed a royal mummy
205212 | Zig:21   | Killed a royal mummy
205212 | Zig:21   | Killed a royal mummy
205212 | Zig:21   | Killed a royal mummy
205212 | Zig:21   | Killed a royal mummy
205213 | Zig:21   | Killed a royal mummy
205213 | Zig:21   | Noticed a royal mummy
205213 | Zig:21   | Noticed a royal mummy
205213 | Zig:21   | Noticed a royal mummy
205213 | Zig:21   | Noticed a royal mummy
205215 | Zig:21   | Noticed a royal mummy
205215 | Zig:21   | Noticed a royal mummy
205215 | Zig:21   | Noticed a royal mummy
205216 | Zig:21   | Noticed a royal mummy
205218 | Zig:21   | Killed a royal mummy
205218 | Zig:21   | Noticed a royal mummy
205219 | Zig:21   | Noticed a royal mummy
205219 | Zig:21   | Noticed a royal mummy
205219 | Zig:21   | Killed a royal mummy
205219 | Zig:21   | Killed a royal mummy
205220 | Zig:21   | Killed a royal mummy
205220 | Zig:21   | Killed a royal mummy
205220 | Zig:21   | Killed a royal mummy
205220 | Zig:21   | Killed a royal mummy
205220 | Zig:21   | Killed a royal mummy
205220 | Zig:21   | Killed a royal mummy
205221 | Zig:21   | Noticed a royal mummy
205222 | Zig:21   | Killed a royal mummy
205224 | Zig:21   | Killed a royal mummy
205226 | Zig:21   | Killed a royal mummy
205227 | Zig:21   | Noticed a royal mummy
205230 | Zig:21   | Killed a royal mummy
205411 | Zig:21   | Identified the +1 pair of boots of the Worm {-Cast rElec
                  | rPois}
205412 | Zig:21   | Identified the +10 hand axe "Yneugh" {distort, Contam rPois
                  | rC+++ Will++}
205414 | Zig:21   | Identified the +0 plate armour of Faymee {rF+ rC+ rN+
                  | Dex-5}
205415 | Zig:21   | Identified the staff "Todogim" {rF+ rN+ Will- SInv Fire}
205419 | Zig:21   | Identified the staff "Itoqerr" {rN+ Str+6 Int-2 SInv Necro}
205433 | Zig:21   | Identified the +3 rapier of the Vendetta {flame, rC- Will++
                  | Str+5}
205440 | Zig:21   | Identified the +8 ring mail "Kuxiv" {rElec rF+ Will++
                  | Str-3}
205443 | Zig:21   | Identified the +10 spear of the Tortured God {spect, Will+}
205448 | Zig:21   | Identified the staff "Eluil" {rF+ rN+ Str+2 Dex-2 Stlth+
                  | Necro}
205449 | Zig:21   | Identified the +8 flail of the Scorching Gods {antimagic,
                  | rN+ Dex+6}
205461 | Zig:21   | Identified the staff "Onuasos" {rElec rPois rN+ rCorr Dex-4
                  | Necro}
205467 | Zig:21   | Identified the ring of the Villain {Fire Will+ Str-5
                  | Stlth+}
205805 | Zig:21   | Acquired 1014 gold pieces
205818 | Zig:22   | Entered Level 22 of a ziggurat
206368 | Zig:22   | Identified the +4 orcbow of Gluttony {elec, rN++ Stlth-}
206376 | Zig:22   | Identified the +4 battleaxe of Koimel {spect, rC- Will-
                  | Int+7 SInv}
206421 | Zig:22   | Identified the ring "Zedus" {Fly rF+ Str-2 Int+5}
206424 | Zig:22   | Identified the staff of the Imperium {Fragile rF+ rN++
                  | Str+4 Int+2 Fire}
206428 | Zig:22   | Identified the ring of Ihixim {*Corrode +Blink Str+7 Int-2
                  | SInv}
206437 | Zig:22   | Identified the ring "Wuririh" {rPois Int+4}
206446 | Zig:22   | Identified the staff "Ucuefom" {rN+ Will+ Int+2 Necro}
206447 | Zig:22   | Identified the +2 chain mail of the Fifty Ships {rPois
                  | Int+5}
206453 | Zig:22   | Identified the staff "Zaf Xed" {rElec rC+ Will+ Int+2 Ice}
206558 | Zig:23   | Entered Level 23 of a ziggurat
206568 | Zig:23   | Paralysed by accursed screaming for 2 turns
206576 | Zig:23   | Identified the +5 tower shield of the Pirate {rC+ Will++
                  | Int+3}
206578 | Zig:23   | Noticed an ancient lich
206580 | Zig:23   | Paralysed by accursed screaming for 2 turns
206588 | Zig:23   | Killed an ancient lich
206791 | Zig:23   | Identified the +7 short sword of the Eternal Void {drain,
                  | rElec Str+4}
206803 | Zig:23   | Identified the +2 plate armour of Discretion {rN+}
206807 | Zig:23   | Identified the ring of Piaz {rPois rN+}
206817 | Zig:23   | Identified the ring "Fipp" {Drain MP+9 Dex+5 Slay+5}
207001 | Zig:23   | Identified the +5 falchion "Tefoepy" {venom, rPois Str+3
                  | Stlth-}
207017 | Zig:23   | Identified the +11 arbalest "Goblinbane" {penet, *Slow Fly
                  | Str+2 Int+3}
207023 | Zig:23   | Identified the amulet "Lun Keid" {RegenMP Str+5}
207033 | Zig:23   | Identified the +0 robe of an ice cave {rElec rC+}
207391 | Zig:24   | Entered Level 24 of a ziggurat
207391 | Zig:24   | Noticed a dread lich
207391 | Zig:24   | Noticed a dread lich
207391 | Zig:24   | Noticed a dread lich
207394 | Zig:24   | Noticed an ancient lich
207396 | Zig:24   | Killed a dread lich
207396 | Zig:24   | Killed a dread lich
207396 | Zig:24   | Killed a dread lich
207396 | Zig:24   | Noticed a dread lich
207397 | Zig:24   | Killed an ancient lich
207397 | Zig:24   | Killed a dread lich
207398 | Zig:24   | Noticed an ancient lich
207398 | Zig:24   | Noticed an ancient lich
207399 | Zig:24   | Noticed a dread lich
207399 | Zig:24   | Noticed an ancient lich
207400 | Zig:24   | Noticed a dread lich
207402 | Zig:24   | Noticed a dread lich
207403 | Zig:24   | Killed an ancient lich
207403 | Zig:24   | Killed an ancient lich
207403 | Zig:24   | Killed an ancient lich
207404 | Zig:24   | Noticed an ancient lich
207404 | Zig:24   | Noticed an ancient lich
207405 | Zig:24   | Noticed a dread lich
207406 | Zig:24   | Noticed an ancient lich
207407 | Zig:24   | Killed a dread lich
207407 | Zig:24   | Killed a dread lich
207407 | Zig:24   | Killed an ancient lich
207407 | Zig:24   | Killed an ancient lich
207407 | Zig:24   | Killed a dread lich
207407 | Zig:24   | Killed an ancient lich
207410 | Zig:24   | Noticed an ancient lich
207411 | Zig:24   | Killed a dread lich
207412 | Zig:24   | Killed an ancient lich
207413 | Zig:24   | Noticed a dread lich
207415 | Zig:24   | Found the ring of the Octopus King
207416 | Zig:24   | Killed a dread lich
207843 | Zig:24   | Found the sphere of Battle
207953 | Zig:24   | Identified a ring of the Octopus King {HP+2 AC+2 EV+2 SH+2
                  | SInv}
207972 | Zig:24   | Identified the amulet of Huos {Faith rC+}
207975 | Zig:24   | Identified the +8 chain mail of the Hart {*Slow rPois Str+3
                  | Dex+3}
207978 | Zig:24   | Identified the +7 lajatang "Jeka" {freeze, Str+3}
207980 | Zig:24   | Identified the +0 ring mail "Yhiodim" {rC+}
208015 | Zig:25   | Entered Level 25 of a ziggurat
208369 | Zig:25   | Identified the +8 scale mail of Submission {rElec rCorr
                  | Str+3}
208372 | Zig:25   | Identified the staff "Goblinbane" {Contam rPois Will+ rCorr
                  | Earth}
208377 | Zig:25   | Identified the +4 chain mail "Osob Qoyvi" {Regen+}
208378 | Zig:25   | Identified the amulet "Oleinkos" {rF++ Will+ Regen+}
208384 | Zig:25   | Identified the +7 flail of Daocw {freeze, rC+ Str+4 Int+3
                  | Dex+2}
208390 | Zig:25   | Identified the staff of Duty {rF- rC- Will+++ Stlth+ Conj}
208406 | Zig:25   | Identified the ring "Wuleh" {*Corrode rC+ EV+5 Dex+2
                  | Stlth+}
208415 | Zig:25   | Identified the +9 trident of Discord {freeze, Contam Will++
                  | rCorr Int+3}
208429 | Zig:25   | Identified the +9 rapier of Abuse {flame, SInv}
208446 | Zig:25   | Identified the +1 morningstar of Kismet {venom, Dex+4 SInv}
208452 | Zig:25   | Identified the +1 scale mail of Dithmenos's Favour {Fly rF-
                  | rN+ Int+7}
208458 | Zig:25   | Identified the +6 plate armour "Ytres" {rF+ rCorr Str+3}
208460 | Zig:25   | Identified the +1 quarterstaff of the Equator {venom,
                  | Int+3}
208699 | Zig:26   | Entered Level 26 of a ziggurat
208701 | Zig:26   | Noticed Has Pue's ghost (legendary FoFi)
208702 | Zig:26   | Noticed Has Pue's ghost (legendary FoFi)
208702 | Zig:26   | Noticed Has Pue's ghost (legendary FoFi)
208703 | Zig:26   | Noticed Minism's ghost (legendary MiFi)
208704 | Zig:26   | Killed Has Pue's ghost
208704 | Zig:26   | Noticed Betuluewk's ghost (legendary DESu)
208704 | Zig:26   | Noticed Has Pue's ghost (legendary FoFi)
208704 | Zig:26   | Noticed Diylu's ghost (veteran DsCj)
208704 | Zig:26   | Noticed Qatt's ghost (legendary GnWn)
208704 | Zig:26   | Noticed Neapotai's ghost (veteran DsMo)
208705 | Zig:26   | Killed Has Pue's ghost
208705 | Zig:26   | Noticed Betuluewk's ghost (legendary DESu)
208705 | Zig:26   | Noticed Beofaps's ghost (legendary HuCj)
208705 | Zig:26   | Noticed Zycouta's ghost (legendary DrSh)
208705 | Zig:26   | Noticed Betuluewk's ghost (legendary DESu)
208705 | Zig:26   | Noticed Neapotai's ghost (veteran DsMo)
208706 | Zig:26   | Killed Has Pue's ghost
208707 | Zig:26   | Noticed Piash's ghost (master OgEE)
208707 | Zig:26   | Noticed Piash's ghost (master OgEE)
208707 | Zig:26   | Noticed Neapotai's ghost (veteran DsMo)
208708 | Zig:26   | Killed Diylu's ghost
208708 | Zig:26   | Killed Qatt's ghost
208708 | Zig:26   | Killed Betuluewk's ghost
208710 | Zig:26   | Killed Betuluewk's ghost
208710 | Zig:26   | Noticed Zycouta's ghost (legendary DrSh)
208711 | Zig:26   | Killed Neapotai's ghost
208711 | Zig:26   | Killed Beofaps's ghost
208711 | Zig:26   | Noticed Jiheses's ghost (legendary DEAE)
208711 | Zig:26   | Noticed Beofaps's ghost (legendary HuCj)
208711 | Zig:26   | Noticed Jecaful's ghost (legendary NaMo)
208711 | Zig:26   | Noticed Zycouta's ghost (legendary DrSh)
208711 | Zig:26   | Noticed Zaib's ghost (legendary CeHu)
208711 | Zig:26   | Noticed Piash's ghost (master OgEE)
208713 | Zig:26   | Killed Minism's ghost
208713 | Zig:26   | Killed Piash's ghost
208713 | Zig:26   | Killed Has Pue's ghost
208713 | Zig:26   | Killed Neapotai's ghost
208713 | Zig:26   | Noticed Lonang's ghost (legendary DESu)
208714 | Zig:26   | Noticed Diylu's ghost (veteran DsCj)
208714 | Zig:26   | Killed Betuluewk's ghost
208714 | Zig:26   | Killed Zycouta's ghost
208714 | Zig:26   | Noticed Hahenefa's ghost (legendary DsWn)
208714 | Zig:26   | Noticed Betuluewk's ghost (legendary DESu)
208714 | Zig:26   | Noticed Zycouta's ghost (legendary DrSh)
208715 | Zig:26   | Noticed Yllipt's ghost (legendary GnWr)
208715 | Zig:26   | Killed Piash's ghost
208716 | Zig:26   | Killed Lonang's ghost
208716 | Zig:26   | Noticed Poalor's ghost (legendary GnWn)
208717 | Zig:26   | Noticed Hiz Mun's ghost (veteran MfGl)
208717 | Zig:26   | Noticed Jecaful's ghost (legendary NaMo)
208718 | Zig:26   | Noticed Beofaps's ghost (legendary HuCj)
208719 | Zig:26   | Killed Zycouta's ghost
208719 | Zig:26   | Killed Neapotai's ghost
208719 | Zig:26   | Noticed Zaib's ghost (legendary CeHu)
208719 | Zig:26   | Noticed Jiheses's ghost (legendary DEAE)
208720 | Zig:26   | Noticed Has Pue's ghost (legendary FoFi)
208720 | Zig:26   | Killed Beofaps's ghost
208720 | Zig:26   | Killed Jecaful's ghost
208720 | Zig:26   | Killed Beofaps's ghost
208720 | Zig:26   | Killed Betuluewk's ghost
208720 | Zig:26   | Noticed Hahenefa's ghost (legendary DsWn)
208720 | Zig:26   | Noticed Hiz Mun's ghost (veteran MfGl)
208720 | Zig:26   | Noticed Zaib's ghost (legendary CeHu)
208721 | Zig:26   | Noticed Jataj's ghost (legendary GrFi)
208721 | Zig:26   | Killed Hiz Mun's ghost
208721 | Zig:26   | Killed Has Pue's ghost
208721 | Zig:26   | Killed Diylu's ghost
208721 | Zig:26   | Killed Zycouta's ghost
208721 | Zig:26   | Killed Jiheses's ghost
208723 | Zig:26   | Noticed Lonang's ghost (legendary DESu)
208723 | Zig:26   | Noticed Jiheses's ghost (legendary DEAE)
208723 | Zig:26   | Noticed Zaib's ghost (legendary CeHu)
208723 | Zig:26   | Noticed Hiz Mun's ghost (veteran MfGl)
208723 | Zig:26   | Noticed Poalor's ghost (legendary GnWn)
208723 | Zig:26   | Noticed Hahenefa's ghost (legendary DsWn)
208723 | Zig:26   | Killed Hahenefa's ghost
208723 | Zig:26   | Killed Yllipt's ghost
208723 | Zig:26   | Noticed Diylu's ghost (veteran DsCj)
208723 | Zig:26   | Noticed Neapotai's ghost (veteran DsMo)
208723 | Zig:26   | Noticed Hahenefa's ghost (legendary DsWn)
208723 | Zig:26   | Noticed Jiheses's ghost (legendary DEAE)
208723 | Zig:26   | Noticed Hiz Mun's ghost (veteran MfGl)
208723 | Zig:26   | Noticed Jiheses's ghost (legendary DEAE)
208724 | Zig:26   | Noticed Piash's ghost (master OgEE)
208724 | Zig:26   | Noticed Beofaps's ghost (legendary HuCj)
208724 | Zig:26   | Noticed Zycouta's ghost (legendary DrSh)
208724 | Zig:26   | Noticed Beofaps's ghost (legendary HuCj)
208724 | Zig:26   | Noticed Tefur's ghost (legendary GnFi)
208725 | Zig:26   | Killed Zaib's ghost
208725 | Zig:26   | Killed Zaib's ghost
208725 | Zig:26   | Killed Hahenefa's ghost
208726 | Zig:26   | Killed Poalor's ghost
208726 | Zig:26   | Killed Zycouta's ghost
208726 | Zig:26   | Killed Hiz Mun's ghost
208726 | Zig:26   | Killed Diylu's ghost
208726 | Zig:26   | Killed Jiheses's ghost
208726 | Zig:26   | Killed Piash's ghost
208726 | Zig:26   | Killed Jiheses's ghost
208726 | Zig:26   | Noticed Diylu's ghost (veteran DsCj)
208727 | Zig:26   | Noticed Qatt's ghost (legendary GnWn)
208727 | Zig:26   | Noticed Tefur's ghost (legendary GnFi)
208728 | Zig:26   | Killed Lonang's ghost
208728 | Zig:26   | Noticed Neapotai's ghost (veteran DsMo)
208729 | Zig:26   | Noticed Jataj's ghost (legendary GrFi)
208729 | Zig:26   | Killed Zaib's ghost
208729 | Zig:26   | Killed Jataj's ghost
208729 | Zig:26   | Killed Jiheses's ghost
208729 | Zig:26   | Killed Hahenefa's ghost
208729 | Zig:26   | Noticed Betuluewk's ghost (legendary DESu)
208729 | Zig:26   | Noticed Beofaps's ghost (legendary HuCj)
208730 | Zig:26   | Killed Beofaps's ghost
208730 | Zig:26   | Killed Tefur's ghost
208730 | Zig:26   | Killed Neapotai's ghost
208731 | Zig:26   | Killed Betuluewk's ghost
208731 | Zig:26   | Killed Tefur's ghost
208731 | Zig:26   | Killed Hiz Mun's ghost
208731 | Zig:26   | Killed Zaib's ghost
208731 | Zig:26   | Killed Jecaful's ghost
208731 | Zig:26   | Killed Poalor's ghost
208732 | Zig:26   | Noticed Beofaps's ghost (legendary HuCj)
208732 | Zig:26   | Noticed Tefur's ghost (legendary GnFi)
208732 | Zig:26   | Noticed Lonang's ghost (legendary DESu)
208732 | Zig:26   | Killed Qatt's ghost
208733 | Zig:26   | Noticed Tefur's ghost (legendary GnFi)
208733 | Zig:26   | Noticed Tefur's ghost (legendary GnFi)
208734 | Zig:26   | Killed Lonang's ghost
208734 | Zig:26   | Killed Hiz Mun's ghost
208734 | Zig:26   | Killed Neapotai's ghost
208735 | Zig:26   | Noticed Piash's ghost (master OgEE)
208735 | Zig:26   | Killed Tefur's ghost
208735 | Zig:26   | Killed Beofaps's ghost
208735 | Zig:26   | Killed Tefur's ghost
208735 | Zig:26   | Killed Hahenefa's ghost
208735 | Zig:26   | Killed Zycouta's ghost
208735 | Zig:26   | Killed Beofaps's ghost
208735 | Zig:26   | Noticed Neapotai's ghost (veteran DsMo)
208735 | Zig:26   | Noticed Minism's ghost (legendary MiFi)
208736 | Zig:26   | Killed Piash's ghost
208736 | Zig:26   | Killed Jataj's ghost
208737 | Zig:26   | Noticed Has Pue's ghost (legendary FoFi)
208737 | Zig:26   | Noticed Zycouta's ghost (legendary DrSh)
208737 | Zig:26   | Noticed Zaib's ghost (legendary CeHu)
208737 | Zig:26   | Killed Diylu's ghost
208739 | Zig:26   | Noticed Jataj's ghost (legendary GrFi)
208739 | Zig:26   | Noticed Betuluewk's ghost (legendary DESu)
208742 | Zig:26   | Killed Piash's ghost
208742 | Zig:26   | Killed Neapotai's ghost
208742 | Zig:26   | Killed Jiheses's ghost
208742 | Zig:26   | Noticed Hahenefa's ghost (legendary DsWn)
208742 | Zig:26   | Noticed Poalor's ghost (legendary GnWn)
208742 | Zig:26   | Noticed Jecaful's ghost (legendary NaMo)
208743 | Zig:26   | Noticed Beofaps's ghost (legendary HuCj)
208745 | Zig:26   | Noticed Betuluewk's ghost (legendary DESu)
208746 | Zig:26   | Killed Zycouta's ghost
208746 | Zig:26   | Killed Jataj's ghost
208746 | Zig:26   | Killed Minism's ghost
208746 | Zig:26   | Killed Tefur's ghost
208746 | Zig:26   | Killed Betuluewk's ghost
208746 | Zig:26   | Killed Has Pue's ghost
208746 | Zig:26   | Noticed Minism's ghost (legendary MiFi)
208747 | Zig:26   | Killed Hahenefa's ghost
208747 | Zig:26   | Killed Beofaps's ghost
208747 | Zig:26   | Killed Beofaps's ghost
208747 | Zig:26   | Killed Zaib's ghost
208748 | Zig:26   | Noticed Hahenefa's ghost (legendary DsWn)
208748 | Zig:26   | Noticed Neapotai's ghost (veteran DsMo)
208750 | Zig:26   | Killed Jecaful's ghost
208750 | Zig:26   | Killed Betuluewk's ghost
208750 | Zig:26   | Noticed Lonang's ghost (legendary DESu)
208751 | Zig:26   | Noticed Lonang's ghost (legendary DESu)
208751 | Zig:26   | Noticed Hiz Mun's ghost (veteran MfGl)
208751 | Zig:26   | Noticed Hiz Mun's ghost (veteran MfGl)
208753 | Zig:26   | Noticed Yllipt's ghost (legendary GnWr)
208753 | Zig:26   | Noticed Beofaps's ghost (legendary HuCj)
208754 | Zig:26   | Killed Lonang's ghost
208755 | Zig:26   | Killed Poalor's ghost
208757 | Zig:26   | Noticed Zycouta's ghost (legendary DrSh)
208760 | Zig:26   | Noticed Yllipt's ghost (legendary GnWr)
208761 | Zig:26   | Killed Neapotai's ghost
208761 | Zig:26   | Killed Minism's ghost
208761 | Zig:26   | Killed Hiz Mun's ghost
208761 | Zig:26   | Killed Hahenefa's ghost
208761 | Zig:26   | Noticed Zycouta's ghost (legendary DrSh)
208763 | Zig:26   | Killed Zycouta's ghost
208763 | Zig:26   | Killed Lonang's ghost
208763 | Zig:26   | Killed Hiz Mun's ghost
208763 | Zig:26   | Killed Beofaps's ghost
208763 | Zig:26   | Killed Yllipt's ghost
208763 | Zig:26   | Noticed Beofaps's ghost (legendary HuCj)
208764 | Zig:26   | Noticed Has Pue's ghost (legendary FoFi)
208764 | Zig:26   | Noticed Neapotai's ghost (veteran DsMo)
208765 | Zig:26   | Killed Yllipt's ghost
208766 | Zig:26   | Noticed Lonang's ghost (legendary DESu)
208767 | Zig:26   | Killed Beofaps's ghost
208767 | Zig:26   | Killed Zycouta's ghost
208767 | Zig:26   | Killed Has Pue's ghost
208767 | Zig:26   | Noticed Poalor's ghost (legendary GnWn)
208770 | Zig:26   | Killed Lonang's ghost
208772 | Zig:26   | Killed Poalor's ghost
208772 | Zig:26   | Killed Neapotai's ghost
209179 | Zig:26   | Identified the amulet of Refoaf {Spirit rC+ MP+9 Dex+4}
209187 | Zig:26   | Identified the +4 war axe of Lusting Quick Death {freeze,
                  | rF+ Will- rCorr}
209197 | Zig:26   | Identified the staff of Malum Prohibitum {+Blink rPois
                  | rCorr MP-9 Poison}
209203 | Zig:26   | Identified the staff of the Vendetta {rC+ Str+3 Ice}
209227 | Zig:26   | Identified the +0 trident of Integrity {chaos, rPois rF+}
209255 | Zig:26   | Identified the +1 helmet "Lutomywa" {rElec Regen+}
209268 | Zig:27   | Entered Level 27 of a ziggurat
209297 | Zig:27   | Found the ring of the Octopus King
209303 | Zig:27   | Identified the ring "Jiaw Jys" {rN+ Will+ Int+2}
209305 | Zig:27   | Identified the +5 plate armour "Onacotwej" {*Corrode rElec
                  | rF+}
209307 | Zig:27   | Identified the ring of Gin and Tonic {Ice *Slow rElec rPois
                  | MP+9}
209480 | Zig:27   | Identified the staff "Kyorghoj" {Drain rElec rF++ rN+++
                  | Air}
209482 | Zig:27   | Identified the +1 lajatang "Ruidd" {freeze, Will+ SInv}
209484 | Zig:27   | Identified the +11 great mace of Acyarchoqas {antimagic,
                  | Will+}
209494 | Zig:27   | Identified a ring of the Octopus King {rCorr HP+2 AC+2 EV+2
                  | SH+2}
209501 | Zig:27   | Identified the ring "Heohal" {+Blink MP+9}
209504 | Zig:27   | Identified the +11 morningstar of Grace {speed, rPois rF+}
209506 | Zig:27   | Identified the +8 falchion "Ufaliuvu" {heavy, rPois Will+}
209507 | Zig:27   | Identified the staff "Byzutt" {rPois rN+ MP+9 Poison}
209512 | Zig:27   | Identified the staff "Fianuvut" {Fly Will+ Stlth+ Conj}
209524 | Zig:27   | Identified the staff "Viam" {Drain rElec Stlth+ Earth}
209994 | Zig:27   | Identified the +0 scale mail of Caustic Knowledge {rElec
                  | Regen+ Int+4}
210041 | Depths:3 | Upgraded the game from 0.31-a0-300-g4ac5daa9c1 to
                  | 0.31-a0-319-g4fced400ed
210054 | Zig:1    | Entered Level 1 of a ziggurat
210054 | Zig:1    | Noticed Fonutasu the pandemonium lord
210054 | Zig:1    | Noticed Guotump the pandemonium lord
210057 | Zig:1    | Killed Guotump the pandemonium lord
210057 | Zig:1    | Killed Fonutasu the pandemonium lord
210125 | Zig:2    | Entered Level 2 of a ziggurat
210263 | Zig:3    | Entered Level 3 of a ziggurat
210366 | Zig:4    | Entered Level 4 of a ziggurat
210523 | Zig:5    | Entered Level 5 of a ziggurat
210523 | Zig:5    | Noticed a dread lich
210523 | Zig:5    | Noticed a dread lich
210523 | Zig:5    | Noticed a dread lich
210525 | Zig:5    | Noticed a dread lich
210526 | Zig:5    | Killed a dread lich
210526 | Zig:5    | Killed a dread lich
210526 | Zig:5    | Killed a dread lich
210528 | Zig:5    | Killed a dread lich
210624 | Zig:5    | Identified the +3 battleaxe of Nissaokh {flame, rElec rPois
                  | Int-4 Stlth+}
210720 | Zig:6    | Entered Level 6 of a ziggurat
210720 | Zig:6    | Noticed Ajixt the pandemonium lord
210720 | Zig:6    | Noticed Naukh the pandemonium lord
210720 | Zig:6    | Noticed Zuut Kun the pandemonium lord
210720 | Zig:6    | Noticed Barriofow the pandemonium lord
210720 | Zig:6    | Noticed Goces the pandemonium lord
210721 | Zig:6    | Noticed Unkaphask the pandemonium lord
210721 | Zig:6    | Noticed Mynledwi the pandemonium lord
210721 | Zig:6    | Noticed Vacuyr Lese the pandemonium lord
210723 | Zig:6    | Noticed Koewn the pandemonium lord
210723 | Zig:6    | Noticed Ohuamit the pandemonium lord
210723 | Zig:6    | Killed Koewn the pandemonium lord
210723 | Zig:6    | Killed Naukh the pandemonium lord
210723 | Zig:6    | Killed Goces the pandemonium lord
210723 | Zig:6    | Killed Mynledwi the pandemonium lord
210723 | Zig:6    | Killed Barriofow the pandemonium lord
210723 | Zig:6    | Noticed Neicvic the pandemonium lord
210723 | Zig:6    | Noticed Paecocw the pandemonium lord
210725 | Zig:6    | Noticed Qaxkuv the pandemonium lord
210726 | Zig:6    | Killed Ohuamit the pandemonium lord
210726 | Zig:6    | Killed Zuut Kun the pandemonium lord
210726 | Zig:6    | Killed Ajixt the pandemonium lord
210726 | Zig:6    | Noticed Ytaas the pandemonium lord
210727 | Zig:6    | Killed Unkaphask the pandemonium lord
210727 | Zig:6    | Killed Paecocw the pandemonium lord
210727 | Zig:6    | Killed Neicvic the pandemonium lord
210730 | Zig:6    | Killed Qaxkuv the pandemonium lord
210730 | Zig:6    | Killed Ytaas the pandemonium lord
210731 | Zig:6    | Killed Vacuyr Lese the pandemonium lord
210950 | Zig:6    | Identified the staff "Xympen" {rPois Will+ Dex+6 Poison}
210954 | Zig:6    | Identified the +4 dagger "Duung" {heavy, rElec rF+ Str+3
                  | Dex-4}
210991 | Zig:6    | Identified the +1 lajatang of Pijeteti {heavy, rCorr}
210995 | Zig:6    | Identified the +9 trident of Cuit {heavy, rN+}
211009 | Zig:7    | Entered Level 7 of a ziggurat
211160 | Zig:7    | Identified the orb "Lyniot" {*Rage, Will- Regen+ Dex+8
                  | Stlth-}
211179 | Zig:7    | Identified the +0 robe "Qudaafih" {rElec rPois rC- Str+2}
211205 | Zig:7    | Identified the ring "Laphimoq" {Fly rElec rPois rC+ Dex+5}
211311 | Zig:8    | Entered Level 8 of a ziggurat
211560 | Zig:8    | Identified the +10 lajatang of Neigguk {heavy, rElec rPois
                  | rF- Stlth-}
211568 | Zig:8    | Identified the ring "Moroeq" {rPois Int+5}
211629 | Zig:9    | Entered Level 9 of a ziggurat
211639 | Zig:9    | Noticed Xust the pandemonium lord
211646 | Zig:9    | Killed Xust the pandemonium lord
211764 | Zig:9    | Identified the +4 spear of the Boar {venom, rElec rC+
                  | Int+2}
211770 | Zig:9    | Identified the +0 ring mail of Okawaru's Displeasure
                  | {Stlth+}
211941 | Zig:10   | Entered Level 10 of a ziggurat
212218 | Zig:10   | Identified the +11 dagger "Julo" {venom, rC+ Int+2}
212231 | Zig:10   | Identified the amulet "Xocuosolu" {RegenMP Str+2}
212240 | Zig:10   | Identified the +5 broad axe of Cocytus {flame, Str+2 Int+2}
212266 | Zig:11   | Entered Level 11 of a ziggurat
212266 | Zig:11   | Noticed a royal mummy
212266 | Zig:11   | Noticed a royal mummy
212266 | Zig:11   | Noticed a royal mummy
212266 | Zig:11   | Noticed a royal mummy
212266 | Zig:11   | Noticed a royal mummy
212266 | Zig:11   | Noticed a royal mummy
212266 | Zig:11   | Noticed a royal mummy
212267 | Zig:11   | Killed a royal mummy
212267 | Zig:11   | Killed a royal mummy
212267 | Zig:11   | Killed a royal mummy
212267 | Zig:11   | Killed a royal mummy
212267 | Zig:11   | Killed a royal mummy
212267 | Zig:11   | Killed a royal mummy
212268 | Zig:11   | Noticed a royal mummy
212271 | Zig:11   | Noticed a royal mummy
212271 | Zig:11   | Noticed a royal mummy
212271 | Zig:11   | Noticed a royal mummy
212273 | Zig:11   | Killed a royal mummy
212273 | Zig:11   | Killed a royal mummy
212274 | Zig:11   | Noticed a royal mummy
212276 | Zig:11   | Killed a royal mummy
212276 | Zig:11   | Killed a royal mummy
212276 | Zig:11   | Killed a royal mummy
212276 | Zig:11   | Noticed a royal mummy
212277 | Zig:11   | Noticed a royal mummy
212277 | Zig:11   | Noticed a royal mummy
212278 | Zig:11   | Killed a royal mummy
212278 | Zig:11   | Killed a royal mummy
212278 | Zig:11   | Noticed a royal mummy
212278 | Zig:11   | Noticed a royal mummy
212283 | Zig:11   | Killed a royal mummy
212283 | Zig:11   | Killed a royal mummy
212284 | Zig:11   | Killed a royal mummy
212285 | Zig:11   | Killed a royal mummy
212383 | Zig:11   | Identified the +1 eveningstar of Tuguxoq {holy, *Slow
                  | Dex+8}
212676 | Zig:12   | Entered Level 12 of a ziggurat
212687 | Zig:12   | Noticed Legasi the pandemonium lord
212692 | Zig:12   | Killed Legasi the pandemonium lord
213020 | Zig:12   | Identified the amulet of Qytumm {Reflect Harm Fragile rElec
                  | SH+5}
213022 | Zig:12   | Identified the +7 quarterstaff of Rexziymm {speed, rPois
                  | rC+ rN+ Stlth+}
213032 | Zig:12   | Identified the ring "Duywialu" {Ice rN++ Int-3 Slay+6 SInv}
213034 | Zig:12   | Identified the +4 lajatang of Makhleb {freeze, rF++ Str+2
                  | Int-3 Dex+2}
213055 | Zig:12   | Identified the +7 fire dragon scales of a ziggurat {rPois
                  | rF++ rC-}
213061 | Zig:12   | Identified the +9 scimitar of the Walnut {flame, Will+}
213082 | Zig:13   | Entered Level 13 of a ziggurat
213091 | Zig:13   | Noticed an ancient lich
213094 | Zig:13   | Killed an ancient lich
213283 | Zig:13   | Identified the +5 morningstar of the Seven Beds {drain,
                  | *Rage rPois Int-4 Dex+8}
213297 | Zig:13   | Identified the +10 rapier of Wrath {pain, Str+4}
213507 | Zig:14   | Entered Level 14 of a ziggurat
213512 | Zig:14   | Noticed a dread lich
213516 | Zig:14   | Killed a dread lich
213749 | Zig:14   | Identified the +7 great sword "Luudghev" {pain, rF- rN++
                  | rCorr}
213806 | Zig:14   | Identified the staff of the Dozen Knaves {rElec rPois rC+
                  | Will++ MP+9 Ice}
213810 | Zig:14   | Identified the ring of Ankinam {rC+ Will+ EV+5}
213820 | Zig:14   | Identified the +8 bardiche of the Fox {heavy, +Blink rElec}
213834 | Zig:14   | Identified the +3 lajatang of Siuw {heavy, rF+ rC+ Str-4
                  | Int+4}
213847 | Zig:14   | Acquired 589 gold pieces
213853 | Zig:15   | Entered Level 15 of a ziggurat
213906 | Zig:15   | Noticed Ipacutunt the pandemonium lord
213970 | Zig:15   | Killed Ipacutunt the pandemonium lord
214171 | Zig:15   | Identified the +9 orcbow "Qaxar" {flame, rPois rN+ MP+9
                  | SInv}
214182 | Zig:15   | Identified the +5 orcbow of the Aged Nightmares {drain,
                  | rN++ Str-2 Dex-2 SInv}
214438 | Zig:16   | Entered Level 16 of a ziggurat
214438 | Zig:16   | Noticed a juggernaut
214438 | Zig:16   | Noticed a juggernaut
214439 | Zig:16   | Killed a juggernaut
214439 | Zig:16   | Killed a juggernaut
214439 | Zig:16   | Noticed a juggernaut
214442 | Zig:16   | Noticed a juggernaut
214444 | Zig:16   | Noticed a juggernaut
214444 | Zig:16   | Noticed a juggernaut
214445 | Zig:16   | Noticed a juggernaut
214445 | Zig:16   | Noticed a juggernaut
214445 | Zig:16   | Noticed a juggernaut
214446 | Zig:16   | Killed a juggernaut
214447 | Zig:16   | Killed a juggernaut
214448 | Zig:16   | Noticed a juggernaut
214448 | Zig:16   | Noticed a juggernaut
214449 | Zig:16   | Killed a juggernaut
214450 | Zig:16   | Killed a juggernaut
214450 | Zig:16   | Killed a juggernaut
214450 | Zig:16   | Killed a juggernaut
214451 | Zig:16   | Killed a juggernaut
214452 | Zig:16   | Found the +4 moon troll leather armour {Spirit, Regen++
                  | MP+5}
214454 | Zig:16   | Killed a juggernaut
214454 | Zig:16   | Killed a juggernaut
214549 | Zig:16   | Identified the staff of the Coin {Int+2 SInv Stlth- Conj}
214553 | Zig:16   | Identified the +2 mace of Brawling {drain, *Corrode rElec
                  | rC- Dex+7}
214567 | Zig:16   | Identified the +8 scimitar of Makhleb's Hope {elec, rN+
                  | Str+4 Dex+5}
214837 | Zig:16   | Identified the +4 war axe "Vany" {holy, *Noise rF+ Int+4}
214857 | Zig:16   | Identified the ring "Puix" {rF- rN+ rCorr Int+3}
214874 | Zig:16   | Acquired 501 gold pieces
214879 | Zig:17   | Entered Level 17 of a ziggurat
214879 | Zig:17   | Identified the +6 tower shield "Qias" {rC+ Regen+}
214891 | Zig:17   | Identified the +7 tower shield "Cetsach" {Fly rF- Will+
                  | rCorr}
215023 | Zig:17   | Identified the +5 flail of Valiance {heavy, rC++ rN+ Dex-4}
215027 | Zig:17   | Identified the ring of the Feeding Gods {rPois Dex+2
                  | Stlth+}
215041 | Zig:17   | Identified the +4 lajatang "Qelaemerph" {heavy, rF++}
215051 | Zig:17   | Identified the +2 robe of Veirad {*Slow rPois Str+3}
215387 | Zig:17   | Identified the staff "Tudijupe" {rElec rF+ Earth}
215428 | Zig:18   | Entered Level 18 of a ziggurat
215428 | Zig:18   | Noticed an ancient lich
215431 | Zig:18   | Noticed an ancient lich
215433 | Zig:18   | Killed an ancient lich
215434 | Zig:18   | Noticed an ancient lich
215438 | Zig:18   | Killed an ancient lich
215438 | Zig:18   | Killed an ancient lich
215443 | Zig:18   | Paralysed by a wendigo for 1 turns
215447 | Zig:18   | Noticed a dread lich
215450 | Zig:18   | Killed a dread lich
215894 | Zig:18   | Identified the +1 short sword of the Eleven Mice {venom,
                  | *Noise rElec Will+}
215916 | Zig:18   | Identified the +4 lajatang of Severance {speed, rC+ Will+}
215928 | Zig:18   | Identified the ring "Asegin" {rElec rPois rF- Will++ SInv}
215937 | Zig:18   | Identified the ring of Activism {EV+5 Dex+4}
215941 | Zig:18   | Identified the amulet "Iplasust" {Spirit Contam rPois rCorr
                  | Stlth+}
215943 | Zig:18   | Identified the staff of the Final Knives {*Corrode rElec
                  | rN+ Dex+3 SInv Air}
216002 | Zig:19   | Entered Level 19 of a ziggurat
216193 | Zig:19   | Identified the ring of Mauni {Fly rN+ rCorr Str+8 Slay-2}
216200 | Zig:19   | Identified the ring of Compulsion {rF+ rCorr Int+4}
216211 | Zig:19   | Identified the +5 scale mail of Wungap {+Blink}
216222 | Zig:19   | Identified the staff "Cyroech" {rElec rCorr Str+9 Int-2
                  | Dex-3 Air}
216498 | Zig:20   | Entered Level 20 of a ziggurat
216500 | Zig:20   | Noticed an ancient lich
216501 | Zig:20   | Killed an ancient lich
216518 | Zig:20   | Noticed a dread lich
216522 | Zig:20   | Killed a dread lich
216951 | Zig:20   | Identified the +0 shadow dragon scales of the Vacuum {+Inv
                  | rPois rF+ Will- Stlth++++}
216953 | Zig:20   | Identified the staff of Light {Fly rPois rN+ Dex+3 Poison}
216967 | Zig:20   | Identified the staff "Vuig" {rF+ Dex+5 Fire}
216973 | Zig:20   | Identified the +9 broad axe "X" {flame, Dex+4}
216976 | Zig:20   | Identified the +9 orcbow of the Head {freeze, rN+ MP+9
                  | Str+2}
216982 | Zig:20   | Identified the +6 hand axe "Duloist" {heavy, rPois Str-2
                  | Int+5 Dex+2}
217035 | Zig:21   | Entered Level 21 of a ziggurat
217224 | Zig:21   | Identified the +7 dagger of Discomfort {holy, rPois}
217228 | Zig:21   | Identified the +3 hand axe "Sydur" {drain, +Blink}
217229 | Zig:21   | Identified the amulet "Dakkam" {Acrobat +Inv Will- MP-9
                  | Slay+6}
217234 | Zig:21   | Identified the staff of Iconoclasm {Fly rF+ Int+3 Dex-3
                  | Fire}
217236 | Zig:21   | Identified the ring of Gionoryv {rElec rC+ Str-5 Dex+6}
217238 | Zig:21   | Identified the ring "Yvo Zuas" {rF+ Slay+6}
217283 | Zig:21   | Identified the +0 ring mail of Quiet Fog {Contam Will++}
217302 | Zig:21   | Identified the +3 great mace "Ocoethem" {heavy, rF++ rN+
                  | Str-4}
217312 | Zig:21   | Identified the +1 lajatang "Gedad" {venom, rPois}
217314 | Zig:21   | Identified the +6 great sword of Doubt {venom, rElec Int+4}
217316 | Zig:21   | Identified the +4 whip "Koil" {flame, rPois MP+9 Str+2}
217318 | Zig:21   | Identified the +7 shortbow of Deformation {heavy, Str-5
                  | Int+4}
217693 | Zig:22   | Entered Level 22 of a ziggurat
218262 | Zig:22   | Identified the +1 chain mail of Optimism {Dex+6}
218266 | Zig:22   | Identified the +11 hand axe "Muxeng" {flame, rElec rCorr}
218278 | Zig:22   | Identified the +1 ring mail "Boonan" {rC+ Str-3 SInv}
218279 | Zig:22   | Identified the +0 scimitar of the Yoke {chaos, *Slow rC+
                  | Str+4}
218281 | Zig:22   | Identified the ring "Ojaymefaz" {Ice Fly Will+ Dex+2
                  | Stlth+}
218286 | Zig:22   | Identified the ring of Racw {Contam rF+++ Will- rCorr
                  | Int+6}
218294 | Zig:22   | Identified the amulet of Eniv {Reflect Harm Int+3 SH+5}
218305 | Zig:22   | Identified the +2 trident "Qeesepunua" {heavy, rElec Str+5}
218365 | Zig:23   | Entered Level 23 of a ziggurat
218527 | Zig:23   | Identified the +1 flail of Responsibility {distort, rElec
                  | rCorr Str+2}
218628 | Zig:23   | Identified the staff "Uppouczalapn" {Dex+4 SInv Conj}
218994 | Zig:24   | Entered Level 24 of a ziggurat
218994 | Zig:24   | Noticed a juggernaut
218994 | Zig:24   | Noticed a juggernaut
218994 | Zig:24   | Noticed a juggernaut
218994 | Zig:24   | Noticed a juggernaut
218994 | Zig:24   | Noticed a juggernaut
218994 | Zig:24   | Noticed a juggernaut
218994 | Zig:24   | Noticed a juggernaut
218994 | Zig:24   | Noticed a juggernaut
218995 | Zig:24   | Killed a juggernaut
218995 | Zig:24   | Killed a juggernaut
218995 | Zig:24   | Killed a juggernaut
218995 | Zig:24   | Killed a juggernaut
218995 | Zig:24   | Killed a juggernaut
218995 | Zig:24   | Killed a juggernaut
218995 | Zig:24   | Killed a juggernaut
218995 | Zig:24   | Noticed a juggernaut
218996 | Zig:24   | Noticed a juggernaut
218996 | Zig:24   | Noticed a juggernaut
218997 | Zig:24   | Noticed a juggernaut
218998 | Zig:24   | Noticed a juggernaut
218998 | Zig:24   | Noticed a juggernaut
218998 | Zig:24   | Noticed a juggernaut
219000 | Zig:24   | Noticed a juggernaut
219001 | Zig:24   | Noticed a juggernaut
219001 | Zig:24   | Noticed a juggernaut
219001 | Zig:24   | Killed a juggernaut
219002 | Zig:24   | Noticed a juggernaut
219002 | Zig:24   | Noticed a juggernaut
219003 | Zig:24   | Noticed a juggernaut
219003 | Zig:24   | Noticed a juggernaut
219003 | Zig:24   | Killed a juggernaut
219003 | Zig:24   | Killed a juggernaut
219004 | Zig:24   | Noticed a juggernaut
219004 | Zig:24   | Killed a juggernaut
219004 | Zig:24   | Killed a juggernaut
219004 | Zig:24   | Killed a juggernaut
219004 | Zig:24   | Killed a juggernaut
219004 | Zig:24   | Killed a juggernaut
219004 | Zig:24   | Killed a juggernaut
219004 | Zig:24   | Killed a juggernaut
219004 | Zig:24   | Killed a juggernaut
219004 | Zig:24   | Killed a juggernaut
219004 | Zig:24   | Killed a juggernaut
219004 | Zig:24   | Killed a juggernaut
219005 | Zig:24   | Noticed a juggernaut
219005 | Zig:24   | Noticed a juggernaut
219005 | Zig:24   | Killed a juggernaut
219006 | Zig:24   | Noticed a juggernaut
219006 | Zig:24   | Noticed a juggernaut
219006 | Zig:24   | Killed a juggernaut
219007 | Zig:24   | Noticed a juggernaut
219009 | Zig:24   | Killed a juggernaut
219009 | Zig:24   | Killed a juggernaut
219009 | Zig:24   | Killed a juggernaut
219014 | Zig:24   | Killed a juggernaut
219014 | Zig:24   | Killed a juggernaut
219014 | Zig:24   | Noticed a juggernaut
219020 | Zig:24   | Killed a juggernaut
219571 | Zig:24   | Identified the +0 chain mail of the Black Moon {rElec rPois
                  | rF+}
219573 | Zig:24   | Identified the ring of the Orange Skies {Ice rElec Will+
                  | Stlth+}
219593 | Zig:24   | Identified the +0 scale mail "Geak" {Will+ Dex+4}
219607 | Zig:24   | Identified the +3 ring mail of Etiwises {Int+5}
219616 | Zig:24   | Identified the +3 great sword of the Mind {freeze, rElec
                  | rC- Str+4}
219618 | Zig:24   | Identified the +5 scimitar of Ysotoi {drain, rElec Int+3}
219621 | Zig:24   | Identified the +5 ring mail of Patterns {Regen+}
219626 | Zig:24   | Identified the +2 longbow of Rubbish {flame, *Corrode rF+
                  | rC++}
219635 | Zig:24   | Identified the staff of Death's Door {rPois Dex+2 Poison}
219743 | Zig:25   | Entered Level 25 of a ziggurat
219745 | Zig:25   | Noticed an ancient lich
219745 | Zig:25   | Noticed a dread lich
219745 | Zig:25   | Noticed an ancient lich
219745 | Zig:25   | Noticed a dread lich
219745 | Zig:25   | Noticed a dread lich
219746 | Zig:25   | Noticed a dread lich
219746 | Zig:25   | Noticed an ancient lich
219746 | Zig:25   | Noticed a dread lich
219747 | Zig:25   | Noticed a dread lich
219747 | Zig:25   | Noticed a dread lich
219747 | Zig:25   | Noticed an ancient lich
219747 | Zig:25   | Noticed a dread lich
219748 | Zig:25   | Killed an ancient lich
219748 | Zig:25   | Killed a dread lich
219748 | Zig:25   | Killed a dread lich
219748 | Zig:25   | Noticed a dread lich
219749 | Zig:25   | Noticed a dread lich
219749 | Zig:25   | Noticed a dread lich
219750 | Zig:25   | Killed a dread lich
219750 | Zig:25   | Killed a dread lich
219750 | Zig:25   | Killed an ancient lich
219750 | Zig:25   | Killed an ancient lich
219750 | Zig:25   | Killed a dread lich
219750 | Zig:25   | Killed a dread lich
219750 | Zig:25   | Killed an ancient lich
219750 | Zig:25   | Killed a dread lich
219750 | Zig:25   | Killed a dread lich
219750 | Zig:25   | Killed a dread lich
219750 | Zig:25   | Killed a dread lich
219750 | Zig:25   | Noticed an ancient lich
219750 | Zig:25   | Noticed a dread lich
219751 | Zig:25   | Noticed a dread lich
219751 | Zig:25   | Noticed a dread lich
219751 | Zig:25   | Noticed a dread lich
219751 | Zig:25   | Noticed an ancient lich
219752 | Zig:25   | Noticed a dread lich
219752 | Zig:25   | Noticed an ancient lich
219752 | Zig:25   | Noticed an ancient lich
219753 | Zig:25   | Killed a dread lich
219753 | Zig:25   | Killed a dread lich
219753 | Zig:25   | Killed an ancient lich
219753 | Zig:25   | Killed a dread lich
219753 | Zig:25   | Killed a dread lich
219753 | Zig:25   | Killed a dread lich
219753 | Zig:25   | Killed an ancient lich
219753 | Zig:25   | Killed an ancient lich
219754 | Zig:25   | Killed a dread lich
219754 | Zig:25   | Killed an ancient lich
219754 | Zig:25   | Noticed an ancient lich
219754 | Zig:25   | Noticed an ancient lich
219755 | Zig:25   | Noticed a dread lich
219755 | Zig:25   | Noticed an ancient lich
219755 | Zig:25   | Noticed an ancient lich
219755 | Zig:25   | Noticed an ancient lich
219755 | Zig:25   | Noticed an ancient lich
219755 | Zig:25   | Noticed an ancient lich
219756 | Zig:25   | Noticed a dread lich
219756 | Zig:25   | Noticed a dread lich
219756 | Zig:25   | Noticed an ancient lich
219756 | Zig:25   | Noticed a dread lich
219756 | Zig:25   | Noticed a dread lich
219757 | Zig:25   | Killed an ancient lich
219757 | Zig:25   | Killed an ancient lich
219757 | Zig:25   | Killed a dread lich
219757 | Zig:25   | Killed an ancient lich
219757 | Zig:25   | Killed an ancient lich
219757 | Zig:25   | Killed an ancient lich
219757 | Zig:25   | Noticed an ancient lich
219758 | Zig:25   | Killed a dread lich
219758 | Zig:25   | Killed an ancient lich
219758 | Zig:25   | Killed an ancient lich
219758 | Zig:25   | Killed a dread lich
219758 | Zig:25   | Killed a dread lich
219758 | Zig:25   | Killed a dread lich
219758 | Zig:25   | Killed an ancient lich
219758 | Zig:25   | Killed an ancient lich
219759 | Zig:25   | Noticed a dread lich
219759 | Zig:25   | Noticed an ancient lich
219759 | Zig:25   | Noticed an ancient lich
219759 | Zig:25   | Noticed an ancient lich
219759 | Zig:25   | Noticed an ancient lich
219759 | Zig:25   | Noticed a dread lich
219759 | Zig:25   | Noticed a dread lich
219760 | Zig:25   | Noticed an ancient lich
219761 | Zig:25   | Noticed a dread lich
219761 | Zig:25   | Killed an ancient lich
219761 | Zig:25   | Killed an ancient lich
219761 | Zig:25   | Killed an ancient lich
219762 | Zig:25   | Noticed a dread lich
219762 | Zig:25   | Noticed a dread lich
219762 | Zig:25   | Noticed an ancient lich
219763 | Zig:25   | Noticed a dread lich
219763 | Zig:25   | Noticed a dread lich
219763 | Zig:25   | Noticed a dread lich
219763 | Zig:25   | Noticed a dread lich
219764 | Zig:25   | Killed a dread lich
219764 | Zig:25   | Killed a dread lich
219764 | Zig:25   | Killed a dread lich
219764 | Zig:25   | Killed a dread lich
219764 | Zig:25   | Killed an ancient lich
219764 | Zig:25   | Killed a dread lich
219764 | Zig:25   | Killed an ancient lich
219764 | Zig:25   | Killed a dread lich
219764 | Zig:25   | Killed an ancient lich
219765 | Zig:25   | Killed a dread lich
219765 | Zig:25   | Killed a dread lich
219765 | Zig:25   | Killed a dread lich
219765 | Zig:25   | Killed a dread lich
219766 | Zig:25   | Noticed an ancient lich
219767 | Zig:25   | Noticed an ancient lich
219768 | Zig:25   | Noticed an ancient lich
219770 | Zig:25   | Killed an ancient lich
219770 | Zig:25   | Killed an ancient lich
219770 | Zig:25   | Killed an ancient lich
219772 | Zig:25   | Found the +3 warlock's mirror {omnireflect}
219776 | Zig:25   | Identified the +7 whip of Evy Gonn {antimagic, rElec}
219921 | Zig:25   | Identified the +2 scale mail "Goapyf" {Rampage rPois rF+
                  | Stlth+}
219936 | Zig:25   | Identified the amulet "Plog" {RegenMP Str+4 Stlth-}
219953 | Zig:25   | Identified the +1 arbalest "Vuxkise" {elec, SInv}
219985 | Zig:25   | Identified the +6 rapier of the Kissing Fool {elec, Will+
                  | Dex+2}
219989 | Zig:25   | Identified the +3 plate armour "Oroc" {rPois Regen+ Dex-4}
219995 | Zig:25   | Identified the ring of Dikuoz {rN+ Will+}
219999 | Zig:25   | Identified the +2 long sword of Loremill {distort, Fly rC+
                  | Str-4}
220000 | Zig:25   | Identified the ring "Heqeaj Vin" {Wiz Int+4}
220008 | Zig:25   | Identified the ring of Poujifai {Str+2 Dex+3 SInv}
220013 | Zig:25   | Identified the +7 rapier of Patience {speed, +Blink rC++
                  | Int-4 Dex+2}
220403 | Zig:26   | Entered Level 26 of a ziggurat
220596 | Zig:26   | Identified the +3 scale mail of Indomitability {rPois Will+
                  | Int+2}
221021 | Zig:26   | Identified the ring "Cylauh" {rPois rF- Int+6 Dex+2}
221035 | Zig:26   | Identified the ring "Widiv" {Contam Drain rPois rN+
                  | Will+++}
221067 | Zig:26   | Identified the +3 lajatang "Tormentor" {venom, rF+ Dex+2
                  | Stlth+}
221074 | Zig:26   | Identified the +1 leather armour "Onug" {Str+4 Dex+4}
221098 | Zig:26   | Identified the staff of Mana {rElec rPois rC++ Will+ Dex-3
                  | Air}
221099 | Zig:26   | Identified the +1 longbow of the Forgotten Shrikes {heavy,
                  | rN+ Str+3 SInv}
221104 | Zig:26   | Identified the amulet "Bownecih" {Faith Int+2}
221121 | Zig:26   | Identified the ring "Hyx Ucoz" {rC+ Int-4 Dex+3 SInv}
221123 | Zig:26   | Identified the amulet of the Hundredfold Dances {Faith
                  | Dex+2}
221125 | Zig:26   | Identified the +7 lajatang "Suh Faarch" {speed, rPois rF++
                  | Dex-3}
221210 | Zig:27   | Entered Level 27 of a ziggurat
221412 | Zig:27   | Identified the +7 chain mail of Eghoo {MP+9 Stlth+}
221421 | Zig:27   | Identified the +0 ring mail of Happy Babbling {rC+ Str+3}
221427 | Zig:27   | Identified the +12 trident of Vushag {flame, Dex+5}
222083 | Zig:1    | Entered Level 1 of a ziggurat
222144 | Zig:2    | Entered Level 2 of a ziggurat
222144 | Zig:2    | Noticed an ancient lich
222144 | Zig:2    | Noticed an ancient lich
222149 | Zig:2    | Killed an ancient lich
222151 | Zig:2    | Killed an ancient lich
222236 | Zig:3    | Entered Level 3 of a ziggurat
222395 | Zig:4    | Entered Level 4 of a ziggurat
222395 | Zig:4    | Noticed a juggernaut
222395 | Zig:4    | Noticed a juggernaut
222396 | Zig:4    | Killed a juggernaut
222396 | Zig:4    | Killed a juggernaut
222571 | Zig:4    | Identified the +7 sling "Orb Guardian's Doom" {heavy, rC+}
222613 | Zig:4    | Identified the +2 scale mail of the Dice {Str+7 Dex-4}
222619 | Zig:5    | Entered Level 5 of a ziggurat
222619 | Zig:5    | Noticed an ancient lich
222619 | Zig:5    | Noticed a dread lich
222620 | Zig:5    | Noticed a dread lich
222620 | Zig:5    | Noticed an ancient lich
222620 | Zig:5    | Noticed a dread lich
222620 | Zig:5    | Noticed a dread lich
222621 | Zig:5    | Noticed an ancient lich
222621 | Zig:5    | Noticed an ancient lich
222621 | Zig:5    | Noticed a dread lich
222621 | Zig:5    | Noticed a dread lich
222622 | Zig:5    | Noticed a dread lich
222623 | Zig:5    | Noticed an ancient lich
222623 | Zig:5    | Noticed an ancient lich
222623 | Zig:5    | Noticed a dread lich
222625 | Zig:5    | Killed a dread lich
222625 | Zig:5    | Killed an ancient lich
222625 | Zig:5    | Killed a dread lich
222625 | Zig:5    | Killed an ancient lich
222625 | Zig:5    | Killed an ancient lich
222625 | Zig:5    | Killed an ancient lich
222625 | Zig:5    | Killed an ancient lich
222625 | Zig:5    | Killed a dread lich
222626 | Zig:5    | Killed an ancient lich
222626 | Zig:5    | Killed a dread lich
222626 | Zig:5    | Killed a dread lich
222626 | Zig:5    | Killed a dread lich
222626 | Zig:5    | Killed a dread lich
222626 | Zig:5    | Killed a dread lich
222710 | Zig:5    | Identified the +3 rapier of Wounding {flame, Fly rN++ Will-
                  | Dex+9}
222821 | Zig:6    | Entered Level 6 of a ziggurat
223081 | Zig:7    | Entered Level 7 of a ziggurat
223167 | Zig:7    | Identified the +0 chain mail of a bailey {rC++ Str+3}
223170 | Zig:7    | Identified the +3 falchion "Eviscerator" {holy, Fly Str+7
                  | Int+8 Dex-4}
223319 | Zig:8    | Entered Level 8 of a ziggurat
223320 | Zig:8    | Noticed an ancient lich
223320 | Zig:8    | Noticed an ancient lich
223322 | Zig:8    | Noticed an ancient lich
223322 | Zig:8    | Noticed an ancient lich
223322 | Zig:8    | Noticed an ancient lich
223324 | Zig:8    | Killed an ancient lich
223325 | Zig:8    | Killed an ancient lich
223326 | Zig:8    | Noticed a dread lich
223326 | Zig:8    | Noticed an ancient lich
223327 | Zig:8    | Killed an ancient lich
223327 | Zig:8    | Killed an ancient lich
223327 | Zig:8    | Killed an ancient lich
223327 | Zig:8    | Killed a dread lich
223327 | Zig:8    | Killed an ancient lich
223327 | Zig:8    | Noticed an ancient lich
223334 | Zig:8    | Killed an ancient lich
223558 | Zig:8    | Identified the +0 scale mail "Hek Onn" {*Corrode rN+
                  | Regen+}
223572 | Zig:9    | Entered Level 9 of a ziggurat
223585 | Zig:9    | Paralysed by an air elemental for 1 turns
223657 | Zig:9    | Identified the +2 robe "Jigromp" {+Inv Fly Regen+ Str-3}
223658 | Zig:9    | Identified the staff "Hys Fuyj" {rElec Str+4 Air}
223903 | Zig:9    | Acquired 875 gold pieces
223913 | Zig:10   | Entered Level 10 of a ziggurat
223918 | Zig:10   | Found the +3 salamander hide armour {Flames, rFlCloud rF++
                  | rC--}
224263 | Zig:10   | Identified the +6 lajatang of Beogh's Grace {heavy,
                  | *Corrode +Blink Str-3 Int+8}
224304 | Zig:11   | Entered Level 11 of a ziggurat
224418 | Zig:11   | Identified the +3 great sword "Butsutoe" {elec, *Slow Fly
                  | Int+2}
224419 | Zig:11   | Identified the ring of Fuask {Drain rCorr Str+6 SInv}
224651 | Zig:11   | Identified the +2 quarterstaff of a treasure trove {heavy,
                  | Str+3 Int+3 Dex+3}
224692 | Zig:12   | Entered Level 12 of a ziggurat
224692 | Zig:12   | Noticed a juggernaut
224692 | Zig:12   | Noticed a juggernaut
224692 | Zig:12   | Noticed a juggernaut
224692 | Zig:12   | Noticed a juggernaut
224692 | Zig:12   | Noticed a juggernaut
224692 | Zig:12   | Noticed a juggernaut
224693 | Zig:12   | Killed a juggernaut
224693 | Zig:12   | Killed a juggernaut
224693 | Zig:12   | Killed a juggernaut
224693 | Zig:12   | Killed a juggernaut
224693 | Zig:12   | Killed a juggernaut
224693 | Zig:12   | Killed a juggernaut
224697 | Zig:12   | Noticed a juggernaut
224697 | Zig:12   | Noticed a juggernaut
224698 | Zig:12   | Noticed a juggernaut
224699 | Zig:12   | Noticed a juggernaut
224700 | Zig:12   | Noticed a juggernaut
224700 | Zig:12   | Noticed a juggernaut
224701 | Zig:12   | Killed a juggernaut
224701 | Zig:12   | Killed a juggernaut
224701 | Zig:12   | Killed a juggernaut
224701 | Zig:12   | Killed a juggernaut
224701 | Zig:12   | Killed a juggernaut
224701 | Zig:12   | Killed a juggernaut
224701 | Zig:12   | Noticed a juggernaut
224701 | Zig:12   | Noticed a juggernaut
224704 | Zig:12   | Noticed a juggernaut
224707 | Zig:12   | Killed a juggernaut
224709 | Zig:12   | Killed a juggernaut
224710 | Zig:12   | Killed a juggernaut
225127 | Zig:12   | Identified the ring "Tenoshrick" {Wiz rN++}
225133 | Zig:12   | Identified the +1 pair of boots of Chill Winds {Str+6}
225177 | Zig:12   | Identified the +9 trident "Nazedut" {flame, rN+ Will-
                  | Str+4}
225183 | Zig:12   | Identified the +8 battleaxe of the Thing {elec, rC- rCorr
                  | SInv}
225206 | Zig:13   | Entered Level 13 of a ziggurat
225286 | Zig:13   | Identified the ring "Koubekk" {Int+3 SInv}
225333 | Zig:13   | Identified the staff "Sakostr Juis" {rElec rN+ Will+ Int-4
                  | Necro}
225343 | Zig:13   | Identified the ring "Nenummex" {rF+ rCorr}
225592 | Zig:14   | Entered Level 14 of a ziggurat
225961 | Zig:14   | Identified the ring "Hugoawedgh" {rC++ rCorr Int+6 Dex-4
                  | SInv}
225975 | Zig:14   | Identified the +2 ring mail of Purpose {Str+7 Stlth-}
225983 | Zig:14   | Identified the +6 shortbow of Liutu {drain, rN+ Int+3}
226012 | Zig:14   | Identified the +9 hand axe of Aseif {flame, rF+}
226052 | Zig:14   | Acquired 635 gold pieces
226053 | Zig:14   | Acquired 531 gold pieces
226059 | Zig:15   | Entered Level 15 of a ziggurat
226308 | Zig:15   | Identified the +1 lajatang "Geusulan" {speed, rElec rC+
                  | Dex+4}
226309 | Zig:15   | Identified the ring "Fydecven" {Ice Slay+2}
226319 | Zig:15   | Identified the +4 double sword of Ubeotuyf {heavy, Fly}
226341 | Zig:15   | Identified the ring of Limifoc {+Blink rPois Str+3}
226345 | Zig:15   | Identified the +3 great sword of Beyond {spect, Dex+4}
226375 | Zig:15   | Identified the +1 rapier of the Doomed Warrior {freeze,
                  | Dex+3}
226382 | Zig:15   | Identified the ring "Veuwkur" {rCorr EV+5 Int+3}
226388 | Zig:15   | Identified the ring "Ymasuvvig" {Wiz rPois Dex+5}
226887 | Zig:15   | Identified the +2 ring mail "Ererphon" {Will+ rCorr Dex+2}
226894 | Zig:16   | Entered Level 16 of a ziggurat
227395 | Zig:16   | Identified the ring "Adamourph" {rElec rF+ rCorr Int+3
                  | Dex+2}
227397 | Zig:16   | Identified the +7 falchion of Massacring {antimagic, *Slow
                  | rPois Dex+2}
227422 | Zig:16   | Identified the ring of the Final Chapter {Wiz rPois rN++}
227496 | Zig:17   | Entered Level 17 of a ziggurat
227496 | Zig:17   | Noticed a juggernaut
227496 | Zig:17   | Noticed a juggernaut
227496 | Zig:17   | Noticed a juggernaut
227496 | Zig:17   | Noticed a juggernaut
227496 | Zig:17   | Noticed a juggernaut
227496 | Zig:17   | Noticed a juggernaut
227496 | Zig:17   | Noticed a juggernaut
227496 | Zig:17   | Noticed a juggernaut
227497 | Zig:17   | Killed a juggernaut
227497 | Zig:17   | Killed a juggernaut
227497 | Zig:17   | Killed a juggernaut
227497 | Zig:17   | Killed a juggernaut
227497 | Zig:17   | Killed a juggernaut
227497 | Zig:17   | Killed a juggernaut
227497 | Zig:17   | Killed a juggernaut
227498 | Zig:17   | Noticed a juggernaut
227500 | Zig:17   | Noticed a juggernaut
227500 | Zig:17   | Noticed a juggernaut
227501 | Zig:17   | Noticed a juggernaut
227501 | Zig:17   | Noticed a juggernaut
227502 | Zig:17   | Killed a juggernaut
227502 | Zig:17   | Killed a juggernaut
227502 | Zig:17   | Killed a juggernaut
227502 | Zig:17   | Killed a juggernaut
227502 | Zig:17   | Killed a juggernaut
227502 | Zig:17   | Killed a juggernaut
227502 | Zig:17   | Noticed a juggernaut
227503 | Zig:17   | Killed a juggernaut
227503 | Zig:17   | Killed a juggernaut
227503 | Zig:17   | Noticed a juggernaut
227504 | Zig:17   | Noticed a juggernaut
227505 | Zig:17   | Noticed a juggernaut
227505 | Zig:17   | Noticed a juggernaut
227505 | Zig:17   | Noticed a juggernaut
227507 | Zig:17   | Killed a juggernaut
227507 | Zig:17   | Killed a juggernaut
227507 | Zig:17   | Killed a juggernaut
227507 | Zig:17   | Killed a juggernaut
227508 | Zig:17   | Noticed a juggernaut
227509 | Zig:17   | Noticed a juggernaut
227510 | Zig:17   | Noticed a juggernaut
227510 | Zig:17   | Noticed a juggernaut
227511 | Zig:17   | Noticed a juggernaut
227512 | Zig:17   | Noticed a juggernaut
227513 | Zig:17   | Noticed a juggernaut
227513 | Zig:17   | Noticed a juggernaut
227514 | Zig:17   | Noticed a juggernaut
227514 | Zig:17   | Killed a juggernaut
227514 | Zig:17   | Killed a juggernaut
227514 | Zig:17   | Killed a juggernaut
227514 | Zig:17   | Killed a juggernaut
227514 | Zig:17   | Killed a juggernaut
227514 | Zig:17   | Killed a juggernaut
227514 | Zig:17   | Killed a juggernaut
227514 | Zig:17   | Killed a juggernaut
227514 | Zig:17   | Killed a juggernaut
227515 | Zig:17   | Noticed a juggernaut
227519 | Zig:17   | Killed a juggernaut
227519 | Zig:17   | Killed a juggernaut
227520 | Zig:17   | Noticed a juggernaut
227527 | Zig:17   | Killed a juggernaut
227528 | Zig:17   | Found the +1 robe of Vines {NoPotionHeal Regen++++}
227667 | Zig:17   | Identified the staff "Dulutaph" {rF+ rC+ Fire}
227671 | Zig:17   | Identified the staff of Beogh, Bespelling {Fragile rElec
                  | rC+ rN++ Stlth+ Ice}
227691 | Zig:17   | Identified the +3 short sword "Daroew" {freeze, rF+ rN+}
227697 | Zig:17   | Identified the +3 flail "Yceateud" {spect, rF- Dex+9}
227702 | Zig:17   | Identified the ring of Waq Cui {rCorr MP+9}
227707 | Zig:17   | Identified the +1 leather armour "Ymuock" {Str+2 Stlth+}
227709 | Zig:17   | Identified the ring "Jetysaim" {Will+ Int+3 Dex+2 Slay+4}
227717 | Zig:17   | Identified the amulet of Rewarch {Spirit Harm Int+8}
228332 | Zig:18   | Entered Level 18 of a ziggurat
228354 | Zig:18   | Found the +7 Throatcutter {drain, coup de grace}
228747 | Zig:18   | Identified the +8 scimitar of Extremism {drain, rPois}
228767 | Zig:18   | Identified the +9 war axe "Lacertilianbane" {holy, rPois
                  | MP+9}
228794 | Zig:18   | Identified the +0 scale mail of Gravitas {rPois SInv}
228803 | Zig:18   | Identified the +7 war axe "Demonslayer" {holy, *Slow Will+
                  | Dex+3 Stlth+}
228808 | Zig:18   | Identified the +1 demon trident "Ceb Nox" {elec, Dex+4}
228809 | Zig:18   | Identified the staff "Gram" {rPois rC+ Int+3 Dex-4 Conj}
228810 | Zig:18   | Identified the staff "Ezam" {rC- rN+ Int+2 SInv Necro}
228833 | Zig:18   | Identified the +6 mace of Locus Delicti {speed, rPois
                  | Will+++ Str+4 Dex-2}
228913 | Zig:19   | Entered Level 19 of a ziggurat
228944 | Zig:19   | Noticed Jeila the pandemonium lord
228947 | Zig:19   | Found the +2 pair of slick slippers {slick, slippery, EV+4}
228959 | Zig:19   | Killed Jeila the pandemonium lord
229089 | Zig:19   | Identified the +4 lajatang "Nipoa" {vamp, Contam rF++ rN+}
229095 | Zig:19   | Identified the +11 dagger "Jeupn" {antimagic, SInv}
229099 | Zig:19   | Identified the +2 sling "Geasudoe" {speed, *Slow rPois
                  | Will- Dex+5}
229104 | Zig:19   | Identified the +0 leather armour of Qazlal, Nurturing {rF+
                  | Will+}
229150 | Zig:19   | Identified the +2 lajatang of Dishonesty {heavy, Str+2}
229590 | Zig:20   | Entered Level 20 of a ziggurat
230129 | Zig:20   | Identified the +3 quarterstaff "Taaw Zex" {freeze, Int+4}
230135 | Zig:20   | Identified the +9 plate armour "Ummesauf" {Rampage}
230137 | Zig:20   | Identified the staff of the Meager God {rF+ rC+ Int+4 Fire}
230142 | Zig:20   | Identified the +0 scale mail "Sarauscho" {Dex+4}
230192 | Zig:20   | Identified the +6 sling of Tartarus {flame, rN+ Str-5
                  | Int+4}
230198 | Zig:20   | Identified the staff "Kivvuega" {rN++ Int-3 Dex+5 Earth}
230322 | Zig:20   | Acquired 427 gold pieces
230324 | Zig:20   | Acquired 958 gold pieces
230330 | Zig:21   | Entered Level 21 of a ziggurat
230592 | Zig:21   | Identified the +10 hand axe of Temperance {heavy, rN+}
230599 | Zig:21   | Identified the +6 chain mail of the Present {-Tele Rampage
                  | rElec Str-4}
231320 | Zig:22   | Entered Level 22 of a ziggurat
231331 | Zig:22   | Noticed Zodwu the pandemonium lord
231331 | Zig:22   | Noticed Ekiaq the pandemonium lord
231331 | Zig:22   | Noticed Wuwnofig the pandemonium lord
231331 | Zig:22   | Noticed Gydu the pandemonium lord
231331 | Zig:22   | Noticed Waafigg the pandemonium lord
231331 | Zig:22   | Noticed Otuck the pandemonium lord
231331 | Zig:22   | Noticed Wugror the pandemonium lord
231331 | Zig:22   | Noticed Oruwneg the pandemonium lord
231332 | Zig:22   | Noticed Tebbi the pandemonium lord
231332 | Zig:22   | Noticed Ickeso the pandemonium lord
231332 | Zig:22   | Noticed Lygrosus the pandemonium lord
231332 | Zig:22   | Noticed Cieqau the pandemonium lord
231333 | Zig:22   | Noticed Meun the pandemonium lord
231333 | Zig:22   | Killed Otuck the pandemonium lord
231333 | Zig:22   | Noticed Ytamn the pandemonium lord
231333 | Zig:22   | Noticed Kajua the pandemonium lord
231333 | Zig:22   | Noticed Qacidurch the pandemonium lord
231333 | Zig:22   | Noticed Zuqoll the pandemonium lord
231334 | Zig:22   | Noticed Poihit the pandemonium lord
231334 | Zig:22   | Noticed Qiozor the pandemonium lord
231334 | Zig:22   | Noticed Lom Osept the pandemonium lord
231334 | Zig:22   | Noticed Saxigh the pandemonium lord
231334 | Zig:22   | Noticed Tiom the pandemonium lord
231334 | Zig:22   | Noticed Dyacuaf the pandemonium lord
231334 | Zig:22   | Killed Qiozor the pandemonium lord
231334 | Zig:22   | Killed Wuwnofig the pandemonium lord
231335 | Zig:22   | Noticed Nougraoxt the pandemonium lord
231335 | Zig:22   | Noticed Fisu the pandemonium lord
231335 | Zig:22   | Noticed Ymuoguf the pandemonium lord
231335 | Zig:22   | Noticed Sirphat the pandemonium lord
231335 | Zig:22   | Killed Poihit the pandemonium lord
231335 | Zig:22   | Killed Ickeso the pandemonium lord
231335 | Zig:22   | Killed Zodwu the pandemonium lord
231335 | Zig:22   | Killed Waafigg the pandemonium lord
231335 | Zig:22   | Killed Meun the pandemonium lord
231335 | Zig:22   | Killed Gydu the pandemonium lord
231336 | Zig:22   | Killed Ekiaq the pandemonium lord
231336 | Zig:22   | Killed Nougraoxt the pandemonium lord
231336 | Zig:22   | Killed Tebbi the pandemonium lord
231336 | Zig:22   | Killed Wugror the pandemonium lord
231336 | Zig:22   | Killed Tiom the pandemonium lord
231336 | Zig:22   | Killed Ytamn the pandemonium lord
231336 | Zig:22   | Killed Saxigh the pandemonium lord
231336 | Zig:22   | Noticed Savuc the pandemonium lord
231336 | Zig:22   | Noticed Lepa the pandemonium lord
231337 | Zig:22   | Noticed Amofecze the pandemonium lord
231339 | Zig:22   | Killed Lom Osept the pandemonium lord
231339 | Zig:22   | Killed Dyacuaf the pandemonium lord
231339 | Zig:22   | Killed Oruwneg the pandemonium lord
231339 | Zig:22   | Killed Savuc the pandemonium lord
231339 | Zig:22   | Killed Sirphat the pandemonium lord
231339 | Zig:22   | Killed Kajua the pandemonium lord
231339 | Zig:22   | Noticed Esawk the pandemonium lord
231340 | Zig:22   | Noticed Juduorig the pandemonium lord
231340 | Zig:22   | Noticed Wenkudetz the pandemonium lord
231340 | Zig:22   | Noticed Zisar the pandemonium lord
231340 | Zig:22   | Noticed Amecs the pandemonium lord
231341 | Zig:22   | Killed Qacidurch the pandemonium lord
231341 | Zig:22   | Killed Lepa the pandemonium lord
231344 | Zig:22   | Noticed Nogept the pandemonium lord
231345 | Zig:22   | Killed Amofecze the pandemonium lord
231345 | Zig:22   | Killed Fisu the pandemonium lord
231345 | Zig:22   | Noticed Vatz the pandemonium lord
231346 | Zig:22   | Noticed Uttias the pandemonium lord
231347 | Zig:22   | Killed Esawk the pandemonium lord
231347 | Zig:22   | Killed Ymuoguf the pandemonium lord
231347 | Zig:22   | Killed Amecs the pandemonium lord
231348 | Zig:22   | Noticed Pirad the pandemonium lord
231348 | Zig:22   | Noticed Ryid Muatu the pandemonium lord
231348 | Zig:22   | Noticed Qiziaf the pandemonium lord
231348 | Zig:22   | Noticed Homaoqij the pandemonium lord
231348 | Zig:22   | Noticed Tileuxyo the pandemonium lord
231349 | Zig:22   | Killed Cieqau the pandemonium lord
231349 | Zig:22   | Noticed Saojuufu the pandemonium lord
231349 | Zig:22   | Noticed Fumuna the pandemonium lord
231350 | Zig:22   | Killed Pirad the pandemonium lord
231350 | Zig:22   | Killed Qiziaf the pandemonium lord
231350 | Zig:22   | Noticed Xinecuw the pandemonium lord
231350 | Zig:22   | Noticed Puelost the pandemonium lord
231351 | Zig:22   | Noticed Atoaq the pandemonium lord
231351 | Zig:22   | Noticed Meat Quss the pandemonium lord
231352 | Zig:22   | Noticed Rixzag the pandemonium lord
231353 | Zig:22   | Noticed Wac Gel the pandemonium lord
231354 | Zig:22   | Noticed Fosej the pandemonium lord
231354 | Zig:22   | Noticed Pemmolym the pandemonium lord
231355 | Zig:22   | Killed Saojuufu the pandemonium lord
231355 | Zig:22   | Killed Nyvyep the pandemonium lord
231355 | Zig:22   | Killed Ryid Muatu the pandemonium lord
231356 | Zig:22   | Killed Tileuxyo the pandemonium lord
231356 | Zig:22   | Killed Nogept the pandemonium lord
231356 | Zig:22   | Noticed Ukleam Qome the pandemonium lord
231357 | Zig:22   | Killed Vatz the pandemonium lord
231357 | Zig:22   | Killed Mumapaga the pandemonium lord
231357 | Zig:22   | Killed Homaoqij the pandemonium lord
231357 | Zig:22   | Killed Zuqoll the pandemonium lord
231357 | Zig:22   | Noticed Miemnung the pandemonium lord
231358 | Zig:22   | Killed Fumuna the pandemonium lord
231358 | Zig:22   | Killed Rixzag the pandemonium lord
231358 | Zig:22   | Killed Atoaq the pandemonium lord
231358 | Zig:22   | Killed Juduorig the pandemonium lord
231358 | Zig:22   | Killed Pemmolym the pandemonium lord
231359 | Zig:22   | Killed Uttias the pandemonium lord
231361 | Zig:22   | Noticed Ket Uppo the pandemonium lord
231361 | Zig:22   | Noticed Dazulian the pandemonium lord
231362 | Zig:22   | Noticed Ageahidgh the pandemonium lord
231362 | Zig:22   | Noticed Ajescha the pandemonium lord
231362 | Zig:22   | Noticed Imeerim the pandemonium lord
231363 | Zig:22   | Noticed Uwocsaedd the pandemonium lord
231363 | Zig:22   | Noticed Ocusahib the pandemonium lord
231363 | Zig:22   | Noticed Baguos the pandemonium lord
231363 | Zig:22   | Killed Xinecuw the pandemonium lord
231363 | Zig:22   | Killed Wenkudetz the pandemonium lord
231363 | Zig:22   | Killed Wac Gel the pandemonium lord
231363 | Zig:22   | Killed Fosej the pandemonium lord
231363 | Zig:22   | Killed Lygrosus the pandemonium lord
231363 | Zig:22   | Killed Imeerim the pandemonium lord
231363 | Zig:22   | Noticed Sisea the pandemonium lord
231363 | Zig:22   | Noticed Oppanaen the pandemonium lord
231363 | Zig:22   | Noticed Uffue the pandemonium lord
231363 | Zig:22   | Noticed Bolauzurr the pandemonium lord
231363 | Zig:22   | Noticed Alas the pandemonium lord
231363 | Zig:22   | Noticed Ygyha the pandemonium lord
231363 | Zig:22   | Noticed Mut Bigg the pandemonium lord
231363 | Zig:22   | Noticed Kosmung the pandemonium lord
231363 | Zig:22   | Noticed Ejokkigom the pandemonium lord
231363 | Zig:22   | Noticed Fyshuq the pandemonium lord
231363 | Zig:22   | Noticed Agudekai the pandemonium lord
231363 | Zig:22   | Noticed Zirio the pandemonium lord
231363 | Zig:22   | Noticed Laib the pandemonium lord
231363 | Zig:22   | Noticed Cugixo the pandemonium lord
231363 | Zig:22   | Noticed Qixedwep the pandemonium lord
231363 | Zig:22   | Noticed Suyjeti the pandemonium lord
231364 | Zig:22   | Killed Ukleam Qome the pandemonium lord
231364 | Zig:22   | Killed Cugixo the pandemonium lord
231364 | Zig:22   | Killed Meat Quss the pandemonium lord
231364 | Zig:22   | Killed Uffue the pandemonium lord
231364 | Zig:22   | Noticed Zahi the pandemonium lord
231364 | Zig:22   | Noticed Uveyrox the pandemonium lord
231365 | Zig:22   | Noticed Zilairro the pandemonium lord
231365 | Zig:22   | Noticed Desin the pandemonium lord
231365 | Zig:22   | Noticed Xauvynnics the pandemonium lord
231365 | Zig:22   | Killed Zirio the pandemonium lord
231366 | Zig:22   | Noticed Zyuwk the pandemonium lord
231366 | Zig:22   | Noticed Jawken the pandemonium lord
231366 | Zig:22   | Noticed Bexipenk the pandemonium lord
231367 | Zig:22   | Killed Mut Bigg the pandemonium lord
231367 | Zig:22   | Killed Ageahidgh the pandemonium lord
231367 | Zig:22   | Killed Sisea the pandemonium lord
231367 | Zig:22   | Killed Zisar the pandemonium lord
231367 | Zig:22   | Killed Ket Uppo the pandemonium lord
231367 | Zig:22   | Killed Agudekai the pandemonium lord
231367 | Zig:22   | Killed Laib the pandemonium lord
231367 | Zig:22   | Killed Qixedwep the pandemonium lord
231367 | Zig:22   | Killed Puelost the pandemonium lord
231367 | Zig:22   | Noticed Jure the pandemonium lord
231368 | Zig:22   | Noticed Gyfe the pandemonium lord
231368 | Zig:22   | Noticed Qiuleck the pandemonium lord
231368 | Zig:22   | Killed Ajescha the pandemonium lord
231368 | Zig:22   | Noticed Alesafug the pandemonium lord
231368 | Zig:22   | Noticed Ugunwan the pandemonium lord
231368 | Zig:22   | Noticed Apryruepn the pandemonium lord
231368 | Zig:22   | Noticed Hunin the pandemonium lord
231370 | Zig:22   | Killed Gyfe the pandemonium lord
231370 | Zig:22   | Killed Kosmung the pandemonium lord
231370 | Zig:22   | Killed Desin the pandemonium lord
231370 | Zig:22   | Killed Jure the pandemonium lord
231370 | Zig:22   | Killed Apryruepn the pandemonium lord
231370 | Zig:22   | Killed Baguos the pandemonium lord
231370 | Zig:22   | Noticed Bune the pandemonium lord
231370 | Zig:22   | Killed Bexipenk the pandemonium lord
231372 | Zig:22   | Killed Qiuleck the pandemonium lord
231372 | Zig:22   | Killed Fyshuq the pandemonium lord
231373 | Zig:22   | Killed Uwocsaedd the pandemonium lord
231373 | Zig:22   | Killed Suyjeti the pandemonium lord
231373 | Zig:22   | Killed Alas the pandemonium lord
231373 | Zig:22   | Killed Bune the pandemonium lord
231373 | Zig:22   | Killed Miemnung the pandemonium lord
231373 | Zig:22   | Killed Ygyha the pandemonium lord
231373 | Zig:22   | Killed Hunin the pandemonium lord
231373 | Zig:22   | Killed Bolauzurr the pandemonium lord
231373 | Zig:22   | Noticed Niesh the pandemonium lord
231374 | Zig:22   | Killed Oppanaen the pandemonium lord
231374 | Zig:22   | Killed Uveyrox the pandemonium lord
231374 | Zig:22   | Killed Zahi the pandemonium lord
231374 | Zig:22   | Noticed Voir the pandemonium lord
231375 | Zig:22   | Noticed Tuclol the pandemonium lord
231376 | Zig:22   | Noticed Cair the pandemonium lord
231376 | Zig:22   | Noticed Ituex the pandemonium lord
231376 | Zig:22   | Noticed Agianoc the pandemonium lord
231377 | Zig:22   | Killed Ocusahib the pandemonium lord
231377 | Zig:22   | Killed Ugunwan the pandemonium lord
231377 | Zig:22   | Killed Xauvynnics the pandemonium lord
231377 | Zig:22   | Killed Niesh the pandemonium lord
231377 | Zig:22   | Killed Alesafug the pandemonium lord
231378 | Zig:22   | Noticed Qaffy the pandemonium lord
231378 | Zig:22   | Noticed Zebuibergh the pandemonium lord
231378 | Zig:22   | Noticed Umowk the pandemonium lord
231378 | Zig:22   | Noticed Bupretoa the pandemonium lord
231379 | Zig:22   | Noticed Heufesec the pandemonium lord
231380 | Zig:22   | Killed Dazulian the pandemonium lord
231381 | Zig:22   | Killed Bupretoa the pandemonium lord
231381 | Zig:22   | Killed Tuclol the pandemonium lord
231381 | Zig:22   | Noticed Juacud the pandemonium lord
231381 | Zig:22   | Noticed Vieppacw the pandemonium lord
231382 | Zig:22   | Noticed Feduyn Quam the pandemonium lord
231382 | Zig:22   | Noticed Rupnupu the pandemonium lord
231382 | Zig:22   | Killed Ejokkigom the pandemonium lord
231382 | Zig:22   | Killed Cair the pandemonium lord
231382 | Zig:22   | Noticed Tatycof the pandemonium lord
231382 | Zig:22   | Killed Zebuibergh the pandemonium lord
231383 | Zig:22   | Killed Voir the pandemonium lord
231383 | Zig:22   | Killed Ituex the pandemonium lord
231383 | Zig:22   | Killed Zyuwk the pandemonium lord
231383 | Zig:22   | Killed Zilairro the pandemonium lord
231383 | Zig:22   | Killed Qaffy the pandemonium lord
231383 | Zig:22   | Killed Heufesec the pandemonium lord
231383 | Zig:22   | Killed Jawken the pandemonium lord
231383 | Zig:22   | Noticed Urobidit the pandemonium lord
231383 | Zig:22   | Noticed Daurydumuv the pandemonium lord
231383 | Zig:22   | Noticed Wuklar the pandemonium lord
231383 | Zig:22   | Noticed Xotidoc the pandemonium lord
231384 | Zig:22   | Noticed Fasir the pandemonium lord
231384 | Zig:22   | Noticed Xauwan the pandemonium lord
231384 | Zig:22   | Noticed Vilopeel the pandemonium lord
231384 | Zig:22   | Noticed Nuorixto the pandemonium lord
231385 | Zig:22   | Killed Agianoc the pandemonium lord
231385 | Zig:22   | Killed Wuklar the pandemonium lord
231385 | Zig:22   | Killed Tatycof the pandemonium lord
231385 | Zig:22   | Killed Daurydumuv the pandemonium lord
231385 | Zig:22   | Killed Juacud the pandemonium lord
231385 | Zig:22   | Killed Aczuifa the pandemonium lord
231385 | Zig:22   | Killed Feduyn Quam the pandemonium lord
231385 | Zig:22   | Killed Umowk the pandemonium lord
231385 | Zig:22   | Killed Vieppacw the pandemonium lord
231385 | Zig:22   | Noticed Xacuk the pandemonium lord
231386 | Zig:22   | Noticed Javughi the pandemonium lord
231386 | Zig:22   | Killed Urobidit the pandemonium lord
231387 | Zig:22   | Noticed Babbytru the pandemonium lord
231387 | Zig:22   | Killed Vilopeel the pandemonium lord
231387 | Zig:22   | Killed Rupnupu the pandemonium lord
231387 | Zig:22   | Noticed Irewit the pandemonium lord
231388 | Zig:22   | Noticed Koorhoq the pandemonium lord
231400 | Zig:22   | Killed Xotidoc the pandemonium lord
231409 | Zig:22   | Killed Xauwan the pandemonium lord
231409 | Zig:22   | Killed Irewit the pandemonium lord
231410 | Zig:22   | Killed Javughi the pandemonium lord
231410 | Zig:22   | Killed Babbytru the pandemonium lord
231410 | Zig:22   | Killed Fasir the pandemonium lord
231410 | Zig:22   | Killed Nuorixto the pandemonium lord
231420 | Zig:22   | Killed Xacuk the pandemonium lord
231435 | Zig:22   | Noticed Fashrem the pandemonium lord
231440 | Zig:22   | Noticed Unoihyom the pandemonium lord
231456 | Zig:22   | Killed Koorhoq the pandemonium lord
231473 | Zig:22   | Killed Fashrem the pandemonium lord
231475 | Zig:22   | Killed Unoihyom the pandemonium lord
231901 | Zig:22   | Found the +6 shillelagh "Devastator" {shatter}
231913 | Zig:22   | Identified the staff "Ruipp" {rElec rC+ Air}
231921 | Zig:22   | Identified the +1 quarterstaff of Bloodstone {heavy, Dex+5}
231926 | Zig:22   | Identified the +6 falchion "Roxooc" {holy, rPois Will+
                  | Dex+3}
231927 | Zig:22   | Identified the ring of the Frog {Fly Int+4}
231948 | Zig:22   | Identified the staff "Jellyslayer" {Fragile rF+ rN+ Int+2
                  | Dex+2 Necro}
231969 | Zig:22   | Identified the +7 war axe "Lymera Fajas" {freeze, rC+ Int+5
                  | Stlth-}
232110 | Zig:23   | Entered Level 23 of a ziggurat
232118 | Zig:23   | Noticed an ancient lich
232119 | Zig:23   | Noticed an ancient lich
232120 | Zig:23   | Noticed an ancient lich
232120 | Zig:23   | Noticed an ancient lich
232120 | Zig:23   | Noticed an ancient lich
232120 | Zig:23   | Noticed a dread lich
232121 | Zig:23   | Noticed an ancient lich
232121 | Zig:23   | Noticed an ancient lich
232121 | Zig:23   | Noticed an ancient lich
232122 | Zig:23   | Noticed a dread lich
232123 | Zig:23   | Killed an ancient lich
232123 | Zig:23   | Killed an ancient lich
232123 | Zig:23   | Killed an ancient lich
232123 | Zig:23   | Killed a dread lich
232123 | Zig:23   | Killed an ancient lich
232123 | Zig:23   | Killed an ancient lich
232124 | Zig:23   | Noticed a dread lich
232124 | Zig:23   | Noticed an ancient lich
232124 | Zig:23   | Noticed an ancient lich
232125 | Zig:23   | Noticed a dread lich
232125 | Zig:23   | Noticed an ancient lich
232125 | Zig:23   | Noticed a dread lich
232125 | Zig:23   | Noticed an ancient lich
232126 | Zig:23   | Noticed a dread lich
232126 | Zig:23   | Noticed an ancient lich
232126 | Zig:23   | Noticed an ancient lich
232127 | Zig:23   | Noticed a dread lich
232127 | Zig:23   | Noticed a dread lich
232127 | Zig:23   | Noticed an ancient lich
232127 | Zig:23   | Noticed an ancient lich
232129 | Zig:23   | Killed an ancient lich
232129 | Zig:23   | Killed a dread lich
232129 | Zig:23   | Killed an ancient lich
232129 | Zig:23   | Killed an ancient lich
232129 | Zig:23   | Killed an ancient lich
232129 | Zig:23   | Killed a dread lich
232129 | Zig:23   | Killed an ancient lich
232129 | Zig:23   | Killed an ancient lich
232129 | Zig:23   | Killed an ancient lich
232129 | Zig:23   | Killed a dread lich
232129 | Zig:23   | Killed an ancient lich
232129 | Zig:23   | Killed a dread lich
232129 | Zig:23   | Killed an ancient lich
232129 | Zig:23   | Killed a dread lich
232129 | Zig:23   | Killed a dread lich
232129 | Zig:23   | Killed an ancient lich
232129 | Zig:23   | Noticed an ancient lich
232130 | Zig:23   | Killed a dread lich
232130 | Zig:23   | Killed an ancient lich
232130 | Zig:23   | Killed an ancient lich
232131 | Zig:23   | Noticed an ancient lich
232133 | Zig:23   | Noticed an ancient lich
232134 | Zig:23   | Noticed an ancient lich
232135 | Zig:23   | Noticed a dread lich
232135 | Zig:23   | Noticed a dread lich
232136 | Zig:23   | Noticed an ancient lich
232136 | Zig:23   | Noticed an ancient lich
232137 | Zig:23   | Noticed an ancient lich
232137 | Zig:23   | Noticed a dread lich
232137 | Zig:23   | Killed an ancient lich
232137 | Zig:23   | Noticed a dread lich
232138 | Zig:23   | Noticed an ancient lich
232138 | Zig:23   | Noticed an ancient lich
232138 | Zig:23   | Killed an ancient lich
232139 | Zig:23   | Noticed an ancient lich
232139 | Zig:23   | Noticed an ancient lich
232139 | Zig:23   | Noticed an ancient lich
232140 | Zig:23   | Killed a dread lich
232140 | Zig:23   | Killed a dread lich
232140 | Zig:23   | Killed an ancient lich
232140 | Zig:23   | Killed an ancient lich
232140 | Zig:23   | Killed an ancient lich
232140 | Zig:23   | Killed an ancient lich
232140 | Zig:23   | Killed an ancient lich
232140 | Zig:23   | Killed an ancient lich
232140 | Zig:23   | Killed an ancient lich
232140 | Zig:23   | Killed a dread lich
232141 | Zig:23   | Noticed an ancient lich
232142 | Zig:23   | Killed a dread lich
232142 | Zig:23   | Killed an ancient lich
232142 | Zig:23   | Killed an ancient lich
232142 | Zig:23   | Killed an ancient lich
232144 | Zig:23   | Noticed a dread lich
232149 | Zig:23   | Killed a dread lich
232272 | Zig:23   | Identified the +4 troll leather armour of the Pure Tusks
                  | {Will+ Regen+}
232292 | Zig:23   | Identified the +9 lajatang of the Old World {holy, rN+
                  | Will+ Dex+2}
232316 | Zig:23   | Identified the +0 robe of Exclusion {Fly rElec Will++
                  | Str-3}
232763 | Zig:23   | Identified the +0 scale mail "Ywibocki" {SInv}
232774 | Zig:24   | Entered Level 24 of a ziggurat
232779 | Zig:24   | Noticed a dread lich
232789 | Zig:24   | Killed a dread lich
232795 | Zig:24   | Noticed an ancient lich
232797 | Zig:24   | Paralysed by accursed screaming for 2 turns
232799 | Zig:24   | Killed an ancient lich
232806 | Zig:24   | Paralysed by accursed screaming for 2 turns
232813 | Zig:24   | Killed a starcursed mass
232816 | Zig:24   | Found the +18 shield of the Gong {Loud rN+ Will+ rCorr
                  | EV-5}
232825 | Zig:24   | Identified the +3 glaive of the New World {speed, Drain
                  | Str+8 Dex+3}
233617 | Zig:24   | Identified the +3 fire dragon scales of the Dropbear {rElec
                  | rPois rF++ rC- rN+ Str-5}
233623 | Zig:24   | Identified the amulet "Tiuko" {rElec rF+ Regen+ Str+3 SInv}
233630 | Zig:24   | Identified the +9 dagger "Kaorured" {freeze, Fragile rCorr
                  | Int+3 SInv}
233658 | Zig:24   | Identified the +2 dagger "Xingamar" {pain, Contam Fly rElec
                  | rPois Str+4}
233659 | Zig:24   | Identified the +2 dagger of Honour {venom, *Corrode rN++
                  | Str+2}
233661 | Zig:24   | Identified the +9 lajatang "Veah Qug" {venom, Contam rElec
                  | rN+}
233678 | Zig:24   | Identified the +9 trident of Calamity {spect, Contam Will+
                  | Int+3 Stlth+}
233683 | Zig:24   | Identified the ring of Patience {Wiz rElec}
233691 | Zig:24   | Identified the ring "Zov Ybli" {rF+ Dex+6}
233695 | Zig:24   | Identified the +7 halberd "Tawegiosm" {freeze, Int+2}
233801 | Zig:24   | Acquired 1014 gold pieces
233812 | Zig:25   | Entered Level 25 of a ziggurat
233829 | Zig:25   | Paralysed by a wendigo for 1 turns
233858 | Zig:25   | Paralysed by a wendigo for 1 turns
233943 | Zig:25   | Identified the +11 chain mail of the Dozen Gods {rF+ Will+}
233947 | Zig:25   | Identified the staff "Seroegg" {rPois rF+ Will+ rCorr Dex+2
                  | Fire}
233968 | Zig:25   | Identified the +7 lajatang of the Orcish Mines {flame,
                  | rPois rCorr SInv Stlth+}
233986 | Zig:25   | Identified the +0 robe of the Skies Above {rPois rN+}
233997 | Zig:25   | Identified the +2 scale mail of Raaviar {Slay+2}
234033 | Zig:25   | Identified the ring "Opixeh" {Fly Stlth+}
234617 | Zig:26   | Entered Level 26 of a ziggurat
234623 | Zig:26   | Noticed a juggernaut
234624 | Zig:26   | Noticed a juggernaut
234624 | Zig:26   | Noticed a juggernaut
234624 | Zig:26   | Noticed a juggernaut
234625 | Zig:26   | Noticed a juggernaut
234625 | Zig:26   | Noticed a juggernaut
234625 | Zig:26   | Noticed a juggernaut
234625 | Zig:26   | Noticed a juggernaut
234625 | Zig:26   | Noticed a juggernaut
234627 | Zig:26   | Noticed a juggernaut
234627 | Zig:26   | Noticed a juggernaut
234628 | Zig:26   | Noticed a juggernaut
234628 | Zig:26   | Noticed a juggernaut
234628 | Zig:26   | Noticed a juggernaut
234629 | Zig:26   | Noticed a juggernaut
234629 | Zig:26   | Noticed a juggernaut
234629 | Zig:26   | Noticed a juggernaut
234629 | Zig:26   | Noticed a juggernaut
234630 | Zig:26   | Noticed a juggernaut
234630 | Zig:26   | Noticed a juggernaut
234631 | Zig:26   | Noticed a juggernaut
234632 | Zig:26   | Noticed a juggernaut
234632 | Zig:26   | Noticed a juggernaut
234633 | Zig:26   | Noticed a juggernaut
234633 | Zig:26   | Noticed a juggernaut
234633 | Zig:26   | Noticed a juggernaut
234633 | Zig:26   | Noticed a juggernaut
234635 | Zig:26   | Killed a juggernaut
234635 | Zig:26   | Killed a juggernaut
234635 | Zig:26   | Killed a juggernaut
234635 | Zig:26   | Killed a juggernaut
234635 | Zig:26   | Killed a juggernaut
234635 | Zig:26   | Killed a juggernaut
234635 | Zig:26   | Killed a juggernaut
234635 | Zig:26   | Killed a juggernaut
234635 | Zig:26   | Killed a juggernaut
234635 | Zig:26   | Killed a juggernaut
234635 | Zig:26   | Killed a juggernaut
234635 | Zig:26   | Killed a juggernaut
234635 | Zig:26   | Killed a juggernaut
234635 | Zig:26   | Killed a juggernaut
234635 | Zig:26   | Killed a juggernaut
234635 | Zig:26   | Killed a juggernaut
234635 | Zig:26   | Killed a juggernaut
234635 | Zig:26   | Killed a juggernaut
234635 | Zig:26   | Killed a juggernaut
234635 | Zig:26   | Killed a juggernaut
234635 | Zig:26   | Killed a juggernaut
234635 | Zig:26   | Killed a juggernaut
234635 | Zig:26   | Killed a juggernaut
234635 | Zig:26   | Killed a juggernaut
234635 | Zig:26   | Killed a juggernaut
234635 | Zig:26   | Noticed a juggernaut
234635 | Zig:26   | Noticed a juggernaut
234636 | Zig:26   | Noticed a juggernaut
234636 | Zig:26   | Noticed a juggernaut
234636 | Zig:26   | Noticed a juggernaut
234636 | Zig:26   | Noticed a juggernaut
234636 | Zig:26   | Killed a juggernaut
234637 | Zig:26   | Noticed a juggernaut
234638 | Zig:26   | Killed a juggernaut
234638 | Zig:26   | Killed a juggernaut
234639 | Zig:26   | Noticed a juggernaut
234639 | Zig:26   | Noticed a juggernaut
234639 | Zig:26   | Noticed a juggernaut
234639 | Zig:26   | Killed a juggernaut
234640 | Zig:26   | Noticed a juggernaut
234640 | Zig:26   | Killed a juggernaut
234641 | Zig:26   | Killed a juggernaut
234642 | Zig:26   | Noticed a juggernaut
234642 | Zig:26   | Noticed a juggernaut
234642 | Zig:26   | Killed a juggernaut
234642 | Zig:26   | Killed a juggernaut
234642 | Zig:26   | Killed a juggernaut
234642 | Zig:26   | Noticed a juggernaut
234643 | Zig:26   | Noticed a juggernaut
234644 | Zig:26   | Noticed a juggernaut
234644 | Zig:26   | Noticed a juggernaut
234645 | Zig:26   | Noticed a juggernaut
234645 | Zig:26   | Noticed a juggernaut
234646 | Zig:26   | Noticed a juggernaut
234646 | Zig:26   | Noticed a juggernaut
234646 | Zig:26   | Noticed a juggernaut
234646 | Zig:26   | Noticed a juggernaut
234646 | Zig:26   | Noticed a juggernaut
234646 | Zig:26   | Noticed a juggernaut
234647 | Zig:26   | Killed a juggernaut
234647 | Zig:26   | Killed a juggernaut
234647 | Zig:26   | Killed a juggernaut
234647 | Zig:26   | Killed a juggernaut
234647 | Zig:26   | Killed a juggernaut
234647 | Zig:26   | Killed a juggernaut
234647 | Zig:26   | Killed a juggernaut
234647 | Zig:26   | Killed a juggernaut
234647 | Zig:26   | Killed a juggernaut
234647 | Zig:26   | Killed a juggernaut
234647 | Zig:26   | Killed a juggernaut
234647 | Zig:26   | Killed a juggernaut
234647 | Zig:26   | Killed a juggernaut
234647 | Zig:26   | Killed a juggernaut
234647 | Zig:26   | Killed a juggernaut
234647 | Zig:26   | Killed a juggernaut
234647 | Zig:26   | Killed a juggernaut
234647 | Zig:26   | Noticed a juggernaut
234648 | Zig:26   | Killed a juggernaut
234648 | Zig:26   | Killed a juggernaut
234648 | Zig:26   | Killed a juggernaut
234648 | Zig:26   | Noticed a juggernaut
234648 | Zig:26   | Noticed a juggernaut
234648 | Zig:26   | Noticed a juggernaut
234649 | Zig:26   | Noticed a juggernaut
234650 | Zig:26   | Noticed a juggernaut
234650 | Zig:26   | Noticed a juggernaut
234650 | Zig:26   | Noticed a juggernaut
234653 | Zig:26   | Killed a juggernaut
234653 | Zig:26   | Killed a juggernaut
234654 | Zig:26   | Killed a juggernaut
234654 | Zig:26   | Killed a juggernaut
234654 | Zig:26   | Killed a juggernaut
234654 | Zig:26   | Killed a juggernaut
234654 | Zig:26   | Killed a juggernaut
234654 | Zig:26   | Noticed a juggernaut
234666 | Zig:26   | Killed a juggernaut
234674 | Zig:26   | Killed a juggernaut
235454 | Zig:26   | Identified the +7 scimitar of Fakuguw {speed, rPois rF+
                  | Str-2 Dex+2}
235464 | Zig:26   | Identified the +8 great mace of the Moon {pain, Int+2}
235488 | Zig:26   | Identified the +1 dagger of the Wraith {flame, *Rage rC+
                  | Int+4 Stlth+}
235641 | Zig:26   | Identified the +1 helmet of Shadows and Fog {rElec Int+4}
235654 | Zig:27   | Entered Level 27 of a ziggurat
235718 | Zig:27   | Noticed a dread lich
235723 | Zig:27   | Killed a dread lich
235725 | Zig:27   | Noticed a dread lich
235726 | Zig:27   | Noticed an ancient lich
235730 | Zig:27   | Killed a dread lich
235730 | Zig:27   | Killed an ancient lich
236375 | Zig:27   | Identified the +4 great mace of Kismet {heavy, rC- Str+5}
236388 | Zig:27   | Identified the +8 glaive of Isecw {freeze, Str+3 Dex-4}
236408 | Zig:27   | Identified the +1 rapier "Ykimuhin" {flame, +Blink}
236496 | Zig:27   | Acquired 1083 gold pieces
236539 | Zig:1    | Entered Level 1 of a ziggurat
236644 | Zig:2    | Entered Level 2 of a ziggurat
236644 | Zig:2    | Noticed a dread lich
236644 | Zig:2    | Noticed an ancient lich
236644 | Zig:2    | Noticed an ancient lich
236646 | Zig:2    | Killed an ancient lich
236646 | Zig:2    | Killed an ancient lich
236646 | Zig:2    | Killed a dread lich
236795 | Zig:3    | Entered Level 3 of a ziggurat
236980 | Zig:4    | Entered Level 4 of a ziggurat
236980 | Zig:4    | Noticed a royal mummy
236980 | Zig:4    | Noticed a royal mummy
236980 | Zig:4    | Noticed a royal mummy
236980 | Zig:4    | Noticed a royal mummy
236980 | Zig:4    | Noticed a royal mummy
236980 | Zig:4    | Noticed a royal mummy
236980 | Zig:4    | Noticed a royal mummy
236980 | Zig:4    | Noticed a royal mummy
236980 | Zig:4    | Noticed a royal mummy
236981 | Zig:4    | Killed a royal mummy
236981 | Zig:4    | Killed a royal mummy
236981 | Zig:4    | Killed a royal mummy
236981 | Zig:4    | Killed a royal mummy
236981 | Zig:4    | Killed a royal mummy
236981 | Zig:4    | Killed a royal mummy
236981 | Zig:4    | Killed a royal mummy
236981 | Zig:4    | Killed a royal mummy
236981 | Zig:4    | Killed a royal mummy
236982 | Zig:4    | Noticed a royal mummy
236987 | Zig:4    | Killed a royal mummy
237202 | Zig:5    | Entered Level 5 of a ziggurat
237446 | Zig:6    | Entered Level 6 of a ziggurat
237451 | Zig:6    | Found the +0 mask of the Dragon {Will+ Slay+3 SInv}
237679 | Zig:6    | Identified the +1 quarterstaff "Ytzelie" {holy, Fly rF++
                  | rC+ Dex-5}
237708 | Zig:7    | Entered Level 7 of a ziggurat
237708 | Zig:7    | Noticed an orb of fire
237708 | Zig:7    | Noticed an orb of fire
237708 | Zig:7    | Noticed an orb of fire
237708 | Zig:7    | Noticed an orb of fire
237708 | Zig:7    | Noticed an orb of fire
237708 | Zig:7    | Noticed an orb of fire
237708 | Zig:7    | Noticed an orb of fire
237708 | Zig:7    | Noticed an orb of fire
237708 | Zig:7    | Noticed an orb of fire
237709 | Zig:7    | Noticed an orb of fire
237709 | Zig:7    | Noticed an orb of fire
237709 | Zig:7    | Noticed an orb of fire
237710 | Zig:7    | Killed an orb of fire
237711 | Zig:7    | Killed an orb of fire
237711 | Zig:7    | Killed an orb of fire
237711 | Zig:7    | Killed an orb of fire
237711 | Zig:7    | Killed an orb of fire
237713 | Zig:7    | Killed an orb of fire
237713 | Zig:7    | Killed an orb of fire
237713 | Zig:7    | Noticed an orb of fire
237714 | Zig:7    | Killed an orb of fire
237714 | Zig:7    | Killed an orb of fire
237714 | Zig:7    | Noticed an orb of fire
237715 | Zig:7    | Noticed an orb of fire
237715 | Zig:7    | Noticed an orb of fire
237716 | Zig:7    | Killed an orb of fire
237716 | Zig:7    | Killed an orb of fire
237716 | Zig:7    | Killed an orb of fire
237716 | Zig:7    | Noticed an orb of fire
237717 | Zig:7    | Noticed an orb of fire
237717 | Zig:7    | Noticed an orb of fire
237717 | Zig:7    | Noticed an orb of fire
237717 | Zig:7    | Noticed an orb of fire
237718 | Zig:7    | Killed an orb of fire
237718 | Zig:7    | Killed an orb of fire
237719 | Zig:7    | Killed an orb of fire
237720 | Zig:7    | Killed an orb of fire
237720 | Zig:7    | Killed an orb of fire
237720 | Zig:7    | Noticed an orb of fire
237721 | Zig:7    | Killed an orb of fire
237721 | Zig:7    | Killed an orb of fire
237721 | Zig:7    | Killed an orb of fire
237721 | Zig:7    | Killed an orb of fire
237722 | Zig:7    | Noticed an orb of fire
237729 | Zig:7    | Killed an orb of fire
237731 | Zig:7    | Killed an orb of fire
237915 | Zig:7    | Identified the amulet "Tiomuan" {Regen+ MP+9}
237928 | Zig:7    | Identified the +0 great sword of Degas {venom, Drain rCorr
                  | Str-4 Dex+5}
238001 | Zig:7    | Identified the +1 orcbow "Tamp" {drain, rElec Will+}
238005 | Zig:7    | Identified the staff "Ockyedick" {rN+ Dex+6 Necro}
238036 | Zig:8    | Entered Level 8 of a ziggurat
238036 | Zig:8    | Noticed Cuobaf the pandemonium lord
238036 | Zig:8    | Noticed Hyetwoah the pandemonium lord
238036 | Zig:8    | Noticed Yrudo the pandemonium lord
238036 | Zig:8    | Noticed Teckir the pandemonium lord
238036 | Zig:8    | Noticed Loton the pandemonium lord
238036 | Zig:8    | Noticed Kusopt the pandemonium lord
238036 | Zig:8    | Noticed Netsokk the pandemonium lord
238036 | Zig:8    | Noticed Ifadish the pandemonium lord
238036 | Zig:8    | Noticed Qoggucke the pandemonium lord
238036 | Zig:8    | Noticed Sota the pandemonium lord
238036 | Zig:8    | Noticed Peotug the pandemonium lord
238036 | Zig:8    | Noticed Xiseups the pandemonium lord
238036 | Zig:8    | Noticed Piv Ziodgh the pandemonium lord
238036 | Zig:8    | Noticed Qyr Xoul the pandemonium lord
238036 | Zig:8    | Noticed Avvolom the pandemonium lord
238036 | Zig:8    | Noticed Wutsusi the pandemonium lord
238036 | Zig:8    | Noticed Ysoucsoa the pandemonium lord
238036 | Zig:8    | Noticed Gerphorr the pandemonium lord
238037 | Zig:8    | Killed Qoggucke the pandemonium lord
238037 | Zig:8    | Killed Wyumuos the pandemonium lord
238037 | Zig:8    | Killed Hyetwoah the pandemonium lord
238037 | Zig:8    | Killed Netsokk the pandemonium lord
238037 | Zig:8    | Killed Sota the pandemonium lord
238037 | Zig:8    | Noticed Irphusant the pandemonium lord
238037 | Zig:8    | Noticed Vexieg the pandemonium lord
238038 | Zig:8    | Killed Avvolom the pandemonium lord
238038 | Zig:8    | Killed Wutsusi the pandemonium lord
238038 | Zig:8    | Killed Piv Ziodgh the pandemonium lord
238038 | Zig:8    | Killed Ifadish the pandemonium lord
238038 | Zig:8    | Killed Irphusant the pandemonium lord
238038 | Zig:8    | Killed Ysoucsoa the pandemonium lord
238038 | Zig:8    | Killed Xiseups the pandemonium lord
238038 | Zig:8    | Killed Loton the pandemonium lord
238038 | Zig:8    | Killed Peotug the pandemonium lord
238038 | Zig:8    | Noticed Reitz the pandemonium lord
238038 | Zig:8    | Noticed Yqolu the pandemonium lord
238038 | Zig:8    | Noticed Gets the pandemonium lord
238038 | Zig:8    | Noticed Qoroys the pandemonium lord
238039 | Zig:8    | Killed Qyr Xoul the pandemonium lord
238039 | Zig:8    | Killed Yrudo the pandemonium lord
238039 | Zig:8    | Killed Kusopt the pandemonium lord
238039 | Zig:8    | Noticed Veryo the pandemonium lord
238039 | Zig:8    | Noticed Efe Zuzapp the pandemonium lord
238040 | Zig:8    | Noticed Hoejul the pandemonium lord
238041 | Zig:8    | Killed Teckir the pandemonium lord
238041 | Zig:8    | Killed Cuobaf the pandemonium lord
238041 | Zig:8    | Killed Qoroys the pandemonium lord
238041 | Zig:8    | Killed Veryo the pandemonium lord
238041 | Zig:8    | Killed Yqolu the pandemonium lord
238041 | Zig:8    | Killed Gets the pandemonium lord
238042 | Zig:8    | Killed Vexieg the pandemonium lord
238042 | Zig:8    | Killed Efe Zuzapp the pandemonium lord
238042 | Zig:8    | Noticed Domest the pandemonium lord
238042 | Zig:8    | Noticed Efudd the pandemonium lord
238043 | Zig:8    | Killed Reitz the pandemonium lord
238046 | Zig:8    | Noticed Zasiukh the pandemonium lord
238047 | Zig:8    | Noticed Miywoof the pandemonium lord
238048 | Zig:8    | Killed Gerphorr the pandemonium lord
238048 | Zig:8    | Noticed Doen the pandemonium lord
238048 | Zig:8    | Noticed Quemuat the pandemonium lord
238049 | Zig:8    | Noticed Hijumeku the pandemonium lord
238050 | Zig:8    | Noticed Sangie the pandemonium lord
238050 | Zig:8    | Noticed Ithid the pandemonium lord
238051 | Zig:8    | Killed Doen the pandemonium lord
238051 | Zig:8    | Killed Domest the pandemonium lord
238051 | Zig:8    | Killed Hoejul the pandemonium lord
238051 | Zig:8    | Noticed Jaquh the pandemonium lord
238052 | Zig:8    | Noticed Xytiotae the pandemonium lord
238053 | Zig:8    | Killed Zasiukh the pandemonium lord
238055 | Zig:8    | Killed Sangie the pandemonium lord
238056 | Zig:8    | Killed Efudd the pandemonium lord
238056 | Zig:8    | Killed Hijumeku the pandemonium lord
238056 | Zig:8    | Killed Jaquh the pandemonium lord
238057 | Zig:8    | Killed Miywoof the pandemonium lord
238058 | Zig:8    | Noticed Qaegg the pandemonium lord
238061 | Zig:8    | Killed Xytiotae the pandemonium lord
238061 | Zig:8    | Killed Quemuat the pandemonium lord
238064 | Zig:8    | Killed Ithid the pandemonium lord
238065 | Zig:8    | Killed Qaegg the pandemonium lord
238355 | Zig:8    | Identified the staff "Hydrabane" {Drain rElec rPois Str+9
                  | Dex-5 Air}
238371 | Zig:8    | Identified the ring "Huycw" {rC+ Will+}
238374 | Zig:8    | Identified the +7 lajatang "Cajax" {speed, rC+++}
238388 | Zig:8    | Identified the staff of the Pariah {+Blink rElec Int+5
                  | Earth}
238399 | Zig:9    | Entered Level 9 of a ziggurat
238631 | Zig:9    | Identified the +5 lajatang "Xehiett" {antimagic, Str+3
                  | Int+2}
238793 | Zig:10   | Entered Level 10 of a ziggurat
239086 | Zig:10   | Identified the staff "Kitzuts" {rElec rF+ rC+ Fire}
239089 | Zig:10   | Identified the +6 hand axe of the Final Decision {venom,
                  | MP+9 Dex+3}
239113 | Zig:10   | Identified the +0 pair of gloves of Indemnity {Str+3}
239174 | Zig:10   | Acquired 877 gold pieces
239175 | Zig:10   | Acquired 529 gold pieces
239180 | Zig:11   | Entered Level 11 of a ziggurat
239395 | Zig:11   | Identified the +5 trident "Muaty" {speed, Dex+2}
239423 | Zig:11   | Identified the +4 orcbow of Division {flame, Fragile rN++
                  | rCorr}
239431 | Zig:11   | Identified the ring of Attitude {Fire Str+3 Int-5 Dex+3
                  | Slay+2}
239448 | Zig:11   | Identified the +1 short sword "Aseut" {pain, +Blink Str+2
                  | Dex-4 SInv}
239823 | Zig:12   | Entered Level 12 of a ziggurat
239837 | Zig:12   | Noticed Nomituh the pandemonium lord
239855 | Zig:12   | Killed Nomituh the pandemonium lord
240277 | Zig:12   | Identified the +10 lajatang of Fate {heavy, Will++ Str-2}
240280 | Zig:12   | Identified the +4 short sword of the Shining Light {drain,
                  | Dex+2 Stlth+}
240287 | Zig:12   | Identified the +12 chain mail "Mienot" {Slay+3}
240288 | Zig:12   | Identified the +12 sling of Premature Burial {drain, rCorr}
240297 | Zig:12   | Identified the +3 lajatang of Gozag, Disbelieving {freeze,
                  | rElec rC+}
240299 | Zig:12   | Identified the +1 flail of Koicwus {freeze, Contam rPois
                  | SInv Stlth+}
240306 | Zig:12   | Identified the amulet of Yzaed {Faith rF++ MP+9}
240345 | Zig:13   | Entered Level 13 of a ziggurat
240507 | Zig:13   | Identified the +3 flail of Isamaet {heavy, Fly rPois}
240813 | Zig:14   | Entered Level 14 of a ziggurat
240816 | Zig:14   | Noticed an ancient lich
240817 | Zig:14   | Noticed a dread lich
240817 | Zig:14   | Noticed an ancient lich
240817 | Zig:14   | Noticed an ancient lich
240817 | Zig:14   | Noticed an ancient lich
240817 | Zig:14   | Noticed an ancient lich
240817 | Zig:14   | Noticed a dread lich
240818 | Zig:14   | Noticed a dread lich
240818 | Zig:14   | Noticed an ancient lich
240818 | Zig:14   | Noticed an ancient lich
240819 | Zig:14   | Killed an ancient lich
240819 | Zig:14   | Killed a dread lich
240819 | Zig:14   | Killed an ancient lich
240819 | Zig:14   | Killed an ancient lich
240819 | Zig:14   | Killed an ancient lich
240819 | Zig:14   | Killed an ancient lich
240819 | Zig:14   | Killed an ancient lich
240820 | Zig:14   | Killed an ancient lich
240820 | Zig:14   | Killed a dread lich
240820 | Zig:14   | Killed a dread lich
240820 | Zig:14   | Noticed a dread lich
240821 | Zig:14   | Noticed an ancient lich
240821 | Zig:14   | Noticed a dread lich
240821 | Zig:14   | Noticed an ancient lich
240822 | Zig:14   | Noticed an ancient lich
240822 | Zig:14   | Noticed a dread lich
240823 | Zig:14   | Noticed a dread lich
240823 | Zig:14   | Noticed a dread lich
240824 | Zig:14   | Noticed an ancient lich
240824 | Zig:14   | Noticed a dread lich
240824 | Zig:14   | Noticed a dread lich
240824 | Zig:14   | Noticed an ancient lich
240825 | Zig:14   | Noticed a dread lich
240825 | Zig:14   | Noticed a dread lich
240825 | Zig:14   | Noticed a dread lich
240825 | Zig:14   | Noticed an ancient lich
240825 | Zig:14   | Noticed an ancient lich
240826 | Zig:14   | Killed a dread lich
240826 | Zig:14   | Killed an ancient lich
240826 | Zig:14   | Killed an ancient lich
240826 | Zig:14   | Killed a dread lich
240826 | Zig:14   | Killed a dread lich
240826 | Zig:14   | Killed a dread lich
240826 | Zig:14   | Killed a dread lich
240826 | Zig:14   | Killed a dread lich
240826 | Zig:14   | Killed an ancient lich
240826 | Zig:14   | Killed an ancient lich
240826 | Zig:14   | Killed a dread lich
240826 | Zig:14   | Noticed a dread lich
240827 | Zig:14   | Killed a dread lich
240828 | Zig:14   | Killed an ancient lich
240829 | Zig:14   | Killed a dread lich
240829 | Zig:14   | Killed an ancient lich
240829 | Zig:14   | Killed a dread lich
240829 | Zig:14   | Killed an ancient lich
240829 | Zig:14   | Noticed a dread lich
240830 | Zig:14   | Noticed a dread lich
240830 | Zig:14   | Noticed a dread lich
240830 | Zig:14   | Noticed an ancient lich
240832 | Zig:14   | Killed a dread lich
240832 | Zig:14   | Killed a dread lich
240832 | Zig:14   | Noticed an ancient lich
240833 | Zig:14   | Killed a dread lich
240833 | Zig:14   | Killed a dread lich
240833 | Zig:14   | Killed an ancient lich
240833 | Zig:14   | Killed an ancient lich
241177 | Zig:14   | Identified the amulet of Guimauhu {RegenMP *Corrode rElec
                  | rC++ Dex+2}
241179 | Zig:14   | Identified the +7 fire dragon scales of the Apothecary
                  | {rF++ rC- Str+2}
241260 | Zig:14   | Identified the +5 lajatang "Embalmer" {elec, Fragile
                  | Will+++ Dex-3 SInv}
241286 | Zig:15   | Entered Level 15 of a ziggurat
241293 | Zig:15   | Noticed a juggernaut
241294 | Zig:15   | Noticed a juggernaut
241294 | Zig:15   | Noticed a juggernaut
241294 | Zig:15   | Noticed a juggernaut
241294 | Zig:15   | Noticed a juggernaut
241294 | Zig:15   | Noticed a juggernaut
241294 | Zig:15   | Noticed a juggernaut
241295 | Zig:15   | Noticed a juggernaut
241295 | Zig:15   | Noticed a juggernaut
241295 | Zig:15   | Noticed a juggernaut
241295 | Zig:15   | Noticed a juggernaut
241295 | Zig:15   | Noticed a juggernaut
241296 | Zig:15   | Noticed a juggernaut
241296 | Zig:15   | Noticed a juggernaut
241297 | Zig:15   | Noticed a juggernaut
241297 | Zig:15   | Noticed a juggernaut
241297 | Zig:15   | Noticed a juggernaut
241297 | Zig:15   | Noticed a juggernaut
241299 | Zig:15   | Noticed a juggernaut
241299 | Zig:15   | Killed a juggernaut
241299 | Zig:15   | Killed a juggernaut
241299 | Zig:15   | Killed a juggernaut
241299 | Zig:15   | Killed a juggernaut
241299 | Zig:15   | Killed a juggernaut
241299 | Zig:15   | Killed a juggernaut
241299 | Zig:15   | Killed a juggernaut
241299 | Zig:15   | Killed a juggernaut
241299 | Zig:15   | Killed a juggernaut
241299 | Zig:15   | Killed a juggernaut
241299 | Zig:15   | Killed a juggernaut
241299 | Zig:15   | Killed a juggernaut
241299 | Zig:15   | Killed a juggernaut
241299 | Zig:15   | Killed a juggernaut
241299 | Zig:15   | Killed a juggernaut
241299 | Zig:15   | Killed a juggernaut
241299 | Zig:15   | Noticed a juggernaut
241299 | Zig:15   | Noticed a juggernaut
241299 | Zig:15   | Noticed a juggernaut
241300 | Zig:15   | Killed a juggernaut
241300 | Zig:15   | Killed a juggernaut
241300 | Zig:15   | Killed a juggernaut
241300 | Zig:15   | Killed a juggernaut
241300 | Zig:15   | Killed a juggernaut
241300 | Zig:15   | Noticed a juggernaut
241300 | Zig:15   | Noticed a juggernaut
241301 | Zig:15   | Noticed a juggernaut
241301 | Zig:15   | Noticed a juggernaut
241302 | Zig:15   | Noticed a juggernaut
241302 | Zig:15   | Noticed a juggernaut
241302 | Zig:15   | Noticed a juggernaut
241302 | Zig:15   | Noticed a juggernaut
241302 | Zig:15   | Noticed a juggernaut
241303 | Zig:15   | Noticed a juggernaut
241303 | Zig:15   | Noticed a juggernaut
241303 | Zig:15   | Killed a juggernaut
241303 | Zig:15   | Killed a juggernaut
241303 | Zig:15   | Noticed a juggernaut
241303 | Zig:15   | Noticed a juggernaut
241304 | Zig:15   | Noticed a juggernaut
241304 | Zig:15   | Noticed a juggernaut
241304 | Zig:15   | Noticed a juggernaut
241305 | Zig:15   | Noticed a juggernaut
241305 | Zig:15   | Killed a juggernaut
241305 | Zig:15   | Killed a juggernaut
241305 | Zig:15   | Killed a juggernaut
241305 | Zig:15   | Killed a juggernaut
241305 | Zig:15   | Killed a juggernaut
241305 | Zig:15   | Killed a juggernaut
241305 | Zig:15   | Killed a juggernaut
241305 | Zig:15   | Killed a juggernaut
241305 | Zig:15   | Killed a juggernaut
241305 | Zig:15   | Killed a juggernaut
241305 | Zig:15   | Killed a juggernaut
241305 | Zig:15   | Killed a juggernaut
241305 | Zig:15   | Killed a juggernaut
241305 | Zig:15   | Killed a juggernaut
241305 | Zig:15   | Killed a juggernaut
241306 | Zig:15   | Noticed a juggernaut
241306 | Zig:15   | Found the +7 staff of the Meek {protect, meekguard}
241306 | Zig:15   | Killed a juggernaut
241307 | Zig:15   | Noticed a juggernaut
241308 | Zig:15   | Killed a juggernaut
241309 | Zig:15   | Killed a juggernaut
241567 | Zig:15   | Identified the +3 scale mail of the Hundredfold Places
                  | {Regen+}
241577 | Zig:15   | Identified the +3 lajatang "Hoemn" {drain, rF++ rC+ rN+
                  | Dex+3}
241581 | Zig:15   | Identified the +0 chain mail of Qiwamn {rC++ Str+4 Int-4}
241586 | Zig:15   | Identified the +1 leather armour of the Skies Above {Harm
                  | Fly rCorr Str-5}
241594 | Zig:15   | Identified the +5 long sword of Departure {venom, rF+ rC+
                  | rN+}
241598 | Zig:15   | Identified the +4 ring mail "Duigai" {Will+ Dex+5}
241606 | Zig:15   | Identified the +2 hand axe of the Thoughtful Teeth {pain,
                  | rN+}
241617 | Zig:15   | Identified the +0 rapier of Xom's Delight {venom, Will+++
                  | MP+9 Str-3 Stlth+}
241630 | Zig:15   | Identified the +1 chain mail of Ytiess {rCorr Slay+5}
241803 | Zig:16   | Entered Level 16 of a ziggurat
241815 | Zig:16   | Noticed Lixzy the pandemonium lord
241816 | Zig:16   | Killed Lixzy the pandemonium lord
242280 | Zig:16   | Identified the staff "Wahakkip" {rF+ rN+ Fire}
242350 | Zig:16   | Identified the +8 trident of Purpose {vamp, rPois rCorr
                  | Str-2}
242369 | Zig:16   | Identified the amulet of Diottaph {Faith -Cast rPois rN++
                  | Will+}
242375 | Zig:16   | Identified the amulet of Paranoia {Faith Int+4}
242377 | Zig:16   | Identified the +1 scale mail "Tamo" {Contam rPois Int+6
                  | SInv}
242438 | Zig:17   | Entered Level 17 of a ziggurat
242716 | Zig:17   | Identified the staff "Xuhawi" {rF+ Will+ Fire}
242726 | Zig:17   | Identified the ring "Haarchiv" {rF+ Dex+3}
242734 | Zig:17   | Identified the +4 glaive "Xiuptiri" {speed, rPois rF-
                  | Will+++ Stlth-}
242740 | Zig:17   | Identified the +0 robe of Decompression {Int+5}
242782 | Zig:17   | Identified the +4 war axe of Glory {heavy, rElec Int+2
                  | Dex+3}
243229 | Zig:17   | Acquired 404 gold pieces
243232 | Zig:17   | Acquired 1177 gold pieces
243242 | Zig:18   | Entered Level 18 of a ziggurat
243259 | Zig:18   | Found the +8 orange crystal plate armour {Archmagi, Int+3
                  | Clar}
243936 | Zig:18   | Identified the ring "Gur Ceaf" {Fire rN+ rCorr Int+2}
243952 | Zig:18   | Identified the ring of Doubts {rF+ Will+}
243960 | Zig:18   | Identified the +2 sling of Delightful Honour {speed, Int+3}
244129 | Zig:18   | Identified the ring of Hospitality {Ice Int+3}
244153 | Zig:19   | Entered Level 19 of a ziggurat
244303 | Zig:19   | Identified the +6 spear "Piefotwi" {flame, rN++ Str-4}
244306 | Zig:19   | Identified the +0 halberd of Saltpetre {heavy, rC+ Int+3
                  | Dex+2 Stlth-}
244324 | Zig:19   | Identified the staff "Demonslayer" {rPois rC- rN+ Conj Air
                  | Poison}
244328 | Zig:19   | Identified the +2 pair of boots "Seyneoc" {Slay+2}
244330 | Zig:19   | Identified the +7 ice dragon scales of the Sun {rElec rF-
                  | rC++ rCorr}
244342 | Zig:19   | Identified the staff "Rats" {rPois Int+2 Poison}
244353 | Zig:19   | Identified the staff "Rime" {rElec rC+ Will+ Air}
244373 | Zig:19   | Identified the +1 battleaxe of Zajil {freeze, rC+ Int+3
                  | Dex+2 Stlth+}
244377 | Zig:19   | Identified the amulet "Xulem" {Spirit rElec rCorr MP+9
                  | Int-5}
244944 | Zig:20   | Entered Level 20 of a ziggurat
244952 | Zig:20   | Noticed an ancient lich
244952 | Zig:20   | Noticed an ancient lich
244952 | Zig:20   | Noticed a dread lich
244953 | Zig:20   | Noticed an ancient lich
244953 | Zig:20   | Noticed an ancient lich
244953 | Zig:20   | Noticed an ancient lich
244954 | Zig:20   | Noticed an ancient lich
244954 | Zig:20   | Noticed an ancient lich
244955 | Zig:20   | Noticed a dread lich
244955 | Zig:20   | Noticed a dread lich
244956 | Zig:20   | Noticed an ancient lich
244956 | Zig:20   | Noticed an ancient lich
244956 | Zig:20   | Noticed an ancient lich
244956 | Zig:20   | Noticed a dread lich
244956 | Zig:20   | Noticed an ancient lich
244957 | Zig:20   | Killed a dread lich
244957 | Zig:20   | Killed an ancient lich
244957 | Zig:20   | Killed an ancient lich
244957 | Zig:20   | Killed a dread lich
244957 | Zig:20   | Killed an ancient lich
244957 | Zig:20   | Killed a dread lich
244957 | Zig:20   | Noticed an ancient lich
244957 | Zig:20   | Noticed an ancient lich
244958 | Zig:20   | Killed an ancient lich
244958 | Zig:20   | Killed an ancient lich
244958 | Zig:20   | Killed an ancient lich
244958 | Zig:20   | Killed an ancient lich
244958 | Zig:20   | Killed an ancient lich
244958 | Zig:20   | Killed an ancient lich
244958 | Zig:20   | Killed a dread lich
244958 | Zig:20   | Killed an ancient lich
244958 | Zig:20   | Killed an ancient lich
244958 | Zig:20   | Killed an ancient lich
244958 | Zig:20   | Noticed a dread lich
244958 | Zig:20   | Noticed an ancient lich
244960 | Zig:20   | Noticed a dread lich
244960 | Zig:20   | Noticed an ancient lich
244960 | Zig:20   | Noticed an ancient lich
244960 | Zig:20   | Noticed a dread lich
244960 | Zig:20   | Noticed a dread lich
244961 | Zig:20   | Noticed a dread lich
244962 | Zig:20   | Noticed a dread lich
244962 | Zig:20   | Noticed a dread lich
244962 | Zig:20   | Noticed an ancient lich
244963 | Zig:20   | Noticed a dread lich
244963 | Zig:20   | Noticed a dread lich
244965 | Zig:20   | Killed an ancient lich
244966 | Zig:20   | Killed an ancient lich
244966 | Zig:20   | Killed an ancient lich
244966 | Zig:20   | Killed a dread lich
244966 | Zig:20   | Killed a dread lich
244966 | Zig:20   | Killed a dread lich
244966 | Zig:20   | Killed an ancient lich
244967 | Zig:20   | Killed a dread lich
244967 | Zig:20   | Killed a dread lich
244967 | Zig:20   | Killed a dread lich
244969 | Zig:20   | Noticed a dread lich
244971 | Zig:20   | Noticed a dread lich
244971 | Zig:20   | Noticed an ancient lich
244971 | Zig:20   | Noticed a dread lich
244972 | Zig:20   | Killed a dread lich
244973 | Zig:20   | Killed a dread lich
244973 | Zig:20   | Killed a dread lich
244973 | Zig:20   | Killed an ancient lich
244973 | Zig:20   | Killed a dread lich
244973 | Zig:20   | Killed a dread lich
244973 | Zig:20   | Killed an ancient lich
244973 | Zig:20   | Killed a dread lich
244974 | Zig:20   | Noticed an ancient lich
244975 | Zig:20   | Noticed an ancient lich
244975 | Zig:20   | Noticed a dread lich
244976 | Zig:20   | Noticed an ancient lich
244977 | Zig:20   | Identified the +10 plate armour of Siwoi {rC+}
244977 | Zig:20   | Noticed a dread lich
244978 | Zig:20   | Noticed a dread lich
244980 | Zig:20   | Killed a dread lich
244980 | Zig:20   | Killed an ancient lich
244980 | Zig:20   | Killed a dread lich
244981 | Zig:20   | Killed an ancient lich
244994 | Zig:20   | Killed a dread lich
245001 | Zig:20   | Killed an ancient lich
245422 | Zig:20   | Identified the ring "Rosa" {MP+9 Stlth+}
245511 | Zig:20   | Identified the amulet "Wuche" {Acrobat rF- rCorr Str+3}
245539 | Zig:20   | Identified the +9 sling "Orecuradd" {freeze, Fragile Will+
                  | Str+3}
245543 | Zig:20   | Identified the ring "Yvirch" {+Blink rC- rCorr Dex+6 SInv}
245545 | Zig:20   | Identified the +0 robe "Pidghigh" {rN+ Dex+2 Stlth-}
245577 | Zig:20   | Identified the +1 arbalest "Deqaoh" {drain, Will+ Str+2
                  | Dex+2}
245589 | Zig:20   | Identified the staff "Nemutz" {rElec Stlth+ Air}
245605 | Zig:20   | Identified the +5 short sword of the Hungering Gods {venom,
                  | rC+ rN+ MP-9}
245629 | Zig:20   | Identified the +7 lajatang "Sytyror" {antimagic, rPois
                  | Will+ rCorr Str+3}
245707 | Zig:21   | Entered Level 21 of a ziggurat
246051 | Zig:21   | Identified the +1 flail "Winiah" {heavy, Dex+2}
246053 | Zig:21   | Identified the amulet of Wu Jian's Wrath {RegenMP -Tele
                  | Regen+ Int+6 Stlth+}
246066 | Zig:21   | Identified the amulet of Naklevits {Reflect rC++ Will+
                  | Int-4 SH+5}
246071 | Zig:21   | Identified the +3 orcbow of Ythealo {antimagic, rPois Str-2
                  | Int-2 Dex+9}
246072 | Zig:21   | Identified the ring "Milesh" {rElec rPois rC- Will+ Int+3}
246074 | Zig:21   | Identified the +8 scimitar of Conflict {elec, *Rage rC+
                  | Will+}
246083 | Zig:21   | Identified the +11 spear "Losk" {spect, *Rage rN++}
246102 | Zig:21   | Identified the +0 chain mail of Proximity {rN+ Regen+ Dex+2
                  | Stlth+}
246141 | Zig:21   | Identified the +2 plate armour "Qyicith" {Int+6}
246159 | Zig:21   | Identified the staff "Newtbane" {rPois rC+ Will- MP+9 Int+2
                  | Ice}
246207 | Zig:21   | Identified the +5 rapier of a Billion Emperors {flame, rF+
                  | rC+ Dex-2}
246216 | Zig:21   | Identified the ring of Ebrat {Fly MP+9 Str-5 Int+6}
246780 | Zig:22   | Entered Level 22 of a ziggurat
246821 | Zig:22   | Found the +2 hood of the Assassin {Detect Stab+ Stlth++}
247258 | Zig:22   | Identified the +8 scale mail of Kikubaaqudgha's Anger {rC+
                  | rCorr SInv}
247275 | Zig:22   | Identified the staff of the Cursing Scavenger {Drain rElec
                  | Str+3 Int+2 SInv Air}
247277 | Zig:22   | Identified the +12 spear of Immorality {freeze, Drain rF+
                  | Int+2}
247292 | Zig:22   | Identified the +2 plate armour of Danteemm {*Slow rElec
                  | Str+2 Stlth+}
247296 | Zig:22   | Identified the +5 lajatang of Pandemonium {antimagic, rElec
                  | rCorr Str-4}
247487 | Zig:22   | Identified the staff "Jaomilo" {rElec Dex+3 Air}
247508 | Zig:22   | Identified the +2 arbalest of Evil {antimagic, rC+ Stlth+}
247536 | Zig:22   | Identified the +1 chain mail of the Hot Ocelot {rN++}
247553 | Zig:22   | Identified the +8 battleaxe of Greed {distort, SInv}
247557 | Zig:22   | Identified the staff "Puyrun" {rPois Str+2 Conj}
247559 | Zig:22   | Identified the +4 lajatang of Summer {drain, Dex+4}
247571 | Zig:22   | Identified the +1 hat of the Alphagorgon {Rampage rElec
                  | Int-2 Stlth+}
247583 | Zig:22   | Identified the ring of Zocah {rElec rF- rN+ Str-5 Dex+4}
247596 | Zig:22   | Identified the ring of the Bruised Demons {Str+6 Int+2
                  | Stlth+}
247600 | Zig:22   | Identified the +8 quarterstaff "Osaoxt" {pain, Fragile rF+
                  | rC+}
247611 | Zig:22   | Identified the +3 war axe of Objectivity {spect, rPois MP+9
                  | Str+2 Int+5}
247737 | Zig:23   | Entered Level 23 of a ziggurat
247740 | Zig:23   | Noticed a juggernaut
247740 | Zig:23   | Noticed a juggernaut
247742 | Zig:23   | Noticed a juggernaut
247743 | Zig:23   | Noticed a juggernaut
247743 | Zig:23   | Noticed a juggernaut
247744 | Zig:23   | Noticed a juggernaut
247744 | Zig:23   | Noticed a juggernaut
247745 | Zig:23   | Noticed a juggernaut
247746 | Zig:23   | Noticed a juggernaut
247746 | Zig:23   | Noticed a juggernaut
247747 | Zig:23   | Noticed a juggernaut
247748 | Zig:23   | Noticed a juggernaut
247749 | Zig:23   | Noticed a juggernaut
247749 | Zig:23   | Noticed a juggernaut
247749 | Zig:23   | Killed a juggernaut
247749 | Zig:23   | Killed a juggernaut
247749 | Zig:23   | Noticed a juggernaut
247750 | Zig:23   | Noticed a juggernaut
247750 | Zig:23   | Noticed a juggernaut
247750 | Zig:23   | Noticed a juggernaut
247750 | Zig:23   | Killed a juggernaut
247750 | Zig:23   | Killed a juggernaut
247751 | Zig:23   | Killed a juggernaut
247751 | Zig:23   | Killed a juggernaut
247751 | Zig:23   | Killed a juggernaut
247751 | Zig:23   | Killed a juggernaut
247751 | Zig:23   | Killed a juggernaut
247751 | Zig:23   | Killed a juggernaut
247751 | Zig:23   | Killed a juggernaut
247751 | Zig:23   | Killed a juggernaut
247751 | Zig:23   | Killed a juggernaut
247751 | Zig:23   | Killed a juggernaut
247751 | Zig:23   | Killed a juggernaut
247751 | Zig:23   | Killed a juggernaut
247751 | Zig:23   | Killed a juggernaut
247751 | Zig:23   | Killed a juggernaut
247751 | Zig:23   | Noticed a juggernaut
247751 | Zig:23   | Noticed a juggernaut
247751 | Zig:23   | Noticed a juggernaut
247751 | Zig:23   | Noticed a juggernaut
247752 | Zig:23   | Noticed a juggernaut
247752 | Zig:23   | Noticed a juggernaut
247753 | Zig:23   | Noticed a juggernaut
247753 | Zig:23   | Noticed a juggernaut
247754 | Zig:23   | Noticed a juggernaut
247754 | Zig:23   | Noticed a juggernaut
247755 | Zig:23   | Noticed a juggernaut
247755 | Zig:23   | Noticed a juggernaut
247755 | Zig:23   | Noticed a juggernaut
247755 | Zig:23   | Noticed a juggernaut
247758 | Zig:23   | Killed a juggernaut
247758 | Zig:23   | Killed a juggernaut
247758 | Zig:23   | Killed a juggernaut
247758 | Zig:23   | Killed a juggernaut
247758 | Zig:23   | Killed a juggernaut
247758 | Zig:23   | Killed a juggernaut
247758 | Zig:23   | Killed a juggernaut
247758 | Zig:23   | Killed a juggernaut
247758 | Zig:23   | Killed a juggernaut
247758 | Zig:23   | Killed a juggernaut
247758 | Zig:23   | Killed a juggernaut
247759 | Zig:23   | Noticed a juggernaut
247760 | Zig:23   | Noticed a juggernaut
247761 | Zig:23   | Noticed a juggernaut
247762 | Zig:23   | Noticed a juggernaut
247763 | Zig:23   | Noticed a juggernaut
247763 | Zig:23   | Noticed a juggernaut
247763 | Zig:23   | Noticed a juggernaut
247763 | Zig:23   | Noticed a juggernaut
247764 | Zig:23   | Noticed a juggernaut
247764 | Zig:23   | Noticed a juggernaut
247764 | Zig:23   | Noticed a juggernaut
247765 | Zig:23   | Noticed a juggernaut
247765 | Zig:23   | Killed a juggernaut
247766 | Zig:23   | Noticed a juggernaut
247766 | Zig:23   | Killed a juggernaut
247766 | Zig:23   | Noticed a juggernaut
247767 | Zig:23   | Noticed a juggernaut
247767 | Zig:23   | Killed a juggernaut
247768 | Zig:23   | Killed a juggernaut
247768 | Zig:23   | Killed a juggernaut
247768 | Zig:23   | Killed a juggernaut
247768 | Zig:23   | Killed a juggernaut
247768 | Zig:23   | Killed a juggernaut
247768 | Zig:23   | Killed a juggernaut
247768 | Zig:23   | Killed a juggernaut
247768 | Zig:23   | Killed a juggernaut
247768 | Zig:23   | Killed a juggernaut
247768 | Zig:23   | Killed a juggernaut
247768 | Zig:23   | Killed a juggernaut
247768 | Zig:23   | Killed a juggernaut
247768 | Zig:23   | Killed a juggernaut
247768 | Zig:23   | Noticed a juggernaut
247768 | Zig:23   | Noticed a juggernaut
247768 | Zig:23   | Noticed a juggernaut
247769 | Zig:23   | Noticed a juggernaut
247771 | Zig:23   | Noticed a juggernaut
247772 | Zig:23   | Noticed a juggernaut
247773 | Zig:23   | Identified the amulet "Ryucouzole" {Acrobat Regen+ Int+3}
247774 | Zig:23   | Noticed a juggernaut
247774 | Zig:23   | Killed a juggernaut
247774 | Zig:23   | Killed a juggernaut
247774 | Zig:23   | Killed a juggernaut
247774 | Zig:23   | Killed a juggernaut
247775 | Zig:23   | Killed a juggernaut
247775 | Zig:23   | Killed a juggernaut
247775 | Zig:23   | Killed a juggernaut
247775 | Zig:23   | Killed a juggernaut
247777 | Zig:23   | Killed a juggernaut
247777 | Zig:23   | Killed a juggernaut
247777 | Zig:23   | Killed a juggernaut
247981 | Zig:23   | Identified the +2 lajatang "Ariobbioti" {vamp, rPois rC+
                  | rCorr}
247987 | Zig:23   | Identified the +5 great mace of Uncertain Death {antimagic,
                  | rCorr}
247997 | Zig:23   | Identified the staff of Chance {rPois MP+9 Int-2 Dex+6
                  | Poison}
247998 | Zig:23   | Identified the amulet of Ekolir {Reflect rElec rF- Str+3
                  | SH+5 SInv}
248005 | Zig:23   | Identified the ring "Kasuck" {rPois Will+ Str+3 Slay+3}
248009 | Zig:23   | Identified the staff "Oblegapu" {rF+ SInv Fire}
248030 | Zig:23   | Identified the +8 chain mail of Touvaor {rN++ Regen+ Int-4
                  | Dex+3}
248056 | Zig:23   | Identified the +3 ring mail "Pinoqoeg" {Rampage rF- Regen+
                  | Stlth+}
248070 | Zig:23   | Identified the +9 lajatang of Winter {pain, rPois rN+ Dex-5
                  | Stlth+}
248078 | Zig:23   | Identified the +8 battleaxe "Civydica" {heavy, rC- Dex+5}
248084 | Zig:23   | Identified the ring "Muuthoh" {rElec Int+5 Dex+2 Slay+4}
248103 | Zig:23   | Identified the +1 plate armour of Blue Skies {Str+2 Int+2}
248797 | Zig:23   | Identified the staff "Ilusej" {rElec rF- rC+ Will+ SInv
                  | Ice}
248886 | Zig:24   | Entered Level 24 of a ziggurat
248898 | Zig:24   | Noticed an ancient lich
248901 | Zig:24   | Noticed a dread lich
248902 | Zig:24   | Noticed a dread lich
248902 | Zig:24   | Noticed an ancient lich
248902 | Zig:24   | Noticed an ancient lich
248903 | Zig:24   | Noticed a dread lich
248903 | Zig:24   | Noticed a dread lich
248903 | Zig:24   | Noticed an ancient lich
248904 | Zig:24   | Killed an ancient lich
248904 | Zig:24   | Killed a dread lich
248904 | Zig:24   | Killed an ancient lich
248904 | Zig:24   | Killed a dread lich
248904 | Zig:24   | Killed a dread lich
248904 | Zig:24   | Killed a dread lich
248904 | Zig:24   | Killed an ancient lich
248905 | Zig:24   | Killed an ancient lich
248905 | Zig:24   | Killed an ancient lich
248905 | Zig:24   | Killed an ancient lich
248905 | Zig:24   | Killed a dread lich
248909 | Zig:24   | Noticed a dread lich
248909 | Zig:24   | Noticed a dread lich
248909 | Zig:24   | Noticed an ancient lich
248909 | Zig:24   | Noticed an ancient lich
248909 | Zig:24   | Noticed an ancient lich
248909 | Zig:24   | Noticed an ancient lich
248909 | Zig:24   | Noticed an ancient lich
248909 | Zig:24   | Noticed a dread lich
248909 | Zig:24   | Noticed an ancient lich
248910 | Zig:24   | Noticed a dread lich
248910 | Zig:24   | Noticed an ancient lich
248910 | Zig:24   | Noticed a dread lich
248910 | Zig:24   | Noticed an ancient lich
248910 | Zig:24   | Noticed a dread lich
248911 | Zig:24   | Noticed an ancient lich
248911 | Zig:24   | Noticed a dread lich
248911 | Zig:24   | Noticed an ancient lich
248911 | Zig:24   | Noticed a dread lich
248911 | Zig:24   | Noticed a dread lich
248911 | Zig:24   | Noticed a dread lich
248911 | Zig:24   | Noticed an ancient lich
248912 | Zig:24   | Noticed an ancient lich
248912 | Zig:24   | Noticed an ancient lich
248912 | Zig:24   | Noticed a dread lich
248912 | Zig:24   | Noticed an ancient lich
248912 | Zig:24   | Noticed an ancient lich
248913 | Zig:24   | Noticed an ancient lich
248913 | Zig:24   | Noticed an ancient lich
248913 | Zig:24   | Noticed an ancient lich
248913 | Zig:24   | Killed an ancient lich
248913 | Zig:24   | Killed an ancient lich
248914 | Zig:24   | Killed an ancient lich
248914 | Zig:24   | Killed a dread lich
248914 | Zig:24   | Killed a dread lich
248914 | Zig:24   | Killed an ancient lich
248914 | Zig:24   | Killed a dread lich
248915 | Zig:24   | Killed a dread lich
248915 | Zig:24   | Killed a dread lich
248915 | Zig:24   | Killed an ancient lich
248915 | Zig:24   | Killed a dread lich
248915 | Zig:24   | Killed a dread lich
248915 | Zig:24   | Killed an ancient lich
248915 | Zig:24   | Killed an ancient lich
248915 | Zig:24   | Killed an ancient lich
248915 | Zig:24   | Killed an ancient lich
248915 | Zig:24   | Killed an ancient lich
248915 | Zig:24   | Noticed a dread lich
248916 | Zig:24   | Noticed an ancient lich
248916 | Zig:24   | Killed an ancient lich
248916 | Zig:24   | Killed a dread lich
248916 | Zig:24   | Killed an ancient lich
248916 | Zig:24   | Killed an ancient lich
248916 | Zig:24   | Killed an ancient lich
248916 | Zig:24   | Killed a dread lich
248916 | Zig:24   | Killed an ancient lich
248916 | Zig:24   | Killed an ancient lich
248916 | Zig:24   | Killed a dread lich
248916 | Zig:24   | Killed a dread lich
248916 | Zig:24   | Killed an ancient lich
248916 | Zig:24   | Killed an ancient lich
248917 | Zig:24   | Noticed an ancient lich
248917 | Zig:24   | Noticed an ancient lich
248918 | Zig:24   | Noticed an ancient lich
248920 | Zig:24   | Killed an ancient lich
248920 | Zig:24   | Killed an ancient lich
248924 | Zig:24   | Noticed an ancient lich
248925 | Zig:24   | Noticed an ancient lich
248925 | Zig:24   | Noticed a dread lich
248927 | Zig:24   | Killed an ancient lich
248928 | Zig:24   | Noticed a dread lich
248928 | Zig:24   | Killed an ancient lich
248929 | Zig:24   | Noticed an ancient lich
248929 | Zig:24   | Killed a dread lich
248929 | Zig:24   | Killed a dread lich
248929 | Zig:24   | Killed an ancient lich
248930 | Zig:24   | Noticed an ancient lich
248930 | Zig:24   | Noticed a dread lich
248930 | Zig:24   | Noticed an ancient lich
248930 | Zig:24   | Killed an ancient lich
248931 | Zig:24   | Killed a dread lich
248931 | Zig:24   | Killed an ancient lich
248931 | Zig:24   | Killed a dread lich
248932 | Zig:24   | Killed an ancient lich
248932 | Zig:24   | Killed an ancient lich
249296 | Zig:24   | Identified the +8 lajatang of Contradiction {flame, Dex+3}
249307 | Zig:24   | Identified the +1 quarterstaff of the Apocalypse {elec,
                  | Stlth+}
249388 | Zig:24   | Identified the ring "Aclidd" {Will- AC+4 Str+6}
249394 | Zig:24   | Identified the scarf "Daelihoc" {repulsion, Fly rC+ Will+
                  | Stlth-}
249402 | Zig:24   | Identified the +0 swamp dragon scales of Misanthropy {rPois
                  | Str+7 Slay+4}
249404 | Zig:24   | Identified the +10 arbalest of Compound Interest {flame,
                  | rPois}
249410 | Zig:24   | Identified the +4 sling "Pac Vargh" {heavy, rElec rF- Str+3
                  | SInv}
249418 | Zig:24   | Identified the +5 leather armour of the Sandy Slorg {rPois
                  | rC- rN++ Will+++}
249487 | Zig:24   | Identified the +1 trident of Blood {pain, *Noise rPois
                  | Will+++ rCorr}
249514 | Zig:24   | Identified the ring of Levity {Str+3 Int+6}
249520 | Zig:24   | Identified the +0 robe "Helola" {rN+ Str-2 Int+2 Dex+3}
249553 | Zig:24   | Identified the +6 ice dragon scales "Raunax" {rF- rC++
                  | Int+6}
249733 | Zig:25   | Entered Level 25 of a ziggurat
249738 | Zig:25   | Noticed a juggernaut
249738 | Zig:25   | Noticed a juggernaut
249740 | Zig:25   | Noticed a juggernaut
249740 | Zig:25   | Noticed a juggernaut
249742 | Zig:25   | Noticed a juggernaut
249742 | Zig:25   | Noticed a juggernaut
249742 | Zig:25   | Noticed a juggernaut
249744 | Zig:25   | Killed a juggernaut
249745 | Zig:25   | Noticed a juggernaut
249745 | Zig:25   | Noticed a juggernaut
249745 | Zig:25   | Noticed a juggernaut
249745 | Zig:25   | Noticed a juggernaut
249746 | Zig:25   | Noticed a juggernaut
249746 | Zig:25   | Noticed a juggernaut
249746 | Zig:25   | Noticed a juggernaut
249746 | Zig:25   | Noticed a juggernaut
249746 | Zig:25   | Noticed a juggernaut
249746 | Zig:25   | Noticed a juggernaut
249746 | Zig:25   | Noticed a juggernaut
249746 | Zig:25   | Killed a juggernaut
249746 | Zig:25   | Noticed a juggernaut
249747 | Zig:25   | Killed a juggernaut
249747 | Zig:25   | Noticed a juggernaut
249748 | Zig:25   | Noticed a juggernaut
249748 | Zig:25   | Noticed a juggernaut
249748 | Zig:25   | Noticed a juggernaut
249748 | Zig:25   | Noticed a juggernaut
249748 | Zig:25   | Killed a juggernaut
249748 | Zig:25   | Killed a juggernaut
249748 | Zig:25   | Killed a juggernaut
249749 | Zig:25   | Noticed a juggernaut
249749 | Zig:25   | Killed a juggernaut
249749 | Zig:25   | Killed a juggernaut
249749 | Zig:25   | Killed a juggernaut
249749 | Zig:25   | Killed a juggernaut
249749 | Zig:25   | Killed a juggernaut
249749 | Zig:25   | Killed a juggernaut
249749 | Zig:25   | Killed a juggernaut
249749 | Zig:25   | Killed a juggernaut
249749 | Zig:25   | Killed a juggernaut
249749 | Zig:25   | Killed a juggernaut
249749 | Zig:25   | Killed a juggernaut
249749 | Zig:25   | Killed a juggernaut
249749 | Zig:25   | Killed a juggernaut
249749 | Zig:25   | Killed a juggernaut
249749 | Zig:25   | Killed a juggernaut
249749 | Zig:25   | Killed a juggernaut
249749 | Zig:25   | Killed a juggernaut
249749 | Zig:25   | Killed a juggernaut
249750 | Zig:25   | Noticed a juggernaut
249750 | Zig:25   | Noticed a juggernaut
249750 | Zig:25   | Noticed a juggernaut
249750 | Zig:25   | Noticed a juggernaut
249750 | Zig:25   | Killed a juggernaut
249750 | Zig:25   | Noticed a juggernaut
249751 | Zig:25   | Noticed a juggernaut
249751 | Zig:25   | Noticed a juggernaut
249751 | Zig:25   | Noticed a juggernaut
249752 | Zig:25   | Noticed a juggernaut
249752 | Zig:25   | Noticed a juggernaut
249752 | Zig:25   | Noticed a juggernaut
249752 | Zig:25   | Noticed a juggernaut
249752 | Zig:25   | Noticed a juggernaut
249752 | Zig:25   | Noticed a juggernaut
249753 | Zig:25   | Noticed a juggernaut
249753 | Zig:25   | Noticed a juggernaut
249755 | Zig:25   | Noticed a juggernaut
249755 | Zig:25   | Killed a juggernaut
249755 | Zig:25   | Killed a juggernaut
249755 | Zig:25   | Killed a juggernaut
249755 | Zig:25   | Killed a juggernaut
249755 | Zig:25   | Killed a juggernaut
249755 | Zig:25   | Killed a juggernaut
249755 | Zig:25   | Killed a juggernaut
249755 | Zig:25   | Killed a juggernaut
249756 | Zig:25   | Killed a juggernaut
249756 | Zig:25   | Killed a juggernaut
249756 | Zig:25   | Killed a juggernaut
249756 | Zig:25   | Killed a juggernaut
249756 | Zig:25   | Killed a juggernaut
249756 | Zig:25   | Killed a juggernaut
249756 | Zig:25   | Killed a juggernaut
249756 | Zig:25   | Killed a juggernaut
249756 | Zig:25   | Killed a juggernaut
249757 | Zig:25   | Noticed a juggernaut
249758 | Zig:25   | Noticed a juggernaut
249758 | Zig:25   | Noticed a juggernaut
249758 | Zig:25   | Noticed a juggernaut
249760 | Zig:25   | Noticed a juggernaut
249760 | Zig:25   | Noticed a juggernaut
249761 | Zig:25   | Noticed a juggernaut
249763 | Zig:25   | Noticed a juggernaut
249763 | Zig:25   | Noticed a juggernaut
249763 | Zig:25   | Noticed a juggernaut
249763 | Zig:25   | Noticed a juggernaut
249763 | Zig:25   | Noticed a juggernaut
249764 | Zig:25   | Killed a juggernaut
249764 | Zig:25   | Killed a juggernaut
249764 | Zig:25   | Killed a juggernaut
249764 | Zig:25   | Killed a juggernaut
249764 | Zig:25   | Killed a juggernaut
249764 | Zig:25   | Killed a juggernaut
249764 | Zig:25   | Killed a juggernaut
249764 | Zig:25   | Killed a juggernaut
249764 | Zig:25   | Killed a juggernaut
249764 | Zig:25   | Killed a juggernaut
249765 | Zig:25   | Killed a juggernaut
249765 | Zig:25   | Killed a juggernaut
249766 | Zig:25   | Noticed a juggernaut
249767 | Zig:25   | Noticed a juggernaut
249767 | Zig:25   | Noticed a juggernaut
249767 | Zig:25   | Noticed a juggernaut
249767 | Zig:25   | Found the +2 shield of Resistance {rF++ rC++ Will++}
249768 | Zig:25   | Noticed a juggernaut
249768 | Zig:25   | Noticed a juggernaut
249768 | Zig:25   | Noticed a juggernaut
249769 | Zig:25   | Noticed a juggernaut
249770 | Zig:25   | Noticed a juggernaut
249770 | Zig:25   | Noticed a juggernaut
249771 | Zig:25   | Killed a juggernaut
249771 | Zig:25   | Killed a juggernaut
249771 | Zig:25   | Killed a juggernaut
249771 | Zig:25   | Killed a juggernaut
249771 | Zig:25   | Killed a juggernaut
249771 | Zig:25   | Killed a juggernaut
249772 | Zig:25   | Killed a juggernaut
249772 | Zig:25   | Killed a juggernaut
249772 | Zig:25   | Killed a juggernaut
249772 | Zig:25   | Noticed a juggernaut
249772 | Zig:25   | Noticed a juggernaut
249774 | Zig:25   | Noticed a juggernaut
249774 | Zig:25   | Noticed a juggernaut
249774 | Zig:25   | Noticed a juggernaut
249776 | Zig:25   | Killed a juggernaut
249776 | Zig:25   | Killed a juggernaut
249777 | Zig:25   | Noticed a juggernaut
249778 | Zig:25   | Killed a juggernaut
249778 | Zig:25   | Killed a juggernaut
249778 | Zig:25   | Killed a juggernaut
249779 | Zig:25   | Killed a juggernaut
249792 | Zig:25   | Killed a juggernaut
250016 | Zig:25   | Identified the staff of the Snake Pit {rPois rC+ Str+4
                  | Earth}
250021 | Zig:25   | Identified the +0 leather armour "Itomis" {Contam Str+6}
250031 | Zig:25   | Identified the +1 plate armour of Too Many Cooks {Rampage
                  | *Corrode rElec SInv}
250044 | Zig:25   | Identified the +6 sling "Konaete" {heavy, Will+}
250056 | Zig:25   | Identified the staff "Tetonk" {rPois rN++ Int+4 Stlth-
                  | Poison}
250064 | Zig:25   | Identified the +2 ring mail "Dooper" {-Cast Dex+3 Slay+3}
250070 | Zig:25   | Identified the +8 lajatang of Ymniwkoa {flame, +Blink rElec
                  | rCorr}
250119 | Zig:25   | Identified the +0 hand axe "Tekob" {spect, rPois rC- SInv}
250903 | Zig:25   | Acquired the +2 pair of gloves of the Invisible Loafs {rF+
                  | rCorr Int+3}
250922 | Zig:26   | Entered Level 26 of a ziggurat
250933 | Zig:26   | Noticed a dread lich
250935 | Zig:26   | Noticed an ancient lich
250936 | Zig:26   | Noticed an ancient lich
250936 | Zig:26   | Noticed an ancient lich
250936 | Zig:26   | Noticed a dread lich
250937 | Zig:26   | Noticed an ancient lich
250938 | Zig:26   | Noticed an ancient lich
250938 | Zig:26   | Noticed an ancient lich
250939 | Zig:26   | Noticed an ancient lich
250939 | Zig:26   | Noticed an ancient lich
250940 | Zig:26   | Noticed a dread lich
250941 | Zig:26   | Killed an ancient lich
250941 | Zig:26   | Killed an ancient lich
250941 | Zig:26   | Killed a dread lich
250941 | Zig:26   | Killed an ancient lich
250941 | Zig:26   | Killed a dread lich
250941 | Zig:26   | Killed an ancient lich
250941 | Zig:26   | Killed an ancient lich
250942 | Zig:26   | Killed an ancient lich
250942 | Zig:26   | Killed an ancient lich
250942 | Zig:26   | Noticed a dread lich
250943 | Zig:26   | Noticed a dread lich
250944 | Zig:26   | Noticed a dread lich
250944 | Zig:26   | Noticed a dread lich
250944 | Zig:26   | Noticed a dread lich
250944 | Zig:26   | Noticed a dread lich
250944 | Zig:26   | Noticed a dread lich
250945 | Zig:26   | Noticed an ancient lich
250945 | Zig:26   | Noticed a dread lich
250947 | Zig:26   | Killed a dread lich
250947 | Zig:26   | Killed an ancient lich
250947 | Zig:26   | Killed a dread lich
250947 | Zig:26   | Killed a dread lich
250948 | Zig:26   | Killed a dread lich
250948 | Zig:26   | Killed a dread lich
250948 | Zig:26   | Killed a dread lich
250948 | Zig:26   | Killed a dread lich
250948 | Zig:26   | Killed a dread lich
250948 | Zig:26   | Noticed a dread lich
250949 | Zig:26   | Noticed an ancient lich
250949 | Zig:26   | Noticed an ancient lich
250949 | Zig:26   | Noticed a dread lich
250950 | Zig:26   | Noticed a dread lich
250950 | Zig:26   | Noticed an ancient lich
250951 | Zig:26   | Noticed a dread lich
250952 | Zig:26   | Killed an ancient lich
250952 | Zig:26   | Killed a dread lich
250953 | Zig:26   | Killed a dread lich
250953 | Zig:26   | Killed a dread lich
250953 | Zig:26   | Killed an ancient lich
250953 | Zig:26   | Killed an ancient lich
250955 | Zig:26   | Noticed a dread lich
250956 | Zig:26   | Killed a dread lich
250956 | Zig:26   | Killed a dread lich
250956 | Zig:26   | Noticed a dread lich
250957 | Zig:26   | Noticed an ancient lich
250957 | Zig:26   | Noticed a dread lich
250957 | Zig:26   | Noticed an ancient lich
250958 | Zig:26   | Noticed a dread lich
250958 | Zig:26   | Noticed a dread lich
250959 | Zig:26   | Noticed an ancient lich
250959 | Zig:26   | Noticed an ancient lich
250960 | Zig:26   | Noticed a dread lich
250960 | Zig:26   | Noticed an ancient lich
250960 | Zig:26   | Noticed an ancient lich
250960 | Zig:26   | Noticed a dread lich
250960 | Zig:26   | Noticed an ancient lich
250961 | Zig:26   | Noticed an ancient lich
250961 | Zig:26   | Noticed a dread lich
250962 | Zig:26   | Killed a dread lich
250962 | Zig:26   | Killed a dread lich
250962 | Zig:26   | Killed an ancient lich
250962 | Zig:26   | Killed an ancient lich
250962 | Zig:26   | Killed an ancient lich
250962 | Zig:26   | Killed a dread lich
250962 | Zig:26   | Killed a dread lich
250962 | Zig:26   | Killed a dread lich
250962 | Zig:26   | Killed an ancient lich
250962 | Zig:26   | Killed an ancient lich
250963 | Zig:26   | Killed a dread lich
250963 | Zig:26   | Killed a dread lich
250963 | Zig:26   | Killed an ancient lich
250963 | Zig:26   | Killed an ancient lich
250963 | Zig:26   | Killed an ancient lich
250963 | Zig:26   | Killed a dread lich
250963 | Zig:26   | Noticed a dread lich
250963 | Zig:26   | Noticed an ancient lich
250964 | Zig:26   | Noticed an ancient lich
250964 | Zig:26   | Noticed an ancient lich
250965 | Zig:26   | Noticed an ancient lich
250965 | Zig:26   | Noticed an ancient lich
250965 | Zig:26   | Noticed an ancient lich
250967 | Zig:26   | Noticed a dread lich
250968 | Zig:26   | Killed an ancient lich
250968 | Zig:26   | Killed an ancient lich
250968 | Zig:26   | Killed an ancient lich
250968 | Zig:26   | Killed an ancient lich
250968 | Zig:26   | Killed a dread lich
250968 | Zig:26   | Killed an ancient lich
250968 | Zig:26   | Killed an ancient lich
250968 | Zig:26   | Killed an ancient lich
250969 | Zig:26   | Killed a dread lich
250972 | Zig:26   | Noticed an ancient lich
250977 | Zig:26   | Killed an ancient lich
251611 | Zig:26   | Identified the ring "Jyurgh" {rC- Will+ Str-4 Int+6 Dex+2}
251626 | Zig:26   | Identified the +5 executioner's axe of Yqidd {flame, rF+
                  | rC+ Int+2}
251795 | Zig:26   | Identified the +3 lajatang of Pijotokk {flame, Str-3 Int+4
                  | Stlth+}
251797 | Zig:26   | Identified the amulet of Ashenzari's Scorn {Reflect rCorr
                  | SH+5}
251799 | Zig:26   | Identified the +8 trident "Earthworm" {freeze, Will+ rCorr
                  | Str+3 SInv Stlth-}
251813 | Zig:26   | Identified the +3 ring mail of Abstinence {Str+5}
251817 | Zig:26   | Identified the ring "Banlil" {rPois rCorr Str+3 Int+6
                  | Dex-4}
251972 | Zig:27   | Entered Level 27 of a ziggurat
252345 | Zig:27   | Identified the ring of Vayq {Wiz Fly rElec}
252347 | Zig:27   | Identified the +8 shortbow "Wyqaepur" {freeze, Str+3 SInv
                  | Stlth+}
252356 | Zig:27   | Identified the ring "Usooni" {Fly rC+ Int+3}
252359 | Zig:27   | Identified the +3 broad axe "Mutsocw" {flame, Will+ Int+4}
252360 | Zig:27   | Identified the +5 great mace "Fiosup" {heavy, +Blink Dex+3
                  | Stlth+}
252361 | Zig:27   | Identified the +7 short sword "Baxu" {freeze, +Blink rC+}
252375 | Zig:27   | Identified the +8 glaive "Wieto" {freeze, rN+ MP-9 Str+3
                  | Int+2}
252392 | Zig:27   | Identified the staff "Wefof" {rN+ rCorr Necro}
252418 | Zig:27   | Identified the +6 scale mail of Inference {SInv}
252873 | Zig:27   | Identified the staff "Ryuxkok" {rElec rF+ Fire}
253108 | Depths:3 | Lost mutation: You are somewhat resistant to further
                  | mutation. [potion of mutation]
253108 | Depths:3 | Lost mutation: Your system is resistant to poisons. (rPois)
                  | [potion of mutation]
253108 | Depths:3 | Gained mutation: Your mind is acute. (Int +4, Str/Dex -1)
                  | [potion of mutation]
253108 | Depths:3 | Gained mutation: Your spells are a little easier to cast,
                  | but a little less powerful. [potion of mutation]
253108 | Depths:3 | Gained mutation: You have hidden genetic potential. [potion
                  | of mutation]
253109 | Depths:3 | Lost mutation: Your spells are a little easier to cast, but
                  | a little less powerful. [potion of mutation]
253109 | Depths:3 | Lost mutation: You are clumsy. (Dex -2) [potion of
                  | mutation]
253109 | Depths:3 | Gained mutation: Armour fits poorly on your strangely
                  | shaped body. [potion of mutation]
253109 | Depths:3 | Gained mutation: You expend magic power (3 MP) to
                  | strengthen your wands. [potion of mutation]
253109 | Depths:3 | Gained mutation: You are partially covered in large bone
                  | plates. (SH +4) [potion of mutation]
253110 | Depths:3 | Lost mutation: Your flesh is cold resistant. (rC+) [potion
                  | of mutation]
253110 | Depths:3 | Lost mutation: Your mind is acute. (Int +4, Str/Dex -1)
                  | [potion of mutation]
253110 | Depths:3 | Lost mutation: Armour fits poorly on your strangely shaped
                  | body. [potion of mutation]
253110 | Depths:3 | Gained mutation: Your natural rate of healing is unusually
                  | fast. [potion of mutation]
253111 | Depths:3 | Lost mutation: You are partially covered in large bone
                  | plates. (SH +4) [potion of mutation]
253111 | Depths:3 | Lost mutation: You possess an exceptional clarity of mind.
                  | [potion of mutation]
253111 | Depths:3 | Lost mutation: You expend magic power (3 MP) to strengthen
                  | your wands. [potion of mutation]
253111 | Depths:3 | Gained mutation: Your spells are a little harder to cast,
                  | but a little more powerful. [potion of mutation]
253111 | Depths:3 | Lost mutation: You have hidden genetic potential. [potion
                  | of mutation]
253112 | Depths:3 | Lost mutation: Your natural rate of healing is unusually
                  | fast. [potion of mutation]
253112 | Depths:3 | Lost mutation: Your spells are a little harder to cast, but
                  | a little more powerful. [potion of mutation]
253112 | Depths:3 | Gained mutation: You occasionally lose the ability to read
                  | scrolls when taking damage. [potion of mutation]
253112 | Depths:3 | Gained mutation: You are weak. (Str -2) [potion of
                  | mutation]
253112 | Depths:3 | Gained mutation: You sometimes lose your temper in combat.
                  | [potion of mutation]
253112 | Depths:3 | Gained mutation: Your flesh is cold resistant. (rC+)
                  | [potion of mutation]
253113 | Depths:3 | Lost mutation: You sometimes lose your temper in combat.
                  | [potion of mutation]
253113 | Depths:3 | Lost mutation: You are weak. (Str -2) [potion of mutation]
253113 | Depths:3 | Lost mutation: You occasionally lose the ability to read
                  | scrolls when taking damage. [potion of mutation]
253113 | Depths:3 | Gained mutation: Your flesh is very cold resistant. (rC++)
                  | [potion of mutation]
253113 | Depths:3 | Gained mutation: You are vulnerable to heat. (rF-) [potion
                  | of mutation]
253113 | Depths:3 | Gained mutation: You are somewhat resistant to further
                  | mutation. [potion of mutation]
253114 | Depths:3 | Lost mutation: You are vulnerable to heat. (rF-) [potion of
                  | mutation]
253114 | Depths:3 | Lost mutation: You are somewhat resistant to further
                  | mutation. [potion of mutation]
253114 | Depths:3 | Gained mutation: You sometimes lose your temper in combat.
                  | [potion of mutation]
253114 | Depths:3 | Gained mutation: Your muscles are strong. (Str +4, Int/Dex
                  | -1) [potion of mutation]
253115 | Depths:3 | Lost mutation: Your muscles are strong. (Str +4, Int/Dex
                  | -1) [potion of mutation]
253115 | Depths:3 | Lost mutation: You sometimes lose your temper in combat.
                  | [potion of mutation]
253115 | Depths:3 | Lost mutation: Your flesh is very cold resistant. (rC++)
                  | [potion of mutation]
253115 | Depths:3 | Gained mutation: You are dopey. (Int -2) [potion of
                  | mutation]
253116 | Depths:3 | Lost mutation: Your flesh is cold resistant. (rC+) [potion
                  | of mutation]
253116 | Depths:3 | Lost mutation: You are dopey. (Int -2) [potion of mutation]
253116 | Depths:3 | Gained mutation: You occasionally shout uncontrollably at
                  | your foes. [potion of mutation]
253116 | Depths:3 | Gained mutation: You are agile. (Dex +4, Str/Int -1)
                  | [potion of mutation]
253117 | Depths:3 | Lost mutation: You occasionally shout uncontrollably at
                  | your foes. [potion of mutation]
253117 | Depths:3 | Lost mutation: You are agile. (Dex +4, Str/Int -1) [potion
                  | of mutation]
253117 | Depths:3 | Gained mutation: You are vulnerable to cold. (rC-) [potion
                  | of mutation]
253117 | Depths:3 | Gained mutation: Your magical capacity is low. (-10% MP)
                  | [potion of mutation]
253117 | Depths:3 | Gained mutation: Your system is resistant to poisons.
                  | (rPois) [potion of mutation]
253118 | Depths:3 | Lost mutation: You are vulnerable to cold. (rC-) [potion of
                  | mutation]
253118 | Depths:3 | Lost mutation: Your magical capacity is low. (-10% MP)
                  | [potion of mutation]
253118 | Depths:3 | Gained mutation: You have large cloven feet. [potion of
                  | mutation]
253118 | Depths:3 | Gained mutation: You occasionally lose the ability to drink
                  | potions when taking damage. [potion of mutation]
253118 | Depths:3 | Gained mutation: Your flesh is cold resistant. (rC+)
                  | [potion of mutation]
253119 | Depths:3 | Lost mutation: Your system is resistant to poisons. (rPois)
                  | [potion of mutation]
253119 | Depths:3 | Lost mutation: Your flesh is cold resistant. (rC+) [potion
                  | of mutation]
253119 | Depths:3 | Lost mutation: You occasionally lose the ability to drink
                  | potions when taking damage. [potion of mutation]
253119 | Depths:3 | Gained mutation: Your magical capacity is low. (-10% MP)
                  | [potion of mutation]
253119 | Depths:3 | Gained mutation: You have hoof-like feet. [potion of
                  | mutation]
253120 | Depths:3 | Lost mutation: You have hoof-like feet. [potion of
                  | mutation]
253120 | Depths:3 | Lost mutation: You have large cloven feet. [potion of
                  | mutation]
253120 | Depths:3 | Lost mutation: Your magical capacity is low. (-10% MP)
                  | [potion of mutation]
253120 | Depths:3 | Gained mutation: You have sharp toenails. [potion of
                  | mutation]
253120 | Depths:3 | Gained mutation: You are strong-willed. (Will+) [potion of
                  | mutation]
253120 | Depths:3 | Gained mutation: Your muscles are strong. (Str +4, Int/Dex
                  | -1) [potion of mutation]
253121 | Depths:3 | Lost mutation: Your muscles are strong. (Str +4, Int/Dex
                  | -1) [potion of mutation]
253121 | Depths:3 | Lost mutation: You have sharp toenails. [potion of
                  | mutation]
253121 | Depths:3 | Gained mutation: You are highly strong-willed. (Will++)
                  | [potion of mutation]
253121 | Depths:3 | Gained mutation: You sometimes lose your temper in combat.
                  | [potion of mutation]
253121 | Depths:3 | Gained mutation: You are somewhat resistant to further
                  | mutation. [potion of mutation]
253122 | Depths:3 | Lost mutation: You are somewhat resistant to further
                  | mutation. [potion of mutation]
253122 | Depths:3 | Lost mutation: You are highly strong-willed. (Will++)
                  | [potion of mutation]
253122 | Depths:3 | Gained mutation: You have an increased reservoir of magic.
                  | (+10% MP) [potion of mutation]
253122 | Depths:3 | Lost mutation: You have an increased reservoir of magic.
                  | (+10% MP) [potion of mutation]
253123 | Depths:3 | Lost mutation: You sometimes lose your temper in combat.
                  | [potion of mutation]
253123 | Depths:3 | Lost mutation: You are strong-willed. (Will+) [potion of
                  | mutation]
253123 | Depths:3 | Gained mutation: You are weak. (Str -2) [potion of
                  | mutation]
253123 | Depths:3 | Gained mutation: You have sharp toenails. [potion of
                  | mutation]
253124 | Depths:3 | Lost mutation: You have sharp toenails. [potion of
                  | mutation]
253124 | Depths:3 | Lost mutation: You are weak. (Str -2) [potion of mutation]
253124 | Depths:3 | Gained mutation: You occasionally lose the ability to read
                  | scrolls when taking damage. [potion of mutation]
253124 | Depths:3 | Gained mutation: You are weak. (Str -2) [potion of
                  | mutation]
253125 | Depths:3 | Lost mutation: You occasionally lose the ability to read
                  | scrolls when taking damage. [potion of mutation]
253125 | Depths:3 | Lost mutation: You are weak. (Str -2) [potion of mutation]
253125 | Depths:3 | Gained mutation: You are weak. (Str -2) [potion of
                  | mutation]
253126 | Depths:3 | Lost mutation: You are weak. (Str -2) [potion of mutation]
253126 | Depths:3 | Gained mutation: You are frail. (-10% HP) [potion of
                  | mutation]
253126 | Depths:3 | Gained mutation: Your spells are a little harder to cast,
                  | but a little more powerful. [potion of mutation]
253127 | Depths:3 | Lost mutation: You are frail. (-10% HP) [potion of
                  | mutation]
253127 | Depths:3 | Lost mutation: Your spells are a little harder to cast, but
                  | a little more powerful. [potion of mutation]
253127 | Depths:3 | Gained mutation: You possess an exceptional clarity of
                  | mind. [potion of mutation]
253127 | Depths:3 | Gained mutation: Your magical capacity is low. (-10% MP)
                  | [potion of mutation]
253127 | Depths:3 | Gained mutation: Your body sometimes deteriorates upon
                  | taking damage. [potion of mutation]
253128 | Depths:3 | Lost mutation: Your magical capacity is low. (-10% MP)
                  | [potion of mutation]
253128 | Depths:3 | Lost mutation: You possess an exceptional clarity of mind.
                  | [potion of mutation]
253128 | Depths:3 | Lost mutation: Your body sometimes deteriorates upon taking
                  | damage. [potion of mutation]
253128 | Depths:3 | Gained mutation: You have hidden genetic defects. [potion
                  | of mutation]
253128 | Depths:3 | Gained mutation: You are partially covered in large bone
                  | plates. (SH +4) [potion of mutation]
253128 | Depths:3 | Gained mutation: You are weak. (Str -2) [potion of
                  | mutation]
253128 | Depths:3 | Lost mutation: You are weak. (Str -2) [potion of mutation]
253129 | Depths:3 | Lost mutation: You have hidden genetic defects. [potion of
                  | mutation]
253129 | Depths:3 | Lost mutation: You are partially covered in large bone
                  | plates. (SH +4) [potion of mutation]
253129 | Depths:3 | Gained mutation: You have hidden genetic potential. [potion
                  | of mutation]
253129 | Depths:3 | Gained mutation: You have sharp toenails. [potion of
                  | mutation]
253130 | Depths:3 | Lost mutation: You have sharp toenails. [potion of
                  | mutation]
253130 | Depths:3 | Lost mutation: You have hidden genetic potential. [potion
                  | of mutation]
253130 | Depths:3 | Gained mutation: You are dopey. (Int -2) [potion of
                  | mutation]
253130 | Depths:3 | Lost mutation: You are dopey. (Int -2) [potion of mutation]
253131 | Depths:3 | Gained mutation: You are robust. (+10% HP) [potion of
                  | mutation]
253132 | Depths:3 | Lost mutation: You are robust. (+10% HP) [potion of
                  | mutation]
253132 | Depths:3 | Gained mutation: Potions are less effective at restoring
                  | your health. [potion of mutation]
253133 | Depths:3 | Lost mutation: Potions are less effective at restoring your
                  | health. [potion of mutation]
253133 | Depths:3 | Gained mutation: You do not regenerate when monsters are
                  | visible. [potion of mutation]
253133 | Depths:3 | Gained mutation: You are agile. (Dex +4, Str/Int -1)
                  | [potion of mutation]
253133 | Depths:3 | Gained mutation: You are partially covered in large bone
                  | plates. (SH +4) [potion of mutation]
253133 | Depths:3 | Gained mutation: You have large cloven feet. [potion of
                  | mutation]
253134 | Depths:3 | Lost mutation: You do not regenerate when monsters are
                  | visible. [potion of mutation]
253134 | Depths:3 | Lost mutation: You are agile. (Dex +4, Str/Int -1) [potion
                  | of mutation]
253134 | Depths:3 | Lost mutation: You are partially covered in large bone
                  | plates. (SH +4) [potion of mutation]
253134 | Depths:3 | Gained mutation: Your flesh is cold resistant. (rC+)
                  | [potion of mutation]
253134 | Depths:3 | Gained mutation: You expend magic power (3 MP) to
                  | strengthen your wands. [potion of mutation]
253135 | Depths:3 | Lost mutation: Your flesh is cold resistant. (rC+) [potion
                  | of mutation]
253135 | Depths:3 | Lost mutation: You expend magic power (3 MP) to strengthen
                  | your wands. [potion of mutation]
253135 | Depths:3 | Lost mutation: You have large cloven feet. [potion of
                  | mutation]
253135 | Depths:3 | Gained mutation: You have hidden genetic defects. [potion
                  | of mutation]
253135 | Depths:3 | Gained mutation: You are resistant to electric shocks.
                  | (rElec) [potion of mutation]
253136 | Depths:3 | Lost mutation: You are resistant to electric shocks.
                  | (rElec) [potion of mutation]
253136 | Depths:3 | Lost mutation: You have hidden genetic defects. [potion of
                  | mutation]
253136 | Depths:3 | Gained mutation: You are robust. (+10% HP) [potion of
                  | mutation]
253136 | Depths:3 | Gained mutation: You have hidden genetic defects. [potion
                  | of mutation]
253136 | Depths:3 | Lost mutation: You have hidden genetic defects. [potion of
                  | mutation]
253137 | Depths:3 | Lost mutation: You are robust. (+10% HP) [potion of
                  | mutation]
253137 | Depths:3 | Gained mutation: You have hidden genetic potential. [potion
                  | of mutation]
253138 | Depths:3 | Lost mutation: You have hidden genetic potential. [potion
                  | of mutation]
253138 | Depths:3 | Gained mutation: Your system is resistant to poisons.
                  | (rPois) [potion of mutation]
253138 | Depths:3 | Gained mutation: You expend magic power (3 MP) to
                  | strengthen your wands. [potion of mutation]
253139 | Depths:3 | Lost mutation: Your system is resistant to poisons. (rPois)
                  | [potion of mutation]
253139 | Depths:3 | Lost mutation: You expend magic power (3 MP) to strengthen
                  | your wands. [potion of mutation]
253139 | Depths:3 | Gained mutation: You have sharp fingernails. [potion of
                  | mutation]
253139 | Depths:3 | Gained mutation: You passively map a small area around you.
                  | [potion of mutation]
253140 | Depths:3 | Lost mutation: You have sharp fingernails. [potion of
                  | mutation]
253140 | Depths:3 | Lost mutation: You passively map a small area around you.
                  | [potion of mutation]
253140 | Depths:3 | Gained mutation: Your flesh is cold resistant. (rC+)
                  | [potion of mutation]
253140 | Depths:3 | Gained mutation: Your flesh is very cold resistant. (rC++)
                  | [potion of mutation]
253140 | Depths:3 | Lost mutation: Your flesh is very cold resistant. (rC++)
                  | [potion of mutation]
253140 | Depths:3 | Gained mutation: You have a somewhat thin skeletal
                  | structure. (Dex +2, Stealth+) [potion of mutation]
253141 | Depths:3 | Lost mutation: You have a somewhat thin skeletal structure.
                  | (Dex +2, Stealth+) [potion of mutation]
253141 | Depths:3 | Lost mutation: Your flesh is cold resistant. (rC+) [potion
                  | of mutation]
253141 | Depths:3 | Gained mutation: Your magical capacity is low. (-10% MP)
                  | [potion of mutation]
253141 | Depths:3 | Gained mutation: You are somewhat resistant to further
                  | mutation. [potion of mutation]
253142 | Depths:3 | Lost mutation: Your magical capacity is low. (-10% MP)
                  | [potion of mutation]
253142 | Depths:3 | Lost mutation: You are somewhat resistant to further
                  | mutation. [potion of mutation]
253142 | Depths:3 | Gained mutation: Your system is resistant to poisons.
                  | (rPois) [potion of mutation]
253142 | Depths:3 | Gained mutation: You expend magic power (3 MP) to
                  | strengthen your wands. [potion of mutation]
253142 | Depths:3 | Gained mutation: Armour fits poorly on your strangely
                  | shaped body. [potion of mutation]
253142 | Depths:3 | Gained mutation: You are agile. (Dex +4, Str/Int -1)
                  | [potion of mutation]
253143 | Depths:3 | Lost mutation: You are agile. (Dex +4, Str/Int -1) [potion
                  | of mutation]
253143 | Depths:3 | Lost mutation: You expend magic power (3 MP) to strengthen
                  | your wands. [potion of mutation]
253143 | Depths:3 | Gained mutation: Your flesh is cold resistant. (rC+)
                  | [potion of mutation]
253143 | Depths:3 | Gained mutation: You are weak. (Str -2) [potion of
                  | mutation]
253143 | Depths:3 | Gained mutation: Your flesh is heat resistant. (rF+)
                  | [potion of mutation]
253143 | Depths:3 | Gained mutation: Your flesh is very cold resistant. (rC++)
                  | [potion of mutation]
253144 | Depths:3 | Lost mutation: You are weak. (Str -2) [potion of mutation]
253144 | Depths:3 | Lost mutation: Your flesh is very cold resistant. (rC++)
                  | [potion of mutation]
253144 | Depths:3 | Lost mutation: Your system is resistant to poisons. (rPois)
                  | [potion of mutation]
253144 | Depths:3 | Gained mutation: You have large cloven feet. [potion of
                  | mutation]
253145 | Depths:3 | Lost mutation: Armour fits poorly on your strangely shaped
                  | body. [potion of mutation]
253145 | Depths:3 | Lost mutation: Your flesh is cold resistant. (rC+) [potion
                  | of mutation]
253145 | Depths:3 | Gained mutation: You occasionally shout uncontrollably at
                  | your foes. [potion of mutation]
253145 | Depths:3 | Gained mutation: A frigid envelope surrounds you and
                  | freezes all who hurt you. [potion of mutation]
253146 | Depths:3 | Lost mutation: You occasionally shout uncontrollably at
                  | your foes. [potion of mutation]
253146 | Depths:3 | Lost mutation: Your flesh is heat resistant. (rF+) [potion
                  | of mutation]
253146 | Depths:3 | Lost mutation: You have large cloven feet. [potion of
                  | mutation]
253146 | Depths:3 | Gained mutation: You do not regenerate when monsters are
                  | visible. [potion of mutation]
253146 | Depths:3 | Gained mutation: You expend magic power (3 MP) to
                  | strengthen your wands. [potion of mutation]
253147 | Depths:3 | Lost mutation: You do not regenerate when monsters are
                  | visible. [potion of mutation]
253147 | Depths:3 | Lost mutation: A frigid envelope surrounds you and freezes
                  | all who hurt you. [potion of mutation]
253147 | Depths:3 | Lost mutation: You expend magic power (3 MP) to strengthen
                  | your wands. [potion of mutation]
253147 | Depths:3 | Gained mutation: Potions are less effective at restoring
                  | your health. [potion of mutation]
253148 | Depths:3 | Lost mutation: Potions are less effective at restoring your
                  | health. [potion of mutation]
253148 | Depths:3 | Gained mutation: Your muscles are strong. (Str +4, Int/Dex
                  | -1) [potion of mutation]
253148 | Depths:3 | Gained mutation: Your spells are a little harder to cast,
                  | but a little more powerful. [potion of mutation]
253149 | Depths:3 | Lost mutation: Your spells are a little harder to cast, but
                  | a little more powerful. [potion of mutation]
253149 | Depths:3 | Lost mutation: Your muscles are strong. (Str +4, Int/Dex
                  | -1) [potion of mutation]
253149 | Depths:3 | Gained mutation: You have hidden genetic potential. [potion
                  | of mutation]
253149 | Depths:3 | Gained mutation: Your skin changes colour to match your
                  | surroundings (Stealth+). [potion of mutation]
253150 | Depths:3 | Lost mutation: You have hidden genetic potential. [potion
                  | of mutation]
253150 | Depths:3 | Lost mutation: Your skin changes colour to match your
                  | surroundings (Stealth+). [potion of mutation]
253150 | Depths:3 | Gained mutation: You occasionally lose the ability to drink
                  | potions when taking damage. [potion of mutation]
253150 | Depths:3 | Gained mutation: You are robust. (+10% HP) [potion of
                  | mutation]
253150 | Depths:3 | Gained mutation: You are weak. (Str -2) [potion of
                  | mutation]
253151 | Depths:3 | Lost mutation: You are weak. (Str -2) [potion of mutation]
253151 | Depths:3 | Lost mutation: You are robust. (+10% HP) [potion of
                  | mutation]
253151 | Depths:3 | Gained mutation: You have a somewhat thin skeletal
                  | structure. (Dex +2, Stealth+) [potion of mutation]
253151 | Depths:3 | Gained mutation: Your mind is acute. (Int +4, Str/Dex -1)
                  | [potion of mutation]
253151 | Depths:3 | Gained mutation: Your mind is very acute. (Int +8, Str/Dex
                  | -2) [potion of mutation]
253151 | Depths:3 | Gained mutation: You possess an exceptional clarity of
                  | mind. [potion of mutation]
253152 | Depths:3 | Lost mutation: Your mind is very acute. (Int +8, Str/Dex
                  | -2) [potion of mutation]
253152 | Depths:3 | Lost mutation: You have a somewhat thin skeletal structure.
                  | (Dex +2, Stealth+) [potion of mutation]
253152 | Depths:3 | Lost mutation: You possess an exceptional clarity of mind.
                  | [potion of mutation]
253152 | Depths:3 | Gained mutation: Your spells are a little easier to cast,
                  | but a little less powerful. [potion of mutation]
253152 | Depths:3 | Gained mutation: You are partially covered in large bone
                  | plates. (SH +4) [potion of mutation]
253152 | Depths:3 | Lost mutation: Your spells are a little easier to cast, but
                  | a little less powerful. [potion of mutation]
253153 | Depths:3 | Lost mutation: Your mind is acute. (Int +4, Str/Dex -1)
                  | [potion of mutation]
253153 | Depths:3 | Lost mutation: You occasionally lose the ability to drink
                  | potions when taking damage. [potion of mutation]
253153 | Depths:3 | Gained mutation: You have very sharp teeth. [potion of
                  | mutation]
253153 | Depths:3 | Gained mutation: Your mind is acute. (Int +4, Str/Dex -1)
                  | [potion of mutation]
253154 | Depths:3 | Lost mutation: You are partially covered in large bone
                  | plates. (SH +4) [potion of mutation]
253154 | Depths:3 | Lost mutation: You have very sharp teeth. [potion of
                  | mutation]
253154 | Depths:3 | Lost mutation: Your mind is acute. (Int +4, Str/Dex -1)
                  | [potion of mutation]
253154 | Depths:3 | Gained mutation: You passively map a small area around you.
                  | [potion of mutation]
253154 | Depths:3 | Gained mutation: You are agile. (Dex +4, Str/Int -1)
                  | [potion of mutation]
253154 | Depths:3 | Gained mutation: You have sharp toenails. [potion of
                  | mutation]
253155 | Depths:3 | Lost mutation: You passively map a small area around you.
                  | [potion of mutation]
253155 | Depths:3 | Lost mutation: You have sharp toenails. [potion of
                  | mutation]
253155 | Depths:3 | Gained mutation: Your magical capacity is low. (-10% MP)
                  | [potion of mutation]
253156 | Depths:3 | Lost mutation: Your magical capacity is low. (-10% MP)
                  | [potion of mutation]
253156 | Depths:3 | Lost mutation: You are agile. (Dex +4, Str/Int -1) [potion
                  | of mutation]
253156 | Depths:3 | Gained mutation: You have hidden genetic potential. [potion
                  | of mutation]
253157 | Depths:3 | Lost mutation: You have hidden genetic potential. [potion
                  | of mutation]
253157 | Depths:3 | Gained mutation: Your flesh is heat resistant. (rF+)
                  | [potion of mutation]
253157 | Depths:3 | Gained mutation: You are somewhat resistant to further
                  | mutation. [potion of mutation]
253158 | Depths:3 | Lost mutation: Your flesh is heat resistant. (rF+) [potion
                  | of mutation]
253158 | Depths:3 | Lost mutation: You are somewhat resistant to further
                  | mutation. [potion of mutation]
253158 | Depths:3 | Gained mutation: You are somewhat resistant to further
                  | mutation. [potion of mutation]
253158 | Depths:3 | Gained mutation: You expend magic power (3 MP) to
                  | strengthen your wands. [potion of mutation]
253158 | Depths:3 | Gained mutation: You are resistant to electric shocks.
                  | (rElec) [potion of mutation]
253159 | Depths:3 | Lost mutation: You are somewhat resistant to further
                  | mutation. [potion of mutation]
253159 | Depths:3 | Lost mutation: You expend magic power (3 MP) to strengthen
                  | your wands. [potion of mutation]
253159 | Depths:3 | Lost mutation: You are resistant to electric shocks.
                  | (rElec) [potion of mutation]
253159 | Depths:3 | Gained mutation: You possess an exceptional clarity of
                  | mind. [potion of mutation]
253159 | Depths:3 | Gained mutation: You are vulnerable to cold. (rC-) [potion
                  | of mutation]
253159 | Depths:3 | Gained mutation: You are strong-willed. (Will+) [potion of
                  | mutation]
253160 | Depths:3 | Lost mutation: You are vulnerable to cold. (rC-) [potion of
                  | mutation]
253160 | Depths:3 | Lost mutation: You are strong-willed. (Will+) [potion of
                  | mutation]
253160 | Depths:3 | Gained mutation: Potions are less effective at restoring
                  | your health. [potion of mutation]
253160 | Depths:3 | Gained mutation: You are occasionally teleported next to
                  | monsters. [potion of mutation]
253160 | Depths:3 | Gained mutation: You are frail. (-10% HP) [potion of
                  | mutation]
253160 | Depths:3 | Gained mutation: You are somewhat resistant to further
                  | mutation. [potion of mutation]
253161 | Depths:3 | Lost mutation: Potions are less effective at restoring your
                  | health. [potion of mutation]
253161 | Depths:3 | Lost mutation: You possess an exceptional clarity of mind.
                  | [potion of mutation]
253161 | Depths:3 | Lost mutation: You are frail. (-10% HP) [potion of
                  | mutation]
253162 | Depths:3 | Lost mutation: You are somewhat resistant to further
                  | mutation. [potion of mutation]
253162 | Depths:3 | Lost mutation: You are occasionally teleported next to
                  | monsters. [potion of mutation]
253162 | Depths:3 | Gained mutation: Your body sometimes deteriorates upon
                  | taking damage. [potion of mutation]
253162 | Depths:3 | Gained mutation: You are agile. (Dex +4, Str/Int -1)
                  | [potion of mutation]
253163 | Depths:3 | Lost mutation: Your body sometimes deteriorates upon taking
                  | damage. [potion of mutation]
253163 | Depths:3 | Lost mutation: You are agile. (Dex +4, Str/Int -1) [potion
                  | of mutation]
253163 | Depths:3 | Gained mutation: You passively dampen the noise of your
                  | surroundings. [potion of mutation]
253163 | Depths:3 | Gained mutation: You have a somewhat thin skeletal
                  | structure. (Dex +2, Stealth+) [potion of mutation]
253163 | Depths:3 | Gained mutation: Your spells are a little harder to cast,
                  | but a little more powerful. [potion of mutation]
253164 | Depths:3 | Lost mutation: You have a somewhat thin skeletal structure.
                  | (Dex +2, Stealth+) [potion of mutation]
253164 | Depths:3 | Lost mutation: Your spells are a little harder to cast, but
                  | a little more powerful. [potion of mutation]
253164 | Depths:3 | Gained mutation: You have sharp toenails. [potion of
                  | mutation]
253164 | Depths:3 | Gained mutation: Your spells are a little harder to cast,
                  | but a little more powerful. [potion of mutation]
253165 | Depths:3 | Lost mutation: Your spells are a little harder to cast, but
                  | a little more powerful. [potion of mutation]
253165 | Depths:3 | Lost mutation: You passively dampen the noise of your
                  | surroundings. [potion of mutation]
253165 | Depths:3 | Lost mutation: You have sharp toenails. [potion of
                  | mutation]
253165 | Depths:3 | Gained mutation: You have large cloven feet. [potion of
                  | mutation]
253166 | Depths:3 | Lost mutation: You have large cloven feet. [potion of
                  | mutation]
253166 | Depths:3 | Gained mutation: You occasionally lose the ability to drink
                  | potions when taking damage. [potion of mutation]
253167 | Depths:3 | Lost mutation: You occasionally lose the ability to drink
                  | potions when taking damage. [potion of mutation]
253167 | Depths:3 | Gained mutation: Your magical capacity is low. (-10% MP)
                  | [potion of mutation]
253167 | Depths:3 | Gained mutation: You have hidden genetic potential. [potion
                  | of mutation]
253167 | Depths:3 | Gained mutation: You expend magic power (3 MP) to
                  | strengthen your wands. [potion of mutation]
253167 | Depths:3 | Gained mutation: You passively map a small area around you.
                  | [potion of mutation]
253168 | Depths:3 | Lost mutation: You have hidden genetic potential. [potion
                  | of mutation]
253168 | Depths:3 | Lost mutation: Your magical capacity is low. (-10% MP)
                  | [potion of mutation]
253169 | Depths:3 | Lost mutation: You passively map a small area around you.
                  | [potion of mutation]
253169 | Depths:3 | Lost mutation: You expend magic power (3 MP) to strengthen
                  | your wands. [potion of mutation]
253169 | Depths:3 | Gained mutation: You are somewhat resistant to further
                  | mutation. [potion of mutation]
253170 | Depths:3 | Lost mutation: You are somewhat resistant to further
                  | mutation. [potion of mutation]
253170 | Depths:3 | Gained mutation: You occasionally lose the ability to read
                  | scrolls when taking damage. [potion of mutation]
253170 | Depths:3 | Lost mutation: You occasionally lose the ability to read
                  | scrolls when taking damage. [potion of mutation]
253170 | Depths:3 | Gained mutation: You have hidden genetic defects. [potion
                  | of mutation]
253171 | Depths:3 | Lost mutation: You have hidden genetic defects. [potion of
                  | mutation]
253171 | Depths:3 | Gained mutation: You are agile. (Dex +4, Str/Int -1)
                  | [potion of mutation]
253171 | Depths:3 | Gained mutation: You possess an exceptional clarity of
                  | mind. [potion of mutation]
253171 | Depths:3 | Gained mutation: You are robust. (+10% HP) [potion of
                  | mutation]
253171 | Depths:3 | Gained mutation: You are strong-willed. (Will+) [potion of
                  | mutation]
253172 | Depths:3 | Lost mutation: You are robust. (+10% HP) [potion of
                  | mutation]
253172 | Depths:3 | Lost mutation: You are strong-willed. (Will+) [potion of
                  | mutation]
253172 | Depths:3 | Gained mutation: You expend magic power (3 MP) to
                  | strengthen your wands. [potion of mutation]
253172 | Depths:3 | Gained mutation: You have large cloven feet. [potion of
                  | mutation]
253172 | Depths:3 | Gained mutation: A frigid envelope surrounds you and
                  | freezes all who hurt you. [potion of mutation]
253173 | Depths:3 | Lost mutation: You possess an exceptional clarity of mind.
                  | [potion of mutation]
253173 | Depths:3 | Lost mutation: You have large cloven feet. [potion of
                  | mutation]
253173 | Depths:3 | Lost mutation: You are agile. (Dex +4, Str/Int -1) [potion
                  | of mutation]
253173 | Depths:3 | Gained mutation: Your system is resistant to poisons.
                  | (rPois) [potion of mutation]
253173 | Depths:3 | Gained mutation: You are frail. (-10% HP) [potion of
                  | mutation]
253173 | Depths:3 | Gained mutation: You have sharp fingernails. [potion of
                  | mutation]
253174 | Depths:3 | Lost mutation: You expend magic power (3 MP) to strengthen
                  | your wands. [potion of mutation]
253174 | Depths:3 | Lost mutation: A frigid envelope surrounds you and freezes
                  | all who hurt you. [potion of mutation]
253174 | Depths:3 | Lost mutation: You have sharp fingernails. [potion of
                  | mutation]
253174 | Depths:3 | Gained mutation: Your flesh is heat resistant. (rF+)
                  | [potion of mutation]
253174 | Depths:3 | Lost mutation: Your flesh is heat resistant. (rF+) [potion
                  | of mutation]
253174 | Depths:3 | Lost mutation: You are frail. (-10% HP) [potion of
                  | mutation]
253175 | Depths:3 | Lost mutation: Your system is resistant to poisons. (rPois)
                  | [potion of mutation]
253175 | Depths:3 | Gained mutation: You have a somewhat thin skeletal
                  | structure. (Dex +2, Stealth+) [potion of mutation]
253175 | Depths:3 | Gained mutation: Your mind is acute. (Int +4, Str/Dex -1)
                  | [potion of mutation]
253176 | Depths:3 | Lost mutation: Your mind is acute. (Int +4, Str/Dex -1)
                  | [potion of mutation]
253176 | Depths:3 | Lost mutation: You have a somewhat thin skeletal structure.
                  | (Dex +2, Stealth+) [potion of mutation]
253176 | Depths:3 | Gained mutation: Your muscles are strong. (Str +4, Int/Dex
                  | -1) [potion of mutation]
253176 | Depths:3 | Gained mutation: Your spells are a little harder to cast,
                  | but a little more powerful. [potion of mutation]
253177 | Depths:3 | Lost mutation: Your muscles are strong. (Str +4, Int/Dex
                  | -1) [potion of mutation]
253177 | Depths:3 | Lost mutation: Your spells are a little harder to cast, but
                  | a little more powerful. [potion of mutation]
253177 | Depths:3 | Gained mutation: Your mind is acute. (Int +4, Str/Dex -1)
                  | [potion of mutation]
253178 | Depths:3 | Lost mutation: Your mind is acute. (Int +4, Str/Dex -1)
                  | [potion of mutation]
253178 | Depths:3 | Gained mutation: You do not regenerate when monsters are
                  | visible. [potion of mutation]
253178 | Depths:3 | Gained mutation: You expend magic power (3 MP) to
                  | strengthen your wands. [potion of mutation]
253178 | Depths:3 | Gained mutation: You occasionally lose the ability to drink
                  | potions when taking damage. [potion of mutation]
253179 | Depths:3 | Lost mutation: You expend magic power (3 MP) to strengthen
                  | your wands. [potion of mutation]
253179 | Depths:3 | Lost mutation: You occasionally lose the ability to drink
                  | potions when taking damage. [potion of mutation]
253179 | Depths:3 | Lost mutation: You do not regenerate when monsters are
                  | visible. [potion of mutation]
253179 | Depths:3 | Gained mutation: You are strong-willed. (Will+) [potion of
                  | mutation]
253179 | Depths:3 | Gained mutation: You have sharp toenails. [potion of
                  | mutation]
253180 | Depths:3 | Lost mutation: You have sharp toenails. [potion of
                  | mutation]
253180 | Depths:3 | Lost mutation: You are strong-willed. (Will+) [potion of
                  | mutation]
253180 | Depths:3 | Gained mutation: You have an increased reservoir of magic.
                  | (+10% MP) [potion of mutation]
253180 | Depths:3 | Gained mutation: You are vulnerable to cold. (rC-) [potion
                  | of mutation]
253181 | Depths:3 | Lost mutation: You are vulnerable to cold. (rC-) [potion of
                  | mutation]
253181 | Depths:3 | Lost mutation: You have an increased reservoir of magic.
                  | (+10% MP) [potion of mutation]
253181 | Depths:3 | Gained mutation: Armour fits poorly on your strangely
                  | shaped body. [potion of mutation]
253181 | Depths:3 | Gained mutation: You are strong-willed. (Will+) [potion of
                  | mutation]
253181 | Depths:3 | Gained mutation: You passively dampen the noise of your
                  | surroundings. [potion of mutation]
253181 | Depths:3 | Gained mutation: You have hidden genetic potential. [potion
                  | of mutation]
253182 | Depths:3 | Lost mutation: Armour fits poorly on your strangely shaped
                  | body. [potion of mutation]
253182 | Depths:3 | Lost mutation: You passively dampen the noise of your
                  | surroundings. [potion of mutation]
253182 | Depths:3 | Gained mutation: Your body sometimes deteriorates upon
                  | taking damage. [potion of mutation]
253183 | Depths:3 | Lost mutation: Your body sometimes deteriorates upon taking
                  | damage. [potion of mutation]
253183 | Depths:3 | Lost mutation: You have hidden genetic potential. [potion
                  | of mutation]
253183 | Depths:3 | Lost mutation: You are strong-willed. (Will+) [potion of
                  | mutation]
253183 | Depths:3 | Gained mutation: Your spells are a little harder to cast,
                  | but a little more powerful. [potion of mutation]
253183 | Depths:3 | Gained mutation: You occasionally lose the ability to read
                  | scrolls when taking damage. [potion of mutation]
253184 | Depths:3 | Lost mutation: You occasionally lose the ability to read
                  | scrolls when taking damage. [potion of mutation]
253184 | Depths:3 | Lost mutation: Your spells are a little harder to cast, but
                  | a little more powerful. [potion of mutation]
253184 | Depths:3 | Gained mutation: You are agile. (Dex +4, Str/Int -1)
                  | [potion of mutation]
253184 | Depths:3 | Gained mutation: A frigid envelope surrounds you and
                  | freezes all who hurt you. [potion of mutation]
253184 | Depths:3 | Gained mutation: Your flesh is cold resistant. (rC+)
                  | [potion of mutation]
253185 | Depths:3 | Lost mutation: Your flesh is cold resistant. (rC+) [potion
                  | of mutation]
253185 | Depths:3 | Lost mutation: You are agile. (Dex +4, Str/Int -1) [potion
                  | of mutation]
253185 | Depths:3 | Gained mutation: You are clumsy. (Dex -2) [potion of
                  | mutation]
253185 | Depths:3 | Gained mutation: Your spells are a little easier to cast,
                  | but a little less powerful. [potion of mutation]
253185 | Depths:3 | Gained mutation: Armour fits poorly on your strangely
                  | shaped body. [potion of mutation]
253185 | Depths:3 | Gained mutation: You are strong-willed. (Will+) [potion of
                  | mutation]
253186 | Depths:3 | Lost mutation: You are clumsy. (Dex -2) [potion of
                  | mutation]
253186 | Depths:3 | Lost mutation: A frigid envelope surrounds you and freezes
                  | all who hurt you. [potion of mutation]
253186 | Depths:3 | Lost mutation: You are strong-willed. (Will+) [potion of
                  | mutation]
253186 | Depths:3 | Gained mutation: You are covered in fur. (AC +1) [potion of
                  | mutation]
253186 | Depths:3 | Gained mutation: You are weak. (Str -2) [potion of
                  | mutation]
253186 | Depths:3 | Gained mutation: You are agile. (Dex +4, Str/Int -1)
                  | [potion of mutation]
253186 | Depths:3 | Gained mutation: Your mind is acute. (Int +4, Str/Dex -1)
                  | [potion of mutation]
253187 | Depths:3 | Lost mutation: You are agile. (Dex +4, Str/Int -1) [potion
                  | of mutation]
253187 | Depths:3 | Lost mutation: Armour fits poorly on your strangely shaped
                  | body. [potion of mutation]
253187 | Depths:3 | Lost mutation: You are covered in fur. (AC +1) [potion of
                  | mutation]
253187 | Depths:3 | Gained mutation: You possess an exceptional clarity of
                  | mind. [potion of mutation]
253187 | Depths:3 | Gained mutation: You are resistant to electric shocks.
                  | (rElec) [potion of mutation]
253188 | Depths:3 | Lost mutation: You possess an exceptional clarity of mind.
                  | [potion of mutation]
253188 | Depths:3 | Lost mutation: Your spells are a little easier to cast, but
                  | a little less powerful. [potion of mutation]
253188 | Depths:3 | Gained mutation: You are very weak. (Str -4) [potion of
                  | mutation]
253188 | Depths:3 | Gained mutation: You have sharp toenails. [potion of
                  | mutation]
253189 | Depths:3 | Lost mutation: You have sharp toenails. [potion of
                  | mutation]
253189 | Depths:3 | Lost mutation: You are very weak. (Str -4) [potion of
                  | mutation]
253189 | Depths:3 | Gained mutation: You are clumsy. (Dex -2) [potion of
                  | mutation]
253189 | Depths:3 | Gained mutation: You are strong-willed. (Will+) [potion of
                  | mutation]
253190 | Depths:3 | Lost mutation: You are weak. (Str -2) [potion of mutation]
253190 | Depths:3 | Lost mutation: You are resistant to electric shocks.
                  | (rElec) [potion of mutation]
253190 | Depths:3 | Lost mutation: You are strong-willed. (Will+) [potion of
                  | mutation]
253190 | Depths:3 | Gained mutation: Potions are less effective at restoring
                  | your health. [potion of mutation]
253191 | Depths:3 | Lost mutation: You are clumsy. (Dex -2) [potion of
                  | mutation]
253191 | Depths:3 | Lost mutation: Potions are less effective at restoring your
                  | health. [potion of mutation]
253191 | Depths:3 | Lost mutation: Your mind is acute. (Int +4, Str/Dex -1)
                  | [potion of mutation]
253191 | Depths:3 | Gained mutation: You occasionally lose the ability to read
                  | scrolls when taking damage. [potion of mutation]
253191 | Depths:3 | Gained mutation: A frigid envelope surrounds you and
                  | freezes all who hurt you. [potion of mutation]
253192 | Depths:3 | Lost mutation: You occasionally lose the ability to read
                  | scrolls when taking damage. [potion of mutation]
253192 | Depths:3 | Lost mutation: A frigid envelope surrounds you and freezes
                  | all who hurt you. [potion of mutation]
253192 | Depths:3 | Gained mutation: Your flesh is cold resistant. (rC+)
                  | [potion of mutation]
253193 | Depths:3 | Lost mutation: Your flesh is cold resistant. (rC+) [potion
                  | of mutation]
253193 | Depths:3 | Gained mutation: You expend magic power (3 MP) to
                  | strengthen your wands. [potion of mutation]
253193 | Depths:3 | Gained mutation: You have an increased reservoir of magic.
                  | (+10% MP) [potion of mutation]
253194 | Depths:3 | Lost mutation: You expend magic power (3 MP) to strengthen
                  | your wands. [potion of mutation]
253194 | Depths:3 | Lost mutation: You have an increased reservoir of magic.
                  | (+10% MP) [potion of mutation]
253194 | Depths:3 | Gained mutation: Your spells are a little harder to cast,
                  | but a little more powerful. [potion of mutation]
253194 | Depths:3 | Lost mutation: Your spells are a little harder to cast, but
                  | a little more powerful. [potion of mutation]
253195 | Depths:3 | Gained mutation: You are covered in fur. (AC +1) [potion of
                  | mutation]
253195 | Depths:3 | Gained mutation: You are occasionally teleported next to
                  | monsters. [potion of mutation]
253195 | Depths:3 | Gained mutation: You have sharp fingernails. [potion of
                  | mutation]
253196 | Depths:3 | Lost mutation: You are covered in fur. (AC +1) [potion of
                  | mutation]
253196 | Depths:3 | Lost mutation: You are occasionally teleported next to
                  | monsters. [potion of mutation]
253196 | Depths:3 | Lost mutation: You have sharp fingernails. [potion of
                  | mutation]
253196 | Depths:3 | Gained mutation: You have hidden genetic defects. [potion
                  | of mutation]
253196 | Depths:3 | Gained mutation: You have an increased reservoir of magic.
                  | (+10% MP) [potion of mutation]
253197 | Depths:3 | Lost mutation: You have hidden genetic defects. [potion of
                  | mutation]
253197 | Depths:3 | Lost mutation: You have an increased reservoir of magic.
                  | (+10% MP) [potion of mutation]
253197 | Depths:3 | Gained mutation: You passively map a small area around you.
                  | [potion of mutation]
253197 | Depths:3 | Gained mutation: You passively map the area around you.
                  | [potion of mutation]
253197 | Depths:3 | Gained mutation: Your system is resistant to poisons.
                  | (rPois) [potion of mutation]
253198 | Depths:3 | Lost mutation: You passively map the area around you.
                  | [potion of mutation]
253198 | Depths:3 | Lost mutation: Your system is resistant to poisons. (rPois)
                  | [potion of mutation]
253198 | Depths:3 | Lost mutation: You passively map a small area around you.
                  | [potion of mutation]
253198 | Depths:3 | Gained mutation: You sometimes lose your temper in combat.
                  | [potion of mutation]
253198 | Depths:3 | Gained mutation: You do not regenerate when monsters are
                  | visible. [potion of mutation]
253198 | Depths:3 | Lost mutation: You do not regenerate when monsters are
                  | visible. [potion of mutation]
253198 | Depths:3 | Lost mutation: You sometimes lose your temper in combat.
                  | [potion of mutation]
253199 | Depths:3 | Gained mutation: You are strong-willed. (Will+) [potion of
                  | mutation]
253199 | Depths:3 | Gained mutation: You have sharp fingernails. [potion of
                  | mutation]
253200 | Depths:3 | Lost mutation: You have sharp fingernails. [potion of
                  | mutation]
253200 | Depths:3 | Lost mutation: You are strong-willed. (Will+) [potion of
                  | mutation]
253200 | Depths:3 | Gained mutation: You are occasionally teleported next to
                  | monsters. [potion of mutation]
253200 | Depths:3 | Gained mutation: A frigid envelope surrounds you and
                  | freezes all who hurt you. [potion of mutation]
253201 | Depths:3 | Lost mutation: You are occasionally teleported next to
                  | monsters. [potion of mutation]
253201 | Depths:3 | Lost mutation: A frigid envelope surrounds you and freezes
                  | all who hurt you. [potion of mutation]
253201 | Depths:3 | Gained mutation: You are robust. (+10% HP) [potion of
                  | mutation]
253201 | Depths:3 | Gained mutation: Your mind is acute. (Int +4, Str/Dex -1)
                  | [potion of mutation]
253201 | Depths:3 | Gained mutation: You are very robust. (+20% HP) [potion of
                  | mutation]
253475 | Zig:1    | Entered Level 1 of a ziggurat
253558 | Zig:2    | Entered Level 2 of a ziggurat
253559 | Zig:2    | Noticed a juggernaut
253560 | Zig:2    | Noticed a juggernaut
253563 | Zig:2    | Noticed a juggernaut
253566 | Zig:2    | Killed a juggernaut
253566 | Zig:2    | Killed a juggernaut
253568 | Zig:2    | Killed a juggernaut
253663 | Zig:2    | Identified the +0 ring mail of Impatience {rC+ Str+3
                  | Slay+2}
253696 | Zig:3    | Entered Level 3 of a ziggurat
253885 | Zig:4    | Entered Level 4 of a ziggurat
254058 | Zig:4    | Identified the +2 great sword "Casih" {freeze, *Slow rElec
                  | rN+++ Int-2}
254069 | Zig:5    | Entered Level 5 of a ziggurat
254074 | Zig:5    | Noticed an ancient lich
254080 | Zig:5    | Killed an ancient lich
254211 | Zig:5    | Identified the +0 kite shield of Guph {rC+ rN+ Str+3}
254213 | Zig:5    | Identified the staff "Ediching" {*Slow rElec Str+2 Dex+6
                  | Earth}
254219 | Zig:5    | Identified the +0 plate armour of Pandemonium {rElec}
254220 | Zig:5    | Identified the ring "Coiguhuv" {rN+ Int+6}
254222 | Zig:5    | Identified the amulet "Zyurr" {RegenMP rPois}
254236 | Zig:5    | Identified the +5 lajatang "Janaafoh" {holy, Str+2}
254250 | Zig:5    | Identified the +4 great sword "Ytiagor" {elec, Drain rC+++
                  | rCorr MP+9}
254368 | Zig:6    | Entered Level 6 of a ziggurat
254368 | Zig:6    | Noticed an ancient lich
254368 | Zig:6    | Noticed an ancient lich
254368 | Zig:6    | Noticed an ancient lich
254368 | Zig:6    | Noticed a dread lich
254368 | Zig:6    | Noticed an ancient lich
254368 | Zig:6    | Noticed a dread lich
254368 | Zig:6    | Noticed an ancient lich
254370 | Zig:6    | Noticed an ancient lich
254370 | Zig:6    | Noticed an ancient lich
254371 | Zig:6    | Killed an ancient lich
254371 | Zig:6    | Killed an ancient lich
254371 | Zig:6    | Killed an ancient lich
254371 | Zig:6    | Killed an ancient lich
254371 | Zig:6    | Killed a dread lich
254371 | Zig:6    | Killed an ancient lich
254371 | Zig:6    | Killed a dread lich
254371 | Zig:6    | Noticed a dread lich
254373 | Zig:6    | Noticed an ancient lich
254375 | Zig:6    | Noticed a dread lich
254375 | Zig:6    | Killed an ancient lich
254375 | Zig:6    | Killed an ancient lich
254375 | Zig:6    | Killed a dread lich
254376 | Zig:6    | Killed an ancient lich
254379 | Zig:6    | Killed a dread lich
254583 | Zig:6    | Identified the +6 lajatang "Worm's Wrath" {freeze, rCorr
                  | Dex+4}
254593 | Zig:6    | Identified the +10 chain mail of the Modern Spines {rN+
                  | Str+2 Int+4 Dex-3}
254639 | Zig:7    | Entered Level 7 of a ziggurat
254639 | Zig:7    | Noticed a royal mummy
254639 | Zig:7    | Noticed a royal mummy
254639 | Zig:7    | Noticed a royal mummy
254639 | Zig:7    | Noticed a royal mummy
254639 | Zig:7    | Noticed a royal mummy
254639 | Zig:7    | Noticed a royal mummy
254639 | Zig:7    | Noticed a royal mummy
254640 | Zig:7    | Killed a royal mummy
254640 | Zig:7    | Killed a royal mummy
254640 | Zig:7    | Killed a royal mummy
254640 | Zig:7    | Killed a royal mummy
254640 | Zig:7    | Killed a royal mummy
254640 | Zig:7    | Killed a royal mummy
254640 | Zig:7    | Killed a royal mummy
254641 | Zig:7    | Noticed a royal mummy
254641 | Zig:7    | Noticed a royal mummy
254644 | Zig:7    | Noticed a royal mummy
254644 | Zig:7    | Killed a royal mummy
254645 | Zig:7    | Noticed a royal mummy
254646 | Zig:7    | Noticed a royal mummy
254647 | Zig:7    | Found the crystal ball of Wucad Mu {*channel}
254647 | Zig:7    | Killed a royal mummy
254649 | Zig:7    | Killed a royal mummy
254650 | Zig:7    | Killed a royal mummy
254650 | Zig:7    | Killed a royal mummy
254784 | Zig:7    | Identified the +0 ring mail of Xiustram {rPois Regen+ Dex-3
                  | SInv}
254985 | Zig:8    | Entered Level 8 of a ziggurat
254995 | Zig:8    | Noticed Tocvij the pandemonium lord
254995 | Zig:8    | Killed Tocvij the pandemonium lord
255260 | Zig:8    | Identified the +0 ring mail of the Trombone {rN++ Str+2}
255271 | Zig:8    | Identified the +1 robe of Eternal Vigilance {Int+2}
255274 | Zig:8    | Acquired 507 gold pieces
255275 | Zig:8    | Acquired 517 gold pieces
255290 | Zig:9    | Entered Level 9 of a ziggurat
255463 | Zig:9    | Identified the +2 scale mail "Jont" {rC+}
255465 | Zig:9    | Identified the +7 lajatang of Atzimm {pain, rElec Int+3}
255467 | Zig:9    | Identified the +7 sling of Trauma {speed, +Blink rElec rC-
                  | Str+7}
255490 | Zig:9    | Identified the +7 lajatang "Keivasm" {holy, rPois Str+2}
255756 | Zig:10   | Entered Level 10 of a ziggurat
255756 | Zig:10   | Noticed an ancient lich
255756 | Zig:10   | Noticed a royal mummy
255756 | Zig:10   | Noticed a royal mummy
255756 | Zig:10   | Noticed a royal mummy
255757 | Zig:10   | Killed an ancient lich
255757 | Zig:10   | Killed a royal mummy
255757 | Zig:10   | Killed a royal mummy
255757 | Zig:10   | Killed a royal mummy
255758 | Zig:10   | Noticed a royal mummy
255759 | Zig:10   | Noticed a royal mummy
255760 | Zig:10   | Noticed a royal mummy
255762 | Zig:10   | Noticed a royal mummy
255762 | Zig:10   | Noticed a royal mummy
255762 | Zig:10   | Killed a royal mummy
255763 | Zig:10   | Noticed a royal mummy
255764 | Zig:10   | Noticed a royal mummy
255764 | Zig:10   | Noticed a royal mummy
255765 | Zig:10   | Killed a royal mummy
255765 | Zig:10   | Killed a royal mummy
255765 | Zig:10   | Killed a royal mummy
255765 | Zig:10   | Killed a royal mummy
255766 | Zig:10   | Killed a royal mummy
255766 | Zig:10   | Killed a royal mummy
255766 | Zig:10   | Killed a royal mummy
256013 | Zig:10   | Identified the +6 leather armour of Dishonour {rF+ Str+5}
256040 | Zig:10   | Identified the +9 flail of Destiny {venom, Drain rN+ Str+3}
256048 | Zig:10   | Identified the +3 ring mail of Fazanonk {rElec rF+ Regen+}
256104 | Zig:11   | Entered Level 11 of a ziggurat
256212 | Zig:11   | Identified the staff "Eghie" {rPois rF+ rC- rCorr Dex+4
                  | Fire}
256229 | Zig:11   | Identified the staff "Arbiter" {rElec Str+5 Air}
256245 | Zig:11   | Identified the +0 robe "Okhiy" {-Cast Str+4 SInv}
256284 | Zig:11   | Identified the staff "Jaulytt" {rElec rPois Earth}
256481 | Zig:12   | Entered Level 12 of a ziggurat
256495 | Zig:12   | Identified the ring of the King {rF+ rN+ rCorr Str+6}
256805 | Zig:12   | Identified the +9 orcbow of Xinik {freeze, rC+ rCorr Dex+3}
256809 | Zig:12   | Identified the ring of Ashenzari's Outrage {rElec EV+5
                  | Str+2}
256819 | Zig:12   | Identified the +1 scale mail of Gitraav {Int+4}
256856 | Zig:12   | Identified the +0 shortbow of Purpose {freeze, rElec Will+
                  | rCorr Str-5}
256870 | Zig:12   | Identified the +0 scale mail of Misanthropy {Fly rC++ Will+
                  | Str-3}
256876 | Zig:12   | Identified the +0 robe of the Pirate {rPois Dex+3}
256883 | Zig:12   | Identified the +3 leather armour "Wupiah" {rF- MP+9 Str-4
                  | Slay+6}
256885 | Zig:12   | Identified the +7 sling of Blood {flame, rElec Will+ Int+3}
256888 | Zig:12   | Identified the +4 dagger "Cojashim" {flame, *Slow Str+5
                  | Dex+5}
256895 | Zig:12   | Identified the ring of Naaf {rPois Will+ Int+2}
256918 | Zig:13   | Entered Level 13 of a ziggurat
257003 | Zig:13   | Identified the ring of Hiof {rPois rC++ Str+6 Int-5}
257009 | Zig:13   | Identified the +2 lajatang of Vyseffam {venom, Dex+3}
257024 | Zig:13   | Identified the +0 pair of boots of Minor Irritation {rF+
                  | rC+ Dex-2}
257026 | Zig:13   | Identified the +4 spear of the Burning Gods {vamp, Fragile
                  | rN++ SInv Stlth+}
257052 | Zig:13   | Identified the +4 spear of Yfoi {holy, rElec Will- Str+2
                  | Dex+5}
257073 | Zig:13   | Identified the +1 spear "Kiamahuo" {elec, rF+++ Str+2}
257080 | Zig:13   | Identified the +10 battleaxe "Jellybane" {elec, +Blink rF+}
257337 | Zig:14   | Entered Level 14 of a ziggurat
257693 | Zig:14   | Identified the +9 double sword of Victory {pain, Fragile
                  | +Blink Dex+3}
257694 | Zig:14   | Identified the +7 long sword of the Sun {venom, rN+}
257701 | Zig:14   | Identified the +7 longbow of Ogumodiqiu {antimagic, Will+
                  | Int+3 SInv}
257723 | Zig:14   | Identified the +6 chain mail of Generosity {Int+3 Dex+3
                  | SInv}
257766 | Zig:15   | Entered Level 15 of a ziggurat
257766 | Zig:15   | Noticed a juggernaut
257767 | Zig:15   | Killed a juggernaut
257768 | Zig:15   | Noticed a juggernaut
257769 | Zig:15   | Noticed a juggernaut
257771 | Zig:15   | Noticed a juggernaut
257772 | Zig:15   | Noticed a juggernaut
257777 | Zig:15   | Noticed a juggernaut
257778 | Zig:15   | Killed a juggernaut
257778 | Zig:15   | Killed a juggernaut
257778 | Zig:15   | Killed a juggernaut
257779 | Zig:15   | Killed a juggernaut
257779 | Zig:15   | Killed a juggernaut
257861 | Zig:15   | Identified the +1 lajatang "Hydraslayer" {elec, Dex+4}
257867 | Zig:15   | Identified the +2 leather armour "Buoqeb" {Int+4}
257900 | Zig:15   | Identified the staff "Ypitigot" {rC+ Dex+4 Ice}
257902 | Zig:15   | Identified the +2 cloak of Tenacity {Will+ Str+3}
257909 | Zig:15   | Identified the ring of Ziosyts {Wiz rElec Dex+2 Stlth+}
258215 | Zig:16   | Entered Level 16 of a ziggurat
258215 | Zig:16   | Noticed Jeopecs the pandemonium lord
258215 | Zig:16   | Noticed Mifua the pandemonium lord
258215 | Zig:16   | Noticed Hopn the pandemonium lord
258215 | Zig:16   | Noticed Geut Ram the pandemonium lord
258215 | Zig:16   | Noticed Imopni Fitiss the pandemonium lord
258215 | Zig:16   | Noticed Pyodghosch the pandemonium lord
258215 | Zig:16   | Noticed Plog the pandemonium lord
258215 | Zig:16   | Noticed Ideovelu the pandemonium lord
258215 | Zig:16   | Noticed Ciro the pandemonium lord
258215 | Zig:16   | Noticed Kiyb the pandemonium lord
258215 | Zig:16   | Noticed Tucon the pandemonium lord
258215 | Zig:16   | Noticed Beuvagof the pandemonium lord
258215 | Zig:16   | Noticed Genwuam the pandemonium lord
258215 | Zig:16   | Noticed Uxyurph the pandemonium lord
258215 | Zig:16   | Noticed Xoisext the pandemonium lord
258215 | Zig:16   | Noticed Nublizu the pandemonium lord
258215 | Zig:16   | Noticed Ackofil the pandemonium lord
258215 | Zig:16   | Noticed Gyrelith the pandemonium lord
258215 | Zig:16   | Noticed Juizitas the pandemonium lord
258215 | Zig:16   | Noticed Ataghi the pandemonium lord
258215 | Zig:16   | Noticed Abiy the pandemonium lord
258215 | Zig:16   | Noticed Bupnohuu the pandemonium lord
258216 | Zig:16   | Killed Ackofil the pandemonium lord
258216 | Zig:16   | Killed Ciro the pandemonium lord
258217 | Zig:16   | Killed Jeopecs the pandemonium lord
258217 | Zig:16   | Killed Ideovelu the pandemonium lord
258217 | Zig:16   | Killed Tucon the pandemonium lord
258217 | Zig:16   | Killed Oriomok the pandemonium lord
258217 | Zig:16   | Killed Mememarch the pandemonium lord
258217 | Zig:16   | Killed Genwuam the pandemonium lord
258217 | Zig:16   | Killed Nublizu the pandemonium lord
258217 | Zig:16   | Noticed Deowuusk the pandemonium lord
258217 | Zig:16   | Killed Hopn the pandemonium lord
258217 | Zig:16   | Killed Pesafud the pandemonium lord
258218 | Zig:16   | Killed Xoisext the pandemonium lord
258218 | Zig:16   | Killed Ataghi the pandemonium lord
258218 | Zig:16   | Killed Gyrelith the pandemonium lord
258218 | Zig:16   | Killed Plog the pandemonium lord
258218 | Zig:16   | Killed Pyodghosch the pandemonium lord
258218 | Zig:16   | Killed Geut Ram the pandemonium lord
258218 | Zig:16   | Killed Kiyb the pandemonium lord
258218 | Zig:16   | Killed Imopni Fitiss the pandemonium lord
258218 | Zig:16   | Noticed Deinoost the pandemonium lord
258218 | Zig:16   | Noticed Amafeat the pandemonium lord
258218 | Zig:16   | Noticed Yrchuc the pandemonium lord
258218 | Zig:16   | Noticed Kuuschor the pandemonium lord
258218 | Zig:16   | Noticed Nyesum the pandemonium lord
258218 | Zig:16   | Noticed Dilicuagurph the pandemonium lord
258218 | Zig:16   | Noticed Ochash the pandemonium lord
258218 | Zig:16   | Noticed Lunugad the pandemonium lord
258218 | Zig:16   | Noticed Suthreh the pandemonium lord
258218 | Zig:16   | Noticed Kyalu the pandemonium lord
258218 | Zig:16   | Noticed Giulagin the pandemonium lord
258218 | Zig:16   | Noticed Enusoducua the pandemonium lord
258218 | Zig:16   | Noticed Noc Popi the pandemonium lord
258218 | Zig:16   | Noticed Anuanih the pandemonium lord
258218 | Zig:16   | Noticed Iclohe the pandemonium lord
258218 | Zig:16   | Noticed Utuaf the pandemonium lord
258218 | Zig:16   | Noticed Rif Anoi the pandemonium lord
258218 | Zig:16   | Noticed Yttuth the pandemonium lord
258218 | Zig:16   | Noticed Ewuluodo the pandemonium lord
258218 | Zig:16   | Noticed Viot the pandemonium lord
258218 | Zig:16   | Noticed Leok Onni the pandemonium lord
258218 | Zig:16   | Noticed Kony Ibaq the pandemonium lord
258218 | Zig:16   | Noticed Satet the pandemonium lord
258218 | Zig:16   | Noticed Qutun the pandemonium lord
258219 | Zig:16   | Killed Mifua the pandemonium lord
258219 | Zig:16   | Noticed Xemmab the pandemonium lord
258220 | Zig:16   | Killed Ochash the pandemonium lord
258220 | Zig:16   | Killed Ewuluodo the pandemonium lord
258220 | Zig:16   | Killed Abiy the pandemonium lord
258220 | Zig:16   | Killed Amafeat the pandemonium lord
258220 | Zig:16   | Killed Lunugad the pandemonium lord
258220 | Zig:16   | Killed Kyalu the pandemonium lord
258220 | Zig:16   | Killed Rif Anoi the pandemonium lord
258220 | Zig:16   | Killed Iclohe the pandemonium lord
258220 | Zig:16   | Killed Qutun the pandemonium lord
258220 | Zig:16   | Killed Yttuth the pandemonium lord
258220 | Zig:16   | Killed Deinoost the pandemonium lord
258220 | Zig:16   | Noticed Sampuf the pandemonium lord
258220 | Zig:16   | Noticed Cemoinn the pandemonium lord
258220 | Zig:16   | Noticed Mieffafe the pandemonium lord
258221 | Zig:16   | Killed Viot the pandemonium lord
258221 | Zig:16   | Killed Anuanih the pandemonium lord
258221 | Zig:16   | Killed Uxyurph the pandemonium lord
258221 | Zig:16   | Killed Juizitas the pandemonium lord
258221 | Zig:16   | Killed Beuvagof the pandemonium lord
258221 | Zig:16   | Killed Enusoducua the pandemonium lord
258221 | Zig:16   | Killed Suthreh the pandemonium lord
258221 | Zig:16   | Noticed Daemuss the pandemonium lord
258221 | Zig:16   | Noticed Biogaeti the pandemonium lord
258222 | Zig:16   | Noticed Omuyphi the pandemonium lord
258222 | Zig:16   | Noticed Qeifogaibe the pandemonium lord
258223 | Zig:16   | Killed Giulagin the pandemonium lord
258223 | Zig:16   | Killed Xemmab the pandemonium lord
258223 | Zig:16   | Killed Dilicuagurph the pandemonium lord
258223 | Zig:16   | Killed Sampuf the pandemonium lord
258223 | Zig:16   | Noticed Ipnouxe the pandemonium lord
258224 | Zig:16   | Noticed Vyopiul the pandemonium lord
258224 | Zig:16   | Noticed Oxzicack the pandemonium lord
258224 | Zig:16   | Noticed Fimuawne the pandemonium lord
258224 | Zig:16   | Noticed Sopyexta the pandemonium lord
258224 | Zig:16   | Killed Biogaeti the pandemonium lord
258225 | Zig:16   | Killed Satet the pandemonium lord
258225 | Zig:16   | Killed Nyesum the pandemonium lord
258226 | Zig:16   | Noticed Sapnac the pandemonium lord
258226 | Zig:16   | Killed Noc Popi the pandemonium lord
258226 | Zig:16   | Killed Yrchuc the pandemonium lord
258226 | Zig:16   | Killed Kony Ibaq the pandemonium lord
258226 | Zig:16   | Killed Utuaf the pandemonium lord
258226 | Zig:16   | Killed Leok Onni the pandemonium lord
258226 | Zig:16   | Killed Qeifogaibe the pandemonium lord
258226 | Zig:16   | Killed Deowuusk the pandemonium lord
258231 | Zig:16   | Killed Oxzicack the pandemonium lord
258232 | Zig:16   | Killed Ipnouxe the pandemonium lord
258232 | Zig:16   | Killed Vyopiul the pandemonium lord
258232 | Zig:16   | Killed Daemuss the pandemonium lord
258232 | Zig:16   | Killed Cemoinn the pandemonium lord
258232 | Zig:16   | Killed Omuyphi the pandemonium lord
258232 | Zig:16   | Killed Mieffafe the pandemonium lord
258232 | Zig:16   | Noticed Hiocal the pandemonium lord
258234 | Zig:16   | Noticed Hafaduro the pandemonium lord
258236 | Zig:16   | Noticed Dyux the pandemonium lord
258236 | Zig:16   | Killed Kuuschor the pandemonium lord
258236 | Zig:16   | Killed Sopyexta the pandemonium lord
258236 | Zig:16   | Noticed Weune the pandemonium lord
258237 | Zig:16   | Killed Fimuawne the pandemonium lord
258238 | Zig:16   | Killed Weune the pandemonium lord
258238 | Zig:16   | Killed Sapnac the pandemonium lord
258239 | Zig:16   | Killed Dyux the pandemonium lord
258239 | Zig:16   | Killed Hafaduro the pandemonium lord
258239 | Zig:16   | Noticed Vaeran the pandemonium lord
258240 | Zig:16   | Killed Hiocal the pandemonium lord
258240 | Zig:16   | Killed Bupnohuu the pandemonium lord
258242 | Zig:16   | Killed Vaeran the pandemonium lord
258244 | Zig:16   | Identified the +9 arbalest "Xeah" {elec, Int+4 Dex+2}
258245 | Zig:16   | Identified the +1 helmet of Idduxocw {Harm}
258422 | Zig:16   | Identified the +1 hand axe of World's End {freeze, rC+ rN+
                  | SInv Stlth-}
258617 | Zig:16   | Identified the +6 great sword "Beast's Funeral" {speed,
                  | rC++}
258638 | Zig:16   | Identified the +6 mace "Ultimatum" {venom, rElec rF+ Str+3}
258695 | Zig:17   | Entered Level 17 of a ziggurat
258857 | Zig:17   | Identified the ring of Adiriudevo {Dex+3 Slay+4}
258877 | Zig:17   | Identified the +1 short sword "Worm" {heavy, Dex+5}
258897 | Zig:17   | Identified the ring of Dim Light {*Slow rPois rF+ Dex+9
                  | Stlth+}
258919 | Zig:17   | Identified the +4 long sword of Nemelex Xobeh's Whim
                  | {antimagic, Fly Int+3}
258930 | Zig:17   | Identified the +5 sling of the Enfolding Gods {drain,
                  | rPois}
259321 | Zig:18   | Entered Level 18 of a ziggurat
259399 | Zig:18   | Identified the +0 orcbow "Maomiug" {flame, Fly rF+}
259734 | Zig:18   | Identified the +5 dire flail of Medwax {vamp, rElec rPois
                  | Will+}
259782 | Zig:18   | Identified the orb "Kyum" {guile, rC+ Str+5}
259794 | Zig:18   | Identified the staff "Rublixte" {rF+ rC+ Dex-4 SInv Tmut
                  | Ice}
259820 | Zig:18   | Identified the +1 quarterstaff "Dodevyl" {heavy, +Blink rC-
                  | MP+9 Dex+2}
259831 | Zig:18   | Identified the +6 lajatang of Desertification {heavy, rElec
                  | rF+ Will+}
259870 | Zig:19   | Entered Level 19 of a ziggurat
259887 | Zig:19   | Noticed Uhitz the pandemonium lord
259889 | Zig:19   | Killed Uhitz the pandemonium lord
260047 | Zig:19   | Identified the +7 morningstar of Fortitude {pain, rC+
                  | Str+2}
260052 | Zig:19   | Identified the +0 ring mail "Huugran" {Str+3}
260062 | Zig:19   | Identified the +0 hand crossbow "Ucaph" {freeze, rElec
                  | Dex+4}
260143 | Zig:19   | Identified the amulet of the Tempest {RegenMP Will+}
260456 | Zig:20   | Entered Level 20 of a ziggurat
261018 | Zig:20   | Identified the +10 lajatang of the Rat {drain, rElec Int+5}
261032 | Zig:20   | Identified the amulet "Lororudwiu" {Spirit rF- rN+ Will+}
261053 | Zig:20   | Identified the ring of Mirth {Int+3 Dex+4 Slay+4}
261060 | Zig:20   | Identified the staff of Compassion {rF+ Str+6 Int+3 Fire}
261099 | Zig:21   | Entered Level 21 of a ziggurat
261244 | Zig:21   | Identified the +9 lajatang of the Key {heavy, rElec MP-9
                  | Int+2}
261265 | Zig:21   | Identified the amulet of Qepsal {Harm Regen+ Str-4 Slay+3}
261274 | Zig:21   | Identified the +5 lajatang "Zapypp" {drain, rCorr Str+4
                  | Stlth+}
261282 | Zig:21   | Identified the +8 lajatang "Risische" {elec, rCorr Str+2}
261305 | Zig:21   | Identified the +2 hand axe of Saxot {holy, rCorr MP-9 Str+5
                  | Dex-5}
261308 | Zig:21   | Identified the +2 quarterstaff of the Neverending Wars
                  | {flame, *Corrode MP+9 Int+2}
261791 | Zig:22   | Entered Level 22 of a ziggurat
261811 | Zig:22   | Paralysed by accursed screaming for 2 turns
262364 | Zig:22   | Identified the ring "Vowkoc" {rPois rCorr Stlth+}
262366 | Zig:22   | Identified the +3 quarterstaff of Buiwev {speed, Str+3}
262373 | Zig:22   | Identified the +2 falchion of Lausoow {venom, rElec}
262382 | Zig:22   | Identified the ring "Liawai" {rPois rN+++ AC+4 Int+2
                  | Slay-4}
262389 | Zig:22   | Identified the +4 short sword of the Gnashing Firefly
                  | {antimagic, rF+ Dex+4 Stlth-}
262394 | Zig:22   | Identified the +1 great sword "Sum Val" {antimagic, rN+
                  | Str+3}
262450 | Zig:22   | Acquired the ring of Yrhop {Will+ Str+2 Dex+6 Stlth+}
262481 | Zig:23   | Entered Level 23 of a ziggurat
262493 | Zig:23   | Found the +4 Cigotuvi's embrace {Corpsefed rMiasma Drain
                  | rN+}
262515 | Zig:23   | Identified the +1 ring mail of the Cicada {rC- Regen+
                  | Slay+5 Stlth+}
262516 | Zig:23   | Identified the staff of Charity {Str+8 Earth}
262616 | Zig:23   | Identified the +3 shortbow "Arooq" {drain, Int+4}
262638 | Zig:23   | Identified the +6 great sword "Butyneal" {heavy, rC+ rCorr
                  | Str-2}
262648 | Zig:23   | Identified the ring of Xaqegg Kuri {Fly Str+3}
262661 | Zig:23   | Identified the +5 falchion "Hydrabane" {spect, rC+ Dex+2}
262669 | Zig:23   | Identified the ring "Namut" {rN+ rCorr SInv}
262693 | Zig:23   | Identified the +8 glaive of Generosity {drain, rCorr}
262711 | Zig:23   | Identified the ring of Igahelu {Wiz rElec rPois Slay-3
                  | SInv}
262715 | Zig:23   | Identified the staff of the Hierophant {rPois rC- Will-
                  | Str+9 Earth}
262721 | Zig:23   | Identified the +0 robe "Wishas" {Fly}
262722 | Zig:23   | Identified the +10 shortbow "Ehui" {heavy, Dex+4}
262748 | Zig:23   | Identified the +0 scale mail "Hilups" {rF++ rN+ Str-4
                  | Dex-4}
262753 | Zig:23   | Identified the +7 trident "Itijaf" {heavy, Drain rF+++ MP+9
                  | SInv}
262776 | Zig:23   | Identified the +5 giant club "Giantbane" {heavy, rCorr}
262862 | Zig:23   | Identified the +7 flail of Impermanence {spect, Str+2}
262868 | Zig:23   | Identified the +10 lajatang of the Final Chapter {heavy,
                  | rF+ Will+}
262869 | Zig:23   | Identified the +3 rapier "Zaemergh" {venom, rPois rC-
                  | Dex+3}
262870 | Zig:23   | Identified the staff of the Bouncing Blessings {rCorr Int+2
                  | Conj}
263167 | Zig:23   | Identified the +2 pair of boots "Hot Xese" {rC+ Will- Str+7
                  | Int-4}
263218 | Zig:24   | Entered Level 24 of a ziggurat
263835 | Zig:24   | Identified the ring "Afo Jus" {rPois rN++ rCorr Int-2
                  | Dex+2}
263844 | Zig:24   | Identified the ring of Intercession {Wiz Contam Fly Str+7
                  | Dex+2}
263849 | Zig:24   | Identified the ring of Zin's Approval {+Blink rC- Will+
                  | Dex+6 SInv}
263851 | Zig:24   | Identified the +8 quarterstaff of a volcano {venom, Str+4}
263884 | Zig:24   | Identified the ring "Coulofuydi" {Ice rCorr Dex+6}
263887 | Zig:24   | Identified the +5 spear "Konn" {freeze, rN+ Will+ Int-3}
263889 | Zig:24   | Identified the staff "Huhyntih" {Drain rN+ Dex+2 SInv
                  | Necro}
263926 | Zig:25   | Entered Level 25 of a ziggurat
263926 | Zig:25   | Noticed a dread lich
263926 | Zig:25   | Noticed a dread lich
263926 | Zig:25   | Noticed an ancient lich
263926 | Zig:25   | Noticed an ancient lich
263926 | Zig:25   | Noticed a dread lich
263926 | Zig:25   | Noticed an ancient lich
263926 | Zig:25   | Noticed a dread lich
263926 | Zig:25   | Noticed an ancient lich
263926 | Zig:25   | Noticed a dread lich
263926 | Zig:25   | Noticed an ancient lich
263926 | Zig:25   | Noticed a dread lich
263926 | Zig:25   | Noticed an ancient lich
263926 | Zig:25   | Noticed an ancient lich
263927 | Zig:25   | Killed an ancient lich
263927 | Zig:25   | Killed an ancient lich
263927 | Zig:25   | Killed an ancient lich
263927 | Zig:25   | Killed a dread lich
263927 | Zig:25   | Killed an ancient lich
263927 | Zig:25   | Killed a dread lich
263927 | Zig:25   | Killed a dread lich
263927 | Zig:25   | Killed a dread lich
263927 | Zig:25   | Killed an ancient lich
263927 | Zig:25   | Killed an ancient lich
263929 | Zig:25   | Noticed a dread lich
263929 | Zig:25   | Noticed a dread lich
263930 | Zig:25   | Noticed a dread lich
263930 | Zig:25   | Noticed an ancient lich
263930 | Zig:25   | Noticed an ancient lich
263930 | Zig:25   | Noticed an ancient lich
263930 | Zig:25   | Noticed a dread lich
263930 | Zig:25   | Killed a dread lich
263930 | Zig:25   | Killed an ancient lich
263931 | Zig:25   | Noticed an ancient lich
263931 | Zig:25   | Noticed an ancient lich
263932 | Zig:25   | Noticed an ancient lich
263932 | Zig:25   | Noticed a dread lich
263932 | Zig:25   | Noticed a dread lich
263933 | Zig:25   | Noticed a dread lich
263933 | Zig:25   | Noticed a dread lich
263933 | Zig:25   | Noticed a dread lich
263933 | Zig:25   | Noticed an ancient lich
263933 | Zig:25   | Noticed an ancient lich
263934 | Zig:25   | Noticed an ancient lich
263934 | Zig:25   | Noticed an ancient lich
263934 | Zig:25   | Noticed a dread lich
263934 | Zig:25   | Noticed a dread lich
263934 | Zig:25   | Noticed an ancient lich
263935 | Zig:25   | Noticed an ancient lich
263935 | Zig:25   | Noticed an ancient lich
263935 | Zig:25   | Noticed an ancient lich
263935 | Zig:25   | Noticed an ancient lich
263935 | Zig:25   | Noticed a dread lich
263935 | Zig:25   | Noticed a dread lich
263935 | Zig:25   | Killed an ancient lich
263935 | Zig:25   | Killed a dread lich
263935 | Zig:25   | Killed an ancient lich
263936 | Zig:25   | Noticed a dread lich
263936 | Zig:25   | Killed an ancient lich
263936 | Zig:25   | Killed a dread lich
263937 | Zig:25   | Noticed an ancient lich
263938 | Zig:25   | Killed a dread lich
263938 | Zig:25   | Killed a dread lich
263938 | Zig:25   | Killed a dread lich
263938 | Zig:25   | Killed an ancient lich
263938 | Zig:25   | Killed an ancient lich
263938 | Zig:25   | Killed an ancient lich
263938 | Zig:25   | Killed an ancient lich
263938 | Zig:25   | Killed a dread lich
263938 | Zig:25   | Killed a dread lich
263938 | Zig:25   | Killed a dread lich
263938 | Zig:25   | Killed an ancient lich
263938 | Zig:25   | Killed a dread lich
263938 | Zig:25   | Killed a dread lich
263938 | Zig:25   | Killed an ancient lich
263939 | Zig:25   | Killed a dread lich
263939 | Zig:25   | Killed an ancient lich
263939 | Zig:25   | Killed a dread lich
263939 | Zig:25   | Killed a dread lich
263939 | Zig:25   | Killed an ancient lich
263939 | Zig:25   | Noticed an ancient lich
263939 | Zig:25   | Noticed an ancient lich
263940 | Zig:25   | Killed a dread lich
263940 | Zig:25   | Killed an ancient lich
263940 | Zig:25   | Killed an ancient lich
263940 | Zig:25   | Killed an ancient lich
263940 | Zig:25   | Noticed an ancient lich
263941 | Zig:25   | Noticed a dread lich
263941 | Zig:25   | Noticed an ancient lich
263941 | Zig:25   | Noticed a dread lich
263941 | Zig:25   | Noticed an ancient lich
263942 | Zig:25   | Noticed an ancient lich
263942 | Zig:25   | Noticed a dread lich
263944 | Zig:25   | Noticed a dread lich
263944 | Zig:25   | Noticed an ancient lich
263945 | Zig:25   | Noticed a dread lich
263945 | Zig:25   | Noticed a dread lich
263945 | Zig:25   | Noticed an ancient lich
263945 | Zig:25   | Noticed an ancient lich
263945 | Zig:25   | Noticed a dread lich
263947 | Zig:25   | Noticed a dread lich
263947 | Zig:25   | Noticed a dread lich
263947 | Zig:25   | Killed an ancient lich
263948 | Zig:25   | Killed a dread lich
263948 | Zig:25   | Killed a dread lich
263948 | Zig:25   | Killed an ancient lich
263948 | Zig:25   | Killed a dread lich
263948 | Zig:25   | Killed an ancient lich
263948 | Zig:25   | Killed an ancient lich
263948 | Zig:25   | Killed an ancient lich
263948 | Zig:25   | Killed an ancient lich
263948 | Zig:25   | Killed an ancient lich
263948 | Zig:25   | Killed a dread lich
263948 | Zig:25   | Killed a dread lich
263948 | Zig:25   | Killed an ancient lich
263948 | Zig:25   | Killed a dread lich
263948 | Zig:25   | Killed an ancient lich
263948 | Zig:25   | Killed a dread lich
263948 | Zig:25   | Killed an ancient lich
263949 | Zig:25   | Killed a dread lich
263949 | Zig:25   | Killed a dread lich
263949 | Zig:25   | Killed an ancient lich
263949 | Zig:25   | Noticed an ancient lich
263949 | Zig:25   | Noticed a dread lich
263950 | Zig:25   | Noticed a dread lich
263950 | Zig:25   | Noticed an ancient lich
263950 | Zig:25   | Noticed an ancient lich
263950 | Zig:25   | Killed a dread lich
263950 | Zig:25   | Killed a dread lich
263951 | Zig:25   | Killed an ancient lich
263951 | Zig:25   | Killed an ancient lich
263951 | Zig:25   | Killed an ancient lich
263951 | Zig:25   | Killed a dread lich
263954 | Zig:25   | Noticed an ancient lich
263959 | Zig:25   | Killed an ancient lich
264094 | Zig:25   | Identified the +11 spear "Dirae" {holy, rElec rN+++ Str+7
                  | Dex-4}
264129 | Zig:25   | Identified the +7 falchion of Inquiry {spect, Dex+2}
264132 | Zig:25   | Identified the +1 shortbow "Dutoiggo" {speed, rC+ rN+
                  | Dex+2}
264134 | Zig:25   | Identified the ring of Gamixya {MP+9 SInv Stlth+}
264171 | Zig:25   | Identified the staff "Emnumosm" {rPois rCorr Str+3 Poison}
264738 | Zig:26   | Entered Level 26 of a ziggurat
264742 | Zig:26   | Paralysed by accursed screaming for 1 turns
264774 | Zig:26   | Paralysed by accursed screaming for 2 turns
264779 | Zig:26   | Identified the ring of the Grinning Gods {Fly Dex+5 Stlth+}
265361 | Zig:26   | Identified the +5 lajatang "Veaxti" {pain, *Noise rElec
                  | rF++ Stlth+}
265369 | Zig:26   | Identified the ring "Imetyal" {rC+ Will+}
265371 | Zig:26   | Identified the +1 ring mail "Luwk" {rN+ Will+ Int+2}
265374 | Zig:26   | Identified the +3 chain mail "Abiorph" {+Inv rF+}
265376 | Zig:26   | Identified the amulet "Abai" {Faith Contam rElec rF+}
265380 | Zig:26   | Identified the +0 cloak of Luoxa Copi {*Slow rF+ Stlth+}
265386 | Zig:26   | Identified the ring of Veqai {Will+ rCorr}
265395 | Zig:26   | Identified the ring of Ceritop {Str+6 Int+3}
265399 | Zig:26   | Identified the staff "Feikh" {rElec rC++ Int-3 Earth}
265402 | Zig:26   | Identified the +1 ring mail of Umantebu {rElec rF+++ MP+9
                  | Dex-4}
265404 | Zig:26   | Identified the +1 quarterstaff "Sutrut" {heavy, rN+}
265406 | Zig:26   | Identified the +1 helmet of the Slug {Will+}
265427 | Zig:26   | Identified the +1 lajatang of the Messenger {spect, Int+3}
265430 | Zig:26   | Identified the +4 ring mail of the Tarantula {rC+ Str+5
                  | Int+3}
265439 | Zig:26   | Identified the ring "Hadih" {rN+ Will+ Int+3}
265443 | Zig:26   | Identified the ring "Exymed" {Will+ MP+9 Int+6 Stlth+}
265458 | Zig:26   | Identified the +7 hand axe of Accidental Termination
                  | {flame, rC+}
265552 | Zig:27   | Entered Level 27 of a ziggurat
265552 | Zig:27   | Noticed a juggernaut
265552 | Zig:27   | Noticed a juggernaut
265552 | Zig:27   | Noticed a juggernaut
265552 | Zig:27   | Noticed a juggernaut
265552 | Zig:27   | Noticed a juggernaut
265552 | Zig:27   | Noticed a juggernaut
265552 | Zig:27   | Noticed a juggernaut
265552 | Zig:27   | Noticed a juggernaut
265552 | Zig:27   | Noticed a juggernaut
265552 | Zig:27   | Noticed a juggernaut
265552 | Zig:27   | Noticed a juggernaut
265553 | Zig:27   | Killed a juggernaut
265553 | Zig:27   | Killed a juggernaut
265553 | Zig:27   | Killed a juggernaut
265553 | Zig:27   | Killed a juggernaut
265553 | Zig:27   | Killed a juggernaut
265553 | Zig:27   | Killed a juggernaut
265553 | Zig:27   | Killed a juggernaut
265553 | Zig:27   | Killed a juggernaut
265553 | Zig:27   | Killed a juggernaut
265553 | Zig:27   | Killed a juggernaut
265553 | Zig:27   | Noticed a juggernaut
265553 | Zig:27   | Noticed a juggernaut
265554 | Zig:27   | Noticed a juggernaut
265554 | Zig:27   | Noticed a juggernaut
265554 | Zig:27   | Noticed a juggernaut
265554 | Zig:27   | Noticed a juggernaut
265554 | Zig:27   | Noticed a juggernaut
265555 | Zig:27   | Noticed a juggernaut
265556 | Zig:27   | Noticed a juggernaut
265556 | Zig:27   | Noticed a juggernaut
265556 | Zig:27   | Noticed a juggernaut
265556 | Zig:27   | Noticed a juggernaut
265556 | Zig:27   | Noticed a juggernaut
265556 | Zig:27   | Noticed a juggernaut
265556 | Zig:27   | Noticed a juggernaut
265556 | Zig:27   | Noticed a juggernaut
265556 | Zig:27   | Noticed a juggernaut
265556 | Zig:27   | Noticed a juggernaut
265556 | Zig:27   | Noticed a juggernaut
265556 | Zig:27   | Noticed a juggernaut
265556 | Zig:27   | Noticed a juggernaut
265556 | Zig:27   | Noticed a juggernaut
265556 | Zig:27   | Noticed a juggernaut
265556 | Zig:27   | Noticed a juggernaut
265556 | Zig:27   | Noticed a juggernaut
265556 | Zig:27   | Noticed a juggernaut
265556 | Zig:27   | Noticed a juggernaut
265556 | Zig:27   | Noticed a juggernaut
265556 | Zig:27   | Killed a juggernaut
265557 | Zig:27   | Noticed a juggernaut
265557 | Zig:27   | Noticed a juggernaut
265557 | Zig:27   | Killed a juggernaut
265558 | Zig:27   | Killed a juggernaut
265558 | Zig:27   | Killed a juggernaut
265558 | Zig:27   | Killed a juggernaut
265558 | Zig:27   | Killed a juggernaut
265558 | Zig:27   | Killed a juggernaut
265558 | Zig:27   | Killed a juggernaut
265558 | Zig:27   | Killed a juggernaut
265558 | Zig:27   | Killed a juggernaut
265558 | Zig:27   | Killed a juggernaut
265558 | Zig:27   | Killed a juggernaut
265558 | Zig:27   | Killed a juggernaut
265558 | Zig:27   | Killed a juggernaut
265558 | Zig:27   | Killed a juggernaut
265558 | Zig:27   | Killed a juggernaut
265558 | Zig:27   | Killed a juggernaut
265558 | Zig:27   | Killed a juggernaut
265558 | Zig:27   | Killed a juggernaut
265558 | Zig:27   | Killed a juggernaut
265558 | Zig:27   | Killed a juggernaut
265558 | Zig:27   | Killed a juggernaut
265558 | Zig:27   | Killed a juggernaut
265558 | Zig:27   | Killed a juggernaut
265558 | Zig:27   | Killed a juggernaut
265558 | Zig:27   | Killed a juggernaut
265558 | Zig:27   | Killed a juggernaut
265558 | Zig:27   | Killed a juggernaut
265558 | Zig:27   | Noticed a juggernaut
265559 | Zig:27   | Noticed a juggernaut
265559 | Zig:27   | Killed a juggernaut
265560 | Zig:27   | Noticed a juggernaut
265560 | Zig:27   | Noticed a juggernaut
265560 | Zig:27   | Noticed a juggernaut
265560 | Zig:27   | Noticed a juggernaut
265560 | Zig:27   | Noticed a juggernaut
265560 | Zig:27   | Noticed a juggernaut
265560 | Zig:27   | Noticed a juggernaut
265561 | Zig:27   | Killed a juggernaut
265562 | Zig:27   | Noticed a juggernaut
265562 | Zig:27   | Noticed a juggernaut
265562 | Zig:27   | Killed a juggernaut
265562 | Zig:27   | Noticed a juggernaut
265563 | Zig:27   | Noticed a juggernaut
265563 | Zig:27   | Found the +7 Kryia's mail coat {PotionHeal*2 rC+}
265563 | Zig:27   | Killed a juggernaut
265563 | Zig:27   | Killed a juggernaut
265564 | Zig:27   | Noticed a juggernaut
265564 | Zig:27   | Noticed a juggernaut
265565 | Zig:27   | Noticed a juggernaut
265565 | Zig:27   | Killed a juggernaut
265565 | Zig:27   | Killed a juggernaut
265565 | Zig:27   | Killed a juggernaut
265565 | Zig:27   | Killed a juggernaut
265565 | Zig:27   | Killed a juggernaut
265565 | Zig:27   | Killed a juggernaut
265565 | Zig:27   | Killed a juggernaut
265565 | Zig:27   | Killed a juggernaut
265565 | Zig:27   | Killed a juggernaut
265566 | Zig:27   | Killed a juggernaut
265566 | Zig:27   | Killed a juggernaut
265566 | Zig:27   | Killed a juggernaut
265566 | Zig:27   | Killed a juggernaut
265566 | Zig:27   | Killed a juggernaut
265566 | Zig:27   | Killed a juggernaut
265566 | Zig:27   | Noticed a juggernaut
265566 | Zig:27   | Noticed a juggernaut
265566 | Zig:27   | Noticed a juggernaut
265567 | Zig:27   | Noticed a juggernaut
265568 | Zig:27   | Noticed a juggernaut
265568 | Zig:27   | Noticed a juggernaut
265571 | Zig:27   | Noticed a juggernaut
265571 | Zig:27   | Killed a juggernaut
265571 | Zig:27   | Killed a juggernaut
265571 | Zig:27   | Killed a juggernaut
265571 | Zig:27   | Killed a juggernaut
265572 | Zig:27   | Killed a juggernaut
265572 | Zig:27   | Killed a juggernaut
265572 | Zig:27   | Killed a juggernaut
265572 | Zig:27   | Noticed a juggernaut
265573 | Zig:27   | Killed a juggernaut
265578 | Zig:27   | Killed a juggernaut
265767 | Zig:27   | Identified the ring "Siemafud" {Wiz rF+ Slay+6 Stlth-}
265776 | Zig:27   | Identified the +9 lajatang of Articulation {flame, rF+ rC+
                  | Int+3}
265784 | Zig:27   | Identified the amulet of Oniqo {Spirit MP+9}
265789 | Zig:27   | Identified the ring "Lyucze" {rN+ Dex+6 SInv}
265792 | Zig:27   | Identified the +0 ice dragon scales of Hubris {rF- rC++
                  | Int+3 SInv}
265799 | Zig:27   | Identified the staff of the Slashing Shrike {rPois rF+
                  | Dex+2 Summ Poison}
265800 | Zig:27   | Identified the amulet "Equitiri" {Reflect rC+ Int-5 SH+5
                  | SInv Stlth+}
265841 | Zig:27   | Identified the ring of Aryj {rC+ Will- Str+4 Int+9}
266619 | Zig:1    | Entered Level 1 of a ziggurat
266683 | Zig:2    | Entered Level 2 of a ziggurat
266683 | Zig:2    | Noticed a royal mummy
266683 | Zig:2    | Noticed a royal mummy
266683 | Zig:2    | Noticed a royal mummy
266683 | Zig:2    | Noticed a royal mummy
266684 | Zig:2    | Killed a royal mummy
266684 | Zig:2    | Killed a royal mummy
266684 | Zig:2    | Killed a royal mummy
266684 | Zig:2    | Killed a royal mummy
266810 | Zig:2    | Identified the +8 lajatang "Ynakhlor" {vamp, rN+}
266814 | Zig:2    | Identified the +3 leather armour of Hairy Intercession
                  | {rElec Stlth+}
266849 | Zig:2    | Identified the +11 war axe of Cowardice {freeze, rC++ rCorr
                  | Int-3 Dex+3}
266860 | Zig:3    | Entered Level 3 of a ziggurat
267091 | Zig:4    | Entered Level 4 of a ziggurat
267091 | Zig:4    | Noticed an ancient lich
267091 | Zig:4    | Noticed a dread lich
267091 | Zig:4    | Noticed a dread lich
267091 | Zig:4    | Noticed an ancient lich
267091 | Zig:4    | Noticed an ancient lich
267091 | Zig:4    | Noticed an ancient lich
267092 | Zig:4    | Noticed an ancient lich
267092 | Zig:4    | Noticed an ancient lich
267092 | Zig:4    | Noticed an ancient lich
267092 | Zig:4    | Noticed an ancient lich
267094 | Zig:4    | Killed an ancient lich
267094 | Zig:4    | Killed an ancient lich
267094 | Zig:4    | Killed an ancient lich
267094 | Zig:4    | Killed an ancient lich
267094 | Zig:4    | Killed an ancient lich
267094 | Zig:4    | Killed an ancient lich
267094 | Zig:4    | Killed a dread lich
267094 | Zig:4    | Killed an ancient lich
267094 | Zig:4    | Killed a dread lich
267094 | Zig:4    | Killed an ancient lich
267265 | Zig:4    | Identified the +1 rapier of the Silent Majority {venom,
                  | *Corrode Str+5 Int+3 SInv}
267305 | Zig:5    | Entered Level 5 of a ziggurat
267305 | Zig:5    | Noticed an ancient lich
267305 | Zig:5    | Noticed an ancient lich
267305 | Zig:5    | Noticed a dread lich
267305 | Zig:5    | Noticed an ancient lich
267306 | Zig:5    | Noticed a dread lich
267306 | Zig:5    | Noticed a dread lich
267306 | Zig:5    | Noticed an ancient lich
267308 | Zig:5    | Killed an ancient lich
267308 | Zig:5    | Killed a dread lich
267308 | Zig:5    | Killed a dread lich
267308 | Zig:5    | Killed an ancient lich
267308 | Zig:5    | Killed a dread lich
267308 | Zig:5    | Killed an ancient lich
267313 | Zig:5    | Killed an ancient lich
267426 | Zig:5    | Identified the +5 bardiche "Ewouh" {freeze, *Rage rPois
                  | Int+6}
267601 | Zig:6    | Entered Level 6 of a ziggurat
267606 | Zig:6    | Found the +1 Delatra's gloves {ID++}
267843 | Zig:6    | Identified the +1 helmet of Toifeh {Int+5}
267881 | Zig:7    | Entered Level 7 of a ziggurat
267881 | Zig:7    | Noticed Seggix the pandemonium lord
267881 | Zig:7    | Noticed Batogucs the pandemonium lord
267881 | Zig:7    | Noticed Zoud Qen the pandemonium lord
267881 | Zig:7    | Noticed Norun the pandemonium lord
267881 | Zig:7    | Noticed Gexuqu the pandemonium lord
267881 | Zig:7    | Noticed Vaetsag the pandemonium lord
267881 | Zig:7    | Noticed Cat Cyxtuh the pandemonium lord
267881 | Zig:7    | Noticed Saerpho the pandemonium lord
267881 | Zig:7    | Noticed Zibofud the pandemonium lord
267881 | Zig:7    | Noticed Xocul the pandemonium lord
267881 | Zig:7    | Noticed Saman the pandemonium lord
267881 | Zig:7    | Noticed Wihitz the pandemonium lord
267881 | Zig:7    | Noticed Lexzel the pandemonium lord
267881 | Zig:7    | Noticed Poykaim the pandemonium lord
267881 | Zig:7    | Noticed Norysh the pandemonium lord
267881 | Zig:7    | Noticed Vaesor the pandemonium lord
267882 | Zig:7    | Killed Norun the pandemonium lord
267882 | Zig:7    | Killed Cat Cyxtuh the pandemonium lord
267882 | Zig:7    | Killed Zoud Qen the pandemonium lord
267882 | Zig:7    | Killed Saman the pandemonium lord
267882 | Zig:7    | Killed Vaetsag the pandemonium lord
267882 | Zig:7    | Killed Wihitz the pandemonium lord
267882 | Zig:7    | Killed Batogucs the pandemonium lord
267882 | Zig:7    | Killed Lexzel the pandemonium lord
267882 | Zig:7    | Killed Zibofud the pandemonium lord
267882 | Zig:7    | Noticed Jesoukai the pandemonium lord
267883 | Zig:7    | Killed Poykaim the pandemonium lord
267883 | Zig:7    | Killed Gexuqu the pandemonium lord
267883 | Zig:7    | Killed Seggix the pandemonium lord
267883 | Zig:7    | Noticed Ygailyid the pandemonium lord
267883 | Zig:7    | Noticed Sahavety the pandemonium lord
267883 | Zig:7    | Noticed Xarghiwi the pandemonium lord
267883 | Zig:7    | Noticed Ynoef the pandemonium lord
267884 | Zig:7    | Killed Vaesor the pandemonium lord
267884 | Zig:7    | Killed Norysh the pandemonium lord
267884 | Zig:7    | Killed Saerpho the pandemonium lord
267884 | Zig:7    | Killed Xocul the pandemonium lord
267884 | Zig:7    | Noticed Juriell the pandemonium lord
267885 | Zig:7    | Killed Jesoukai the pandemonium lord
267885 | Zig:7    | Killed Juriell the pandemonium lord
267885 | Zig:7    | Killed Sahavety the pandemonium lord
267885 | Zig:7    | Noticed Dolool the pandemonium lord
267886 | Zig:7    | Noticed Jycuatikh the pandemonium lord
267886 | Zig:7    | Noticed Suecan the pandemonium lord
267886 | Zig:7    | Noticed Kavvokie the pandemonium lord
267886 | Zig:7    | Noticed Qetos the pandemonium lord
267886 | Zig:7    | Noticed Siqifoq the pandemonium lord
267887 | Zig:7    | Killed Ynoef the pandemonium lord
267887 | Zig:7    | Killed Dolool the pandemonium lord
267887 | Zig:7    | Killed Xarghiwi the pandemonium lord
267887 | Zig:7    | Noticed Wumuss the pandemonium lord
267888 | Zig:7    | Killed Kavvokie the pandemonium lord
267888 | Zig:7    | Noticed Qaseuch the pandemonium lord
267889 | Zig:7    | Noticed Gimeicet the pandemonium lord
267889 | Zig:7    | Killed Qetos the pandemonium lord
267890 | Zig:7    | Killed Gimeicet the pandemonium lord
267890 | Zig:7    | Killed Jycuatikh the pandemonium lord
267890 | Zig:7    | Killed Ygailyid the pandemonium lord
267890 | Zig:7    | Killed Suecan the pandemonium lord
267890 | Zig:7    | Killed Qaseuch the pandemonium lord
267891 | Zig:7    | Killed Siqifoq the pandemonium lord
267891 | Zig:7    | Noticed Iczukar the pandemonium lord
267893 | Zig:7    | Noticed Yptuch the pandemonium lord
267893 | Zig:7    | Noticed Vutonem the pandemonium lord
267893 | Zig:7    | Killed Wumuss the pandemonium lord
267894 | Zig:7    | Noticed Hinko the pandemonium lord
267894 | Zig:7    | Noticed Heipohag the pandemonium lord
267896 | Zig:7    | Killed Iczukar the pandemonium lord
267899 | Zig:7    | Killed Vutonem the pandemonium lord
267899 | Zig:7    | Killed Hinko the pandemonium lord
267903 | Zig:7    | Killed Heipohag the pandemonium lord
267903 | Zig:7    | Killed Yptuch the pandemonium lord
268054 | Zig:7    | Identified the amulet "Koidoir" {Reflect Int+8 Dex-3 SH+5}
268058 | Zig:7    | Identified the +6 arbalest "Hociwiej" {elec, Contam +Blink
                  | Str+2}
268059 | Zig:7    | Identified the staff of Triumph {rElec rF+ Dex+2 Earth}
268212 | Zig:8    | Entered Level 8 of a ziggurat
268212 | Zig:8    | Noticed an ancient lich
268212 | Zig:8    | Noticed an ancient lich
268212 | Zig:8    | Noticed a dread lich
268212 | Zig:8    | Noticed an ancient lich
268212 | Zig:8    | Noticed an ancient lich
268213 | Zig:8    | Noticed an ancient lich
268213 | Zig:8    | Noticed an ancient lich
268214 | Zig:8    | Noticed an ancient lich
268214 | Zig:8    | Noticed a dread lich
268214 | Zig:8    | Noticed an ancient lich
268215 | Zig:8    | Noticed an ancient lich
268215 | Zig:8    | Noticed an ancient lich
268215 | Zig:8    | Noticed a dread lich
268215 | Zig:8    | Noticed an ancient lich
268216 | Zig:8    | Killed a dread lich
268216 | Zig:8    | Killed an ancient lich
268216 | Zig:8    | Killed a dread lich
268216 | Zig:8    | Killed an ancient lich
268216 | Zig:8    | Killed an ancient lich
268216 | Zig:8    | Killed an ancient lich
268216 | Zig:8    | Killed an ancient lich
268216 | Zig:8    | Killed an ancient lich
268216 | Zig:8    | Killed an ancient lich
268216 | Zig:8    | Killed an ancient lich
268217 | Zig:8    | Noticed an ancient lich
268217 | Zig:8    | Noticed a dread lich
268218 | Zig:8    | Noticed an ancient lich
268219 | Zig:8    | Noticed an ancient lich
268220 | Zig:8    | Noticed an ancient lich
268224 | Zig:8    | Killed an ancient lich
268224 | Zig:8    | Killed an ancient lich
268224 | Zig:8    | Killed an ancient lich
268224 | Zig:8    | Killed a dread lich
268224 | Zig:8    | Killed an ancient lich
268224 | Zig:8    | Killed a dread lich
268224 | Zig:8    | Killed an ancient lich
268224 | Zig:8    | Killed an ancient lich
268224 | Zig:8    | Killed an ancient lich
268434 | Zig:8    | Identified the +1 glaive of the Crawling Thing {freeze, Fly
                  | rElec Stlth+}
268446 | Zig:8    | Identified the +0 quarterstaff of the Eternal Warrior
                  | {heavy, rC++ Int-2 Dex+3 SInv}
268460 | Zig:8    | Identified the staff of Oozing Pus {Fly rElec rC++ Air}
268464 | Zig:8    | Identified the +7 war axe of Blood {freeze, +Blink Will+}
268468 | Zig:8    | Identified the +1 trident of the Hurtling Pill Bug {freeze,
                  | *Corrode +Blink rElec rF++}
268488 | Zig:8    | Identified the +9 long sword of Responsibility {vamp,
                  | *Corrode rPois Str+9 Int+3}
268494 | Zig:8    | Identified the +3 plate armour of the Hidden Vale {rElec
                  | rN++ Regen+ Int-5}
268533 | Zig:9    | Entered Level 9 of a ziggurat
268549 | Zig:9    | Noticed Bitatz the pandemonium lord
268552 | Zig:9    | Killed Bitatz the pandemonium lord
268994 | Zig:10   | Entered Level 10 of a ziggurat
269125 | Zig:10   | Identified the +1 lajatang "Hacuidah" {freeze, rCorr Str+5
                  | Dex-5}
269161 | Zig:10   | Identified the +12 lajatang "Ginou" {freeze, Str+7 Dex-2}
269165 | Zig:10   | Identified the +3 scimitar "Lainauzuys" {antimagic, rElec
                  | rC+ Will+}
269197 | Zig:10   | Identified the staff "Barof" {rElec rF+ rCorr Str-5 Dex+8
                  | Fire}
269442 | Zig:10   | Identified the +8 giant spiked club of the Median {venom,
                  | rElec rC+ Stlth+}
269446 | Zig:10   | Identified the +4 lajatang "Pexokka" {freeze, rCorr}
269450 | Zig:10   | Identified the +4 rapier "Ustyfi" {freeze, Fly Dex+3}
269453 | Zig:10   | Identified the +5 lajatang of the People {flame, Will+
                  | rCorr Str-2 Int+3}
269454 | Zig:10   | Identified the staff of Wu Jian {rElec Earth}
269464 | Zig:10   | Identified the +1 pair of boots of the King of the Hill
                  | {Drain Str+2 Int+2}
269518 | Zig:11   | Entered Level 11 of a ziggurat
269647 | Zig:11   | Identified the +1 whip of Woskyimu {pain, Drain rN+++ Will+
                  | Str+2}
270062 | Zig:12   | Entered Level 12 of a ziggurat
270466 | Zig:12   | Identified the ring of Arche {Fly rF+}
270478 | Zig:12   | Identified the amulet of Vinu {RegenMP rF+ Str+2}
270495 | Zig:12   | Identified the amulet of the Skies Above {Spirit Dex+5}
270504 | Zig:12   | Identified the ring of Day {rF+ rC+ Str+3 Dex+3}
270522 | Zig:12   | Identified the +0 robe "Viaxt" {Int+3}
270580 | Zig:13   | Entered Level 13 of a ziggurat
270582 | Zig:13   | Noticed a dread lich
270582 | Zig:13   | Noticed an ancient lich
270583 | Zig:13   | Noticed a dread lich
270583 | Zig:13   | Noticed a dread lich
270583 | Zig:13   | Noticed an ancient lich
270584 | Zig:13   | Noticed an ancient lich
270584 | Zig:13   | Noticed an ancient lich
270585 | Zig:13   | Noticed an ancient lich
270585 | Zig:13   | Noticed a dread lich
270585 | Zig:13   | Noticed an ancient lich
270585 | Zig:13   | Noticed a dread lich
270586 | Zig:13   | Noticed an ancient lich
270586 | Zig:13   | Noticed an ancient lich
270586 | Zig:13   | Noticed an ancient lich
270586 | Zig:13   | Noticed an ancient lich
270586 | Zig:13   | Noticed an ancient lich
270586 | Zig:13   | Noticed an ancient lich
270586 | Zig:13   | Noticed a dread lich
270586 | Zig:13   | Noticed an ancient lich
270586 | Zig:13   | Noticed a dread lich
270586 | Zig:13   | Noticed an ancient lich
270586 | Zig:13   | Noticed a dread lich
270586 | Zig:13   | Noticed a dread lich
270586 | Zig:13   | Noticed an ancient lich
270586 | Zig:13   | Noticed an ancient lich
270586 | Zig:13   | Noticed a dread lich
270586 | Zig:13   | Noticed an ancient lich
270586 | Zig:13   | Noticed a dread lich
270586 | Zig:13   | Noticed an ancient lich
270586 | Zig:13   | Noticed an ancient lich
270586 | Zig:13   | Noticed a dread lich
270586 | Zig:13   | Noticed an ancient lich
270586 | Zig:13   | Noticed a dread lich
270587 | Zig:13   | Noticed an ancient lich
270587 | Zig:13   | Killed an ancient lich
270587 | Zig:13   | Killed an ancient lich
270587 | Zig:13   | Killed a dread lich
270587 | Zig:13   | Killed an ancient lich
270587 | Zig:13   | Killed an ancient lich
270587 | Zig:13   | Killed a dread lich
270587 | Zig:13   | Killed a dread lich
270587 | Zig:13   | Killed an ancient lich
270587 | Zig:13   | Killed an ancient lich
270587 | Zig:13   | Killed an ancient lich
270587 | Zig:13   | Killed an ancient lich
270587 | Zig:13   | Killed a dread lich
270587 | Zig:13   | Killed a dread lich
270587 | Zig:13   | Killed an ancient lich
270587 | Zig:13   | Killed an ancient lich
270587 | Zig:13   | Killed an ancient lich
270587 | Zig:13   | Killed an ancient lich
270587 | Zig:13   | Killed a dread lich
270587 | Zig:13   | Killed an ancient lich
270587 | Zig:13   | Killed an ancient lich
270587 | Zig:13   | Killed an ancient lich
270587 | Zig:13   | Killed an ancient lich
270587 | Zig:13   | Killed a dread lich
270587 | Zig:13   | Killed a dread lich
270587 | Zig:13   | Killed an ancient lich
270587 | Zig:13   | Killed a dread lich
270587 | Zig:13   | Killed a dread lich
270587 | Zig:13   | Killed an ancient lich
270587 | Zig:13   | Killed an ancient lich
270587 | Zig:13   | Noticed a dread lich
270587 | Zig:13   | Noticed an ancient lich
270588 | Zig:13   | Killed an ancient lich
270588 | Zig:13   | Killed an ancient lich
270588 | Zig:13   | Killed an ancient lich
270588 | Zig:13   | Killed a dread lich
270588 | Zig:13   | Killed a dread lich
270588 | Zig:13   | Noticed a dread lich
270588 | Zig:13   | Noticed an ancient lich
270589 | Zig:13   | Noticed an ancient lich
270592 | Zig:13   | Noticed an ancient lich
270594 | Zig:13   | Killed an ancient lich
270595 | Zig:13   | Killed an ancient lich
270595 | Zig:13   | Killed an ancient lich
270595 | Zig:13   | Killed a dread lich
270595 | Zig:13   | Killed a dread lich
270595 | Zig:13   | Killed a dread lich
270700 | Zig:13   | Identified the staff "Ihoep" {rPois Str+3 Int+2 Dex+2
                  | Stlth- Poison}
270713 | Zig:13   | Identified the +9 war axe "Meokhlos" {venom, rF+}
270725 | Zig:13   | Identified the staff "Hikesu Iwku" {rElec rPois rF+++ Str-3
                  | SInv Poison}
270769 | Zig:13   | Identified the +5 scimitar of Delovaf {freeze, rElec rF-
                  | Int+4}
271070 | Zig:14   | Entered Level 14 of a ziggurat
271601 | Zig:14   | Identified the +8 longbow "Diusued" {drain, Fly rCorr
                  | Stlth+}
271617 | Zig:14   | Identified the +9 broad axe of Mutilation {heavy, rElec
                  | rPois Int-2 Stlth+}
271662 | Zig:14   | Identified the amulet "Goorph" {RegenMP +Blink rF+++ rCorr
                  | Str-2}
271675 | Zig:14   | Identified the +4 lajatang of Qoasaosch {drain, Fly rPois
                  | rN+}
271710 | Zig:14   | Identified the +3 war axe "Jerusm" {antimagic, rF+ SInv}
271763 | Zig:14   | Acquired 553 gold pieces
271767 | Zig:15   | Entered Level 15 of a ziggurat
271769 | Zig:15   | Noticed a dread lich
271769 | Zig:15   | Noticed a dread lich
271770 | Zig:15   | Noticed a dread lich
271770 | Zig:15   | Noticed a dread lich
271772 | Zig:15   | Noticed a dread lich
271772 | Zig:15   | Noticed an ancient lich
271772 | Zig:15   | Noticed an ancient lich
271772 | Zig:15   | Noticed an ancient lich
271772 | Zig:15   | Noticed an ancient lich
271773 | Zig:15   | Noticed an ancient lich
271773 | Zig:15   | Noticed an ancient lich
271773 | Zig:15   | Noticed an ancient lich
271773 | Zig:15   | Noticed a dread lich
271773 | Zig:15   | Noticed a dread lich
271774 | Zig:15   | Noticed an ancient lich
271774 | Zig:15   | Noticed a dread lich
271774 | Zig:15   | Noticed a dread lich
271774 | Zig:15   | Noticed an ancient lich
271774 | Zig:15   | Noticed an ancient lich
271774 | Zig:15   | Noticed an ancient lich
271774 | Zig:15   | Noticed an ancient lich
271774 | Zig:15   | Noticed a dread lich
271774 | Zig:15   | Noticed a dread lich
271774 | Zig:15   | Noticed an ancient lich
271774 | Zig:15   | Noticed an ancient lich
271774 | Zig:15   | Noticed an ancient lich
271774 | Zig:15   | Noticed a dread lich
271774 | Zig:15   | Noticed an ancient lich
271774 | Zig:15   | Noticed an ancient lich
271774 | Zig:15   | Noticed an ancient lich
271774 | Zig:15   | Noticed an ancient lich
271774 | Zig:15   | Noticed a dread lich
271774 | Zig:15   | Noticed an ancient lich
271774 | Zig:15   | Noticed a dread lich
271774 | Zig:15   | Noticed a dread lich
271774 | Zig:15   | Noticed a dread lich
271774 | Zig:15   | Noticed an ancient lich
271775 | Zig:15   | Killed a dread lich
271775 | Zig:15   | Killed an ancient lich
271775 | Zig:15   | Killed a dread lich
271775 | Zig:15   | Killed an ancient lich
271775 | Zig:15   | Killed an ancient lich
271775 | Zig:15   | Killed an ancient lich
271775 | Zig:15   | Killed a dread lich
271775 | Zig:15   | Killed a dread lich
271775 | Zig:15   | Killed an ancient lich
271775 | Zig:15   | Killed an ancient lich
271775 | Zig:15   | Killed an ancient lich
271775 | Zig:15   | Killed an ancient lich
271775 | Zig:15   | Killed an ancient lich
271775 | Zig:15   | Killed an ancient lich
271775 | Zig:15   | Killed a dread lich
271775 | Zig:15   | Killed an ancient lich
271775 | Zig:15   | Killed an ancient lich
271775 | Zig:15   | Killed an ancient lich
271775 | Zig:15   | Killed a dread lich
271775 | Zig:15   | Killed an ancient lich
271775 | Zig:15   | Killed a dread lich
271775 | Zig:15   | Killed an ancient lich
271775 | Zig:15   | Killed a dread lich
271775 | Zig:15   | Killed an ancient lich
271775 | Zig:15   | Killed a dread lich
271775 | Zig:15   | Killed a dread lich
271775 | Zig:15   | Killed an ancient lich
271775 | Zig:15   | Killed an ancient lich
271775 | Zig:15   | Killed an ancient lich
271775 | Zig:15   | Killed a dread lich
271775 | Zig:15   | Noticed an ancient lich
271775 | Zig:15   | Noticed a dread lich
271776 | Zig:15   | Killed a dread lich
271776 | Zig:15   | Killed an ancient lich
271776 | Zig:15   | Killed an ancient lich
271776 | Zig:15   | Killed a dread lich
271776 | Zig:15   | Killed a dread lich
271776 | Zig:15   | Killed a dread lich
271776 | Zig:15   | Killed a dread lich
271776 | Zig:15   | Noticed a dread lich
271777 | Zig:15   | Noticed an ancient lich
271778 | Zig:15   | Noticed an ancient lich
271778 | Zig:15   | Noticed an ancient lich
271779 | Zig:15   | Noticed a dread lich
271779 | Zig:15   | Noticed a dread lich
271779 | Zig:15   | Noticed an ancient lich
271779 | Zig:15   | Noticed an ancient lich
271780 | Zig:15   | Noticed an ancient lich
271781 | Zig:15   | Killed an ancient lich
271781 | Zig:15   | Killed a dread lich
271781 | Zig:15   | Killed an ancient lich
271781 | Zig:15   | Noticed a dread lich
271781 | Zig:15   | Noticed an ancient lich
271782 | Zig:15   | Killed a dread lich
271782 | Zig:15   | Killed an ancient lich
271782 | Zig:15   | Killed a dread lich
271782 | Zig:15   | Killed a dread lich
271782 | Zig:15   | Killed an ancient lich
271782 | Zig:15   | Killed an ancient lich
271782 | Zig:15   | Killed an ancient lich
271782 | Zig:15   | Killed a dread lich
271782 | Zig:15   | Killed an ancient lich
271783 | Zig:15   | Noticed a dread lich
271784 | Zig:15   | Killed an ancient lich
271784 | Zig:15   | Killed a dread lich
271785 | Zig:15   | Noticed a dread lich
271791 | Zig:15   | Killed a dread lich
272009 | Zig:15   | Identified the staff "Paducomifo" {*Slow rElec rPois rC+
                  | rCorr Ice}
272013 | Zig:15   | Identified the +2 troll leather armour of Geviaj {rPois
                  | Regen+ Int+2}
272375 | Zig:16   | Entered Level 16 of a ziggurat
272381 | Zig:16   | Noticed an ancient lich
272386 | Zig:16   | Killed an ancient lich
273074 | Zig:16   | Identified the +2 trident of Execution {venom, rPois}
273095 | Zig:16   | Identified the ring of Jajeps {rPois SInv}
273115 | Zig:16   | Identified the +2 spear of Ubudgh {protect, Int+2}
273134 | Zig:16   | Identified the +9 rapier "Faecvett" {holy, Dex+4}
273138 | Zig:16   | Identified the +0 pair of boots "Fiefuo" {*Slow rF+ Int+5}
273142 | Zig:16   | Identified the +3 hand axe of Domination {drain, rElec
                  | Stlth+}
273143 | Zig:16   | Identified the staff "Qilism" {rElec Int+4 Air}
273147 | Zig:16   | Identified the +0 scale mail of Winter {-Tele rPois Will++
                  | Dex+3}
273151 | Zig:16   | Identified the ring of the Villain {rN+ rCorr Str+3 Int-2
                  | Slay+3}
273157 | Zig:16   | Identified the +2 rapier "Cacuor" {protect, rPois}
273267 | Zig:17   | Entered Level 17 of a ziggurat
273267 | Zig:17   | Noticed a juggernaut
273268 | Zig:17   | Killed a juggernaut
273268 | Zig:17   | Noticed a juggernaut
273269 | Zig:17   | Noticed a juggernaut
273269 | Zig:17   | Noticed a juggernaut
273269 | Zig:17   | Noticed a juggernaut
273269 | Zig:17   | Noticed a juggernaut
273270 | Zig:17   | Noticed a juggernaut
273271 | Zig:17   | Noticed a juggernaut
273271 | Zig:17   | Noticed a juggernaut
273272 | Zig:17   | Noticed a juggernaut
273273 | Zig:17   | Noticed a juggernaut
273273 | Zig:17   | Noticed a juggernaut
273274 | Zig:17   | Noticed a juggernaut
273275 | Zig:17   | Noticed a juggernaut
273277 | Zig:17   | Noticed a juggernaut
273277 | Zig:17   | Killed a juggernaut
273277 | Zig:17   | Killed a juggernaut
273277 | Zig:17   | Killed a juggernaut
273277 | Zig:17   | Killed a juggernaut
273277 | Zig:17   | Killed a juggernaut
273277 | Zig:17   | Killed a juggernaut
273277 | Zig:17   | Killed a juggernaut
273277 | Zig:17   | Killed a juggernaut
273277 | Zig:17   | Killed a juggernaut
273277 | Zig:17   | Killed a juggernaut
273277 | Zig:17   | Killed a juggernaut
273277 | Zig:17   | Killed a juggernaut
273277 | Zig:17   | Killed a juggernaut
273277 | Zig:17   | Noticed a juggernaut
273277 | Zig:17   | Noticed a juggernaut
273278 | Zig:17   | Noticed a juggernaut
273278 | Zig:17   | Noticed a juggernaut
273278 | Zig:17   | Noticed a juggernaut
273279 | Zig:17   | Noticed a juggernaut
273279 | Zig:17   | Noticed a juggernaut
273279 | Zig:17   | Noticed a juggernaut
273279 | Zig:17   | Noticed a juggernaut
273280 | Zig:17   | Noticed a juggernaut
273280 | Zig:17   | Noticed a juggernaut
273280 | Zig:17   | Noticed a juggernaut
273280 | Zig:17   | Killed a juggernaut
273280 | Zig:17   | Killed a juggernaut
273281 | Zig:17   | Noticed a juggernaut
273282 | Zig:17   | Killed a juggernaut
273282 | Zig:17   | Killed a juggernaut
273283 | Zig:17   | Killed a juggernaut
273284 | Zig:17   | Killed a juggernaut
273284 | Zig:17   | Killed a juggernaut
273284 | Zig:17   | Killed a juggernaut
273285 | Zig:17   | Noticed a juggernaut
273286 | Zig:17   | Killed a juggernaut
273286 | Zig:17   | Killed a juggernaut
273286 | Zig:17   | Killed a juggernaut
273286 | Zig:17   | Killed a juggernaut
273286 | Zig:17   | Noticed a juggernaut
273288 | Zig:17   | Noticed a juggernaut
273291 | Zig:17   | Killed a juggernaut
273291 | Zig:17   | Killed a juggernaut
273291 | Zig:17   | Killed a juggernaut
273291 | Zig:17   | Noticed a juggernaut
273292 | Zig:17   | Killed a juggernaut
273292 | Zig:17   | Killed a juggernaut
273292 | Zig:17   | Killed a juggernaut
273511 | Zig:17   | Identified the +0 short sword of Nes Jum {heavy, rElec
                  | Str+3}
273520 | Zig:17   | Identified the staff of the Big Fish {rN+ Str+3 Necro}
273530 | Zig:17   | Identified the staff "Husan" {rN+ Conj}
273539 | Zig:17   | Identified the +5 arbalest of Day {heavy, Int+3}
274168 | Zig:18   | Entered Level 18 of a ziggurat
274171 | Zig:18   | Noticed a dread lich
274179 | Zig:18   | Noticed a dread lich
274182 | Zig:18   | Killed a dread lich
274184 | Zig:18   | Killed a dread lich
274208 | Zig:18   | Noticed an ancient lich
274212 | Zig:18   | Killed an ancient lich
274590 | Zig:18   | Identified the +8 sling of Miunu {speed, rF+}
274592 | Zig:18   | Identified the +5 war axe of Conscience {vamp, rN+ Str+3
                  | Int-5}
274680 | Zig:18   | Identified the +13 plate armour "Saile" {Rampage Stlth+}
274686 | Zig:18   | Identified the ring "Woegebb" {rF+ Int+6 SInv}
274693 | Zig:18   | Identified the ring "Duine" {Fire Dex+3}
274729 | Zig:18   | Identified the ring of Umelitom {rPois rN+}
274745 | Zig:18   | Identified the ring "Itroella" {rPois Dex+4}
274822 | Zig:19   | Entered Level 19 of a ziggurat
274827 | Zig:19   | Noticed an ancient lich
274834 | Zig:19   | Noticed a dread lich
274838 | Zig:19   | Killed an ancient lich
274838 | Zig:19   | Killed a dread lich
274840 | Zig:19   | Paralysed by a wendigo for 1 turns
275039 | Zig:19   | Identified the +10 shortbow "Elagrid" {flame, *Corrode
                  | rPois Str+5 Int+2}
275041 | Zig:19   | Identified the +10 crystal plate armour of Classification
                  | {Harm rElec rF+}
275049 | Zig:19   | Identified the staff "Quudwio" {rElec rF+ rC- Str+7 Conj}
275072 | Zig:19   | Identified the ring of Jiotof {rF++ rC+ Stlth-}
275574 | Zig:19   | Identified the staff "Hinudiu" {rElec rF- Int+2 Stlth+
                  | Earth}
275575 | Zig:19   | Identified the +10 battleaxe "Weost" {heavy, rN+ Str-4
                  | Int+5}
275628 | Zig:20   | Entered Level 20 of a ziggurat
275680 | Zig:20   | Noticed Beedany the pandemonium lord
275685 | Zig:20   | Killed Beedany the pandemonium lord
276377 | Zig:20   | Identified the staff of the Delightful God {rN+ Str+3 Int+2
                  | Necro}
276382 | Zig:20   | Identified the ring of Hozuusch {*Corrode rC+ Int+6 SInv}
276391 | Zig:20   | Identified the +5 lajatang "Zioch" {freeze, Stlth+}
276392 | Zig:20   | Identified the ring "Vinu" {rPois rF+}
276412 | Zig:20   | Identified the +2 ring mail of Zyic {rElec}
276417 | Zig:20   | Identified the +0 acid dragon scales of Bedevilment {rCorr
                  | Dex+3}
276501 | Zig:21   | Entered Level 21 of a ziggurat
276501 | Zig:21   | Noticed a juggernaut
276501 | Zig:21   | Noticed a juggernaut
276501 | Zig:21   | Noticed a juggernaut
276501 | Zig:21   | Noticed a juggernaut
276501 | Zig:21   | Noticed a juggernaut
276501 | Zig:21   | Noticed a juggernaut
276501 | Zig:21   | Noticed a juggernaut
276501 | Zig:21   | Noticed a juggernaut
276502 | Zig:21   | Killed a juggernaut
276502 | Zig:21   | Killed a juggernaut
276502 | Zig:21   | Killed a juggernaut
276502 | Zig:21   | Killed a juggernaut
276502 | Zig:21   | Killed a juggernaut
276502 | Zig:21   | Killed a juggernaut
276502 | Zig:21   | Killed a juggernaut
276503 | Zig:21   | Noticed a juggernaut
276503 | Zig:21   | Noticed a juggernaut
276505 | Zig:21   | Noticed a juggernaut
276509 | Zig:21   | Noticed a juggernaut
276509 | Zig:21   | Killed a juggernaut
276509 | Zig:21   | Noticed a juggernaut
276510 | Zig:21   | Noticed a juggernaut
276510 | Zig:21   | Killed a juggernaut
276511 | Zig:21   | Noticed a juggernaut
276512 | Zig:21   | Noticed a juggernaut
276512 | Zig:21   | Noticed a juggernaut
276512 | Zig:21   | Killed a juggernaut
276512 | Zig:21   | Killed a juggernaut
276513 | Zig:21   | Noticed a juggernaut
276514 | Zig:21   | Noticed a juggernaut
276514 | Zig:21   | Killed a juggernaut
276514 | Zig:21   | Killed a juggernaut
276514 | Zig:21   | Killed a juggernaut
276514 | Zig:21   | Killed a juggernaut
276514 | Zig:21   | Killed a juggernaut
276514 | Zig:21   | Killed a juggernaut
276514 | Zig:21   | Killed a juggernaut
276515 | Zig:21   | Noticed a juggernaut
276515 | Zig:21   | Noticed a juggernaut
276515 | Zig:21   | Noticed a juggernaut
276516 | Zig:21   | Noticed a juggernaut
276516 | Zig:21   | Noticed a juggernaut
276517 | Zig:21   | Noticed a juggernaut
276517 | Zig:21   | Noticed a juggernaut
276517 | Zig:21   | Noticed a juggernaut
276517 | Zig:21   | Noticed a juggernaut
276518 | Zig:21   | Killed a juggernaut
276518 | Zig:21   | Killed a juggernaut
276518 | Zig:21   | Killed a juggernaut
276520 | Zig:21   | Killed a juggernaut
276520 | Zig:21   | Killed a juggernaut
276520 | Zig:21   | Noticed a juggernaut
276520 | Zig:21   | Noticed a juggernaut
276521 | Zig:21   | Noticed a juggernaut
276521 | Zig:21   | Noticed a juggernaut
276521 | Zig:21   | Noticed a juggernaut
276522 | Zig:21   | Killed a juggernaut
276522 | Zig:21   | Killed a juggernaut
276522 | Zig:21   | Killed a juggernaut
276522 | Zig:21   | Killed a juggernaut
276522 | Zig:21   | Killed a juggernaut
276527 | Zig:21   | Noticed a juggernaut
276527 | Zig:21   | Noticed a juggernaut
276527 | Zig:21   | Killed a juggernaut
276528 | Zig:21   | Noticed a juggernaut
276529 | Zig:21   | Noticed a juggernaut
276529 | Zig:21   | Killed a juggernaut
276530 | Zig:21   | Killed a juggernaut
276531 | Zig:21   | Killed a juggernaut
276531 | Zig:21   | Noticed a juggernaut
276532 | Zig:21   | Killed a juggernaut
276533 | Zig:21   | Noticed a juggernaut
276533 | Zig:21   | Noticed a juggernaut
276533 | Zig:21   | Killed a juggernaut
276533 | Zig:21   | Killed a juggernaut
276534 | Zig:21   | Noticed a juggernaut
276535 | Zig:21   | Noticed a juggernaut
276536 | Zig:21   | Killed a juggernaut
276537 | Zig:21   | Killed a juggernaut
276537 | Zig:21   | Killed a juggernaut
276537 | Zig:21   | Killed a juggernaut
276545 | Zig:21   | Noticed a juggernaut
276546 | Zig:21   | Killed a juggernaut
276547 | Zig:21   | Killed a juggernaut
276548 | Zig:21   | Killed a juggernaut
276550 | Zig:21   | Killed a juggernaut
276769 | Zig:21   | Identified the ring of Ohunotz {rPois Stlth+}
276773 | Zig:21   | Identified the +1 quarterstaff of the Tomato {freeze, rPois
                  | rC+ Int+4}
276779 | Zig:21   | Identified the +2 pair of gloves "Plog" {rF+ rC+ Int-5
                  | Slay+2}
276783 | Zig:21   | Identified the staff "Qefij" {rElec rN+ Dex-5 SInv Necro}
276833 | Zig:21   | Identified the +0 scale mail of Dishonour {-Cast Dex+3
                  | Stlth+}
276841 | Zig:21   | Identified the +8 war axe "Onesozam" {vamp, rElec Int+5}
277555 | Zig:21   | Identified the +6 lajatang of Bibad {freeze, Fragile rF+
                  | Will+ Stlth+}
277576 | Zig:22   | Entered Level 22 of a ziggurat
277606 | Zig:22   | Identified the +4 rapier "Keul" {freeze, Dex+4}
278456 | Zig:22   | Identified the amulet "Icwuqaa" {RegenMP rC+ rN+ Int-2
                  | Stlth+}
278527 | Zig:22   | Identified the amulet of Situoha {Reflect Harm Fragile
                  | +Blink rPois SH+5}
278549 | Zig:22   | Identified the +1 plate armour "Hero's Friend" {rElec rCorr
                  | Int-3}
278559 | Zig:22   | Identified the +9 dagger of Otzeck {pain, rF+ rCorr}
278596 | Zig:22   | Identified the +0 robe of Ashenzari's Generosity {Str+2}
278606 | Zig:22   | Identified the +1 ring mail of Likh {rElec rC++ MP+9 Slay+3
                  | Stlth-}
278618 | Zig:22   | Identified the ring of Caerph {Str+2 Int+6}
278633 | Zig:22   | Identified the +1 hand axe "Xyorghena" {freeze, *Noise
                  | rElec rPois SInv}
278642 | Zig:22   | Identified the +3 leather armour of the Harp {Harm Stlth+}
278646 | Zig:22   | Identified the +7 lajatang of Hepliaklqana's Hatred
                  | {freeze, rCorr Str+4 Int+2}
278649 | Zig:22   | Identified the +1 shortbow "Zeagiram" {freeze, Will+}
278693 | Zig:23   | Entered Level 23 of a ziggurat
278698 | Zig:23   | Noticed a dread lich
278699 | Zig:23   | Noticed an ancient lich
278700 | Zig:23   | Noticed an ancient lich
278700 | Zig:23   | Noticed a dread lich
278701 | Zig:23   | Noticed an ancient lich
278701 | Zig:23   | Noticed a dread lich
278702 | Zig:23   | Noticed an ancient lich
278702 | Zig:23   | Noticed a dread lich
278703 | Zig:23   | Noticed a dread lich
278703 | Zig:23   | Noticed an ancient lich
278704 | Zig:23   | Killed an ancient lich
278704 | Zig:23   | Killed a dread lich
278704 | Zig:23   | Killed an ancient lich
278704 | Zig:23   | Killed a dread lich
278704 | Zig:23   | Killed an ancient lich
278704 | Zig:23   | Killed an ancient lich
278704 | Zig:23   | Killed an ancient lich
278704 | Zig:23   | Noticed an ancient lich
278704 | Zig:23   | Noticed a dread lich
278705 | Zig:23   | Killed a dread lich
278705 | Zig:23   | Killed a dread lich
278705 | Zig:23   | Killed a dread lich
278705 | Zig:23   | Killed a dread lich
278705 | Zig:23   | Killed an ancient lich
278705 | Zig:23   | Noticed an ancient lich
278706 | Zig:23   | Noticed an ancient lich
278706 | Zig:23   | Noticed a dread lich
278706 | Zig:23   | Noticed an ancient lich
278707 | Zig:23   | Noticed an ancient lich
278707 | Zig:23   | Noticed a dread lich
278707 | Zig:23   | Noticed an ancient lich
278707 | Zig:23   | Noticed an ancient lich
278707 | Zig:23   | Noticed an ancient lich
278707 | Zig:23   | Noticed an ancient lich
278707 | Zig:23   | Noticed a dread lich
278708 | Zig:23   | Noticed a dread lich
278708 | Zig:23   | Noticed an ancient lich
278708 | Zig:23   | Noticed a dread lich
278709 | Zig:23   | Noticed a dread lich
278709 | Zig:23   | Noticed a dread lich
278709 | Zig:23   | Noticed a dread lich
278709 | Zig:23   | Noticed an ancient lich
278709 | Zig:23   | Noticed a dread lich
278710 | Zig:23   | Noticed an ancient lich
278710 | Zig:23   | Noticed a dread lich
278710 | Zig:23   | Noticed an ancient lich
278711 | Zig:23   | Noticed an ancient lich
278711 | Zig:23   | Noticed an ancient lich
278711 | Zig:23   | Noticed a dread lich
278711 | Zig:23   | Noticed a dread lich
278711 | Zig:23   | Killed an ancient lich
278711 | Zig:23   | Killed a dread lich
278711 | Zig:23   | Killed a dread lich
278711 | Zig:23   | Killed an ancient lich
278711 | Zig:23   | Killed a dread lich
278711 | Zig:23   | Killed an ancient lich
278711 | Zig:23   | Killed a dread lich
278711 | Zig:23   | Killed a dread lich
278711 | Zig:23   | Killed an ancient lich
278711 | Zig:23   | Killed an ancient lich
278711 | Zig:23   | Killed an ancient lich
278711 | Zig:23   | Killed a dread lich
278711 | Zig:23   | Killed a dread lich
278711 | Zig:23   | Killed an ancient lich
278711 | Zig:23   | Killed a dread lich
278711 | Zig:23   | Killed an ancient lich
278711 | Zig:23   | Killed an ancient lich
278711 | Zig:23   | Killed a dread lich
278711 | Zig:23   | Killed a dread lich
278712 | Zig:23   | Noticed an ancient lich
278713 | Zig:23   | Noticed a dread lich
278714 | Zig:23   | Noticed a dread lich
278714 | Zig:23   | Killed an ancient lich
278714 | Zig:23   | Killed an ancient lich
278714 | Zig:23   | Killed a dread lich
278714 | Zig:23   | Killed an ancient lich
278714 | Zig:23   | Killed a dread lich
278715 | Zig:23   | Noticed a dread lich
278716 | Zig:23   | Noticed an ancient lich
278717 | Zig:23   | Killed a dread lich
278717 | Zig:23   | Killed an ancient lich
278718 | Zig:23   | Killed a dread lich
278719 | Zig:23   | Noticed an ancient lich
278719 | Zig:23   | Noticed a dread lich
278720 | Zig:23   | Noticed an ancient lich
278721 | Zig:23   | Noticed a dread lich
278721 | Zig:23   | Noticed a dread lich
278722 | Zig:23   | Noticed an ancient lich
278722 | Zig:23   | Noticed a dread lich
278722 | Zig:23   | Noticed an ancient lich
278722 | Zig:23   | Noticed an ancient lich
278722 | Zig:23   | Noticed a dread lich
278722 | Zig:23   | Noticed a dread lich
278723 | Zig:23   | Noticed a dread lich
278724 | Zig:23   | Noticed an ancient lich
278724 | Zig:23   | Noticed an ancient lich
278724 | Zig:23   | Killed an ancient lich
278724 | Zig:23   | Killed a dread lich
278725 | Zig:23   | Killed an ancient lich
278725 | Zig:23   | Killed a dread lich
278725 | Zig:23   | Killed an ancient lich
278725 | Zig:23   | Killed an ancient lich
278726 | Zig:23   | Killed an ancient lich
278726 | Zig:23   | Killed a dread lich
278726 | Zig:23   | Killed a dread lich
278726 | Zig:23   | Killed an ancient lich
278726 | Zig:23   | Killed an ancient lich
278726 | Zig:23   | Killed an ancient lich
278726 | Zig:23   | Killed a dread lich
278726 | Zig:23   | Killed a dread lich
278726 | Zig:23   | Killed a dread lich
278726 | Zig:23   | Killed a dread lich
278726 | Zig:23   | Killed an ancient lich
278727 | Zig:23   | Killed an ancient lich
278727 | Zig:23   | Noticed an ancient lich
278729 | Zig:23   | Noticed a dread lich
278735 | Zig:23   | Killed an ancient lich
278735 | Zig:23   | Killed a dread lich
278897 | Zig:23   | Identified the +0 chain mail of Stained Curiosity {rC-
                  | Str+4 Dex+3}
278899 | Zig:23   | Identified the staff "Duuk Iwkial" {Will- Int+6 SInv Conj}
278901 | Zig:23   | Identified the +3 lajatang "Coadum" {drain, rF+ Int+5
                  | Dex+4}
278921 | Zig:23   | Identified the +9 broad axe of Reinforcement {freeze, Fly
                  | rElec Dex+3}
278925 | Zig:23   | Identified the +5 short sword of the Sea {flame, Dex+5}
278935 | Zig:23   | Identified the +0 helmet "Ydaemyxi" {Str+8}
278939 | Zig:23   | Identified the +3 lajatang of Geetill {drain, rF+ Int+2}
278956 | Zig:23   | Identified the +1 chain mail of the Wasteland {Will++
                  | rCorr}
278963 | Zig:23   | Identified the +3 sling "Peatwuos" {antimagic, rPois SInv
                  | Stlth+}
278970 | Zig:23   | Identified the staff "Gamaz" {rPois Will- Conj Summ Poison}
278971 | Zig:23   | Identified the +0 robe "Behakec" {Stlth+}
278973 | Zig:23   | Identified the staff "Ricrerch" {rPois rF+ rC- rCorr Conj}
278986 | Zig:23   | Identified the +5 orcbow of the Bounties {heavy, Will- MP+9
                  | Str+3}
278996 | Zig:23   | Identified the +5 mace of Kurasy {vamp, *Noise Int+7}
278998 | Zig:23   | Identified the +1 lajatang of the Stoat {speed, rPois rCorr
                  | Dex+2}
279600 | Zig:24   | Entered Level 24 of a ziggurat
279606 | Zig:24   | Noticed an orb of fire
279607 | Zig:24   | Noticed an orb of fire
279607 | Zig:24   | Noticed an orb of fire
279607 | Zig:24   | Noticed an orb of fire
279607 | Zig:24   | Noticed an orb of fire
279607 | Zig:24   | Noticed an orb of fire
279608 | Zig:24   | Noticed an orb of fire
279608 | Zig:24   | Noticed an orb of fire
279608 | Zig:24   | Noticed an orb of fire
279608 | Zig:24   | Noticed an orb of fire
279609 | Zig:24   | Noticed an orb of fire
279609 | Zig:24   | Noticed an orb of fire
279609 | Zig:24   | Noticed an orb of fire
279609 | Zig:24   | Noticed an orb of fire
279609 | Zig:24   | Noticed an orb of fire
279610 | Zig:24   | Killed an orb of fire
279610 | Zig:24   | Killed an orb of fire
279610 | Zig:24   | Noticed an orb of fire
279610 | Zig:24   | Noticed an orb of fire
279610 | Zig:24   | Noticed an orb of fire
279611 | Zig:24   | Killed an orb of fire
279611 | Zig:24   | Killed an orb of fire
279611 | Zig:24   | Killed an orb of fire
279611 | Zig:24   | Killed an orb of fire
279611 | Zig:24   | Noticed an orb of fire
279611 | Zig:24   | Noticed an orb of fire
279612 | Zig:24   | Killed an orb of fire
279612 | Zig:24   | Killed an orb of fire
279612 | Zig:24   | Killed an orb of fire
279612 | Zig:24   | Killed an orb of fire
279612 | Zig:24   | Killed an orb of fire
279612 | Zig:24   | Killed an orb of fire
279612 | Zig:24   | Noticed an orb of fire
279612 | Zig:24   | Noticed an orb of fire
279612 | Zig:24   | Noticed an orb of fire
279612 | Zig:24   | Noticed an orb of fire
279613 | Zig:24   | Killed an orb of fire
279613 | Zig:24   | Killed an orb of fire
279613 | Zig:24   | Noticed an orb of fire
279613 | Zig:24   | Noticed an orb of fire
279614 | Zig:24   | Killed an orb of fire
279614 | Zig:24   | Killed an orb of fire
279614 | Zig:24   | Killed an orb of fire
279614 | Zig:24   | Noticed an orb of fire
279614 | Zig:24   | Noticed an orb of fire
279614 | Zig:24   | Noticed an orb of fire
279614 | Zig:24   | Noticed an orb of fire
279614 | Zig:24   | Noticed an orb of fire
279615 | Zig:24   | Killed an orb of fire
279615 | Zig:24   | Killed an orb of fire
279615 | Zig:24   | Killed an orb of fire
279615 | Zig:24   | Noticed an orb of fire
279615 | Zig:24   | Noticed an orb of fire
279615 | Zig:24   | Noticed an orb of fire
279615 | Zig:24   | Noticed an orb of fire
279616 | Zig:24   | Noticed an orb of fire
279616 | Zig:24   | Killed an orb of fire
279616 | Zig:24   | Killed an orb of fire
279616 | Zig:24   | Killed an orb of fire
279616 | Zig:24   | Killed an orb of fire
279616 | Zig:24   | Killed an orb of fire
279616 | Zig:24   | Killed an orb of fire
279616 | Zig:24   | Noticed an orb of fire
279616 | Zig:24   | Noticed an orb of fire
279616 | Zig:24   | Noticed an orb of fire
279616 | Zig:24   | Noticed an orb of fire
279617 | Zig:24   | Killed an orb of fire
279617 | Zig:24   | Killed an orb of fire
279617 | Zig:24   | Killed an orb of fire
279617 | Zig:24   | Noticed an orb of fire
279617 | Zig:24   | Noticed an orb of fire
279618 | Zig:24   | Killed an orb of fire
279618 | Zig:24   | Killed an orb of fire
279618 | Zig:24   | Noticed an orb of fire
279619 | Zig:24   | Killed an orb of fire
279619 | Zig:24   | Killed an orb of fire
279619 | Zig:24   | Killed an orb of fire
279619 | Zig:24   | Killed an orb of fire
279619 | Zig:24   | Killed an orb of fire
279619 | Zig:24   | Noticed an orb of fire
279619 | Zig:24   | Noticed an orb of fire
279620 | Zig:24   | Noticed an orb of fire
279628 | Zig:24   | Killed an orb of fire
279629 | Zig:24   | Noticed an orb of fire
279630 | Zig:24   | Killed an orb of fire
279631 | Zig:24   | Noticed an orb of fire
279631 | Zig:24   | Noticed an orb of fire
279631 | Zig:24   | Noticed an orb of fire
279631 | Zig:24   | Noticed an orb of fire
279631 | Zig:24   | Killed an orb of fire
279631 | Zig:24   | Killed an orb of fire
279631 | Zig:24   | Killed an orb of fire
279631 | Zig:24   | Killed an orb of fire
279631 | Zig:24   | Killed an orb of fire
279631 | Zig:24   | Killed an orb of fire
279631 | Zig:24   | Noticed an orb of fire
279631 | Zig:24   | Noticed an orb of fire
279631 | Zig:24   | Noticed an orb of fire
279631 | Zig:24   | Noticed an orb of fire
279631 | Zig:24   | Noticed an orb of fire
279632 | Zig:24   | Noticed an orb of fire
279632 | Zig:24   | Noticed an orb of fire
279632 | Zig:24   | Killed an orb of fire
279632 | Zig:24   | Killed an orb of fire
279632 | Zig:24   | Noticed an orb of fire
279632 | Zig:24   | Noticed an orb of fire
279632 | Zig:24   | Noticed an orb of fire
279632 | Zig:24   | Noticed an orb of fire
279632 | Zig:24   | Noticed an orb of fire
279633 | Zig:24   | Killed an orb of fire
279633 | Zig:24   | Killed an orb of fire
279633 | Zig:24   | Killed an orb of fire
279633 | Zig:24   | Killed an orb of fire
279633 | Zig:24   | Noticed an orb of fire
279634 | Zig:24   | Killed an orb of fire
279634 | Zig:24   | Killed an orb of fire
279634 | Zig:24   | Killed an orb of fire
279634 | Zig:24   | Killed an orb of fire
279634 | Zig:24   | Noticed an orb of fire
279634 | Zig:24   | Noticed an orb of fire
279634 | Zig:24   | Noticed an orb of fire
279635 | Zig:24   | Noticed an orb of fire
279635 | Zig:24   | Killed an orb of fire
279635 | Zig:24   | Killed an orb of fire
279635 | Zig:24   | Killed an orb of fire
279635 | Zig:24   | Killed an orb of fire
279635 | Zig:24   | Killed an orb of fire
279635 | Zig:24   | Killed an orb of fire
279635 | Zig:24   | Noticed an orb of fire
279636 | Zig:24   | Noticed an orb of fire
279636 | Zig:24   | Killed an orb of fire
279636 | Zig:24   | Killed an orb of fire
279636 | Zig:24   | Killed an orb of fire
279636 | Zig:24   | Noticed an orb of fire
279637 | Zig:24   | Killed an orb of fire
279637 | Zig:24   | Killed an orb of fire
279637 | Zig:24   | Killed an orb of fire
279637 | Zig:24   | Killed an orb of fire
279637 | Zig:24   | Noticed an orb of fire
279637 | Zig:24   | Noticed an orb of fire
279638 | Zig:24   | Killed an orb of fire
279639 | Zig:24   | Killed an orb of fire
279639 | Zig:24   | Killed an orb of fire
279639 | Zig:24   | Killed an orb of fire
279639 | Zig:24   | Killed an orb of fire
279639 | Zig:24   | Noticed an orb of fire
279639 | Zig:24   | Noticed an orb of fire
279639 | Zig:24   | Noticed an orb of fire
279639 | Zig:24   | Noticed an orb of fire
279641 | Zig:24   | Noticed an orb of fire
279645 | Zig:24   | Noticed an orb of fire
279646 | Zig:24   | Noticed an orb of fire
279646 | Zig:24   | Noticed an orb of fire
279646 | Zig:24   | Noticed an orb of fire
279647 | Zig:24   | Noticed an orb of fire
279647 | Zig:24   | Noticed an orb of fire
279647 | Zig:24   | Noticed an orb of fire
279647 | Zig:24   | Killed an orb of fire
279648 | Zig:24   | Killed an orb of fire
279649 | Zig:24   | Noticed an orb of fire
279650 | Zig:24   | Noticed an orb of fire
279650 | Zig:24   | Noticed an orb of fire
279650 | Zig:24   | Killed an orb of fire
279650 | Zig:24   | Noticed an orb of fire
279650 | Zig:24   | Noticed an orb of fire
279651 | Zig:24   | Noticed an orb of fire
279651 | Zig:24   | Killed an orb of fire
279651 | Zig:24   | Killed an orb of fire
279651 | Zig:24   | Killed an orb of fire
279651 | Zig:24   | Killed an orb of fire
279651 | Zig:24   | Killed an orb of fire
279651 | Zig:24   | Killed an orb of fire
279651 | Zig:24   | Killed an orb of fire
279651 | Zig:24   | Killed an orb of fire
279651 | Zig:24   | Noticed an orb of fire
279651 | Zig:24   | Noticed an orb of fire
279652 | Zig:24   | Killed an orb of fire
279652 | Zig:24   | Killed an orb of fire
279653 | Zig:24   | Killed an orb of fire
279654 | Zig:24   | Noticed an orb of fire
279654 | Zig:24   | Noticed an orb of fire
279654 | Zig:24   | Noticed an orb of fire
279654 | Zig:24   | Noticed an orb of fire
279654 | Zig:24   | Noticed an orb of fire
279655 | Zig:24   | Killed an orb of fire
279655 | Zig:24   | Killed an orb of fire
279655 | Zig:24   | Killed an orb of fire
279655 | Zig:24   | Killed an orb of fire
279655 | Zig:24   | Killed an orb of fire
279655 | Zig:24   | Noticed an orb of fire
279657 | Zig:24   | Killed an orb of fire
279657 | Zig:24   | Killed an orb of fire
279657 | Zig:24   | Noticed an orb of fire
279658 | Zig:24   | Killed an orb of fire
279658 | Zig:24   | Killed an orb of fire
279658 | Zig:24   | Killed an orb of fire
279658 | Zig:24   | Killed an orb of fire
279658 | Zig:24   | Killed an orb of fire
279658 | Zig:24   | Noticed an orb of fire
279659 | Zig:24   | Noticed an orb of fire
279659 | Zig:24   | Noticed an orb of fire
279660 | Zig:24   | Killed an orb of fire
279660 | Zig:24   | Killed an orb of fire
279661 | Zig:24   | Noticed an orb of fire
279662 | Zig:24   | Killed an orb of fire
279662 | Zig:24   | Killed an orb of fire
279664 | Zig:24   | Noticed an orb of fire
279665 | Zig:24   | Noticed an orb of fire
279665 | Zig:24   | Noticed an orb of fire
279667 | Zig:24   | Noticed an orb of fire
279668 | Zig:24   | Noticed an orb of fire
279668 | Zig:24   | Noticed an orb of fire
279668 | Zig:24   | Noticed an orb of fire
279668 | Zig:24   | Noticed an orb of fire
279669 | Zig:24   | Killed an orb of fire
279670 | Zig:24   | Killed an orb of fire
279670 | Zig:24   | Killed an orb of fire
279671 | Zig:24   | Killed an orb of fire
279672 | Zig:24   | Killed an orb of fire
279672 | Zig:24   | Killed an orb of fire
279672 | Zig:24   | Killed an orb of fire
279672 | Zig:24   | Killed an orb of fire
279672 | Zig:24   | Killed an orb of fire
279673 | Zig:24   | Killed an orb of fire
280298 | Zig:24   | Identified the +0 shortbow "Padghivu" {drain, +Blink Str+4}
280304 | Zig:24   | Identified the ring "Cohec" {Fly rPois Str+3 Int-4}
280321 | Zig:24   | Identified the +11 spear of the Dwarven Hall {elec, Fragile
                  | +Blink Dex-3 Stlth+}
280327 | Zig:24   | Identified the +4 orcbow "Faiff" {heavy, rF- rCorr Str+2}
280330 | Zig:24   | Identified the +2 robe of the Zealous God {rF+ Will- Str+2
                  | Stlth+}
280343 | Zig:24   | Identified the +2 battleaxe of Compulsion {holy, rElec rC-
                  | rN+ Dex+3}
280346 | Zig:24   | Identified the +6 lajatang of Defilement {freeze, Str+4}
280347 | Zig:24   | Identified the +7 orcbow of Iconoclasm {drain, rF++ Dex+3}
280349 | Zig:24   | Identified the ring of Ymathruoz {rC- rN+ rCorr SInv}
280353 | Zig:24   | Identified the +4 lajatang of Suowkeyd {flame, rElec}
280355 | Zig:24   | Identified the +2 lajatang of Greatest Utility {holy, rPois
                  | Will- Str+2 Int+2}
280360 | Zig:24   | Identified the ring of Uschoisae {Fire rN+ Int+3 Stlth+}
280364 | Zig:24   | Identified the +7 lajatang of Action {antimagic, +Blink rF-
                  | Will+++ Str+2}
280367 | Zig:24   | Identified the +2 whip of the Hills {heavy, Will++ Str-3
                  | SInv Stlth+}
280368 | Zig:24   | Identified the +8 dagger of Reeg Lyt {venom, rElec Str+4
                  | SInv}
280370 | Zig:24   | Identified the amulet "Tootaneta" {Spirit rElec rN+ Dex+5
                  | Slay-3}
280375 | Zig:24   | Identified the amulet of Uloujosh {Spirit Harm rF- rCorr}
280448 | Zig:25   | Entered Level 25 of a ziggurat
280455 | Zig:25   | Noticed an ancient lich
280458 | Zig:25   | Killed an ancient lich
280478 | Zig:25   | Noticed a dread lich
280478 | Zig:25   | Noticed an ancient lich
280479 | Zig:25   | Killed a dread lich
280480 | Zig:25   | Killed an ancient lich
280481 | Zig:25   | Noticed a dread lich
280489 | Zig:25   | Killed a dread lich
280493 | Zig:25   | Identified the +3 long sword of Dismemberment {flame, rElec
                  | rPois Will+ Str-3 SInv}
280819 | Zig:25   | Identified the +0 halberd of Ceoqiq {drain, rPois rC+
                  | Str+3}
280820 | Zig:25   | Identified the +0 buckler "Ceffu" {Rampage Str+3 Dex+3}
280824 | Zig:25   | Identified the +1 leather armour of Hinexus {rElec rN+
                  | rCorr Str-5 Dex+2}
280833 | Zig:25   | Identified the +6 lajatang of the Thoughtful Beggars
                  | {heavy, rPois Str+5 Int+3}
280834 | Zig:25   | Identified the +1 robe of Toquj {Harm rF+ Slay-4 SInv}
280843 | Zig:25   | Identified the staff "Misel" {rElec rPois Will- MP+9 SInv
                  | Poison}
280861 | Zig:25   | Identified the staff of Infinite Pain {*Corrode Dex+6
                  | Earth}
280863 | Zig:25   | Identified the +7 lajatang of the Rattlesnake {venom,
                  | Contam rF+++ Str-3 Int+9}
280867 | Zig:25   | Identified the ring "Vaulay" {rF++ rN+ Will+ MP+9 Str-4}
280877 | Zig:25   | Identified the +6 short sword of Dull Watchfulness {venom,
                  | +Blink rC++ MP+9}
280887 | Zig:25   | Identified the staff of Severance {rElec rF+++ rC- Air}
281457 | Zig:25   | Identified the ring "Uwniawau" {Ice Drain rElec rPois
                  | Slay-2 Stlth+}
281460 | Zig:25   | Identified the +2 leather armour of the Mango {Dex+2}
281478 | Zig:26   | Entered Level 26 of a ziggurat
281486 | Zig:26   | Noticed Gium the pandemonium lord
281487 | Zig:26   | Noticed Gylem the pandemonium lord
281487 | Zig:26   | Noticed Girifuokh the pandemonium lord
281489 | Zig:26   | Noticed Umpomp the pandemonium lord
281489 | Zig:26   | Noticed Kocen the pandemonium lord
281490 | Zig:26   | Noticed Dafoo the pandemonium lord
281490 | Zig:26   | Noticed Bettad the pandemonium lord
281490 | Zig:26   | Noticed Myrgh the pandemonium lord
281490 | Zig:26   | Noticed Foxopp the pandemonium lord
281490 | Zig:26   | Noticed Qekaurch the pandemonium lord
281490 | Zig:26   | Killed Gylem the pandemonium lord
281490 | Zig:26   | Noticed Isotao the pandemonium lord
281491 | Zig:26   | Noticed Hoxy the pandemonium lord
281492 | Zig:26   | Killed Gium the pandemonium lord
281492 | Zig:26   | Killed Kocen the pandemonium lord
281492 | Zig:26   | Noticed Imuutyuf the pandemonium lord
281492 | Zig:26   | Noticed Hoingof the pandemonium lord
281492 | Zig:26   | Killed Umpomp the pandemonium lord
281492 | Zig:26   | Killed Bettad the pandemonium lord
281492 | Zig:26   | Noticed Wuduileh the pandemonium lord
281492 | Zig:26   | Noticed Vurelal the pandemonium lord
281493 | Zig:26   | Killed Hoxy the pandemonium lord
281493 | Zig:26   | Killed Qekaurch the pandemonium lord
281493 | Zig:26   | Killed Girifuokh the pandemonium lord
281493 | Zig:26   | Killed Isotao the pandemonium lord
281493 | Zig:26   | Noticed Tidoocwa the pandemonium lord
281493 | Zig:26   | Noticed Usorghicu the pandemonium lord
281493 | Zig:26   | Noticed Loh Maax the pandemonium lord
281494 | Zig:26   | Noticed Wihumeq the pandemonium lord
281494 | Zig:26   | Killed Foxopp the pandemonium lord
281494 | Zig:26   | Noticed Kutu the pandemonium lord
281495 | Zig:26   | Killed Dafoo the pandemonium lord
281495 | Zig:26   | Killed Vurelal the pandemonium lord
281495 | Zig:26   | Noticed Rischelen the pandemonium lord
281495 | Zig:26   | Noticed Giceurch the pandemonium lord
281495 | Zig:26   | Noticed Ohyom the pandemonium lord
281495 | Zig:26   | Noticed Humui the pandemonium lord
281495 | Zig:26   | Noticed Loffeo the pandemonium lord
281496 | Zig:26   | Noticed Agegh the pandemonium lord
281496 | Zig:26   | Noticed Xoduub the pandemonium lord
281496 | Zig:26   | Noticed Werefful the pandemonium lord
281496 | Zig:26   | Killed Myrgh the pandemonium lord
281497 | Zig:26   | Killed Wuduileh the pandemonium lord
281497 | Zig:26   | Killed Werefful the pandemonium lord
281497 | Zig:26   | Noticed Ettoog the pandemonium lord
281497 | Zig:26   | Noticed Rimupyru the pandemonium lord
281497 | Zig:26   | Noticed Ashiux the pandemonium lord
281497 | Zig:26   | Noticed Taxasun the pandemonium lord
281497 | Zig:26   | Noticed Pieblox the pandemonium lord
281497 | Zig:26   | Noticed Xusibe the pandemonium lord
281498 | Zig:26   | Noticed Entogedon the pandemonium lord
281498 | Zig:26   | Noticed Rurho the pandemonium lord
281498 | Zig:26   | Noticed Obbenuch the pandemonium lord
281499 | Zig:26   | Noticed Qoigh the pandemonium lord
281500 | Zig:26   | Noticed Avuprox the pandemonium lord
281500 | Zig:26   | Killed Ettoog the pandemonium lord
281500 | Zig:26   | Killed Hoingof the pandemonium lord
281500 | Zig:26   | Killed Ohyom the pandemonium lord
281500 | Zig:26   | Killed Rimupyru the pandemonium lord
281500 | Zig:26   | Killed Avuprox the pandemonium lord
281500 | Zig:26   | Killed Rischelen the pandemonium lord
281500 | Zig:26   | Killed Xusibe the pandemonium lord
281500 | Zig:26   | Killed Xoduub the pandemonium lord
281500 | Zig:26   | Noticed Canuronk the pandemonium lord
281500 | Zig:26   | Noticed Hoosm the pandemonium lord
281501 | Zig:26   | Noticed Rutto the pandemonium lord
281501 | Zig:26   | Noticed Qashro the pandemonium lord
281502 | Zig:26   | Noticed Duckimexod the pandemonium lord
281502 | Zig:26   | Noticed Anoril the pandemonium lord
281502 | Zig:26   | Noticed Noydgh the pandemonium lord
281503 | Zig:26   | Killed Loh Maax the pandemonium lord
281503 | Zig:26   | Killed Pieblox the pandemonium lord
281503 | Zig:26   | Killed Tidoocwa the pandemonium lord
281503 | Zig:26   | Killed Hoosm the pandemonium lord
281503 | Zig:26   | Killed Agegh the pandemonium lord
281503 | Zig:26   | Killed Humui the pandemonium lord
281503 | Zig:26   | Killed Giceurch the pandemonium lord
281504 | Zig:26   | Killed Imuutyuf the pandemonium lord
281504 | Zig:26   | Killed Kutu the pandemonium lord
281504 | Zig:26   | Killed Qoigh the pandemonium lord
281504 | Zig:26   | Killed Qashro the pandemonium lord
281504 | Zig:26   | Killed Ashiux the pandemonium lord
281504 | Zig:26   | Killed Usorghicu the pandemonium lord
281504 | Zig:26   | Killed Anoril the pandemonium lord
281504 | Zig:26   | Noticed Soovvifu the pandemonium lord
281504 | Zig:26   | Noticed Faxtis the pandemonium lord
281504 | Zig:26   | Noticed Kauzoluddu the pandemonium lord
281504 | Zig:26   | Noticed Imeneach the pandemonium lord
281504 | Zig:26   | Noticed Ifyhapt the pandemonium lord
281505 | Zig:26   | Noticed Kigil the pandemonium lord
281505 | Zig:26   | Noticed Jaqoith the pandemonium lord
281505 | Zig:26   | Noticed Fisyva the pandemonium lord
281505 | Zig:26   | Noticed Dunguc the pandemonium lord
281505 | Zig:26   | Noticed Some the pandemonium lord
281505 | Zig:26   | Noticed Xigeuruz the pandemonium lord
281505 | Zig:26   | Noticed Icappirufo the pandemonium lord
281505 | Zig:26   | Killed Obbenuch the pandemonium lord
281505 | Zig:26   | Noticed Tegrinos the pandemonium lord
281505 | Zig:26   | Noticed Fiw Ber the pandemonium lord
281505 | Zig:26   | Noticed Utwijez the pandemonium lord
281505 | Zig:26   | Noticed Qogoh the pandemonium lord
281505 | Zig:26   | Noticed Lodofado the pandemonium lord
281505 | Zig:26   | Noticed Voih the pandemonium lord
281506 | Zig:26   | Noticed Leritwecog the pandemonium lord
281506 | Zig:26   | Killed Rurho the pandemonium lord
281506 | Zig:26   | Killed Loffeo the pandemonium lord
281506 | Zig:26   | Killed Entogedon the pandemonium lord
281506 | Zig:26   | Killed Leritwecog the pandemonium lord
281506 | Zig:26   | Killed Canuronk the pandemonium lord
281506 | Zig:26   | Noticed Zajexixemm the pandemonium lord
281506 | Zig:26   | Noticed Qoagurr the pandemonium lord
281506 | Zig:26   | Noticed Fualom the pandemonium lord
281506 | Zig:26   | Noticed Oghau the pandemonium lord
281507 | Zig:26   | Noticed Immaet the pandemonium lord
281507 | Zig:26   | Killed Soovvifu the pandemonium lord
281507 | Zig:26   | Killed Rutto the pandemonium lord
281507 | Zig:26   | Killed Nefuvyk the pandemonium lord
281507 | Zig:26   | Killed Kem Goa the pandemonium lord
281507 | Zig:26   | Killed Dunguc the pandemonium lord
281507 | Zig:26   | Killed Zajexixemm the pandemonium lord
281507 | Zig:26   | Killed Fualom the pandemonium lord
281508 | Zig:26   | Killed Noydgh the pandemonium lord
281508 | Zig:26   | Noticed Gewabint the pandemonium lord
281508 | Zig:26   | Noticed Vosan the pandemonium lord
281508 | Zig:26   | Killed Qogoh the pandemonium lord
281508 | Zig:26   | Killed Jaqoith the pandemonium lord
281508 | Zig:26   | Killed Lodofado the pandemonium lord
281508 | Zig:26   | Killed Duckimexod the pandemonium lord
281508 | Zig:26   | Killed Taxasun the pandemonium lord
281509 | Zig:26   | Killed Fisyva the pandemonium lord
281509 | Zig:26   | Killed Qoagurr the pandemonium lord
281509 | Zig:26   | Killed Some the pandemonium lord
281509 | Zig:26   | Killed Gewabint the pandemonium lord
281509 | Zig:26   | Killed Ifyhapt the pandemonium lord
281509 | Zig:26   | Killed Kauzoluddu the pandemonium lord
281509 | Zig:26   | Killed Utwijez the pandemonium lord
281509 | Zig:26   | Noticed Ohe Yneg the pandemonium lord
281510 | Zig:26   | Killed Icappirufo the pandemonium lord
281510 | Zig:26   | Killed Imeneach the pandemonium lord
281510 | Zig:26   | Killed Tegrinos the pandemonium lord
281510 | Zig:26   | Killed Kigil the pandemonium lord
281510 | Zig:26   | Noticed Ameumajo the pandemonium lord
281510 | Zig:26   | Noticed Zemi the pandemonium lord
281510 | Zig:26   | Noticed Mupnie the pandemonium lord
281511 | Zig:26   | Noticed Danwikk the pandemonium lord
281511 | Zig:26   | Noticed Bahian the pandemonium lord
281511 | Zig:26   | Noticed Iteiczoe the pandemonium lord
281511 | Zig:26   | Noticed Jesump the pandemonium lord
281512 | Zig:26   | Killed Jesump the pandemonium lord
281512 | Zig:26   | Killed Mupnie the pandemonium lord
281512 | Zig:26   | Killed Immaet the pandemonium lord
281512 | Zig:26   | Noticed Mucviwed the pandemonium lord
281512 | Zig:26   | Noticed Wyrche Idym the pandemonium lord
281513 | Zig:26   | Noticed Teczipe the pandemonium lord
281514 | Zig:26   | Noticed Ymuoclon the pandemonium lord
281514 | Zig:26   | Noticed Orpheb the pandemonium lord
281514 | Zig:26   | Killed Zemi the pandemonium lord
281514 | Zig:26   | Killed Vosan the pandemonium lord
281514 | Zig:26   | Killed Danwikk the pandemonium lord
281514 | Zig:26   | Killed Bahian the pandemonium lord
281514 | Zig:26   | Noticed Jum Urch the pandemonium lord
281515 | Zig:26   | Noticed Bunuvi the pandemonium lord
281516 | Zig:26   | Killed Ohe Yneg the pandemonium lord
281516 | Zig:26   | Killed Iteiczoe the pandemonium lord
281516 | Zig:26   | Noticed Huank the pandemonium lord
281517 | Zig:26   | Killed Faxtis the pandemonium lord
281517 | Zig:26   | Killed Wihumeq the pandemonium lord
281517 | Zig:26   | Killed Bunuvi the pandemonium lord
281518 | Zig:26   | Killed Ymuoclon the pandemonium lord
281518 | Zig:26   | Killed Fiw Ber the pandemonium lord
281518 | Zig:26   | Killed Voih the pandemonium lord
281518 | Zig:26   | Killed Xigeuruz the pandemonium lord
281518 | Zig:26   | Killed Ameumajo the pandemonium lord
281518 | Zig:26   | Noticed Kueceoh the pandemonium lord
281518 | Zig:26   | Noticed Gupluq the pandemonium lord
281518 | Zig:26   | Noticed Duir Yro the pandemonium lord
281518 | Zig:26   | Noticed Regoigyr the pandemonium lord
281518 | Zig:26   | Noticed Ahanloah the pandemonium lord
281518 | Zig:26   | Noticed Udotit the pandemonium lord
281519 | Zig:26   | Noticed Jair the pandemonium lord
281520 | Zig:26   | Noticed Waotogg the pandemonium lord
281520 | Zig:26   | Noticed Qoarph the pandemonium lord
281520 | Zig:26   | Noticed Bedelaol the pandemonium lord
281521 | Zig:26   | Killed Oghau the pandemonium lord
281521 | Zig:26   | Killed Duir Yro the pandemonium lord
281521 | Zig:26   | Noticed Ileaxy the pandemonium lord
281521 | Zig:26   | Noticed Geutex the pandemonium lord
281521 | Zig:26   | Noticed Hodduema the pandemonium lord
281521 | Zig:26   | Noticed Cijuh the pandemonium lord
281522 | Zig:26   | Killed Jair the pandemonium lord
281522 | Zig:26   | Noticed Quizaclu the pandemonium lord
281523 | Zig:26   | Killed Kueceoh the pandemonium lord
281523 | Zig:26   | Killed Regoigyr the pandemonium lord
281523 | Zig:26   | Killed Cijuh the pandemonium lord
281523 | Zig:26   | Killed Teczipe the pandemonium lord
281523 | Zig:26   | Noticed Poinna the pandemonium lord
281524 | Zig:26   | Killed Ahanloah the pandemonium lord
281524 | Zig:26   | Noticed Titosec the pandemonium lord
281524 | Zig:26   | Noticed Qecsoqed the pandemonium lord
281524 | Zig:26   | Noticed Waim the pandemonium lord
281524 | Zig:26   | Noticed Xofisuit the pandemonium lord
281525 | Zig:26   | Killed Huank the pandemonium lord
281525 | Zig:26   | Noticed Madiun the pandemonium lord
281525 | Zig:26   | Noticed Suril Boke the pandemonium lord
281525 | Zig:26   | Noticed Nifou the pandemonium lord
281525 | Zig:26   | Noticed Batius the pandemonium lord
281526 | Zig:26   | Noticed Etuphowi the pandemonium lord
281526 | Zig:26   | Killed Nifou the pandemonium lord
281526 | Zig:26   | Killed Poinna the pandemonium lord
281526 | Zig:26   | Killed Jum Urch the pandemonium lord
281526 | Zig:26   | Noticed Cuity the pandemonium lord
281526 | Zig:26   | Noticed Lychasaa the pandemonium lord
281527 | Zig:26   | Noticed Vipuhux the pandemonium lord
281527 | Zig:26   | Noticed Velygone the pandemonium lord
281527 | Zig:26   | Killed Velygone the pandemonium lord
281527 | Zig:26   | Killed Waim the pandemonium lord
281527 | Zig:26   | Killed Madiun the pandemonium lord
281527 | Zig:26   | Killed Vipuhux the pandemonium lord
281527 | Zig:26   | Killed Orpheb the pandemonium lord
281527 | Zig:26   | Killed Mucviwed the pandemonium lord
281527 | Zig:26   | Killed Waotogg the pandemonium lord
281527 | Zig:26   | Killed Gupluq the pandemonium lord
281527 | Zig:26   | Killed Qoarph the pandemonium lord
281527 | Zig:26   | Noticed Ufrukh the pandemonium lord
281527 | Zig:26   | Noticed Esauhe Fetu the pandemonium lord
281527 | Zig:26   | Noticed Leugep the pandemonium lord
281527 | Zig:26   | Noticed Soetulau the pandemonium lord
281530 | Zig:26   | Killed Quizaclu the pandemonium lord
281530 | Zig:26   | Killed Ufrukh the pandemonium lord
281530 | Zig:26   | Noticed Bydis the pandemonium lord
281532 | Zig:26   | Killed Titosec the pandemonium lord
281532 | Zig:26   | Killed Udotit the pandemonium lord
281533 | Zig:26   | Killed Wyrche Idym the pandemonium lord
281533 | Zig:26   | Killed Esauhe Fetu the pandemonium lord
281533 | Zig:26   | Killed Xofisuit the pandemonium lord
281533 | Zig:26   | Noticed Piruff the pandemonium lord
281533 | Zig:26   | Noticed Zastrunto the pandemonium lord
281534 | Zig:26   | Killed Hodduema the pandemonium lord
281534 | Zig:26   | Killed Lychasaa the pandemonium lord
281534 | Zig:26   | Killed Leugep the pandemonium lord
281534 | Zig:26   | Killed Bedelaol the pandemonium lord
281534 | Zig:26   | Killed Bydis the pandemonium lord
281534 | Zig:26   | Noticed Ykha the pandemonium lord
281534 | Zig:26   | Noticed Jotting the pandemonium lord
281534 | Zig:26   | Noticed Waowyf the pandemonium lord
281535 | Zig:26   | Killed Qecsoqed the pandemonium lord
281535 | Zig:26   | Killed Soetulau the pandemonium lord
281535 | Zig:26   | Killed Etuphowi the pandemonium lord
281535 | Zig:26   | Noticed Ymmovuupn the pandemonium lord
281536 | Zig:26   | Killed Suril Boke the pandemonium lord
281536 | Zig:26   | Killed Cuity the pandemonium lord
281536 | Zig:26   | Killed Ykha the pandemonium lord
281537 | Zig:26   | Noticed Liolirr the pandemonium lord
281537 | Zig:26   | Noticed Igonayla the pandemonium lord
281537 | Zig:26   | Noticed Joalupe the pandemonium lord
281538 | Zig:26   | Killed Zastrunto the pandemonium lord
281538 | Zig:26   | Killed Ileaxy the pandemonium lord
281538 | Zig:26   | Killed Piruff the pandemonium lord
281538 | Zig:26   | Killed Batius the pandemonium lord
281538 | Zig:26   | Noticed Amofidoo the pandemonium lord
281539 | Zig:26   | Killed Jotting the pandemonium lord
281539 | Zig:26   | Killed Liolirr the pandemonium lord
281540 | Zig:26   | Noticed Buppucic the pandemonium lord
281540 | Zig:26   | Noticed Mecet the pandemonium lord
281540 | Zig:26   | Noticed Acwiabes the pandemonium lord
281540 | Zig:26   | Killed Geutex the pandemonium lord
281540 | Zig:26   | Killed Waowyf the pandemonium lord
281540 | Zig:26   | Noticed Emmizxukep the pandemonium lord
281540 | Zig:26   | Noticed Nareysch the pandemonium lord
281540 | Zig:26   | Killed Amofidoo the pandemonium lord
281541 | Zig:26   | Killed Igonayla the pandemonium lord
281542 | Zig:26   | Killed Ymmovuupn the pandemonium lord
281542 | Zig:26   | Noticed Metwiel the pandemonium lord
281542 | Zig:26   | Noticed Udufodai the pandemonium lord
281542 | Zig:26   | Noticed Jimoga the pandemonium lord
281542 | Zig:26   | Killed Acwiabes the pandemonium lord
281542 | Zig:26   | Killed Edouckann the pandemonium lord
281542 | Zig:26   | Killed Buppucic the pandemonium lord
281543 | Zig:26   | Noticed Morautywk the pandemonium lord
281544 | Zig:26   | Killed Joalupe the pandemonium lord
281544 | Zig:26   | Killed Mecet the pandemonium lord
281544 | Zig:26   | Killed Jimoga the pandemonium lord
281545 | Zig:26   | Killed Udufodai the pandemonium lord
281545 | Zig:26   | Killed Nareysch the pandemonium lord
281545 | Zig:26   | Killed Metwiel the pandemonium lord
281546 | Zig:26   | Noticed Jegeiros the pandemonium lord
281546 | Zig:26   | Noticed Uthuxt the pandemonium lord
281546 | Zig:26   | Noticed Fuaquc the pandemonium lord
281546 | Zig:26   | Noticed Ciehubio the pandemonium lord
281546 | Zig:26   | Noticed Paocatt the pandemonium lord
281547 | Zig:26   | Noticed Riryesyn the pandemonium lord
281547 | Zig:26   | Killed Morautywk the pandemonium lord
281547 | Zig:26   | Killed Fuaquc the pandemonium lord
281547 | Zig:26   | Killed Paocatt the pandemonium lord
281548 | Zig:26   | Noticed Awneulagg the pandemonium lord
281548 | Zig:26   | Noticed Ynousu the pandemonium lord
281549 | Zig:26   | Killed Ciehubio the pandemonium lord
281549 | Zig:26   | Killed Riryesyn the pandemonium lord
281550 | Zig:26   | Killed Emmizxukep the pandemonium lord
281551 | Zig:26   | Killed Ynousu the pandemonium lord
281552 | Zig:26   | Noticed Amutucui the pandemonium lord
281552 | Zig:26   | Noticed Cuoxzyss the pandemonium lord
281552 | Zig:26   | Noticed Jeqep the pandemonium lord
281552 | Zig:26   | Noticed Xuor the pandemonium lord
281552 | Zig:26   | Noticed Zunagish the pandemonium lord
281553 | Zig:26   | Noticed Huitiri Bode the pandemonium lord
281554 | Zig:26   | Noticed Etinucut the pandemonium lord
281554 | Zig:26   | Noticed Moff the pandemonium lord
281554 | Zig:26   | Killed Jegeiros the pandemonium lord
281554 | Zig:26   | Noticed Nerit the pandemonium lord
281554 | Zig:26   | Noticed Othraes the pandemonium lord
281554 | Zig:26   | Noticed Vaityacu the pandemonium lord
281554 | Zig:26   | Noticed Pesymic the pandemonium lord
281554 | Zig:26   | Noticed Aqiasogh the pandemonium lord
281554 | Zig:26   | Noticed Isior the pandemonium lord
281554 | Zig:26   | Noticed Letzon the pandemonium lord
281554 | Zig:26   | Noticed Xuix the pandemonium lord
281554 | Zig:26   | Noticed List the pandemonium lord
281554 | Zig:26   | Noticed Uduryur the pandemonium lord
281555 | Zig:26   | Killed Uduryur the pandemonium lord
281555 | Zig:26   | Killed Aqiasogh the pandemonium lord
281555 | Zig:26   | Noticed Focukiet the pandemonium lord
281556 | Zig:26   | Killed Xuix the pandemonium lord
281556 | Zig:26   | Killed Zunagish the pandemonium lord
281556 | Zig:26   | Killed Cuoxzyss the pandemonium lord
281556 | Zig:26   | Killed List the pandemonium lord
281556 | Zig:26   | Killed Etinucut the pandemonium lord
281556 | Zig:26   | Killed Moff the pandemonium lord
281556 | Zig:26   | Killed Jeqep the pandemonium lord
281557 | Zig:26   | Killed Amutucui the pandemonium lord
281557 | Zig:26   | Killed Uthuxt the pandemonium lord
281557 | Zig:26   | Killed Isior the pandemonium lord
281557 | Zig:26   | Killed Huitiri Bode the pandemonium lord
281557 | Zig:26   | Killed Letzon the pandemonium lord
281557 | Zig:26   | Killed Othraes the pandemonium lord
281558 | Zig:26   | Noticed Gujudafu the pandemonium lord
281558 | Zig:26   | Noticed Hering the pandemonium lord
281558 | Zig:26   | Noticed Jodaot the pandemonium lord
281558 | Zig:26   | Noticed Faleif the pandemonium lord
281558 | Zig:26   | Noticed Juwef the pandemonium lord
281558 | Zig:26   | Killed Vaityacu the pandemonium lord
281558 | Zig:26   | Killed Nerit the pandemonium lord
281558 | Zig:26   | Noticed Daasoyw the pandemonium lord
281559 | Zig:26   | Killed Pesymic the pandemonium lord
281559 | Zig:26   | Killed Xuor the pandemonium lord
281559 | Zig:26   | Noticed Enner the pandemonium lord
281559 | Zig:26   | Noticed Juhuhuvu the pandemonium lord
281560 | Zig:26   | Noticed Tuzire Dari the pandemonium lord
281560 | Zig:26   | Noticed Zeqa the pandemonium lord
281561 | Zig:26   | Noticed Daf Isaq the pandemonium lord
281561 | Zig:26   | Noticed Erchimpa the pandemonium lord
281561 | Zig:26   | Noticed Nowne the pandemonium lord
281561 | Zig:26   | Noticed Qiraut the pandemonium lord
281561 | Zig:26   | Noticed Lyno Tyo the pandemonium lord
281562 | Zig:26   | Noticed Ihonehen the pandemonium lord
281562 | Zig:26   | Noticed Rice the pandemonium lord
281562 | Zig:26   | Noticed Piwuotinao the pandemonium lord
281562 | Zig:26   | Noticed Yngutec the pandemonium lord
281562 | Zig:26   | Noticed Woniog Nuypn the pandemonium lord
281562 | Zig:26   | Noticed Saqoe the pandemonium lord
281562 | Zig:26   | Killed Yngutec the pandemonium lord
281562 | Zig:26   | Killed Awneulagg the pandemonium lord
281562 | Zig:26   | Killed Focukiet the pandemonium lord
281562 | Zig:26   | Killed Nowne the pandemonium lord
281562 | Zig:26   | Noticed Pageqesche the pandemonium lord
281563 | Zig:26   | Killed Ihonehen the pandemonium lord
281563 | Zig:26   | Killed Enner the pandemonium lord
281563 | Zig:26   | Killed Juwef the pandemonium lord
281563 | Zig:26   | Killed Erchimpa the pandemonium lord
281563 | Zig:26   | Killed Saqoe the pandemonium lord
281563 | Zig:26   | Killed Tuzire Dari the pandemonium lord
281563 | Zig:26   | Killed Hering the pandemonium lord
281564 | Zig:26   | Killed Rice the pandemonium lord
281564 | Zig:26   | Killed Faleif the pandemonium lord
281564 | Zig:26   | Killed Jodaot the pandemonium lord
281564 | Zig:26   | Killed Pageqesche the pandemonium lord
281564 | Zig:26   | Killed Daf Isaq the pandemonium lord
281564 | Zig:26   | Noticed Hiulinyi the pandemonium lord
281564 | Zig:26   | Noticed Wacsetuf the pandemonium lord
281569 | Zig:26   | Killed Piwuotinao the pandemonium lord
281573 | Zig:26   | Killed Gujudafu the pandemonium lord
281573 | Zig:26   | Killed Woniog Nuypn the pandemonium lord
281573 | Zig:26   | Killed Zeqa the pandemonium lord
281573 | Zig:26   | Killed Daasoyw the pandemonium lord
281575 | Zig:26   | Killed Hiulinyi the pandemonium lord
281575 | Zig:26   | Killed Juhuhuvu the pandemonium lord
281576 | Zig:26   | Noticed Etzum the pandemonium lord
281576 | Zig:26   | Noticed Lopuc the pandemonium lord
281577 | Zig:26   | Noticed Vyojoumm the pandemonium lord
281577 | Zig:26   | Noticed Vouwular the pandemonium lord
281577 | Zig:26   | Killed Wacsetuf the pandemonium lord
281578 | Zig:26   | Noticed Ohuykk the pandemonium lord
281579 | Zig:26   | Noticed Cod Magg the pandemonium lord
281579 | Zig:26   | Noticed Adargh the pandemonium lord
281579 | Zig:26   | Noticed Coxo the pandemonium lord
281579 | Zig:26   | Killed Qiraut the pandemonium lord
281580 | Zig:26   | Killed Lyno Tyo the pandemonium lord
281580 | Zig:26   | Killed Etzum the pandemonium lord
281580 | Zig:26   | Noticed Giuceefer the pandemonium lord
281581 | Zig:26   | Noticed Galan the pandemonium lord
281581 | Zig:26   | Noticed Zevyfuut the pandemonium lord
281582 | Zig:26   | Noticed Quagant the pandemonium lord
281583 | Zig:26   | Killed Cod Magg the pandemonium lord
281583 | Zig:26   | Killed Ohuykk the pandemonium lord
281583 | Zig:26   | Killed Galan the pandemonium lord
281583 | Zig:26   | Killed Coxo the pandemonium lord
281585 | Zig:26   | Killed Zevyfuut the pandemonium lord
281585 | Zig:26   | Killed Vouwular the pandemonium lord
281585 | Zig:26   | Killed Giuceefer the pandemonium lord
281585 | Zig:26   | Killed Lopuc the pandemonium lord
281585 | Zig:26   | Killed Nydadyci the pandemonium lord
281585 | Zig:26   | Noticed Jecekev the pandemonium lord
281585 | Zig:26   | Noticed Kemis the pandemonium lord
281586 | Zig:26   | Killed Adargh the pandemonium lord
281586 | Zig:26   | Killed Quagant the pandemonium lord
281586 | Zig:26   | Killed Kemis the pandemonium lord
281586 | Zig:26   | Noticed Wuitoh the pandemonium lord
281586 | Zig:26   | Noticed Botur the pandemonium lord
281588 | Zig:26   | Noticed Kaetaegy the pandemonium lord
281588 | Zig:26   | Noticed Ismytyocw the pandemonium lord
281588 | Zig:26   | Noticed Deot the pandemonium lord
281590 | Zig:26   | Killed Deot the pandemonium lord
281590 | Zig:26   | Noticed Zodym the pandemonium lord
281591 | Zig:26   | Noticed Miusigez the pandemonium lord
281593 | Zig:26   | Noticed Ulomoy the pandemonium lord
281593 | Zig:26   | Noticed Zuykhai the pandemonium lord
281593 | Zig:26   | Noticed Uppi Biu the pandemonium lord
281594 | Zig:26   | Killed Ulomoy the pandemonium lord
281594 | Zig:26   | Killed Jecekev the pandemonium lord
281594 | Zig:26   | Killed Miusigez the pandemonium lord
281594 | Zig:26   | Killed Zodym the pandemonium lord
281595 | Zig:26   | Noticed Qeenod the pandemonium lord
281595 | Zig:26   | Noticed Samiss the pandemonium lord
281596 | Zig:26   | Killed Wuitoh the pandemonium lord
281597 | Zig:26   | Killed Kaetaegy the pandemonium lord
281597 | Zig:26   | Killed Botur the pandemonium lord
281600 | Zig:26   | Killed Samiss the pandemonium lord
281602 | Zig:26   | Killed Ismytyocw the pandemonium lord
281602 | Zig:26   | Killed Zuykhai the pandemonium lord
281602 | Zig:26   | Killed Qeenod the pandemonium lord
281602 | Zig:26   | Killed Vyojoumm the pandemonium lord
281603 | Zig:26   | Killed Uppi Biu the pandemonium lord
282195 | Zig:26   | Identified the +3 buckler of Twilight {-Cast Harm rElec
                  | SInv}
282203 | Zig:26   | Identified the amulet "Ruaduop" {Faith *Slow rC+ Str+4}
282205 | Zig:26   | Identified the +8 battleaxe "Cerchucoh" {flame, Dex+3}
282216 | Zig:26   | Identified the ring "Poecuzem" {Wiz Drain rPois rF++ rN+}
282219 | Zig:26   | Identified the ring "Quiraj" {+Blink MP+9 Dex+3}
282222 | Zig:26   | Identified the +1 robe of Onebbu {rF++ Str+6}
282223 | Zig:26   | Identified the staff of Impatience {rElec Str+3 Air}
282245 | Zig:26   | Identified the +0 lajatang "Yhemeich" {flame, +Blink rN+
                  | MP+9}
282247 | Zig:26   | Identified the staff "Izusseag" {rPois rC+ Str-4 Stlth+
                  | Poison}
282249 | Zig:26   | Identified the +5 lajatang of Keuwum {holy, Will+}
282263 | Zig:26   | Identified the staff "Ahofog" {*Slow rF+ Will+ Int+2 Fire}
282274 | Zig:26   | Identified the +6 sling of Calculation {freeze, rN+ Int+2}
282387 | Zig:26   | Acquired 1001 gold pieces
282388 | Zig:26   | Acquired 561 gold pieces
282438 | Zig:27   | Entered Level 27 of a ziggurat
282492 | Zig:27   | Identified the +3 orcbow of Hinum {flame, +Blink Int+2}
282493 | Zig:27   | Identified the amulet of Guceofae {Reflect Harm Str+3 SH+5}
282772 | Zig:27   | Identified the staff "Qyefad" {*Slow rPois rF+ SInv Poison}
282790 | Zig:27   | Identified the +1 ring mail of Apathy {rElec MP+9 SInv
                  | Stlth-}
282793 | Zig:27   | Identified the +5 dire flail "Tanwybu" {heavy, Will- Str+2
                  | Dex+2}
282794 | Zig:27   | Identified the staff "Volaykhe" {rElec Earth}
282799 | Zig:27   | Identified the +4 plate armour of Uskayaw's Esteem {rF+
                  | Will+ Int+3}
282807 | Zig:27   | Identified the +0 short sword of Articulation {flame,
                  | rElec}
282811 | Zig:27   | Identified the ring of Joy {rF+ MP+9 Str+4}
282815 | Zig:27   | Identified the +6 bardiche of Geiraiffal {holy, Contam
                  | rN++}
282831 | Zig:27   | Identified the +2 robe "Nojar" {Drain rF+ Int+2 Stlth+}
282859 | Zig:27   | Identified the +9 war axe of Naubellopo {elec, Int+3 Dex+2}
282860 | Zig:27   | Identified the +5 hand axe "Qibaxuub" {elec, rPois rCorr
                  | Dex-4}
282863 | Zig:27   | Identified the +3 flail of Virtue {pain, MP+9}
282876 | Zig:27   | Identified the staff "Esautour" {rElec rN+ Necro}
282882 | Zig:27   | Identified the ring of Xom's Malicious Joy {rN+ rCorr Int+3
                  | Dex+6}
282888 | Zig:27   | Identified the ring of Ropifoe {Wiz rElec Str+3}
282918 | Zig:27   | Identified the scarf of Beyond {rC+ rF+, Int+4}
283670 | Zig:27   | Identified the +0 scale mail "Hihan" {Will+ rCorr Int+3
                  | Stlth+}
283671 | Zig:27   | Identified the ring "Capn" {Fire rElec}
283673 | Zig:27   | Identified the staff "Heuhisui" {rF+ rCorr Fire}
283769 | Depths:3 | Acquired 1305 gold pieces
283921 | Zig:1    | Entered Level 1 of a ziggurat
284063 | Zig:2    | Entered Level 2 of a ziggurat
284188 | Zig:3    | Entered Level 3 of a ziggurat
284188 | Zig:3    | Noticed a royal mummy
284188 | Zig:3    | Noticed a royal mummy
284188 | Zig:3    | Noticed a royal mummy
284188 | Zig:3    | Noticed a royal mummy
284188 | Zig:3    | Noticed a royal mummy
284188 | Zig:3    | Noticed a royal mummy
284188 | Zig:3    | Noticed a royal mummy
284188 | Zig:3    | Noticed a royal mummy
284188 | Zig:3    | Noticed a royal mummy
284189 | Zig:3    | Killed a royal mummy
284189 | Zig:3    | Killed a royal mummy
284189 | Zig:3    | Killed a royal mummy
284189 | Zig:3    | Killed a royal mummy
284189 | Zig:3    | Killed a royal mummy
284189 | Zig:3    | Killed a royal mummy
284189 | Zig:3    | Killed a royal mummy
284189 | Zig:3    | Killed a royal mummy
284192 | Zig:3    | Killed a royal mummy
284289 | Zig:3    | Identified the ring "Wovviss" {rElec Will+ Int+6}
284399 | Zig:4    | Entered Level 4 of a ziggurat
284399 | Zig:4    | Noticed a dread lich
284403 | Zig:4    | Killed a dread lich
284610 | Zig:5    | Entered Level 5 of a ziggurat
284862 | Zig:6    | Entered Level 6 of a ziggurat
285069 | Zig:6    | Identified the +6 scimitar "Sairpheng" {flame, rC+++ Dex+4}
285071 | Zig:6    | Identified the ring "Lynoitix" {rC+ SInv}
285089 | Zig:6    | Identified the +2 robe of Pyagguas {rPois}
285109 | Zig:6    | Identified the ring of Agnosticism {rPois rF- Int+3 Slay+4}
285132 | Zig:7    | Entered Level 7 of a ziggurat
285132 | Zig:7    | Noticed a dread lich
285132 | Zig:7    | Noticed a dread lich
285132 | Zig:7    | Noticed a dread lich
285132 | Zig:7    | Noticed a dread lich
285132 | Zig:7    | Noticed an ancient lich
285132 | Zig:7    | Noticed a dread lich
285132 | Zig:7    | Noticed a dread lich
285133 | Zig:7    | Killed a dread lich
285133 | Zig:7    | Killed a dread lich
285133 | Zig:7    | Killed a dread lich
285133 | Zig:7    | Killed an ancient lich
285133 | Zig:7    | Killed a dread lich
285133 | Zig:7    | Killed a dread lich
285134 | Zig:7    | Killed a dread lich
285135 | Zig:7    | Noticed an ancient lich
285135 | Zig:7    | Noticed a dread lich
285135 | Zig:7    | Noticed a dread lich
285137 | Zig:7    | Noticed a dread lich
285140 | Zig:7    | Killed a dread lich
285142 | Zig:7    | Killed a dread lich
285142 | Zig:7    | Killed an ancient lich
285143 | Zig:7    | Killed a dread lich
285276 | Zig:7    | Identified the staff of Conscience {rElec rPois rF- Int+3
                  | Poison}
285301 | Zig:7    | Identified the +6 long sword "Demonslayer" {flame, rElec}
285492 | Zig:8    | Entered Level 8 of a ziggurat
285492 | Zig:8    | Noticed Diylu's ghost (veteran DsCj)
285492 | Zig:8    | Noticed Qatt's ghost (legendary GnWn)
285492 | Zig:8    | Noticed Jataj's ghost (legendary GrFi)
285492 | Zig:8    | Noticed Lonang's ghost (legendary DESu)
285492 | Zig:8    | Noticed Zaib's ghost (legendary CeHu)
285492 | Zig:8    | Noticed Kyik Kue's ghost (legendary DEFE)
285492 | Zig:8    | Noticed Piash's ghost (master OgEE)
285492 | Zig:8    | Noticed Tefur's ghost (legendary GnFi)
285492 | Zig:8    | Noticed Piash's ghost (master OgEE)
285492 | Zig:8    | Noticed Tefur's ghost (legendary GnFi)
285492 | Zig:8    | Noticed Lonang's ghost (legendary DESu)
285492 | Zig:8    | Noticed Zycouta's ghost (legendary DrSh)
285492 | Zig:8    | Noticed Jataj's ghost (legendary GrFi)
285492 | Zig:8    | Noticed Betuluewk's ghost (legendary DESu)
285492 | Zig:8    | Noticed Lonang's ghost (legendary DESu)
285492 | Zig:8    | Noticed Diylu's ghost (veteran DsCj)
285492 | Zig:8    | Noticed Kyik Kue's ghost (legendary DEFE)
285492 | Zig:8    | Noticed Poalor's ghost (legendary GnWn)
285492 | Zig:8    | Noticed Poalor's ghost (legendary GnWn)
285492 | Zig:8    | Noticed Kyik Kue's ghost (legendary DEFE)
285492 | Zig:8    | Noticed Qatt's ghost (legendary GnWn)
285492 | Zig:8    | Noticed Jiheses's ghost (legendary DEAE)
285492 | Zig:8    | Noticed Diylu's ghost (veteran DsCj)
285492 | Zig:8    | Noticed Hiz Mun's ghost (veteran MfGl)
285492 | Zig:8    | Noticed Lonang's ghost (legendary DESu)
285494 | Zig:8    | Noticed Jecaful's ghost (legendary NaMo)
285494 | Zig:8    | Noticed Neapotai's ghost (veteran DsMo)
285494 | Zig:8    | Noticed Jecaful's ghost (legendary NaMo)
285494 | Zig:8    | Noticed Jiheses's ghost (legendary DEAE)
285495 | Zig:8    | Noticed Zycouta's ghost (legendary DrSh)
285496 | Zig:8    | Noticed Qatt's ghost (legendary GnWn)
285496 | Zig:8    | Noticed Jecaful's ghost (legendary NaMo)
285497 | Zig:8    | Killed Diylu's ghost
285497 | Zig:8    | Killed Betuluewk's ghost
285497 | Zig:8    | Killed Piash's ghost
285497 | Zig:8    | Killed Kyik Kue's ghost
285497 | Zig:8    | Killed Lonang's ghost
285497 | Zig:8    | Killed Jiheses's ghost
285497 | Zig:8    | Killed Kyik Kue's ghost
285497 | Zig:8    | Killed Piash's ghost
285497 | Zig:8    | Killed Lonang's ghost
285497 | Zig:8    | Killed Lonang's ghost
285497 | Zig:8    | Killed Qatt's ghost
285497 | Zig:8    | Killed Hiz Mun's ghost
285497 | Zig:8    | Noticed Zaib's ghost (legendary CeHu)
285497 | Zig:8    | Noticed Tefur's ghost (legendary GnFi)
285497 | Zig:8    | Noticed Has Pue's ghost (legendary FoFi)
285498 | Zig:8    | Killed Jecaful's ghost
285498 | Zig:8    | Killed Jataj's ghost
285498 | Zig:8    | Killed Jiheses's ghost
285498 | Zig:8    | Killed Qatt's ghost
285498 | Zig:8    | Killed Zycouta's ghost
285498 | Zig:8    | Killed Diylu's ghost
285498 | Zig:8    | Killed Lonang's ghost
285498 | Zig:8    | Noticed Jiheses's ghost (legendary DEAE)
285498 | Zig:8    | Noticed Lonang's ghost (legendary DESu)
285499 | Zig:8    | Noticed Hiz Mun's ghost (veteran MfGl)
285499 | Zig:8    | Noticed Lonang's ghost (legendary DESu)
285499 | Zig:8    | Killed Poalor's ghost
285499 | Zig:8    | Killed Qatt's ghost
285500 | Zig:8    | Noticed Jiheses's ghost (legendary DEAE)
285500 | Zig:8    | Noticed Lonang's ghost (legendary DESu)
285500 | Zig:8    | Noticed Poalor's ghost (legendary GnWn)
285501 | Zig:8    | Noticed Minism's ghost (legendary MiFi)
285501 | Zig:8    | Killed Tefur's ghost
285501 | Zig:8    | Killed Neapotai's ghost
285501 | Zig:8    | Killed Jecaful's ghost
285501 | Zig:8    | Noticed Minism's ghost (legendary MiFi)
285502 | Zig:8    | Killed Has Pue's ghost
285502 | Zig:8    | Killed Zycouta's ghost
285502 | Zig:8    | Killed Kyik Kue's ghost
285503 | Zig:8    | Killed Poalor's ghost
285503 | Zig:8    | Killed Lonang's ghost
285503 | Zig:8    | Killed Tefur's ghost
285503 | Zig:8    | Killed Jataj's ghost
285503 | Zig:8    | Killed Hiz Mun's ghost
285503 | Zig:8    | Killed Jiheses's ghost
285503 | Zig:8    | Killed Lonang's ghost
285503 | Zig:8    | Killed Tefur's ghost
285503 | Zig:8    | Killed Jecaful's ghost
285503 | Zig:8    | Noticed Has Pue's ghost (legendary FoFi)
285504 | Zig:8    | Killed Zaib's ghost
285504 | Zig:8    | Killed Zaib's ghost
285505 | Zig:8    | Killed Lonang's ghost
285505 | Zig:8    | Killed Diylu's ghost
285505 | Zig:8    | Noticed Diylu's ghost (veteran DsCj)
285505 | Zig:8    | Noticed Kyik Kue's ghost (legendary DEFE)
285505 | Zig:8    | Noticed Minism's ghost (legendary MiFi)
285506 | Zig:8    | Killed Minism's ghost
285510 | Zig:8    | Killed Diylu's ghost
285510 | Zig:8    | Killed Has Pue's ghost
285510 | Zig:8    | Killed Minism's ghost
285510 | Zig:8    | Killed Kyik Kue's ghost
285510 | Zig:8    | Killed Jiheses's ghost
285513 | Zig:8    | Killed Poalor's ghost
285516 | Zig:8    | Killed Minism's ghost
285849 | Zig:8    | Identified the +0 pair of boots of Agoraphobia {+Blink rN+
                  | Str+2}
285856 | Zig:8    | Identified the +0 ring mail of Weohi {rCorr Int+3}
285864 | Zig:9    | Entered Level 9 of a ziggurat
285870 | Zig:9    | Found the +4 robe of Augmentation {Str+4 Int+4 Dex+4}
285950 | Zig:9    | Identified the +6 quarterstaff of Qecze {freeze, Int+4}
285966 | Zig:9    | Identified the +8 lajatang "Raklaq" {venom, Dex+2}
285970 | Zig:9    | Identified the staff "Vyip" {rPois rF+ Str+3 Conj}
285976 | Zig:9    | Identified the +8 hand axe "Dragonbane" {vamp, +Blink rN+
                  | Str-4 Int+5 Dex-5}
285980 | Zig:9    | Identified the +8 falchion of Qazlal's Envy {vamp, Fly rC-
                  | rN+}
286036 | Zig:9    | Identified the ring of Urutaq {Fire rCorr Int+3 Stlth-}
286295 | Zig:10   | Entered Level 10 of a ziggurat
286295 | Zig:10   | Noticed an ancient lich
286295 | Zig:10   | Noticed an ancient lich
286295 | Zig:10   | Noticed an ancient lich
286295 | Zig:10   | Noticed an ancient lich
286296 | Zig:10   | Noticed an ancient lich
286296 | Zig:10   | Noticed an ancient lich
286297 | Zig:10   | Noticed an ancient lich
286297 | Zig:10   | Noticed an ancient lich
286297 | Zig:10   | Noticed an ancient lich
286298 | Zig:10   | Killed an ancient lich
286298 | Zig:10   | Killed an ancient lich
286298 | Zig:10   | Killed an ancient lich
286298 | Zig:10   | Killed an ancient lich
286298 | Zig:10   | Killed an ancient lich
286298 | Zig:10   | Killed an ancient lich
286299 | Zig:10   | Noticed an ancient lich
286299 | Zig:10   | Noticed an ancient lich
286300 | Zig:10   | Noticed an ancient lich
286300 | Zig:10   | Noticed an ancient lich
286301 | Zig:10   | Killed an ancient lich
286301 | Zig:10   | Killed an ancient lich
286303 | Zig:10   | Killed an ancient lich
286304 | Zig:10   | Killed an ancient lich
286304 | Zig:10   | Killed an ancient lich
286304 | Zig:10   | Killed an ancient lich
286310 | Zig:10   | Killed an ancient lich
286313 | Zig:10   | Identified the amulet "Zoirotoe" {Reflect Rampage rC+ MP+9
                  | Dex-2 SH+5}
286641 | Zig:10   | Identified the +8 broad axe of Law {flame, +Blink}
286672 | Zig:10   | Identified the +0 hand axe of Doom {speed, Int+2}
286725 | Zig:11   | Entered Level 11 of a ziggurat
286725 | Zig:11   | Noticed an ancient lich
286725 | Zig:11   | Noticed an ancient lich
286725 | Zig:11   | Noticed an ancient lich
286725 | Zig:11   | Noticed a dread lich
286725 | Zig:11   | Noticed a dread lich
286726 | Zig:11   | Noticed a dread lich
286726 | Zig:11   | Noticed an ancient lich
286728 | Zig:11   | Noticed a dread lich
286728 | Zig:11   | Noticed a dread lich
286730 | Zig:11   | Noticed an ancient lich
286730 | Zig:11   | Noticed a dread lich
286730 | Zig:11   | Noticed a dread lich
286731 | Zig:11   | Killed a dread lich
286731 | Zig:11   | Killed a dread lich
286731 | Zig:11   | Killed an ancient lich
286731 | Zig:11   | Killed a dread lich
286731 | Zig:11   | Killed an ancient lich
286731 | Zig:11   | Killed an ancient lich
286731 | Zig:11   | Killed an ancient lich
286731 | Zig:11   | Killed an ancient lich
286731 | Zig:11   | Killed a dread lich
286731 | Zig:11   | Killed a dread lich
286732 | Zig:11   | Killed a dread lich
286732 | Zig:11   | Killed a dread lich
286733 | Zig:11   | Noticed a dread lich
286733 | Zig:11   | Noticed a dread lich
286734 | Zig:11   | Noticed a dread lich
286735 | Zig:11   | Noticed a dread lich
286737 | Zig:11   | Killed a dread lich
286737 | Zig:11   | Killed a dread lich
286737 | Zig:11   | Killed a dread lich
286738 | Zig:11   | Killed a dread lich
286742 | Zig:11   | Noticed a dread lich
286744 | Zig:11   | Killed a dread lich
286855 | Zig:11   | Identified the +1 leather armour "Nipolai" {rElec rPois
                  | Will+}
287194 | Zig:11   | Identified the +2 broad axe "Tumerat" {flame, MP+9}
287214 | Zig:11   | Identified the +5 morningstar of Dulajea {drain, Dex+4
                  | SInv}
287217 | Zig:11   | Acquired 800 gold pieces
287218 | Zig:11   | Acquired 328 gold pieces
287229 | Zig:12   | Entered Level 12 of a ziggurat
287235 | Zig:12   | Noticed Allug the pandemonium lord
287239 | Zig:12   | Killed Allug the pandemonium lord
287652 | Zig:12   | Identified the +10 flail of the Pill Bug {heavy, *Rage rN+
                  | Int+5 Dex-3}
287653 | Zig:12   | Identified the +12 long sword "Jariedibipp" {drain, Will+}
287657 | Zig:12   | Identified the +1 arbalest of Mandamus {freeze, rF- rN+++
                  | Str+6}
287735 | Zig:12   | Identified the +0 pair of gloves of Hoiraf {Rampage rC-
                  | rN+}
287792 | Zig:12   | Identified the +0 plate armour "Izuur" {Drain Will+ Regen+}
287802 | Zig:12   | Identified the +7 sling of the Secret Orbs {flame, Fly rC+
                  | rCorr}
287806 | Zig:12   | Identified the orb "Feypriapt" {mayhem, rPois rF+ Regen+}
287820 | Zig:12   | Identified the ring of Jasobbozyly {rPois rF+ rC- Str+4}
287836 | Zig:13   | Entered Level 13 of a ziggurat
288268 | Zig:13   | Identified the +10 lajatang "Maaluc" {protect, rC+}
288278 | Zig:13   | Identified the +0 plate armour of Levity {Contam Regen+
                  | Str+5 Int+9}
288285 | Zig:13   | Identified the +7 chain mail of the Tuna {-Tele Int+3
                  | Slay+5}
288288 | Zig:13   | Identified the +0 quarterstaff "Giocsuxe" {flame, *Rage
                  | rC++ Int+5}
288293 | Zig:13   | Identified the +3 falchion of the Zealous God {heavy, rF+
                  | rC++ rCorr}
288326 | Zig:14   | Entered Level 14 of a ziggurat
288327 | Zig:14   | Noticed a dread lich
288327 | Zig:14   | Noticed an ancient lich
288327 | Zig:14   | Noticed a dread lich
288328 | Zig:14   | Noticed a dread lich
288328 | Zig:14   | Noticed an ancient lich
288329 | Zig:14   | Noticed an ancient lich
288329 | Zig:14   | Noticed a dread lich
288330 | Zig:14   | Noticed an ancient lich
288330 | Zig:14   | Noticed an ancient lich
288330 | Zig:14   | Noticed a dread lich
288330 | Zig:14   | Noticed a dread lich
288330 | Zig:14   | Noticed an ancient lich
288330 | Zig:14   | Noticed a dread lich
288331 | Zig:14   | Noticed an ancient lich
288331 | Zig:14   | Noticed a dread lich
288331 | Zig:14   | Noticed an ancient lich
288332 | Zig:14   | Noticed a dread lich
288332 | Zig:14   | Killed an ancient lich
288332 | Zig:14   | Killed a dread lich
288332 | Zig:14   | Killed a dread lich
288332 | Zig:14   | Killed an ancient lich
288332 | Zig:14   | Killed an ancient lich
288332 | Zig:14   | Killed a dread lich
288332 | Zig:14   | Killed an ancient lich
288332 | Zig:14   | Killed a dread lich
288332 | Zig:14   | Killed a dread lich
288332 | Zig:14   | Killed a dread lich
288332 | Zig:14   | Killed a dread lich
288332 | Zig:14   | Noticed an ancient lich
288332 | Zig:14   | Noticed an ancient lich
288332 | Zig:14   | Noticed an ancient lich
288333 | Zig:14   | Killed an ancient lich
288333 | Zig:14   | Killed a dread lich
288333 | Zig:14   | Killed an ancient lich
288333 | Zig:14   | Killed an ancient lich
288333 | Zig:14   | Killed an ancient lich
288333 | Zig:14   | Killed an ancient lich
288333 | Zig:14   | Killed a dread lich
288334 | Zig:14   | Noticed an ancient lich
288334 | Zig:14   | Noticed an ancient lich
288334 | Zig:14   | Noticed an ancient lich
288334 | Zig:14   | Noticed a dread lich
288335 | Zig:14   | Noticed a dread lich
288335 | Zig:14   | Noticed a dread lich
288335 | Zig:14   | Noticed a dread lich
288335 | Zig:14   | Noticed a dread lich
288335 | Zig:14   | Noticed an ancient lich
288335 | Zig:14   | Noticed a dread lich
288335 | Zig:14   | Noticed an ancient lich
288335 | Zig:14   | Noticed a dread lich
288335 | Zig:14   | Noticed an ancient lich
288336 | Zig:14   | Noticed an ancient lich
288337 | Zig:14   | Noticed an ancient lich
288338 | Zig:14   | Noticed a dread lich
288338 | Zig:14   | Noticed a dread lich
288338 | Zig:14   | Killed an ancient lich
288339 | Zig:14   | Noticed an ancient lich
288340 | Zig:14   | Noticed an ancient lich
288340 | Zig:14   | Noticed an ancient lich
288340 | Zig:14   | Killed a dread lich
288341 | Zig:14   | Killed an ancient lich
288341 | Zig:14   | Killed a dread lich
288341 | Zig:14   | Killed an ancient lich
288341 | Zig:14   | Killed an ancient lich
288341 | Zig:14   | Killed an ancient lich
288341 | Zig:14   | Killed an ancient lich
288341 | Zig:14   | Killed an ancient lich
288341 | Zig:14   | Killed an ancient lich
288341 | Zig:14   | Killed an ancient lich
288341 | Zig:14   | Killed an ancient lich
288341 | Zig:14   | Killed a dread lich
288341 | Zig:14   | Killed a dread lich
288341 | Zig:14   | Killed an ancient lich
288341 | Zig:14   | Killed a dread lich
288341 | Zig:14   | Killed a dread lich
288341 | Zig:14   | Killed an ancient lich
288342 | Zig:14   | Noticed a dread lich
288342 | Zig:14   | Noticed a dread lich
288342 | Zig:14   | Noticed an ancient lich
288342 | Zig:14   | Noticed a dread lich
288343 | Zig:14   | Noticed an ancient lich
288343 | Zig:14   | Noticed a dread lich
288343 | Zig:14   | Killed an ancient lich
288343 | Zig:14   | Killed a dread lich
288343 | Zig:14   | Killed a dread lich
288344 | Zig:14   | Noticed an ancient lich
288344 | Zig:14   | Killed a dread lich
288347 | Zig:14   | Noticed a dread lich
288349 | Zig:14   | Killed an ancient lich
288349 | Zig:14   | Killed an ancient lich
288349 | Zig:14   | Killed a dread lich
288349 | Zig:14   | Killed a dread lich
288349 | Zig:14   | Killed a dread lich
288349 | Zig:14   | Killed an ancient lich
288349 | Zig:14   | Killed a dread lich
288350 | Zig:14   | Killed a dread lich
288435 | Zig:14   | Identified the +2 lajatang of the Grey Skies {flame, rPois
                  | rC+ SInv Stlth+}
288734 | Zig:14   | Identified the +2 ice dragon scales of Spite {rF- rC++
                  | Stlth+}
288788 | Zig:14   | Identified the +2 orcbow of Tozicril {elec, Dex+3}
288789 | Zig:14   | Identified the +6 trident of Keuddaist {venom, rF++}
288846 | Zig:14   | Identified the +5 lajatang of Instinct {flame, rPois
                  | Stlth+}
288855 | Zig:15   | Entered Level 15 of a ziggurat
288859 | Zig:15   | Noticed an ancient lich
288861 | Zig:15   | Killed an ancient lich
289111 | Zig:15   | Identified the +7 dagger of Responsibility {protect, Str+2}
289113 | Zig:15   | Identified the +9 orcbow "Figrom" {drain, rF++ rN+ Str-3}
289127 | Zig:15   | Identified the staff "Mud Pie of Death" {rElec rF+ rCorr
                  | Int-5 Stlth+ Fire}
289138 | Zig:15   | Identified the +1 leather armour of Patibok {Dex+2}
289147 | Zig:15   | Identified the ring of Dicien {rF- MP+9 Dex+4 Slay+3}
289169 | Zig:15   | Identified the +6 lajatang "Eloigue" {pain, rC+ rCorr}
289179 | Zig:15   | Identified the +3 rapier "Naxumikhi" {freeze, rC+ Int-3
                  | Dex+3}
289188 | Zig:15   | Identified the +4 demon blade of Terror {freeze, Fly}
289244 | Zig:15   | Identified the ring "Fucucs" {rCorr AC+4 Str+6}
289246 | Zig:15   | Identified the ring of Miac {rF+ Dex+6}
289694 | Zig:16   | Entered Level 16 of a ziggurat
289696 | Zig:16   | Noticed Quummik the pandemonium lord
289696 | Zig:16   | Noticed Natriah the pandemonium lord
289696 | Zig:16   | Noticed Pajuru Geus the pandemonium lord
289696 | Zig:16   | Noticed Rytyupit the pandemonium lord
289696 | Zig:16   | Noticed Poenlo the pandemonium lord
289696 | Zig:16   | Noticed Pynuheod the pandemonium lord
289696 | Zig:16   | Noticed Loclauju the pandemonium lord
289696 | Zig:16   | Noticed Ceorud the pandemonium lord
289697 | Zig:16   | Noticed Basah the pandemonium lord
289697 | Zig:16   | Noticed Ocvuproh the pandemonium lord
289697 | Zig:16   | Killed Basah the pandemonium lord
289697 | Zig:16   | Noticed Jebecad the pandemonium lord
289697 | Zig:16   | Noticed Hirup the pandemonium lord
289697 | Zig:16   | Noticed Geamn the pandemonium lord
289698 | Zig:16   | Killed Pajuru Geus the pandemonium lord
289698 | Zig:16   | Killed Ceorud the pandemonium lord
289698 | Zig:16   | Killed Poenlo the pandemonium lord
289698 | Zig:16   | Noticed Onyegrar the pandemonium lord
289698 | Zig:16   | Noticed Xumymp the pandemonium lord
289698 | Zig:16   | Noticed Mocu the pandemonium lord
289698 | Zig:16   | Noticed Bentae the pandemonium lord
289699 | Zig:16   | Killed Hirup the pandemonium lord
289699 | Zig:16   | Killed Quummik the pandemonium lord
289699 | Zig:16   | Noticed Acyidgh the pandemonium lord
289699 | Zig:16   | Killed Geamn the pandemonium lord
289699 | Zig:16   | Killed Xumymp the pandemonium lord
289700 | Zig:16   | Killed Pynuheod the pandemonium lord
289700 | Zig:16   | Killed Onyegrar the pandemonium lord
289700 | Zig:16   | Killed Loclauju the pandemonium lord
289700 | Zig:16   | Noticed Buloqy the pandemonium lord
289700 | Zig:16   | Noticed Ritis the pandemonium lord
289700 | Zig:16   | Noticed Lugefestru the pandemonium lord
289700 | Zig:16   | Noticed Qiuc the pandemonium lord
289701 | Zig:16   | Killed Natriah the pandemonium lord
289701 | Zig:16   | Killed Ocvuproh the pandemonium lord
289701 | Zig:16   | Killed Bentae the pandemonium lord
289701 | Zig:16   | Killed Mocu the pandemonium lord
289701 | Zig:16   | Killed Jebecad the pandemonium lord
289701 | Zig:16   | Noticed Huocar the pandemonium lord
289702 | Zig:16   | Noticed Ytrelus the pandemonium lord
289702 | Zig:16   | Killed Rytyupit the pandemonium lord
289702 | Zig:16   | Killed Acyidgh the pandemonium lord
289702 | Zig:16   | Noticed Daj Fet the pandemonium lord
289702 | Zig:16   | Noticed Kumiud the pandemonium lord
289702 | Zig:16   | Noticed Qebefufu the pandemonium lord
289703 | Zig:16   | Noticed Muumok the pandemonium lord
289704 | Zig:16   | Noticed Yhuss the pandemonium lord
289704 | Zig:16   | Killed Qiuc the pandemonium lord
289704 | Zig:16   | Noticed Fuesch the pandemonium lord
289705 | Zig:16   | Noticed Ymaxeimp the pandemonium lord
289705 | Zig:16   | Killed Lugefestru the pandemonium lord
289705 | Zig:16   | Noticed Tewnyna the pandemonium lord
289705 | Zig:16   | Noticed Ixetyaf the pandemonium lord
289706 | Zig:16   | Noticed Faxaih the pandemonium lord
289706 | Zig:16   | Noticed Uraerrykk the pandemonium lord
289706 | Zig:16   | Noticed Hirren the pandemonium lord
289707 | Zig:16   | Killed Huocar the pandemonium lord
289707 | Zig:16   | Killed Ritis the pandemonium lord
289707 | Zig:16   | Killed Peololib the pandemonium lord
289707 | Zig:16   | Noticed Meqo the pandemonium lord
289708 | Zig:16   | Killed Uraerrykk the pandemonium lord
289708 | Zig:16   | Killed Buloqy the pandemonium lord
289708 | Zig:16   | Killed Qebefufu the pandemonium lord
289708 | Zig:16   | Killed Meqo the pandemonium lord
289708 | Zig:16   | Noticed Qeuwn the pandemonium lord
289708 | Zig:16   | Noticed Atynecoth the pandemonium lord
289708 | Zig:16   | Noticed Cusosebu the pandemonium lord
289708 | Zig:16   | Noticed Muowiose the pandemonium lord
289708 | Zig:16   | Noticed Suitu the pandemonium lord
289708 | Zig:16   | Noticed Ruacob the pandemonium lord
289709 | Zig:16   | Noticed Dotessit the pandemonium lord
289709 | Zig:16   | Noticed Muzxaodi the pandemonium lord
289709 | Zig:16   | Noticed Gaghathrah the pandemonium lord
289709 | Zig:16   | Noticed Nyefal the pandemonium lord
289709 | Zig:16   | Noticed Moodulupn the pandemonium lord
289709 | Zig:16   | Noticed Acomp the pandemonium lord
289710 | Zig:16   | Noticed Geofopt the pandemonium lord
289710 | Zig:16   | Noticed Vaomp the pandemonium lord
289710 | Zig:16   | Killed Yhuss the pandemonium lord
289710 | Zig:16   | Killed Qeuwn the pandemonium lord
289710 | Zig:16   | Killed Muzxaodi the pandemonium lord
289710 | Zig:16   | Killed Atynecoth the pandemonium lord
289710 | Zig:16   | Noticed Panabog the pandemonium lord
289711 | Zig:16   | Killed Tewnyna the pandemonium lord
289711 | Zig:16   | Killed Daj Fet the pandemonium lord
289711 | Zig:16   | Killed Acomp the pandemonium lord
289711 | Zig:16   | Killed Suitu the pandemonium lord
289711 | Zig:16   | Noticed Qionnew the pandemonium lord
289711 | Zig:16   | Noticed Gaak Vat the pandemonium lord
289711 | Zig:16   | Noticed Gixeupeo the pandemonium lord
289712 | Zig:16   | Noticed Uteont the pandemonium lord
289712 | Zig:16   | Noticed Jerinok the pandemonium lord
289712 | Zig:16   | Noticed Suolom the pandemonium lord
289712 | Zig:16   | Killed Ytrelus the pandemonium lord
289712 | Zig:16   | Killed Kumiud the pandemonium lord
289712 | Zig:16   | Killed Faxaih the pandemonium lord
289712 | Zig:16   | Killed Dotessit the pandemonium lord
289712 | Zig:16   | Killed Muumok the pandemonium lord
289712 | Zig:16   | Killed Ruacob the pandemonium lord
289712 | Zig:16   | Killed Cusosebu the pandemonium lord
289712 | Zig:16   | Killed Hirren the pandemonium lord
289712 | Zig:16   | Noticed Nuimmyschiw the pandemonium lord
289712 | Zig:16   | Noticed Boz Vot the pandemonium lord
289712 | Zig:16   | Noticed Geydooff the pandemonium lord
289712 | Zig:16   | Noticed Umaul the pandemonium lord
289712 | Zig:16   | Noticed Guonammudiz the pandemonium lord
289713 | Zig:16   | Noticed Sijue the pandemonium lord
289713 | Zig:16   | Noticed Xeycapt the pandemonium lord
289713 | Zig:16   | Noticed Wuerorif the pandemonium lord
289713 | Zig:16   | Noticed Ofaig the pandemonium lord
289713 | Zig:16   | Killed Panabog the pandemonium lord
289713 | Zig:16   | Killed Wuerorif the pandemonium lord
289713 | Zig:16   | Killed Suolom the pandemonium lord
289713 | Zig:16   | Killed Sijue the pandemonium lord
289713 | Zig:16   | Killed Uteont the pandemonium lord
289713 | Zig:16   | Killed Jerinok the pandemonium lord
289713 | Zig:16   | Killed Ofaig the pandemonium lord
289713 | Zig:16   | Noticed Zacecsu the pandemonium lord
289714 | Zig:16   | Noticed Ylosch the pandemonium lord
289715 | Zig:16   | Noticed Veibuehi the pandemonium lord
289715 | Zig:16   | Noticed Nonga the pandemonium lord
289715 | Zig:16   | Killed Nyefal the pandemonium lord
289715 | Zig:16   | Killed Gaghathrah the pandemonium lord
289715 | Zig:16   | Killed Umaul the pandemonium lord
289715 | Zig:16   | Killed Ymaxeimp the pandemonium lord
289715 | Zig:16   | Killed Nuimmyschiw the pandemonium lord
289715 | Zig:16   | Killed Xeycapt the pandemonium lord
289715 | Zig:16   | Killed Geofopt the pandemonium lord
289715 | Zig:16   | Killed Geydooff the pandemonium lord
289715 | Zig:16   | Killed Nonga the pandemonium lord
289715 | Zig:16   | Killed Guonammudiz the pandemonium lord
289715 | Zig:16   | Noticed Retesied the pandemonium lord
289715 | Zig:16   | Noticed Rutaecy the pandemonium lord
289716 | Zig:16   | Killed Ixetyaf the pandemonium lord
289716 | Zig:16   | Killed Moodulupn the pandemonium lord
289716 | Zig:16   | Killed Gaak Vat the pandemonium lord
289716 | Zig:16   | Killed Ylosch the pandemonium lord
289716 | Zig:16   | Noticed Bobuebao the pandemonium lord
289716 | Zig:16   | Noticed Vohatiempu the pandemonium lord
289716 | Zig:16   | Noticed Jurozu the pandemonium lord
289716 | Zig:16   | Noticed Daakosec the pandemonium lord
289717 | Zig:16   | Noticed Risseame the pandemonium lord
289717 | Zig:16   | Noticed Jesetzog the pandemonium lord
289717 | Zig:16   | Noticed Sexihosa the pandemonium lord
289718 | Zig:16   | Noticed Ytonoes the pandemonium lord
289718 | Zig:16   | Noticed Sypug the pandemonium lord
289719 | Zig:16   | Killed Vaomp the pandemonium lord
289719 | Zig:16   | Killed Daakosec the pandemonium lord
289719 | Zig:16   | Killed Gixeupeo the pandemonium lord
289719 | Zig:16   | Killed Risseame the pandemonium lord
289719 | Zig:16   | Killed Sypug the pandemonium lord
289719 | Zig:16   | Killed Zacecsu the pandemonium lord
289719 | Zig:16   | Killed Boz Vot the pandemonium lord
289719 | Zig:16   | Killed Qionnew the pandemonium lord
289719 | Zig:16   | Noticed Reshreot the pandemonium lord
289720 | Zig:16   | Killed Fuesch the pandemonium lord
289720 | Zig:16   | Killed Ytonoes the pandemonium lord
289720 | Zig:16   | Killed Jurozu the pandemonium lord
289720 | Zig:16   | Noticed Qoiviacuqu the pandemonium lord
289721 | Zig:16   | Killed Jesetzog the pandemonium lord
289721 | Zig:16   | Killed Retesied the pandemonium lord
289721 | Zig:16   | Killed Bobuebao the pandemonium lord
289721 | Zig:16   | Killed Muowiose the pandemonium lord
289721 | Zig:16   | Killed Qoiviacuqu the pandemonium lord
289721 | Zig:16   | Killed Vohatiempu the pandemonium lord
289721 | Zig:16   | Noticed Ytimmului the pandemonium lord
289721 | Zig:16   | Noticed Myvis the pandemonium lord
289721 | Zig:16   | Noticed Efisos the pandemonium lord
289722 | Zig:16   | Noticed Netifa the pandemonium lord
289722 | Zig:16   | Noticed Saw Suit the pandemonium lord
289722 | Zig:16   | Noticed Kueho the pandemonium lord
289722 | Zig:16   | Noticed Qoropang the pandemonium lord
289722 | Zig:16   | Noticed Anunwaq the pandemonium lord
289722 | Zig:16   | Noticed Attyid the pandemonium lord
289723 | Zig:16   | Killed Saw Suit the pandemonium lord
289723 | Zig:16   | Noticed Nozog the pandemonium lord
289723 | Zig:16   | Noticed Qouzopno the pandemonium lord
289724 | Zig:16   | Killed Qoropang the pandemonium lord
289724 | Zig:16   | Noticed Lepsoah the pandemonium lord
289724 | Zig:16   | Noticed Ogyxkosh the pandemonium lord
289724 | Zig:16   | Noticed Lunucun the pandemonium lord
289724 | Zig:16   | Noticed Pauromec the pandemonium lord
289725 | Zig:16   | Noticed Ruukumuhe the pandemonium lord
289725 | Zig:16   | Noticed Cecepidi the pandemonium lord
289725 | Zig:16   | Noticed Zazxuej the pandemonium lord
289725 | Zig:16   | Noticed Fuohoohu the pandemonium lord
289726 | Zig:16   | Noticed Zuivumoe the pandemonium lord
289726 | Zig:16   | Noticed Cetrutsu the pandemonium lord
289726 | Zig:16   | Noticed Wuibliul the pandemonium lord
289726 | Zig:16   | Noticed Upru the pandemonium lord
289727 | Zig:16   | Killed Reshreot the pandemonium lord
289727 | Zig:16   | Killed Veibuehi the pandemonium lord
289727 | Zig:16   | Killed Kueho the pandemonium lord
289727 | Zig:16   | Killed Nozog the pandemonium lord
289727 | Zig:16   | Killed Wuibliul the pandemonium lord
289727 | Zig:16   | Killed Myvis the pandemonium lord
289727 | Zig:16   | Killed Netifa the pandemonium lord
289727 | Zig:16   | Noticed Kodeoqesm the pandemonium lord
289728 | Zig:16   | Killed Cecepidi the pandemonium lord
289728 | Zig:16   | Killed Pauromec the pandemonium lord
289728 | Zig:16   | Noticed Odyulus the pandemonium lord
289728 | Zig:16   | Noticed Otuco the pandemonium lord
289728 | Zig:16   | Noticed Acwoc the pandemonium lord
289729 | Zig:16   | Killed Lunucun the pandemonium lord
289729 | Zig:16   | Killed Attyid the pandemonium lord
289729 | Zig:16   | Killed Anunwaq the pandemonium lord
289729 | Zig:16   | Killed Zuivumoe the pandemonium lord
289729 | Zig:16   | Killed Lepsoah the pandemonium lord
289729 | Zig:16   | Killed Upru the pandemonium lord
289729 | Zig:16   | Killed Sexihosa the pandemonium lord
289729 | Zig:16   | Killed Otuco the pandemonium lord
289729 | Zig:16   | Noticed Beciok the pandemonium lord
289729 | Zig:16   | Noticed Fidgheosm the pandemonium lord
289729 | Zig:16   | Noticed Parhunt the pandemonium lord
289729 | Zig:16   | Noticed Roirey the pandemonium lord
289729 | Zig:16   | Noticed Jaos Sobouve the pandemonium lord
289731 | Zig:16   | Killed Zazxuej the pandemonium lord
289731 | Zig:16   | Killed Efisos the pandemonium lord
289732 | Zig:16   | Noticed Laecs the pandemonium lord
289733 | Zig:16   | Killed Rutaecy the pandemonium lord
289737 | Zig:16   | Killed Ytimmului the pandemonium lord
289737 | Zig:16   | Killed Kodeoqesm the pandemonium lord
289737 | Zig:16   | Killed Roirey the pandemonium lord
289737 | Zig:16   | Killed Ruukumuhe the pandemonium lord
289737 | Zig:16   | Killed Ogyxkosh the pandemonium lord
289737 | Zig:16   | Killed Odyulus the pandemonium lord
289737 | Zig:16   | Killed Qouzopno the pandemonium lord
289739 | Zig:16   | Noticed Oge Doup the pandemonium lord
289740 | Zig:16   | Noticed Xuexzen the pandemonium lord
289741 | Zig:16   | Killed Parhunt the pandemonium lord
289744 | Zig:16   | Killed Beciok the pandemonium lord
289746 | Zig:16   | Killed Acwoc the pandemonium lord
289746 | Zig:16   | Killed Cetrutsu the pandemonium lord
289746 | Zig:16   | Killed Laecs the pandemonium lord
289746 | Zig:16   | Killed Fidgheosm the pandemonium lord
289748 | Zig:16   | Killed Oge Doup the pandemonium lord
289748 | Zig:16   | Killed Fuohoohu the pandemonium lord
289748 | Zig:16   | Noticed Soxkulac the pandemonium lord
289749 | Zig:16   | Noticed Hoppoow the pandemonium lord
289750 | Zig:16   | Killed Jaos Sobouve the pandemonium lord
289751 | Zig:16   | Noticed Reed the pandemonium lord
289751 | Zig:16   | Noticed Ezxaru the pandemonium lord
289751 | Zig:16   | Noticed Kozes the pandemonium lord
289753 | Zig:16   | Noticed Bagh the pandemonium lord
289753 | Zig:16   | Noticed Gioquih the pandemonium lord
289753 | Zig:16   | Noticed Kast the pandemonium lord
289754 | Zig:16   | Killed Xuexzen the pandemonium lord
289754 | Zig:16   | Killed Soxkulac the pandemonium lord
289754 | Zig:16   | Noticed Meulang the pandemonium lord
289755 | Zig:16   | Noticed Piukuawa the pandemonium lord
289755 | Zig:16   | Noticed Hudull the pandemonium lord
289755 | Zig:16   | Noticed Xouc the pandemonium lord
289756 | Zig:16   | Killed Hoppoow the pandemonium lord
289756 | Zig:16   | Killed Kast the pandemonium lord
289756 | Zig:16   | Noticed Zefre the pandemonium lord
289756 | Zig:16   | Noticed Cionkem the pandemonium lord
289759 | Zig:16   | Killed Gioquih the pandemonium lord
289759 | Zig:16   | Noticed Kixukat the pandemonium lord
289760 | Zig:16   | Killed Ezxaru the pandemonium lord
289760 | Zig:16   | Killed Bagh the pandemonium lord
289760 | Zig:16   | Killed Piukuawa the pandemonium lord
289760 | Zig:16   | Killed Zefre the pandemonium lord
289760 | Zig:16   | Killed Kozes the pandemonium lord
289760 | Zig:16   | Killed Hudull the pandemonium lord
289760 | Zig:16   | Killed Meulang the pandemonium lord
289760 | Zig:16   | Killed Kixukat the pandemonium lord
289763 | Zig:16   | Noticed Fynonk the pandemonium lord
289763 | Zig:16   | Killed Cionkem the pandemonium lord
289764 | Zig:16   | Noticed Zeneirod the pandemonium lord
289765 | Zig:16   | Killed Xouc the pandemonium lord
289769 | Zig:16   | Killed Fynonk the pandemonium lord
289772 | Zig:16   | Killed Zeneirod the pandemonium lord
289779 | Zig:16   | Killed Reed the pandemonium lord
290190 | Zig:16   | Identified the +2 mace of Peppogat {heavy, Str+2}
290191 | Zig:16   | Identified the staff of Blue Reinforcement {Fly rF++ rN+
                  | Str-3 Necro}
290203 | Zig:16   | Identified the +1 plate armour of Beogh {rF+}
290204 | Zig:16   | Identified the +8 falchion of the Ancients {flame, *Slow
                  | Will+ Str+3}
290210 | Zig:16   | Identified the +9 great mace "Susm" {spect, rC+ Str+3
                  | Stlth+}
290212 | Zig:16   | Identified the staff "Mato" {rPois rF++ rC+ Ice}
290214 | Zig:16   | Identified the staff of Fee Simple {+Blink rPois MP+9 Int+5
                  | SInv Poison}
290227 | Zig:16   | Identified the staff "Quedwael" {rElec rF- rN+ Will- Str+8
                  | Necro}
290231 | Zig:16   | Identified the +7 lajatang of the Aged Demons {holy, rPois}
290234 | Zig:16   | Identified the +4 ring mail of the Moon {rC- Int+5}
290235 | Zig:16   | Identified the amulet of Kaenegh {Faith Fragile rPois Str+7
                  | Int-5}
290237 | Zig:16   | Identified the staff of the Decaying God {rN++ Conj}
290250 | Zig:16   | Identified the ring of Amnucida {Fire rN++ Int-3}
290299 | Zig:17   | Entered Level 17 of a ziggurat
290538 | Zig:17   | Identified the +2 quarterstaff "Giqoe" {heavy, rF+ Dex+4}
290589 | Zig:17   | Identified the +1 pair of gloves "Ulised" {rPois SInv}
291173 | Zig:18   | Entered Level 18 of a ziggurat
291173 | Zig:18   | Noticed a royal mummy
291173 | Zig:18   | Noticed a royal mummy
291173 | Zig:18   | Noticed a royal mummy
291173 | Zig:18   | Noticed a royal mummy
291173 | Zig:18   | Noticed a royal mummy
291173 | Zig:18   | Noticed a royal mummy
291173 | Zig:18   | Noticed a royal mummy
291173 | Zig:18   | Noticed a royal mummy
291173 | Zig:18   | Noticed a royal mummy
291174 | Zig:18   | Killed a royal mummy
291174 | Zig:18   | Killed a royal mummy
291174 | Zig:18   | Killed a royal mummy
291174 | Zig:18   | Killed a royal mummy
291174 | Zig:18   | Killed a royal mummy
291174 | Zig:18   | Killed a royal mummy
291174 | Zig:18   | Killed a royal mummy
291174 | Zig:18   | Killed a royal mummy
291174 | Zig:18   | Killed a royal mummy
291175 | Zig:18   | Noticed a royal mummy
291176 | Zig:18   | Noticed a royal mummy
291176 | Zig:18   | Noticed a royal mummy
291176 | Zig:18   | Noticed a royal mummy
291176 | Zig:18   | Noticed a royal mummy
291177 | Zig:18   | Noticed a royal mummy
291177 | Zig:18   | Noticed a royal mummy
291177 | Zig:18   | Noticed a royal mummy
291177 | Zig:18   | Noticed a royal mummy
291177 | Zig:18   | Noticed a royal mummy
291178 | Zig:18   | Noticed a royal mummy
291178 | Zig:18   | Noticed a royal mummy
291178 | Zig:18   | Noticed a royal mummy
291178 | Zig:18   | Noticed a royal mummy
291179 | Zig:18   | Killed a royal mummy
291180 | Zig:18   | Noticed a royal mummy
291180 | Zig:18   | Noticed a royal mummy
291180 | Zig:18   | Noticed a royal mummy
291180 | Zig:18   | Noticed a royal mummy
291180 | Zig:18   | Killed a royal mummy
291180 | Zig:18   | Noticed a royal mummy
291180 | Zig:18   | Noticed a royal mummy
291181 | Zig:18   | Killed a royal mummy
291181 | Zig:18   | Killed a royal mummy
291181 | Zig:18   | Killed a royal mummy
291181 | Zig:18   | Killed a royal mummy
291181 | Zig:18   | Killed a royal mummy
291181 | Zig:18   | Killed a royal mummy
291181 | Zig:18   | Killed a royal mummy
291181 | Zig:18   | Killed a royal mummy
291181 | Zig:18   | Killed a royal mummy
291181 | Zig:18   | Killed a royal mummy
291181 | Zig:18   | Killed a royal mummy
291181 | Zig:18   | Killed a royal mummy
291181 | Zig:18   | Killed a royal mummy
291181 | Zig:18   | Killed a royal mummy
291181 | Zig:18   | Noticed a royal mummy
291181 | Zig:18   | Noticed a royal mummy
291181 | Zig:18   | Noticed a royal mummy
291181 | Zig:18   | Noticed a royal mummy
291182 | Zig:18   | Killed a royal mummy
291182 | Zig:18   | Killed a royal mummy
291182 | Zig:18   | Killed a royal mummy
291182 | Zig:18   | Killed a royal mummy
291182 | Zig:18   | Killed a royal mummy
291182 | Zig:18   | Killed a royal mummy
291182 | Zig:18   | Noticed a royal mummy
291182 | Zig:18   | Noticed a royal mummy
291183 | Zig:18   | Noticed a royal mummy
291183 | Zig:18   | Noticed a royal mummy
291183 | Zig:18   | Noticed a royal mummy
291183 | Zig:18   | Noticed a royal mummy
291184 | Zig:18   | Noticed a royal mummy
291185 | Zig:18   | Noticed a royal mummy
291185 | Zig:18   | Noticed a royal mummy
291185 | Zig:18   | Noticed a royal mummy
291185 | Zig:18   | Noticed a royal mummy
291186 | Zig:18   | Noticed a royal mummy
291186 | Zig:18   | Noticed a royal mummy
291187 | Zig:18   | Noticed a royal mummy
291187 | Zig:18   | Noticed a royal mummy
291187 | Zig:18   | Noticed a royal mummy
291188 | Zig:18   | Killed a royal mummy
291188 | Zig:18   | Killed a royal mummy
291188 | Zig:18   | Killed a royal mummy
291188 | Zig:18   | Killed a royal mummy
291188 | Zig:18   | Killed a royal mummy
291188 | Zig:18   | Killed a royal mummy
291188 | Zig:18   | Killed a royal mummy
291188 | Zig:18   | Killed a royal mummy
291188 | Zig:18   | Killed a royal mummy
291188 | Zig:18   | Killed a royal mummy
291188 | Zig:18   | Killed a royal mummy
291188 | Zig:18   | Killed a royal mummy
291188 | Zig:18   | Killed a royal mummy
291188 | Zig:18   | Killed a royal mummy
291188 | Zig:18   | Noticed a royal mummy
291188 | Zig:18   | Noticed a royal mummy
291188 | Zig:18   | Noticed a royal mummy
291189 | Zig:18   | Noticed a royal mummy
291189 | Zig:18   | Noticed a royal mummy
291189 | Zig:18   | Noticed a royal mummy
291189 | Zig:18   | Noticed a royal mummy
291190 | Zig:18   | Noticed a royal mummy
291190 | Zig:18   | Noticed a royal mummy
291191 | Zig:18   | Noticed a royal mummy
291191 | Zig:18   | Noticed a royal mummy
291193 | Zig:18   | Killed a royal mummy
291193 | Zig:18   | Killed a royal mummy
291193 | Zig:18   | Killed a royal mummy
291193 | Zig:18   | Killed a royal mummy
291193 | Zig:18   | Killed a royal mummy
291193 | Zig:18   | Killed a royal mummy
291193 | Zig:18   | Noticed a royal mummy
291193 | Zig:18   | Noticed a royal mummy
291195 | Zig:18   | Noticed a royal mummy
291195 | Zig:18   | Noticed a royal mummy
291195 | Zig:18   | Noticed a royal mummy
291195 | Zig:18   | Noticed a royal mummy
291195 | Zig:18   | Noticed a royal mummy
291195 | Zig:18   | Noticed a royal mummy
291195 | Zig:18   | Noticed a royal mummy
291196 | Zig:18   | Noticed a royal mummy
291196 | Zig:18   | Killed a royal mummy
291196 | Zig:18   | Noticed a royal mummy
291197 | Zig:18   | Killed a royal mummy
291197 | Zig:18   | Noticed a royal mummy
291198 | Zig:18   | Killed a royal mummy
291198 | Zig:18   | Killed a royal mummy
291198 | Zig:18   | Killed a royal mummy
291199 | Zig:18   | Killed a royal mummy
291199 | Zig:18   | Killed a royal mummy
291199 | Zig:18   | Noticed a royal mummy
291200 | Zig:18   | Noticed a royal mummy
291200 | Zig:18   | Noticed a royal mummy
291201 | Zig:18   | Killed a royal mummy
291201 | Zig:18   | Killed a royal mummy
291201 | Zig:18   | Killed a royal mummy
291201 | Zig:18   | Killed a royal mummy
291201 | Zig:18   | Killed a royal mummy
291201 | Zig:18   | Killed a royal mummy
291201 | Zig:18   | Killed a royal mummy
291201 | Zig:18   | Killed a royal mummy
291201 | Zig:18   | Killed a royal mummy
291202 | Zig:18   | Killed a royal mummy
291202 | Zig:18   | Killed a royal mummy
291202 | Zig:18   | Killed a royal mummy
291202 | Zig:18   | Killed a royal mummy
291202 | Zig:18   | Killed a royal mummy
291202 | Zig:18   | Killed a royal mummy
291203 | Zig:18   | Noticed a royal mummy
291203 | Zig:18   | Noticed a royal mummy
291206 | Zig:18   | Killed a royal mummy
291207 | Zig:18   | Killed a royal mummy
291208 | Zig:18   | Noticed a royal mummy
291210 | Zig:18   | Killed a royal mummy
291213 | Zig:18   | Killed a royal mummy
291213 | Zig:18   | Killed a royal mummy
291990 | Zig:18   | Identified the amulet "Wifen" {Faith Int+3 Dex+4}
292022 | Zig:18   | Identified the +3 short sword of Epliwne {spect, rF+ Dex+2}
292030 | Zig:18   | Identified the +1 long sword of Antuuhyi {spect, Will+}
292032 | Zig:18   | Identified the +3 rapier "Varoxt" {freeze, rCorr}
292035 | Zig:18   | Identified the +8 dagger "Ugazxakk" {drain, +Blink rCorr
                  | SInv Stlth+}
292052 | Zig:18   | Identified the ring of Sunlight {rPois Slay+3}
292064 | Zig:18   | Identified the staff of Dim Light {rN+ Will+ SInv Necro}
292065 | Zig:18   | Identified the amulet "Zeeropt" {Faith rF+}
292068 | Zig:18   | Identified the amulet "Kaerocye" {rF+ Regen+ Str+3 Dex+2}
292070 | Zig:18   | Identified the +9 sling of Demonkind {heavy, rPois Dex+3}
292071 | Zig:18   | Identified the +5 hand axe of Modesty {freeze, rElec rC++
                  | Str+3 Int-2 Dex+2}
292155 | Zig:19   | Entered Level 19 of a ziggurat
292178 | Zig:19   | Identified the +6 lajatang of War {freeze, rC++}
292642 | Zig:19   | Identified the +8 shortbow of Ufomoeh {flame, rPois rC++
                  | SInv Stlth-}
292659 | Zig:19   | Identified the +12 battleaxe of the Bruised Seas {freeze,
                  | rF+}
292669 | Zig:19   | Identified the +7 mace "Udabaonk" {antimagic, Dex+3}
292677 | Zig:19   | Identified the +2 lajatang of the King {venom, rElec rF+
                  | Int+2}
292687 | Zig:19   | Identified the +8 morningstar "Jorchuqeip" {protect, Str+3}
292699 | Zig:19   | Identified the +8 rapier of the Stork {spect, rElec rC+
                  | rN+}
292709 | Zig:19   | Identified the +3 dire flail of Udagitoev {freeze, rElec
                  | rPois Int-5}
292741 | Zig:19   | Identified the +8 morningstar of Haxzu {flame, rC+}
292745 | Zig:19   | Identified the +6 battleaxe "Foebb" {venom, rElec rC+ Str+3
                  | Int+2}
293080 | Zig:20   | Entered Level 20 of a ziggurat
293793 | Zig:20   | Identified the amulet "Ommaytux" {Acrobat Regen+ Int+2
                  | Dex+2}
293795 | Zig:20   | Identified the +4 robe of Courage {Harm Int-3 Dex+2}
293805 | Zig:20   | Identified the +1 pair of gloves of Ipauwk {rF- Will+
                  | Str+4}
293806 | Zig:20   | Identified the staff "Caonuleu" {rF+ Dex+2 Fire}
293810 | Zig:20   | Identified the +7 lajatang of the Jolly Lives {flame, rF+
                  | rCorr}
293828 | Zig:20   | Identified the +6 scimitar of Okeleone {flame, *Slow rPois
                  | rC++ Int+2}
293861 | Zig:20   | Identified the +1 war axe "Rext" {drain, Dex+4 SInv}
293873 | Zig:20   | Identified the +1 leather armour of Joutt {Str+4}
293875 | Zig:20   | Identified the +0 hand axe "Emier" {flame, Dex+2}
293883 | Zig:20   | Identified the +8 war axe of Ategant {freeze, MP+9 Stlth+}
293907 | Zig:20   | Identified the +5 chain mail of the Sky {rF+ rCorr Str+2
                  | Dex+2}
293920 | Zig:20   | Identified the +5 rapier of the Unspeakable One {venom, rN+
                  | MP+9 Str+2}
294009 | Zig:21   | Entered Level 21 of a ziggurat
294009 | Zig:21   | Noticed a juggernaut
294009 | Zig:21   | Noticed a juggernaut
294009 | Zig:21   | Noticed a juggernaut
294009 | Zig:21   | Noticed a juggernaut
294010 | Zig:21   | Noticed a juggernaut
294010 | Zig:21   | Noticed a juggernaut
294010 | Zig:21   | Noticed a juggernaut
294011 | Zig:21   | Killed a juggernaut
294011 | Zig:21   | Killed a juggernaut
294011 | Zig:21   | Killed a juggernaut
294011 | Zig:21   | Killed a juggernaut
294011 | Zig:21   | Killed a juggernaut
294011 | Zig:21   | Noticed a juggernaut
294011 | Zig:21   | Noticed a juggernaut
294011 | Zig:21   | Noticed a juggernaut
294012 | Zig:21   | Noticed a juggernaut
294012 | Zig:21   | Noticed a juggernaut
294012 | Zig:21   | Noticed a juggernaut
294012 | Zig:21   | Noticed a juggernaut
294012 | Zig:21   | Noticed a juggernaut
294013 | Zig:21   | Noticed a juggernaut
294013 | Zig:21   | Noticed a juggernaut
294013 | Zig:21   | Noticed a juggernaut
294013 | Zig:21   | Noticed a juggernaut
294013 | Zig:21   | Noticed a juggernaut
294014 | Zig:21   | Noticed a juggernaut
294014 | Zig:21   | Noticed a juggernaut
294014 | Zig:21   | Noticed a juggernaut
294015 | Zig:21   | Killed a juggernaut
294016 | Zig:21   | Noticed a juggernaut
294016 | Zig:21   | Noticed a juggernaut
294016 | Zig:21   | Noticed a juggernaut
294017 | Zig:21   | Noticed a juggernaut
294017 | Zig:21   | Noticed a juggernaut
294017 | Zig:21   | Killed a juggernaut
294018 | Zig:21   | Noticed a juggernaut
294018 | Zig:21   | Noticed a juggernaut
294018 | Zig:21   | Noticed a juggernaut
294018 | Zig:21   | Killed a juggernaut
294019 | Zig:21   | Killed a juggernaut
294019 | Zig:21   | Killed a juggernaut
294019 | Zig:21   | Killed a juggernaut
294019 | Zig:21   | Noticed a juggernaut
294020 | Zig:21   | Noticed a juggernaut
294020 | Zig:21   | Killed a juggernaut
294020 | Zig:21   | Killed a juggernaut
294021 | Zig:21   | Killed a juggernaut
294021 | Zig:21   | Killed a juggernaut
294021 | Zig:21   | Killed a juggernaut
294021 | Zig:21   | Killed a juggernaut
294021 | Zig:21   | Killed a juggernaut
294021 | Zig:21   | Killed a juggernaut
294021 | Zig:21   | Killed a juggernaut
294021 | Zig:21   | Killed a juggernaut
294021 | Zig:21   | Killed a juggernaut
294021 | Zig:21   | Killed a juggernaut
294021 | Zig:21   | Killed a juggernaut
294021 | Zig:21   | Killed a juggernaut
294021 | Zig:21   | Killed a juggernaut
294021 | Zig:21   | Noticed a juggernaut
294022 | Zig:21   | Noticed a juggernaut
294022 | Zig:21   | Noticed a juggernaut
294023 | Zig:21   | Noticed a juggernaut
294023 | Zig:21   | Killed a juggernaut
294023 | Zig:21   | Noticed a juggernaut
294023 | Zig:21   | Noticed a juggernaut
294024 | Zig:21   | Noticed a juggernaut
294025 | Zig:21   | Noticed a juggernaut
294025 | Zig:21   | Noticed a juggernaut
294025 | Zig:21   | Noticed a juggernaut
294027 | Zig:21   | Noticed a juggernaut
294028 | Zig:21   | Killed a juggernaut
294028 | Zig:21   | Killed a juggernaut
294028 | Zig:21   | Killed a juggernaut
294028 | Zig:21   | Killed a juggernaut
294028 | Zig:21   | Killed a juggernaut
294028 | Zig:21   | Killed a juggernaut
294028 | Zig:21   | Killed a juggernaut
294028 | Zig:21   | Killed a juggernaut
294029 | Zig:21   | Killed a juggernaut
294029 | Zig:21   | Killed a juggernaut
294029 | Zig:21   | Killed a juggernaut
294029 | Zig:21   | Killed a juggernaut
294029 | Zig:21   | Killed a juggernaut
294029 | Zig:21   | Noticed a juggernaut
294029 | Zig:21   | Noticed a juggernaut
294029 | Zig:21   | Noticed a juggernaut
294029 | Zig:21   | Noticed a juggernaut
294030 | Zig:21   | Noticed a juggernaut
294030 | Zig:21   | Noticed a juggernaut
294030 | Zig:21   | Noticed a juggernaut
294031 | Zig:21   | Noticed a juggernaut
294031 | Zig:21   | Noticed a juggernaut
294032 | Zig:21   | Noticed a juggernaut
294033 | Zig:21   | Noticed a juggernaut
294034 | Zig:21   | Noticed a juggernaut
294034 | Zig:21   | Noticed a juggernaut
294035 | Zig:21   | Killed a juggernaut
294035 | Zig:21   | Killed a juggernaut
294035 | Zig:21   | Killed a juggernaut
294035 | Zig:21   | Killed a juggernaut
294035 | Zig:21   | Killed a juggernaut
294035 | Zig:21   | Killed a juggernaut
294035 | Zig:21   | Noticed a juggernaut
294035 | Zig:21   | Noticed a juggernaut
294036 | Zig:21   | Killed a juggernaut
294036 | Zig:21   | Killed a juggernaut
294036 | Zig:21   | Killed a juggernaut
294036 | Zig:21   | Killed a juggernaut
294036 | Zig:21   | Killed a juggernaut
294036 | Zig:21   | Killed a juggernaut
294036 | Zig:21   | Killed a juggernaut
294036 | Zig:21   | Noticed a juggernaut
294036 | Zig:21   | Noticed a juggernaut
294036 | Zig:21   | Noticed a juggernaut
294036 | Zig:21   | Noticed a juggernaut
294037 | Zig:21   | Killed a juggernaut
294037 | Zig:21   | Killed a juggernaut
294037 | Zig:21   | Killed a juggernaut
294037 | Zig:21   | Killed a juggernaut
294037 | Zig:21   | Killed a juggernaut
294037 | Zig:21   | Killed a juggernaut
294037 | Zig:21   | Killed a juggernaut
294037 | Zig:21   | Noticed a juggernaut
294038 | Zig:21   | Noticed a juggernaut
294038 | Zig:21   | Noticed a juggernaut
294040 | Zig:21   | Killed a juggernaut
294040 | Zig:21   | Killed a juggernaut
294040 | Zig:21   | Killed a juggernaut
294041 | Zig:21   | Killed a juggernaut
294041 | Zig:21   | Killed a juggernaut
294041 | Zig:21   | Killed a juggernaut
294041 | Zig:21   | Noticed a juggernaut
294043 | Zig:21   | Noticed a juggernaut
294044 | Zig:21   | Killed a juggernaut
294044 | Zig:21   | Noticed a juggernaut
294044 | Zig:21   | Noticed a juggernaut
294044 | Zig:21   | Noticed a juggernaut
294045 | Zig:21   | Noticed a juggernaut
294046 | Zig:21   | Noticed a juggernaut
294047 | Zig:21   | Noticed a juggernaut
294048 | Zig:21   | Noticed a juggernaut
294048 | Zig:21   | Noticed a juggernaut
294049 | Zig:21   | Killed a juggernaut
294049 | Zig:21   | Killed a juggernaut
294049 | Zig:21   | Killed a juggernaut
294049 | Zig:21   | Killed a juggernaut
294050 | Zig:21   | Killed a juggernaut
294050 | Zig:21   | Killed a juggernaut
294050 | Zig:21   | Killed a juggernaut
294050 | Zig:21   | Killed a juggernaut
294051 | Zig:21   | Noticed a juggernaut
294052 | Zig:21   | Noticed a juggernaut
294054 | Zig:21   | Killed a juggernaut
294054 | Zig:21   | Killed a juggernaut
294054 | Zig:21   | Killed a juggernaut
294323 | Zig:21   | Identified the +0 plate armour "Nuemenel" {rC+ Slay+3}
294325 | Zig:21   | Identified the staff of Incongruity {rF+ rN++ Fire}
294328 | Zig:21   | Identified the +6 lajatang "Demonspawn's Peril" {heavy,
                  | rPois rF++ rC+++ Str-3}
294329 | Zig:21   | Identified the staff "Gyps" {rElec rC+ Will- Str+2 Dex+2
                  | Ice}
294355 | Zig:21   | Identified the +2 robe of Ypashre {rElec rC+ Slay+3}
294364 | Zig:21   | Identified the +2 scimitar "Demonslayer" {freeze, *Rage rF+
                  | rN++ Int+3}
294414 | Zig:21   | Identified the staff of the Ghost {rF- rN+ Will+ rCorr
                  | Stlth+ Necro}
294425 | Zig:21   | Identified the ring of Fedhas's Outrage {rN+ Will+ Int+3}
294433 | Zig:21   | Identified the amulet of Odill {Acrobat rPois Int+4}
294451 | Zig:21   | Identified the +6 dagger of Lipsaoji {heavy, +Blink Will+
                  | MP+9 Str-5}
295292 | Zig:21   | Acquired 966 gold pieces
295293 | Zig:21   | Acquired 790 gold pieces
295309 | Zig:22   | Entered Level 22 of a ziggurat
295309 | Zig:22   | Noticed a royal mummy
295309 | Zig:22   | Noticed a royal mummy
295309 | Zig:22   | Noticed a royal mummy
295309 | Zig:22   | Noticed a royal mummy
295311 | Zig:22   | Noticed a royal mummy
295311 | Zig:22   | Noticed a royal mummy
295312 | Zig:22   | Noticed a royal mummy
295312 | Zig:22   | Noticed a royal mummy
295312 | Zig:22   | Noticed a royal mummy
295313 | Zig:22   | Noticed a royal mummy
295313 | Zig:22   | Noticed a royal mummy
295314 | Zig:22   | Noticed a royal mummy
295314 | Zig:22   | Noticed a royal mummy
295314 | Zig:22   | Noticed a royal mummy
295314 | Zig:22   | Noticed a royal mummy
295315 | Zig:22   | Noticed a royal mummy
295315 | Zig:22   | Noticed a royal mummy
295315 | Zig:22   | Noticed a royal mummy
295316 | Zig:22   | Killed a royal mummy
295316 | Zig:22   | Killed a royal mummy
295316 | Zig:22   | Killed a royal mummy
295316 | Zig:22   | Killed a royal mummy
295316 | Zig:22   | Killed a royal mummy
295316 | Zig:22   | Killed a royal mummy
295316 | Zig:22   | Killed a royal mummy
295316 | Zig:22   | Killed a royal mummy
295316 | Zig:22   | Killed a royal mummy
295316 | Zig:22   | Killed a royal mummy
295316 | Zig:22   | Killed a royal mummy
295316 | Zig:22   | Killed a royal mummy
295316 | Zig:22   | Killed a royal mummy
295316 | Zig:22   | Killed a royal mummy
295316 | Zig:22   | Noticed a royal mummy
295317 | Zig:22   | Noticed a royal mummy
295318 | Zig:22   | Noticed a royal mummy
295318 | Zig:22   | Noticed a royal mummy
295318 | Zig:22   | Noticed a royal mummy
295318 | Zig:22   | Noticed a royal mummy
295318 | Zig:22   | Noticed a royal mummy
295318 | Zig:22   | Noticed a royal mummy
295318 | Zig:22   | Noticed a royal mummy
295318 | Zig:22   | Noticed a royal mummy
295318 | Zig:22   | Noticed a royal mummy
295318 | Zig:22   | Noticed a royal mummy
295319 | Zig:22   | Noticed a royal mummy
295319 | Zig:22   | Noticed a royal mummy
295320 | Zig:22   | Noticed a royal mummy
295320 | Zig:22   | Noticed a royal mummy
295320 | Zig:22   | Noticed a royal mummy
295320 | Zig:22   | Killed a royal mummy
295321 | Zig:22   | Noticed a royal mummy
295321 | Zig:22   | Noticed a royal mummy
295321 | Zig:22   | Noticed a royal mummy
295321 | Zig:22   | Noticed a royal mummy
295321 | Zig:22   | Killed a royal mummy
295321 | Zig:22   | Killed a royal mummy
295321 | Zig:22   | Killed a royal mummy
295321 | Zig:22   | Noticed a royal mummy
295321 | Zig:22   | Noticed a royal mummy
295321 | Zig:22   | Noticed a royal mummy
295322 | Zig:22   | Noticed a royal mummy
295322 | Zig:22   | Noticed a royal mummy
295322 | Zig:22   | Noticed a royal mummy
295322 | Zig:22   | Noticed a royal mummy
295322 | Zig:22   | Noticed a royal mummy
295322 | Zig:22   | Killed a royal mummy
295322 | Zig:22   | Killed a royal mummy
295322 | Zig:22   | Killed a royal mummy
295322 | Zig:22   | Noticed a royal mummy
295322 | Zig:22   | Noticed a royal mummy
295323 | Zig:22   | Killed a royal mummy
295323 | Zig:22   | Killed a royal mummy
295323 | Zig:22   | Killed a royal mummy
295323 | Zig:22   | Killed a royal mummy
295323 | Zig:22   | Killed a royal mummy
295323 | Zig:22   | Killed a royal mummy
295323 | Zig:22   | Killed a royal mummy
295323 | Zig:22   | Killed a royal mummy
295323 | Zig:22   | Killed a royal mummy
295323 | Zig:22   | Killed a royal mummy
295323 | Zig:22   | Killed a royal mummy
295323 | Zig:22   | Killed a royal mummy
295323 | Zig:22   | Killed a royal mummy
295323 | Zig:22   | Killed a royal mummy
295323 | Zig:22   | Killed a royal mummy
295323 | Zig:22   | Killed a royal mummy
295323 | Zig:22   | Killed a royal mummy
295323 | Zig:22   | Killed a royal mummy
295323 | Zig:22   | Noticed a royal mummy
295324 | Zig:22   | Noticed a royal mummy
295324 | Zig:22   | Noticed a royal mummy
295325 | Zig:22   | Killed a royal mummy
295325 | Zig:22   | Killed a royal mummy
295325 | Zig:22   | Killed a royal mummy
295325 | Zig:22   | Killed a royal mummy
295325 | Zig:22   | Killed a royal mummy
295325 | Zig:22   | Killed a royal mummy
295325 | Zig:22   | Killed a royal mummy
295325 | Zig:22   | Killed a royal mummy
295325 | Zig:22   | Noticed a royal mummy
295325 | Zig:22   | Noticed a royal mummy
295325 | Zig:22   | Noticed a royal mummy
295325 | Zig:22   | Noticed a royal mummy
295326 | Zig:22   | Noticed a royal mummy
295326 | Zig:22   | Noticed a royal mummy
295326 | Zig:22   | Noticed a royal mummy
295326 | Zig:22   | Noticed a royal mummy
295327 | Zig:22   | Noticed a royal mummy
295327 | Zig:22   | Noticed a royal mummy
295327 | Zig:22   | Noticed a royal mummy
295327 | Zig:22   | Noticed a royal mummy
295327 | Zig:22   | Noticed a royal mummy
295328 | Zig:22   | Killed a royal mummy
295328 | Zig:22   | Killed a royal mummy
295328 | Zig:22   | Killed a royal mummy
295328 | Zig:22   | Killed a royal mummy
295328 | Zig:22   | Killed a royal mummy
295328 | Zig:22   | Killed a royal mummy
295328 | Zig:22   | Killed a royal mummy
295328 | Zig:22   | Killed a royal mummy
295328 | Zig:22   | Killed a royal mummy
295328 | Zig:22   | Killed a royal mummy
295328 | Zig:22   | Noticed a royal mummy
295328 | Zig:22   | Noticed a royal mummy
295328 | Zig:22   | Noticed a royal mummy
295329 | Zig:22   | Killed a royal mummy
295329 | Zig:22   | Killed a royal mummy
295329 | Zig:22   | Killed a royal mummy
295329 | Zig:22   | Killed a royal mummy
295329 | Zig:22   | Killed a royal mummy
295329 | Zig:22   | Killed a royal mummy
295330 | Zig:22   | Noticed a royal mummy
295330 | Zig:22   | Noticed a royal mummy
295330 | Zig:22   | Noticed a royal mummy
295330 | Zig:22   | Noticed a royal mummy
295330 | Zig:22   | Noticed a royal mummy
295330 | Zig:22   | Noticed a royal mummy
295331 | Zig:22   | Noticed a royal mummy
295331 | Zig:22   | Noticed a royal mummy
295331 | Zig:22   | Killed a royal mummy
295332 | Zig:22   | Noticed a royal mummy
295332 | Zig:22   | Noticed a royal mummy
295332 | Zig:22   | Noticed a royal mummy
295332 | Zig:22   | Noticed a royal mummy
295332 | Zig:22   | Killed a royal mummy
295332 | Zig:22   | Noticed a royal mummy
295332 | Zig:22   | Noticed a royal mummy
295332 | Zig:22   | Noticed a royal mummy
295332 | Zig:22   | Noticed a royal mummy
295333 | Zig:22   | Noticed a royal mummy
295333 | Zig:22   | Noticed a royal mummy
295333 | Zig:22   | Noticed a royal mummy
295333 | Zig:22   | Noticed a royal mummy
295333 | Zig:22   | Killed a royal mummy
295333 | Zig:22   | Killed a royal mummy
295333 | Zig:22   | Noticed a royal mummy
295334 | Zig:22   | Noticed a royal mummy
295334 | Zig:22   | Noticed a royal mummy
295334 | Zig:22   | Noticed a royal mummy
295334 | Zig:22   | Noticed a royal mummy
295335 | Zig:22   | Noticed a royal mummy
295335 | Zig:22   | Killed a royal mummy
295335 | Zig:22   | Killed a royal mummy
295335 | Zig:22   | Noticed a royal mummy
295336 | Zig:22   | Noticed a royal mummy
295336 | Zig:22   | Noticed a royal mummy
295338 | Zig:22   | Killed a royal mummy
295338 | Zig:22   | Killed a royal mummy
295338 | Zig:22   | Killed a royal mummy
295338 | Zig:22   | Killed a royal mummy
295338 | Zig:22   | Killed a royal mummy
295338 | Zig:22   | Killed a royal mummy
295338 | Zig:22   | Killed a royal mummy
295338 | Zig:22   | Killed a royal mummy
295338 | Zig:22   | Killed a royal mummy
295338 | Zig:22   | Killed a royal mummy
295338 | Zig:22   | Killed a royal mummy
295338 | Zig:22   | Killed a royal mummy
295338 | Zig:22   | Killed a royal mummy
295338 | Zig:22   | Killed a royal mummy
295338 | Zig:22   | Killed a royal mummy
295338 | Zig:22   | Killed a royal mummy
295338 | Zig:22   | Killed a royal mummy
295338 | Zig:22   | Noticed a royal mummy
295339 | Zig:22   | Noticed a royal mummy
295339 | Zig:22   | Noticed a royal mummy
295340 | Zig:22   | Killed a royal mummy
295340 | Zig:22   | Killed a royal mummy
295340 | Zig:22   | Killed a royal mummy
295340 | Zig:22   | Killed a royal mummy
295340 | Zig:22   | Killed a royal mummy
295340 | Zig:22   | Killed a royal mummy
295340 | Zig:22   | Killed a royal mummy
295340 | Zig:22   | Killed a royal mummy
295341 | Zig:22   | Noticed a royal mummy
295342 | Zig:22   | Noticed a royal mummy
295342 | Zig:22   | Noticed a royal mummy
295342 | Zig:22   | Noticed a royal mummy
295342 | Zig:22   | Noticed a royal mummy
295343 | Zig:22   | Killed a royal mummy
295343 | Zig:22   | Killed a royal mummy
295343 | Zig:22   | Killed a royal mummy
295343 | Zig:22   | Killed a royal mummy
295343 | Zig:22   | Killed a royal mummy
295343 | Zig:22   | Killed a royal mummy
295343 | Zig:22   | Killed a royal mummy
295343 | Zig:22   | Killed a royal mummy
295343 | Zig:22   | Killed a royal mummy
295343 | Zig:22   | Noticed a royal mummy
295344 | Zig:22   | Noticed a royal mummy
295344 | Zig:22   | Noticed a royal mummy
295346 | Zig:22   | Killed a royal mummy
295346 | Zig:22   | Killed a royal mummy
295346 | Zig:22   | Noticed a royal mummy
295347 | Zig:22   | Noticed a royal mummy
295347 | Zig:22   | Killed a royal mummy
295347 | Zig:22   | Noticed a royal mummy
295348 | Zig:22   | Noticed a royal mummy
295348 | Zig:22   | Noticed a royal mummy
295349 | Zig:22   | Killed a royal mummy
295349 | Zig:22   | Killed a royal mummy
295349 | Zig:22   | Noticed a royal mummy
295353 | Zig:22   | Killed a royal mummy
295353 | Zig:22   | Killed a royal mummy
295353 | Zig:22   | Killed a royal mummy
295353 | Zig:22   | Killed a royal mummy
295353 | Zig:22   | Killed a royal mummy
295354 | Zig:22   | Killed a royal mummy
295354 | Zig:22   | Killed a royal mummy
295354 | Zig:22   | Killed a royal mummy
296173 | Zig:22   | Identified the +6 battleaxe of Plague {heavy, rPois Dex+3}
296187 | Zig:22   | Identified the +4 lajatang of Arbitration {antimagic, rF+
                  | Dex+4 SInv}
296385 | Zig:23   | Entered Level 23 of a ziggurat
296389 | Zig:23   | Noticed Xog Tyissa the pandemonium lord
296389 | Zig:23   | Noticed Funwymif the pandemonium lord
296389 | Zig:23   | Noticed Fuxzyan the pandemonium lord
296389 | Zig:23   | Noticed Vudghea the pandemonium lord
296389 | Zig:23   | Noticed Qime the pandemonium lord
296390 | Zig:23   | Noticed Ytuwk the pandemonium lord
296390 | Zig:23   | Noticed Wuuho the pandemonium lord
296390 | Zig:23   | Noticed Ciexzogu the pandemonium lord
296390 | Zig:23   | Noticed Lyfovaupt the pandemonium lord
296390 | Zig:23   | Noticed Ryakoex the pandemonium lord
296390 | Zig:23   | Noticed Wiedi Vysogh the pandemonium lord
296390 | Zig:23   | Noticed Urelaff the pandemonium lord
296390 | Zig:23   | Noticed Nomofupp the pandemonium lord
296391 | Zig:23   | Noticed Ronos the pandemonium lord
296391 | Zig:23   | Noticed Pudesoalae the pandemonium lord
296392 | Zig:23   | Killed Vudghea the pandemonium lord
296392 | Zig:23   | Killed Urelaff the pandemonium lord
296393 | Zig:23   | Noticed Esoept the pandemonium lord
296393 | Zig:23   | Noticed Sifon the pandemonium lord
296393 | Zig:23   | Killed Xog Tyissa the pandemonium lord
296393 | Zig:23   | Killed Lyfovaupt the pandemonium lord
296394 | Zig:23   | Killed Qime the pandemonium lord
296394 | Zig:23   | Noticed Jeri the pandemonium lord
296394 | Zig:23   | Noticed Zatedow the pandemonium lord
296394 | Zig:23   | Noticed Ysunat the pandemonium lord
296395 | Zig:23   | Noticed Gisumunu the pandemonium lord
296395 | Zig:23   | Killed Funwymif the pandemonium lord
296395 | Zig:23   | Killed Ryakoex the pandemonium lord
296395 | Zig:23   | Killed Esoept the pandemonium lord
296395 | Zig:23   | Killed Fuxzyan the pandemonium lord
296395 | Zig:23   | Killed Ciexzogu the pandemonium lord
296395 | Zig:23   | Noticed Saceill the pandemonium lord
296396 | Zig:23   | Noticed Roax the pandemonium lord
296396 | Zig:23   | Killed Wuuho the pandemonium lord
296396 | Zig:23   | Noticed Sevilan the pandemonium lord
296396 | Zig:23   | Noticed Isuabeimni the pandemonium lord
296396 | Zig:23   | Killed Ronos the pandemonium lord
296396 | Zig:23   | Noticed Gaepoos the pandemonium lord
296396 | Zig:23   | Noticed Unoiwnit the pandemonium lord
296397 | Zig:23   | Noticed Ithroqeb the pandemonium lord
296397 | Zig:23   | Noticed Zupy the pandemonium lord
296397 | Zig:23   | Noticed Yzirgh the pandemonium lord
296397 | Zig:23   | Noticed Copuq the pandemonium lord
296397 | Zig:23   | Noticed Nuqawelast the pandemonium lord
296397 | Zig:23   | Noticed Xanimotz the pandemonium lord
296397 | Zig:23   | Noticed Buit the pandemonium lord
296397 | Zig:23   | Noticed Veowum the pandemonium lord
296397 | Zig:23   | Noticed Zaseorisk the pandemonium lord
296398 | Zig:23   | Noticed Gauhazec the pandemonium lord
296398 | Zig:23   | Noticed Ceogaow the pandemonium lord
296398 | Zig:23   | Killed Gisumunu the pandemonium lord
296398 | Zig:23   | Killed Veowum the pandemonium lord
296398 | Zig:23   | Killed Zaseorisk the pandemonium lord
296398 | Zig:23   | Killed Sifon the pandemonium lord
296398 | Zig:23   | Killed Ysunat the pandemonium lord
296398 | Zig:23   | Killed Wiedi Vysogh the pandemonium lord
296398 | Zig:23   | Noticed Eruotaw the pandemonium lord
296399 | Zig:23   | Noticed Jufaast the pandemonium lord
296399 | Zig:23   | Noticed Tutohouq the pandemonium lord
296399 | Zig:23   | Noticed Gefotod the pandemonium lord
296399 | Zig:23   | Killed Pudesoalae the pandemonium lord
296399 | Zig:23   | Killed Ytuwk the pandemonium lord
296399 | Zig:23   | Killed Jeri the pandemonium lord
296399 | Zig:23   | Killed Nomofupp the pandemonium lord
296399 | Zig:23   | Killed Sevilan the pandemonium lord
296399 | Zig:23   | Killed Unoiwnit the pandemonium lord
296399 | Zig:23   | Killed Gauhazec the pandemonium lord
296399 | Zig:23   | Noticed Boroph the pandemonium lord
296399 | Zig:23   | Noticed Vedwuqyri the pandemonium lord
296399 | Zig:23   | Noticed Hyewn the pandemonium lord
296399 | Zig:23   | Noticed Poecsoa the pandemonium lord
296400 | Zig:23   | Noticed Jung the pandemonium lord
296400 | Zig:23   | Killed Jufaast the pandemonium lord
296400 | Zig:23   | Killed Gaepoos the pandemonium lord
296400 | Zig:23   | Killed Tutohouq the pandemonium lord
296400 | Zig:23   | Killed Xanimotz the pandemonium lord
296400 | Zig:23   | Killed Ithroqeb the pandemonium lord
296400 | Zig:23   | Killed Yzirgh the pandemonium lord
296400 | Zig:23   | Noticed Foanim the pandemonium lord
296401 | Zig:23   | Noticed Jakuz the pandemonium lord
296401 | Zig:23   | Noticed Qaxkoecywn the pandemonium lord
296401 | Zig:23   | Noticed Edacaito the pandemonium lord
296401 | Zig:23   | Noticed Pasha the pandemonium lord
296401 | Zig:23   | Noticed Imonkek the pandemonium lord
296401 | Zig:23   | Noticed Ygrirgh the pandemonium lord
296401 | Zig:23   | Noticed Suhi the pandemonium lord
296401 | Zig:23   | Noticed Yfeohesoal the pandemonium lord
296401 | Zig:23   | Noticed Onibrawu the pandemonium lord
296401 | Zig:23   | Noticed Ociuq the pandemonium lord
296401 | Zig:23   | Noticed Mixod the pandemonium lord
296402 | Zig:23   | Noticed Usodwoz the pandemonium lord
296402 | Zig:23   | Noticed Migit the pandemonium lord
296402 | Zig:23   | Killed Gefotod the pandemonium lord
296402 | Zig:23   | Killed Zupy the pandemonium lord
296402 | Zig:23   | Killed Jung the pandemonium lord
296402 | Zig:23   | Killed Eruotaw the pandemonium lord
296402 | Zig:23   | Killed Saceill the pandemonium lord
296402 | Zig:23   | Killed Ceogaow the pandemonium lord
296402 | Zig:23   | Killed Zatedow the pandemonium lord
296402 | Zig:23   | Noticed Igix the pandemonium lord
296402 | Zig:23   | Noticed Zybburec the pandemonium lord
296402 | Zig:23   | Noticed Durpho Entoi the pandemonium lord
296402 | Zig:23   | Noticed Orualet the pandemonium lord
296403 | Zig:23   | Killed Foanim the pandemonium lord
296403 | Zig:23   | Killed Roax the pandemonium lord
296403 | Zig:23   | Noticed Tuefergh the pandemonium lord
296403 | Zig:23   | Noticed Giacy the pandemonium lord
296404 | Zig:23   | Noticed Patuo the pandemonium lord
296404 | Zig:23   | Noticed Qirhott the pandemonium lord
296404 | Zig:23   | Noticed Xoewej the pandemonium lord
296404 | Zig:23   | Noticed Buvo the pandemonium lord
296404 | Zig:23   | Killed Patuo the pandemonium lord
296404 | Zig:23   | Killed Qirhott the pandemonium lord
296404 | Zig:23   | Killed Isuabeimni the pandemonium lord
296404 | Zig:23   | Killed Hyewn the pandemonium lord
296404 | Zig:23   | Killed Buvo the pandemonium lord
296404 | Zig:23   | Killed Copuq the pandemonium lord
296404 | Zig:23   | Killed Vedwuqyri the pandemonium lord
296404 | Zig:23   | Killed Yfeohesoal the pandemonium lord
296404 | Zig:23   | Noticed Pyhexoo the pandemonium lord
296405 | Zig:23   | Noticed Xuih the pandemonium lord
296405 | Zig:23   | Killed Migit the pandemonium lord
296405 | Zig:23   | Noticed Apishyl the pandemonium lord
296406 | Zig:23   | Noticed Puneoc the pandemonium lord
296406 | Zig:23   | Noticed Ukobaepp the pandemonium lord
296407 | Zig:23   | Noticed Sirasuh the pandemonium lord
296407 | Zig:23   | Killed Suhi the pandemonium lord
296407 | Zig:23   | Killed Tuefergh the pandemonium lord
296407 | Zig:23   | Killed Igix the pandemonium lord
296407 | Zig:23   | Killed Buit the pandemonium lord
296407 | Zig:23   | Killed Imonkek the pandemonium lord
296407 | Zig:23   | Killed Giacy the pandemonium lord
296407 | Zig:23   | Killed Durpho Entoi the pandemonium lord
296407 | Zig:23   | Killed Puneoc the pandemonium lord
296407 | Zig:23   | Killed Ulexuc the pandemonium lord
296407 | Zig:23   | Noticed Huicygam the pandemonium lord
296407 | Zig:23   | Noticed Meropreu the pandemonium lord
296407 | Zig:23   | Noticed Mesos the pandemonium lord
296408 | Zig:23   | Killed Ygrirgh the pandemonium lord
296408 | Zig:23   | Noticed Imuijoet the pandemonium lord
296408 | Zig:23   | Noticed Deoned the pandemonium lord
296408 | Zig:23   | Noticed Poteskepri the pandemonium lord
296408 | Zig:23   | Noticed Zitus the pandemonium lord
296408 | Zig:23   | Noticed Deixy the pandemonium lord
296409 | Zig:23   | Killed Xoewej the pandemonium lord
296409 | Zig:23   | Noticed Joegh the pandemonium lord
296410 | Zig:23   | Killed Poecsoa the pandemonium lord
296410 | Zig:23   | Killed Nuqawelast the pandemonium lord
296410 | Zig:23   | Noticed Fisotait the pandemonium lord
296410 | Zig:23   | Noticed Doduskae the pandemonium lord
296411 | Zig:23   | Noticed Woennouri the pandemonium lord
296411 | Zig:23   | Noticed Tut Hown the pandemonium lord
296411 | Zig:23   | Noticed Maalov the pandemonium lord
296412 | Zig:23   | Noticed Kytobb the pandemonium lord
296412 | Zig:23   | Killed Zybburec the pandemonium lord
296412 | Zig:23   | Killed Usodwoz the pandemonium lord
296412 | Zig:23   | Killed Onibrawu the pandemonium lord
296412 | Zig:23   | Noticed Jaimpoyx the pandemonium lord
296412 | Zig:23   | Noticed Hizxeumeru the pandemonium lord
296412 | Zig:23   | Noticed Ritusam the pandemonium lord
296413 | Zig:23   | Noticed Gaongoug the pandemonium lord
296413 | Zig:23   | Killed Orualet the pandemonium lord
296413 | Zig:23   | Killed Woennouri the pandemonium lord
296413 | Zig:23   | Killed Pyhexoo the pandemonium lord
296413 | Zig:23   | Killed Zitus the pandemonium lord
296413 | Zig:23   | Killed Tut Hown the pandemonium lord
296413 | Zig:23   | Killed Doduskae the pandemonium lord
296413 | Zig:23   | Killed Apishyl the pandemonium lord
296413 | Zig:23   | Killed Fisotait the pandemonium lord
296413 | Zig:23   | Killed Mixod the pandemonium lord
296413 | Zig:23   | Killed Qaxkoecywn the pandemonium lord
296413 | Zig:23   | Killed Jakuz the pandemonium lord
296413 | Zig:23   | Killed Xuih the pandemonium lord
296413 | Zig:23   | Killed Ukobaepp the pandemonium lord
296413 | Zig:23   | Noticed Wieclyaro the pandemonium lord
296413 | Zig:23   | Noticed Lueves the pandemonium lord
296414 | Zig:23   | Killed Boroph the pandemonium lord
296414 | Zig:23   | Killed Pasha the pandemonium lord
296414 | Zig:23   | Killed Ritusam the pandemonium lord
296414 | Zig:23   | Killed Lueves the pandemonium lord
296414 | Zig:23   | Killed Joegh the pandemonium lord
296414 | Zig:23   | Noticed Zeoxzodi the pandemonium lord
296414 | Zig:23   | Noticed Buaggaag the pandemonium lord
296414 | Zig:23   | Noticed Maozoj the pandemonium lord
296414 | Zig:23   | Noticed Ylefah the pandemonium lord
296414 | Zig:23   | Noticed Myattit the pandemonium lord
296414 | Zig:23   | Noticed Oragofre the pandemonium lord
296415 | Zig:23   | Killed Kytobb the pandemonium lord
296415 | Zig:23   | Killed Imuijoet the pandemonium lord
296415 | Zig:23   | Killed Deoned the pandemonium lord
296415 | Zig:23   | Killed Poteskepri the pandemonium lord
296415 | Zig:23   | Killed Gaongoug the pandemonium lord
296415 | Zig:23   | Killed Huicygam the pandemonium lord
296415 | Zig:23   | Killed Hizxeumeru the pandemonium lord
296415 | Zig:23   | Noticed Qastropott the pandemonium lord
296415 | Zig:23   | Noticed Ugina the pandemonium lord
296415 | Zig:23   | Noticed Uckaphujiu the pandemonium lord
296416 | Zig:23   | Noticed Gomur the pandemonium lord
296416 | Zig:23   | Killed Wieclyaro the pandemonium lord
296416 | Zig:23   | Killed Mesos the pandemonium lord
296416 | Zig:23   | Killed Ociuq the pandemonium lord
296417 | Zig:23   | Noticed Dusoud the pandemonium lord
296417 | Zig:23   | Killed Oragofre the pandemonium lord
296417 | Zig:23   | Killed Jaimpoyx the pandemonium lord
296417 | Zig:23   | Killed Cahef the pandemonium lord
296417 | Zig:23   | Noticed Oxurgh the pandemonium lord
296418 | Zig:23   | Noticed Ciacay the pandemonium lord
296418 | Zig:23   | Noticed Dyutil the pandemonium lord
296418 | Zig:23   | Noticed Ruziw the pandemonium lord
296418 | Zig:23   | Noticed Pyffan the pandemonium lord
296418 | Zig:23   | Noticed Guddoatz the pandemonium lord
296418 | Zig:23   | Noticed Ysiariox the pandemonium lord
296418 | Zig:23   | Noticed Xerr the pandemonium lord
296418 | Zig:23   | Noticed Umisk the pandemonium lord
296418 | Zig:23   | Noticed Ycso Sum Mai the pandemonium lord
296419 | Zig:23   | Noticed Tyumuisch the pandemonium lord
296419 | Zig:23   | Noticed Tuodwogu the pandemonium lord
296419 | Zig:23   | Noticed Daivuq the pandemonium lord
296419 | Zig:23   | Killed Ugina the pandemonium lord
296419 | Zig:23   | Killed Myattit the pandemonium lord
296419 | Zig:23   | Killed Dyutil the pandemonium lord
296419 | Zig:23   | Killed Luytun the pandemonium lord
296419 | Zig:23   | Killed Xerr the pandemonium lord
296420 | Zig:23   | Killed Tuodwogu the pandemonium lord
296420 | Zig:23   | Killed Meropreu the pandemonium lord
296420 | Zig:23   | Killed Zeoxzodi the pandemonium lord
296420 | Zig:23   | Killed Uckaphujiu the pandemonium lord
296420 | Zig:23   | Killed Ylefah the pandemonium lord
296420 | Zig:23   | Killed Deixy the pandemonium lord
296420 | Zig:23   | Killed Edacaito the pandemonium lord
296420 | Zig:23   | Killed Qastropott the pandemonium lord
296420 | Zig:23   | Killed Ycso Sum Mai the pandemonium lord
296420 | Zig:23   | Killed Pyffan the pandemonium lord
296420 | Zig:23   | Noticed Zamma the pandemonium lord
296420 | Zig:23   | Noticed Toimat the pandemonium lord
296420 | Zig:23   | Noticed Cothrice the pandemonium lord
296420 | Zig:23   | Noticed Oruexky the pandemonium lord
296420 | Zig:23   | Noticed Hekk the pandemonium lord
296421 | Zig:23   | Noticed Ulotifake the pandemonium lord
296421 | Zig:23   | Noticed Siastrohi the pandemonium lord
296421 | Zig:23   | Noticed Nyzem the pandemonium lord
296421 | Zig:23   | Noticed Takhaz the pandemonium lord
296421 | Zig:23   | Noticed Arie the pandemonium lord
296421 | Zig:23   | Noticed Piped the pandemonium lord
296421 | Zig:23   | Noticed Nyneryso the pandemonium lord
296421 | Zig:23   | Noticed Oderut the pandemonium lord
296422 | Zig:23   | Noticed Hizepaxati the pandemonium lord
296422 | Zig:23   | Killed Guddoatz the pandemonium lord
296422 | Zig:23   | Killed Dusoud the pandemonium lord
296422 | Zig:23   | Killed Umisk the pandemonium lord
296422 | Zig:23   | Killed Siastrohi the pandemonium lord
296422 | Zig:23   | Killed Arie the pandemonium lord
296422 | Zig:23   | Killed Hekk the pandemonium lord
296422 | Zig:23   | Killed Cothrice the pandemonium lord
296423 | Zig:23   | Killed Sirasuh the pandemonium lord
296423 | Zig:23   | Killed Buaggaag the pandemonium lord
296423 | Zig:23   | Killed Ulotifake the pandemonium lord
296423 | Zig:23   | Killed Maozoj the pandemonium lord
296423 | Zig:23   | Killed Toimat the pandemonium lord
296423 | Zig:23   | Noticed Xayzaus the pandemonium lord
296423 | Zig:23   | Noticed Darghunt the pandemonium lord
296423 | Zig:23   | Noticed Qiwefim the pandemonium lord
296424 | Zig:23   | Noticed Hog Ucoa the pandemonium lord
296424 | Zig:23   | Noticed Lohezec the pandemonium lord
296424 | Zig:23   | Noticed Giog Furr the pandemonium lord
296424 | Zig:23   | Noticed Aduniluv the pandemonium lord
296425 | Zig:23   | Noticed Riagryte the pandemonium lord
296425 | Zig:23   | Noticed Cyeps the pandemonium lord
296426 | Zig:23   | Noticed Vada the pandemonium lord
296426 | Zig:23   | Noticed Ypriar the pandemonium lord
296427 | Zig:23   | Noticed Uklirgh the pandemonium lord
296427 | Zig:23   | Killed Nyzem the pandemonium lord
296427 | Zig:23   | Killed Maalov the pandemonium lord
296427 | Zig:23   | Killed Hog Ucoa the pandemonium lord
296427 | Zig:23   | Killed Takhaz the pandemonium lord
296427 | Zig:23   | Killed Cyeps the pandemonium lord
296427 | Zig:23   | Killed Nyneryso the pandemonium lord
296427 | Zig:23   | Killed Ypriar the pandemonium lord
296427 | Zig:23   | Killed Oruexky the pandemonium lord
296427 | Zig:23   | Killed Aduniluv the pandemonium lord
296427 | Zig:23   | Killed Giog Furr the pandemonium lord
296427 | Zig:23   | Killed Lohezec the pandemonium lord
296427 | Zig:23   | Noticed Eluj the pandemonium lord
296427 | Zig:23   | Noticed Sas Von the pandemonium lord
296427 | Zig:23   | Noticed Puicur the pandemonium lord
296427 | Zig:23   | Noticed Cikesono the pandemonium lord
296428 | Zig:23   | Killed Ysiariox the pandemonium lord
296428 | Zig:23   | Killed Gomur the pandemonium lord
296428 | Zig:23   | Noticed Poheph the pandemonium lord
296429 | Zig:23   | Noticed Kibbaen the pandemonium lord
296429 | Zig:23   | Noticed Rops the pandemonium lord
296429 | Zig:23   | Noticed Ydwaeh the pandemonium lord
296429 | Zig:23   | Noticed Rakkios the pandemonium lord
296429 | Zig:23   | Noticed Hadytoy the pandemonium lord
296429 | Zig:23   | Noticed Ase Qymu the pandemonium lord
296429 | Zig:23   | Noticed Arem the pandemonium lord
296430 | Zig:23   | Noticed Peqoitzuide the pandemonium lord
296430 | Zig:23   | Noticed Vuag the pandemonium lord
296430 | Zig:23   | Noticed Wuussuopt the pandemonium lord
296430 | Zig:23   | Noticed Jashoi the pandemonium lord
296430 | Zig:23   | Noticed Vobbyb the pandemonium lord
296430 | Zig:23   | Killed Zamma the pandemonium lord
296430 | Zig:23   | Noticed Qoil Ywo the pandemonium lord
296431 | Zig:23   | Noticed Refrygic the pandemonium lord
296431 | Zig:23   | Noticed Cozxoost the pandemonium lord
296431 | Zig:23   | Noticed Guhu the pandemonium lord
296432 | Zig:23   | Killed Ydwaeh the pandemonium lord
296432 | Zig:23   | Killed Vobbyb the pandemonium lord
296432 | Zig:23   | Killed Ruziw the pandemonium lord
296432 | Zig:23   | Killed Hizepaxati the pandemonium lord
296432 | Zig:23   | Killed Daivuq the pandemonium lord
296432 | Zig:23   | Killed Tyumuisch the pandemonium lord
296432 | Zig:23   | Noticed Ykizadgh the pandemonium lord
296432 | Zig:23   | Noticed Siun the pandemonium lord
296433 | Zig:23   | Killed Guhu the pandemonium lord
296433 | Zig:23   | Killed Sas Von the pandemonium lord
296433 | Zig:23   | Killed Wuussuopt the pandemonium lord
296433 | Zig:23   | Killed Uklirgh the pandemonium lord
296433 | Zig:23   | Killed Rakkios the pandemonium lord
296433 | Zig:23   | Killed Qoil Ywo the pandemonium lord
296433 | Zig:23   | Killed Siun the pandemonium lord
296433 | Zig:23   | Killed Piped the pandemonium lord
296433 | Zig:23   | Killed Ciacay the pandemonium lord
296433 | Zig:23   | Killed Riagryte the pandemonium lord
296433 | Zig:23   | Killed Rops the pandemonium lord
296434 | Zig:23   | Killed Poheph the pandemonium lord
296434 | Zig:23   | Killed Cikesono the pandemonium lord
296434 | Zig:23   | Killed Cozxoost the pandemonium lord
296434 | Zig:23   | Killed Xayzaus the pandemonium lord
296434 | Zig:23   | Killed Puicur the pandemonium lord
296434 | Zig:23   | Killed Oderut the pandemonium lord
296434 | Zig:23   | Noticed Amuqajegh the pandemonium lord
296434 | Zig:23   | Killed Oxurgh the pandemonium lord
296434 | Zig:23   | Killed Ase Qymu the pandemonium lord
296435 | Zig:23   | Noticed Syisel the pandemonium lord
296435 | Zig:23   | Killed Kibbaen the pandemonium lord
296435 | Zig:23   | Killed Peqoitzuide the pandemonium lord
296435 | Zig:23   | Killed Vuag the pandemonium lord
296435 | Zig:23   | Killed Darghunt the pandemonium lord
296435 | Zig:23   | Killed Hadytoy the pandemonium lord
296435 | Zig:23   | Noticed Plog the pandemonium lord
296435 | Zig:23   | Noticed Emigukh the pandemonium lord
296436 | Zig:23   | Noticed Lihi the pandemonium lord
296436 | Zig:23   | Noticed Hecva the pandemonium lord
296436 | Zig:23   | Killed Vada the pandemonium lord
296437 | Zig:23   | Killed Refrygic the pandemonium lord
296437 | Zig:23   | Killed Amuqajegh the pandemonium lord
296437 | Zig:23   | Noticed Tefieceqea the pandemonium lord
296439 | Zig:23   | Noticed Ehothin the pandemonium lord
296439 | Zig:23   | Noticed Wikhelor the pandemonium lord
296439 | Zig:23   | Noticed Acisif the pandemonium lord
296440 | Zig:23   | Killed Eluj the pandemonium lord
296440 | Zig:23   | Killed Jashoi the pandemonium lord
296440 | Zig:23   | Killed Tefieceqea the pandemonium lord
296440 | Zig:23   | Killed Ehothin the pandemonium lord
296440 | Zig:23   | Killed Usublys the pandemonium lord
296440 | Zig:23   | Killed Lihi the pandemonium lord
296440 | Zig:23   | Killed Plog the pandemonium lord
296440 | Zig:23   | Noticed Pautanen the pandemonium lord
296441 | Zig:23   | Killed Syisel the pandemonium lord
296441 | Zig:23   | Killed Arem the pandemonium lord
296441 | Zig:23   | Noticed Qidimpus the pandemonium lord
296442 | Zig:23   | Killed Ykizadgh the pandemonium lord
296442 | Zig:23   | Killed Acisif the pandemonium lord
296442 | Zig:23   | Killed Hecva the pandemonium lord
296442 | Zig:23   | Noticed Biupaet the pandemonium lord
296443 | Zig:23   | Noticed Hytzos the pandemonium lord
296444 | Zig:23   | Noticed Vumurin the pandemonium lord
296444 | Zig:23   | Noticed Mada the pandemonium lord
296444 | Zig:23   | Noticed Fiomn the pandemonium lord
296445 | Zig:23   | Noticed Riesy the pandemonium lord
296445 | Zig:23   | Noticed Oddir the pandemonium lord
296445 | Zig:23   | Killed Qiwefim the pandemonium lord
296445 | Zig:23   | Killed Pautanen the pandemonium lord
296446 | Zig:23   | Noticed Uvawnol the pandemonium lord
296446 | Zig:23   | Noticed Hyasurun the pandemonium lord
296446 | Zig:23   | Killed Mada the pandemonium lord
296446 | Zig:23   | Killed Vumurin the pandemonium lord
296446 | Zig:23   | Killed Uvawnol the pandemonium lord
296446 | Zig:23   | Killed Riesy the pandemonium lord
296446 | Zig:23   | Killed Oddir the pandemonium lord
296446 | Zig:23   | Killed Hyasurun the pandemonium lord
296447 | Zig:23   | Noticed Ofamp the pandemonium lord
296447 | Zig:23   | Killed Emigukh the pandemonium lord
296447 | Zig:23   | Killed Wikhelor the pandemonium lord
296448 | Zig:23   | Noticed Xigilag the pandemonium lord
296448 | Zig:23   | Killed Hytzos the pandemonium lord
296448 | Zig:23   | Killed Qidimpus the pandemonium lord
296449 | Zig:23   | Killed Fiomn the pandemonium lord
296450 | Zig:23   | Killed Ofamp the pandemonium lord
296451 | Zig:23   | Killed Biupaet the pandemonium lord
296455 | Zig:23   | Killed Xigilag the pandemonium lord
296456 | Zig:23   | Identified the +4 arbalest of Zuomn {heavy, rF+ Int+3}
296783 | Zig:23   | Identified the +4 war axe of Trial by Ordeal {spect, *Rage
                  | rN+ Str+2}
296815 | Zig:23   | Identified the staff "Ubanuu" {*Slow rF+ Int+3 SInv Fire}
296824 | Zig:23   | Identified the +1 robe "Keriboeg" {rC+}
296832 | Zig:23   | Identified the +0 pair of gloves "Ykhiudy" {SInv}
296837 | Zig:23   | Identified the staff of Defilement {rPois Int+4 Earth}
296838 | Zig:23   | Identified the amulet of Jostecw {Spirit Will- rCorr Slay+5
                  | Stlth+}
296840 | Zig:23   | Identified the +2 ring mail of Sin {rElec Will+ Dex-2}
296843 | Zig:23   | Identified the ring "Gasay" {rPois rF+ Will+ Str-4}
296845 | Zig:23   | Identified the ring "Ygemigass" {rF+ EV+5}
296850 | Zig:23   | Identified the ring of the Scorching Genius {rF+++ EV+5
                  | Str-5}
296854 | Zig:23   | Identified the +1 cloak "Qoets" {Dex+2}
296856 | Zig:23   | Identified the amulet of Huczig {Harm Drain Will+ Regen+
                  | Dex+4}
296861 | Zig:23   | Identified the ring of Ebuzyiry {rC+ SInv}
297162 | Zig:23   | Identified the ring of Rationality {rElec rC++ rN+ Will+
                  | rCorr}
297171 | Zig:23   | Identified the +1 scale mail "Vil Ykoc" {Harm Stlth+}
297178 | Zig:23   | Identified the +8 hand axe "Cuhuiqoz" {speed, rElec Will++}
297181 | Zig:23   | Identified the ring "Mesagol" {Wiz rElec rF+}
297272 | Zig:24   | Entered Level 24 of a ziggurat
297278 | Zig:24   | Paralysed by an air elemental for 1 turns
298253 | Zig:24   | Identified the staff "Voguwna" {+Blink rElec rF- Will+++
                  | Air}
298344 | Zig:24   | Identified the ring of Huyt {Ice Dex+3 SInv}
298347 | Zig:24   | Identified the +9 battleaxe of Ignis's Regard {freeze, rC+
                  | Str+2 Dex+5}
298351 | Zig:24   | Identified the staff of Animal Spirits {Dex+5 Earth}
298367 | Zig:24   | Identified the staff "Soabeupn" {Int+4 SInv Conj}
298370 | Zig:24   | Identified the +9 glaive of the Lurker {vamp, rC- Will+++
                  | rCorr}
298385 | Zig:24   | Identified the +2 robe "Racwyg" {Fly rPois Str-4 SInv}
298393 | Zig:24   | Identified the +7 halberd "Ziapsy" {heavy, Str+2 Stlth+}
298403 | Zig:24   | Identified the staff "Yduipp" {rPois rF++ Str-4 Dex+2 Conj}
298479 | Zig:24   | Identified the +0 cloak of the Nice God {Str+4}
298481 | Zig:24   | Identified the +6 lajatang "Setute" {flame, rC+ rCorr Str+3
                  | Int+3}
298486 | Zig:24   | Identified the amulet "Reajasaj" {Spirit rElec Slay+3}
298670 | Zig:25   | Entered Level 25 of a ziggurat
298679 | Zig:25   | Noticed a dread lich
298680 | Zig:25   | Noticed an ancient lich
298681 | Zig:25   | Noticed an ancient lich
298681 | Zig:25   | Noticed a dread lich
298681 | Zig:25   | Noticed a dread lich
298682 | Zig:25   | Noticed an ancient lich
298682 | Zig:25   | Noticed an ancient lich
298682 | Zig:25   | Noticed an ancient lich
298682 | Zig:25   | Noticed an ancient lich
298682 | Zig:25   | Noticed a dread lich
298683 | Zig:25   | Killed an ancient lich
298683 | Zig:25   | Killed a dread lich
298683 | Zig:25   | Killed a dread lich
298683 | Zig:25   | Killed an ancient lich
298683 | Zig:25   | Killed a dread lich
298683 | Zig:25   | Killed an ancient lich
298683 | Zig:25   | Killed an ancient lich
298684 | Zig:25   | Killed an ancient lich
298684 | Zig:25   | Killed an ancient lich
298685 | Zig:25   | Noticed an ancient lich
298685 | Zig:25   | Noticed a dread lich
298687 | Zig:25   | Noticed a dread lich
298688 | Zig:25   | Killed an ancient lich
298688 | Zig:25   | Killed a dread lich
298689 | Zig:25   | Killed a dread lich
298691 | Zig:25   | Noticed a dread lich
298693 | Zig:25   | Noticed a dread lich
298695 | Zig:25   | Killed a dread lich
298695 | Zig:25   | Killed a dread lich
298699 | Zig:25   | Noticed a dread lich
298700 | Zig:25   | Noticed an ancient lich
298700 | Zig:25   | Noticed an ancient lich
298700 | Zig:25   | Noticed an ancient lich
298701 | Zig:25   | Killed an ancient lich
298701 | Zig:25   | Killed a dread lich
298702 | Zig:25   | Killed an ancient lich
298702 | Zig:25   | Killed an ancient lich
298705 | Zig:25   | Noticed an ancient lich
298705 | Zig:25   | Noticed a dread lich
298707 | Zig:25   | Killed a dread lich
298707 | Zig:25   | Killed a dread lich
298707 | Zig:25   | Killed an ancient lich
298707 | Zig:25   | Noticed an ancient lich
298707 | Zig:25   | Noticed an ancient lich
298712 | Zig:25   | Killed an ancient lich
298712 | Zig:25   | Killed an ancient lich
299158 | Zig:25   | Identified the ring of Pausim {+Blink Int+6 Stlth+}
299166 | Zig:25   | Identified the +2 quarterstaff "Yprij" {antimagic, Will+}
299190 | Zig:25   | Identified the staff of Triumph {Stlth+ Conj}
299192 | Zig:25   | Identified the +4 dagger of Fyeqib {freeze, rF+ Will+ SInv}
299198 | Zig:25   | Identified the amulet "Mozxeg" {Acrobat Regen+}
299218 | Zig:25   | Identified the +5 shortbow of the Wraith {drain, *Slow
                  | rPois rF+++ Int+5}
299222 | Zig:25   | Identified the +9 sling "Buzull" {flame, rN+ Int+3}
299802 | Zig:26   | Entered Level 26 of a ziggurat
299838 | Zig:26   | Identified the +4 scale mail "Jyizxuiz" {MP+9 Slay+2
                  | Stlth+}
299840 | Zig:26   | Identified the ring "Kythunamm" {rF+ rN+ rCorr EV+5 Int+2}
300658 | Zig:26   | Identified the +11 quarterstaff "Tabyzo Meyl" {heavy, rC+}
300794 | Zig:26   | Identified the +1 leather armour of Courage {Rampage rC+}
300843 | Zig:26   | Identified the ring "Four" {rPois rF+ Str+3 Int-2}
300870 | Zig:26   | Identified the +1 ring mail of the Swamp {*Corrode Fly rN+
                  | Str+3}
300900 | Zig:26   | Identified the amulet "Ikhedeo" {Spirit rN++}
300952 | Zig:26   | Identified the +1 great mace "Mink" {spect, Dex+2}
300954 | Zig:26   | Identified the +1 troll leather armour "Lipsoic" {-Cast rC+
                  | Regen+ Str+4}
301039 | Zig:26   | Identified the +8 war axe of Cuon Pui {speed, rElec}
301049 | Zig:26   | Identified the ring "Edytoreepp" {Int+6 SInv}
301053 | Zig:26   | Identified the amulet of the Shining Light {RegenMP Rampage
                  | Fly Regen+ Int+2}
301063 | Zig:26   | Identified the +11 long sword "Jaqon" {venom, rN+}
301069 | Zig:26   | Identified the staff of the Shining Light {rC+ Will+ Earth}
301073 | Zig:26   | Identified the ring of Liberty {Ice MP+9 Int-4 Dex+2
                  | Stlth+}
301078 | Zig:26   | Identified the ring of Totwem {Ice Drain rN+ Int+5}
301292 | Zig:27   | Entered Level 27 of a ziggurat
301651 | Zig:27   | Identified the ring "Loriuxem" {Ice *Slow Fly rPois Str+3}
301656 | Zig:27   | Identified the staff "Killer Klown's Curse" {rF+ Conj}
301790 | Zig:27   | Identified the ring "Okhairecs" {Int-4 Dex+6 SInv Stlth+}
302629 | Depths:3 | Upgraded the game from 0.31-a0-319-g4fced400ed to
                  | 0.31-a0-331-geda263fcf1
302637 | Zig:1    | Entered Level 1 of a ziggurat
302755 | Zig:2    | Entered Level 2 of a ziggurat
302755 | Zig:2    | Noticed a royal mummy
302755 | Zig:2    | Noticed a royal mummy
302756 | Zig:2    | Killed a royal mummy
302756 | Zig:2    | Killed a royal mummy
302910 | Zig:2    | Identified the +1 kite shield of the Old and Reckless
                  | {Str+3}
302960 | Zig:3    | Entered Level 3 of a ziggurat
303056 | Zig:3    | Identified the +0 sling of the Vase {speed, rF++ MP+9}
303158 | Zig:4    | Entered Level 4 of a ziggurat
303397 | Zig:4    | Acquired the +3 pair of gloves "Yhunaxox" {Regen+ Str+8
                  | Int-2 Dex+5}
303412 | Zig:5    | Entered Level 5 of a ziggurat
303494 | Zig:5    | Identified the +7 great sword "Ogreslayer" {heavy, Str+2}
303683 | Zig:5    | Acquired 471 gold pieces
303688 | Zig:6    | Entered Level 6 of a ziggurat
303770 | Zig:6    | Identified the ring of Qaeceah {rPois Str+6}
303924 | Zig:6    | Identified the +0 plate armour "Wabb" {Rampage rF+ MP+9
                  | SInv}
303954 | Zig:7    | Entered Level 7 of a ziggurat
304126 | Zig:7    | Identified the +5 lajatang of the Building Gods {pain,
                  | *Corrode Dex+3 SInv}
304365 | Zig:8    | Entered Level 8 of a ziggurat
304365 | Zig:8    | Noticed Poalor's ghost (legendary GnWn)
304365 | Zig:8    | Noticed Yllipt's ghost (legendary GnWr)
304365 | Zig:8    | Noticed Jiheses's ghost (legendary DEAE)
304365 | Zig:8    | Noticed Zaib's ghost (legendary CeHu)
304365 | Zig:8    | Noticed Zaib's ghost (legendary CeHu)
304365 | Zig:8    | Noticed Jataj's ghost (legendary GrFi)
304365 | Zig:8    | Noticed Has Pue's ghost (legendary FoFi)
304365 | Zig:8    | Noticed Kyik Kue's ghost (legendary DEFE)
304365 | Zig:8    | Noticed Neapotai's ghost (veteran DsMo)
304365 | Zig:8    | Noticed Hahenefa's ghost (legendary DsWn)
304365 | Zig:8    | Noticed Hiz Mun's ghost (veteran MfGl)
304365 | Zig:8    | Noticed Has Pue's ghost (legendary FoFi)
304365 | Zig:8    | Noticed Poalor's ghost (legendary GnWn)
304365 | Zig:8    | Noticed Kyik Kue's ghost (legendary DEFE)
304365 | Zig:8    | Noticed Hahenefa's ghost (legendary DsWn)
304365 | Zig:8    | Noticed Jiheses's ghost (legendary DEAE)
304365 | Zig:8    | Noticed Betuluewk's ghost (legendary DESu)
304367 | Zig:8    | Noticed Kyik Kue's ghost (legendary DEFE)
304367 | Zig:8    | Noticed Diylu's ghost (veteran DsCj)
304367 | Zig:8    | Noticed Jataj's ghost (legendary GrFi)
304367 | Zig:8    | Noticed Hahenefa's ghost (legendary DsWn)
304367 | Zig:8    | Noticed Hahenefa's ghost (legendary DsWn)
304368 | Zig:8    | Killed Jiheses's ghost
304368 | Zig:8    | Killed Kyik Kue's ghost
304368 | Zig:8    | Killed Hahenefa's ghost
304368 | Zig:8    | Killed Betuluewk's ghost
304368 | Zig:8    | Killed Has Pue's ghost
304368 | Zig:8    | Killed Jiheses's ghost
304368 | Zig:8    | Killed Kyik Kue's ghost
304369 | Zig:8    | Killed Jataj's ghost
304369 | Zig:8    | Killed Hiz Mun's ghost
304369 | Zig:8    | Killed Has Pue's ghost
304369 | Zig:8    | Killed Kyik Kue's ghost
304369 | Zig:8    | Noticed Betuluewk's ghost (legendary DESu)
304369 | Zig:8    | Noticed Lonang's ghost (legendary DESu)
304370 | Zig:8    | Killed Hahenefa's ghost
304370 | Zig:8    | Killed Poalor's ghost
304370 | Zig:8    | Killed Hahenefa's ghost
304370 | Zig:8    | Killed Hahenefa's ghost
304370 | Zig:8    | Noticed Poalor's ghost (legendary GnWn)
304370 | Zig:8    | Noticed Jiheses's ghost (legendary DEAE)
304370 | Zig:8    | Noticed Lonang's ghost (legendary DESu)
304370 | Zig:8    | Noticed Jataj's ghost (legendary GrFi)
304371 | Zig:8    | Noticed Neapotai's ghost (veteran DsMo)
304371 | Zig:8    | Noticed Diylu's ghost (veteran DsCj)
304371 | Zig:8    | Killed Poalor's ghost
304371 | Zig:8    | Killed Lonang's ghost
304371 | Zig:8    | Killed Yllipt's ghost
304371 | Zig:8    | Killed Diylu's ghost
304372 | Zig:8    | Killed Neapotai's ghost
304372 | Zig:8    | Killed Poalor's ghost
304372 | Zig:8    | Killed Jiheses's ghost
304372 | Zig:8    | Killed Jataj's ghost
304372 | Zig:8    | Killed Betuluewk's ghost
304372 | Zig:8    | Noticed Minism's ghost (legendary MiFi)
304372 | Zig:8    | Noticed Jataj's ghost (legendary GrFi)
304372 | Zig:8    | Noticed Minism's ghost (legendary MiFi)
304372 | Zig:8    | Noticed Betuluewk's ghost (legendary DESu)
304374 | Zig:8    | Killed Lonang's ghost
304374 | Zig:8    | Killed Neapotai's ghost
304374 | Zig:8    | Noticed Beofaps's ghost (legendary HuCj)
304374 | Zig:8    | Noticed Betuluewk's ghost (legendary DESu)
304375 | Zig:8    | Killed Betuluewk's ghost
304375 | Zig:8    | Killed Diylu's ghost
304375 | Zig:8    | Killed Zaib's ghost
304376 | Zig:8    | Noticed Betuluewk's ghost (legendary DESu)
304376 | Zig:8    | Noticed Betuluewk's ghost (legendary DESu)
304376 | Zig:8    | Noticed Lonang's ghost (legendary DESu)
304377 | Zig:8    | Noticed Betuluewk's ghost (legendary DESu)
304377 | Zig:8    | Noticed Betuluewk's ghost (legendary DESu)
304377 | Zig:8    | Noticed Jataj's ghost (legendary GrFi)
304377 | Zig:8    | Noticed Jataj's ghost (legendary GrFi)
304379 | Zig:8    | Noticed Neapotai's ghost (veteran DsMo)
304379 | Zig:8    | Noticed Zaib's ghost (legendary CeHu)
304380 | Zig:8    | Noticed Jecaful's ghost (legendary NaMo)
304380 | Zig:8    | Noticed Hiz Mun's ghost (veteran MfGl)
304386 | Zig:8    | Killed Jataj's ghost
304386 | Zig:8    | Killed Betuluewk's ghost
304387 | Zig:8    | Killed Betuluewk's ghost
304387 | Zig:8    | Killed Beofaps's ghost
304387 | Zig:8    | Killed Betuluewk's ghost
304389 | Zig:8    | Killed Betuluewk's ghost
304389 | Zig:8    | Killed Betuluewk's ghost
304390 | Zig:8    | Killed Lonang's ghost
304390 | Zig:8    | Killed Minism's ghost
304391 | Zig:8    | Killed Minism's ghost
304392 | Zig:8    | Killed Zaib's ghost
304395 | Zig:8    | Noticed Jiheses's ghost (legendary DEAE)
304401 | Zig:8    | Noticed Hiz Mun's ghost (veteran MfGl)
304401 | Zig:8    | Noticed Lonang's ghost (legendary DESu)
304403 | Zig:8    | Killed Zaib's ghost
304403 | Zig:8    | Killed Jataj's ghost
304403 | Zig:8    | Killed Jecaful's ghost
304403 | Zig:8    | Killed Hiz Mun's ghost
304408 | Zig:8    | Killed Lonang's ghost
304408 | Zig:8    | Killed Jataj's ghost
304408 | Zig:8    | Killed Jataj's ghost
304408 | Zig:8    | Killed Neapotai's ghost
304408 | Zig:8    | Killed Jiheses's ghost
304411 | Zig:8    | Killed Hiz Mun's ghost
304727 | Zig:8    | Identified the +6 lajatang of Twilight {drain, Int+2}
304728 | Zig:8    | Identified the ring "Piczem" {rPois Str+3}
304752 | Zig:9    | Entered Level 9 of a ziggurat
304768 | Zig:9    | Noticed Picul the pandemonium lord
304772 | Zig:9    | Killed Picul the pandemonium lord
304903 | Zig:9    | Identified the +1 ring mail of Hatenea {+Inv rC+ Int+3}
304909 | Zig:9    | Identified the ring of Zin, Cursing {*Slow rF+++ rC- rCorr
                  | AC+4}
305177 | Zig:10   | Entered Level 10 of a ziggurat
305497 | Zig:10   | Identified the +8 longbow of Actus Reus {heavy, +Blink
                  | Dex+3}
305499 | Zig:10   | Identified the +4 spear of Accord {heavy, Str+5}
305501 | Zig:10   | Identified the +4 shortbow "Pirchutoa" {antimagic, rPois
                  | rF+ Int-5}
305576 | Zig:10   | Identified the ring "Bexotar" {rF+ Dex+6}
305578 | Zig:10   | Identified the ring of Efamuf {rCorr MP+9 Int+5 Dex+6
                  | Stlth-}
305619 | Zig:11   | Entered Level 11 of a ziggurat
305813 | Zig:11   | Identified the amulet of Huj Ruff {Acrobat rPois Int+3}
305819 | Zig:11   | Identified the scarf of the Onion {harm, Int-4 Dex+5}
305863 | Zig:11   | Identified the +5 hand axe of Saucwuest {venom, rC+ Dex+5
                  | Stlth+}
305899 | Zig:11   | Identified the +0 morningstar of Paper {venom, rF+ Str-3
                  | Dex+4}
305903 | Zig:11   | Identified the ring of Equivalence {MP+9 Str+5}
305958 | Zig:11   | Identified the amulet of Xak Cusu {Spirit Str+4}
306215 | Zig:12   | Entered Level 12 of a ziggurat
306227 | Zig:12   | Paralysed by a floating eye for 3 turns
306631 | Zig:12   | Identified the +0 chain mail "Buelleos" {Dex+3}
306664 | Zig:12   | Identified the +6 eveningstar of Brawling {pain, rN+
                  | Stlth+}
306681 | Zig:12   | Identified the ring of Qid Carph {Fire Dex+3}
306686 | Zig:12   | Identified the +2 hand axe "Oxafa" {spect, Drain rElec
                  | Str+3 Int+8}
306705 | Zig:12   | Identified the staff of the Muttering Sybil {+Blink rC+
                  | Stlth+ Conj Ice}
306720 | Zig:13   | Entered Level 13 of a ziggurat
306914 | Zig:13   | Identified the +5 sling of Cruel Justice {freeze, rN++}
306917 | Zig:13   | Identified the ring "Fiqudy" {rElec rC- Will+ Str+10 Int+6}
306923 | Zig:13   | Identified the staff "Equri" {rPois Stlth+ Poison}
306933 | Zig:13   | Identified the staff "Riewka Oqoa" {rElec rC+ Ice}
306944 | Zig:13   | Identified the +5 plate armour "Ybriczoc" {rF+ rC+}
306955 | Zig:13   | Identified the +6 demon trident "Huoluet" {drain, *Slow rN+
                  | Will+}
306956 | Zig:13   | Identified the +9 plate armour "Qoughiz" {rCorr Str+4}
307364 | Zig:14   | Entered Level 14 of a ziggurat
307364 | Zig:14   | Noticed an ancient lich
307364 | Zig:14   | Noticed an ancient lich
307364 | Zig:14   | Noticed an ancient lich
307366 | Zig:14   | Noticed an ancient lich
307366 | Zig:14   | Noticed an ancient lich
307367 | Zig:14   | Noticed an ancient lich
307367 | Zig:14   | Noticed an ancient lich
307367 | Zig:14   | Noticed an ancient lich
307368 | Zig:14   | Noticed an ancient lich
307368 | Zig:14   | Noticed an ancient lich
307368 | Zig:14   | Noticed an ancient lich
307368 | Zig:14   | Noticed an ancient lich
307368 | Zig:14   | Noticed an ancient lich
307368 | Zig:14   | Noticed an ancient lich
307368 | Zig:14   | Noticed an ancient lich
307368 | Zig:14   | Noticed an ancient lich
307368 | Zig:14   | Noticed an ancient lich
307369 | Zig:14   | Killed an ancient lich
307369 | Zig:14   | Killed an ancient lich
307369 | Zig:14   | Killed an ancient lich
307369 | Zig:14   | Killed an ancient lich
307369 | Zig:14   | Killed an ancient lich
307369 | Zig:14   | Killed an ancient lich
307369 | Zig:14   | Killed an ancient lich
307369 | Zig:14   | Killed an ancient lich
307369 | Zig:14   | Killed an ancient lich
307369 | Zig:14   | Killed an ancient lich
307369 | Zig:14   | Killed an ancient lich
307369 | Zig:14   | Killed an ancient lich
307369 | Zig:14   | Killed an ancient lich
307369 | Zig:14   | Killed an ancient lich
307370 | Zig:14   | Killed an ancient lich
307370 | Zig:14   | Noticed an ancient lich
307376 | Zig:14   | Killed an ancient lich
307377 | Zig:14   | Noticed an ancient lich
307377 | Zig:14   | Killed an ancient lich
307377 | Zig:14   | Killed an ancient lich
307377 | Zig:14   | Noticed an ancient lich
307379 | Zig:14   | Noticed an ancient lich
307382 | Zig:14   | Killed an ancient lich
307382 | Zig:14   | Killed an ancient lich
307382 | Zig:14   | Killed an ancient lich
307976 | Zig:14   | Identified the +1 pair of gloves "Igecashra" {rCorr}
308008 | Zig:14   | Identified the +6 spear of the Keeping Gods {freeze, rElec
                  | Will+ Dex+4}
308026 | Zig:14   | Identified the ring "Uviath" {Will+ Str+3 Dex+2}
308032 | Zig:14   | Identified the amulet "Cistreuh" {RegenMP Regen+}
308036 | Zig:14   | Identified the +6 lajatang "Aciroix" {holy, +Blink rElec}
308047 | Zig:14   | Identified the +4 lajatang of Bydiasag {flame, Str+2}
308055 | Zig:14   | Identified the +4 long sword of the Pure Tusks {venom,
                  | Fragile Str+2 Int+4}
308090 | Zig:15   | Entered Level 15 of a ziggurat
308101 | Zig:15   | Paralysed by a wendigo for 1 turns
308106 | Zig:15   | Noticed a dread lich
308111 | Zig:15   | Killed a dread lich
308116 | Zig:15   | Paralysed by a wendigo for 1 turns
308424 | Zig:15   | Identified the ring of Agir {Ice rElec MP-9 Str-5 Stlth+}
308426 | Zig:15   | Identified the +7 trident "Covucido" {flame, rPois SInv
                  | Stlth+}
308500 | Zig:15   | Identified the amulet of Muegalag {Acrobat rCorr Int+4}
308510 | Zig:15   | Identified the staff of the Rattlesnake {Fragile rElec rC+
                  | rN++ Ice}
308521 | Zig:15   | Identified the +0 scale mail "Damnable Contraption"
                  | {Regen+}
308815 | Zig:16   | Entered Level 16 of a ziggurat
309464 | Zig:16   | Identified the +1 pair of boots "Jaboakil" {Harm Str+3}
309495 | Zig:16   | Identified the ring "Yweiczus" {rN+ Str+6 Int+3}
309561 | Zig:17   | Entered Level 17 of a ziggurat
309561 | Zig:17   | Noticed an ancient lich
309561 | Zig:17   | Noticed a dread lich
309561 | Zig:17   | Noticed a dread lich
309561 | Zig:17   | Noticed a dread lich
309561 | Zig:17   | Noticed an ancient lich
309561 | Zig:17   | Noticed an ancient lich
309561 | Zig:17   | Noticed a dread lich
309561 | Zig:17   | Noticed an ancient lich
309562 | Zig:17   | Noticed an ancient lich
309562 | Zig:17   | Noticed an ancient lich
309564 | Zig:17   | Killed a dread lich
309564 | Zig:17   | Killed an ancient lich
309564 | Zig:17   | Killed an ancient lich
309564 | Zig:17   | Killed an ancient lich
309564 | Zig:17   | Killed a dread lich
309564 | Zig:17   | Killed an ancient lich
309564 | Zig:17   | Killed an ancient lich
309564 | Zig:17   | Killed a dread lich
309564 | Zig:17   | Killed an ancient lich
309565 | Zig:17   | Noticed a dread lich
309565 | Zig:17   | Noticed an ancient lich
309567 | Zig:17   | Noticed an ancient lich
309567 | Zig:17   | Noticed a dread lich
309567 | Zig:17   | Noticed an ancient lich
309567 | Zig:17   | Noticed a dread lich
309568 | Zig:17   | Noticed an ancient lich
309568 | Zig:17   | Noticed an ancient lich
309569 | Zig:17   | Noticed a dread lich
309569 | Zig:17   | Noticed an ancient lich
309569 | Zig:17   | Noticed an ancient lich
309569 | Zig:17   | Noticed an ancient lich
309570 | Zig:17   | Noticed a dread lich
309570 | Zig:17   | Noticed an ancient lich
309570 | Zig:17   | Noticed an ancient lich
309570 | Zig:17   | Noticed a dread lich
309570 | Zig:17   | Killed a dread lich
309570 | Zig:17   | Killed a dread lich
309571 | Zig:17   | Noticed a dread lich
309571 | Zig:17   | Noticed a dread lich
309571 | Zig:17   | Killed an ancient lich
309572 | Zig:17   | Noticed an ancient lich
309572 | Zig:17   | Noticed an ancient lich
309572 | Zig:17   | Killed an ancient lich
309572 | Zig:17   | Killed an ancient lich
309572 | Zig:17   | Killed a dread lich
309573 | Zig:17   | Killed an ancient lich
309573 | Zig:17   | Killed an ancient lich
309573 | Zig:17   | Killed a dread lich
309573 | Zig:17   | Killed an ancient lich
309573 | Zig:17   | Killed an ancient lich
309573 | Zig:17   | Killed an ancient lich
309573 | Zig:17   | Killed an ancient lich
309573 | Zig:17   | Killed a dread lich
309573 | Zig:17   | Killed an ancient lich
309573 | Zig:17   | Noticed an ancient lich
309574 | Zig:17   | Killed a dread lich
309574 | Zig:17   | Killed an ancient lich
309574 | Zig:17   | Killed a dread lich
309574 | Zig:17   | Killed an ancient lich
309574 | Zig:17   | Killed an ancient lich
309574 | Zig:17   | Killed a dread lich
309575 | Zig:17   | Noticed a dread lich
309576 | Zig:17   | Noticed an ancient lich
309576 | Zig:17   | Noticed a dread lich
309576 | Zig:17   | Noticed a dread lich
309576 | Zig:17   | Noticed a dread lich
309576 | Zig:17   | Noticed an ancient lich
309579 | Zig:17   | Noticed a dread lich
309579 | Zig:17   | Noticed an ancient lich
309579 | Zig:17   | Noticed an ancient lich
309580 | Zig:17   | Killed an ancient lich
309580 | Zig:17   | Killed a dread lich
309580 | Zig:17   | Killed a dread lich
309580 | Zig:17   | Killed a dread lich
309580 | Zig:17   | Killed an ancient lich
309580 | Zig:17   | Killed a dread lich
309580 | Zig:17   | Killed a dread lich
309581 | Zig:17   | Killed an ancient lich
309581 | Zig:17   | Killed a dread lich
309582 | Zig:17   | Noticed a dread lich
309582 | Zig:17   | Noticed a dread lich
309582 | Zig:17   | Noticed an ancient lich
309585 | Zig:17   | Noticed an ancient lich
309586 | Zig:17   | Killed a dread lich
309587 | Zig:17   | Killed an ancient lich
309589 | Zig:17   | Killed a dread lich
309591 | Zig:17   | Noticed a dread lich
309591 | Zig:17   | Killed an ancient lich
309591 | Zig:17   | Killed an ancient lich
309592 | Zig:17   | Killed a dread lich
309787 | Zig:17   | Identified the +6 quarterstaff "Bamadiss" {heavy, rPois
                  | rC+}
309789 | Zig:17   | Identified the +8 chain mail of Ecsi Fost {rElec Regen+
                  | Int+3}
309795 | Zig:17   | Identified the +2 lajatang of Contradiction {chaos, rPois
                  | Int-3 Stlth+}
309807 | Zig:17   | Identified the ring "Qowk" {rElec rCorr}
309814 | Zig:17   | Identified the amulet "Rasioc" {Reflect Regen+ SH+5}
310350 | Zig:18   | Entered Level 18 of a ziggurat
311004 | Zig:18   | Identified the +7 dagger of Iconoclasm {protect, rF+ rC-
                  | Stlth+}
311006 | Zig:18   | Identified the +7 quarterstaff "Uga Han" {freeze, rElec
                  | rN+}
311022 | Zig:18   | Identified the ring "Diskagrua" {rPois Dex+4}
311029 | Zig:18   | Identified the staff of Fate {rElec rC+ Tmut Ice}
311043 | Zig:18   | Identified the ring of the Brewing Hero {rElec Will+ rCorr
                  | Int+4 Dex-5}
311046 | Zig:18   | Identified the +7 lajatang "Ciakloez" {flame, +Blink rF-
                  | Will++ rCorr}
311055 | Zig:18   | Identified the +5 broad axe of Xeusul Zeme {freeze, MP+9
                  | Dex+3}
311071 | Zig:18   | Identified the ring of Miracles {rPois Slay+3 SInv}
311075 | Zig:18   | Identified the staff of Distant Shores {rC- rN+ rCorr Str+8
                  | Stlth+ Conj}
311139 | Zig:19   | Entered Level 19 of a ziggurat
311139 | Zig:19   | Noticed an ancient lich
311139 | Zig:19   | Noticed a dread lich
311139 | Zig:19   | Noticed a dread lich
311139 | Zig:19   | Noticed an ancient lich
311139 | Zig:19   | Noticed an ancient lich
311139 | Zig:19   | Noticed an ancient lich
311139 | Zig:19   | Noticed an ancient lich
311140 | Zig:19   | Noticed a dread lich
311141 | Zig:19   | Noticed a dread lich
311141 | Zig:19   | Noticed a dread lich
311141 | Zig:19   | Noticed an ancient lich
311142 | Zig:19   | Noticed a dread lich
311142 | Zig:19   | Killed a dread lich
311142 | Zig:19   | Killed a dread lich
311142 | Zig:19   | Killed an ancient lich
311142 | Zig:19   | Killed an ancient lich
311142 | Zig:19   | Killed a dread lich
311142 | Zig:19   | Killed an ancient lich
311142 | Zig:19   | Killed an ancient lich
311145 | Zig:19   | Noticed a dread lich
311146 | Zig:19   | Noticed a dread lich
311146 | Zig:19   | Noticed an ancient lich
311146 | Zig:19   | Noticed an ancient lich
311146 | Zig:19   | Noticed a dread lich
311147 | Zig:19   | Killed a dread lich
311147 | Zig:19   | Killed a dread lich
311147 | Zig:19   | Killed an ancient lich
311147 | Zig:19   | Killed a dread lich
311147 | Zig:19   | Killed an ancient lich
311147 | Zig:19   | Killed a dread lich
311147 | Zig:19   | Killed a dread lich
311147 | Zig:19   | Killed an ancient lich
311147 | Zig:19   | Noticed an ancient lich
311148 | Zig:19   | Noticed a dread lich
311148 | Zig:19   | Noticed a dread lich
311148 | Zig:19   | Noticed a dread lich
311149 | Zig:19   | Noticed an ancient lich
311150 | Zig:19   | Noticed a dread lich
311150 | Zig:19   | Noticed a dread lich
311151 | Zig:19   | Noticed an ancient lich
311152 | Zig:19   | Noticed an ancient lich
311152 | Zig:19   | Noticed an ancient lich
311152 | Zig:19   | Noticed an ancient lich
311152 | Zig:19   | Noticed an ancient lich
311153 | Zig:19   | Noticed a dread lich
311153 | Zig:19   | Noticed an ancient lich
311153 | Zig:19   | Killed an ancient lich
311153 | Zig:19   | Killed an ancient lich
311154 | Zig:19   | Killed a dread lich
311154 | Zig:19   | Killed an ancient lich
311154 | Zig:19   | Killed an ancient lich
311154 | Zig:19   | Killed a dread lich
311154 | Zig:19   | Killed a dread lich
311154 | Zig:19   | Killed an ancient lich
311154 | Zig:19   | Killed a dread lich
311154 | Zig:19   | Killed an ancient lich
311154 | Zig:19   | Killed an ancient lich
311154 | Zig:19   | Killed an ancient lich
311154 | Zig:19   | Killed an ancient lich
311155 | Zig:19   | Killed a dread lich
311155 | Zig:19   | Killed a dread lich
311156 | Zig:19   | Noticed a dread lich
311156 | Zig:19   | Noticed a dread lich
311156 | Zig:19   | Noticed a dread lich
311157 | Zig:19   | Noticed an ancient lich
311158 | Zig:19   | Noticed an ancient lich
311159 | Zig:19   | Noticed an ancient lich
311159 | Zig:19   | Noticed an ancient lich
311160 | Zig:19   | Noticed a dread lich
311161 | Zig:19   | Killed a dread lich
311161 | Zig:19   | Killed a dread lich
311161 | Zig:19   | Killed an ancient lich
311161 | Zig:19   | Killed an ancient lich
311161 | Zig:19   | Killed a dread lich
311161 | Zig:19   | Killed an ancient lich
311161 | Zig:19   | Killed a dread lich
311161 | Zig:19   | Killed a dread lich
311162 | Zig:19   | Killed an ancient lich
311162 | Zig:19   | Noticed an ancient lich
311163 | Zig:19   | Noticed an ancient lich
311163 | Zig:19   | Noticed an ancient lich
311163 | Zig:19   | Noticed an ancient lich
311163 | Zig:19   | Noticed a dread lich
311164 | Zig:19   | Noticed an ancient lich
311169 | Zig:19   | Killed an ancient lich
311171 | Zig:19   | Killed an ancient lich
311172 | Zig:19   | Killed an ancient lich
311173 | Zig:19   | Killed an ancient lich
311173 | Zig:19   | Killed a dread lich
311174 | Zig:19   | Killed an ancient lich
311476 | Zig:19   | Identified the +4 trident of Widdit {freeze, rF- Will+
                  | Stlth+}
311540 | Zig:19   | Identified the ring "Hanux Wabb" {Int+3 Dex+6}
311550 | Zig:19   | Identified the +4 morningstar "Ongielem" {heavy, rC++ Str-4
                  | Dex+5}
311552 | Zig:19   | Identified the +4 lajatang "Hell-Harrower" {heavy, Fragile
                  | rC+ rN+}
311553 | Zig:19   | Identified the +1 sling "Hamnuobo" {heavy, +Blink rPois
                  | Int-3 SInv}
311561 | Zig:19   | Identified the staff "Onlummev" {Str+3 Earth}
311986 | Zig:20   | Entered Level 20 of a ziggurat
311989 | Zig:20   | Noticed an ancient lich
311990 | Zig:20   | Noticed an ancient lich
311990 | Zig:20   | Noticed a dread lich
311991 | Zig:20   | Noticed an ancient lich
311991 | Zig:20   | Noticed a dread lich
311991 | Zig:20   | Noticed an ancient lich
311992 | Zig:20   | Noticed a dread lich
311992 | Zig:20   | Noticed an ancient lich
311993 | Zig:20   | Killed an ancient lich
311993 | Zig:20   | Killed a dread lich
311993 | Zig:20   | Killed an ancient lich
311994 | Zig:20   | Killed an ancient lich
311994 | Zig:20   | Killed an ancient lich
311994 | Zig:20   | Killed a dread lich
311994 | Zig:20   | Killed an ancient lich
311994 | Zig:20   | Noticed a dread lich
311994 | Zig:20   | Noticed a dread lich
311995 | Zig:20   | Noticed an ancient lich
311995 | Zig:20   | Noticed an ancient lich
311995 | Zig:20   | Noticed an ancient lich
311995 | Zig:20   | Noticed a dread lich
311996 | Zig:20   | Noticed an ancient lich
311996 | Zig:20   | Noticed a dread lich
311996 | Zig:20   | Noticed an ancient lich
311996 | Zig:20   | Noticed an ancient lich
311997 | Zig:20   | Killed a dread lich
311997 | Zig:20   | Killed a dread lich
311997 | Zig:20   | Killed a dread lich
311997 | Zig:20   | Killed a dread lich
311997 | Zig:20   | Killed an ancient lich
311997 | Zig:20   | Killed an ancient lich
311997 | Zig:20   | Killed a dread lich
311997 | Zig:20   | Noticed an ancient lich
311998 | Zig:20   | Killed an ancient lich
311998 | Zig:20   | Killed an ancient lich
311998 | Zig:20   | Killed an ancient lich
311998 | Zig:20   | Killed an ancient lich
311999 | Zig:20   | Noticed a dread lich
311999 | Zig:20   | Noticed a dread lich
311999 | Zig:20   | Noticed a dread lich
311999 | Zig:20   | Noticed a dread lich
311999 | Zig:20   | Noticed a dread lich
311999 | Zig:20   | Noticed an ancient lich
311999 | Zig:20   | Noticed a dread lich
311999 | Zig:20   | Noticed a dread lich
311999 | Zig:20   | Noticed a dread lich
312000 | Zig:20   | Noticed a dread lich
312000 | Zig:20   | Noticed an ancient lich
312000 | Zig:20   | Noticed a dread lich
312001 | Zig:20   | Noticed an ancient lich
312001 | Zig:20   | Noticed an ancient lich
312001 | Zig:20   | Noticed a dread lich
312001 | Zig:20   | Noticed an ancient lich
312001 | Zig:20   | Noticed an ancient lich
312002 | Zig:20   | Noticed an ancient lich
312002 | Zig:20   | Noticed a dread lich
312002 | Zig:20   | Noticed an ancient lich
312003 | Zig:20   | Noticed an ancient lich
312003 | Zig:20   | Noticed a dread lich
312003 | Zig:20   | Noticed a dread lich
312004 | Zig:20   | Noticed an ancient lich
312004 | Zig:20   | Noticed an ancient lich
312004 | Zig:20   | Killed a dread lich
312005 | Zig:20   | Noticed an ancient lich
312005 | Zig:20   | Noticed an ancient lich
312005 | Zig:20   | Noticed a dread lich
312005 | Zig:20   | Noticed an ancient lich
312005 | Zig:20   | Killed an ancient lich
312006 | Zig:20   | Noticed an ancient lich
312006 | Zig:20   | Noticed an ancient lich
312006 | Zig:20   | Killed an ancient lich
312006 | Zig:20   | Killed an ancient lich
312006 | Zig:20   | Killed a dread lich
312006 | Zig:20   | Killed a dread lich
312006 | Zig:20   | Killed an ancient lich
312007 | Zig:20   | Noticed a dread lich
312007 | Zig:20   | Noticed an ancient lich
312007 | Zig:20   | Noticed an ancient lich
312007 | Zig:20   | Noticed a dread lich
312007 | Zig:20   | Killed an ancient lich
312007 | Zig:20   | Killed a dread lich
312007 | Zig:20   | Killed a dread lich
312008 | Zig:20   | Killed an ancient lich
312008 | Zig:20   | Killed a dread lich
312008 | Zig:20   | Killed a dread lich
312008 | Zig:20   | Killed an ancient lich
312008 | Zig:20   | Killed an ancient lich
312008 | Zig:20   | Killed an ancient lich
312008 | Zig:20   | Killed an ancient lich
312008 | Zig:20   | Killed an ancient lich
312008 | Zig:20   | Killed an ancient lich
312008 | Zig:20   | Killed a dread lich
312008 | Zig:20   | Killed an ancient lich
312008 | Zig:20   | Killed an ancient lich
312008 | Zig:20   | Killed an ancient lich
312008 | Zig:20   | Killed a dread lich
312008 | Zig:20   | Killed a dread lich
312008 | Zig:20   | Killed a dread lich
312008 | Zig:20   | Killed an ancient lich
312008 | Zig:20   | Killed an ancient lich
312008 | Zig:20   | Killed an ancient lich
312008 | Zig:20   | Killed an ancient lich
312009 | Zig:20   | Killed a dread lich
312009 | Zig:20   | Killed a dread lich
312009 | Zig:20   | Killed a dread lich
312009 | Zig:20   | Killed a dread lich
312009 | Zig:20   | Killed a dread lich
312009 | Zig:20   | Noticed a dread lich
312009 | Zig:20   | Noticed an ancient lich
312009 | Zig:20   | Noticed an ancient lich
312010 | Zig:20   | Noticed an ancient lich
312010 | Zig:20   | Noticed a dread lich
312010 | Zig:20   | Noticed a dread lich
312011 | Zig:20   | Noticed a dread lich
312011 | Zig:20   | Noticed an ancient lich
312011 | Zig:20   | Noticed a dread lich
312011 | Zig:20   | Noticed a dread lich
312011 | Zig:20   | Noticed an ancient lich
312012 | Zig:20   | Noticed an ancient lich
312012 | Zig:20   | Noticed an ancient lich
312012 | Zig:20   | Noticed a dread lich
312012 | Zig:20   | Noticed an ancient lich
312012 | Zig:20   | Noticed a dread lich
312012 | Zig:20   | Noticed an ancient lich
312012 | Zig:20   | Noticed an ancient lich
312013 | Zig:20   | Killed an ancient lich
312013 | Zig:20   | Killed an ancient lich
312013 | Zig:20   | Killed a dread lich
312013 | Zig:20   | Killed a dread lich
312013 | Zig:20   | Killed a dread lich
312013 | Zig:20   | Killed an ancient lich
312013 | Zig:20   | Killed an ancient lich
312013 | Zig:20   | Killed a dread lich
312013 | Zig:20   | Killed a dread lich
312013 | Zig:20   | Killed a dread lich
312014 | Zig:20   | Killed a dread lich
312014 | Zig:20   | Killed an ancient lich
312014 | Zig:20   | Killed an ancient lich
312014 | Zig:20   | Killed a dread lich
312014 | Zig:20   | Killed an ancient lich
312014 | Zig:20   | Killed an ancient lich
312014 | Zig:20   | Killed a dread lich
312014 | Zig:20   | Killed an ancient lich
312014 | Zig:20   | Killed an ancient lich
312016 | Zig:20   | Noticed an ancient lich
312016 | Zig:20   | Noticed a dread lich
312017 | Zig:20   | Noticed a dread lich
312018 | Zig:20   | Noticed an ancient lich
312019 | Zig:20   | Noticed a dread lich
312021 | Zig:20   | Killed an ancient lich
312021 | Zig:20   | Killed a dread lich
312022 | Zig:20   | Killed an ancient lich
312023 | Zig:20   | Identified the +8 plate armour "Tikaj" {rN+}
312023 | Zig:20   | Killed a dread lich
312024 | Zig:20   | Identified the +0 chain mail "Beal Duwn" {rF+ Int+2}
312025 | Zig:20   | Killed a dread lich
312531 | Zig:20   | Identified the staff of Satyriasis {rPois Will- Str+2 Dex+3
                  | Poison}
312581 | Zig:20   | Identified the +2 flail of Ukler {pain, rF- Int-4 Dex+6}
312608 | Zig:20   | Identified the +8 morningstar "Ninuf" {venom, rN+ Dex+4
                  | SInv}
312612 | Zig:20   | Identified the staff "Zupaboti" {rPois rC+ rN+ Dex-4 Tloc
                  | Ice}
312633 | Zig:20   | Identified the +4 short sword "Ireguobu" {freeze, rElec
                  | rPois}
312640 | Zig:20   | Identified the +5 lajatang "Datzoyd" {heavy, rC+ rN+ rCorr}
312653 | Zig:20   | Identified the +0 lajatang of Roavaemu {flame, Str+2 Int+3}
312670 | Zig:20   | Identified the +0 buckler of Bedevilment {rF+ rN+++ Will-
                  | Str-3}
312680 | Zig:20   | Identified the +2 robe of Beitil {+Inv rC- Dex+3}
312696 | Zig:20   | Identified the +5 rapier of Mourning {flame, Dex+3}
312704 | Zig:20   | Identified the ring "Hauklir" {rPois Str+6 Int-3 Dex+3}
312708 | Zig:20   | Identified the +2 rapier "Enuc" {freeze, rF+ rN+}
312720 | Zig:20   | Identified the staff "Kofoll" {rF+ rC++ rN++ Str-2 Fire}
312795 | Zig:21   | Entered Level 21 of a ziggurat
312819 | Zig:21   | Noticed Zughoc the pandemonium lord
312823 | Zig:21   | Killed Zughoc the pandemonium lord
312843 | Zig:21   | Identified the +2 leather armour "Vureck" {Will+++ Str+4
                  | Dex-2 Stlth-}
313065 | Zig:21   | Identified the +0 robe "Kopu" {rElec Stlth+}
313791 | Zig:21   | Identified the +9 lajatang of Kulunk {flame, rF+ Str+4}
313801 | Zig:21   | Identified the +7 plate armour of Supple Strength {rF+
                  | rN+++ Str-4 Dex+2}
313812 | Zig:22   | Entered Level 22 of a ziggurat
313824 | Zig:22   | Noticed a dread lich
313826 | Zig:22   | Noticed an ancient lich
313830 | Zig:22   | Killed an ancient lich
313836 | Zig:22   | Killed a dread lich
313851 | Zig:22   | Paralysed by a wendigo for 1 turns
314561 | Zig:22   | Identified the +0 ring mail of Midnight {Harm Regen+ Str+6
                  | Stlth-}
314696 | Zig:22   | Identified the staff "Emauw" {+Blink rN+ Will++ Str-2 Int+3
                  | Necro}
314706 | Zig:22   | Identified the staff of the Ring {rC+ Earth}
314710 | Zig:22   | Identified the amulet of Bahuem {Faith Fly rElec rPois
                  | SInv}
314729 | Zig:22   | Identified the +0 glaive of Radicalism {drain, Fly Will+
                  | Str+5}
314731 | Zig:22   | Identified the +7 arbalest "Difog" {drain, Int+3}
314740 | Zig:22   | Identified the +2 orcbow "Weenerue" {heavy, Drain rF++
                  | rCorr}
314809 | Zig:22   | Acquired 1280 gold pieces
314819 | Zig:23   | Entered Level 23 of a ziggurat
314819 | Zig:23   | Noticed a juggernaut
314819 | Zig:23   | Noticed a juggernaut
314819 | Zig:23   | Noticed a juggernaut
314819 | Zig:23   | Noticed a juggernaut
314819 | Zig:23   | Noticed a juggernaut
314819 | Zig:23   | Noticed a juggernaut
314819 | Zig:23   | Noticed a juggernaut
314819 | Zig:23   | Noticed a juggernaut
314819 | Zig:23   | Noticed a juggernaut
314819 | Zig:23   | Noticed a juggernaut
314819 | Zig:23   | Noticed a juggernaut
314819 | Zig:23   | Noticed a juggernaut
314820 | Zig:23   | Killed a juggernaut
314820 | Zig:23   | Killed a juggernaut
314820 | Zig:23   | Killed a juggernaut
314820 | Zig:23   | Killed a juggernaut
314820 | Zig:23   | Killed a juggernaut
314820 | Zig:23   | Killed a juggernaut
314820 | Zig:23   | Killed a juggernaut
314820 | Zig:23   | Killed a juggernaut
314820 | Zig:23   | Killed a juggernaut
314820 | Zig:23   | Killed a juggernaut
314820 | Zig:23   | Killed a juggernaut
314820 | Zig:23   | Killed a juggernaut
314821 | Zig:23   | Noticed a juggernaut
314821 | Zig:23   | Noticed a juggernaut
314823 | Zig:23   | Noticed a juggernaut
314823 | Zig:23   | Noticed a juggernaut
314823 | Zig:23   | Noticed a juggernaut
314823 | Zig:23   | Noticed a juggernaut
314823 | Zig:23   | Noticed a juggernaut
314823 | Zig:23   | Noticed a juggernaut
314823 | Zig:23   | Noticed a juggernaut
314823 | Zig:23   | Noticed a juggernaut
314824 | Zig:23   | Noticed a juggernaut
314824 | Zig:23   | Killed a juggernaut
314824 | Zig:23   | Killed a juggernaut
314824 | Zig:23   | Killed a juggernaut
314824 | Zig:23   | Killed a juggernaut
314824 | Zig:23   | Killed a juggernaut
314824 | Zig:23   | Killed a juggernaut
314824 | Zig:23   | Killed a juggernaut
314824 | Zig:23   | Killed a juggernaut
314824 | Zig:23   | Noticed a juggernaut
314825 | Zig:23   | Noticed a juggernaut
314825 | Zig:23   | Noticed a juggernaut
314825 | Zig:23   | Noticed a juggernaut
314825 | Zig:23   | Noticed a juggernaut
314825 | Zig:23   | Killed a juggernaut
314826 | Zig:23   | Noticed a juggernaut
314826 | Zig:23   | Noticed a juggernaut
314826 | Zig:23   | Noticed a juggernaut
314826 | Zig:23   | Noticed a juggernaut
314826 | Zig:23   | Noticed a juggernaut
314826 | Zig:23   | Killed a juggernaut
314826 | Zig:23   | Noticed a juggernaut
314827 | Zig:23   | Noticed a juggernaut
314827 | Zig:23   | Noticed a juggernaut
314827 | Zig:23   | Noticed a juggernaut
314827 | Zig:23   | Noticed a juggernaut
314827 | Zig:23   | Noticed a juggernaut
314827 | Zig:23   | Noticed a juggernaut
314827 | Zig:23   | Noticed a juggernaut
314827 | Zig:23   | Noticed a juggernaut
314827 | Zig:23   | Noticed a juggernaut
314827 | Zig:23   | Noticed a juggernaut
314827 | Zig:23   | Noticed a juggernaut
314827 | Zig:23   | Noticed a juggernaut
314827 | Zig:23   | Noticed a juggernaut
314827 | Zig:23   | Killed a juggernaut
314827 | Zig:23   | Killed a juggernaut
314827 | Zig:23   | Killed a juggernaut
314827 | Zig:23   | Noticed a juggernaut
314828 | Zig:23   | Killed a juggernaut
314828 | Zig:23   | Killed a juggernaut
314828 | Zig:23   | Killed a juggernaut
314828 | Zig:23   | Killed a juggernaut
314828 | Zig:23   | Killed a juggernaut
314828 | Zig:23   | Killed a juggernaut
314828 | Zig:23   | Killed a juggernaut
314828 | Zig:23   | Killed a juggernaut
314828 | Zig:23   | Killed a juggernaut
314828 | Zig:23   | Killed a juggernaut
314828 | Zig:23   | Killed a juggernaut
314828 | Zig:23   | Killed a juggernaut
314828 | Zig:23   | Killed a juggernaut
314828 | Zig:23   | Killed a juggernaut
314828 | Zig:23   | Killed a juggernaut
314828 | Zig:23   | Killed a juggernaut
314828 | Zig:23   | Killed a juggernaut
314828 | Zig:23   | Killed a juggernaut
314828 | Zig:23   | Killed a juggernaut
314828 | Zig:23   | Killed a juggernaut
314828 | Zig:23   | Killed a juggernaut
314828 | Zig:23   | Killed a juggernaut
314828 | Zig:23   | Noticed a juggernaut
314829 | Zig:23   | Noticed a juggernaut
314829 | Zig:23   | Killed a juggernaut
314829 | Zig:23   | Noticed a juggernaut
314829 | Zig:23   | Noticed a juggernaut
314830 | Zig:23   | Noticed a juggernaut
314830 | Zig:23   | Noticed a juggernaut
314830 | Zig:23   | Noticed a juggernaut
314831 | Zig:23   | Noticed a juggernaut
314831 | Zig:23   | Noticed a juggernaut
314833 | Zig:23   | Killed a juggernaut
314833 | Zig:23   | Killed a juggernaut
314833 | Zig:23   | Killed a juggernaut
314833 | Zig:23   | Killed a juggernaut
314833 | Zig:23   | Killed a juggernaut
314833 | Zig:23   | Killed a juggernaut
314834 | Zig:23   | Killed a juggernaut
314834 | Zig:23   | Killed a juggernaut
314834 | Zig:23   | Noticed a juggernaut
314835 | Zig:23   | Noticed a juggernaut
314836 | Zig:23   | Noticed a juggernaut
314836 | Zig:23   | Noticed a juggernaut
314837 | Zig:23   | Noticed a juggernaut
314837 | Zig:23   | Noticed a juggernaut
314837 | Zig:23   | Noticed a juggernaut
314837 | Zig:23   | Noticed a juggernaut
314837 | Zig:23   | Noticed a juggernaut
314838 | Zig:23   | Noticed a juggernaut
314838 | Zig:23   | Noticed a juggernaut
314842 | Zig:23   | Killed a juggernaut
314843 | Zig:23   | Killed a juggernaut
314843 | Zig:23   | Noticed a juggernaut
314845 | Zig:23   | Killed a juggernaut
314846 | Zig:23   | Killed a juggernaut
314847 | Zig:23   | Killed a juggernaut
314847 | Zig:23   | Killed a juggernaut
314848 | Zig:23   | Killed a juggernaut
314849 | Zig:23   | Killed a juggernaut
314849 | Zig:23   | Noticed a juggernaut
314850 | Zig:23   | Killed a juggernaut
314850 | Zig:23   | Killed a juggernaut
314851 | Zig:23   | Killed a juggernaut
314851 | Zig:23   | Killed a juggernaut
314853 | Zig:23   | Noticed a juggernaut
314857 | Zig:23   | Noticed a juggernaut
314859 | Zig:23   | Noticed a juggernaut
314859 | Zig:23   | Noticed a juggernaut
314860 | Zig:23   | Killed a juggernaut
314862 | Zig:23   | Killed a juggernaut
314863 | Zig:23   | Killed a juggernaut
314864 | Zig:23   | Killed a juggernaut
314866 | Zig:23   | Killed a juggernaut
314866 | Zig:23   | Killed a juggernaut
314994 | Zig:23   | Identified the staff "Uhunkith" {rF+ rC+ Fire}
315002 | Zig:23   | Identified the ring of Trepidation {Drain rElec rC++ Will+
                  | Str+4}
315011 | Zig:23   | Identified the +1 morningstar of Vilenuull {holy, rF+ Dex+5
                  | Stlth+}
315018 | Zig:23   | Identified the +2 leather armour "Leozxin" {Fly rF++ Dex+3
                  | SInv}
315046 | Zig:23   | Identified the +7 executioner's axe "Ganeolyg" {drain,
                  | rPois rF+ rC- Str+4}
315051 | Zig:23   | Identified the +4 lajatang "With Two Names" {freeze, rN+
                  | Int+4 Dex-4 Stlth+}
315059 | Zig:23   | Identified the +5 mace of Fear {heavy, *Corrode rF+ SInv}
315061 | Zig:23   | Identified the +10 sling "Mysutib" {drain, rElec rC+ rN+
                  | Dex-4}
315064 | Zig:23   | Identified the staff "Sij Dakhli" {rElec Conj}
315065 | Zig:23   | Identified the +10 quarterstaff "Jemm" {elec, Will+}
315094 | Zig:23   | Identified the +5 hand axe of Infection {drain, rElec rF+
                  | rCorr}
315116 | Zig:23   | Identified the +9 lajatang of Yruih {heavy, Drain rC+++
                  | Will- Int+3}
315948 | Zig:23   | Identified the +7 war axe "Darric" {drain, Will++ Int+3}
315958 | Zig:24   | Entered Level 24 of a ziggurat
316957 | Zig:24   | Identified the +1 sling of Kirghan {speed, Str+4 Dex+3}
316969 | Zig:24   | Identified the +11 sling "Waimm" {flame, Dex+2}
317173 | Zig:24   | Identified the +3 chain mail of the Curupira {Harm MP-9
                  | Str+4}
317256 | Zig:25   | Entered Level 25 of a ziggurat
317256 | Zig:25   | Noticed a juggernaut
317256 | Zig:25   | Noticed a juggernaut
317256 | Zig:25   | Noticed a juggernaut
317256 | Zig:25   | Noticed a juggernaut
317256 | Zig:25   | Noticed a juggernaut
317256 | Zig:25   | Noticed a juggernaut
317256 | Zig:25   | Noticed a juggernaut
317256 | Zig:25   | Noticed a juggernaut
317256 | Zig:25   | Noticed a juggernaut
317256 | Zig:25   | Noticed a juggernaut
317256 | Zig:25   | Noticed a juggernaut
317256 | Zig:25   | Noticed a juggernaut
317257 | Zig:25   | Killed a juggernaut
317257 | Zig:25   | Killed a juggernaut
317257 | Zig:25   | Killed a juggernaut
317257 | Zig:25   | Killed a juggernaut
317257 | Zig:25   | Killed a juggernaut
317257 | Zig:25   | Killed a juggernaut
317257 | Zig:25   | Killed a juggernaut
317257 | Zig:25   | Killed a juggernaut
317257 | Zig:25   | Killed a juggernaut
317257 | Zig:25   | Killed a juggernaut
317257 | Zig:25   | Killed a juggernaut
317258 | Zig:25   | Noticed a juggernaut
317258 | Zig:25   | Noticed a juggernaut
317259 | Zig:25   | Noticed a juggernaut
317261 | Zig:25   | Noticed a juggernaut
317261 | Zig:25   | Noticed a juggernaut
317262 | Zig:25   | Noticed a juggernaut
317263 | Zig:25   | Noticed a juggernaut
317263 | Zig:25   | Noticed a juggernaut
317263 | Zig:25   | Noticed a juggernaut
317264 | Zig:25   | Noticed a juggernaut
317265 | Zig:25   | Noticed a juggernaut
317265 | Zig:25   | Noticed a juggernaut
317265 | Zig:25   | Noticed a juggernaut
317265 | Zig:25   | Noticed a juggernaut
317266 | Zig:25   | Noticed a juggernaut
317266 | Zig:25   | Killed a juggernaut
317267 | Zig:25   | Killed a juggernaut
317267 | Zig:25   | Killed a juggernaut
317267 | Zig:25   | Killed a juggernaut
317267 | Zig:25   | Killed a juggernaut
317267 | Zig:25   | Killed a juggernaut
317267 | Zig:25   | Killed a juggernaut
317267 | Zig:25   | Killed a juggernaut
317267 | Zig:25   | Killed a juggernaut
317267 | Zig:25   | Killed a juggernaut
317267 | Zig:25   | Killed a juggernaut
317267 | Zig:25   | Killed a juggernaut
317267 | Zig:25   | Killed a juggernaut
317267 | Zig:25   | Killed a juggernaut
317268 | Zig:25   | Noticed a juggernaut
317268 | Zig:25   | Noticed a juggernaut
317268 | Zig:25   | Noticed a juggernaut
317269 | Zig:25   | Noticed a juggernaut
317269 | Zig:25   | Noticed a juggernaut
317269 | Zig:25   | Noticed a juggernaut
317269 | Zig:25   | Noticed a juggernaut
317270 | Zig:25   | Noticed a juggernaut
317270 | Zig:25   | Noticed a juggernaut
317271 | Zig:25   | Noticed a juggernaut
317271 | Zig:25   | Noticed a juggernaut
317271 | Zig:25   | Noticed a juggernaut
317272 | Zig:25   | Noticed a juggernaut
317272 | Zig:25   | Noticed a juggernaut
317272 | Zig:25   | Noticed a juggernaut
317272 | Zig:25   | Noticed a juggernaut
317272 | Zig:25   | Noticed a juggernaut
317272 | Zig:25   | Killed a juggernaut
317273 | Zig:25   | Noticed a juggernaut
317273 | Zig:25   | Noticed a juggernaut
317273 | Zig:25   | Noticed a juggernaut
317273 | Zig:25   | Noticed a juggernaut
317273 | Zig:25   | Noticed a juggernaut
317273 | Zig:25   | Noticed a juggernaut
317274 | Zig:25   | Noticed a juggernaut
317274 | Zig:25   | Noticed a juggernaut
317274 | Zig:25   | Noticed a juggernaut
317274 | Zig:25   | Noticed a juggernaut
317274 | Zig:25   | Noticed a juggernaut
317275 | Zig:25   | Noticed a juggernaut
317275 | Zig:25   | Noticed a juggernaut
317276 | Zig:25   | Killed a juggernaut
317276 | Zig:25   | Killed a juggernaut
317276 | Zig:25   | Killed a juggernaut
317276 | Zig:25   | Killed a juggernaut
317276 | Zig:25   | Killed a juggernaut
317276 | Zig:25   | Killed a juggernaut
317276 | Zig:25   | Killed a juggernaut
317276 | Zig:25   | Killed a juggernaut
317276 | Zig:25   | Killed a juggernaut
317276 | Zig:25   | Killed a juggernaut
317276 | Zig:25   | Killed a juggernaut
317276 | Zig:25   | Killed a juggernaut
317276 | Zig:25   | Killed a juggernaut
317276 | Zig:25   | Killed a juggernaut
317276 | Zig:25   | Killed a juggernaut
317276 | Zig:25   | Killed a juggernaut
317276 | Zig:25   | Killed a juggernaut
317276 | Zig:25   | Killed a juggernaut
317276 | Zig:25   | Killed a juggernaut
317276 | Zig:25   | Killed a juggernaut
317276 | Zig:25   | Killed a juggernaut
317276 | Zig:25   | Killed a juggernaut
317276 | Zig:25   | Killed a juggernaut
317276 | Zig:25   | Killed a juggernaut
317276 | Zig:25   | Killed a juggernaut
317276 | Zig:25   | Killed a juggernaut
317276 | Zig:25   | Noticed a juggernaut
317276 | Zig:25   | Noticed a juggernaut
317276 | Zig:25   | Noticed a juggernaut
317277 | Zig:25   | Killed a juggernaut
317277 | Zig:25   | Killed a juggernaut
317277 | Zig:25   | Killed a juggernaut
317277 | Zig:25   | Killed a juggernaut
317277 | Zig:25   | Killed a juggernaut
317277 | Zig:25   | Killed a juggernaut
317277 | Zig:25   | Killed a juggernaut
317277 | Zig:25   | Killed a juggernaut
317277 | Zig:25   | Noticed a juggernaut
317277 | Zig:25   | Noticed a juggernaut
317277 | Zig:25   | Noticed a juggernaut
317277 | Zig:25   | Noticed a juggernaut
317277 | Zig:25   | Noticed a juggernaut
317277 | Zig:25   | Noticed a juggernaut
317277 | Zig:25   | Noticed a juggernaut
317278 | Zig:25   | Noticed a juggernaut
317278 | Zig:25   | Noticed a juggernaut
317280 | Zig:25   | Noticed a juggernaut
317281 | Zig:25   | Noticed a juggernaut
317282 | Zig:25   | Noticed a juggernaut
317282 | Zig:25   | Noticed a juggernaut
317282 | Zig:25   | Noticed a juggernaut
317284 | Zig:25   | Killed a juggernaut
317285 | Zig:25   | Killed a juggernaut
317285 | Zig:25   | Killed a juggernaut
317285 | Zig:25   | Noticed a juggernaut
317286 | Zig:25   | Noticed a juggernaut
317286 | Zig:25   | Noticed a juggernaut
317286 | Zig:25   | Noticed a juggernaut
317287 | Zig:25   | Noticed a juggernaut
317287 | Zig:25   | Noticed a juggernaut
317288 | Zig:25   | Killed a juggernaut
317288 | Zig:25   | Killed a juggernaut
317289 | Zig:25   | Noticed a juggernaut
317289 | Zig:25   | Noticed a juggernaut
317289 | Zig:25   | Killed a juggernaut
317289 | Zig:25   | Killed a juggernaut
317289 | Zig:25   | Killed a juggernaut
317289 | Zig:25   | Killed a juggernaut
317289 | Zig:25   | Noticed a juggernaut
317290 | Zig:25   | Killed a juggernaut
317290 | Zig:25   | Killed a juggernaut
317290 | Zig:25   | Killed a juggernaut
317290 | Zig:25   | Killed a juggernaut
317290 | Zig:25   | Noticed a juggernaut
317290 | Zig:25   | Noticed a juggernaut
317291 | Zig:25   | Noticed a juggernaut
317291 | Zig:25   | Noticed a juggernaut
317291 | Zig:25   | Noticed a juggernaut
317292 | Zig:25   | Noticed a juggernaut
317292 | Zig:25   | Killed a juggernaut
317292 | Zig:25   | Killed a juggernaut
317292 | Zig:25   | Killed a juggernaut
317292 | Zig:25   | Killed a juggernaut
317292 | Zig:25   | Killed a juggernaut
317292 | Zig:25   | Killed a juggernaut
317292 | Zig:25   | Killed a juggernaut
317292 | Zig:25   | Killed a juggernaut
317292 | Zig:25   | Killed a juggernaut
317292 | Zig:25   | Killed a juggernaut
317292 | Zig:25   | Killed a juggernaut
317292 | Zig:25   | Killed a juggernaut
317293 | Zig:25   | Killed a juggernaut
317293 | Zig:25   | Killed a juggernaut
317293 | Zig:25   | Killed a juggernaut
317293 | Zig:25   | Noticed a juggernaut
317295 | Zig:25   | Noticed a juggernaut
317297 | Zig:25   | Killed a juggernaut
317298 | Zig:25   | Killed a juggernaut
317298 | Zig:25   | Killed a juggernaut
317298 | Zig:25   | Killed a juggernaut
317299 | Zig:25   | Noticed a juggernaut
317300 | Zig:25   | Identified the amulet of the Doge {Acrobat rF- Regen+
                  | Dex+3}
317311 | Zig:25   | Identified the +8 arbalest of Deroat {freeze, rPois Will++
                  | Int+3 Dex-2}
317313 | Zig:25   | Killed a juggernaut
317480 | Zig:25   | Identified the amulet "Tuvvoylen" {Acrobat Harm Slay+5}
317497 | Zig:25   | Identified the staff "Beulacs" {rC+ rN+ Ice}
317499 | Zig:25   | Identified the ring "Tuagerot" {Contam rF+ MP+9 Dex+5}
317501 | Zig:25   | Identified the +6 lajatang of the Kissing Gods {spect,
                  | Dex+4}
317530 | Zig:25   | Identified the ring of Doubts {rC+ Will+ rCorr EV+5}
317534 | Zig:25   | Identified the +8 flail "Beastbane" {pain, rN+}
317550 | Zig:25   | Identified the +1 buckler "Viamix" {Str+4}
317570 | Zig:25   | Identified the ring "Tissaosi" {Will+ Int+6 Dex+3 Stlth+}
317587 | Zig:25   | Identified the +2 leather armour "Leub" {rElec Dex+3}
317599 | Zig:25   | Identified the +10 broad axe of the End {heavy, Dex+6}
317608 | Zig:25   | Identified the +6 rapier "Orb Guardian's Bane" {flame,
                  | rElec rC+ Int-4}
317616 | Zig:25   | Identified the +8 triple crossbow of Ryhok {heavy, Str+3}
317618 | Zig:25   | Identified the ring of Circularity {Wiz rF- Str+4}
317680 | Zig:25   | Identified the amulet "Tofecwix" {RegenMP Fly rPois Dex-5}
318549 | Zig:26   | Entered Level 26 of a ziggurat
318604 | Zig:26   | Identified the ring "Jorchauco" {rCorr EV+5 Int+3}
319337 | Zig:26   | Identified the ring of Fenosch {rPois Will+ Int-2 Stlth+}
319349 | Zig:26   | Identified the +1 lajatang of Aple Syps {venom, Str+4}
319350 | Zig:26   | Identified the staff of the Old World {rN+ Conj}
319354 | Zig:26   | Identified the staff of Hacking and Slashing {rPois rF+
                  | Will+ Int-2 Poison}
319355 | Zig:26   | Identified the staff "Hulk" {rN+ Dex+4 Necro}
319433 | Zig:26   | Identified the +9 hand axe of the Enchanted Forest {venom,
                  | rN+}
319438 | Zig:26   | Identified the +1 robe of Haunted Beauty {Fly Will+}
319442 | Zig:26   | Identified the +6 falchion of Understanding {vamp, rN+
                  | rCorr Int+3}
319445 | Zig:26   | Identified the staff "Lopusue" {rElec Conj}
319466 | Zig:26   | Identified the +2 scale mail of the Unicorn {Str+3}
319474 | Zig:26   | Identified the ring of Bor Bia {Fly MP+9 Str+6 Int+3}
319476 | Zig:26   | Identified the staff of Accidental Termination {rElec rC+
                  | Will+ Dex+3 Stlth+ Ice}
319479 | Zig:26   | Identified the +5 arbalest of the Messenger {freeze, Dex+4}
319482 | Zig:26   | Identified the staff "Hoimp" {rPois rF+ Str+4 Stlth-
                  | Poison}
319492 | Zig:26   | Identified the +5 rapier "Zaturph" {flame, +Blink rF++
                  | Str+3 Int-4}
319496 | Zig:26   | Identified the +4 lajatang "Botakutu" {protect, *Noise
                  | Dex+7}
319497 | Zig:26   | Identified the +1 great mace of Plog {flame, rC++ Str-5
                  | Int+3 Dex+3}
319498 | Zig:26   | Identified the amulet "Joenig" {Regen+ Str+3 Int-4 Dex+2}
319519 | Zig:26   | Identified the +4 lajatang of Revolt {freeze, rF+}
319526 | Zig:26   | Identified the +4 chain mail of Wussug {rElec Will++}
319679 | Zig:26   | Acquired 399 gold pieces
319680 | Zig:26   | Acquired the +0 cloak of Valiance {rN+ Dex+3 SInv Stlth+}
319691 | Zig:27   | Entered Level 27 of a ziggurat
319693 | Zig:27   | Noticed a juggernaut
319694 | Zig:27   | Noticed a juggernaut
319696 | Zig:27   | Noticed a juggernaut
319696 | Zig:27   | Noticed a juggernaut
319696 | Zig:27   | Noticed a juggernaut
319696 | Zig:27   | Noticed a juggernaut
319696 | Zig:27   | Noticed a juggernaut
319697 | Zig:27   | Noticed a juggernaut
319698 | Zig:27   | Noticed a juggernaut
319698 | Zig:27   | Noticed a juggernaut
319698 | Zig:27   | Noticed a juggernaut
319698 | Zig:27   | Noticed a juggernaut
319698 | Zig:27   | Noticed a juggernaut
319698 | Zig:27   | Noticed a juggernaut
319698 | Zig:27   | Noticed a juggernaut
319698 | Zig:27   | Noticed a juggernaut
319698 | Zig:27   | Noticed a juggernaut
319698 | Zig:27   | Noticed a juggernaut
319698 | Zig:27   | Noticed a juggernaut
319699 | Zig:27   | Noticed a juggernaut
319699 | Zig:27   | Noticed a juggernaut
319699 | Zig:27   | Noticed a juggernaut
319699 | Zig:27   | Noticed a juggernaut
319699 | Zig:27   | Killed a juggernaut
319699 | Zig:27   | Killed a juggernaut
319699 | Zig:27   | Killed a juggernaut
319699 | Zig:27   | Killed a juggernaut
319699 | Zig:27   | Killed a juggernaut
319699 | Zig:27   | Killed a juggernaut
319699 | Zig:27   | Killed a juggernaut
319699 | Zig:27   | Killed a juggernaut
319699 | Zig:27   | Killed a juggernaut
319699 | Zig:27   | Killed a juggernaut
319699 | Zig:27   | Killed a juggernaut
319699 | Zig:27   | Killed a juggernaut
319699 | Zig:27   | Killed a juggernaut
319699 | Zig:27   | Killed a juggernaut
319699 | Zig:27   | Killed a juggernaut
319699 | Zig:27   | Killed a juggernaut
319699 | Zig:27   | Killed a juggernaut
319699 | Zig:27   | Noticed a juggernaut
319700 | Zig:27   | Noticed a juggernaut
319700 | Zig:27   | Noticed a juggernaut
319700 | Zig:27   | Noticed a juggernaut
319700 | Zig:27   | Noticed a juggernaut
319700 | Zig:27   | Noticed a juggernaut
319701 | Zig:27   | Noticed a juggernaut
319701 | Zig:27   | Noticed a juggernaut
319701 | Zig:27   | Noticed a juggernaut
319701 | Zig:27   | Noticed a juggernaut
319701 | Zig:27   | Noticed a juggernaut
319701 | Zig:27   | Noticed a juggernaut
319701 | Zig:27   | Noticed a juggernaut
319701 | Zig:27   | Noticed a juggernaut
319701 | Zig:27   | Noticed a juggernaut
319701 | Zig:27   | Noticed a juggernaut
319701 | Zig:27   | Noticed a juggernaut
319701 | Zig:27   | Noticed a juggernaut
319701 | Zig:27   | Noticed a juggernaut
319701 | Zig:27   | Noticed a juggernaut
319701 | Zig:27   | Noticed a juggernaut
319701 | Zig:27   | Noticed a juggernaut
319701 | Zig:27   | Noticed a juggernaut
319701 | Zig:27   | Noticed a juggernaut
319701 | Zig:27   | Killed a juggernaut
319702 | Zig:27   | Noticed a juggernaut
319702 | Zig:27   | Noticed a juggernaut
319702 | Zig:27   | Noticed a juggernaut
319702 | Zig:27   | Noticed a juggernaut
319702 | Zig:27   | Noticed a juggernaut
319702 | Zig:27   | Killed a juggernaut
319702 | Zig:27   | Killed a juggernaut
319703 | Zig:27   | Killed a juggernaut
319703 | Zig:27   | Killed a juggernaut
319703 | Zig:27   | Killed a juggernaut
319703 | Zig:27   | Killed a juggernaut
319703 | Zig:27   | Killed a juggernaut
319703 | Zig:27   | Killed a juggernaut
319703 | Zig:27   | Killed a juggernaut
319703 | Zig:27   | Killed a juggernaut
319703 | Zig:27   | Killed a juggernaut
319703 | Zig:27   | Killed a juggernaut
319703 | Zig:27   | Killed a juggernaut
319703 | Zig:27   | Killed a juggernaut
319703 | Zig:27   | Killed a juggernaut
319704 | Zig:27   | Noticed a juggernaut
319704 | Zig:27   | Noticed a juggernaut
319704 | Zig:27   | Noticed a juggernaut
319704 | Zig:27   | Killed a juggernaut
319705 | Zig:27   | Killed a juggernaut
319705 | Zig:27   | Killed a juggernaut
319705 | Zig:27   | Killed a juggernaut
319705 | Zig:27   | Killed a juggernaut
319705 | Zig:27   | Killed a juggernaut
319705 | Zig:27   | Killed a juggernaut
319705 | Zig:27   | Killed a juggernaut
319705 | Zig:27   | Killed a juggernaut
319705 | Zig:27   | Killed a juggernaut
319705 | Zig:27   | Killed a juggernaut
319705 | Zig:27   | Killed a juggernaut
319706 | Zig:27   | Noticed a juggernaut
319706 | Zig:27   | Noticed a juggernaut
319706 | Zig:27   | Noticed a juggernaut
319707 | Zig:27   | Noticed a juggernaut
319707 | Zig:27   | Noticed a juggernaut
319707 | Zig:27   | Noticed a juggernaut
319707 | Zig:27   | Noticed a juggernaut
319707 | Zig:27   | Noticed a juggernaut
319707 | Zig:27   | Noticed a juggernaut
319708 | Zig:27   | Noticed a juggernaut
319708 | Zig:27   | Noticed a juggernaut
319709 | Zig:27   | Noticed a juggernaut
319709 | Zig:27   | Noticed a juggernaut
319709 | Zig:27   | Noticed a juggernaut
319709 | Zig:27   | Noticed a juggernaut
319709 | Zig:27   | Noticed a juggernaut
319709 | Zig:27   | Noticed a juggernaut
319709 | Zig:27   | Noticed a juggernaut
319710 | Zig:27   | Noticed a juggernaut
319710 | Zig:27   | Noticed a juggernaut
319710 | Zig:27   | Noticed a juggernaut
319710 | Zig:27   | Noticed a juggernaut
319710 | Zig:27   | Noticed a juggernaut
319711 | Zig:27   | Noticed a juggernaut
319711 | Zig:27   | Noticed a juggernaut
319711 | Zig:27   | Noticed a juggernaut
319711 | Zig:27   | Noticed a juggernaut
319711 | Zig:27   | Noticed a juggernaut
319711 | Zig:27   | Noticed a juggernaut
319712 | Zig:27   | Noticed a juggernaut
319713 | Zig:27   | Killed a juggernaut
319714 | Zig:27   | Killed a juggernaut
319714 | Zig:27   | Killed a juggernaut
319714 | Zig:27   | Killed a juggernaut
319714 | Zig:27   | Killed a juggernaut
319714 | Zig:27   | Killed a juggernaut
319714 | Zig:27   | Killed a juggernaut
319714 | Zig:27   | Killed a juggernaut
319714 | Zig:27   | Killed a juggernaut
319714 | Zig:27   | Killed a juggernaut
319714 | Zig:27   | Killed a juggernaut
319714 | Zig:27   | Killed a juggernaut
319714 | Zig:27   | Killed a juggernaut
319714 | Zig:27   | Killed a juggernaut
319714 | Zig:27   | Killed a juggernaut
319714 | Zig:27   | Killed a juggernaut
319714 | Zig:27   | Killed a juggernaut
319714 | Zig:27   | Killed a juggernaut
319714 | Zig:27   | Killed a juggernaut
319714 | Zig:27   | Killed a juggernaut
319714 | Zig:27   | Killed a juggernaut
319714 | Zig:27   | Killed a juggernaut
319714 | Zig:27   | Killed a juggernaut
319714 | Zig:27   | Killed a juggernaut
319714 | Zig:27   | Killed a juggernaut
319714 | Zig:27   | Killed a juggernaut
319714 | Zig:27   | Killed a juggernaut
319714 | Zig:27   | Killed a juggernaut
319714 | Zig:27   | Killed a juggernaut
319714 | Zig:27   | Killed a juggernaut
319715 | Zig:27   | Noticed a juggernaut
319715 | Zig:27   | Noticed a juggernaut
319715 | Zig:27   | Noticed a juggernaut
319715 | Zig:27   | Noticed a juggernaut
319719 | Zig:27   | Killed a juggernaut
319719 | Zig:27   | Killed a juggernaut
319721 | Zig:27   | Killed a juggernaut
319721 | Zig:27   | Killed a juggernaut
319722 | Zig:27   | Killed a juggernaut
319723 | Zig:27   | Noticed a juggernaut
319723 | Zig:27   | Noticed a juggernaut
319724 | Zig:27   | Killed a juggernaut
319724 | Zig:27   | Killed a juggernaut
319724 | Zig:27   | Noticed a juggernaut
319737 | Zig:27   | Killed a juggernaut
319740 | Zig:27   | Killed a juggernaut
319744 | Zig:27   | Killed a juggernaut
319747 | Zig:27   | Killed a juggernaut
319749 | Zig:27   | Killed a juggernaut
319752 | Zig:27   | Noticed a juggernaut
319761 | Zig:27   | Killed a juggernaut
319761 | Zig:27   | Noticed a juggernaut
319762 | Zig:27   | Noticed a juggernaut
319763 | Zig:27   | Noticed a juggernaut
319764 | Zig:27   | Killed a juggernaut
319766 | Zig:27   | Killed a juggernaut
319768 | Zig:27   | Killed a juggernaut
319769 | Zig:27   | Killed a juggernaut
319770 | Zig:27   | Noticed a juggernaut
319771 | Zig:27   | Killed a juggernaut
319772 | Zig:27   | Noticed a juggernaut
319790 | Zig:27   | Killed a juggernaut
319799 | Zig:27   | Killed a juggernaut
319805 | Zig:27   | Killed a juggernaut
319811 | Zig:27   | Killed a juggernaut
319812 | Zig:27   | Killed a juggernaut
320972 | Zig:27   | Identified the +9 lajatang "Qidwu" {pain, Str+2}
320973 | Zig:27   | Identified the staff of Tenacity {rF+ rN+ Dex+3 Conj}
320985 | Zig:27   | Identified the +5 war axe of the Hugging Gods {protect,
                  | rF+}
321116 | Depths:3 | Upgraded the game from 0.31-a0-331-geda263fcf1 to
                  | 0.31-a0-339-gda1cbd555d
321124 | Zig:1    | Entered Level 1 of a ziggurat
321167 | Zig:1    | Identified the +0 scale mail "Viesh" {Stlth+}
321228 | Zig:2    | Entered Level 2 of a ziggurat
321398 | Zig:3    | Entered Level 3 of a ziggurat
321474 | Zig:3    | Identified the amulet "Rec Cegg" {RegenMP Rampage Fly rF+}
321536 | Zig:3    | Acquired 326 gold pieces
321541 | Zig:4    | Entered Level 4 of a ziggurat
321789 | Zig:5    | Entered Level 5 of a ziggurat
321874 | Zig:5    | Identified the ring "Iduviun" {Ice rCorr Str+4}
322089 | Zig:6    | Entered Level 6 of a ziggurat
322089 | Zig:6    | Noticed Cihem Moma the pandemonium lord
322089 | Zig:6    | Noticed Jojafu the pandemonium lord
322089 | Zig:6    | Noticed Ximoc the pandemonium lord
322089 | Zig:6    | Noticed Ytraxiraab the pandemonium lord
322089 | Zig:6    | Noticed Paicahoi the pandemonium lord
322089 | Zig:6    | Noticed Roesisok the pandemonium lord
322089 | Zig:6    | Noticed Ikhoss the pandemonium lord
322089 | Zig:6    | Noticed Zaonu the pandemonium lord
322089 | Zig:6    | Noticed Qybuthug the pandemonium lord
322089 | Zig:6    | Noticed Zeopad the pandemonium lord
322089 | Zig:6    | Noticed Ucsim the pandemonium lord
322089 | Zig:6    | Noticed Foowub the pandemonium lord
322089 | Zig:6    | Noticed Tetwas the pandemonium lord
322089 | Zig:6    | Noticed Borautex the pandemonium lord
322089 | Zig:6    | Noticed Fovul the pandemonium lord
322089 | Zig:6    | Noticed Meentib the pandemonium lord
322089 | Zig:6    | Noticed Ashobrij the pandemonium lord
322089 | Zig:6    | Noticed Liucs the pandemonium lord
322089 | Zig:6    | Noticed Omarif the pandemonium lord
322089 | Zig:6    | Noticed Pilog the pandemonium lord
322089 | Zig:6    | Noticed Yteor the pandemonium lord
322089 | Zig:6    | Noticed Puaxunt the pandemonium lord
322089 | Zig:6    | Noticed Feisoski the pandemonium lord
322089 | Zig:6    | Noticed Hapa the pandemonium lord
322089 | Zig:6    | Noticed Buiwaamo the pandemonium lord
322089 | Zig:6    | Noticed Jil Ziar the pandemonium lord
322089 | Zig:6    | Noticed Cinuele the pandemonium lord
322090 | Zig:6    | Killed Cihem Moma the pandemonium lord
322090 | Zig:6    | Killed Ytraxiraab the pandemonium lord
322090 | Zig:6    | Killed Qybuthug the pandemonium lord
322090 | Zig:6    | Killed Roesisok the pandemonium lord
322090 | Zig:6    | Killed Liucs the pandemonium lord
322090 | Zig:6    | Killed Zaonu the pandemonium lord
322090 | Zig:6    | Killed Meentib the pandemonium lord
322090 | Zig:6    | Killed Ashobrij the pandemonium lord
322090 | Zig:6    | Killed Puaxunt the pandemonium lord
322090 | Zig:6    | Killed Pilog the pandemonium lord
322090 | Zig:6    | Killed Feisoski the pandemonium lord
322090 | Zig:6    | Noticed Onwaff the pandemonium lord
322090 | Zig:6    | Noticed Zadeckomu the pandemonium lord
322091 | Zig:6    | Killed Buiwaamo the pandemonium lord
322091 | Zig:6    | Killed Yteor the pandemonium lord
322091 | Zig:6    | Killed Ucsim the pandemonium lord
322091 | Zig:6    | Killed Zeopad the pandemonium lord
322091 | Zig:6    | Killed Fovul the pandemonium lord
322091 | Zig:6    | Killed Ikhoss the pandemonium lord
322091 | Zig:6    | Noticed Haddok the pandemonium lord
322091 | Zig:6    | Noticed Lecammad the pandemonium lord
322091 | Zig:6    | Noticed Neloejee the pandemonium lord
322093 | Zig:6    | Killed Jil Ziar the pandemonium lord
322093 | Zig:6    | Killed Omarif the pandemonium lord
322093 | Zig:6    | Killed Cinuele the pandemonium lord
322093 | Zig:6    | Killed Hapa the pandemonium lord
322093 | Zig:6    | Killed Onwaff the pandemonium lord
322093 | Zig:6    | Killed Lecammad the pandemonium lord
322093 | Zig:6    | Noticed Rerinomu the pandemonium lord
322093 | Zig:6    | Noticed Tetuf the pandemonium lord
322094 | Zig:6    | Killed Ximoc the pandemonium lord
322094 | Zig:6    | Killed Haddok the pandemonium lord
322095 | Zig:6    | Killed Foowub the pandemonium lord
322097 | Zig:6    | Killed Neloejee the pandemonium lord
322097 | Zig:6    | Killed Paicahoi the pandemonium lord
322098 | Zig:6    | Killed Tetuf the pandemonium lord
322098 | Zig:6    | Killed Borautex the pandemonium lord
322099 | Zig:6    | Killed Jojafu the pandemonium lord
322099 | Zig:6    | Noticed Hesu Eru the pandemonium lord
322100 | Zig:6    | Killed Zadeckomu the pandemonium lord
322100 | Zig:6    | Killed Rerinomu the pandemonium lord
322100 | Zig:6    | Noticed Geopnecu the pandemonium lord
322101 | Zig:6    | Killed Tetwas the pandemonium lord
322101 | Zig:6    | Noticed Daecitse the pandemonium lord
322101 | Zig:6    | Noticed Qioppo Utsih the pandemonium lord
322120 | Zig:6    | Killed Qioppo Utsih the pandemonium lord
322120 | Zig:6    | Killed Geopnecu the pandemonium lord
322124 | Zig:6    | Killed Daecitse the pandemonium lord
322129 | Zig:6    | Killed Hesu Eru the pandemonium lord
322476 | Zig:6    | Identified the +5 chain mail of the Doomed Alphagorgon
                  | {rElec Str+2 Int-5 Stlth+}
322516 | Zig:7    | Entered Level 7 of a ziggurat
322516 | Zig:7    | Noticed a royal mummy
322516 | Zig:7    | Noticed a royal mummy
322516 | Zig:7    | Noticed a royal mummy
322516 | Zig:7    | Noticed a royal mummy
322516 | Zig:7    | Noticed a royal mummy
322517 | Zig:7    | Killed a royal mummy
322517 | Zig:7    | Killed a royal mummy
322517 | Zig:7    | Killed a royal mummy
322517 | Zig:7    | Killed a royal mummy
322518 | Zig:7    | Noticed a royal mummy
322518 | Zig:7    | Noticed a royal mummy
322520 | Zig:7    | Noticed a royal mummy
322520 | Zig:7    | Noticed a royal mummy
322521 | Zig:7    | Killed a royal mummy
322522 | Zig:7    | Killed a royal mummy
322523 | Zig:7    | Noticed a royal mummy
322524 | Zig:7    | Killed a royal mummy
322526 | Zig:7    | Killed a royal mummy
322526 | Zig:7    | Killed a royal mummy
322526 | Zig:7    | Killed a royal mummy
322662 | Zig:7    | Identified the staff "Pos Puo" {rPois Int+2 Dex+4 Poison}
322672 | Zig:7    | Identified the +1 long sword of the Eternal Void {freeze,
                  | rN+ rCorr Int+4 Dex-2}
322699 | Zig:7    | Identified the -1 helmet "Xottec" {Regen+ Dex+3}
322962 | Zig:8    | Entered Level 8 of a ziggurat
322973 | Zig:8    | Identified the +1 short sword of Bokhiak {heavy, rElec
                  | Int+5}
322976 | Zig:8    | Identified the +1 sling of the Grinning Gods {speed, +Blink
                  | rElec rC+}
323217 | Zig:8    | Identified the -1 helmet of the Arena {rF- rC+++ Dex+6}
323239 | Zig:8    | Identified the +10 broad axe of the Eggplant {flame, Fly
                  | rElec}
323265 | Zig:8    | Identified the staff "Azixedath" {rPois Fire Poison}
323342 | Zig:9    | Entered Level 9 of a ziggurat
323342 | Zig:9    | Noticed an ancient lich
323342 | Zig:9    | Noticed an ancient lich
323342 | Zig:9    | Noticed an ancient lich
323342 | Zig:9    | Noticed an ancient lich
323342 | Zig:9    | Noticed an ancient lich
323342 | Zig:9    | Noticed an ancient lich
323342 | Zig:9    | Noticed an ancient lich
323342 | Zig:9    | Noticed an ancient lich
323342 | Zig:9    | Noticed an ancient lich
323342 | Zig:9    | Noticed an ancient lich
323342 | Zig:9    | Noticed an ancient lich
323342 | Zig:9    | Noticed an ancient lich
323343 | Zig:9    | Killed an ancient lich
323343 | Zig:9    | Killed an ancient lich
323343 | Zig:9    | Killed an ancient lich
323343 | Zig:9    | Killed an ancient lich
323343 | Zig:9    | Killed an ancient lich
323343 | Zig:9    | Killed an ancient lich
323343 | Zig:9    | Killed an ancient lich
323343 | Zig:9    | Killed an ancient lich
323343 | Zig:9    | Killed an ancient lich
323343 | Zig:9    | Killed an ancient lich
323344 | Zig:9    | Noticed an ancient lich
323345 | Zig:9    | Noticed an ancient lich
323346 | Zig:9    | Noticed an ancient lich
323346 | Zig:9    | Noticed an ancient lich
323347 | Zig:9    | Noticed an ancient lich
323347 | Zig:9    | Noticed an ancient lich
323350 | Zig:9    | Noticed an ancient lich
323350 | Zig:9    | Killed an ancient lich
323350 | Zig:9    | Killed an ancient lich
323350 | Zig:9    | Killed an ancient lich
323350 | Zig:9    | Killed an ancient lich
323350 | Zig:9    | Killed an ancient lich
323350 | Zig:9    | Killed an ancient lich
323351 | Zig:9    | Killed an ancient lich
323351 | Zig:9    | Killed an ancient lich
323351 | Zig:9    | Killed an ancient lich
323352 | Zig:9    | Noticed an ancient lich
323353 | Zig:9    | Noticed an ancient lich
323357 | Zig:9    | Killed an ancient lich
323358 | Zig:9    | Killed an ancient lich
323462 | Zig:9    | Identified the +7 spear of Plunder {freeze, rF+ Str+3}
323474 | Zig:9    | Identified the staff of the Briny Deep {rC+ Earth}
323476 | Zig:9    | Identified the +6 dire flail of the Valley {flame, rF++
                  | Str+3 Stlth-}
323802 | Zig:10   | Entered Level 10 of a ziggurat
324247 | Zig:10   | Identified the staff "Nifid" {rElec Conj}
324266 | Zig:10   | Identified the staff of the Shore {Fly rElec Will+ Air}
324306 | Zig:10   | Identified the amulet of Eternity {RegenMP +Blink}
324344 | Zig:10   | Identified the +5 leather armour of Defence {Regen+}
324394 | Zig:11   | Entered Level 11 of a ziggurat
324394 | Zig:11   | Noticed a dread lich
324394 | Zig:11   | Noticed an ancient lich
324394 | Zig:11   | Noticed an ancient lich
324394 | Zig:11   | Noticed a dread lich
324394 | Zig:11   | Noticed a dread lich
324394 | Zig:11   | Noticed a dread lich
324394 | Zig:11   | Noticed a dread lich
324394 | Zig:11   | Noticed an ancient lich
324394 | Zig:11   | Noticed a dread lich
324394 | Zig:11   | Noticed an ancient lich
324394 | Zig:11   | Noticed a dread lich
324394 | Zig:11   | Noticed an ancient lich
324394 | Zig:11   | Noticed a dread lich
324394 | Zig:11   | Noticed a dread lich
324394 | Zig:11   | Noticed a dread lich
324394 | Zig:11   | Noticed an ancient lich
324394 | Zig:11   | Noticed an ancient lich
324394 | Zig:11   | Noticed an ancient lich
324395 | Zig:11   | Noticed an ancient lich
324395 | Zig:11   | Noticed an ancient lich
324395 | Zig:11   | Noticed a dread lich
324395 | Zig:11   | Noticed a dread lich
324395 | Zig:11   | Noticed a dread lich
324396 | Zig:11   | Noticed an ancient lich
324396 | Zig:11   | Noticed a dread lich
324396 | Zig:11   | Noticed an ancient lich
324396 | Zig:11   | Noticed a dread lich
324396 | Zig:11   | Noticed a dread lich
324396 | Zig:11   | Noticed a dread lich
324397 | Zig:11   | Killed a dread lich
324397 | Zig:11   | Killed a dread lich
324397 | Zig:11   | Killed a dread lich
324397 | Zig:11   | Killed a dread lich
324397 | Zig:11   | Killed an ancient lich
324397 | Zig:11   | Killed an ancient lich
324397 | Zig:11   | Killed a dread lich
324397 | Zig:11   | Killed an ancient lich
324397 | Zig:11   | Killed an ancient lich
324397 | Zig:11   | Killed a dread lich
324397 | Zig:11   | Killed an ancient lich
324397 | Zig:11   | Killed an ancient lich
324397 | Zig:11   | Killed a dread lich
324397 | Zig:11   | Killed an ancient lich
324397 | Zig:11   | Killed a dread lich
324397 | Zig:11   | Killed a dread lich
324397 | Zig:11   | Killed a dread lich
324397 | Zig:11   | Killed an ancient lich
324397 | Zig:11   | Killed a dread lich
324397 | Zig:11   | Killed a dread lich
324397 | Zig:11   | Killed a dread lich
324397 | Zig:11   | Noticed a dread lich
324397 | Zig:11   | Noticed an ancient lich
324397 | Zig:11   | Noticed an ancient lich
324397 | Zig:11   | Noticed an ancient lich
324398 | Zig:11   | Noticed a dread lich
324398 | Zig:11   | Noticed an ancient lich
324398 | Zig:11   | Noticed a dread lich
324398 | Zig:11   | Noticed an ancient lich
324398 | Zig:11   | Noticed a dread lich
324399 | Zig:11   | Noticed an ancient lich
324399 | Zig:11   | Noticed an ancient lich
324399 | Zig:11   | Noticed a dread lich
324400 | Zig:11   | Noticed an ancient lich
324400 | Zig:11   | Noticed a dread lich
324400 | Zig:11   | Noticed a dread lich
324400 | Zig:11   | Noticed a dread lich
324400 | Zig:11   | Noticed an ancient lich
324400 | Zig:11   | Noticed a dread lich
324401 | Zig:11   | Killed an ancient lich
324401 | Zig:11   | Killed a dread lich
324401 | Zig:11   | Killed a dread lich
324401 | Zig:11   | Killed an ancient lich
324401 | Zig:11   | Killed an ancient lich
324401 | Zig:11   | Killed an ancient lich
324401 | Zig:11   | Killed a dread lich
324401 | Zig:11   | Killed a dread lich
324401 | Zig:11   | Killed an ancient lich
324401 | Zig:11   | Killed a dread lich
324401 | Zig:11   | Killed an ancient lich
324401 | Zig:11   | Killed a dread lich
324401 | Zig:11   | Killed an ancient lich
324401 | Zig:11   | Killed an ancient lich
324401 | Zig:11   | Killed an ancient lich
324401 | Zig:11   | Killed a dread lich
324401 | Zig:11   | Killed an ancient lich
324401 | Zig:11   | Killed a dread lich
324401 | Zig:11   | Killed a dread lich
324402 | Zig:11   | Killed an ancient lich
324402 | Zig:11   | Killed an ancient lich
324402 | Zig:11   | Killed a dread lich
324402 | Zig:11   | Killed a dread lich
324402 | Zig:11   | Killed a dread lich
324402 | Zig:11   | Killed a dread lich
324402 | Zig:11   | Killed an ancient lich
324402 | Zig:11   | Noticed an ancient lich
324402 | Zig:11   | Noticed a dread lich
324402 | Zig:11   | Noticed a dread lich
324403 | Zig:11   | Noticed an ancient lich
324403 | Zig:11   | Noticed a dread lich
324403 | Zig:11   | Noticed a dread lich
324403 | Zig:11   | Noticed an ancient lich
324404 | Zig:11   | Noticed a dread lich
324404 | Zig:11   | Noticed an ancient lich
324405 | Zig:11   | Noticed an ancient lich
324405 | Zig:11   | Noticed an ancient lich
324406 | Zig:11   | Noticed an ancient lich
324406 | Zig:11   | Killed a dread lich
324406 | Zig:11   | Killed a dread lich
324406 | Zig:11   | Killed a dread lich
324406 | Zig:11   | Killed an ancient lich
324406 | Zig:11   | Killed an ancient lich
324406 | Zig:11   | Killed an ancient lich
324406 | Zig:11   | Killed a dread lich
324406 | Zig:11   | Killed an ancient lich
324406 | Zig:11   | Killed an ancient lich
324406 | Zig:11   | Noticed a dread lich
324407 | Zig:11   | Killed a dread lich
324407 | Zig:11   | Killed an ancient lich
324407 | Zig:11   | Killed a dread lich
324407 | Zig:11   | Killed an ancient lich
324409 | Zig:11   | Noticed a dread lich
324413 | Zig:11   | Killed a dread lich
324417 | Zig:11   | Identified the +1 lajatang of Thoughtfulness {freeze,
                  | +Blink rC+ Int+3}
324569 | Zig:11   | Identified the +7 lajatang "Jurab" {freeze, rPois Str+3}
324863 | Zig:12   | Entered Level 12 of a ziggurat
325440 | Zig:12   | Identified the staff "Zada" {rN+ Int+3 Stlth+ Necro}
325447 | Zig:12   | Identified the +12 chain mail of Kikubaaqudgha {+Blink
                  | Will- Regen+ rCorr}
325455 | Zig:12   | Identified the +8 lajatang of Ahil {vamp, rPois}
325458 | Zig:12   | Identified the ring "Ycleit" {Wiz rElec rCorr Slay+2}
325511 | Zig:13   | Entered Level 13 of a ziggurat
325667 | Zig:13   | Identified the +9 lajatang of Courage {speed, rElec Str+3
                  | Int-3}
325689 | Zig:13   | Identified the +7 shortbow "Eryrph" {drain, Will+}
325714 | Zig:13   | Identified the +5 scimitar of Generosity {flame, rCorr
                  | Dex+4}
325716 | Zig:13   | Identified the +9 lajatang of Hotiesch {freeze, rC+++ Str+5
                  | Int-4 Dex-5}
325726 | Zig:13   | Identified the +2 leather armour of Indemnity {Harm rC+
                  | Str-3 Int+3}
325743 | Zig:13   | Identified the +8 spear "Zisel" {flame, Dex+5}
325787 | Zig:13   | Identified the +0 scale mail "Plog" {Str-3 Dex+4}
326270 | Zig:13   | Acquired 1281 gold pieces
326280 | Zig:14   | Entered Level 14 of a ziggurat
326280 | Zig:14   | Noticed a juggernaut
326280 | Zig:14   | Noticed a juggernaut
326280 | Zig:14   | Noticed a juggernaut
326280 | Zig:14   | Noticed a juggernaut
326280 | Zig:14   | Noticed a juggernaut
326280 | Zig:14   | Noticed a juggernaut
326280 | Zig:14   | Noticed a juggernaut
326281 | Zig:14   | Killed a juggernaut
326281 | Zig:14   | Killed a juggernaut
326281 | Zig:14   | Killed a juggernaut
326281 | Zig:14   | Killed a juggernaut
326281 | Zig:14   | Killed a juggernaut
326281 | Zig:14   | Killed a juggernaut
326281 | Zig:14   | Killed a juggernaut
326282 | Zig:14   | Noticed a juggernaut
326283 | Zig:14   | Noticed a juggernaut
326285 | Zig:14   | Noticed a juggernaut
326285 | Zig:14   | Noticed a juggernaut
326286 | Zig:14   | Noticed a juggernaut
326286 | Zig:14   | Noticed a juggernaut
326286 | Zig:14   | Noticed a juggernaut
326286 | Zig:14   | Noticed a juggernaut
326286 | Zig:14   | Noticed a juggernaut
326286 | Zig:14   | Noticed a juggernaut
326287 | Zig:14   | Noticed a juggernaut
326287 | Zig:14   | Noticed a juggernaut
326287 | Zig:14   | Noticed a juggernaut
326287 | Zig:14   | Noticed a juggernaut
326288 | Zig:14   | Noticed a juggernaut
326288 | Zig:14   | Noticed a juggernaut
326288 | Zig:14   | Noticed a juggernaut
326289 | Zig:14   | Noticed a juggernaut
326289 | Zig:14   | Noticed a juggernaut
326289 | Zig:14   | Noticed a juggernaut
326290 | Zig:14   | Killed a juggernaut
326290 | Zig:14   | Killed a juggernaut
326290 | Zig:14   | Killed a juggernaut
326290 | Zig:14   | Killed a juggernaut
326290 | Zig:14   | Killed a juggernaut
326290 | Zig:14   | Killed a juggernaut
326290 | Zig:14   | Killed a juggernaut
326290 | Zig:14   | Killed a juggernaut
326290 | Zig:14   | Killed a juggernaut
326290 | Zig:14   | Killed a juggernaut
326290 | Zig:14   | Killed a juggernaut
326290 | Zig:14   | Killed a juggernaut
326290 | Zig:14   | Killed a juggernaut
326290 | Zig:14   | Killed a juggernaut
326290 | Zig:14   | Killed a juggernaut
326290 | Zig:14   | Killed a juggernaut
326290 | Zig:14   | Killed a juggernaut
326290 | Zig:14   | Killed a juggernaut
326291 | Zig:14   | Noticed a juggernaut
326291 | Zig:14   | Noticed a juggernaut
326292 | Zig:14   | Noticed a juggernaut
326293 | Zig:14   | Noticed a juggernaut
326293 | Zig:14   | Noticed a juggernaut
326294 | Zig:14   | Noticed a juggernaut
326295 | Zig:14   | Noticed a juggernaut
326295 | Zig:14   | Noticed a juggernaut
326295 | Zig:14   | Noticed a juggernaut
326297 | Zig:14   | Noticed a juggernaut
326297 | Zig:14   | Noticed a juggernaut
326297 | Zig:14   | Killed a juggernaut
326298 | Zig:14   | Killed a juggernaut
326299 | Zig:14   | Killed a juggernaut
326300 | Zig:14   | Noticed a juggernaut
326300 | Zig:14   | Killed a juggernaut
326300 | Zig:14   | Killed a juggernaut
326300 | Zig:14   | Killed a juggernaut
326301 | Zig:14   | Killed a juggernaut
326302 | Zig:14   | Noticed a juggernaut
326302 | Zig:14   | Killed a juggernaut
326302 | Zig:14   | Killed a juggernaut
326305 | Zig:14   | Killed a juggernaut
326305 | Zig:14   | Killed a juggernaut
326305 | Zig:14   | Killed a juggernaut
326307 | Zig:14   | Killed a juggernaut
326307 | Zig:14   | Killed a juggernaut
326307 | Zig:14   | Killed a juggernaut
326932 | Zig:14   | Identified the +10 rapier of the Spectre {drain, rCorr}
326941 | Zig:14   | Identified the +8 falchion "Kuuwenisa" {freeze, Str+3
                  | Dex+4}
326943 | Zig:14   | Identified the ring "Ciwyekko" {rCorr Dex+2 Stlth+}
326964 | Zig:14   | Identified the +3 broad axe "Dragonslayer" {freeze, Will++}
327049 | Zig:14   | Identified the +3 mace "Vawifymn" {heavy, rN+}
327061 | Zig:14   | Identified the +10 shortbow "Usaog" {speed, Drain Dex+5}
327123 | Zig:14   | Acquired 812 gold pieces
327138 | Zig:15   | Entered Level 15 of a ziggurat
327299 | Zig:15   | Identified the +4 rapier of Propriety {flame, *Corrode rC++
                  | Will+ Stlth+}
327316 | Zig:15   | Identified the +12 chain mail "Paxug" {Str+4}
327317 | Zig:15   | Identified the +0 lajatang "Hozo" {drain, Str+3}
327352 | Zig:15   | Identified the ring "Poruop" {rF+ rCorr}
327396 | Zig:15   | Identified the +4 robe "Vipaawn" {Rampage Dex+4}
327911 | Zig:15   | Identified the +9 flail of Loos {flame, Str+2}
327916 | Zig:16   | Entered Level 16 of a ziggurat
327917 | Zig:16   | Noticed an ancient lich
327917 | Zig:16   | Noticed a dread lich
327917 | Zig:16   | Noticed a dread lich
327918 | Zig:16   | Noticed a dread lich
327918 | Zig:16   | Noticed an ancient lich
327918 | Zig:16   | Noticed an ancient lich
327918 | Zig:16   | Noticed an ancient lich
327919 | Zig:16   | Noticed a dread lich
327919 | Zig:16   | Noticed an ancient lich
327919 | Zig:16   | Noticed a dread lich
327919 | Zig:16   | Noticed an ancient lich
327919 | Zig:16   | Noticed an ancient lich
327920 | Zig:16   | Noticed an ancient lich
327920 | Zig:16   | Noticed a dread lich
327920 | Zig:16   | Noticed an ancient lich
327920 | Zig:16   | Noticed a dread lich
327921 | Zig:16   | Noticed an ancient lich
327921 | Zig:16   | Noticed an ancient lich
327921 | Zig:16   | Noticed an ancient lich
327921 | Zig:16   | Noticed an ancient lich
327922 | Zig:16   | Noticed an ancient lich
327922 | Zig:16   | Noticed an ancient lich
327922 | Zig:16   | Noticed a dread lich
327922 | Zig:16   | Noticed an ancient lich
327922 | Zig:16   | Noticed an ancient lich
327922 | Zig:16   | Noticed an ancient lich
327922 | Zig:16   | Noticed a dread lich
327922 | Zig:16   | Noticed a dread lich
327923 | Zig:16   | Noticed an ancient lich
327923 | Zig:16   | Noticed a dread lich
327923 | Zig:16   | Noticed a dread lich
327923 | Zig:16   | Noticed an ancient lich
327923 | Zig:16   | Noticed an ancient lich
327924 | Zig:16   | Killed an ancient lich
327924 | Zig:16   | Killed a dread lich
327924 | Zig:16   | Killed an ancient lich
327924 | Zig:16   | Killed an ancient lich
327924 | Zig:16   | Killed an ancient lich
327924 | Zig:16   | Killed an ancient lich
327924 | Zig:16   | Killed an ancient lich
327924 | Zig:16   | Killed an ancient lich
327924 | Zig:16   | Killed an ancient lich
327924 | Zig:16   | Killed an ancient lich
327924 | Zig:16   | Killed a dread lich
327924 | Zig:16   | Killed an ancient lich
327924 | Zig:16   | Killed an ancient lich
327924 | Zig:16   | Killed an ancient lich
327924 | Zig:16   | Killed an ancient lich
327924 | Zig:16   | Killed a dread lich
327924 | Zig:16   | Killed an ancient lich
327924 | Zig:16   | Killed an ancient lich
327924 | Zig:16   | Killed a dread lich
327924 | Zig:16   | Killed an ancient lich
327924 | Zig:16   | Killed an ancient lich
327924 | Zig:16   | Killed a dread lich
327924 | Zig:16   | Killed an ancient lich
327924 | Zig:16   | Noticed a dread lich
327924 | Zig:16   | Noticed a dread lich
327925 | Zig:16   | Killed a dread lich
327925 | Zig:16   | Killed an ancient lich
327925 | Zig:16   | Killed a dread lich
327925 | Zig:16   | Killed a dread lich
327925 | Zig:16   | Killed an ancient lich
327925 | Zig:16   | Killed a dread lich
327925 | Zig:16   | Killed a dread lich
327925 | Zig:16   | Killed a dread lich
327925 | Zig:16   | Killed an ancient lich
327925 | Zig:16   | Killed a dread lich
327925 | Zig:16   | Killed a dread lich
327926 | Zig:16   | Noticed a dread lich
327926 | Zig:16   | Noticed a dread lich
327926 | Zig:16   | Noticed a dread lich
327927 | Zig:16   | Noticed an ancient lich
327927 | Zig:16   | Noticed a dread lich
327927 | Zig:16   | Noticed an ancient lich
327927 | Zig:16   | Noticed an ancient lich
327927 | Zig:16   | Noticed an ancient lich
327927 | Zig:16   | Noticed a dread lich
327928 | Zig:16   | Killed an ancient lich
327928 | Zig:16   | Killed a dread lich
327928 | Zig:16   | Killed an ancient lich
327928 | Zig:16   | Killed an ancient lich
327929 | Zig:16   | Killed a dread lich
327929 | Zig:16   | Killed a dread lich
327929 | Zig:16   | Killed a dread lich
327929 | Zig:16   | Killed an ancient lich
327929 | Zig:16   | Killed a dread lich
327929 | Zig:16   | Noticed a dread lich
327929 | Zig:16   | Noticed a dread lich
327929 | Zig:16   | Noticed an ancient lich
327930 | Zig:16   | Noticed a dread lich
327930 | Zig:16   | Noticed an ancient lich
327930 | Zig:16   | Noticed a dread lich
327930 | Zig:16   | Noticed an ancient lich
327931 | Zig:16   | Killed an ancient lich
327932 | Zig:16   | Noticed an ancient lich
327932 | Zig:16   | Noticed a dread lich
327932 | Zig:16   | Noticed an ancient lich
327932 | Zig:16   | Noticed a dread lich
327932 | Zig:16   | Noticed a dread lich
327932 | Zig:16   | Noticed an ancient lich
327933 | Zig:16   | Noticed a dread lich
327933 | Zig:16   | Noticed a dread lich
327934 | Zig:16   | Killed an ancient lich
327934 | Zig:16   | Killed a dread lich
327934 | Zig:16   | Killed a dread lich
327934 | Zig:16   | Killed a dread lich
327934 | Zig:16   | Killed a dread lich
327934 | Zig:16   | Killed an ancient lich
327934 | Zig:16   | Killed an ancient lich
327934 | Zig:16   | Killed an ancient lich
327935 | Zig:16   | Noticed a dread lich
327935 | Zig:16   | Noticed an ancient lich
327935 | Zig:16   | Noticed a dread lich
327936 | Zig:16   | Killed a dread lich
327936 | Zig:16   | Killed a dread lich
327937 | Zig:16   | Killed a dread lich
327937 | Zig:16   | Killed an ancient lich
327937 | Zig:16   | Killed a dread lich
327937 | Zig:16   | Killed a dread lich
327937 | Zig:16   | Killed a dread lich
327937 | Zig:16   | Killed a dread lich
327937 | Zig:16   | Killed a dread lich
327937 | Zig:16   | Killed an ancient lich
327938 | Zig:16   | Noticed an ancient lich
327938 | Zig:16   | Noticed an ancient lich
327938 | Zig:16   | Noticed an ancient lich
327938 | Zig:16   | Noticed a dread lich
327939 | Zig:16   | Noticed a dread lich
327940 | Zig:16   | Noticed a dread lich
327944 | Zig:16   | Killed an ancient lich
327947 | Zig:16   | Killed a dread lich
327948 | Zig:16   | Killed a dread lich
327948 | Zig:16   | Killed an ancient lich
327949 | Zig:16   | Killed an ancient lich
327949 | Zig:16   | Killed a dread lich
328534 | Zig:16   | Identified the +5 lajatang "Mualerghoixoo" {pain, Str+3}
328538 | Zig:16   | Identified the +1 chain mail "Vekec" {rElec rN+}
328549 | Zig:16   | Identified the ring "Usasot" {Str+6 Int+4 Slay+3 SInv}
328606 | Zig:16   | Identified the +0 hat of Wisdom {+Blink Str-2 Slay+3}
328613 | Zig:17   | Entered Level 17 of a ziggurat
328639 | Zig:17   | Identified the +4 great sword "Waggoischule" {freeze, Fly
                  | rF- rCorr SInv}
328643 | Zig:17   | Paralysed by a floating eye for 3 turns
328794 | Zig:17   | Identified the +3 leather armour of Resonance {Str+4}
328816 | Zig:17   | Identified the staff of the Wilderness {Drain rElec rC+++
                  | Dex-5 Conj}
328826 | Zig:17   | Identified the +5 trident "Ubullih" {drain, rCorr}
328835 | Zig:17   | Identified the +9 shortbow of the Ageing Gods {drain, rElec
                  | rN+++ Str-5 Int+2}
328839 | Zig:17   | Identified the +1 robe "Rihycwi" {rCorr Str+3 Int+7}
328864 | Zig:17   | Identified the +2 pair of gloves of Generosity {rPois
                  | Regen+ Str+3}
328865 | Zig:17   | Identified the +1 war axe "Dudyn" {heavy, Will- MP+9 Int+3
                  | SInv}
328877 | Zig:17   | Identified the ring "Zita" {+Blink rF+ Int-3 SInv Stlth+}
329424 | Zig:17   | Acquired 638 gold pieces
329437 | Zig:18   | Entered Level 18 of a ziggurat
330277 | Zig:18   | Identified the +8 lajatang "Aduosodoimo" {flame, rPois
                  | rN+++ Dex+4}
330317 | Zig:18   | Identified the +5 chain mail of Lowon {Regen+}
330355 | Zig:18   | Identified the +7 plate armour of Areg {rElec Dex+3}
330470 | Zig:19   | Entered Level 19 of a ziggurat
330861 | Zig:19   | Identified the +3 lajatang of Tartarus {holy, rF+ Stlth+}
330867 | Zig:19   | Identified the amulet of Asauthagh {RegenMP Int+5}
330874 | Zig:19   | Identified the ring of Compassion {rElec rN+ Will+ Dex+3}
330896 | Zig:19   | Identified the staff of Obiter Dictum {rElec rN+ rCorr
                  | Dex-3 Necro}
330898 | Zig:19   | Identified the +7 dire flail "Ehaakag" {holy, Dex+4 SInv}
330908 | Zig:19   | Identified the +0 chain mail "Ymoxzesu" {Contam rElec
                  | Regen+ Str+6}
330929 | Zig:19   | Identified the staff "Kelutt" {rElec rPois rF- rN+++ Necro
                  | Poison}
331445 | Zig:20   | Entered Level 20 of a ziggurat
331445 | Zig:20   | Noticed a royal mummy
331445 | Zig:20   | Noticed a royal mummy
331445 | Zig:20   | Noticed a royal mummy
331445 | Zig:20   | Noticed a royal mummy
331445 | Zig:20   | Noticed a royal mummy
331445 | Zig:20   | Noticed a royal mummy
331445 | Zig:20   | Noticed a royal mummy
331445 | Zig:20   | Noticed a royal mummy
331445 | Zig:20   | Noticed a royal mummy
331445 | Zig:20   | Noticed a royal mummy
331445 | Zig:20   | Noticed a royal mummy
331445 | Zig:20   | Noticed a royal mummy
331445 | Zig:20   | Noticed a royal mummy
331445 | Zig:20   | Noticed a royal mummy
331446 | Zig:20   | Killed a royal mummy
331446 | Zig:20   | Killed a royal mummy
331446 | Zig:20   | Killed a royal mummy
331446 | Zig:20   | Killed a royal mummy
331446 | Zig:20   | Killed a royal mummy
331446 | Zig:20   | Killed a royal mummy
331446 | Zig:20   | Killed a royal mummy
331446 | Zig:20   | Killed a royal mummy
331446 | Zig:20   | Killed a royal mummy
331446 | Zig:20   | Killed a royal mummy
331446 | Zig:20   | Killed a royal mummy
331446 | Zig:20   | Killed a royal mummy
331446 | Zig:20   | Killed a royal mummy
331446 | Zig:20   | Killed a royal mummy
331447 | Zig:20   | Noticed a royal mummy
331447 | Zig:20   | Noticed a royal mummy
331450 | Zig:20   | Noticed a royal mummy
331451 | Zig:20   | Noticed a royal mummy
331451 | Zig:20   | Noticed a royal mummy
331451 | Zig:20   | Noticed a royal mummy
331451 | Zig:20   | Noticed a royal mummy
331451 | Zig:20   | Killed a royal mummy
331451 | Zig:20   | Killed a royal mummy
331451 | Zig:20   | Noticed a royal mummy
331452 | Zig:20   | Noticed a royal mummy
331452 | Zig:20   | Noticed a royal mummy
331452 | Zig:20   | Noticed a royal mummy
331453 | Zig:20   | Noticed a royal mummy
331453 | Zig:20   | Noticed a royal mummy
331453 | Zig:20   | Noticed a royal mummy
331453 | Zig:20   | Noticed a royal mummy
331453 | Zig:20   | Noticed a royal mummy
331453 | Zig:20   | Noticed a royal mummy
331453 | Zig:20   | Noticed a royal mummy
331453 | Zig:20   | Noticed a royal mummy
331454 | Zig:20   | Killed a royal mummy
331454 | Zig:20   | Killed a royal mummy
331454 | Zig:20   | Killed a royal mummy
331454 | Zig:20   | Killed a royal mummy
331454 | Zig:20   | Killed a royal mummy
331454 | Zig:20   | Killed a royal mummy
331454 | Zig:20   | Killed a royal mummy
331454 | Zig:20   | Killed a royal mummy
331454 | Zig:20   | Killed a royal mummy
331454 | Zig:20   | Killed a royal mummy
331454 | Zig:20   | Noticed a royal mummy
331454 | Zig:20   | Noticed a royal mummy
331455 | Zig:20   | Noticed a royal mummy
331455 | Zig:20   | Noticed a royal mummy
331455 | Zig:20   | Noticed a royal mummy
331456 | Zig:20   | Noticed a royal mummy
331456 | Zig:20   | Noticed a royal mummy
331456 | Zig:20   | Noticed a royal mummy
331458 | Zig:20   | Killed a royal mummy
331458 | Zig:20   | Killed a royal mummy
331458 | Zig:20   | Killed a royal mummy
331458 | Zig:20   | Killed a royal mummy
331458 | Zig:20   | Killed a royal mummy
331458 | Zig:20   | Killed a royal mummy
331458 | Zig:20   | Killed a royal mummy
331458 | Zig:20   | Killed a royal mummy
331458 | Zig:20   | Killed a royal mummy
331458 | Zig:20   | Killed a royal mummy
331458 | Zig:20   | Killed a royal mummy
331458 | Zig:20   | Killed a royal mummy
331458 | Zig:20   | Killed a royal mummy
331458 | Zig:20   | Noticed a royal mummy
331459 | Zig:20   | Noticed a royal mummy
331459 | Zig:20   | Noticed a royal mummy
331460 | Zig:20   | Noticed a royal mummy
331460 | Zig:20   | Noticed a royal mummy
331460 | Zig:20   | Noticed a royal mummy
331461 | Zig:20   | Noticed a royal mummy
331461 | Zig:20   | Killed a royal mummy
331461 | Zig:20   | Noticed a royal mummy
331462 | Zig:20   | Noticed a royal mummy
331463 | Zig:20   | Noticed a royal mummy
331463 | Zig:20   | Noticed a royal mummy
331463 | Zig:20   | Killed a royal mummy
331463 | Zig:20   | Killed a royal mummy
331464 | Zig:20   | Noticed a royal mummy
331464 | Zig:20   | Killed a royal mummy
331464 | Zig:20   | Killed a royal mummy
331464 | Zig:20   | Noticed a royal mummy
331465 | Zig:20   | Killed a royal mummy
331465 | Zig:20   | Noticed a royal mummy
331466 | Zig:20   | Killed a royal mummy
331466 | Zig:20   | Killed a royal mummy
331466 | Zig:20   | Killed a royal mummy
331466 | Zig:20   | Killed a royal mummy
331466 | Zig:20   | Killed a royal mummy
331466 | Zig:20   | Killed a royal mummy
331466 | Zig:20   | Killed a royal mummy
331466 | Zig:20   | Killed a royal mummy
331467 | Zig:20   | Noticed a royal mummy
331467 | Zig:20   | Noticed a royal mummy
331467 | Zig:20   | Noticed a royal mummy
331467 | Zig:20   | Noticed a royal mummy
331467 | Zig:20   | Noticed a royal mummy
331467 | Zig:20   | Noticed a royal mummy
331470 | Zig:20   | Noticed a royal mummy
331471 | Zig:20   | Noticed a royal mummy
331471 | Zig:20   | Killed a royal mummy
331471 | Zig:20   | Noticed a royal mummy
331471 | Zig:20   | Noticed a royal mummy
331472 | Zig:20   | Noticed a royal mummy
331472 | Zig:20   | Noticed a royal mummy
331472 | Zig:20   | Noticed a royal mummy
331472 | Zig:20   | Killed a royal mummy
331472 | Zig:20   | Noticed a royal mummy
331472 | Zig:20   | Noticed a royal mummy
331473 | Zig:20   | Killed a royal mummy
331474 | Zig:20   | Noticed a royal mummy
331474 | Zig:20   | Noticed a royal mummy
331474 | Zig:20   | Killed a royal mummy
331474 | Zig:20   | Killed a royal mummy
331475 | Zig:20   | Noticed a royal mummy
331476 | Zig:20   | Noticed a royal mummy
331477 | Zig:20   | Killed a royal mummy
331477 | Zig:20   | Killed a royal mummy
331477 | Zig:20   | Killed a royal mummy
331477 | Zig:20   | Killed a royal mummy
331477 | Zig:20   | Killed a royal mummy
331477 | Zig:20   | Killed a royal mummy
331477 | Zig:20   | Killed a royal mummy
331477 | Zig:20   | Killed a royal mummy
331477 | Zig:20   | Killed a royal mummy
331477 | Zig:20   | Killed a royal mummy
331477 | Zig:20   | Noticed a royal mummy
331477 | Zig:20   | Noticed a royal mummy
331478 | Zig:20   | Killed a royal mummy
331478 | Zig:20   | Killed a royal mummy
331478 | Zig:20   | Killed a royal mummy
331478 | Zig:20   | Killed a royal mummy
331478 | Zig:20   | Killed a royal mummy
331478 | Zig:20   | Noticed a royal mummy
331478 | Zig:20   | Noticed a royal mummy
331478 | Zig:20   | Noticed a royal mummy
331479 | Zig:20   | Noticed a royal mummy
331479 | Zig:20   | Noticed a royal mummy
331481 | Zig:20   | Killed a royal mummy
331482 | Zig:20   | Noticed a royal mummy
331482 | Zig:20   | Killed a royal mummy
331482 | Zig:20   | Killed a royal mummy
331482 | Zig:20   | Noticed a royal mummy
331485 | Zig:20   | Killed a royal mummy
331485 | Zig:20   | Killed a royal mummy
331485 | Zig:20   | Killed a royal mummy
331485 | Zig:20   | Killed a royal mummy
331485 | Zig:20   | Killed a royal mummy
331485 | Zig:20   | Killed a royal mummy
331485 | Zig:20   | Killed a royal mummy
331490 | Zig:20   | Noticed a royal mummy
331493 | Zig:20   | Killed a royal mummy
332293 | Zig:20   | Identified the staff of Premature Burial {rPois Will- Str+3
                  | SInv Poison}
332295 | Zig:20   | Identified the +1 robe of Yredelemnul's Hope {Int+6}
332301 | Zig:20   | Identified the amulet of Muammic {Faith Str+4}
332305 | Zig:20   | Identified the amulet of Ighazer {Acrobat Will+}
332373 | Zig:20   | Identified the +1 leather armour of Sunlight {rPois}
332386 | Zig:20   | Identified the +7 hand axe "Fuprucoy" {flame, rF+ Int+2}
332394 | Zig:20   | Identified the +6 plate armour "Plog" {Str+3}
332401 | Zig:20   | Identified the +0 lajatang "Nootanle" {heavy, rCorr}
332404 | Zig:20   | Identified the +9 rapier of the Transmuting Eel {freeze,
                  | rElec Will+ Dex+2}
332410 | Zig:20   | Identified the staff "Wusteasch" {+Blink rPois rF+ Dex-5
                  | Fire}
332448 | Zig:20   | Identified the +6 scimitar of the Blue God {heavy, Will+
                  | Dex+3}
332455 | Zig:20   | Identified the +9 quarterstaff of Descent {flame, Dex+2}
332458 | Zig:20   | Identified the ring of Igorol {Fly rN+ Dex-5 Stlth+}
332564 | Zig:21   | Entered Level 21 of a ziggurat
332581 | Zig:21   | Paralysed by an air elemental for 1 turns
332589 | Zig:21   | Paralysed by an air elemental for 1 turns
332618 | Zig:21   | Paralysed by an air elemental for 1 turns
332779 | Zig:21   | Identified the +4 lajatang of Chance {speed, rElec rN+
                  | Int-3 Stlth+}
332781 | Zig:21   | Identified the +10 scimitar of Okawaru's Supremacy {spect,
                  | rElec rN++ Int-2}
332789 | Zig:21   | Identified the staff "Olagid" {rF- rC+ Will++ Summ Ice}
332794 | Zig:21   | Identified the ring of Maach {rElec rF++ Will+ MP+9 Str-5}
332809 | Zig:21   | Identified the +9 hand axe of Wu Jian, Muttering {drain,
                  | rElec rN+ Will- Dex+3}
332842 | Zig:21   | Identified the +0 dagger of the Present {antimagic, Int+5
                  | Dex+2}
332843 | Zig:21   | Identified the ring "Fal Pec" {rElec Will++ SInv}
332850 | Zig:21   | Identified the +4 war axe of Guilt {holy, Will++}
332855 | Zig:21   | Identified the ring of the Swan {Fly rPois Str+4}
332862 | Zig:21   | Identified the +2 dagger of Pain and Death {speed, *Rage
                  | rCorr Str+4 Int+4}
332868 | Zig:21   | Identified the +5 quarterstaff of Poampik {pain, rN+ Str+2
                  | Stlth-}
333507 | Zig:21   | Identified the ring of Lies {Contam MP+9 Int+6 Dex+5 SInv}
333540 | Zig:21   | Acquired 971 gold pieces
333549 | Zig:22   | Entered Level 22 of a ziggurat
334468 | Zig:22   | Identified the +3 mace "Haollior" {heavy, rN+}
334526 | Zig:22   | Identified the ring "Unenocem" {Fire rElec rN+ Str+4}
334543 | Zig:22   | Identified the +6 dagger of Kawy {freeze, rElec Int+3}
334550 | Zig:22   | Identified the +1 war axe of Blood-Lust {drain, +Blink rN+
                  | MP-9 SInv}
334553 | Zig:22   | Identified the +2 lajatang "Tuvarch" {protect, rPois rCorr
                  | Int+5 Dex-4}
334576 | Zig:22   | Identified the +5 plate armour of Sin {rElec rPois Str-3
                  | Dex-4}
334713 | Zig:23   | Entered Level 23 of a ziggurat
334713 | Zig:23   | Noticed a royal mummy
334713 | Zig:23   | Noticed a royal mummy
334713 | Zig:23   | Noticed a royal mummy
334714 | Zig:23   | Noticed a royal mummy
334714 | Zig:23   | Noticed a royal mummy
334714 | Zig:23   | Noticed a royal mummy
334714 | Zig:23   | Noticed a royal mummy
334714 | Zig:23   | Noticed a royal mummy
334715 | Zig:23   | Noticed a royal mummy
334716 | Zig:23   | Killed a royal mummy
334716 | Zig:23   | Killed a royal mummy
334716 | Zig:23   | Killed a royal mummy
334716 | Zig:23   | Killed a royal mummy
334716 | Zig:23   | Killed a royal mummy
334716 | Zig:23   | Killed a royal mummy
334716 | Zig:23   | Killed a royal mummy
334717 | Zig:23   | Noticed a royal mummy
334717 | Zig:23   | Noticed a royal mummy
334717 | Zig:23   | Noticed a royal mummy
334717 | Zig:23   | Noticed a royal mummy
334717 | Zig:23   | Noticed a royal mummy
334718 | Zig:23   | Noticed a royal mummy
334719 | Zig:23   | Noticed a royal mummy
334719 | Zig:23   | Noticed a royal mummy
334719 | Zig:23   | Noticed a royal mummy
334719 | Zig:23   | Killed a royal mummy
334720 | Zig:23   | Noticed a royal mummy
334720 | Zig:23   | Killed a royal mummy
334720 | Zig:23   | Noticed a royal mummy
334721 | Zig:23   | Noticed a royal mummy
334721 | Zig:23   | Killed a royal mummy
334721 | Zig:23   | Noticed a royal mummy
334721 | Zig:23   | Noticed a royal mummy
334722 | Zig:23   | Noticed a royal mummy
334722 | Zig:23   | Noticed a royal mummy
334722 | Zig:23   | Noticed a royal mummy
334722 | Zig:23   | Killed a royal mummy
334723 | Zig:23   | Killed a royal mummy
334723 | Zig:23   | Killed a royal mummy
334723 | Zig:23   | Killed a royal mummy
334723 | Zig:23   | Killed a royal mummy
334723 | Zig:23   | Killed a royal mummy
334723 | Zig:23   | Killed a royal mummy
334723 | Zig:23   | Killed a royal mummy
334723 | Zig:23   | Killed a royal mummy
334723 | Zig:23   | Killed a royal mummy
334723 | Zig:23   | Killed a royal mummy
334723 | Zig:23   | Killed a royal mummy
334723 | Zig:23   | Killed a royal mummy
334723 | Zig:23   | Noticed a royal mummy
334724 | Zig:23   | Noticed a royal mummy
334724 | Zig:23   | Noticed a royal mummy
334724 | Zig:23   | Noticed a royal mummy
334724 | Zig:23   | Noticed a royal mummy
334724 | Zig:23   | Noticed a royal mummy
334724 | Zig:23   | Noticed a royal mummy
334724 | Zig:23   | Noticed a royal mummy
334725 | Zig:23   | Noticed a royal mummy
334725 | Zig:23   | Noticed a royal mummy
334725 | Zig:23   | Noticed a royal mummy
334726 | Zig:23   | Noticed a royal mummy
334727 | Zig:23   | Noticed a royal mummy
334727 | Zig:23   | Noticed a royal mummy
334727 | Zig:23   | Noticed a royal mummy
334727 | Zig:23   | Noticed a royal mummy
334727 | Zig:23   | Noticed a royal mummy
334728 | Zig:23   | Killed a royal mummy
334728 | Zig:23   | Killed a royal mummy
334728 | Zig:23   | Killed a royal mummy
334728 | Zig:23   | Killed a royal mummy
334728 | Zig:23   | Killed a royal mummy
334728 | Zig:23   | Killed a royal mummy
334728 | Zig:23   | Killed a royal mummy
334728 | Zig:23   | Killed a royal mummy
334728 | Zig:23   | Killed a royal mummy
334728 | Zig:23   | Killed a royal mummy
334728 | Zig:23   | Killed a royal mummy
334728 | Zig:23   | Killed a royal mummy
334728 | Zig:23   | Killed a royal mummy
334728 | Zig:23   | Killed a royal mummy
334728 | Zig:23   | Killed a royal mummy
334728 | Zig:23   | Noticed a royal mummy
334728 | Zig:23   | Noticed a royal mummy
334728 | Zig:23   | Noticed a royal mummy
334729 | Zig:23   | Killed a royal mummy
334729 | Zig:23   | Killed a royal mummy
334729 | Zig:23   | Killed a royal mummy
334729 | Zig:23   | Killed a royal mummy
334729 | Zig:23   | Killed a royal mummy
334729 | Zig:23   | Killed a royal mummy
334729 | Zig:23   | Killed a royal mummy
334729 | Zig:23   | Killed a royal mummy
334729 | Zig:23   | Noticed a royal mummy
334729 | Zig:23   | Noticed a royal mummy
334730 | Zig:23   | Noticed a royal mummy
334730 | Zig:23   | Noticed a royal mummy
334730 | Zig:23   | Noticed a royal mummy
334730 | Zig:23   | Noticed a royal mummy
334733 | Zig:23   | Noticed a royal mummy
334733 | Zig:23   | Noticed a royal mummy
334734 | Zig:23   | Noticed a royal mummy
334734 | Zig:23   | Noticed a royal mummy
334735 | Zig:23   | Noticed a royal mummy
334735 | Zig:23   | Noticed a royal mummy
334735 | Zig:23   | Noticed a royal mummy
334735 | Zig:23   | Killed a royal mummy
334736 | Zig:23   | Noticed a royal mummy
334736 | Zig:23   | Noticed a royal mummy
334736 | Zig:23   | Noticed a royal mummy
334737 | Zig:23   | Killed a royal mummy
334737 | Zig:23   | Killed a royal mummy
334737 | Zig:23   | Killed a royal mummy
334737 | Zig:23   | Killed a royal mummy
334737 | Zig:23   | Killed a royal mummy
334737 | Zig:23   | Killed a royal mummy
334737 | Zig:23   | Killed a royal mummy
334737 | Zig:23   | Killed a royal mummy
334738 | Zig:23   | Killed a royal mummy
334738 | Zig:23   | Killed a royal mummy
334738 | Zig:23   | Killed a royal mummy
334738 | Zig:23   | Killed a royal mummy
334738 | Zig:23   | Killed a royal mummy
334738 | Zig:23   | Noticed a royal mummy
334739 | Zig:23   | Noticed a royal mummy
334739 | Zig:23   | Noticed a royal mummy
334739 | Zig:23   | Noticed a royal mummy
334739 | Zig:23   | Noticed a royal mummy
334742 | Zig:23   | Noticed a royal mummy
334742 | Zig:23   | Noticed a royal mummy
334743 | Zig:23   | Noticed a royal mummy
334743 | Zig:23   | Noticed a royal mummy
334744 | Zig:23   | Noticed a royal mummy
334744 | Zig:23   | Noticed a royal mummy
334744 | Zig:23   | Noticed a royal mummy
334744 | Zig:23   | Noticed a royal mummy
334744 | Zig:23   | Killed a royal mummy
334744 | Zig:23   | Killed a royal mummy
334744 | Zig:23   | Noticed a royal mummy
334745 | Zig:23   | Killed a royal mummy
334745 | Zig:23   | Killed a royal mummy
334745 | Zig:23   | Killed a royal mummy
334745 | Zig:23   | Killed a royal mummy
334745 | Zig:23   | Killed a royal mummy
334745 | Zig:23   | Killed a royal mummy
334745 | Zig:23   | Killed a royal mummy
334745 | Zig:23   | Killed a royal mummy
334745 | Zig:23   | Killed a royal mummy
334745 | Zig:23   | Killed a royal mummy
334745 | Zig:23   | Noticed a royal mummy
334745 | Zig:23   | Noticed a royal mummy
334745 | Zig:23   | Noticed a royal mummy
334746 | Zig:23   | Noticed a royal mummy
334746 | Zig:23   | Noticed a royal mummy
334747 | Zig:23   | Noticed a royal mummy
334747 | Zig:23   | Noticed a royal mummy
334748 | Zig:23   | Noticed a royal mummy
334749 | Zig:23   | Killed a royal mummy
334749 | Zig:23   | Killed a royal mummy
334749 | Zig:23   | Killed a royal mummy
334749 | Zig:23   | Killed a royal mummy
334749 | Zig:23   | Killed a royal mummy
334749 | Zig:23   | Killed a royal mummy
334749 | Zig:23   | Killed a royal mummy
334749 | Zig:23   | Killed a royal mummy
334749 | Zig:23   | Killed a royal mummy
334749 | Zig:23   | Killed a royal mummy
334750 | Zig:23   | Noticed a royal mummy
334750 | Zig:23   | Noticed a royal mummy
334751 | Zig:23   | Noticed a royal mummy
334751 | Zig:23   | Noticed a royal mummy
334752 | Zig:23   | Noticed a royal mummy
334753 | Zig:23   | Killed a royal mummy
334753 | Zig:23   | Killed a royal mummy
334753 | Zig:23   | Killed a royal mummy
334753 | Zig:23   | Killed a royal mummy
334753 | Zig:23   | Killed a royal mummy
334754 | Zig:23   | Noticed a royal mummy
334754 | Zig:23   | Noticed a royal mummy
334754 | Zig:23   | Noticed a royal mummy
334755 | Zig:23   | Killed a royal mummy
334756 | Zig:23   | Noticed a royal mummy
334757 | Zig:23   | Noticed a royal mummy
334757 | Zig:23   | Killed a royal mummy
334757 | Zig:23   | Killed a royal mummy
334757 | Zig:23   | Noticed a royal mummy
334759 | Zig:23   | Noticed a royal mummy
334759 | Zig:23   | Noticed a royal mummy
334761 | Zig:23   | Killed a royal mummy
334761 | Zig:23   | Killed a royal mummy
334761 | Zig:23   | Killed a royal mummy
334761 | Zig:23   | Killed a royal mummy
334761 | Zig:23   | Killed a royal mummy
334761 | Zig:23   | Killed a royal mummy
334762 | Zig:23   | Killed a royal mummy
334767 | Zig:23   | Noticed a royal mummy
334985 | Zig:23   | Identified the ring of the Grim God {Contam *Corrode rN++
                  | Str+8 Int+6}
334989 | Zig:23   | Identified the +4 mace "Tickoz" {flame, rN+ Str+3 Dex+2}
334990 | Zig:23   | Identified the amulet "Cuanig" {Acrobat Harm +Inv rF-}
334992 | Zig:23   | Identified the +4 ring mail of the Pit {Will+}
334999 | Zig:23   | Identified the +8 falchion of Quiescent Valiance {pain,
                  | Fragile rCorr Int+3}
335002 | Zig:23   | Identified the +5 whip of the Hundredfold Eyes {pain, rF+
                  | Will+ Int+5}
335009 | Zig:23   | Identified the +7 great mace "Etuasu Kuafu" {flame, +Blink}
335017 | Zig:23   | Identified the +1 plate armour of Death's Door {rC- Str+4
                  | Dex+2}
335038 | Zig:23   | Identified the +6 orcbow "Zarih" {heavy, rElec}
335060 | Zig:23   | Identified the +6 ring mail of Hepliaklqana's Grace {rCorr}
335078 | Zig:23   | Identified the +4 hand axe of Doom {distort, rPois Dex+3}
335087 | Zig:23   | Identified the ring "Munwoteo" {rF+ rN+}
335150 | Zig:23   | Identified the +7 arbalest "Aniedoat" {flame, rElec Will-
                  | rCorr}
335152 | Zig:23   | Identified the +0 chain mail of Clean Liberty {rPois
                  | Will++}
335691 | Zig:23   | Identified the +7 flail of Vusur {freeze, Dex+4}
335865 | Zig:23   | Identified the +3 robe of Dyspraxia {Harm rN+ Regen+}
335867 | Zig:23   | Identified the ring of Moud Ise {Ice rN+ Will+ Int+3}
335869 | Zig:23   | Identified the +7 scimitar "Zafir" {venom, +Blink Str+3}
335870 | Zig:23   | Identified the ring "Xuwn" {Wiz rF+ Dex-3 Stlth+}
335953 | Zig:24   | Entered Level 24 of a ziggurat
337033 | Zig:24   | Identified the +7 lajatang "Qutong" {freeze, *Rage Str+2
                  | Int+6 Dex+2}
337041 | Zig:24   | Identified the ring "Dines" {Ice Drain +Blink rPois Will+
                  | Str+3}
337047 | Zig:24   | Identified the +1 hand axe of the Ghostly God {flame,
                  | +Blink}
337088 | Zig:24   | Identified the +0 cloak "Rozaos" {Rampage Will+ Dex-5}
337139 | Zig:24   | Identified the staff of the Wizarding Badger {rC+ rCorr
                  | Dex-4 SInv Stlth+ Ice}
337145 | Zig:24   | Identified the ring "Akuofiff" {Fly rC++ Dex+3 Stlth-}
337165 | Zig:24   | Identified the +1 flail of the Pharaoh's Fist {freeze, rN+
                  | Will+ Str+2}
337321 | Zig:25   | Entered Level 25 of a ziggurat
337471 | Zig:25   | Identified the +5 falchion "Maeskid" {flame, rElec Will+
                  | Str-3 Dex+3}
337478 | Zig:25   | Identified the +1 hand axe of Rebby {flame, rElec Str+3
                  | Int-4}
337503 | Zig:25   | Identified the ring of Eciwk {rC+ Will+ Int-2 Dex+5}
337515 | Zig:25   | Identified the +7 dagger "Hoxocaud" {freeze, rElec rPois
                  | Str-3 Stlth+}
337551 | Zig:25   | Identified the ring "Riyfong" {Dex+4 SInv Stlth+}
337565 | Zig:25   | Identified the +2 pair of boots of Cowardice {+Blink Str+2
                  | Int-5}
337567 | Zig:25   | Identified the +0 pair of boots "Huax" {rC+ Will++ rCorr
                  | Dex-2}
337583 | Zig:25   | Identified the staff "Vutir" {Str-5 Int+5 Stlth+ Earth}
337585 | Zig:25   | Identified the +8 orcbow of Giunkicy {antimagic, Int+3}
337600 | Zig:25   | Identified the +6 halberd "Ynwu Biut" {freeze, rF++ rC++}
337601 | Zig:25   | Identified the +9 glaive of the Kidney {venom, rElec rN+}
337610 | Zig:25   | Identified the +4 mace "Qulaz" {flame, Str+7 Dex-2}
337614 | Zig:25   | Identified the staff of the Gloaming {rElec rPois Int+3
                  | Dex-3 Conj}
337671 | Zig:25   | Identified the +6 battleaxe "Obaptath" {heavy, rN+}
338526 | Zig:25   | Identified the +4 ring mail of Fyjoh {MP+9}
338634 | Zig:26   | Entered Level 26 of a ziggurat
338675 | Zig:26   | Identified the +4 great sword of Infinity {freeze, rPois
                  | SInv}
339528 | Zig:26   | Identified the +8 lajatang "Demonspawn's Curse" {heavy,
                  | rN+}
339545 | Zig:26   | Identified the +1 helmet of the Dragon {Drain rPois rC++
                  | Stlth+}
339569 | Zig:26   | Identified the ring "Dioqam" {Fly rCorr Str+2}
339571 | Zig:26   | Identified the +0 leather armour of the New World {Int+5}
339587 | Zig:26   | Identified the +6 quarterstaff of Parts Unknown {drain,
                  | rF+}
339599 | Zig:26   | Identified the +6 lajatang of Propriety {vamp, rPois rC-
                  | rN+ Dex+4}
339617 | Zig:26   | Identified the +8 broad axe "Ucots" {drain, rN+}
339729 | Zig:26   | Identified the ring "Monn" {rPois Will- rCorr Dex+6 Slay+3}
339749 | Zig:26   | Identified the ring "Fiudoo" {rPois rCorr SInv}
339775 | Zig:26   | Identified the +7 lajatang "Killer Bee's Death" {spect,
                  | Str+6}
339778 | Zig:26   | Identified the ring "Lishrynn" {AC+4 Int+3}
339780 | Zig:26   | Identified the +0 robe of the Dice {rC+ Str+2}
339781 | Zig:26   | Identified the ring "Miraev" {Ice Contam rN++}
339785 | Zig:26   | Identified the +6 mace "Uthemikubb" {elec, Fragile Int+3
                  | Dex+5 SInv}
339791 | Zig:26   | Identified the +1 plate armour "Jarphugi" {Regen+ Dex+2}
339797 | Zig:26   | Identified the staff "Undertaker" {Fly rPois rC+ rN+ Will+
                  | Necro}
340024 | Zig:26   | Acquired 577 gold pieces
340025 | Zig:26   | Acquired 673 gold pieces
340026 | Zig:26   | Acquired 946 gold pieces
340035 | Zig:27   | Entered Level 27 of a ziggurat
340096 | Zig:27   | Identified the +4 demon whip of Righteous Anger {elec,
                  | rElec}
340098 | Zig:27   | Identified the +7 morningstar of Joataenn {drain, Str-4
                  | Dex+6}
340480 | Zig:27   | Identified the +3 lajatang of Gozag, Hurting {heavy, *Noise
                  | Str+3 Dex+9}
340528 | Zig:27   | Identified the amulet of Feupn {Acrobat Stlth+}
340537 | Zig:27   | Identified the +6 scimitar "Xeseuph" {vamp, Str+3}
340543 | Zig:27   | Identified the +3 lajatang of Impish Absolution {heavy,
                  | Str+6 Int+2 SInv}
340545 | Zig:27   | Identified the staff "Vicrukh" {rPois Dex+5 Stlth- Conj}
340551 | Zig:27   | Identified the +7 hand axe "Spiderbane" {distort, +Blink
                  | Fly rC+ Int+6}
340592 | Zig:27   | Identified the +8 arbalest "Ogre's Death Toll" {heavy,
                  | rPois Will+ Stlth+}
340595 | Zig:27   | Identified the +9 lajatang "Gram" {heavy, rN+ MP+9}
340603 | Zig:27   | Identified the +0 long sword "Jellybane" {venom, rPois}
340620 | Zig:27   | Identified the ring "Wocuma" {rPois rF+ rC+}
340635 | Zig:27   | Identified the +1 quarterstaff of Deformation {heavy, rElec
                  | rN+ Will- Int+4}
340638 | Zig:27   | Identified the ring "Terhusmo" {rElec AC+4}
340664 | Zig:27   | Identified the +0 plate armour of the Kissing Gods {Str+6
                  | Dex+3}
341466 | Zig:27   | Acquired the +22 crystal plate armour of Distant Worlds
                  | {+Inv}
341500 | Depths:3 | Upgraded the game from 0.31-a0-339-gda1cbd555d to
                  | 0.31-a0-355-g57cb03d3e8
341508 | Zig:1    | Entered Level 1 of a ziggurat
341548 | Zig:1    | Identified the +4 dagger of the Hand {holy, Str+4}
341576 | Zig:2    | Entered Level 2 of a ziggurat
341576 | Zig:2    | Noticed a juggernaut
341576 | Zig:2    | Noticed a juggernaut
341579 | Zig:2    | Killed a juggernaut
341580 | Zig:2    | Killed a juggernaut
341738 | Zig:3    | Entered Level 3 of a ziggurat
341808 | Zig:3    | Identified the +0 plate armour of Impressiveness {Dex+4}
341813 | Zig:3    | Identified the +7 lajatang of Imminent Death {flame, rPois
                  | rCorr Int-4}
341926 | Zig:4    | Entered Level 4 of a ziggurat
342125 | Zig:5    | Entered Level 5 of a ziggurat
342212 | Zig:5    | Identified the staff of Gallantry {+Blink rPois rC++ Will+
                  | Str-5 Poison}
342437 | Zig:6    | Entered Level 6 of a ziggurat
342754 | Zig:7    | Entered Level 7 of a ziggurat
342754 | Zig:7    | Noticed an ancient lich
342756 | Zig:7    | Killed an ancient lich
343005 | Zig:7    | Identified the +0 troll leather armour of the Beloved God
                  | {Harm Regen+ MP+9 Slay+3 Stlth+}
343024 | Zig:7    | Identified the +0 pair of boots "Xujedib" {Fly}
343232 | Zig:8    | Entered Level 8 of a ziggurat
343579 | Zig:8    | Identified the +1 robe of the Verdant Trout {+Blink rCorr
                  | Str+3 Int-5}
343586 | Zig:8    | Identified the amulet of Wonder {RegenMP Rampage rC- Str+5}
343590 | Zig:8    | Identified the +2 rapier of the Pits of Slime {heavy,
                  | rElec}
343635 | Zig:9    | Entered Level 9 of a ziggurat
343635 | Zig:9    | Noticed a juggernaut
343635 | Zig:9    | Noticed a juggernaut
343635 | Zig:9    | Noticed a juggernaut
343635 | Zig:9    | Noticed a juggernaut
343635 | Zig:9    | Noticed a juggernaut
343635 | Zig:9    | Noticed a juggernaut
343635 | Zig:9    | Noticed a juggernaut
343635 | Zig:9    | Noticed a juggernaut
343635 | Zig:9    | Noticed a juggernaut
343635 | Zig:9    | Noticed a juggernaut
343637 | Zig:9    | Noticed a juggernaut
343637 | Zig:9    | Noticed a juggernaut
343637 | Zig:9    | Noticed a juggernaut
343638 | Zig:9    | Noticed a juggernaut
343638 | Zig:9    | Noticed a juggernaut
343638 | Zig:9    | Noticed a juggernaut
343638 | Zig:9    | Noticed a juggernaut
343639 | Zig:9    | Noticed a juggernaut
343639 | Zig:9    | Killed a juggernaut
343640 | Zig:9    | Noticed a juggernaut
343640 | Zig:9    | Killed a juggernaut
343640 | Zig:9    | Killed a juggernaut
343640 | Zig:9    | Killed a juggernaut
343640 | Zig:9    | Killed a juggernaut
343640 | Zig:9    | Killed a juggernaut
343640 | Zig:9    | Killed a juggernaut
343640 | Zig:9    | Killed a juggernaut
343640 | Zig:9    | Killed a juggernaut
343640 | Zig:9    | Killed a juggernaut
343640 | Zig:9    | Killed a juggernaut
343640 | Zig:9    | Killed a juggernaut
343640 | Zig:9    | Killed a juggernaut
343640 | Zig:9    | Killed a juggernaut
343640 | Zig:9    | Killed a juggernaut
343640 | Zig:9    | Killed a juggernaut
343640 | Zig:9    | Killed a juggernaut
343640 | Zig:9    | Killed a juggernaut
343640 | Zig:9    | Killed a juggernaut
343640 | Zig:9    | Noticed a juggernaut
343641 | Zig:9    | Noticed a juggernaut
343642 | Zig:9    | Killed a juggernaut
343643 | Zig:9    | Noticed a juggernaut
343643 | Zig:9    | Noticed a juggernaut
343643 | Zig:9    | Noticed a juggernaut
343643 | Zig:9    | Noticed a juggernaut
343643 | Zig:9    | Noticed a juggernaut
343643 | Zig:9    | Noticed a juggernaut
343644 | Zig:9    | Noticed a juggernaut
343644 | Zig:9    | Noticed a juggernaut
343644 | Zig:9    | Noticed a juggernaut
343645 | Zig:9    | Noticed a juggernaut
343645 | Zig:9    | Noticed a juggernaut
343645 | Zig:9    | Noticed a juggernaut
343645 | Zig:9    | Noticed a juggernaut
343646 | Zig:9    | Noticed a juggernaut
343646 | Zig:9    | Killed a juggernaut
343646 | Zig:9    | Killed a juggernaut
343646 | Zig:9    | Killed a juggernaut
343646 | Zig:9    | Killed a juggernaut
343646 | Zig:9    | Killed a juggernaut
343646 | Zig:9    | Killed a juggernaut
343646 | Zig:9    | Killed a juggernaut
343646 | Zig:9    | Killed a juggernaut
343646 | Zig:9    | Killed a juggernaut
343646 | Zig:9    | Killed a juggernaut
343646 | Zig:9    | Killed a juggernaut
343647 | Zig:9    | Killed a juggernaut
343647 | Zig:9    | Killed a juggernaut
343647 | Zig:9    | Killed a juggernaut
343647 | Zig:9    | Killed a juggernaut
343647 | Zig:9    | Noticed a juggernaut
343653 | Zig:9    | Killed a juggernaut
343793 | Zig:9    | Identified the +1 chain mail of the Poles {Dex+3}
343798 | Zig:9    | Identified the +5 dagger of Oenomania {flame, rPois Will-
                  | Str+6}
343799 | Zig:9    | Identified the +3 scale mail "Reigg" {rCorr}
344078 | Zig:9    | Identified the ring of the Solstice {rPois rN+++ EV+5 Str-3
                  | Int+2}
344144 | Zig:10   | Entered Level 10 of a ziggurat
344552 | Zig:10   | Identified the +7 rapier of Nesed {flame, *Noise rPois
                  | Will++}
344557 | Zig:10   | Identified the +0 ice dragon scales of Uroxulul {rF- rC++
                  | Regen+}
344559 | Zig:10   | Identified the +10 arbalest of Uncomfortable Rashes
                  | {antimagic, Drain rF+ Str+6}
344561 | Zig:10   | Identified the staff of Yredelemnul, Lusting {rC+ rN+
                  | Necro}
344594 | Zig:10   | Identified the +10 arbalest "Roemmeul" {speed, *Slow rN++
                  | Int+3 Stlth+}
344606 | Zig:10   | Identified the +6 orcbow "Toloin" {flame, rN+}
344641 | Zig:10   | Identified the ring of New Discoveries {Will+ Str+3 SInv}
344643 | Zig:10   | Identified the ring "Egef" {Ice Fly rElec}
344712 | Zig:11   | Entered Level 11 of a ziggurat
344712 | Zig:11   | Noticed a juggernaut
344712 | Zig:11   | Noticed a juggernaut
344712 | Zig:11   | Noticed a juggernaut
344712 | Zig:11   | Noticed a juggernaut
344712 | Zig:11   | Noticed a juggernaut
344712 | Zig:11   | Noticed a juggernaut
344712 | Zig:11   | Noticed a juggernaut
344713 | Zig:11   | Killed a juggernaut
344713 | Zig:11   | Killed a juggernaut
344713 | Zig:11   | Killed a juggernaut
344713 | Zig:11   | Killed a juggernaut
344714 | Zig:11   | Noticed a juggernaut
344715 | Zig:11   | Noticed a juggernaut
344716 | Zig:11   | Noticed a juggernaut
344716 | Zig:11   | Noticed a juggernaut
344716 | Zig:11   | Noticed a juggernaut
344717 | Zig:11   | Noticed a juggernaut
344717 | Zig:11   | Noticed a juggernaut
344721 | Zig:11   | Killed a juggernaut
344721 | Zig:11   | Killed a juggernaut
344721 | Zig:11   | Killed a juggernaut
344721 | Zig:11   | Killed a juggernaut
344723 | Zig:11   | Killed a juggernaut
344723 | Zig:11   | Noticed a juggernaut
344724 | Zig:11   | Killed a juggernaut
344724 | Zig:11   | Killed a juggernaut
344724 | Zig:11   | Killed a juggernaut
344724 | Zig:11   | Killed a juggernaut
344724 | Zig:11   | Killed a juggernaut
344727 | Zig:11   | Killed a juggernaut
344849 | Zig:11   | Identified the +0 pair of boots "Heol" {rF+ Str+4 Dex-5}
344909 | Zig:11   | Identified the +7 falchion of Tuest {spect, rCorr}
344912 | Zig:11   | Identified the +1 leather armour of Grand Fun {rPois}
345362 | Zig:11   | Identified the staff "Edeup" {rPois rF+ Poison}
345363 | Zig:11   | Identified the amulet "Uqopn" {rElec Regen+ Dex+2}
345373 | Zig:12   | Entered Level 12 of a ziggurat
345373 | Zig:12   | Noticed a royal mummy
345373 | Zig:12   | Noticed a royal mummy
345373 | Zig:12   | Noticed a royal mummy
345373 | Zig:12   | Noticed a royal mummy
345373 | Zig:12   | Noticed a royal mummy
345373 | Zig:12   | Noticed a royal mummy
345373 | Zig:12   | Noticed a royal mummy
345373 | Zig:12   | Noticed a royal mummy
345373 | Zig:12   | Noticed a royal mummy
345374 | Zig:12   | Killed a royal mummy
345374 | Zig:12   | Killed a royal mummy
345374 | Zig:12   | Killed a royal mummy
345374 | Zig:12   | Killed a royal mummy
345374 | Zig:12   | Killed a royal mummy
345374 | Zig:12   | Killed a royal mummy
345374 | Zig:12   | Killed a royal mummy
345374 | Zig:12   | Killed a royal mummy
345375 | Zig:12   | Noticed a royal mummy
345376 | Zig:12   | Noticed a royal mummy
345376 | Zig:12   | Noticed a royal mummy
345376 | Zig:12   | Noticed a royal mummy
345376 | Zig:12   | Noticed a royal mummy
345377 | Zig:12   | Noticed a royal mummy
345377 | Zig:12   | Noticed a royal mummy
345377 | Zig:12   | Noticed a royal mummy
345378 | Zig:12   | Killed a royal mummy
345378 | Zig:12   | Killed a royal mummy
345378 | Zig:12   | Noticed a royal mummy
345379 | Zig:12   | Noticed a royal mummy
345379 | Zig:12   | Noticed a royal mummy
345379 | Zig:12   | Killed a royal mummy
345379 | Zig:12   | Noticed a royal mummy
345380 | Zig:12   | Noticed a royal mummy
345380 | Zig:12   | Noticed a royal mummy
345381 | Zig:12   | Noticed a royal mummy
345382 | Zig:12   | Killed a royal mummy
345382 | Zig:12   | Killed a royal mummy
345382 | Zig:12   | Killed a royal mummy
345382 | Zig:12   | Killed a royal mummy
345382 | Zig:12   | Killed a royal mummy
345382 | Zig:12   | Killed a royal mummy
345382 | Zig:12   | Killed a royal mummy
345382 | Zig:12   | Killed a royal mummy
345382 | Zig:12   | Killed a royal mummy
345382 | Zig:12   | Killed a royal mummy
345382 | Zig:12   | Killed a royal mummy
345383 | Zig:12   | Killed a royal mummy
345383 | Zig:12   | Killed a royal mummy
345383 | Zig:12   | Noticed a royal mummy
345383 | Zig:12   | Noticed a royal mummy
345384 | Zig:12   | Noticed a royal mummy
345384 | Zig:12   | Noticed a royal mummy
345385 | Zig:12   | Noticed a royal mummy
345385 | Zig:12   | Noticed a royal mummy
345386 | Zig:12   | Noticed a royal mummy
345387 | Zig:12   | Noticed a royal mummy
345390 | Zig:12   | Killed a royal mummy
345391 | Zig:12   | Killed a royal mummy
345391 | Zig:12   | Killed a royal mummy
345391 | Zig:12   | Killed a royal mummy
345391 | Zig:12   | Killed a royal mummy
345391 | Zig:12   | Killed a royal mummy
345391 | Zig:12   | Killed a royal mummy
345393 | Zig:12   | Killed a royal mummy
345869 | Zig:12   | Identified the amulet of Morality {Spirit Slay+3}
345879 | Zig:12   | Identified the staff "Cicroe" {rC+ Will++ rCorr Dex-4 Ice
                  | Poison}
345880 | Zig:12   | Identified the +5 lajatang of Infection {freeze, rElec
                  | rC+++ Int-5 Dex+3}
345901 | Zig:12   | Identified the +1 ring mail of the True Pharaoh {Dex+4}
345902 | Zig:12   | Identified the +0 scale mail of Generosity {rF- Will++
                  | Dex+3}
345904 | Zig:12   | Identified the +11 scimitar of Cataclysm {flame, Fragile
                  | rF+ Str+4 Stlth+}
345966 | Zig:13   | Entered Level 13 of a ziggurat
345987 | Zig:13   | Noticed Icyolick the pandemonium lord
345992 | Zig:13   | Killed Icyolick the pandemonium lord
346196 | Zig:13   | Identified the +6 hand axe of Threshing Anguish {flame, Fly
                  | rCorr}
346198 | Zig:13   | Identified the +0 chain mail of Exclusion {Rampage rC-
                  | Int+4 Stlth+}
346212 | Zig:13   | Identified the +4 lajatang of the Final Chapter {heavy,
                  | Will+ Dex+5}
346216 | Zig:13   | Identified the +7 lajatang "Wennof" {heavy, rElec rPois rF-
                  | Dex+7}
346217 | Zig:13   | Identified the staff of Accidental Termination {Fly rPois
                  | rF+ rC- Dex-3 Fire}
346219 | Zig:13   | Identified the staff "Zaro Pave" {rElec rF+ rC+ Air}
346221 | Zig:13   | Identified the +5 ring mail of Lomewipu {Int+3 Dex+5}
346222 | Zig:13   | Identified the staff "Sadghud" {rElec rPois rC- rN+ Dex+3
                  | Necro}
346243 | Zig:13   | Identified the +8 plate armour of Yziptirr {rCorr Slay+4}
346653 | Zig:14   | Entered Level 14 of a ziggurat
347345 | Zig:14   | Identified the amulet of Laryrast {Reflect Int+3 SH+5}
347359 | Zig:14   | Identified the +2 glaive of Zin's Reproof {protect, rPois
                  | rC+ Dex+4 Stlth-}
347375 | Zig:14   | Identified the +0 chain mail "Mixere" {Dex+4}
347385 | Zig:14   | Identified the ring "Goohocuz" {Ice Int+2}
347389 | Zig:14   | Identified the +2 battleaxe of Enaopn {elec, Dex+4}
347408 | Zig:14   | Identified the +6 war axe "Fef Kidiu" {freeze, Int+3}
347482 | Zig:15   | Entered Level 15 of a ziggurat
347496 | Zig:15   | Paralysed by a floating eye for 3 turns
347649 | Zig:15   | Identified the +10 hand axe of Peril {freeze, *Corrode rC++
                  | Dex+2 SInv}
347655 | Zig:15   | Identified the ring of Zomeidel {rElec Dex+6 SInv Stlth+}
347657 | Zig:15   | Identified the +0 pair of gloves of Wonder {rPois Int+4}
347659 | Zig:15   | Identified the +4 mace "Galiasy" {spect, *Rage rN+ Will+
                  | SInv}
347676 | Zig:15   | Identified the +3 quarterstaff of Delightful Gallantry
                  | {antimagic, *Corrode rF++ Str+3}
348226 | Zig:16   | Entered Level 16 of a ziggurat
348954 | Zig:16   | Identified the +7 chain mail of Hedging {rPois Int+3 Dex+3
                  | Stlth-}
349017 | Zig:16   | Identified the +4 battleaxe of Yklir {flame, Drain rN+++
                  | rCorr Stlth+}
349038 | Zig:16   | Identified the +2 ring mail of Failure {Int+3 Dex+3}
349048 | Zig:16   | Identified the +8 plate armour of Pathos {Fly rF- Int+6
                  | Stlth+}
349057 | Zig:16   | Identified the ring of Makhleb's Wrath {rPois rF+ rCorr
                  | Str+3 Int-5}
349160 | Zig:17   | Entered Level 17 of a ziggurat
349348 | Zig:17   | Identified the staff "Lupiroec" {Fly rC+ Dex-3 Conj}
349369 | Zig:17   | Identified the +2 scale mail of the Doldrums {-Tele Harm
                  | rN+++ Slay+2}
349410 | Zig:17   | Identified the ring of Uskayaw's Favour {rPois rC++ rN+
                  | Str+2}
349422 | Zig:17   | Identified the ring "Amiogg" {Ice rN+ rCorr Slay-3}
349442 | Zig:17   | Identified the staff of the Keeping Gods {rF+ Will++ MP+9
                  | Fire}
349444 | Zig:17   | Identified the +5 lajatang "Qonigut" {venom, Str+2}
349454 | Zig:17   | Identified the +7 morningstar of the Pariah {flame, rC++
                  | Int-3 Dex+6}
349463 | Zig:17   | Identified the +3 plate armour of Veodun {*Corrode rPois
                  | Str-2 Int+6}
349471 | Zig:17   | Identified the +5 spear "Adud" {antimagic, rC- rN++ rCorr
                  | Str+3}
350147 | Zig:18   | Entered Level 18 of a ziggurat
350150 | Zig:18   | Noticed a dread lich
350151 | Zig:18   | Killed a dread lich
350168 | Zig:18   | Paralysed by a wendigo for 1 turns
350169 | Zig:18   | Noticed an ancient lich
350170 | Zig:18   | Identified the ring of Hiudedil {rPois Int+2 Dex+6}
350174 | Zig:18   | Killed an ancient lich
350177 | Zig:18   | Paralysed by a wendigo for 1 turns
350763 | Zig:18   | Identified the +4 chain mail "Ulosk" {Fly rPois Str-5}
350858 | Zig:18   | Identified the +3 lajatang of Might {heavy, rC++}
350871 | Zig:18   | Identified the +5 fire dragon scales of Dramatic Exits
                  | {rF++ rC- rN+ Str+5 Dex-5}
350901 | Zig:18   | Identified the +1 barding of the Solstice {+Blink Regen+}
350954 | Zig:18   | Identified the +4 leather armour of Valiance {*Corrode
                  | rElec Str+4 Dex+3}
350969 | Zig:18   | Identified the +9 whip of the Many Heavens {heavy, rF+ rN+
                  | Int+3}
351042 | Zig:18   | Acquired 513 gold pieces
351054 | Zig:19   | Entered Level 19 of a ziggurat
351284 | Zig:19   | Identified the ring of Internal Strife {Wiz Str+3 Dex+5}
351310 | Zig:19   | Identified the staff "Ydghujigyc" {Int+6 Earth}
351315 | Zig:19   | Identified the +9 lajatang "Luvos" {heavy, Fly Str+3}
351317 | Zig:19   | Identified the +9 broad axe of Patterns {heavy, rPois
                  | Int+6}
351334 | Zig:19   | Identified the +2 morningstar of Juegaonev {heavy, rF+
                  | Int-3 Dex+6}
351335 | Zig:19   | Identified the +6 lajatang of Income {heavy, rC+ Int+3}
351462 | Zig:19   | Identified the +4 dagger "Amicriargh" {heavy, MP+9}
351470 | Zig:19   | Identified the +0 dagger "Kylurawn" {heavy, Contam rPois
                  | rN+++ Str+4}
351472 | Zig:19   | Identified the +8 flail of Eseiguda {flame, +Blink Dex+2}
351496 | Zig:19   | Identified the +6 lajatang "Ismy" {chaos, rF+}
352242 | Zig:20   | Entered Level 20 of a ziggurat
352283 | Zig:20   | Identified the staff "Wylido" {rElec rF++ rN+ Str-2 Necro
                  | Poison}
353379 | Zig:20   | Identified the +10 lajatang of Icoassuuf {flame, Str+4
                  | Int+7}
353393 | Zig:20   | Identified the +0 robe of the Ditch-Digger {Dex+2}
353397 | Zig:20   | Identified the +4 ring mail "Ikeryirph" {Will+}
353417 | Zig:20   | Identified the +0 long sword "Dokellat" {flame, rPois rC-
                  | Str+5}
353418 | Zig:20   | Identified the +0 scale mail of Ufeky {rF+ Will+++ Int-4
                  | Stlth+}
353452 | Zig:20   | Identified the +5 plate armour of Poxzad {*Corrode rF-
                  | rN+++ Int+4}
353585 | Zig:21   | Entered Level 21 of a ziggurat
353889 | Zig:21   | Identified the ring "Kuepof" {Fly rPois rN+ Will- Dex+3}
353893 | Zig:21   | Identified the +2 ring mail of the Good {rF+ Str+2 Dex-2}
353895 | Zig:21   | Identified the +7 great sword of Githar {heavy, Drain
                  | +Blink rN+ Stlth+}
353898 | Zig:21   | Identified the ring of Cynicism {rF++ Dex+6}
353906 | Zig:21   | Identified the +8 flail of Bohisune {elec, Will- Str+5}
353912 | Zig:21   | Identified the +3 scale mail of Classification {rPois
                  | Slay+2}
353949 | Zig:21   | Identified the +1 robe "Ymiek" {Drain Int+2 Dex+4}
353952 | Zig:21   | Identified the +5 morningstar of Internal Strife {venom,
                  | rElec rF+ rCorr Str+4}
354824 | Zig:22   | Entered Level 22 of a ziggurat
354824 | Zig:22   | Noticed a juggernaut
354824 | Zig:22   | Noticed a juggernaut
354824 | Zig:22   | Noticed a juggernaut
354824 | Zig:22   | Noticed a juggernaut
354824 | Zig:22   | Noticed a juggernaut
354824 | Zig:22   | Noticed a juggernaut
354824 | Zig:22   | Noticed a juggernaut
354824 | Zig:22   | Noticed a juggernaut
354825 | Zig:22   | Noticed a juggernaut
354826 | Zig:22   | Noticed a juggernaut
354826 | Zig:22   | Noticed a juggernaut
354826 | Zig:22   | Noticed a juggernaut
354826 | Zig:22   | Noticed a juggernaut
354827 | Zig:22   | Noticed a juggernaut
354827 | Zig:22   | Noticed a juggernaut
354827 | Zig:22   | Noticed a juggernaut
354827 | Zig:22   | Noticed a juggernaut
354828 | Zig:22   | Noticed a juggernaut
354828 | Zig:22   | Noticed a juggernaut
354829 | Zig:22   | Noticed a juggernaut
354829 | Zig:22   | Noticed a juggernaut
354829 | Zig:22   | Noticed a juggernaut
354830 | Zig:22   | Killed a juggernaut
354830 | Zig:22   | Killed a juggernaut
354830 | Zig:22   | Killed a juggernaut
354830 | Zig:22   | Killed a juggernaut
354830 | Zig:22   | Killed a juggernaut
354830 | Zig:22   | Killed a juggernaut
354830 | Zig:22   | Killed a juggernaut
354830 | Zig:22   | Killed a juggernaut
354830 | Zig:22   | Killed a juggernaut
354830 | Zig:22   | Killed a juggernaut
354830 | Zig:22   | Killed a juggernaut
354830 | Zig:22   | Killed a juggernaut
354830 | Zig:22   | Killed a juggernaut
354830 | Zig:22   | Killed a juggernaut
354830 | Zig:22   | Killed a juggernaut
354830 | Zig:22   | Killed a juggernaut
354830 | Zig:22   | Killed a juggernaut
354830 | Zig:22   | Killed a juggernaut
354830 | Zig:22   | Killed a juggernaut
354830 | Zig:22   | Killed a juggernaut
354830 | Zig:22   | Killed a juggernaut
354830 | Zig:22   | Noticed a juggernaut
354830 | Zig:22   | Noticed a juggernaut
354831 | Zig:22   | Noticed a juggernaut
354831 | Zig:22   | Noticed a juggernaut
354831 | Zig:22   | Noticed a juggernaut
354832 | Zig:22   | Noticed a juggernaut
354832 | Zig:22   | Noticed a juggernaut
354832 | Zig:22   | Noticed a juggernaut
354832 | Zig:22   | Noticed a juggernaut
354832 | Zig:22   | Noticed a juggernaut
354834 | Zig:22   | Noticed a juggernaut
354834 | Zig:22   | Noticed a juggernaut
354834 | Zig:22   | Noticed a juggernaut
354834 | Zig:22   | Killed a juggernaut
354835 | Zig:22   | Noticed a juggernaut
354835 | Zig:22   | Noticed a juggernaut
354835 | Zig:22   | Noticed a juggernaut
354836 | Zig:22   | Noticed a juggernaut
354837 | Zig:22   | Noticed a juggernaut
354837 | Zig:22   | Noticed a juggernaut
354837 | Zig:22   | Noticed a juggernaut
354837 | Zig:22   | Noticed a juggernaut
354837 | Zig:22   | Killed a juggernaut
354837 | Zig:22   | Killed a juggernaut
354838 | Zig:22   | Noticed a juggernaut
354838 | Zig:22   | Noticed a juggernaut
354838 | Zig:22   | Killed a juggernaut
354839 | Zig:22   | Noticed a juggernaut
354839 | Zig:22   | Noticed a juggernaut
354839 | Zig:22   | Killed a juggernaut
354840 | Zig:22   | Noticed a juggernaut
354840 | Zig:22   | Killed a juggernaut
354840 | Zig:22   | Killed a juggernaut
354840 | Zig:22   | Killed a juggernaut
354840 | Zig:22   | Killed a juggernaut
354840 | Zig:22   | Killed a juggernaut
354840 | Zig:22   | Killed a juggernaut
354841 | Zig:22   | Noticed a juggernaut
354841 | Zig:22   | Killed a juggernaut
354841 | Zig:22   | Killed a juggernaut
354841 | Zig:22   | Killed a juggernaut
354841 | Zig:22   | Killed a juggernaut
354842 | Zig:22   | Killed a juggernaut
354842 | Zig:22   | Killed a juggernaut
354842 | Zig:22   | Killed a juggernaut
354842 | Zig:22   | Killed a juggernaut
354842 | Zig:22   | Killed a juggernaut
354842 | Zig:22   | Killed a juggernaut
354842 | Zig:22   | Killed a juggernaut
354842 | Zig:22   | Killed a juggernaut
354842 | Zig:22   | Killed a juggernaut
354842 | Zig:22   | Killed a juggernaut
354842 | Zig:22   | Killed a juggernaut
354843 | Zig:22   | Killed a juggernaut
354843 | Zig:22   | Killed a juggernaut
354843 | Zig:22   | Noticed a juggernaut
354843 | Zig:22   | Noticed a juggernaut
354843 | Zig:22   | Noticed a juggernaut
354843 | Zig:22   | Noticed a juggernaut
354844 | Zig:22   | Noticed a juggernaut
354844 | Zig:22   | Noticed a juggernaut
354844 | Zig:22   | Noticed a juggernaut
354845 | Zig:22   | Noticed a juggernaut
354845 | Zig:22   | Noticed a juggernaut
354845 | Zig:22   | Noticed a juggernaut
354846 | Zig:22   | Noticed a juggernaut
354847 | Zig:22   | Noticed a juggernaut
354848 | Zig:22   | Noticed a juggernaut
354848 | Zig:22   | Noticed a juggernaut
354848 | Zig:22   | Noticed a juggernaut
354848 | Zig:22   | Noticed a juggernaut
354849 | Zig:22   | Noticed a juggernaut
354850 | Zig:22   | Noticed a juggernaut
354850 | Zig:22   | Noticed a juggernaut
354850 | Zig:22   | Noticed a juggernaut
354850 | Zig:22   | Noticed a juggernaut
354852 | Zig:22   | Noticed a juggernaut
354852 | Zig:22   | Killed a juggernaut
354852 | Zig:22   | Killed a juggernaut
354852 | Zig:22   | Killed a juggernaut
354852 | Zig:22   | Killed a juggernaut
354852 | Zig:22   | Killed a juggernaut
354852 | Zig:22   | Killed a juggernaut
354852 | Zig:22   | Killed a juggernaut
354852 | Zig:22   | Killed a juggernaut
354852 | Zig:22   | Killed a juggernaut
354852 | Zig:22   | Killed a juggernaut
354852 | Zig:22   | Killed a juggernaut
354852 | Zig:22   | Killed a juggernaut
354852 | Zig:22   | Killed a juggernaut
354852 | Zig:22   | Killed a juggernaut
354852 | Zig:22   | Killed a juggernaut
354852 | Zig:22   | Killed a juggernaut
354852 | Zig:22   | Killed a juggernaut
354852 | Zig:22   | Killed a juggernaut
354853 | Zig:22   | Noticed a juggernaut
354854 | Zig:22   | Killed a juggernaut
354854 | Zig:22   | Killed a juggernaut
354854 | Zig:22   | Killed a juggernaut
354854 | Zig:22   | Killed a juggernaut
354854 | Zig:22   | Noticed a juggernaut
354855 | Zig:22   | Noticed a juggernaut
354856 | Zig:22   | Noticed a juggernaut
354856 | Zig:22   | Noticed a juggernaut
354856 | Zig:22   | Noticed a juggernaut
354857 | Zig:22   | Noticed a juggernaut
354857 | Zig:22   | Noticed a juggernaut
354858 | Zig:22   | Noticed a juggernaut
354859 | Zig:22   | Killed a juggernaut
354860 | Zig:22   | Identified the +1 mace "Pendulum" {speed, Dex+2}
354862 | Zig:22   | Noticed a juggernaut
354865 | Zig:22   | Noticed a juggernaut
354865 | Zig:22   | Noticed a juggernaut
354865 | Zig:22   | Killed a juggernaut
354866 | Zig:22   | Killed a juggernaut
354867 | Zig:22   | Killed a juggernaut
354867 | Zig:22   | Killed a juggernaut
354867 | Zig:22   | Killed a juggernaut
354867 | Zig:22   | Killed a juggernaut
354867 | Zig:22   | Killed a juggernaut
354867 | Zig:22   | Killed a juggernaut
354867 | Zig:22   | Killed a juggernaut
354868 | Zig:22   | Killed a juggernaut
354869 | Zig:22   | Noticed a juggernaut
354870 | Zig:22   | Killed a juggernaut
354874 | Zig:22   | Noticed a juggernaut
354875 | Zig:22   | Noticed a juggernaut
354877 | Zig:22   | Killed a juggernaut
354880 | Zig:22   | Killed a juggernaut
354880 | Zig:22   | Killed a juggernaut
355553 | Zig:22   | Identified the staff "Ysasikhlo" {rPois rF+ Str-5 Int-3
                  | Dex+9 Fire}
355575 | Zig:22   | Identified the +9 great sword of Equilibrium {distort,
                  | Dex+3}
355697 | Zig:22   | Identified the +9 lajatang of Gallantry {flame, Will+
                  | Str+4}
355701 | Zig:22   | Identified the +9 lajatang of the Dungeon {flame, *Noise
                  | +Blink Fly Int+4}
355758 | Zig:22   | Identified the +7 war axe of the Six Lives {spect, Dex+3}
355802 | Zig:22   | Identified the ring "Bafiaw" {*Corrode rPois Str+2 Dex+6}
355806 | Zig:22   | Identified the +1 lajatang of the Gnat {flame, SInv}
355812 | Zig:22   | Identified the +7 shortbow of the Shining Light {antimagic,
                  | rPois Dex+3 Stlth-}
356104 | Zig:23   | Entered Level 23 of a ziggurat
356467 | Zig:23   | Identified the +6 short sword "Cefythyido" {drain, Int+2}
356477 | Zig:23   | Identified the ring "Xeihaq Nar" {Fly Will- Str+6}
356479 | Zig:23   | Identified the +6 shortbow of the Other Side {drain, rElec
                  | rC+ Dex+2}
356481 | Zig:23   | Identified the +1 long sword of a sewer {heavy, Dex+3
                  | Stlth+}
356503 | Zig:23   | Identified the +11 short sword of Ujomom {vamp, rN+}
356517 | Zig:23   | Identified the +3 halberd "Spiderslayer" {elec, Int+2
                  | Stlth+}
356523 | Zig:23   | Identified the staff of the Lamprey {rElec rPois rC++ Str+4
                  | Air}
356534 | Zig:23   | Identified the +11 dagger "Ibanyluc" {flame, rCorr}
356551 | Zig:23   | Identified the +4 falchion of Moral Flaws {heavy, Int+6}
356557 | Zig:23   | Identified the staff "Demonspawn's Curse" {rPois Str-3
                  | Int+5 Dex+3 Ice Poison}
356570 | Zig:23   | Identified the +6 sling of the Mind {freeze, rElec rPois
                  | Dex+2}
356581 | Zig:23   | Identified the +2 scale mail "Takeng" {rC+ rN+ Str+3 Dex+4}
357452 | Zig:24   | Entered Level 24 of a ziggurat
357467 | Zig:24   | Noticed a dread lich
357470 | Zig:24   | Killed a dread lich
357473 | Zig:24   | Paralysed by a wendigo for 1 turns
358591 | Zig:24   | Identified the +1 spear "Anuis" {freeze, Str-2 Dex+5}
358676 | Zig:24   | Identified the ring of Plog {Fire rElec rN+ MP-9 Dex+3}
358694 | Zig:24   | Identified the ring of Zitejaxki {Fly rElec EV+5 Stlth+}
358715 | Zig:24   | Identified the +1 rapier of the Maze {speed, Will+}
358723 | Zig:24   | Identified the +5 demon blade of the Winnowing Stork
                  | {venom, rC+}
358731 | Zig:24   | Identified the ring of Liulul {Will+ Dex+6}
358736 | Zig:24   | Identified the staff "Soclaoq" {rF- rC+ Dex+4 Hexes Ice}
358739 | Zig:24   | Identified the +5 ring mail of Kikubaaqudgha's Esteem
                  | {Will+ MP+9}
358909 | Zig:25   | Entered Level 25 of a ziggurat
358950 | Zig:25   | Identified the amulet "Esadol" {Reflect Will+ SH+5}
359171 | Zig:25   | Identified the +1 lajatang of Zeidd {pain, SInv}
359177 | Zig:25   | Identified the amulet "Gobloa" {Reflect +Blink rF+ Str+3
                  | Dex+4 SH+5}
359207 | Zig:25   | Identified the +1 flail of Impeachment {flame, *Corrode
                  | rElec Str+4}
359210 | Zig:25   | Identified the +8 spear "Killer Klown's Death" {antimagic,
                  | rPois rCorr Int+2}
359219 | Zig:25   | Identified the +2 mace of Orihosab {drain, rF- rN+++ rCorr
                  | Dex+3}
359221 | Zig:25   | Identified the +9 ice dragon scales of Lifelessness {rF-
                  | rC++ Slay+4}
359237 | Zig:25   | Identified the +0 pair of gloves "Dugroxku" {Rampage rPois
                  | Int+4 Stlth-}
359245 | Zig:25   | Identified the +5 quarterstaff of Res Judicata {pain, rF++
                  | SInv}
359303 | Zig:25   | Identified the ring "Taidem" {Drain rElec rF++ Str+2 Int+6}
359329 | Zig:25   | Identified the +0 cloak of Tockesch {rN+ Regen+ Str+2}
359425 | Zig:25   | Identified the amulet "Qobbyiff" {Faith Stlth+}
360120 | Zig:25   | Identified the +5 lajatang of Voracious Conscience {freeze,
                  | rElec rC- Int+8 Dex+2}
360316 | Zig:26   | Entered Level 26 of a ziggurat
360323 | Zig:26   | Noticed a juggernaut
360324 | Zig:26   | Noticed a juggernaut
360324 | Zig:26   | Noticed a juggernaut
360325 | Zig:26   | Noticed a juggernaut
360325 | Zig:26   | Noticed a juggernaut
360326 | Zig:26   | Noticed a juggernaut
360327 | Zig:26   | Noticed a juggernaut
360327 | Zig:26   | Noticed a juggernaut
360327 | Zig:26   | Noticed a juggernaut
360327 | Zig:26   | Noticed a juggernaut
360327 | Zig:26   | Noticed a juggernaut
360327 | Zig:26   | Noticed a juggernaut
360327 | Zig:26   | Noticed a juggernaut
360327 | Zig:26   | Noticed a juggernaut
360327 | Zig:26   | Noticed a juggernaut
360327 | Zig:26   | Noticed a juggernaut
360327 | Zig:26   | Noticed a juggernaut
360327 | Zig:26   | Noticed a juggernaut
360327 | Zig:26   | Noticed a juggernaut
360327 | Zig:26   | Noticed a juggernaut
360327 | Zig:26   | Noticed a juggernaut
360327 | Zig:26   | Noticed a juggernaut
360327 | Zig:26   | Noticed a juggernaut
360327 | Zig:26   | Noticed a juggernaut
360327 | Zig:26   | Noticed a juggernaut
360327 | Zig:26   | Noticed a juggernaut
360327 | Zig:26   | Noticed a juggernaut
360328 | Zig:26   | Noticed a juggernaut
360328 | Zig:26   | Killed a juggernaut
360328 | Zig:26   | Killed a juggernaut
360328 | Zig:26   | Killed a juggernaut
360328 | Zig:26   | Killed a juggernaut
360328 | Zig:26   | Killed a juggernaut
360328 | Zig:26   | Killed a juggernaut
360328 | Zig:26   | Killed a juggernaut
360328 | Zig:26   | Killed a juggernaut
360328 | Zig:26   | Killed a juggernaut
360328 | Zig:26   | Killed a juggernaut
360328 | Zig:26   | Killed a juggernaut
360328 | Zig:26   | Killed a juggernaut
360328 | Zig:26   | Killed a juggernaut
360328 | Zig:26   | Killed a juggernaut
360328 | Zig:26   | Killed a juggernaut
360328 | Zig:26   | Killed a juggernaut
360328 | Zig:26   | Killed a juggernaut
360328 | Zig:26   | Killed a juggernaut
360328 | Zig:26   | Killed a juggernaut
360328 | Zig:26   | Killed a juggernaut
360328 | Zig:26   | Killed a juggernaut
360328 | Zig:26   | Noticed a juggernaut
360328 | Zig:26   | Noticed a juggernaut
360329 | Zig:26   | Noticed a juggernaut
360329 | Zig:26   | Noticed a juggernaut
360329 | Zig:26   | Noticed a juggernaut
360329 | Zig:26   | Noticed a juggernaut
360330 | Zig:26   | Noticed a juggernaut
360330 | Zig:26   | Noticed a juggernaut
360330 | Zig:26   | Killed a juggernaut
360330 | Zig:26   | Killed a juggernaut
360330 | Zig:26   | Killed a juggernaut
360330 | Zig:26   | Noticed a juggernaut
360330 | Zig:26   | Noticed a juggernaut
360331 | Zig:26   | Noticed a juggernaut
360331 | Zig:26   | Noticed a juggernaut
360331 | Zig:26   | Killed a juggernaut
360331 | Zig:26   | Killed a juggernaut
360331 | Zig:26   | Killed a juggernaut
360331 | Zig:26   | Noticed a juggernaut
360333 | Zig:26   | Killed a juggernaut
360333 | Zig:26   | Killed a juggernaut
360333 | Zig:26   | Killed a juggernaut
360333 | Zig:26   | Killed a juggernaut
360333 | Zig:26   | Killed a juggernaut
360333 | Zig:26   | Killed a juggernaut
360333 | Zig:26   | Killed a juggernaut
360333 | Zig:26   | Killed a juggernaut
360333 | Zig:26   | Killed a juggernaut
360334 | Zig:26   | Killed a juggernaut
360334 | Zig:26   | Killed a juggernaut
360334 | Zig:26   | Noticed a juggernaut
360334 | Zig:26   | Noticed a juggernaut
360334 | Zig:26   | Noticed a juggernaut
360335 | Zig:26   | Noticed a juggernaut
360335 | Zig:26   | Noticed a juggernaut
360335 | Zig:26   | Noticed a juggernaut
360335 | Zig:26   | Noticed a juggernaut
360336 | Zig:26   | Noticed a juggernaut
360337 | Zig:26   | Noticed a juggernaut
360337 | Zig:26   | Noticed a juggernaut
360337 | Zig:26   | Noticed a juggernaut
360337 | Zig:26   | Noticed a juggernaut
360337 | Zig:26   | Noticed a juggernaut
360337 | Zig:26   | Noticed a juggernaut
360337 | Zig:26   | Noticed a juggernaut
360338 | Zig:26   | Killed a juggernaut
360338 | Zig:26   | Killed a juggernaut
360338 | Zig:26   | Killed a juggernaut
360338 | Zig:26   | Killed a juggernaut
360338 | Zig:26   | Killed a juggernaut
360338 | Zig:26   | Noticed a juggernaut
360339 | Zig:26   | Killed a juggernaut
360339 | Zig:26   | Killed a juggernaut
360339 | Zig:26   | Killed a juggernaut
360339 | Zig:26   | Killed a juggernaut
360339 | Zig:26   | Killed a juggernaut
360339 | Zig:26   | Killed a juggernaut
360339 | Zig:26   | Killed a juggernaut
360339 | Zig:26   | Killed a juggernaut
360339 | Zig:26   | Killed a juggernaut
360339 | Zig:26   | Killed a juggernaut
360339 | Zig:26   | Noticed a juggernaut
360339 | Zig:26   | Noticed a juggernaut
360339 | Zig:26   | Noticed a juggernaut
360340 | Zig:26   | Noticed a juggernaut
360340 | Zig:26   | Noticed a juggernaut
360340 | Zig:26   | Noticed a juggernaut
360340 | Zig:26   | Noticed a juggernaut
360340 | Zig:26   | Noticed a juggernaut
360340 | Zig:26   | Noticed a juggernaut
360340 | Zig:26   | Noticed a juggernaut
360341 | Zig:26   | Noticed a juggernaut
360341 | Zig:26   | Noticed a juggernaut
360341 | Zig:26   | Noticed a juggernaut
360341 | Zig:26   | Noticed a juggernaut
360341 | Zig:26   | Noticed a juggernaut
360341 | Zig:26   | Noticed a juggernaut
360342 | Zig:26   | Noticed a juggernaut
360342 | Zig:26   | Killed a juggernaut
360343 | Zig:26   | Noticed a juggernaut
360343 | Zig:26   | Noticed a juggernaut
360343 | Zig:26   | Killed a juggernaut
360343 | Zig:26   | Noticed a juggernaut
360344 | Zig:26   | Noticed a juggernaut
360345 | Zig:26   | Noticed a juggernaut
360345 | Zig:26   | Noticed a juggernaut
360345 | Zig:26   | Killed a juggernaut
360345 | Zig:26   | Noticed a juggernaut
360346 | Zig:26   | Noticed a juggernaut
360346 | Zig:26   | Killed a juggernaut
360346 | Zig:26   | Killed a juggernaut
360346 | Zig:26   | Killed a juggernaut
360346 | Zig:26   | Killed a juggernaut
360346 | Zig:26   | Killed a juggernaut
360346 | Zig:26   | Noticed a juggernaut
360347 | Zig:26   | Noticed a juggernaut
360347 | Zig:26   | Killed a juggernaut
360348 | Zig:26   | Killed a juggernaut
360348 | Zig:26   | Killed a juggernaut
360348 | Zig:26   | Killed a juggernaut
360348 | Zig:26   | Killed a juggernaut
360348 | Zig:26   | Killed a juggernaut
360348 | Zig:26   | Killed a juggernaut
360348 | Zig:26   | Killed a juggernaut
360348 | Zig:26   | Killed a juggernaut
360348 | Zig:26   | Killed a juggernaut
360348 | Zig:26   | Killed a juggernaut
360348 | Zig:26   | Killed a juggernaut
360348 | Zig:26   | Killed a juggernaut
360348 | Zig:26   | Killed a juggernaut
360348 | Zig:26   | Killed a juggernaut
360348 | Zig:26   | Killed a juggernaut
360348 | Zig:26   | Killed a juggernaut
360348 | Zig:26   | Killed a juggernaut
360348 | Zig:26   | Killed a juggernaut
360348 | Zig:26   | Killed a juggernaut
360348 | Zig:26   | Noticed a juggernaut
360349 | Zig:26   | Noticed a juggernaut
360349 | Zig:26   | Noticed a juggernaut
360349 | Zig:26   | Noticed a juggernaut
360350 | Zig:26   | Noticed a juggernaut
360350 | Zig:26   | Noticed a juggernaut
360351 | Zig:26   | Noticed a juggernaut
360351 | Zig:26   | Noticed a juggernaut
360351 | Zig:26   | Noticed a juggernaut
360351 | Zig:26   | Noticed a juggernaut
360351 | Zig:26   | Noticed a juggernaut
360353 | Zig:26   | Noticed a juggernaut
360353 | Zig:26   | Noticed a juggernaut
360354 | Zig:26   | Killed a juggernaut
360354 | Zig:26   | Killed a juggernaut
360354 | Zig:26   | Killed a juggernaut
360354 | Zig:26   | Killed a juggernaut
360354 | Zig:26   | Killed a juggernaut
360354 | Zig:26   | Killed a juggernaut
360354 | Zig:26   | Killed a juggernaut
360354 | Zig:26   | Killed a juggernaut
360354 | Zig:26   | Killed a juggernaut
360354 | Zig:26   | Killed a juggernaut
360354 | Zig:26   | Killed a juggernaut
360354 | Zig:26   | Killed a juggernaut
360354 | Zig:26   | Killed a juggernaut
360355 | Zig:26   | Killed a juggernaut
360355 | Zig:26   | Killed a juggernaut
360355 | Zig:26   | Noticed a juggernaut
360355 | Zig:26   | Noticed a juggernaut
360355 | Zig:26   | Noticed a juggernaut
360356 | Zig:26   | Noticed a juggernaut
360357 | Zig:26   | Noticed a juggernaut
360357 | Zig:26   | Noticed a juggernaut
360358 | Zig:26   | Noticed a juggernaut
360359 | Zig:26   | Noticed a juggernaut
360359 | Zig:26   | Noticed a juggernaut
360361 | Zig:26   | Killed a juggernaut
360365 | Zig:26   | Noticed a juggernaut
360366 | Zig:26   | Noticed a juggernaut
360366 | Zig:26   | Killed a juggernaut
360366 | Zig:26   | Killed a juggernaut
360367 | Zig:26   | Noticed a juggernaut
360367 | Zig:26   | Noticed a juggernaut
360367 | Zig:26   | Killed a juggernaut
360367 | Zig:26   | Killed a juggernaut
360367 | Zig:26   | Killed a juggernaut
360367 | Zig:26   | Killed a juggernaut
360367 | Zig:26   | Killed a juggernaut
360367 | Zig:26   | Killed a juggernaut
360367 | Zig:26   | Killed a juggernaut
360368 | Zig:26   | Noticed a juggernaut
360371 | Zig:26   | Killed a juggernaut
360371 | Zig:26   | Killed a juggernaut
360371 | Zig:26   | Killed a juggernaut
360371 | Zig:26   | Killed a juggernaut
360371 | Zig:26   | Killed a juggernaut
361269 | Zig:26   | Identified the +1 chain mail of the Queen of Cups {Rampage
                  | Int+2}
361320 | Zig:26   | Identified the +1 spear of Cruel Justice {pain, rN++ Str+2}
361324 | Zig:26   | Identified the ring "Ulasawn" {Str+6 Int+6 Stlth-}
361328 | Zig:26   | Identified the +7 lajatang "Botyxt" {speed, Str+5}
361345 | Zig:26   | Identified the +6 ring mail "Geitwi Eceo" {rF+ MP+9 Int+2
                  | Dex-3}
361348 | Zig:26   | Identified the staff "Cyhi Seu" {rC+ rN+ Will- Dex+3 Stlth+
                  | Ice}
361364 | Zig:26   | Identified the ring of Daeggiuf {Fire rElec Dex+3}
361556 | Zig:27   | Entered Level 27 of a ziggurat
361842 | Zig:27   | Identified the +2 robe of the Furrier {Slay+6}
361868 | Zig:27   | Identified the +6 great sword "Jeicann" {speed, Fly SInv}
361894 | Zig:27   | Identified the +4 plate armour "Zelluqau" {Will+}
361917 | Zig:27   | Identified the +1 chain mail "Saybuen" {Stlth+}
361968 | Zig:27   | Identified the +3 flail of the Ecumenical Temple {heavy,
                  | Will+}
363093 | Depths:3 | Acquired 1119 gold pieces
363100 | Depths:3 | Upgraded the game from 0.31-a0-355-g57cb03d3e8 to
                  | 0.31-a0-360-gb3e1d13bf4
363118 | Zig:1    | Entered Level 1 of a ziggurat
363236 | Zig:2    | Entered Level 2 of a ziggurat
363341 | Zig:2    | Identified the ring of the Peasants {rElec AC+4}
363405 | Zig:2    | Identified the +4 scale mail of Cocytus {+Blink rC+ Str+3}
363422 | Zig:3    | Entered Level 3 of a ziggurat
363508 | Zig:3    | Identified the +5 quarterstaff of Hamun {antimagic, rElec
                  | Int+4 Dex-2}
363620 | Zig:4    | Entered Level 4 of a ziggurat
363844 | Zig:5    | Entered Level 5 of a ziggurat
363844 | Zig:5    | Noticed a dread lich
363844 | Zig:5    | Noticed an ancient lich
363844 | Zig:5    | Noticed an ancient lich
363844 | Zig:5    | Noticed an ancient lich
363844 | Zig:5    | Noticed an ancient lich
363844 | Zig:5    | Noticed an ancient lich
363844 | Zig:5    | Noticed a dread lich
363844 | Zig:5    | Noticed a dread lich
363844 | Zig:5    | Noticed an ancient lich
363844 | Zig:5    | Noticed an ancient lich
363844 | Zig:5    | Noticed an ancient lich
363844 | Zig:5    | Noticed a dread lich
363844 | Zig:5    | Noticed an ancient lich
363844 | Zig:5    | Noticed a dread lich
363844 | Zig:5    | Noticed an ancient lich
363844 | Zig:5    | Noticed an ancient lich
363844 | Zig:5    | Noticed a dread lich
363844 | Zig:5    | Noticed an ancient lich
363844 | Zig:5    | Noticed a dread lich
363844 | Zig:5    | Noticed a dread lich
363844 | Zig:5    | Noticed an ancient lich
363844 | Zig:5    | Noticed an ancient lich
363844 | Zig:5    | Noticed a dread lich
363845 | Zig:5    | Killed an ancient lich
363845 | Zig:5    | Killed an ancient lich
363845 | Zig:5    | Killed an ancient lich
363845 | Zig:5    | Killed an ancient lich
363845 | Zig:5    | Killed a dread lich
363845 | Zig:5    | Killed a dread lich
363845 | Zig:5    | Killed a dread lich
363845 | Zig:5    | Killed an ancient lich
363845 | Zig:5    | Killed an ancient lich
363845 | Zig:5    | Killed an ancient lich
363845 | Zig:5    | Killed an ancient lich
363845 | Zig:5    | Killed a dread lich
363845 | Zig:5    | Killed an ancient lich
363845 | Zig:5    | Killed an ancient lich
363845 | Zig:5    | Killed an ancient lich
363845 | Zig:5    | Killed a dread lich
363845 | Zig:5    | Killed a dread lich
363845 | Zig:5    | Killed a dread lich
363846 | Zig:5    | Noticed an ancient lich
363847 | Zig:5    | Noticed an ancient lich
363847 | Zig:5    | Noticed an ancient lich
363848 | Zig:5    | Noticed an ancient lich
363848 | Zig:5    | Noticed an ancient lich
363848 | Zig:5    | Noticed an ancient lich
363848 | Zig:5    | Killed an ancient lich
363849 | Zig:5    | Noticed a dread lich
363849 | Zig:5    | Noticed a dread lich
363850 | Zig:5    | Noticed a dread lich
363850 | Zig:5    | Killed an ancient lich
363850 | Zig:5    | Killed an ancient lich
363851 | Zig:5    | Killed a dread lich
363852 | Zig:5    | Killed an ancient lich
363853 | Zig:5    | Killed an ancient lich
363853 | Zig:5    | Killed an ancient lich
363854 | Zig:5    | Killed an ancient lich
363854 | Zig:5    | Killed a dread lich
363854 | Zig:5    | Killed an ancient lich
363854 | Zig:5    | Killed a dread lich
363854 | Zig:5    | Killed a dread lich
363855 | Zig:5    | Killed a dread lich
363858 | Zig:5    | Killed an ancient lich
363862 | Zig:5    | Identified the staff "Boijovin" {rN+ rCorr Str+3 Necro}
364143 | Zig:5    | Identified the +1 chain mail "Duufir" {rElec rC- rN+ rCorr}
364175 | Zig:6    | Entered Level 6 of a ziggurat
364407 | Zig:6    | Identified the +7 spear of Laepast {freeze, *Corrode Int+6}
364410 | Zig:6    | Identified the amulet "Eroal" {RegenMP +Blink rN+ Regen+
                  | Dex+3}
364437 | Zig:6    | Identified the staff "Xidgheuxi" {Contam rF+ Will- Int+8
                  | SInv Fire}
364452 | Zig:7    | Entered Level 7 of a ziggurat
364452 | Zig:7    | Noticed an ancient lich
364453 | Zig:7    | Killed an ancient lich
364458 | Zig:7    | Noticed an ancient lich
364461 | Zig:7    | Killed an ancient lich
364561 | Zig:7    | Identified the +10 rapier of the Warrior-Mage {pain, rC+}
364783 | Zig:8    | Entered Level 8 of a ziggurat
364783 | Zig:8    | Noticed a juggernaut
364783 | Zig:8    | Noticed a juggernaut
364783 | Zig:8    | Noticed a juggernaut
364783 | Zig:8    | Noticed a juggernaut
364784 | Zig:8    | Killed a juggernaut
364784 | Zig:8    | Killed a juggernaut
364784 | Zig:8    | Killed a juggernaut
364784 | Zig:8    | Noticed a juggernaut
364787 | Zig:8    | Noticed a juggernaut
364789 | Zig:8    | Noticed a juggernaut
364789 | Zig:8    | Noticed a juggernaut
364790 | Zig:8    | Noticed a juggernaut
364790 | Zig:8    | Killed a juggernaut
364791 | Zig:8    | Noticed a juggernaut
364791 | Zig:8    | Killed a juggernaut
364791 | Zig:8    | Killed a juggernaut
364793 | Zig:8    | Killed a juggernaut
364793 | Zig:8    | Killed a juggernaut
364798 | Zig:8    | Killed a juggernaut
364798 | Zig:8    | Killed a juggernaut
365224 | Zig:9    | Entered Level 9 of a ziggurat
365332 | Zig:9    | Identified the +3 great sword of the Puffball {heavy,
                  | Fragile rC+ Stlth+}
365343 | Zig:9    | Identified the +0 scale mail "Beqaen" {rCorr MP+9}
365346 | Zig:9    | Identified the +3 leather armour "Zohubem" {rPois rF-
                  | Str+2}
365368 | Zig:9    | Identified the ring of Tebla {+Blink MP+9 Int+4}
365634 | Zig:10   | Entered Level 10 of a ziggurat
366072 | Zig:10   | Identified the +5 war axe of Xeblox {freeze, rPois Int+3}
366081 | Zig:10   | Identified the staff of the Lurker {rElec rC+ rN+ MP-9 Ice
                  | Air}
366086 | Zig:10   | Identified the +0 scale mail "Puwaozarr" {rPois Int+5
                  | Dex-5}
366088 | Zig:10   | Identified the ring "Nocwobbi" {rF+ Int+3 SInv}
366161 | Zig:11   | Entered Level 11 of a ziggurat
366298 | Zig:11   | Identified the +5 lajatang of Yguaqae {flame, MP+9}
366302 | Zig:11   | Identified the staff "Naisets" {rPois rF+ rCorr Int-2 Conj
                  | Fire}
366314 | Zig:11   | Identified the ring "Isirgh" {Fly rF+ Will- Int+3}
366407 | Zig:11   | Identified the +2 great sword "Lyen" {drain, rC+ Int-4
                  | SInv}
366717 | Zig:12   | Entered Level 12 of a ziggurat
366717 | Zig:12   | Noticed Betuluewk's ghost (legendary DESu)
366717 | Zig:12   | Noticed Lonang's ghost (legendary DESu)
366717 | Zig:12   | Noticed Piash's ghost (master OgEE)
366717 | Zig:12   | Noticed Betuluewk's ghost (legendary DESu)
366717 | Zig:12   | Noticed Beofaps's ghost (legendary HuCj)
366717 | Zig:12   | Noticed Has Pue's ghost (legendary FoFi)
366717 | Zig:12   | Noticed Poalor's ghost (legendary GnWn)
366717 | Zig:12   | Noticed Jataj's ghost (legendary GrFi)
366717 | Zig:12   | Noticed Beofaps's ghost (legendary HuCj)
366717 | Zig:12   | Noticed Tefur's ghost (legendary GnFi)
366717 | Zig:12   | Noticed Lonang's ghost (legendary DESu)
366717 | Zig:12   | Noticed Betuluewk's ghost (legendary DESu)
366717 | Zig:12   | Noticed Tefur's ghost (legendary GnFi)
366717 | Zig:12   | Noticed Jiheses's ghost (legendary DEAE)
366717 | Zig:12   | Noticed Tefur's ghost (legendary GnFi)
366717 | Zig:12   | Noticed Yllipt's ghost (legendary GnWr)
366717 | Zig:12   | Noticed Beofaps's ghost (legendary HuCj)
366717 | Zig:12   | Noticed Kyik Kue's ghost (legendary DEFE)
366717 | Zig:12   | Noticed Jiheses's ghost (legendary DEAE)
366717 | Zig:12   | Noticed Qatt's ghost (legendary GnWn)
366717 | Zig:12   | Noticed Betuluewk's ghost (legendary DESu)
366717 | Zig:12   | Noticed Jiheses's ghost (legendary DEAE)
366717 | Zig:12   | Noticed Jecaful's ghost (legendary NaMo)
366717 | Zig:12   | Noticed Has Pue's ghost (legendary FoFi)
366717 | Zig:12   | Noticed Jecaful's ghost (legendary NaMo)
366718 | Zig:12   | Upgraded the game from 0.31-a0-360-gb3e1d13bf4 to
                  | 0.31-a0-364-gb59cdcccf2
366718 | Zig:12   | Killed Piash's ghost
366719 | Zig:12   | Killed Betuluewk's ghost
366719 | Zig:12   | Killed Kyik Kue's ghost
366719 | Zig:12   | Killed Jiheses's ghost
366719 | Zig:12   | Killed Jiheses's ghost
366719 | Zig:12   | Noticed Betuluewk's ghost (legendary DESu)
366719 | Zig:12   | Noticed Zaib's ghost (legendary CeHu)
366719 | Zig:12   | Noticed Betuluewk's ghost (legendary DESu)
366719 | Zig:12   | Noticed Jiheses's ghost (legendary DEAE)
366720 | Zig:12   | Killed Has Pue's ghost
366720 | Zig:12   | Killed Beofaps's ghost
366720 | Zig:12   | Killed Tefur's ghost
366720 | Zig:12   | Killed Jiheses's ghost
366720 | Zig:12   | Killed Yllipt's ghost
366720 | Zig:12   | Killed Lonang's ghost
366720 | Zig:12   | Killed Lonang's ghost
366720 | Zig:12   | Killed Betuluewk's ghost
366720 | Zig:12   | Killed Betuluewk's ghost
366720 | Zig:12   | Noticed Hahenefa's ghost (legendary DsWn)
366720 | Zig:12   | Noticed Neapotai's ghost (veteran DsMo)
366720 | Zig:12   | Noticed Betuluewk's ghost (legendary DESu)
366721 | Zig:12   | Killed Beofaps's ghost
366721 | Zig:12   | Killed Tefur's ghost
366721 | Zig:12   | Killed Has Pue's ghost
366721 | Zig:12   | Killed Jataj's ghost
366721 | Zig:12   | Killed Beofaps's ghost
366722 | Zig:12   | Noticed Hahenefa's ghost (legendary DsWn)
366722 | Zig:12   | Killed Jecaful's ghost
366722 | Zig:12   | Killed Qatt's ghost
366722 | Zig:12   | Killed Poalor's ghost
366722 | Zig:12   | Killed Betuluewk's ghost
366722 | Zig:12   | Killed Tefur's ghost
366722 | Zig:12   | Killed Betuluewk's ghost
366722 | Zig:12   | Noticed Neapotai's ghost (veteran DsMo)
366723 | Zig:12   | Noticed Hahenefa's ghost (legendary DsWn)
366723 | Zig:12   | Noticed Lonang's ghost (legendary DESu)
366723 | Zig:12   | Noticed Lonang's ghost (legendary DESu)
366723 | Zig:12   | Noticed Hahenefa's ghost (legendary DsWn)
366723 | Zig:12   | Noticed Jecaful's ghost (legendary NaMo)
366723 | Zig:12   | Noticed Hahenefa's ghost (legendary DsWn)
366723 | Zig:12   | Noticed Jataj's ghost (legendary GrFi)
366724 | Zig:12   | Noticed Jecaful's ghost (legendary NaMo)
366724 | Zig:12   | Noticed Poalor's ghost (legendary GnWn)
366725 | Zig:12   | Killed Jecaful's ghost
366725 | Zig:12   | Noticed Jiheses's ghost (legendary DEAE)
366725 | Zig:12   | Noticed Neapotai's ghost (veteran DsMo)
366725 | Zig:12   | Noticed Zaib's ghost (legendary CeHu)
366725 | Zig:12   | Noticed Hiz Mun's ghost (veteran MfGl)
366725 | Zig:12   | Noticed Lonang's ghost (legendary DESu)
366726 | Zig:12   | Noticed Poalor's ghost (legendary GnWn)
366726 | Zig:12   | Noticed Zaib's ghost (legendary CeHu)
366726 | Zig:12   | Killed Betuluewk's ghost
366726 | Zig:12   | Killed Lonang's ghost
366726 | Zig:12   | Killed Hahenefa's ghost
366726 | Zig:12   | Killed Lonang's ghost
366726 | Zig:12   | Killed Betuluewk's ghost
366726 | Zig:12   | Killed Jiheses's ghost
366726 | Zig:12   | Killed Neapotai's ghost
366726 | Zig:12   | Noticed Has Pue's ghost (legendary FoFi)
366726 | Zig:12   | Noticed Yllipt's ghost (legendary GnWr)
366726 | Zig:12   | Noticed Kyik Kue's ghost (legendary DEFE)
366726 | Zig:12   | Noticed Neapotai's ghost (veteran DsMo)
366726 | Zig:12   | Noticed Lonang's ghost (legendary DESu)
366726 | Zig:12   | Noticed Beofaps's ghost (legendary HuCj)
366726 | Zig:12   | Noticed Zycouta's ghost (legendary DrSh)
366726 | Zig:12   | Noticed Jiheses's ghost (legendary DEAE)
366726 | Zig:12   | Noticed Qatt's ghost (legendary GnWn)
366726 | Zig:12   | Noticed Diylu's ghost (veteran DsCj)
366726 | Zig:12   | Noticed Zaib's ghost (legendary CeHu)
366726 | Zig:12   | Noticed Poalor's ghost (legendary GnWn)
366726 | Zig:12   | Noticed Kyik Kue's ghost (legendary DEFE)
366727 | Zig:12   | Noticed Minism's ghost (legendary MiFi)
366727 | Zig:12   | Killed Jecaful's ghost
366727 | Zig:12   | Killed Jiheses's ghost
366727 | Zig:12   | Killed Hiz Mun's ghost
366727 | Zig:12   | Killed Zaib's ghost
366727 | Zig:12   | Killed Hahenefa's ghost
366727 | Zig:12   | Killed Lonang's ghost
366727 | Zig:12   | Killed Hahenefa's ghost
366727 | Zig:12   | Killed Hahenefa's ghost
366728 | Zig:12   | Killed Poalor's ghost
366728 | Zig:12   | Killed Jecaful's ghost
366728 | Zig:12   | Killed Neapotai's ghost
366728 | Zig:12   | Killed Poalor's ghost
366728 | Zig:12   | Killed Kyik Kue's ghost
366728 | Zig:12   | Killed Has Pue's ghost
366728 | Zig:12   | Killed Yllipt's ghost
366728 | Zig:12   | Noticed Kyik Kue's ghost (legendary DEFE)
366728 | Zig:12   | Noticed Zycouta's ghost (legendary DrSh)
366728 | Zig:12   | Noticed Zaib's ghost (legendary CeHu)
366728 | Zig:12   | Noticed Piash's ghost (master OgEE)
366728 | Zig:12   | Noticed Hiz Mun's ghost (veteran MfGl)
366728 | Zig:12   | Noticed Minism's ghost (legendary MiFi)
366729 | Zig:12   | Killed Beofaps's ghost
366729 | Zig:12   | Killed Zycouta's ghost
366729 | Zig:12   | Killed Diylu's ghost
366729 | Zig:12   | Killed Qatt's ghost
366729 | Zig:12   | Killed Lonang's ghost
366729 | Zig:12   | Killed Poalor's ghost
366729 | Zig:12   | Killed Kyik Kue's ghost
366729 | Zig:12   | Killed Zaib's ghost
366729 | Zig:12   | Killed Hahenefa's ghost
366729 | Zig:12   | Killed Jiheses's ghost
366729 | Zig:12   | Killed Neapotai's ghost
366729 | Zig:12   | Killed Hiz Mun's ghost
366729 | Zig:12   | Noticed Lonang's ghost (legendary DESu)
366729 | Zig:12   | Noticed Jiheses's ghost (legendary DEAE)
366729 | Zig:12   | Noticed mandick's ghost (legendary SpEn)
366730 | Zig:12   | Noticed Zaib's ghost (legendary CeHu)
366731 | Zig:12   | Noticed Neapotai's ghost (veteran DsMo)
366731 | Zig:12   | Noticed Qatt's ghost (legendary GnWn)
366731 | Zig:12   | Noticed Hiz Mun's ghost (veteran MfGl)
366731 | Zig:12   | Noticed Hiz Mun's ghost (veteran MfGl)
366733 | Zig:12   | Killed Zycouta's ghost
366733 | Zig:12   | Killed mandick's ghost
366733 | Zig:12   | Killed Jataj's ghost
366733 | Zig:12   | Killed Zaib's ghost
366733 | Zig:12   | Killed Zaib's ghost
366733 | Zig:12   | Killed Jiheses's ghost
366734 | Zig:12   | Killed Minism's ghost
366736 | Zig:12   | Killed Qatt's ghost
366736 | Zig:12   | Killed Zaib's ghost
366736 | Zig:12   | Killed Piash's ghost
366736 | Zig:12   | Noticed Poalor's ghost (legendary GnWn)
366737 | Zig:12   | Killed Kyik Kue's ghost
366738 | Zig:12   | Killed Hiz Mun's ghost
366738 | Zig:12   | Killed Lonang's ghost
366739 | Zig:12   | Noticed Piash's ghost (master OgEE)
366739 | Zig:12   | Noticed Kyik Kue's ghost (legendary DEFE)
366740 | Zig:12   | Noticed Tenar's ghost (legendary TrFi)
366741 | Zig:12   | Killed Neapotai's ghost
366741 | Zig:12   | Killed Hiz Mun's ghost
366742 | Zig:12   | Noticed Tefur's ghost (legendary GnFi)
366742 | Zig:12   | Noticed Diylu's ghost (veteran DsCj)
366742 | Zig:12   | Noticed Kyik Kue's ghost (legendary DEFE)
366743 | Zig:12   | Killed Neapotai's ghost
366743 | Zig:12   | Killed Minism's ghost
366753 | Zig:12   | Noticed Poalor's ghost (legendary GnWn)
366755 | Zig:12   | Killed Kyik Kue's ghost
366755 | Zig:12   | Killed Poalor's ghost
366756 | Zig:12   | Noticed initializr's ghost (legendary OgAE)
366756 | Zig:12   | Killed Zaib's ghost
366757 | Zig:12   | Killed Piash's ghost
366757 | Zig:12   | Killed Kyik Kue's ghost
366758 | Zig:12   | Killed Diylu's ghost
366761 | Zig:12   | Killed Tenar's ghost
366761 | Zig:12   | Killed Poalor's ghost
366761 | Zig:12   | Killed Tefur's ghost
366767 | Zig:12   | Killed initializr's ghost
367077 | Zig:12   | Identified the +8 war axe of Parts Unknown {flame, rElec
                  | rF+ rN++}
367100 | Zig:12   | Identified the +6 halberd of Ascent {venom, rElec rPois
                  | Int-4}
367102 | Zig:12   | Identified the staff "Soggun" {rElec rF+ rC+ Int+5 Air}
367104 | Zig:12   | Identified the amulet "Isurren" {Reflect rElec rF- Dex+5
                  | SH+5}
367107 | Zig:12   | Identified the +2 short sword of Valiance {speed, Fragile
                  | rElec MP+9 Dex+3}
367129 | Zig:12   | Identified the +1 robe "Viroh" {Slay+3 SInv}
367133 | Zig:12   | Identified the +8 dagger of Callousness {flame, rF+ rCorr}
367186 | Zig:13   | Entered Level 13 of a ziggurat
367194 | Zig:13   | Upgraded the game from 0.31-a0-364-gb59cdcccf2 to
                  | 0.31-a0-369-g8eba5f6939
367490 | Zig:13   | Identified the ring "Laat" {EV+5 Str+2 Int+3}
367494 | Zig:13   | Identified the +0 robe of Wuec {rElec Will+ Str+2}
367524 | Zig:13   | Identified the +5 leather armour of the New World {Str+2}
367555 | Zig:13   | Identified the +0 lajatang of Epena {heavy, Str+6}
367821 | Zig:14   | Entered Level 14 of a ziggurat
368360 | Zig:14   | Identified the +6 shortbow of Lust {heavy, rC+}
368375 | Zig:14   | Identified the amulet "Guwuatipu" {Spirit Rampage rN+ Will+
                  | rCorr}
368381 | Zig:14   | Identified the +5 sling "Vurosusil" {antimagic, Str+2
                  | Int+5}
368456 | Zig:15   | Entered Level 15 of a ziggurat
368456 | Zig:15   | Noticed a royal mummy
368456 | Zig:15   | Noticed a royal mummy
368456 | Zig:15   | Noticed a royal mummy
368456 | Zig:15   | Noticed a royal mummy
368456 | Zig:15   | Noticed a royal mummy
368456 | Zig:15   | Noticed a royal mummy
368456 | Zig:15   | Noticed a royal mummy
368456 | Zig:15   | Noticed a royal mummy
368457 | Zig:15   | Killed a royal mummy
368457 | Zig:15   | Killed a royal mummy
368457 | Zig:15   | Killed a royal mummy
368457 | Zig:15   | Killed a royal mummy
368457 | Zig:15   | Killed a royal mummy
368457 | Zig:15   | Killed a royal mummy
368457 | Zig:15   | Killed a royal mummy
368457 | Zig:15   | Killed a royal mummy
368458 | Zig:15   | Noticed a royal mummy
368458 | Zig:15   | Noticed a royal mummy
368459 | Zig:15   | Noticed a royal mummy
368459 | Zig:15   | Noticed a royal mummy
368460 | Zig:15   | Noticed a royal mummy
368460 | Zig:15   | Noticed a royal mummy
368461 | Zig:15   | Noticed a royal mummy
368461 | Zig:15   | Killed a royal mummy
368461 | Zig:15   | Noticed a royal mummy
368462 | Zig:15   | Killed a royal mummy
368462 | Zig:15   | Noticed a royal mummy
368463 | Zig:15   | Killed a royal mummy
368463 | Zig:15   | Killed a royal mummy
368463 | Zig:15   | Noticed a royal mummy
368466 | Zig:15   | Killed a royal mummy
368466 | Zig:15   | Killed a royal mummy
368466 | Zig:15   | Killed a royal mummy
368466 | Zig:15   | Killed a royal mummy
368466 | Zig:15   | Killed a royal mummy
368466 | Zig:15   | Killed a royal mummy
368467 | Zig:15   | Noticed a royal mummy
368467 | Zig:15   | Noticed a royal mummy
368467 | Zig:15   | Noticed a royal mummy
368468 | Zig:15   | Noticed a royal mummy
368469 | Zig:15   | Noticed a royal mummy
368469 | Zig:15   | Noticed a royal mummy
368469 | Zig:15   | Noticed a royal mummy
368470 | Zig:15   | Noticed a royal mummy
368470 | Zig:15   | Noticed a royal mummy
368471 | Zig:15   | Noticed a royal mummy
368472 | Zig:15   | Noticed a royal mummy
368472 | Zig:15   | Noticed a royal mummy
368472 | Zig:15   | Noticed a royal mummy
368472 | Zig:15   | Killed a royal mummy
368473 | Zig:15   | Noticed a royal mummy
368473 | Zig:15   | Noticed a royal mummy
368473 | Zig:15   | Noticed a royal mummy
368473 | Zig:15   | Noticed a royal mummy
368473 | Zig:15   | Noticed a royal mummy
368473 | Zig:15   | Killed a royal mummy
368473 | Zig:15   | Noticed a royal mummy
368474 | Zig:15   | Noticed a royal mummy
368474 | Zig:15   | Noticed a royal mummy
368475 | Zig:15   | Killed a royal mummy
368475 | Zig:15   | Killed a royal mummy
368475 | Zig:15   | Killed a royal mummy
368475 | Zig:15   | Killed a royal mummy
368475 | Zig:15   | Killed a royal mummy
368475 | Zig:15   | Killed a royal mummy
368475 | Zig:15   | Killed a royal mummy
368475 | Zig:15   | Killed a royal mummy
368475 | Zig:15   | Killed a royal mummy
368475 | Zig:15   | Killed a royal mummy
368475 | Zig:15   | Killed a royal mummy
368475 | Zig:15   | Killed a royal mummy
368475 | Zig:15   | Killed a royal mummy
368475 | Zig:15   | Killed a royal mummy
368477 | Zig:15   | Killed a royal mummy
368477 | Zig:15   | Killed a royal mummy
368477 | Zig:15   | Killed a royal mummy
368477 | Zig:15   | Killed a royal mummy
368482 | Zig:15   | Killed a royal mummy
368566 | Zig:15   | Identified the amulet of Light {Faith rElec rF+ Str+3
                  | Dex-2}
368574 | Zig:15   | Identified the +5 battleaxe "Dig Pust" {freeze, rCorr Str-2
                  | Int+3}
368575 | Zig:15   | Identified the staff "Yzugen" {*Slow rPois Int+8 Conj}
368576 | Zig:15   | Identified the +8 demon blade "Daeploar" {elec, rElec Will+
                  | Int-3 Dex+2}
368577 | Zig:15   | Identified the staff of Youthful Indiscretion {Dex+3 Conj}
368586 | Zig:15   | Identified the +1 scale mail "Udwauh" {rElec}
368588 | Zig:15   | Identified the +8 lajatang of War {heavy, *Slow rN+ Dex+3
                  | Stlth+}
368594 | Zig:15   | Identified the amulet of Arofajupt {Acrobat rN+++ rCorr
                  | Str-5 Int+4}
368604 | Zig:15   | Identified the +11 hand axe of the Ghost {flame, rN+ Int+2}
368611 | Zig:15   | Identified the +10 morningstar of the Powerful God {venom,
                  | Dex+5}
368613 | Zig:15   | Identified the +9 hand axe of Ufujad {heavy, Str+5}
368615 | Zig:15   | Identified the +4 longbow of Intuition {drain, Fragile
                  | Dex+6}
368627 | Zig:15   | Identified the +6 trident "Cayntier" {venom, rN+ Dex+4}
369114 | Zig:16   | Entered Level 16 of a ziggurat
369743 | Zig:16   | Identified the +12 spear of the Boiling Point {speed,
                  | +Blink rC- rCorr MP+9 Int+2}
369744 | Zig:16   | Identified the amulet "Onet" {Reflect Harm rC+ Dex+3 SH+5}
369750 | Zig:16   | Identified the +8 trident "Yruqipha" {venom, Fly Will++}
369846 | Zig:16   | Identified the +1 pair of gloves of the Lute {rF+ Regen+}
369885 | Zig:17   | Entered Level 17 of a ziggurat
369897 | Zig:17   | Noticed a dread lich
369899 | Zig:17   | Killed a dread lich
370222 | Zig:17   | Identified the staff "Rilavoz" {rElec Int+3 Earth}
370228 | Zig:17   | Identified the +6 shortbow "Backscratcher" {heavy, rF+
                  | Str+2}
370233 | Zig:17   | Identified the +4 ring mail of Plog {rPois Will+}
370252 | Zig:17   | Identified the staff of Indomitability {rF- rN+ Dex+5
                  | Necro}
370259 | Zig:17   | Identified the ring "Forget-Me-Not" {Fly Will+ MP+9 Str+4
                  | Int+4}
370261 | Zig:17   | Identified the +9 orcbow "Kupauc" {antimagic, rElec rPois}
370683 | Zig:17   | Identified the +0 plate armour of Decompression {Will-
                  | Str+4}
370697 | Zig:18   | Entered Level 18 of a ziggurat
371286 | Zig:18   | Identified the +2 pair of gloves "Efudymma" {+Blink}
371352 | Zig:18   | Identified the +0 leather armour of Sophism {*Corrode +Inv
                  | rF+}
371368 | Zig:18   | Identified the +7 ring mail "Jongas" {rN+}
371371 | Zig:18   | Identified the +7 rapier of Calamity {flame, *Slow rPois
                  | Int+2 Stlth+}
371397 | Zig:18   | Identified the +9 lajatang of the Lumpy Scars {flame, rN+
                  | Dex+3}
371473 | Zig:19   | Entered Level 19 of a ziggurat
371473 | Zig:19   | Noticed a juggernaut
371473 | Zig:19   | Noticed a juggernaut
371473 | Zig:19   | Noticed a juggernaut
371473 | Zig:19   | Noticed a juggernaut
371473 | Zig:19   | Noticed a juggernaut
371473 | Zig:19   | Noticed a juggernaut
371473 | Zig:19   | Noticed a juggernaut
371473 | Zig:19   | Noticed a juggernaut
371473 | Zig:19   | Noticed a juggernaut
371473 | Zig:19   | Noticed a juggernaut
371475 | Zig:19   | Killed a juggernaut
371475 | Zig:19   | Killed a juggernaut
371475 | Zig:19   | Killed a juggernaut
371475 | Zig:19   | Killed a juggernaut
371475 | Zig:19   | Killed a juggernaut
371475 | Zig:19   | Killed a juggernaut
371475 | Zig:19   | Killed a juggernaut
371475 | Zig:19   | Killed a juggernaut
371475 | Zig:19   | Killed a juggernaut
371475 | Zig:19   | Killed a juggernaut
371476 | Zig:19   | Noticed a juggernaut
371477 | Zig:19   | Noticed a juggernaut
371478 | Zig:19   | Noticed a juggernaut
371478 | Zig:19   | Noticed a juggernaut
371478 | Zig:19   | Noticed a juggernaut
371478 | Zig:19   | Noticed a juggernaut
371479 | Zig:19   | Noticed a juggernaut
371480 | Zig:19   | Noticed a juggernaut
371480 | Zig:19   | Noticed a juggernaut
371480 | Zig:19   | Noticed a juggernaut
371481 | Zig:19   | Noticed a juggernaut
371481 | Zig:19   | Killed a juggernaut
371482 | Zig:19   | Noticed a juggernaut
371482 | Zig:19   | Killed a juggernaut
371482 | Zig:19   | Killed a juggernaut
371482 | Zig:19   | Killed a juggernaut
371482 | Zig:19   | Noticed a juggernaut
371483 | Zig:19   | Noticed a juggernaut
371483 | Zig:19   | Noticed a juggernaut
371483 | Zig:19   | Noticed a juggernaut
371484 | Zig:19   | Killed a juggernaut
371484 | Zig:19   | Killed a juggernaut
371484 | Zig:19   | Killed a juggernaut
371484 | Zig:19   | Killed a juggernaut
371484 | Zig:19   | Killed a juggernaut
371484 | Zig:19   | Killed a juggernaut
371484 | Zig:19   | Noticed a juggernaut
371484 | Zig:19   | Noticed a juggernaut
371484 | Zig:19   | Noticed a juggernaut
371484 | Zig:19   | Noticed a juggernaut
371485 | Zig:19   | Noticed a juggernaut
371485 | Zig:19   | Noticed a juggernaut
371485 | Zig:19   | Noticed a juggernaut
371486 | Zig:19   | Noticed a juggernaut
371486 | Zig:19   | Noticed a juggernaut
371486 | Zig:19   | Noticed a juggernaut
371486 | Zig:19   | Noticed a juggernaut
371487 | Zig:19   | Noticed a juggernaut
371488 | Zig:19   | Noticed a juggernaut
371488 | Zig:19   | Noticed a juggernaut
371488 | Zig:19   | Noticed a juggernaut
371488 | Zig:19   | Noticed a juggernaut
371488 | Zig:19   | Noticed a juggernaut
371489 | Zig:19   | Noticed a juggernaut
371489 | Zig:19   | Noticed a juggernaut
371489 | Zig:19   | Noticed a juggernaut
371490 | Zig:19   | Noticed a juggernaut
371490 | Zig:19   | Noticed a juggernaut
371491 | Zig:19   | Noticed a juggernaut
371492 | Zig:19   | Killed a juggernaut
371492 | Zig:19   | Killed a juggernaut
371492 | Zig:19   | Killed a juggernaut
371492 | Zig:19   | Killed a juggernaut
371492 | Zig:19   | Killed a juggernaut
371492 | Zig:19   | Killed a juggernaut
371492 | Zig:19   | Killed a juggernaut
371492 | Zig:19   | Killed a juggernaut
371492 | Zig:19   | Killed a juggernaut
371492 | Zig:19   | Killed a juggernaut
371492 | Zig:19   | Killed a juggernaut
371492 | Zig:19   | Killed a juggernaut
371492 | Zig:19   | Killed a juggernaut
371492 | Zig:19   | Killed a juggernaut
371492 | Zig:19   | Killed a juggernaut
371492 | Zig:19   | Killed a juggernaut
371492 | Zig:19   | Killed a juggernaut
371492 | Zig:19   | Killed a juggernaut
371492 | Zig:19   | Killed a juggernaut
371492 | Zig:19   | Killed a juggernaut
371492 | Zig:19   | Killed a juggernaut
371492 | Zig:19   | Killed a juggernaut
371492 | Zig:19   | Killed a juggernaut
371492 | Zig:19   | Killed a juggernaut
371493 | Zig:19   | Killed a juggernaut
371493 | Zig:19   | Killed a juggernaut
371493 | Zig:19   | Killed a juggernaut
371493 | Zig:19   | Killed a juggernaut
371493 | Zig:19   | Killed a juggernaut
371493 | Zig:19   | Noticed a juggernaut
371493 | Zig:19   | Noticed a juggernaut
371493 | Zig:19   | Noticed a juggernaut
371499 | Zig:19   | Noticed a juggernaut
371501 | Zig:19   | Noticed a juggernaut
371501 | Zig:19   | Killed a juggernaut
371502 | Zig:19   | Noticed a juggernaut
371502 | Zig:19   | Killed a juggernaut
371502 | Zig:19   | Killed a juggernaut
371503 | Zig:19   | Killed a juggernaut
371505 | Zig:19   | Noticed a juggernaut
371507 | Zig:19   | Killed a juggernaut
371507 | Zig:19   | Killed a juggernaut
371508 | Zig:19   | Killed a juggernaut
372002 | Zig:19   | Identified the +7 lajatang of Mohinas {flame, Int+3}
372010 | Zig:19   | Identified the +0 sling "Ymaamn" {flame, *Slow Fly Str+2}
372017 | Zig:19   | Identified the +9 shortbow "Spiderslayer" {heavy, rPois}
372056 | Zig:19   | Identified the ring "Vetog" {Fire rElec Int+4}
372064 | Zig:19   | Identified the amulet of Oluahusch {Reflect Str+2 SH+5}
372120 | Zig:19   | Identified the +2 robe of the Tuna {rElec}
372128 | Zig:19   | Identified the +8 short sword of Forgiveness {speed, rF-
                  | rCorr Str+3 Stlth+}
372131 | Zig:19   | Identified the +1 lajatang of Radicalism {freeze, rC+ Will+
                  | Str-3}
372145 | Zig:19   | Identified the ring of Duas Egg {rElec rPois rC+ Will-
                  | Int+6}
372348 | Zig:19   | Identified the ring "Nij Diag" {rPois rC+ Will- rCorr
                  | Str+6}
372366 | Zig:20   | Entered Level 20 of a ziggurat
373130 | Zig:20   | Identified the +8 battleaxe "Duofaec" {protect, rElec MP+9
                  | Int+2}
373144 | Zig:20   | Identified the +1 dagger of the Eleven Hells {venom, rPois
                  | rC+ Dex+2}
373209 | Zig:20   | Identified the +4 leather armour "Sujolass" {rPois rC-
                  | Will+ Int+3}
373210 | Zig:20   | Identified the +1 quarterstaff of Vyubotah {heavy, rN+
                  | rCorr Stlth+}
373213 | Zig:20   | Identified the +4 dagger "Ymoffeb" {heavy, rN+ Int+2 Dex-5}
373230 | Zig:20   | Identified the +8 dagger "Ifyachuala" {pain, *Corrode rElec
                  | rPois Str+4}
373243 | Zig:20   | Identified the staff of the Extremes {rPois rF+ Will- Int+3
                  | Poison}
373249 | Zig:20   | Identified the +0 helmet of Sunlight {Will++ rCorr Int+3}
373253 | Zig:20   | Identified the ring "Juot" {rC+ SInv}
373273 | Zig:20   | Identified the ring "Qeaso" {Will+ rCorr Int+6}
373286 | Zig:20   | Identified the +6 orcbow of Doom {drain, rF+ MP+9 Dex+3}
373305 | Zig:20   | Identified the staff of Offence {rC+ Str-3 Int+4 Ice}
373361 | Zig:20   | Acquired 980 gold pieces
373373 | Zig:21   | Entered Level 21 of a ziggurat
373583 | Zig:21   | Identified the +5 long sword of Spite {heavy, rElec rF+
                  | rC+++ MP+9}
373596 | Zig:21   | Identified the +10 great mace "Fooklacu" {freeze, Contam
                  | Str+2 Int+3}
373616 | Zig:21   | Identified the ring of Hedgh {Fly rF+ rN+ rCorr Int+6}
373621 | Zig:21   | Identified the ring of Asass {+Blink rC+++ rN+ Will+ Int-3}
373624 | Zig:21   | Identified the +0 gold dragon scales of Seg Oqyph {*Corrode
                  | rPois rF+ rC+ Regen+ Dex+3 SInv}
373625 | Zig:21   | Identified the +3 dagger "Spiderslayer" {flame, Drain rElec
                  | rCorr Dex+3}
374440 | Zig:22   | Entered Level 22 of a ziggurat
374556 | Zig:22   | Noticed Jolim the pandemonium lord
374560 | Zig:22   | Killed Jolim the pandemonium lord
375272 | Zig:22   | Identified the amulet of the Tortured Orange {Regen+ Int+3}
375278 | Zig:22   | Identified the +6 lajatang "Ruapt" {freeze, *Slow Int+6}
375286 | Zig:22   | Identified the +4 chain mail of Nuqeuca {rElec rPois Str-4}
375287 | Zig:22   | Identified the +4 great sword "Bucokof" {spect, rPois rC-
                  | rN+}
375300 | Zig:22   | Identified the +5 lajatang of Obsession {heavy, rElec rF+
                  | Str-4 SInv}
375314 | Zig:22   | Identified the staff of Perversion {rElec rC- rCorr Str+3
                  | Air}
375322 | Zig:22   | Identified the scarf of the Ornamental Grue {repulsion,
                  | +Blink Regen+ rCorr}
375335 | Zig:22   | Identified the staff "Ruhufeto" {rC+ rCorr Str+3 Dex-3
                  | Stlth+ Ice}
375342 | Zig:22   | Identified the staff "Udiuv" {rF+ rC+ rN++ Str-4 Conj
                  | Earth}
375361 | Zig:22   | Identified the +8 rapier "Zesk" {venom, +Blink Int+3
                  | Stlth+}
375439 | Zig:22   | Acquired the +1 pair of gloves of Surprise {rC+ rCorr
                  | Str+2}
375450 | Zig:23   | Entered Level 23 of a ziggurat
375699 | Zig:23   | Identified the +3 dagger of Johucuips {heavy, Dex+3}
375703 | Zig:23   | Identified the +9 dagger "Plog" {flame, Will+ Int+3}
375709 | Zig:23   | Identified the +6 lajatang of Amoukaj {holy, *Noise Dex+6}
375751 | Zig:23   | Identified the +6 arbalest "Heypt" {penet, Fragile +Blink
                  | rF- SInv}
375753 | Zig:23   | Identified the staff "Hemuh" {Fragile rN+ Str+5 Conj}
375756 | Zig:23   | Identified the ring of Autumn {rC+ AC+4}
376614 | Zig:24   | Entered Level 24 of a ziggurat
376636 | Zig:24   | Found the +0 toga "Victory" {*Victory Clar}
376653 | Zig:24   | Identified the ring of the Heavens {rN+ Str+6 Int+4 Dex-5}
377554 | Zig:24   | Identified the +3 halberd of Tybbefav {flame, Will+ Int+3}
377595 | Zig:24   | Identified the +4 quarterstaff of Jeczatam {vamp, rN+}
377682 | Zig:24   | Identified the +0 lajatang of the Muttering Priest {flame,
                  | rN++}
377694 | Zig:24   | Identified the +9 lajatang of Uskayaw's Hope {vamp, Will++}
377698 | Zig:24   | Identified the +5 chain mail of the Depths {rPois Will+}
377746 | Zig:24   | Identified the +0 chain mail of the Immovable Invaders
                  | {rElec rN+ Will-}
377750 | Zig:24   | Identified the staff "Evvuixae" {rN+ Earth}
377752 | Zig:24   | Identified the ring "Hutug" {rF+ Int+3}
377777 | Zig:24   | Identified the +1 scale mail of the Hidden Vale {rElec
                  | rCorr Int-3 Slay+2}
377779 | Zig:24   | Identified the +9 dagger of the Ecumenical Temple {heavy,
                  | rElec}
377782 | Zig:24   | Identified the ring "Umumibus" {Will+ Str+4}
377875 | Zig:25   | Entered Level 25 of a ziggurat
377886 | Zig:25   | Paralysed by a floating eye for 3 turns
378185 | Zig:25   | Identified the +3 short sword "Hell-Harrower" {flame, rPois
                  | rN+ Will-}
378196 | Zig:25   | Identified the +11 trident "Ogrebane" {heavy, rCorr}
378204 | Zig:25   | Identified the +3 quarterstaff of Light {antimagic, *Slow
                  | rF+ rN+ Str+4}
378207 | Zig:25   | Identified the +3 lajatang "Botadday" {vamp, Str+4}
378210 | Zig:25   | Identified the ring "Agyeni" {rF+ rN+ Dex+6}
378218 | Zig:25   | Identified the +1 flail of the Red God {speed, rN+ Will+
                  | MP-9 Str+4}
378245 | Zig:25   | Identified the +9 lajatang of Maeppas {protect, Int+6}
378249 | Zig:25   | Identified the +0 leather armour of Ukluofuo {Stlth+}
379053 | Zig:26   | Entered Level 26 of a ziggurat
379053 | Zig:26   | Noticed an ancient lich
379055 | Zig:26   | Killed an ancient lich
379105 | Zig:26   | Noticed an ancient lich
379108 | Zig:26   | Killed an ancient lich
379119 | Zig:26   | Noticed a dread lich
379121 | Zig:26   | Killed a dread lich
379909 | Zig:26   | Identified the +7 spear of the Singing Butterfly {heavy,
                  | rPois rC- rCorr Stlth+}
379920 | Zig:26   | Identified the +9 ring mail of the Zebrataur {Str+2}
379931 | Zig:26   | Identified the ring "Kunoifraes" {Str+3 SInv}
379941 | Zig:26   | Identified the ring "Uroucaj" {rC+ Str-2 Int+4 Dex+6
                  | Slay-3}
379949 | Zig:26   | Identified the +4 whip of Plague {flame, Dex+3}
379956 | Zig:26   | Identified the staff of Magnificence {rF+ rCorr SInv Fire}
379957 | Zig:26   | Identified the +6 falchion of Kindness {pain, +Blink rF++
                  | Str+4 Int-5}
379970 | Zig:26   | Identified the +5 hand axe of the Slime-mould {vamp, rElec
                  | Will+ Str-3 Int+2}
379972 | Zig:26   | Identified the +0 ring mail of the Apprentice {*Slow rC+
                  | rN+ Stlth+}
380000 | Zig:26   | Identified the ring "Oski" {Slay+5 SInv}
380008 | Zig:26   | Identified the amulet of Ykkakuaq {Acrobat Int+2 Dex+3}
380123 | Zig:27   | Entered Level 27 of a ziggurat
380457 | Zig:27   | Identified the +3 buckler "Zeyt" {+Blink rF+ Int-5 Dex+4}
380487 | Zig:27   | Identified the +2 rapier of Osym {flame, Will+ Dex+2 SInv}
380493 | Zig:27   | Identified the +7 short sword of the Throat {freeze, rC+
                  | Will+}
380506 | Zig:27   | Identified the +5 scimitar "Isuitwit" {flame, rPois Dex+2}
380515 | Zig:27   | Identified the ring "Hejuwel" {Fire Dex+2}
380525 | Zig:27   | Identified the ring of Relativism {+Blink Str+3 SInv
                  | Stlth+}
380533 | Zig:27   | Identified the +11 war axe of Broken Luck {drain, rElec
                  | Str+5}
381465 | Depths:3 | Upgraded the game from 0.31-a0-369-g8eba5f6939 to
                  | 0.31-a0-408-gb642c7f9a3
381531 | Depths:3 | Upgraded the game from 0.31-a0-408-gb642c7f9a3 to
                  | 0.31-a0-460-g9e667d4245
381536 | Zig:1    | Entered Level 1 of a ziggurat
381627 | Zig:2    | Entered Level 2 of a ziggurat
381837 | Zig:3    | Entered Level 3 of a ziggurat
381892 | Zig:3    | Identified the +0 troll leather armour of Life {rF+ Regen+}
382006 | Zig:4    | Entered Level 4 of a ziggurat
382172 | Zig:4    | Identified the +1 rapier of Desperation {antimagic, rC+ rN+
                  | Dex+4}
382176 | Zig:4    | Identified the ring of Kulon {Fly Int+3 Dex+3 SInv}
382241 | Zig:5    | Entered Level 5 of a ziggurat
382241 | Zig:5    | Noticed a royal mummy
382241 | Zig:5    | Noticed a royal mummy
382241 | Zig:5    | Noticed a royal mummy
382241 | Zig:5    | Noticed a royal mummy
382241 | Zig:5    | Noticed a royal mummy
382241 | Zig:5    | Noticed a royal mummy
382241 | Zig:5    | Noticed a royal mummy
382243 | Zig:5    | Killed a royal mummy
382243 | Zig:5    | Killed a royal mummy
382243 | Zig:5    | Killed a royal mummy
382243 | Zig:5    | Killed a royal mummy
382243 | Zig:5    | Killed a royal mummy
382243 | Zig:5    | Killed a royal mummy
382243 | Zig:5    | Killed a royal mummy
382245 | Zig:5    | Noticed a royal mummy
382245 | Zig:5    | Noticed a royal mummy
382245 | Zig:5    | Noticed a royal mummy
382246 | Zig:5    | Noticed a royal mummy
382248 | Zig:5    | Killed a royal mummy
382249 | Zig:5    | Killed a royal mummy
382249 | Zig:5    | Killed a royal mummy
382251 | Zig:5    | Killed a royal mummy
382316 | Zig:5    | Identified the +3 ring mail of Blue Skies {rF+ Will- MP+9}
382536 | Zig:6    | Entered Level 6 of a ziggurat
382536 | Zig:6    | Noticed an ancient lich
382536 | Zig:6    | Noticed an ancient lich
382536 | Zig:6    | Noticed an ancient lich
382536 | Zig:6    | Noticed a dread lich
382536 | Zig:6    | Noticed an ancient lich
382536 | Zig:6    | Noticed a dread lich
382536 | Zig:6    | Noticed a dread lich
382536 | Zig:6    | Noticed a dread lich
382536 | Zig:6    | Noticed a dread lich
382536 | Zig:6    | Noticed a dread lich
382536 | Zig:6    | Noticed an ancient lich
382536 | Zig:6    | Noticed a dread lich
382536 | Zig:6    | Noticed an ancient lich
382536 | Zig:6    | Noticed an ancient lich
382536 | Zig:6    | Noticed an ancient lich
382536 | Zig:6    | Noticed a dread lich
382536 | Zig:6    | Noticed a dread lich
382536 | Zig:6    | Noticed an ancient lich
382537 | Zig:6    | Killed an ancient lich
382537 | Zig:6    | Killed an ancient lich
382537 | Zig:6    | Killed an ancient lich
382537 | Zig:6    | Killed a dread lich
382537 | Zig:6    | Killed a dread lich
382537 | Zig:6    | Killed a dread lich
382537 | Zig:6    | Killed a dread lich
382537 | Zig:6    | Killed a dread lich
382537 | Zig:6    | Killed a dread lich
382537 | Zig:6    | Killed an ancient lich
382537 | Zig:6    | Killed a dread lich
382537 | Zig:6    | Killed an ancient lich
382537 | Zig:6    | Killed an ancient lich
382537 | Zig:6    | Killed an ancient lich
382537 | Zig:6    | Killed an ancient lich
382537 | Zig:6    | Killed a dread lich
382538 | Zig:6    | Noticed a dread lich
382538 | Zig:6    | Noticed an ancient lich
382538 | Zig:6    | Noticed a dread lich
382539 | Zig:6    | Noticed an ancient lich
382540 | Zig:6    | Noticed a dread lich
382541 | Zig:6    | Noticed a dread lich
382541 | Zig:6    | Killed a dread lich
382542 | Zig:6    | Noticed an ancient lich
382542 | Zig:6    | Killed a dread lich
382543 | Zig:6    | Killed a dread lich
382544 | Zig:6    | Killed an ancient lich
382544 | Zig:6    | Killed an ancient lich
382545 | Zig:6    | Killed an ancient lich
382546 | Zig:6    | Killed a dread lich
382546 | Zig:6    | Killed an ancient lich
382546 | Zig:6    | Killed a dread lich
382835 | Zig:6    | Identified the staff "Ruast" {rF+ rCorr Fire}
382860 | Zig:7    | Entered Level 7 of a ziggurat
382931 | Zig:7    | Identified the ring "Goassami" {Wiz rN+}
382941 | Zig:7    | Identified the +2 leather armour of Feink {rN+++ rCorr
                  | Str-2 Dex+4}
382967 | Zig:7    | Identified the +2 scimitar of Imiu {freeze, rC+ Will+
                  | Int+6}
383235 | Zig:8    | Entered Level 8 of a ziggurat
383470 | Zig:8    | Identified the +0 chain mail of Moudowe {Harm *Slow MP+9}
383581 | Zig:8    | Identified the ring "Ifij" {Fly SInv}
383640 | Zig:9    | Entered Level 9 of a ziggurat
384102 | Zig:9    | Identified the +2 spear "Waxexe" {flame, rPois Int+3}
384178 | Zig:10   | Entered Level 10 of a ziggurat
384178 | Zig:10   | Noticed an ancient lich
384179 | Zig:10   | Killed an ancient lich
384355 | Zig:10   | Identified the +6 scale mail of Dishonesty {+Inv Int+3}
384718 | Zig:11   | Entered Level 11 of a ziggurat
384718 | Zig:11   | Noticed a juggernaut
384718 | Zig:11   | Noticed a juggernaut
384718 | Zig:11   | Noticed a juggernaut
384718 | Zig:11   | Noticed a juggernaut
384718 | Zig:11   | Noticed a juggernaut
384718 | Zig:11   | Noticed a juggernaut
384718 | Zig:11   | Noticed a juggernaut
384718 | Zig:11   | Noticed a juggernaut
384718 | Zig:11   | Noticed a juggernaut
384718 | Zig:11   | Noticed a juggernaut
384718 | Zig:11   | Noticed a juggernaut
384718 | Zig:11   | Noticed a juggernaut
384718 | Zig:11   | Noticed a juggernaut
384718 | Zig:11   | Noticed a juggernaut
384719 | Zig:11   | Killed a juggernaut
384719 | Zig:11   | Killed a juggernaut
384719 | Zig:11   | Killed a juggernaut
384719 | Zig:11   | Killed a juggernaut
384720 | Zig:11   | Killed a juggernaut
384720 | Zig:11   | Killed a juggernaut
384720 | Zig:11   | Killed a juggernaut
384720 | Zig:11   | Killed a juggernaut
384720 | Zig:11   | Killed a juggernaut
384720 | Zig:11   | Killed a juggernaut
384720 | Zig:11   | Killed a juggernaut
384720 | Zig:11   | Killed a juggernaut
384720 | Zig:11   | Killed a juggernaut
384720 | Zig:11   | Noticed a juggernaut
384720 | Zig:11   | Noticed a juggernaut
384720 | Zig:11   | Noticed a juggernaut
384720 | Zig:11   | Noticed a juggernaut
384720 | Zig:11   | Noticed a juggernaut
384721 | Zig:11   | Noticed a juggernaut
384721 | Zig:11   | Noticed a juggernaut
384722 | Zig:11   | Noticed a juggernaut
384722 | Zig:11   | Noticed a juggernaut
384722 | Zig:11   | Noticed a juggernaut
384722 | Zig:11   | Noticed a juggernaut
384722 | Zig:11   | Noticed a juggernaut
384722 | Zig:11   | Noticed a juggernaut
384722 | Zig:11   | Noticed a juggernaut
384723 | Zig:11   | Noticed a juggernaut
384724 | Zig:11   | Noticed a juggernaut
384724 | Zig:11   | Noticed a juggernaut
384724 | Zig:11   | Noticed a juggernaut
384724 | Zig:11   | Noticed a juggernaut
384724 | Zig:11   | Killed a juggernaut
384725 | Zig:11   | Noticed a juggernaut
384725 | Zig:11   | Noticed a juggernaut
384725 | Zig:11   | Noticed a juggernaut
384725 | Zig:11   | Noticed a juggernaut
384725 | Zig:11   | Noticed a juggernaut
384725 | Zig:11   | Noticed a juggernaut
384726 | Zig:11   | Killed a juggernaut
384727 | Zig:11   | Noticed a juggernaut
384727 | Zig:11   | Noticed a juggernaut
384727 | Zig:11   | Killed a juggernaut
384727 | Zig:11   | Killed a juggernaut
384727 | Zig:11   | Killed a juggernaut
384727 | Zig:11   | Killed a juggernaut
384728 | Zig:11   | Noticed a juggernaut
384728 | Zig:11   | Noticed a juggernaut
384728 | Zig:11   | Noticed a juggernaut
384728 | Zig:11   | Killed a juggernaut
384728 | Zig:11   | Killed a juggernaut
384728 | Zig:11   | Killed a juggernaut
384728 | Zig:11   | Killed a juggernaut
384728 | Zig:11   | Killed a juggernaut
384729 | Zig:11   | Noticed a juggernaut
384729 | Zig:11   | Noticed a juggernaut
384729 | Zig:11   | Noticed a juggernaut
384729 | Zig:11   | Killed a juggernaut
384729 | Zig:11   | Killed a juggernaut
384729 | Zig:11   | Noticed a juggernaut
384730 | Zig:11   | Noticed a juggernaut
384730 | Zig:11   | Killed a juggernaut
384730 | Zig:11   | Killed a juggernaut
384730 | Zig:11   | Killed a juggernaut
384730 | Zig:11   | Killed a juggernaut
384730 | Zig:11   | Killed a juggernaut
384730 | Zig:11   | Killed a juggernaut
384730 | Zig:11   | Killed a juggernaut
384730 | Zig:11   | Killed a juggernaut
384730 | Zig:11   | Killed a juggernaut
384730 | Zig:11   | Killed a juggernaut
384730 | Zig:11   | Killed a juggernaut
384730 | Zig:11   | Killed a juggernaut
384730 | Zig:11   | Killed a juggernaut
384730 | Zig:11   | Killed a juggernaut
384730 | Zig:11   | Killed a juggernaut
384730 | Zig:11   | Killed a juggernaut
384730 | Zig:11   | Killed a juggernaut
384730 | Zig:11   | Noticed a juggernaut
384731 | Zig:11   | Noticed a juggernaut
384731 | Zig:11   | Noticed a juggernaut
384732 | Zig:11   | Killed a juggernaut
384732 | Zig:11   | Killed a juggernaut
384732 | Zig:11   | Killed a juggernaut
384732 | Zig:11   | Killed a juggernaut
384732 | Zig:11   | Killed a juggernaut
384732 | Zig:11   | Killed a juggernaut
384732 | Zig:11   | Killed a juggernaut
384733 | Zig:11   | Noticed a juggernaut
384733 | Zig:11   | Noticed a juggernaut
384736 | Zig:11   | Killed a juggernaut
384737 | Zig:11   | Killed a juggernaut
384739 | Zig:11   | Killed a juggernaut
384739 | Zig:11   | Killed a juggernaut
384979 | Zig:11   | Identified the staff of the Everdark {rPois Str-5 Int+3
                  | Dex+2 Stlth+ Poison}
384982 | Zig:11   | Identified the +2 flail of Outrage {freeze, rElec rF++ MP+9
                  | Str-2}
385382 | Zig:12   | Entered Level 12 of a ziggurat
385835 | Zig:12   | Identified the +1 long sword "Duos" {protect, rF+ rN+ Str+4
                  | Dex-5}
385837 | Zig:12   | Identified the ring "Pery Zae" {rF++ rCorr}
385910 | Zig:12   | Identified the +7 longbow "Saeluf" {antimagic, Fragile
                  | Str+6}
385912 | Zig:12   | Identified the ring of Enaj {rCorr Int+5 Dex+2 SInv}
385922 | Zig:12   | Identified the staff "Nexixkot" {Dex+3 Earth}
385925 | Zig:12   | Identified the ring "Alel" {Int+4 SInv}
385972 | Zig:12   | Identified the +2 leather armour "Qolok" {Harm rC- Str+3
                  | Slay+4}
386028 | Zig:13   | Entered Level 13 of a ziggurat
386224 | Zig:13   | Identified the +9 great mace "Dragon's Tongue" {pain, Fly
                  | MP-9 Dex+4 SInv}
386238 | Zig:13   | Identified the +1 shadow dragon scales of Xustanant {rElec
                  | Will+ Regen+ Stlth++++}
386276 | Zig:13   | Identified the staff "Coazyol" {rC- Will++ Int+2 Conj}
386812 | Zig:14   | Entered Level 14 of a ziggurat
386812 | Zig:14   | Noticed a royal mummy
386812 | Zig:14   | Noticed a royal mummy
386812 | Zig:14   | Noticed a royal mummy
386812 | Zig:14   | Noticed a royal mummy
386812 | Zig:14   | Noticed a royal mummy
386812 | Zig:14   | Noticed a royal mummy
386812 | Zig:14   | Noticed a royal mummy
386812 | Zig:14   | Noticed a royal mummy
386812 | Zig:14   | Noticed a dread lich
386812 | Zig:14   | Noticed a royal mummy
386812 | Zig:14   | Noticed a royal mummy
386812 | Zig:14   | Noticed a royal mummy
386812 | Zig:14   | Noticed a royal mummy
386812 | Zig:14   | Noticed a royal mummy
386812 | Zig:14   | Noticed a royal mummy
386812 | Zig:14   | Noticed a royal mummy
386812 | Zig:14   | Noticed a royal mummy
386812 | Zig:14   | Noticed a royal mummy
386813 | Zig:14   | Killed a royal mummy
386813 | Zig:14   | Killed a royal mummy
386813 | Zig:14   | Killed a royal mummy
386813 | Zig:14   | Killed a royal mummy
386813 | Zig:14   | Killed a royal mummy
386813 | Zig:14   | Killed a royal mummy
386813 | Zig:14   | Killed a royal mummy
386813 | Zig:14   | Killed a royal mummy
386813 | Zig:14   | Killed a royal mummy
386813 | Zig:14   | Killed a royal mummy
386813 | Zig:14   | Killed a royal mummy
386813 | Zig:14   | Killed a royal mummy
386813 | Zig:14   | Killed a royal mummy
386813 | Zig:14   | Killed a dread lich
386813 | Zig:14   | Killed a royal mummy
386813 | Zig:14   | Killed a royal mummy
386813 | Zig:14   | Killed a royal mummy
386813 | Zig:14   | Killed a royal mummy
386814 | Zig:14   | Noticed a royal mummy
386814 | Zig:14   | Noticed a royal mummy
386814 | Zig:14   | Noticed a royal mummy
386815 | Zig:14   | Noticed a royal mummy
386815 | Zig:14   | Noticed a royal mummy
386816 | Zig:14   | Noticed a royal mummy
386818 | Zig:14   | Killed a royal mummy
386819 | Zig:14   | Noticed a royal mummy
386819 | Zig:14   | Noticed a royal mummy
386819 | Zig:14   | Killed a royal mummy
386820 | Zig:14   | Noticed a royal mummy
386820 | Zig:14   | Noticed a royal mummy
386820 | Zig:14   | Noticed a royal mummy
386820 | Zig:14   | Killed a royal mummy
386820 | Zig:14   | Killed a royal mummy
386820 | Zig:14   | Noticed a royal mummy
386820 | Zig:14   | Noticed a royal mummy
386821 | Zig:14   | Noticed a royal mummy
386821 | Zig:14   | Noticed a royal mummy
386821 | Zig:14   | Noticed a royal mummy
386822 | Zig:14   | Killed a royal mummy
386822 | Zig:14   | Killed a royal mummy
386822 | Zig:14   | Killed a royal mummy
386822 | Zig:14   | Killed a royal mummy
386822 | Zig:14   | Killed a royal mummy
386822 | Zig:14   | Killed a royal mummy
386822 | Zig:14   | Killed a royal mummy
386822 | Zig:14   | Killed a royal mummy
386822 | Zig:14   | Killed a royal mummy
386822 | Zig:14   | Killed a royal mummy
386822 | Zig:14   | Noticed a royal mummy
386822 | Zig:14   | Noticed a royal mummy
386823 | Zig:14   | Noticed a royal mummy
386823 | Zig:14   | Noticed a royal mummy
386823 | Zig:14   | Noticed a royal mummy
386823 | Zig:14   | Killed a royal mummy
386824 | Zig:14   | Noticed a royal mummy
386824 | Zig:14   | Noticed a royal mummy
386824 | Zig:14   | Noticed a royal mummy
386826 | Zig:14   | Noticed a royal mummy
386826 | Zig:14   | Noticed a royal mummy
386826 | Zig:14   | Noticed a royal mummy
386826 | Zig:14   | Killed a royal mummy
386826 | Zig:14   | Noticed a royal mummy
386827 | Zig:14   | Noticed a royal mummy
386827 | Zig:14   | Noticed a royal mummy
386827 | Zig:14   | Noticed a royal mummy
386827 | Zig:14   | Noticed a royal mummy
386828 | Zig:14   | Noticed a royal mummy
386828 | Zig:14   | Noticed a royal mummy
386828 | Zig:14   | Killed a royal mummy
386829 | Zig:14   | Killed a royal mummy
386829 | Zig:14   | Killed a royal mummy
386830 | Zig:14   | Killed a royal mummy
386830 | Zig:14   | Killed a royal mummy
386830 | Zig:14   | Killed a royal mummy
386830 | Zig:14   | Killed a royal mummy
386830 | Zig:14   | Noticed a royal mummy
386831 | Zig:14   | Killed a royal mummy
386831 | Zig:14   | Killed a royal mummy
386831 | Zig:14   | Killed a royal mummy
386831 | Zig:14   | Killed a royal mummy
386831 | Zig:14   | Killed a royal mummy
386831 | Zig:14   | Killed a royal mummy
386831 | Zig:14   | Killed a royal mummy
386832 | Zig:14   | Killed a royal mummy
386832 | Zig:14   | Killed a royal mummy
386832 | Zig:14   | Killed a royal mummy
386832 | Zig:14   | Killed a royal mummy
386832 | Zig:14   | Noticed a royal mummy
386832 | Zig:14   | Noticed a royal mummy
386837 | Zig:14   | Killed a royal mummy
386837 | Zig:14   | Killed a royal mummy
386838 | Zig:14   | Killed a royal mummy
386842 | Zig:14   | Killed a royal mummy
387511 | Zig:14   | Identified the +0 orcbow of the Shrinking Gods {flame,
                  | Dex+3}
387522 | Zig:14   | Identified the +4 battleaxe of Evisceration {protect, Drain
                  | Fly rElec rF+++}
387528 | Zig:14   | Identified the staff of Elyvilon's Supremacy {rF+ Str+5
                  | Dex+3 Fire}
387545 | Zig:14   | Identified the amulet of the Rabble {Reflect SH+5 Stlth+}
387580 | Zig:14   | Identified the +6 lajatang "Tolaufoz" {venom, Str+2}
387640 | Zig:15   | Entered Level 15 of a ziggurat
387791 | Zig:15   | Identified the +0 hand axe "Teden" {heavy, Str+3 Int-2}
387811 | Zig:15   | Identified the +0 chain mail of Elyvilon's Whim {Stlth+}
387812 | Zig:15   | Identified the +5 whip of Urgency {holy, Int+6}
387842 | Zig:15   | Identified the staff "Qahuxt" {rElec Int+2 Air}
387874 | Zig:15   | Identified the +6 spear of Divine Absolution {vamp, Str+3
                  | Dex+2}
388512 | Zig:15   | Identified the +2 lajatang of the Blue Skies {flame, +Blink
                  | rElec Str-5 Dex+3}
388548 | Zig:16   | Entered Level 16 of a ziggurat
388572 | Zig:16   | Found the +5 robe of Misfortune {Harm *Corrode *Slow EV+5}
388577 | Zig:16   | Identified the +10 flail of Raygi Vyo {freeze, rC+}
389296 | Zig:16   | Identified the +2 trident "Ofanabem" {heavy, rF+ Dex+3}
389397 | Zig:16   | Identified the +5 falchion "Keejiytag" {venom, rC- rN+
                  | Will+}
389401 | Zig:16   | Identified the ring of Plog {Fly Will+ Int+3}
389405 | Zig:16   | Identified the +0 scale mail "Earthly Heaven" {rN+ Will++
                  | Str-2 Dex+4}
389420 | Zig:16   | Identified the amulet "Telomoo" {Reflect rF+ SH+5 SInv
                  | Stlth+}
389444 | Zig:16   | Identified the ring "Jaelipp" {EV+5 Int+2}
389447 | Zig:16   | Identified the +4 war axe "Hibbar" {flame, rCorr Str+6
                  | Dex+2}
389481 | Zig:16   | Identified the staff "Burunn" {Drain Str+4 Int+3 Stlth+
                  | Conj}
389483 | Zig:16   | Identified the +3 kite shield of Wariness {rN+ MP+9 SInv}
389523 | Zig:16   | Identified the staff "Ogreslayer" {rN+ rCorr Dex+2 Necro}
389624 | Zig:17   | Entered Level 17 of a ziggurat
389651 | Zig:17   | Paralysed by a floating eye for 4 turns
389869 | Zig:17   | Identified the +5 war axe of Modesty {heavy, Contam Will+++
                  | rCorr Str-4}
389872 | Zig:17   | Identified the +4 lajatang "Worm's Wrath" {flame, Str+3}
389875 | Zig:17   | Identified the +4 halberd "Mitaost" {freeze, rF+}
389891 | Zig:17   | Identified the +4 ring mail of Jogor {rN+}
389895 | Zig:17   | Identified the +3 great mace "Miduok" {holy, Str+3}
389900 | Zig:17   | Identified the +0 robe of the Mordant God {Rampage Drain
                  | Regen+ rCorr}
390734 | Zig:18   | Entered Level 18 of a ziggurat
390751 | Zig:18   | Noticed Leadom Yppo the pandemonium lord
390755 | Zig:18   | Killed Leadom Yppo the pandemonium lord
391616 | Zig:18   | Identified the +4 flail "Demonspawn's Curse" {venom,
                  | Will++}
391620 | Zig:18   | Identified the +8 short sword of Unpleasantness {flame, rC+
                  | Will- Str+7}
391705 | Zig:18   | Identified the +8 mace "Vemewk" {protect, Will+ Dex+3}
391713 | Zig:18   | Identified the staff "Ovitec" {rElec rF+ Conj Necro Fire}
391747 | Zig:18   | Identified the +8 hand axe "Tumirara" {vamp, rElec rF+}
391762 | Zig:18   | Identified the +2 mace of Sharkskin {protect, rF++ Str-4}
391772 | Zig:18   | Identified the +11 plate armour of Hughaef {rPois}
391779 | Zig:18   | Identified the +2 lajatang of the Hidden Violins {venom,
                  | Dex+4}
391890 | Zig:19   | Entered Level 19 of a ziggurat
391894 | Zig:19   | Noticed an ancient lich
391899 | Zig:19   | Killed an ancient lich
391900 | Zig:19   | Noticed a dread lich
391900 | Zig:19   | Killed a dread lich
391904 | Zig:19   | HP: 3/298 [Brimstone Fiend/damnation (42)]
391905 | Zig:19   | Killed from afar by a Brimstone Fiend

Illustrated notes

Levels and vault maps discovered:
D:1:      minmay_arrival_nine_rooms, layout_basic
D:2:      layout_loops_ring, serial_glass, glass_columns_b, glass_columns_b,
          glass_columns_b, glass_columns_a, glass_columns_a, glass_columns_a,
          glass_columns_a, glass_columns_b, glass_columns_b, glass_columns_a
D:3:      layout_basic, mainiacjoe_overflow_alcove_4,
          eat_drink_and_be_merry_uskayaw,
          grunt_temple_overflow_forces_of_nature, gup_sewer_entry_glass,
          uniq_crazy_yiuf_cottage, uniq_jessica
D:4:      layout_cave_pods, uniq_grinder
D:5:      layout_rooms, serial_bayou_pond_a, nicolae_goblin_pals
D:6:      layout_loops_ring, mainiacjoe_overflow_divided_tiny, bloody_trog,
          mainiacjoe_overflow_alcove_3, uniq_prince_ribbit1
D:7:      layout_rooms, kennysheep_little_box, minmay_temple_entry_arrows,
          serial_glass, glass_columns_b, glass_columns_c, glass_columns_b,
          glass_columns_a, glass_columns_a, glass_columns_a, glass_columns_c,
          glass_columns_b, uniq_joseph
D:8:      layout_loops_cross, david_lair_shrubbed
D:9:      layout_basic, minmay_orc_entry_guard_dogs
D:10:     layout_roguey, uniq_erica, uniq_sonja
D:11:     layout_roguey, nicolae_vehumet_radiance, uniq_grum
D:12:     minmay_box_of_statues, layout_stronghold, uniq_psyche
D:13:     layout_grid_maze, erik_vaults_2, nicolae_shop_fire_sale
          [nicolae_sub_dead_trees], uniq_jorgrun, uniq_kirke
D:14:     layout_roguey, infiniplex_staircase_zigzag_3, serial_bayou_ford_a,
          hangedman_stone_soup
D:15:     grunt_enter_depths_hoard, layout_irregular_city, serial_rivers,
          chequers_serial_rivers_room_b, chequers_serial_rivers_large_a,
          chequers_serial_rivers_micro_a, chequers_serial_rivers_micro_a,
          chequers_serial_rivers_micro_e, chequers_serial_rivers_marsh,
          lemuel_blue_sif_altar, uniq_roxanne
Temple:   eino_wide_crystal_templ
Lair:1:   layout_loops_ring, nicolae_volcano_entry_lava_flow
Lair:2:   layout_loops_ring, minmay_shoals_entry_centaurs,
          portal_ice_cave_entry_ice_simulacra
Lair:3:   layout_gridlike, spider_nest_entry_funnel_web
Lair:4:   layout_regular_city, slime_entry_1, gauntlet_entry_generic,
          uniq_josephine
Lair:5:   hangedman_lair_in_review, layout_misc_corridors,
          guppyfry_lair_end_dragon
Shoals:1: layout_shoals, gammafunk_ghost_grave
Shoals:2: layout_shoals, gammafunk_ghost_grave, st_sunken_huts, uniq_ilsuiw,
          uniq_louise
Shoals:3: layout_shoals, nicolae_shoals_abyss_on_the_beach, uniq_mara
Shoals:4: shoals_end_simple, layout_shoals, nicolae_shoals_shepherds
Spider:1: nicolae_spider_broodchamber, hangedman_spider_tarantella_strand
Spider:2: layout_spider_delve, nicolae_spider_world_wide_web, uniq_agnes
Spider:3: cheibrodos_spider_deadly_dance, spiders_nest_ghost_moth_duel,
          uniq_donald
Spider:4: grunt_spider_rune_circles
Slime:1:  layout_caves
Slime:2:  layout_caves, cheibrodos_slime_lost_civilization_7
Slime:3:  layout_caves
Slime:4:  layout_caves
Slime:5:  slime_pit_nicolae_jellycorners
Orc:1:    layout_diamond_mine, serial_shops, shop, basic_altar, uniq_maurice
Orc:2:    grunt_orc_cross, layout_diamond_mine
Elf:1:    eino_elf_arrival_shootout, layout_geoelf_diagonals, serial_shops,
          shop, minmay_elf_crystal_hexagon, grunt_megastairs_1
Elf:2:    nicolae_elf_blades_splatter_lattice [infiniplex_blade_entry_pillars],
          layout_loops_corners, special_room [special_room_orc], serial_shops,
          nicolae_shop_window_shopping, shop, nicolae_shop_bloodbath_and_beyond,
          kilobyte_mutagenic_chamber, minmay_shoptagon
Elf:3:    minmay_elf_hall_spiked, layout_rooms,
          gammafunk_ghost_wrathful_warriors, serial_shops, shop,
          serial_sigils_hangedman_gnaw
Vaults:1: serial_ice_b, v_alt_pattern_4, nicolae_vaults_alarming,
          nicolae_vaults_surprise_closet, v_alt_pattern_5,
          vaults_room_stairs_pillars, vaults_room_pools,
          nicolae_vaults_double_plus_2, vaults_room_door_hall,
          nicolae_vaults_trapezoid_3, layout_vaults_omnigrid, uniq_zenata
Vaults:2: v_alt_pattern_4, nicolae_vaults_apartment_2,
          nicolae_vaults_what_the_h, nicolae_vaults_shrinking_rooms_1,
          v_misc_17, nicolae_vaults_wrenched, vaults_dpeg_spiral,
          nicolae_vaults_door_testing_chamber, vaults_room_corners,
          nicolae_vaults_network_star, vaults_room_fancy_cross,
          nicolae_vaults_tetromino_L_2, layout_vaults_maze_bifur, serial_shops,
          nicolae_shop_rolled_up, uniq_saint_roka
Vaults:3: hangedman_vaults_capsules, minmay_crypt_entry_necro_gods,
          hangedman_vaults_slice, nicolae_vaults_inception_statues, door_vault,
          nicolae_vaults_stairing_the_circle, nicolae_vaults_storage_closets_1,
          nicolae_vaults_layer_cake_slice, vaults_room_corners,
          layout_vaults_big_cross, serial_shops, shop
Vaults:4: nicolae_vaults_frosty_reception, v_pattern_1,
          ontoclasm_vaults_shuriken, v_alt_pattern_2, hangedman_vaults_nails,
          vaults_mumra_chevron, nicolae_vaults_network_barrier, st_more_cells,
          vaults_mumra_hexcomb, layout_vaults_omnibox
Vaults:5: serial_shops
Crypt:1:  layout_chaotic_city, uniq_josephina
Crypt:2:  layout_chaotic_city, gammafunk_ghost_abyssal_escape,
          weyrava_lich_vault, uniq_khufu
Crypt:3:  quadcrypt_mu, uniq_jory
Tomb:1
Tomb:2
Tomb:3
Depths:1: layout_roguey, infiniplex_enter_wizlab_glasses,
          nicolae_hell_entry_hellmouth_sunbeams, elyvilon_altar_5, hex_tiny,
          kennysheep_doodads, kennysheep_cluttered_room,
          hangedman_abyss_or_decor_clamps, uniq_sojobo, uniq_bai_suzhen
Depths:2: cheibrodos_lost_city_excavation, layout_cross, pan_entry, hell_entry,
          grunt_dithmenos_smoke_and_mirrors, uniq_grunn
Depths:3: minmay_box_of_curves, layout_basic, enter_ziggurat_c,
          nemelex_xobeh_ov_fountains_minmay, hangedman_abyss_entry_splay,
          hell_entry
Depths:4: lemuel_castle_with_subvaults [lemuel_castle_interior_carwin_3],
          layout_honeycomb, abyss_entry, hangedman_geh_valley
Hell
Dis:1:    layout_gridville
Dis:2:    layout_subdivisions
Dis:3:    layout_subdivisions
Dis:4:    layout_gridville
Dis:5:    layout_overlapping_boxes, nicolae_hells_fiendish_ambush
Dis:6:    hangedman_dis_decor_blocks_crown, layout_regular_city
Dis:7:    iron_city_of_dis [dis_grunt, dis_wall_6], layout_gridville,
          glass_columns_a, nicolae_dis_step_into_the_octagon
Geh:1:    layout_gehenna_pools_basic
Geh:2:    layout_gehenna_lava_caves
Geh:3:    layout_gehenna_pools_basic
Geh:4:    layout_gehenna_lava_caves
Geh:5:    layout_gehenna_lava_caves, gehenna_fire_generator
Geh:6:    layout_gehenna_pools_triple
Geh:7:    geh_grunt_pentagon
Coc:1:    nooodl_cocytus_jagged_cave
Coc:2:    layout_ice_bergs
Coc:3:    layout_ice_bergs
Coc:4:    layout_cocytus_delve, nicolae_coc_icebean_singular
          [nicolae_sub_coc_subbean]
Coc:5:    layout_cocytus_delve
Coc:6:    layout_cocytus_water_paths
Coc:7:    coc_grunt
Tar:1:    nicolae_tar_tart_auras, layout_cathedral_of_symmetry
Tar:2:    layout_grid_maze
Tar:3:    layout_grid_maze, nicolae_tar_spectre_spectrum
Tar:4:    layout_cathedral_of_symmetry
Tar:5:    layout_catacombs
Tar:6:    layout_grid_maze
Tar:7:    tar_minmay_river
Zot:1:    layout_cathedral_of_symmetry, lemuel_baited_zot_trap,
          hangedman_zot_decor_checkerboard
Zot:2:    kennysheep_room_grid, layout_cellular_growth,
          gammafunk_ghost_mausoleum, grunt_ministairs_7
Zot:3:    layout_cathedral_of_symmetry, gammafunk_ghost_split, st_stairs_4,
          hangedman_zot_decor_slant
Zot:4:    layout_gridlike, st_stairs_5, st_single_dragon_hoard_3,
          skrybe_zot_glass_2
Zot:5:    layout_gridlike, lemuel_golem_globe
Zig:19:   ziggurat_pillar_centre_smoke, ziggurat_pillar_centre_smoke,
          ziggurat_pillar_centre_smoke, ziggurat_pillar_centre_smoke,
          ziggurat_pillar_abc, ziggurat_pillar_abc, ziggurat_pillar_abc,
          ziggurat_pillar_abc, ziggurat_pillar_centre_c,
          ziggurat_pillar_centre_c, ziggurat_pillar_centre_c,
          ziggurat_pillar_centre_c, ziggurat_pillar_centre_oklobs,
          ziggurat_pillar_centre_oklobs, ziggurat_pillar_centre_oklobs,
          ziggurat_pillar_centre_oklobs, ziggurat_pillar_abc,
          ziggurat_pillar_abc, ziggurat_pillar_abc, ziggurat_pillar_abc

Skill      XL: |  1  2  3  4  5  6  7  8  9 10 11 12 13 14 15 16 17 18 19 20 21 22 23 24 25 26 27 |
---------------+----------------------------------------------------------------------------------+-----
Fighting       | 1 2 3 4 5 7 8 9 11 12 13 14 15 16 17 18 19 20 27 | 27.0
Earth Magic    | 3 4 5 6 7 8 9 10 11 12 13 14 15 16 18 19 20 27 | 27.0
Conjurations   | 1 2 3 4 5 6 8 9 27 | 27.0
Spellcasting   | 3 4 5 7 8 9 10 11 12 13 14 15 16 17 18 19 20 21 27 | 27.0
Shields        | 3 5 6 9 12 13 15 27 | 27.0
Transmutations | 2 3 6 10 27 | 27.0
Armour         | 3 7 11 12 14 15 27 | 27.0
Air Magic      | 2 3 27 | 27.0
Poison Magic   | 2 3 27 | 27.0
Ice Magic      | 2 3 27 | 27.0
Staves         | 3 6 8 10 11 12 27 | 27.0
Necromancy     | 1 2 6 11 27 | 27.0
Fire Magic     | 2 3 6 8 10 11 12 27 | 27.0
Evocations     | 3 27 | 27.0
Stealth        | 2 3 27 | 27.0
Dodging        | 2 3 27 | 27.0
Throwing       | 27 | 27.0
Shapeshifting  | 27 | 27.0
Maces & Flails | 27 | 27.0
Axes           | 27 | 27.0
Hexes          | 27 | 27.0
Translocations | 27 | 27.0
Short Blades   | 27 | 27.0
Long Blades    | 27 | 27.0
Polearms       | 27 | 27.0
Ranged Weapons | 27 | 27.0
Unarmed Combat | 27 | 27.0
Summonings     | 27 | 27.0
Invocations    | 27 | 27.0

Action                     |  1- 3 |  4- 6 |  7- 9 | 10-12 | 13-15 | 16-18 | 19-21 | 22-24 | 25-27 || total
---------------------------+-------+-------+-------+-------+-------+-------+-------+-------+-------++-------
  Melee: Spear             |     3 |       |       |       |       |       |       |       |       ||     3
         Dagger            |    13 |    19 |    81 |   156 |   129 |     3 |       |       |       ||   401
         Whip              |       |    25 |       |       |       |       |       |       |       ||    25
         Punch             |       |       |     3 |       |       |       |       |       |       ||     3
         Club              |       |       |    15 |       |       |       |       |       |       ||    15
         Flail             |       |       |       |    23 |       |       |       |       |       ||    23
         Scimitar          |       |       |       |     8 |     5 |       |       |     1 |       ||    14
         Staff             |       |       |       |       |    16 |   558 |   247 |   370 |  2657 ||  3848
         Broad axe         |       |       |       |       |       |       |       |       |   582 ||   582
         Katana            |       |       |       |       |       |       |       |       |    10 ||    10
  Throw: Dart              |       |       |     9 |       |       |     3 |       |       |       ||    12
         Javelin           |       |       |       |       |       |       |       |       |   253 ||   253
   Cast: Sandblast         |    46 |    51 |    62 |    83 |    67 |    35 |     5 |     1 |     3 ||   353
         Stone Arrow       |       |     7 |    94 |   238 |   296 |    28 |     4 |    15 |     7 ||   689
         Airstrike         |       |       |       |     5 |     3 |       |       |       |       ||     8
         Poisonous Vapours |       |       |       |     2 |       |       |       |       |       ||     2
         Freezing Cloud    |       |       |       |       |   119 |   181 |   183 |    40 |    31 ||   554
         Passwall          |       |       |       |       |     8 |     3 |     4 |     3 |    59 ||    77
         Borgnjor's Vile C |       |       |       |       |     6 |   276 |   337 |   319 |   413 ||  1351
         Statue Form       |       |       |       |       |     1 |    57 |    26 |    74 |    32 ||   190
         Lee's Rapid Decon |       |       |       |       |       |    45 |    29 |   112 |    13 ||   199
         Leda's Unmaking   |       |       |       |       |       |   109 |   231 |   353 |   274 ||   967
         Starburst         |       |       |       |       |       |     2 |       |       |       ||     2
         Shatter           |       |       |       |       |       |       |       |    10 |  1677 ||  1687
         Ignition          |       |       |       |       |       |       |       |     1 |  1588 ||  1589
         Lehudib's Crystal |       |       |       |       |       |       |       |       |    53 ||    53
         Chain Lightning   |       |       |       |       |       |       |       |       |  1295 ||  1295
         Polar Vortex      |       |       |       |       |       |       |       |       |   748 ||   748
         Fire Storm        |       |       |       |       |       |       |       |       |   309 ||   309
         Necromutation     |       |       |       |       |       |       |       |       |   194 ||   194
         Ozocubu's Refrige |       |       |       |       |       |       |       |       |    78 ||    78
         Discord           |       |       |       |       |       |       |       |       |    15 ||    15
         Swiftness         |       |       |       |       |       |       |       |       |     4 ||     4
         Death's Door      |       |       |       |       |       |       |       |       |     1 ||     1
 Invoke: Potion Petition   |       |       |       |       |       |       |       |       |  1154 ||  1154
         Renounce Religion |       |       |       |       |       |       |       |       |     1 ||     1
Ability: End Transformatio |       |       |       |       |     1 |     4 |       |     9 |    63 ||    77
         Evoke Invisibilit |       |       |       |       |       |       |       |       |   253 ||   253
         Siphon Essence    |       |       |       |       |       |       |       |       |     2 ||     2
         Breathe Fire      |       |       |       |       |       |       |       |       |     1 ||     1
         Hurl Damnation    |       |       |       |       |       |       |       |       |     1 ||     1
         Begin Untransform |       |       |       |       |       |       |       |       |     1 ||     1
  Evoke: Wand              |       |       |     9 |    12 |     2 |    16 |     1 |     2 |    63 ||   105
         Phantom mirror    |       |       |       |       |       |       |       |     1 |     3 ||     4
         Figurine of a zig |       |       |       |       |       |       |       |       |    21 ||    21
         Tin of tremorston |       |       |       |       |       |       |       |       |    17 ||    17
    Use: Potion            |     1 |       |     5 |     4 |     5 |    11 |       |     4 |   210 ||   240
         Scroll            |       |     3 |    10 |    13 |    12 |    15 |     6 |     9 |   199 ||   267
   Stab: Sleeping          |     1 |     2 |       |       |     3 |     1 |     2 |       |     7 ||    16
         Paralysed         |       |       |       |     1 |       |       |       |       |       ||     1
         Distracted        |       |       |       |       |     1 |       |       |       |    56 ||    57
         Invisible         |       |       |       |       |       |     6 |       |       |   220 ||   226
 Armour: Robe              |     9 |     9 |       |   110 |   180 |   130 |    85 |    86 |    24 ||   633
         Leather armour    |       |     2 |    57 |    37 |       |       |       |       |       ||    96
         Skin              |       |       |     4 |       |       |   805 |   121 |   438 |   241 ||  1609
         Plate armour      |       |       |       |       |       |       |       |     1 |       ||     1
         Chain mail        |       |       |       |       |       |       |       |       |    75 ||    75
         Quicksilver drago |       |       |       |       |       |       |       |       |  1166 ||  1166
         Gold dragon scale |       |       |       |       |       |       |       |       |  1336 ||  1336
         Crystal plate arm |       |       |       |       |       |       |       |       |   938 ||   938
  Dodge: Dodged            |    17 |    50 |   129 |   157 |   239 |   581 |   187 |   291 |  3587 ||  5238
         Repelled          |       |       |       |       |       |       |       |       |   196 ||   196
  Block: Buckler           |       |       |       |    72 |    91 |   568 |   287 |    57 |       ||  1075
         Reflection        |       |       |       |       |       |    32 |    72 |    10 |   938 ||  1052
         Tower shield      |       |       |       |       |       |       |       |   151 |  5337 ||  5488
         Kite shield       |       |       |       |       |       |       |       |   692 |  2739 ||  3431
   Form: Death             |       |       |       |       |       |       |       |       |   103 ||   103
                           |       |       |       |       |       |       |       |       |    99 ||    99
         Statue            |       |       |       |       |       |       |       |       |     1 ||     1
         Anaconda          |       |       |       |       |       |       |       |       |     1 ||     1
         Dragon            |       |       |       |       |       |       |       |       |     1 ||     1
         Maw               |       |       |       |       |       |       |       |       |     1 ||     1

Table legend: (Time is in decaauts)
 A = Elapsed time spent in this place.
 B = Non-inter-level travel time spent in this place.
 C = Inter-level travel time spent in this place.
 D = Time resting spent in this place.
 E = Time spent auto-exploring this place.
 F = Levels seen in this place.
 G = Mean time per level.
                   A        B        C        D        E       F      G
               +--------+--------+--------+--------+--------+-----+--------+
         Total | 389109 | 375385 |  13724 |  24257 | 259337 | 680 |  572.2 |
       Dungeon |  23343 |  19794 |   3549 |   2677 |  14239 |  15 | 1556.2 |
        Temple |     68 |     46 |     22 |      0 |     37 |   1 |   68.0 |
          Lair |   9222 |   8275 |    947 |    734 |   6195 |   5 | 1844.4 |
        Shoals |  10827 |  10136 |    691 |   2708 |   5673 |   4 | 2706.8 |
   Spider Nest |   9097 |   8695 |    402 |   2523 |   4228 |   4 | 2274.2 |
    Slime Pits |   1254 |   1163 |     91 |    419 |    247 |   5 |  250.8 |
  Orcish Mines |   4092 |   3212 |    880 |    464 |   2236 |   2 | 2046.0 |
   Elven Halls |   7709 |   6804 |    905 |   1130 |   4406 |   3 | 2569.7 |
        Vaults |  12484 |  10904 |   1580 |   1501 |   7481 |   5 | 2496.8 |
         Crypt |   8190 |   7245 |    945 |   1443 |   4340 |   3 | 2730.0 |
          Tomb |   2653 |   2449 |    204 |    222 |   1367 |   3 |  884.3 |
        Depths |  14067 |  11729 |   2338 |   2064 |   5805 |   4 | 3516.8 |
          Hell |   2080 |   1769 |    311 |    513 |    710 |   1 | 2080.0 |
           Dis |   1328 |   1265 |     63 |    335 |      0 |   7 |  189.7 |
       Gehenna |    972 |    972 |      0 |     11 |      0 |   7 |  138.9 |
       Cocytus |   1679 |   1543 |    136 |    269 |    163 |   7 |  239.9 |
      Tartarus |   3842 |   3759 |     83 |    776 |   1806 |   7 |  548.9 |
           Zot |  11602 |  11032 |    570 |   2740 |   5926 |   5 | 2320.4 |
         Abyss |    748 |    748 |      0 |     16 |      0 |   5 |  149.6 |
   Pandemonium |  12713 |  12713 |      0 |   1664 |   7483 |  24 |  529.7 |
      Ziggurat | 248475 | 248475 |      0 |   1141 | 186223 | 559 |  444.5 |
         Sewer |    624 |    624 |      0 |    122 |    318 |   1 |  624.0 |
      Ice Cave |    678 |    678 |      0 |    458 |      0 |   1 |  678.0 |
       Volcano |    275 |    275 |      0 |     75 |     63 |   1 |  275.0 |
        Wizlab |   1074 |   1074 |      0 |    248 |    388 |   1 | 1074.0 |
               +--------+--------+--------+--------+--------+-----+--------+

Top non-repeatable levels by time:
  Zig:27: 15928 daAuts
  Zig:26: 15618 daAuts
  Zig:25: 15361 daAuts
  Zig:24: 14798 daAuts
  Zig:23: 14304 daAuts
  Zig:22: 14042 daAuts
  Zig:21: 13830 daAuts
  Zig:20: 12484 daAuts
  Zig:18: 12361 daAuts
  Zig:17: 11981 daAuts
  Zig:19: 11683 daAuts
  Zig:16: 10452 daAuts
  Zig:15: 10196 daAuts
  Zig:14: 9294 daAuts
  Zig:13: 8468 daAuts
